 Dungeon Crawl Stone Soup version 0.31-a0-219-g8d62b2e7bb (webtiles) character file.

Game seed: 2977949239183338739

232882 qw the Severer (level 19, 1/1 HPs)
             Began as a Gargoyle Fighter on July 3, 2023.
             Was a Believer of Okawaru.
             Quit the game on level 1 of the Vaults.
             The game lasted 03:21:56 (64020 turns).

qw the Severer (Gargoyle Fighter)                  Turns: 64020, Time: 03:21:56

Health: 1/1        AC: 48    Str: 28    XL:     19   Next: 55%
Magic:  26/26      EV: 15    Int:  7    God:    Okawaru [**....]
Gold:   726        SH: 15    Dex: 21    Spells: 18/18 levels left

rFire   + . .        Y - +3 broad axe (drain)
rCold   + . .        G - +0 kite shield
rNeg    + . .        s - +6 chain mail of Biah {Contam rF+ rC+ Slay+2}
rPois   inf          r - +2 helmet
rElec   +            b - +2 cloak
rCorr   .            n - +2 pair of gloves
SInv    +            c - +2 pair of boots
Will    +....        y - amulet of faith Stlth
                     t - +6 ring of dexterity
HPRegen 0.20/turn    F - +6 ring of dexterity
MPRegen 0.20/turn

%: faith
@: flying, bezotted
A: sickness immunity, AC +14, big wings, negative energy resistance 1,
electricity resistance, torment resistance 1, petrification resistance, see
invisible, dopey 1, wild magic 1
}: 1/15 runes: barnacled
a: Renounce Religion, Heroism


You were on level 1 of the Vaults.
You worshipped Okawaru.
Okawaru was pleased with you.
You visited 6 branches of the dungeon, and saw 30 of its levels.
You visited the Abyss 1 time.
You also visited: Ossuary and Gauntlet.

You collected 2718 gold pieces.
You spent 1992 gold pieces at shops.


Innate Abilities, Weirdness & Mutations

You are immune to sickness and miasma.
Your stone body is resilient. (AC +14)
You are immune to poison.
Your large and strong wings let you fly.
You resist negative energy. (rN+)
You are resistant to electric shocks. (rElec)
You are resistant to unholy torment.
You are immune to petrification.
You have supernaturally acute eyesight. (SInv)
You are dopey. (Int -2)
Your spells are a little harder to cast, but a little more powerful.


   Skills:
 - Level 17.0 Fighting
 - Level 18.0 Axes
 - Level 8.5 Throwing
 + Level 14.4 Armour
 - Level 9.0 Dodging
 - Level 16.1 Shields
 - Level 10.0 Invocations


You had 18 spell levels left.
You didn't know any spells.
Your spell library was empty.

Inventory:

Hand Weapons
 j - a +0 broad axe
 Y - a +3 broad axe of draining (weapon)
Missiles
 p - 43 boomerangs
 K - 3 silver boomerangs (quivered)
Armour
 b - a +2 cloak (worn)
 c - a +2 pair of boots (worn)
 n - a +2 pair of gloves (worn)
 r - a +2 helmet (worn)
 s - the +6 chain mail of Biah (worn) {Contam rF+ rC+ Slay+2}
   (You found it on level 5 of the Dungeon)

   Slay:      It affects your accuracy & damage with ranged weapons and melee
   (+2).
   rF:        It protects you from fire.
   rC:        It protects you from cold.
   Contam:    It causes magical contamination when unequipped.
 u - the +1 cloak of the Other Side {-Tele rF+ SInv}
   (You found it on level 7 of the Dungeon)

   rF:        It protects you from fire.
   SInv:      It lets you see invisible.
   -Tele:     It prevents most forms of teleportation.
 v - the +3 hat of Pondering {ponderous, Will+ MP+10 Int+5}
   (You took it off Gastronok on level 8 of the Dungeon)

   Int:       It affects your intelligence (+5).
   MP:        It affects your magic capacity (+10).
   Will:      It increases your willpower.
 x - a +3 plate armour of willpower
 C - the +10 scale mail of Xiyliuk {rPois rF++ Dex+4}
   (You found it on level 5 of the Lair of Beasts)

   Dex:       It affects your dexterity (+4).
   rF:        It greatly protects you from fire.
   rPois:     It protects you from poison.
 G - a +0 kite shield (worn)
Jewellery
 o - a ring of resist corrosion
 t - a +6 ring of dexterity (left hand)
 y - an amulet of faith (around neck)
 z - a ring of fire
 B - a ring of fire
 E - an amulet of reflection
 F - a +6 ring of dexterity (right hand)
 H - a ring of ice
 I - a ring of protection from cold
Scrolls
 a - 24 scrolls of identify
 D - a scroll of enchant armour
Potions
 d - 6 potions of might
 e - 6 potions of heal wounds
 f - 12 potions of curing
 g - 3 potions of haste
 h - 3 potions of lignification
 i - 2 potions of cancellation
 k - a potion of mutation
 l - 2 potions of attraction
 m - 3 potions of magic
 q - 9 potions of enlightenment
 w - 3 potions of resistance

Dungeon Overview and Level Annotations

Branches:
Dungeon (15/15)            Temple (0/1) D:6            Lair (5/5) D:9
 Shoals (4/4) Lair:3       Spider (3/4) Lair:2        Slime (0/5) Lair:4
    Orc (2/2) D:12            Elf (0/3) Orc:2        Vaults (1/5) D:14 Zot: 550
 Depths (0/4) D:15        Ossuary (visited)         Gauntlet (visited)

Altars:
Ashenzari
Dithmenos
Elyvilon
Kikubaaqudgha
Okawaru
Ru
Trog
Vehumet
Xom
Yredelemnul
Zin
Jiyva

Shops:
D:5 =   D:7 *   D:8 ([:?!*   D:11 *   D:13 (   Orc:2 **==*

Annotations:
D:3 1 runed translucent door
D:5 3 runed translucent doors, qw's ghost, novice NaHu
Lair:1 3 runed translucent doors, qw's ghost, journeyman GrHu
Lair:5 2 runed translucent doors, qw's ghost, journeyman DEHu
Shoals:3 1 runed translucent door, qw's ghost, adept GrFi
Spider:1 1 runed translucent door


Message History

Enter note:
64011 ||| Stepping randomly (stuck).
There is a collapsed entrance here.
Enter note:
Enter note:
Enter note:
64013 ||| Stepping randomly (stuck).
There is a collapsed entrance here.
Enter note:
Enter note:
Enter note:
64015 ||| Stepping randomly (stuck).
There is a collapsed entrance here.
Enter note:
Enter note:
Enter note:
64017 ||| Stepping randomly (stuck).
There is a collapsed entrance here.
Enter note:
Enter note:
Enter note:
64019 ||| Stepping randomly (stuck).
Items here: )) [[.
Welcome back, qw the Gargoyle Fighter.
Okawaru says: Bring me glory in combat!
Press ? for a list of commands and other information.
Enter note:
Enter note:
Enter note:
Enter note:
Enter note:
Enter note:
Enter note:
Enter note:
Enter note:
Enter note:
Enter note:
64020 ||| RIP DESOLATION
64020 ||| QUITTING!
Are you sure you want to abandon this character and quit the game? (Confirm with "yes".)

######....# ## ..........#
#######...###########
#...#.8.......# ########
#...#.........# #.......
#...#..8......# #.......
#...#.........######.#.#.##
#...#.....[...#..#)..#.#.#.
#...#.....@...#..###.######
#...+........8#......# #.
#...#.8.....[8#..###.# ##
#######...#.......8('..#.#.#
..........###########..#.###.#.
..........# #..........
..........# #..........
..........# ###########
..........


There were no monsters in sight!

Vanquished Creatures
  Mara (Shoals:3)
  Bai Suzhen (Shoals:4)
  Nikola (Shoals:4)
  A pearl dragon (Abyss:3)
  Jorgrun (Spider:2)
  A lich (Abyss:3)
  A kraken (Shoals:4)
  A sphinx (Vaults:1)
  Polyphemus (Shoals:3)
  Gastronok (D:8)
  Kirke (Lair:3)
  Roxanne (Shoals:3)
  2 vault wardens (Vaults:1)
  An emperor scorpion (Spider:3)
  An orc warlord (Orc:1)
  A ghost moth (Spider:2)
  A cacodemon (Abyss:3)
  2 ironbound preservers (Vaults:1)
  2 ironbound thunderhulks (Vaults:1)
  A formless jellyfish (Shoals:4)
  A stone giant (D:15)
  2 broodmothers
  A lorocyproca (Abyss:3)
  Azrael (Spider:2)
  A deep elf annihilator (D:13)
  A minotaur (Gauntlet)
  2 spark wasps (Spider:3)
  9 dire elephants
  9 merfolk impalers
  3 merfolk javelineers
  Josephine (D:11)
  2 entropy weavers
  2 spectral krakens (Shoals:2)
  5 vault guards
  Harold (Lair:2)
  3 catoblepae
  3 ghost crabs (Shoals:2)
  5 ogre magi
  7 hydras
  A merfolk avatar (Shoals:4)
  A jorogumo (Spider:3)
  13 centaur warriors
  16 two-headed ogres
  22 death yaks
  6 merfolk aquamancers (Shoals:4)
  A death knight (D:13)
  An alligator snapping turtle (Shoals:4)
  A tengu warrior (D:15)
  4 boulder beetles
  2 satyrs
  Urug (Lair:2)
  An orc high priest (Orc:2)
  4 demonic crawlers
  Sonja (Lair:1)
  Amaemon (Lair:2)
  A fire crab (shapeshifter) (D:14)
  5 skysharks
  A sun demon (Abyss:3)
  A skeletal warrior (D:13)
  A wretched star (Abyss:3)
  11 deep trolls
  5 sea snakes
  2 pharaoh ants (Spider:3)
  8 orb spiders
  5 wizards
  4 steelbarb worms
  2 ironbound convokers (Vaults:1)
  2 deep elf archers (D:14)
  3 orc knights
  A deep elf pyromancer (D:13)
  8 lindwurms
  9 wolf spiders
  A necromancer (Gauntlet)
  9 cyclopes
  13 manticores
  7 orc sorcerers
  21 ugly things
  A moth of wrath (Spider:3)
  3 vault sentinels (Vaults:1)
  18 elephants
  9 merfolk sirens
  5 black mambas
  6 water nymphs
  A gargoyle (Gauntlet)
  7 torpor snails
  2 orange demons
  An unseen horror (D:8)
  8 cane toads
  3 yaktaurs
  2 rime drakes (Lair:5)
  An efreet (D:12)
  3 kobold demonologists (D:12)
  13 komodo dragons
  A tengu conjurer (D:15)
  A spectral water nymph (Shoals:2)
  2 ancient zymes (Abyss:3)
  3 tyrant leeches (Lair:5)
  A freezing wraith (D:13)
  37 merfolk
  A spectral harpy (Shoals:2)
  10 trolls
  13 blink frogs
  11 wind drakes
  4 spectral merfolk (Shoals:2)
  11 tarantellas
  10 hornets
  9 dream sheep
  5 raiju (Abyss:3)
  7 water elementals
  12 snapping turtles
  17 jumping spiders
  19 culicivoras
  2 vampires
  4 flying skulls (Abyss:3)
  2 centaur simulacra (D:14)
  3 shadows
  6 wraiths
  A large abomination (Abyss:3)
  7 basilisks
  9 wyverns
  A spectral wind drake (Shoals:2)
  64 yaks
  4 fire elementals (Spider:2)
  3 hogs (Lair:3)
  A human (D:14)
  Grum (D:11)
  A neqoxec (D:14)
  11 vampire mosquitoes
  A steam dragon (D:9)
  31 redbacks
  3 wargs
  2 acid dragons
  A small abomination (Abyss:3)
  2 spectral snapping turtles (Shoals:2)
  14 water moccasins
  2 floating eyes (Orc:1)
  6 hell hounds
  20 orc warriors
  2 sky beasts (D:6)
  3 black bears
  26 ogres
  14 wolves
  13 centaurs
  2 phantoms
  A spectral cyclops (Shoals:2)
  5 kobold brigands
  5 bullfrogs
  An elf zombie (Ossuary)
  3 gnoll sergeants
  5 scorpions
  8 wights
  2 troll zombies (D:12)
  4 killer bees (D:10)
  2 vampire bats (D:10)
  3 howler monkeys (D:7)
  2 jellies
  3 electric eels
  6 hounds
  A centaur zombie (Ossuary)
  A human zombie (Ossuary)
  11 orc priests
  3 iguanas
  21 orc wizards
  6 ogre zombies (D:12)
  3 mummies
  19 gnolls
  7 adders
  2 shadow imps
  4 white imps
  An ufetubus (D:6)
  2 adder zombies (Ossuary)
  4 worms (Lair:2)
  2 dart slugs
  50 orcs
  3 bat skeletons (D:10)
  3 bat zombies (D:10)
  6 endoplasms
  11 giant cockroaches
  11 goblins
  10 hobgoblins
  5 jackals
  10 kobolds
  10 quokkas
  12 ball pythons
  5 bats
  A frilled lizard (D:1)
  4 goblin zombies
  4 hobgoblin skeletons (D:12)
  18 hobgoblin zombies
  A jackal zombie (Ossuary)
  A kobold skeleton (D:3)
  8 kobold zombies (Ossuary)
  4 orc skeletons (D:12)
  19 orc zombies
  8 rats
  A rat zombie (Ossuary)
  4 tentacles
1143 creatures vanquished.

Vanquished Creatures (others)
  A merfolk aquamancer (Shoals:4)
  A raiju (Abyss:3)
  An orc warrior (Orc:1)
  13 tentacles
16 creatures vanquished.

Grand Total: 1159 creatures vanquished

Notes
Turn   | Place    | Note
-------+----------+-------------------------------------------
     0 | D:1      | qw the Gargoyle Fighter began the quest for the Orb.
     0 | D:1      | Reached XP level 1. HP: 14/14 MP: 1/1
     0 | D:1      | 0 ||| qw: Version: 0.3-a-40-ge99b1a8
     0 | D:1      | 0 ||| qw: Game counter: 418
     0 | D:1      | 0 ||| qw: Melee chars always use a shield: true
     0 | D:1      | 0 ||| qw: God list: Okawaru
     0 | D:1      | 0 ||| qw: Allow faded altars: false
     0 | D:1      | 0 ||| qw: Do Orc after clearing Dungeon:15 true
     0 | D:1      | 0 ||| qw: Do second Lair branch before Depths: true
     0 | D:1      | 0 ||| qw: Lair rune preference: random
     0 | D:1      | 0 ||| qw: Goals: Normal, Zot:1-4, Slime:5, God:TSO, Crypt,
                  | Tomb, Abyss, Pan, Hells, Win
     0 | D:1      | 0 ||| PLANNING D:1-11
    40 | D:1      | Reached skill level 2 in Axes
    45 | D:1      | 45 ||| Stepping ~*~*~tactically~*~*~ (stealth).
    75 | D:1      | Reached XP level 2. HP: 19/19 MP: 2/2
   184 | D:1      | 184 ||| Stepping ~*~*~tactically~*~*~ (stealth).
   191 | D:1      | Found a faded altar of an unknown god.
   361 | D:1      | Reached skill level 3 in Axes
   392 | D:1      | Reached XP level 3. HP: 23/23 MP: 3/3
   593 | D:1      | 593 ||| DROPPING +0 club.
   900 | D:1      | 900 ||| READING 2 scrolls labelled MOAGI CIETAUWU.
   901 | D:1      | 901 ||| DRINKING 3 white potions.
  1034 | D:2      | 1034 ||| Stepping ~*~*~tactically~*~*~ (stealth).
  1052 | D:2      | Found an iron altar of Okawaru.
  1053 | D:2      | 1053 ||| PLANNING OKAWARU WORSHIP
  1060 | D:2      | Became a worshipper of Warmaster Okawaru
  1061 | D:2      | 1061 ||| PLANNING D:1-11
  1074 | D:2      | 1074 ||| Stepping ~*~*~tactically~*~*~ (stealth).
  1077 | D:2      | 1077 ||| Stepping ~*~*~tactically~*~*~ (stealth).
  1108 | D:2      | Reached XP level 4. HP: 27/28 MP: 4/4
  1418 | D:2      | 1418 ||| READING scroll labelled ISUMUI NEEGINN.
  1419 | D:2      | 1419 ||| DRINKING 2 black potions.
  1420 | D:2      | 1420 ||| READING 2 scrolls of identify.
  1420 | D:2      | 1420 ||| IDENTIFYING metallic cyan potion
  1445 | D:3      | 1445 ||| PLANNING SEWER
  1462 | D:3      | 1462 ||| Stepping ~*~*~tactically~*~*~ (stealth).
  1467 | D:3      | Reached skill level 4 in Axes
  1704 | D:3      | Found a runed translucent door.
  1704 | D:3      | Noticed a human
  1714 | D:3      | Found a basalt altar of Yredelemnul.
  1729 | D:3      | Reached XP level 5. HP: 31/32 MP: 5/5
  1801 | D:3      | 1801 ||| DROPPING +0 whip.
  2041 | D:3      | 2041 ||| RIP SEWER
  2086 | D:3      | 2086 ||| PLANNING D:1-11
  2191 | D:3      | Reached skill level 5 in Axes
  2200 | D:3      | 2200 ||| Stepping ~*~*~tactically~*~*~ (water).
  2318 | D:3      | 2318 ||| UPGRADING to +0 chain mail.
  2328 | D:3      | 2328 ||| DROPPING +0 scale mail.
  2329 | D:3      | 2329 ||| READING 2 scrolls labelled DEDGHA ETAEVOO.
  2383 | D:4      | 2383 ||| DROPPING +6 ring of intelligence.
  2391 | D:4      | 2391 ||| STAIRDANCE
  2395 | D:4      | 2395 ||| STAIRDANCE
  2399 | D:4      | 2399 ||| STAIRDANCE
  2403 | D:4      | 2403 ||| STAIRDANCE
  2407 | D:4      | 2407 ||| STAIRDANCE
  2411 | D:4      | 2411 ||| STAIRDANCE
  2415 | D:4      | 2415 ||| STAIRDANCE
  2419 | D:4      | 2419 ||| STAIRDANCE
  2423 | D:4      | 2423 ||| STAIRDANCE
  2427 | D:4      | 2427 ||| STAIRDANCE
  2431 | D:4      | 2431 ||| STAIRDANCE
  2435 | D:4      | 2435 ||| STAIRDANCE
  2439 | D:4      | 2439 ||| STAIRDANCE
  2443 | D:4      | 2443 ||| STAIRDANCE
  2447 | D:4      | 2447 ||| STAIRDANCE
  2451 | D:4      | 2451 ||| STAIRDANCE
  2455 | D:4      | 2455 ||| STAIRDANCE
  2459 | D:4      | 2459 ||| STAIRDANCE
  2463 | D:4      | 2463 ||| STAIRDANCE
  2467 | D:4      | 2467 ||| STAIRDANCE
  2482 | D:3      | Found a broken altar of Ashenzari.
  2620 | D:4      | 2620 ||| Stepping ~*~*~tactically~*~*~ (hiding).
  2621 | D:4      | 2621 ||| Stepping ~*~*~tactically~*~*~ (hiding).
  2640 | D:4      | Reached * piety under Okawaru
  2641 | D:4      | Reached XP level 6. HP: 20/38 MP: 6/6
  3113 | D:4      | Reached skill level 1 in Invocations
  3265 | D:4      | 3265 ||| UPGRADING to +2 cloak.
  3270 | D:4      | 3270 ||| READING scroll labelled GOYP OGAGUAZXY.
  3271 | D:4      | 3271 ||| READING scroll labelled TIMAEN JIASCH.
  3272 | D:4      | 3272 ||| READING scroll labelled XAFREC PEIN.
  3373 | D:4      | 3373 ||| DRINKING 2 silvery potions.
  3374 | D:4      | 3374 ||| READING 2 scrolls of identify.
  3374 | D:4      | 3374 ||| IDENTIFYING murky grey potion
  3401 | D:5      | Entered Level 5 of the Dungeon
  3402 | D:5      | 3402 ||| PLANNING OSSUARY
  3531 | D:5      | Reached XP level 7. HP: 42/43 MP: 8/8
  3577 | D:5      | Found Kabreuh's Jewellery Shoppe.
  3589 | D:5      | 3589 ||| SHOPLISTING +5 ring of evasion (504 gold, have
                  | 206).
  3589 | D:5      | 3589 ||| SHOPLISTING +6 ring of strength (504 gold, have
                  | 206).
  3589 | D:5      | 3589 ||| SHOPLISTING amulet of faith (560 gold, have 206).
  3589 | D:5      | 3589 ||| SHOPLISTING ring "Cuhyodgh" {Str+6 Int+4} (719
                  | gold, have 206).
  3589 | D:5      | 3589 ||| SHOPLISTING ring of ice (350 gold, have 206).
  3589 | D:5      | 3589 ||| SHOPLISTING ring of protection from cold (350
                  | gold, have 206).
  3627 | D:5      | 3627 ||| INVOKING Heroism.
  3635 | D:5      | Reached skill level 6 in Axes
  3635 | D:5      | Reached skill level 3 in Invocations
  3717 | D:5      | Found a runed translucent gate.
  3717 | D:5      | Found a runed translucent gate.
  3717 | D:5      | Found a runed translucent gate.
  3718 | D:5      | Noticed qw's ghost (novice NaHu)
  3722 | D:5      | Identified the +6 chain mail of Biah {Contam rF+ rC+
                  | Slay+2}
  3735 | D:5      | 3735 ||| INVOKING Heroism.
  3835 | D:5      | 3835 ||| Stepping ~*~*~tactically~*~*~ (stealth).
  3864 | D:5      | 3864 ||| INVOKING Heroism.
  3912 | D:5      | Reached skill level 1 in Dodging
  3941 | D:5      | Found a sand-covered staircase.
  3976 | D:5      | 3976 ||| UPGRADING to +0 plate armour.
  3986 | D:5      | 3986 ||| DROPPING +0 chain mail.
  3987 | D:5      | 3987 ||| UPGRADING to +6 chain mail of Biah {Contam rF+ rC+
                  | Slay+2}.
  3997 | D:5      | 3997 ||| DROPPING +0 plate armour.
  3998 | D:5      | 3998 ||| READING 2 scrolls of identify.
  3998 | D:5      | 3998 ||| IDENTIFYING fizzy clear potion
  3999 | D:5      | 3999 ||| DROPPING potion of degeneration.
  4003 | Ossuary  | Entered an ossuary
  4048 | Ossuary  | 4048 ||| FLEEEEING.
  4049 | Ossuary  | 4049 ||| FLEEEEING.
  4050 | Ossuary  | 4050 ||| FLEEEEING.
  4051 | Ossuary  | 4051 ||| FLEEEEING.
  4056 | Ossuary  | 4056 ||| FLEEEEING.
  4057 | Ossuary  | 4057 ||| FLEEEEING.
  4058 | Ossuary  | 4058 ||| FLEEEEING.
  4059 | Ossuary  | 4059 ||| FLEEEEING.
  4060 | Ossuary  | 4060 ||| FLEEEEING.
  4061 | Ossuary  | 4061 ||| FLEEEEING.
  4062 | Ossuary  | 4062 ||| FLEEEEING.
  4063 | Ossuary  | 4063 ||| FLEEEEING.
  4069 | Ossuary  | 4069 ||| FLEEEEING.
  4168 | Ossuary  | 4168 ||| FLEEEEING.
  4169 | Ossuary  | 4169 ||| FLEEEEING.
  4170 | Ossuary  | 4170 ||| FLEEEEING.
  4171 | Ossuary  | 4171 ||| FLEEEEING.
  4172 | Ossuary  | 4172 ||| FLEEEEING.
  4173 | Ossuary  | 4173 ||| FLEEEEING.
  4175 | Ossuary  | 4175 ||| FLEEEEING.
  4176 | Ossuary  | 4176 ||| FLEEEEING.
  4177 | Ossuary  | 4177 ||| FLEEEEING.
  4403 | Ossuary  | 4403 ||| DRINKING 2 murky silvery potions.
  4403 | Ossuary  | Gained mutation: Your spells are a little harder to cast,
                  | but a little more powerful. [potion of mutation]
  4403 | Ossuary  | Gained mutation: You have supernaturally acute eyesight.
                  | (SInv) [potion of mutation]
  4404 | Ossuary  | 4404 ||| DRINKING 3 bubbling coppery potions.
  4405 | Ossuary  | 4405 ||| DRINKING 3 ruby potions.
  4406 | Ossuary  | 4406 ||| DROPPING 2 potions of brilliance.
  4418 | D:5      | 4418 ||| PLANNING D:1-11
  4634 | D:5      | Found a bloodstained altar of Trog.
  4634 | D:5      | Found a glowing silver altar of Zin.
  4746 | D:5      | Reached skill level 1 in Throwing
  4746 | D:5      | Reached XP level 8. HP: 48/48 MP: 11/11
  4749 | D:5      | Found a sacrificial altar of Ru.
  4826 | D:5      | 4826 ||| READING scroll labelled RIWAAFAGRI.
  4842 | D:6      | 4842 ||| INVOKING Heroism.
  4846 | D:6      | Reached skill level 7 in Axes
  4862 | D:6      | 4862 ||| Stepping ~*~*~tactically~*~*~ (hiding).
  5015 | D:6      | Found a staircase to the Ecumenical Temple.
  5177 | D:6      | Reached ** piety under Okawaru
  5248 | D:6      | 5248 ||| INVOKING Heroism.
  5316 | D:6      | 5316 ||| Stepping ~*~*~tactically~*~*~ (hiding).
  5375 | D:6      | 5375 ||| UPGRADING to +0 helmet.
  5380 | D:6      | 5380 ||| READING scroll of enchant armour.
  5380 | D:6      | 5380 ||| ENCHANTING +0 helmet.
  5381 | D:6      | 5381 ||| READING scroll labelled MUM DEUNNIAMUP.
  5404 | D:7      | 5404 ||| STAIRDANCE
  5422 | D:7      | You fall into a shaft and drop 3 floors!
  5422 | D:10     | Entered Level 10 of the Dungeon
  5452 | D:10     | Found a flagged portal.
  5520 | D:10     | 5520 ||| Stepping ~*~*~tactically~*~*~ (hiding).
  5523 | D:10     | 5523 ||| INVOKING Heroism.
  5542 | D:10     | Reached skill level 8 in Axes
  5550 | D:10     | 5550 ||| DROPPING +0 flail.
  5573 | D:9      | Noticed a wyvern
  5577 | D:9      | Killed a wyvern
  5578 | D:9      | Reached XP level 9. HP: 54/54 MP: 12/12
  5588 | D:9      | 5588 ||| Stepping ~*~*~tactically~*~*~ (hiding).
  5601 | D:9      | Noticed a hornet
  5612 | D:9      | Killed a hornet
  5613 | D:9      | Reached skill level 6 in Fighting
  5703 | D:9      | 5703 ||| Stepping ~*~*~tactically~*~*~ (hiding).
  5868 | D:7      | 5868 ||| Stepping ~*~*~tactically~*~*~ (stealth).
  5887 | D:7      | Reached skill level 9 in Axes
  5894 | D:7      | Reached *** piety under Okawaru
  5923 | D:7      | Identified the +1 cloak of the Other Side {-Tele rF+ SInv}
  6193 | D:7      | Found Vacuu's Assorted Antiques.
  6198 | D:7      | 6198 ||| BUYING bubbling sapphire potion (26 gold).
  6198 | D:7      | Bought a bubbling sapphire potion for 26 gold pieces
  6198 | D:7      | 6198 ||| BUYING dented silver amulet (145 gold).
  6198 | D:7      | Bought a dented silver amulet for 145 gold pieces
  6198 | D:7      | 6198 ||| BUYING potion of enlightenment (145 gold).
  6198 | D:7      | Bought a potion of enlightenment for 145 gold pieces
  6345 | D:7      | 6345 ||| INVOKING Heroism.
  6504 | D:7      | 6504 ||| DROPPING orb of guile.
  6505 | D:7      | 6505 ||| DROPPING amulet of magic regeneration.
  6506 | D:7      | 6506 ||| DROPPING ring of magical power.
  6507 | D:7      | 6507 ||| DROPPING ring of flight.
  6508 | D:7      | 6508 ||| READING scroll labelled EDELEQ ALIGGE.
  6509 | D:7      | 6509 ||| READING 5 scrolls of identify.
  6509 | D:7      | 6509 ||| IDENTIFYING bubbling sapphire potion
  6528 | D:8      | 6528 ||| Stepping ~*~*~tactically~*~*~ (hiding).
  6559 | D:8      | 6559 ||| Stepping ~*~*~tactically~*~*~ (stealth).
  6569 | D:8      | 6569 ||| INVOKING Heroism.
  6575 | D:8      | Reached XP level 10. HP: 31/63 MP: 10/13
  6578 | D:8      | Reached skill level 10 in Axes
  6691 | D:8      | 6691 ||| FLEEEEING.
  6692 | D:8      | 6692 ||| FLEEEEING.
  6693 | D:8      | 6693 ||| FLEEEEING.
  6694 | D:8      | 6694 ||| FLEEEEING.
  6695 | D:8      | 6695 ||| FLEEEEING.
  6696 | D:8      | 6696 ||| FLEEEEING.
  6697 | D:8      | 6697 ||| FLEEEEING.
  6698 | D:8      | 6698 ||| FLEEEEING.
  6779 | D:8      | Reached **** piety under Okawaru
  6785 | D:8      | 6785 ||| INVOKING Heroism.
  6873 | D:8      | Found Adogoiw's Assorted Antiques.
  6875 | D:8      | Found Woshomas's Book Shoppe.
  6883 | D:8      | Found Otsezeig's Distillery.
  6883 | D:8      | Found Ejahuh's Antique Armour Emporium.
  6885 | D:8      | 6885 ||| SHOPLISTING potion of resistance (290 gold, have
                  | 171).
  6885 | D:8      | 6885 ||| BUYING scroll labelled GYLUAS NA XUOSI (29 gold).
  6885 | D:8      | Bought a scroll labelled GYLUAS NA XUOSI for 29 gold pieces
  6889 | D:8      | Found Soen's Magic Scroll Emporium.
  6889 | D:8      | Found Koiskam's Weapon Shoppe.
  6891 | D:8      | 6891 ||| BUYING 3 potions of curing (108 gold).
  6891 | D:8      | Bought 3 potions of curing for 108 gold pieces
  6891 | D:8      | 6891 ||| SHOPLISTING 3 potions of enlightenment (180 gold,
                  | have 34).
  6891 | D:8      | 6891 ||| SHOPLISTING potion of attraction (36 gold, have
                  | 34).
  6891 | D:8      | 6891 ||| SHOPLISTING potion of enlightenment (60 gold, have
                  | 34).
  6891 | D:8      | 6891 ||| SHOPLISTING potion of mutation (96 gold, have 34).
  6898 | D:8      | Reached skill level 3 in Throwing
  6922 | D:8      | 6922 ||| SHOPLISTING 3 scrolls of identify (72 gold, have
                  | 34).
  6922 | D:8      | 6922 ||| BUYING scroll of identify (24 gold).
  6922 | D:8      | Bought a scroll of identify for 24 gold pieces
  6922 | D:8      | 6922 ||| SHOPLISTING scroll of teleportation (36 gold, have
                  | 10).
  6934 | D:8      | 6934 ||| SHOPLISTING runed scarf (216 gold, have 10).
  6944 | D:8      | Found a shadowy altar of Dithmenos.
  6961 | D:8      | Noticed an unseen horror
  6962 | D:8      | 6962 ||| Stepping ~*~*~tactically~*~*~ (stealth).
  6969 | D:8      | Killed an unseen horror
  7008 | D:8      | Noticed Gastronok
  7009 | D:8      | 7009 ||| INVOKING Heroism.
  7027 | D:8      | Killed Gastronok
  7028 | D:8      | Reached skill level 11 in Axes
  7286 | D:8      | 7286 ||| UPGRADING to +0 pair of gloves.
  7291 | D:8      | 7291 ||| UPGRADING to +6 ring of dexterity.
  7292 | D:8      | 7292 ||| READING scroll labelled GYLUAS NA XUOSI.
  7332 | D:9      | Found a staircase to the Lair.
  7333 | D:9      | 7333 ||| Stepping ~*~*~tactically~*~*~ (hiding).
  7389 | D:9      | 7389 ||| Stepping ~*~*~tactically~*~*~ (stealth).
  7391 | D:9      | 7391 ||| Stepping ~*~*~tactically~*~*~ (stealth).
  7404 | D:9      | 7404 ||| Stepping ~*~*~tactically~*~*~ (hiding).
  7427 | D:9      | Noticed an elephant
  7436 | D:9      | 7436 ||| INVOKING Heroism.
  7437 | D:9      | Killed an elephant
  7462 | D:9      | 7462 ||| Stepping ~*~*~tactically~*~*~ (hiding).
  7463 | D:9      | 7463 ||| Stepping ~*~*~tactically~*~*~ (stealth).
  7464 | D:9      | 7464 ||| Stepping ~*~*~tactically~*~*~ (hiding).
  7472 | D:9      | Reached skill level 6 in Armour
  7472 | D:9      | Reached XP level 11. HP: 58/68 MP: 15/15
  7563 | D:9      | 7563 ||| Stepping ~*~*~tactically~*~*~ (stealth).
  7575 | D:9      | Reached skill level 6 in Invocations
  7581 | D:9      | Reached ***** piety under Okawaru
  7582 | D:9      | Reached skill level 3 in Dodging
  7582 | D:9      | Noticed a two-headed ogre
  7583 | D:9      | 7583 ||| INVOKING Heroism.
  7595 | D:9      | Killed a two-headed ogre
  7964 | D:9      | 7964 ||| PLANNING LAIR
  7964 | D:9      | 7964 ||| UPGRADING to +2 buckler.
  7974 | D:9      | 7974 ||| DROPPING +0 buckler.
  7975 | D:9      | 7975 ||| READING scroll labelled VUIDUM ATYLUERGH.
  8017 | Lair:1   | Entered Level 1 of the Lair of Beasts
  8028 | Lair:1   | Found a runed translucent gate.
  8028 | Lair:1   | Found a runed translucent gate.
  8028 | Lair:1   | Found a runed translucent gate.
  8030 | Lair:1   | Noticed a glowing orange brain
  8031 | Lair:1   | Noticed qw's ghost (journeyman GrHu)
  8057 | Lair:1   | 8057 ||| INVOKING Heroism.
  8072 | Lair:1   | Received a gift from Okawaru
  8096 | Lair:1   | Reached skill level 9 in Fighting
  8186 | Lair:1   | 8186 ||| INVOKING Heroism.
  8239 | Lair:1   | 8239 ||| Stepping ~*~*~tactically~*~*~ (stealth).
  8241 | Lair:1   | 8241 ||| INVOKING Heroism.
  8263 | Lair:1   | 8263 ||| INVOKING Heroism.
  8282 | Lair:1   | 8282 ||| Stepping ~*~*~tactically~*~*~ (stealth).
  8283 | Lair:1   | 8283 ||| Stepping ~*~*~tactically~*~*~ (stealth).
  8288 | Lair:1   | 8288 ||| Stepping ~*~*~tactically~*~*~ (stealth).
  8296 | Lair:1   | 8296 ||| Stepping ~*~*~tactically~*~*~ (stealth).
  8366 | Lair:1   | 8366 ||| INVOKING Heroism.
  8428 | Lair:1   | 8428 ||| Stepping ~*~*~tactically~*~*~ (stealth).
  8429 | Lair:1   | 8429 ||| Stepping ~*~*~tactically~*~*~ (stealth).
  8430 | Lair:1   | 8430 ||| INVOKING Heroism.
  8472 | Lair:1   | 8472 ||| INVOKING Heroism.
  8544 | Lair:1   | 8544 ||| INVOKING Heroism.
  8617 | Lair:1   | Noticed Sonja
  8621 | Lair:1   | 8621 ||| INVOKING Heroism.
  8637 | Lair:1   | 8637 ||| Stepping ~*~*~tactically~*~*~ (hiding).
  8642 | Lair:1   | Killed Sonja
  9039 | Lair:1   | 9039 ||| INVOKING Heroism.
  9214 | Lair:1   | Found a viscous altar of Jiyva.
  9216 | Lair:1   | 9216 ||| UPGRADING to +0 pair of boots.
  9255 | Lair:2   | 9255 ||| INVOKING Heroism.
  9273 | Lair:2   | Reached XP level 12. HP: 52/76 MP: 18/18
  9277 | Lair:2   | 9277 ||| Stepping ~*~*~tactically~*~*~ (stealth).
  9288 | Lair:2   | Reached skill level 12 in Axes
  9449 | Lair:2   | 9449 ||| INVOKING Heroism.
  9461 | Lair:2   | Noticed Amaemon
  9483 | Lair:2   | Reached skill level 9 in Invocations
  9490 | Lair:2   | Killed Amaemon
  9491 | Lair:2   | HP: 14/76 [komodo dragon (11)]
  9492 | Lair:2   | 9492 ||| READING 9 scrolls of teleportation.
  9493 | Lair:2   | 9493 ||| DRINKING 5 potions of heal wounds.
  9502 | Lair:2   | Reached skill level 6 in Shields
  9512 | Lair:2   | 9512 ||| INVOKING Heroism.
  9518 | Lair:2   | HP: 19/76 [yak (8)]
  9519 | Lair:2   | 9519 ||| READING 8 scrolls of teleportation.
  9520 | Lair:2   | Received a gift from Okawaru
  9521 | Lair:2   | 9521 ||| DRINKING 4 potions of heal wounds.
  9523 | Lair:2   | Noticed Urug
  9530 | Lair:2   | HP: 11/76 [elephant (10)]
  9531 | Lair:2   | 9531 ||| READING 7 scrolls of teleportation.
  9532 | Lair:2   | 9532 ||| DRINKING 3 potions of heal wounds.
  9548 | Lair:2   | HP: 12/77 [Urug/+3 double sword of holy wrath (16)]
  9549 | Lair:2   | 9549 ||| READING 6 scrolls of teleportation.
  9550 | Lair:2   | 9550 ||| DRINKING 2 potions of heal wounds.
  9554 | Lair:2   | Killed Urug
  9741 | Lair:2   | 9741 ||| INVOKING Heroism.
  9805 | Lair:2   | Noticed Harold
  9806 | Lair:2   | 9806 ||| FLEEEEING.
  9807 | Lair:2   | 9807 ||| FLEEEEING.
  9808 | Lair:2   | 9808 ||| FLEEEEING.
  9809 | Lair:2   | 9809 ||| FLEEEEING.
  9810 | Lair:2   | 9810 ||| FLEEEEING.
  9811 | Lair:2   | 9811 ||| FLEEEEING.
  9812 | Lair:2   | 9812 ||| FLEEEEING.
  9813 | Lair:2   | 9813 ||| FLEEEEING.
  9814 | Lair:2   | 9814 ||| FLEEEEING.
  9815 | Lair:2   | 9815 ||| FLEEEEING.
  9816 | Lair:2   | 9816 ||| FLEEEEING.
  9817 | Lair:2   | 9817 ||| FLEEEEING.
  9818 | Lair:2   | 9818 ||| FLEEEEING.
  9819 | Lair:2   | 9819 ||| FLEEEEING.
  9820 | Lair:2   | 9820 ||| FLEEEEING.
  9821 | Lair:2   | 9821 ||| FLEEEEING.
  9822 | Lair:2   | 9822 ||| INVOKING Heroism.
  9841 | Lair:2   | Killed Harold
 10011 | Lair:2   | 10011 ||| DROPPING +0 morningstar.
 10051 | Lair:2   | Found a hole to the Spider Nest.
 10329 | Lair:2   | 10329 ||| DROPPING +2 hat.
 10330 | Lair:2   | 10330 ||| READING 11 scrolls of identify.
 10330 | Lair:2   | 10330 ||| IDENTIFYING sedimented ruby potion
 10335 | Lair:3   | Noticed a six-headed hydra
 10336 | Lair:3   | 10336 ||| INVOKING Heroism.
 10337 | Lair:3   | 10337 ||| INVOKING Finesse.
 10342 | Lair:3   | 10342 ||| SWAPPING to -2 demon whip of venom.
 10349 | Lair:3   | Killed a six-headed hydra
 10350 | Lair:3   | 10350 ||| SWAPPING to +1 war axe.
 10508 | Lair:3   | Noticed Kirke
 10509 | Lair:3   | 10509 ||| Stepping ~*~*~tactically~*~*~ (stealth).
 10514 | Lair:3   | 10514 ||| Stepping ~*~*~tactically~*~*~ (stealth).
 10515 | Lair:3   | 10515 ||| Stepping ~*~*~tactically~*~*~ (stealth).
 10528 | Lair:3   | Reached XP level 13. HP: 73/82 MP: 20/20
 10554 | Lair:3   | 10554 ||| INVOKING Heroism.
 10555 | Lair:3   | 10555 ||| INVOKING Finesse.
 10570 | Lair:3   | Killed Kirke
 10571 | Lair:3   | Reached skill level 13 in Axes
 10742 | Lair:3   | 10742 ||| READING scroll of enchant armour.
 10742 | Lair:3   | 10742 ||| ENCHANTING +0 pair of gloves.
 10747 | Lair:3   | 10747 ||| READING scroll of enchant armour.
 10747 | Lair:3   | 10747 ||| ENCHANTING +1 pair of gloves.
 10962 | Lair:3   | 10962 ||| Stepping ~*~*~tactically~*~*~ (hiding).
 10966 | Lair:3   | 10966 ||| Stepping ~*~*~tactically~*~*~ (stealth).
 10967 | Lair:3   | 10967 ||| Stepping ~*~*~tactically~*~*~ (stealth).
 10968 | Lair:3   | 10968 ||| Stepping ~*~*~tactically~*~*~ (stealth).
 10986 | Lair:3   | Reached skill level 9 in Armour
 11005 | Lair:3   | Found a staircase to the Shoals.
 11030 | Lair:3   | 11030 ||| Stepping ~*~*~tactically~*~*~ (hiding).
 11031 | Lair:3   | 11031 ||| Stepping ~*~*~tactically~*~*~ (hiding).
 11032 | Lair:3   | 11032 ||| Stepping ~*~*~tactically~*~*~ (hiding).
 11033 | Lair:3   | 11033 ||| Stepping ~*~*~tactically~*~*~ (hiding).
 11034 | Lair:3   | 11034 ||| Stepping ~*~*~tactically~*~*~ (hiding).
 11035 | Lair:3   | 11035 ||| Stepping ~*~*~tactically~*~*~ (hiding).
 11235 | Lair:3   | 11235 ||| READING scroll labelled YMOUSI DUSKIUNK.
 11286 | Lair:3   | 11286 ||| READING scroll labelled DEAMOMPOURE.
 11287 | Lair:3   | 11287 ||| READING 11 scrolls of identify.
 11287 | Lair:3   | 11287 ||| IDENTIFYING bubbling clear potion
 11288 | Lair:3   | 11288 ||| DROPPING potion of berserk rage.
 11338 | Lair:4   | 11338 ||| INVOKING Heroism.
 11339 | Lair:4   | 11339 ||| INVOKING Finesse.
 11414 | Lair:4   | 11414 ||| INVOKING Heroism.
 11415 | Lair:4   | 11415 ||| INVOKING Finesse.
 11532 | Lair:4   | Found a staircase to the Slime Pits.
 11634 | Lair:4   | 11634 ||| Stepping ~*~*~tactically~*~*~ (stealth).
 11635 | Lair:4   | 11635 ||| INVOKING Heroism.
 11636 | Lair:4   | 11636 ||| INVOKING Finesse.
 11658 | Lair:4   | Reached skill level 14 in Axes
 11770 | Lair:4   | 11770 ||| Stepping ~*~*~tactically~*~*~ (stealth).
 11772 | Lair:4   | 11772 ||| Stepping ~*~*~tactically~*~*~ (stealth).
 11776 | Lair:4   | 11776 ||| Stepping ~*~*~tactically~*~*~ (stealth).
 11900 | Lair:4   | 11900 ||| INVOKING Heroism.
 12121 | Lair:4   | 12121 ||| Stepping ~*~*~tactically~*~*~ (stealth).
 12294 | Lair:5   | Entered Level 5 of the Lair of Beasts
 12295 | Lair:5   | 12295 ||| INVOKING Heroism.
 12296 | Lair:5   | 12296 ||| INVOKING Finesse.
 12312 | Lair:5   | Received a gift from Okawaru
 12329 | Lair:5   | 12329 ||| STAIRDANCE
 12485 | Lair:5   | 12485 ||| INVOKING Heroism.
 12486 | Lair:5   | 12486 ||| INVOKING Finesse.
 12495 | Lair:5   | Reached skill level 6 in Throwing
 12505 | Lair:5   | Gained mutation: Your large and strong wings let you fly.
                  | [Gargoyle growth]
 12505 | Lair:5   | Reached XP level 14. HP: 48/90 MP: 14/21
 12549 | Lair:5   | 12549 ||| STAIRDANCE
 12704 | Lair:5   | 12704 ||| INVOKING Heroism.
 12705 | Lair:5   | 12705 ||| INVOKING Finesse.
 12713 | Lair:5   | 12713 ||| SWAPPING to -2 demon whip of venom.
 12736 | Lair:5   | 12736 ||| SWAPPING to +1 war axe.
 12791 | Lair:5   | 12791 ||| INVOKING Heroism.
 12797 | Lair:5   | 12797 ||| SWAPPING to -2 demon whip of venom.
 12807 | Lair:5   | 12807 ||| SWAPPING to +1 war axe.
 12864 | Lair:5   | 12864 ||| Stepping ~*~*~tactically~*~*~ (stealth).
 12924 | Lair:5   | 12924 ||| Stepping ~*~*~tactically~*~*~ (stealth).
 13016 | Lair:5   | Reached skill level 15 in Axes
 13031 | Lair:5   | 13031 ||| READING scroll of enchant armour.
 13031 | Lair:5   | 13031 ||| ENCHANTING +1 helmet.
 13051 | Lair:5   | 13051 ||| Stepping ~*~*~tactically~*~*~ (stealth).
 13055 | Lair:5   | 13055 ||| Stepping ~*~*~tactically~*~*~ (stealth).
 13376 | Lair:5   | Found a runed translucent door.
 13382 | Lair:5   | 13382 ||| Stepping ~*~*~tactically~*~*~ (stealth).
 13449 | Lair:5   | Reached skill level 12 in Fighting
 13476 | Lair:5   | 13476 ||| INVOKING Heroism.
 13656 | Lair:5   | 13656 ||| Stepping ~*~*~tactically~*~*~ (stealth).
 13742 | Lair:5   | 13742 ||| Stepping ~*~*~tactically~*~*~ (hiding).
 13748 | Lair:5   | Received a gift from Okawaru
 13808 | Lair:5   | Noticed a dire elephant
 13809 | Lair:5   | 13809 ||| Stepping ~*~*~tactically~*~*~ (stealth).
 13810 | Lair:5   | 13810 ||| Stepping ~*~*~tactically~*~*~ (stealth).
 13813 | Lair:5   | 13813 ||| Stepping ~*~*~tactically~*~*~ (stealth).
 13815 | Lair:5   | 13815 ||| INVOKING Heroism.
 13816 | Lair:5   | 13816 ||| INVOKING Finesse.
 13825 | Lair:5   | Killed a dire elephant
 13826 | Lair:5   | 13826 ||| Stepping ~*~*~tactically~*~*~ (hiding).
 13837 | Lair:5   | 13837 ||| INVOKING Heroism.
 13841 | Lair:5   | Received a gift from Okawaru
 13888 | Lair:5   | 13888 ||| INVOKING Heroism.
 13924 | Lair:5   | Identified the +10 scale mail of Xiyliuk {rPois rF++ Dex+4}
 13929 | Lair:5   | 13929 ||| Stepping ~*~*~tactically~*~*~ (hiding).
 13935 | Lair:5   | 13935 ||| INVOKING Heroism.
 13953 | Lair:5   | 13953 ||| Stepping ~*~*~tactically~*~*~ (stealth).
 13957 | Lair:5   | 13957 ||| Stepping ~*~*~tactically~*~*~ (stealth).
 13959 | Lair:5   | 13959 ||| Stepping ~*~*~tactically~*~*~ (stealth).
 13981 | Lair:5   | 13981 ||| Stepping ~*~*~tactically~*~*~ (stealth).
 13982 | Lair:5   | 13982 ||| INVOKING Heroism.
 13986 | Lair:5   | 13986 ||| SWAPPING to -2 demon whip of venom.
 13995 | Lair:5   | 13995 ||| SWAPPING to +1 war axe.
 14002 | Lair:5   | Received a gift from Okawaru
 14186 | Lair:5   | 14186 ||| FLEEEEING.
 14187 | Lair:5   | 14187 ||| FLEEEEING.
 14188 | Lair:5   | 14188 ||| FLEEEEING.
 14189 | Lair:5   | 14189 ||| FLEEEEING.
 14190 | Lair:5   | 14190 ||| FLEEEEING.
 14191 | Lair:5   | 14191 ||| STAIRDANCE
 14193 | Lair:4   | 14193 ||| READING 11 scrolls of identify.
 14193 | Lair:4   | 14193 ||| IDENTIFYING orange potion
 14194 | Lair:4   | 14194 ||| DROPPING potion of ambrosia.
 14197 | Lair:5   | 14197 ||| STAIRDANCE
 14199 | Lair:4   | 14199 ||| INVOKING Heroism.
 14231 | Lair:5   | 14231 ||| INVOKING Heroism.
 14276 | Lair:5   | 14276 ||| Stepping ~*~*~tactically~*~*~ (stealth).
 14283 | Lair:5   | 14283 ||| Stepping ~*~*~tactically~*~*~ (hiding).
 14299 | Lair:5   | Reached skill level 16 in Axes
 14337 | Lair:5   | 14337 ||| Stepping ~*~*~tactically~*~*~ (stealth).
 14436 | Lair:5   | Found a runed translucent door.
 14448 | Lair:5   | 14448 ||| INVOKING Heroism.
 14500 | Lair:5   | 14500 ||| FLEEEEING.
 14502 | Lair:5   | 14502 ||| FLEEEEING.
 14503 | Lair:5   | 14503 ||| FLEEEEING.
 14505 | Lair:5   | 14505 ||| INVOKING Heroism.
 14594 | Lair:5   | 14594 ||| FLEEEEING.
 14596 | Lair:5   | 14596 ||| FLEEEEING.
 14597 | Lair:5   | 14597 ||| FLEEEEING.
 14598 | Lair:5   | 14598 ||| FLEEEEING.
 14599 | Lair:5   | 14599 ||| FLEEEEING.
 14600 | Lair:5   | 14600 ||| FLEEEEING.
 14601 | Lair:5   | 14601 ||| FLEEEEING.
 14602 | Lair:5   | 14602 ||| FLEEEEING.
 14604 | Lair:5   | 14604 ||| FLEEEEING.
 14606 | Lair:5   | 14606 ||| INVOKING Heroism.
 14855 | Lair:5   | Noticed qw's ghost (journeyman DEHu)
 14907 | Lair:5   | 14907 ||| PLANNING D:1-11
 14907 | Lair:5   | 14907 ||| UPGRADING to amulet of regeneration.
 15179 | D:10     | 15179 ||| Stepping ~*~*~tactically~*~*~ (stealth).
 15187 | D:10     | Reached XP level 15. HP: 96/96 MP: 22/22
 15225 | D:10     | Received a gift from Okawaru
 15268 | D:10     | 15268 ||| Stepping ~*~*~tactically~*~*~ (hiding).
 15338 | D:10     | 15338 ||| INVOKING Heroism.
 15346 | D:10     | HP: 17/96 [orc priest/divine providence (13)]
 15347 | D:10     | 15347 ||| READING 6 scrolls of teleportation.
 15347 | D:10     | HP: 1/96 [orc priest/divine providence (15)]
 15348 | D:10     | 15348 ||| DRINKING 2 potions of heal wounds.
 15500 | D:10     | 15500 ||| Stepping ~*~*~tactically~*~*~ (stealth).
 15512 | D:10     | 15512 ||| Stepping ~*~*~tactically~*~*~ (stealth).
 15516 | D:10     | Found an ancient bone altar of Kikubaaqudgha.
 15855 | D:11     | 15855 ||| READING scroll of enchant weapon.
 15855 | D:11     | 15855 ||| ENCHANTING +1 war axe.
 15870 | D:11     | 15870 ||| DROPPING -2 demon whip of venom.
 15871 | D:11     | 15871 ||| DROPPING +0 heavy morningstar.
 15929 | D:11     | Noticed Josephine
 15930 | D:11     | 15930 ||| Stepping ~*~*~tactically~*~*~ (hiding).
 15932 | D:11     | 15932 ||| Stepping ~*~*~tactically~*~*~ (hiding).
 15942 | D:11     | Killed Josephine
 15943 | D:11     | 15943 ||| FLEEEEING.
 15960 | D:11     | 15960 ||| INVOKING Heroism.
 16046 | D:11     | Found Putipeom's CLEARANCE SALE!.
 16054 | D:11     | 16054 ||| BUYING potion of attraction (9 gold).
 16054 | D:11     | Bought a potion of attraction for 9 gold pieces
 16095 | D:11     | 16095 ||| Stepping ~*~*~tactically~*~*~ (stealth).
 16209 | D:11     | Noticed Grum
 16209 | D:11     | 16209 ||| Stepping ~*~*~tactically~*~*~ (stealth).
 16211 | D:11     | 16211 ||| Stepping ~*~*~tactically~*~*~ (hiding).
 16220 | D:11     | Killed Grum
 16463 | D:11     | 16463 ||| PLANNING D
 16463 | D:11     | 16463 ||| DROPPING amulet of guardian spirit.
 16475 | D:12     | 16475 ||| Stepping ~*~*~tactically~*~*~ (stealth).
 16481 | D:12     | 16481 ||| Stepping ~*~*~tactically~*~*~ (stealth).
 16504 | D:12     | 16504 ||| Stepping ~*~*~tactically~*~*~ (stealth).
 16506 | D:12     | 16506 ||| Stepping ~*~*~tactically~*~*~ (stealth).
 16526 | D:12     | Found a staircase to the Orcish Mines.
 16579 | D:12     | 16579 ||| Stepping ~*~*~tactically~*~*~ (stealth).
 16593 | D:12     | Identified the +0 plate armour "Ruweanow" {rElec rF++ Str-3
                  | Stlth+}
 16611 | D:12     | 16611 ||| Stepping ~*~*~tactically~*~*~ (hiding).
 16613 | D:12     | 16613 ||| Stepping ~*~*~tactically~*~*~ (hiding).
 16614 | D:12     | 16614 ||| Stepping ~*~*~tactically~*~*~ (hiding).
 16832 | D:12     | 16832 ||| Stepping ~*~*~tactically~*~*~ (stealth).
 16838 | D:12     | 16838 ||| Stepping ~*~*~tactically~*~*~ (stealth).
 16839 | D:12     | 16839 ||| Stepping ~*~*~tactically~*~*~ (stealth).
 16843 | D:12     | 16843 ||| FLEEEEING.
 16844 | D:12     | 16844 ||| FLEEEEING.
 16845 | D:12     | 16845 ||| FLEEEEING.
 16846 | D:12     | 16846 ||| FLEEEEING.
 16895 | D:12     | 16895 ||| READING scroll of enchant armour.
 16895 | D:12     | 16895 ||| ENCHANTING +0 pair of boots.
 17175 | D:12     | 17175 ||| DROPPING +0 plate armour "Ruweanow" {rElec rF++
                  | Str-3 Stlth+}.
 17180 | D:13     | 17180 ||| PLANNING GAUNTLET
 17188 | D:13     | 17188 ||| FLEEEEING.
 17189 | D:13     | 17189 ||| FLEEEEING.
 17190 | D:13     | 17190 ||| FLEEEEING.
 17191 | D:13     | 17191 ||| STAIRDANCE
 17320 | D:13     | 17320 ||| Stepping ~*~*~tactically~*~*~ (stealth).
 17322 | D:13     | 17322 ||| Stepping ~*~*~tactically~*~*~ (stealth).
 17324 | D:13     | 17324 ||| Stepping ~*~*~tactically~*~*~ (hiding).
 17333 | D:13     | 17333 ||| INVOKING Heroism.
 17338 | D:13     | 17338 ||| SWAPPING to +0 hand axe of flaming.
 17345 | D:13     | 17345 ||| SWAPPING to +2 war axe.
 17386 | D:13     | Received a gift from Okawaru
 17407 | D:13     | 17407 ||| INVOKING Heroism.
 17500 | D:13     | Found a gate leading to a gauntlet.
 17509 | Gauntlet | Entered a Gauntlet
 17509 | Gauntlet | Found a transporter.
 17509 | Gauntlet | Found a transporter.
 17513 | Gauntlet | Found a transporter.
 17513 | Gauntlet | Found a transporter.
 17527 | Gauntlet | Found a transporter.
 17548 | Gauntlet | Found a transporter.
 17571 | Gauntlet | Found a transporter.
 17590 | Gauntlet | Found a transporter.
 17598 | Gauntlet | Found a transporter.
 17616 | Gauntlet | Found a transporter.
 17654 | Gauntlet | Found a transporter.
 17668 | Gauntlet | Found a transporter.
 17842 | Gauntlet | 17842 ||| Stepping randomly (stuck).
 17843 | Gauntlet | 17843 ||| Stepping randomly (stuck).
 17844 | Gauntlet | 17844 ||| Stepping randomly (stuck).
 17845 | Gauntlet | 17845 ||| Stepping randomly (stuck).
 17846 | Gauntlet | 17846 ||| Stepping randomly (stuck).
 17873 | Gauntlet | 17873 ||| UPGRADING to amulet of faith.
 17902 | Gauntlet | Reached skill level 9 in Shields
 17958 | Gauntlet | Identified the +6 mace "Atuoleuc" {heavy, rElec rC++ Will+
                  | Str-5}
 17959 | Gauntlet | 17959 ||| Stepping ~*~*~tactically~*~*~ (hiding).
 17960 | Gauntlet | 17960 ||| Stepping ~*~*~tactically~*~*~ (hiding).
 17963 | Gauntlet | 17963 ||| INVOKING Heroism.
 18177 | Gauntlet | 18177 ||| DROPPING amulet of regeneration.
 18205 | D:13     | 18205 ||| PLANNING D
 18229 | D:13     | 18229 ||| INVOKING Heroism.
 18230 | D:13     | 18230 ||| INVOKING Finesse.
 18234 | D:13     | 18234 ||| SWAPPING to +0 hand axe of flaming.
 18237 | D:13     | 18237 ||| SWAPPING to +2 war axe.
 18245 | D:13     | Received a gift from Okawaru
 18246 | D:13     | 18246 ||| Stepping ~*~*~tactically~*~*~ (hiding).
 18247 | D:13     | 18247 ||| Stepping ~*~*~tactically~*~*~ (hiding).
 18250 | D:13     | 18250 ||| Stepping ~*~*~tactically~*~*~ (hiding).
 18572 | D:13     | Found Qadai's Antique Weapon Emporium.
 18650 | D:13     | Identified the +5 leather armour of the Unbroken {rC+ Will+
                  | Str-3 Stlth+}
 18859 | D:13     | 18859 ||| DROPPING scarf of invisibility.
 18860 | D:13     | 18860 ||| DROPPING +1 helmet of see invisible.
 18861 | D:13     | 18861 ||| UPGRADING to +0 kite shield.
 18871 | D:13     | 18871 ||| DROPPING +2 buckler.
 18872 | D:13     | 18872 ||| READING scroll labelled FATOYS FOQUOKE.
 18889 | D:14     | Received a gift from Okawaru
 19082 | D:14     | 19082 ||| DRINKING 12 potions of curing.
 19082 | D:14     | 19082 ||| (to cure confusion)
 19474 | D:14     | 19474 ||| Stepping ~*~*~tactically~*~*~ (stealth).
 19476 | D:14     | 19476 ||| Stepping ~*~*~tactically~*~*~ (stealth).
 19485 | D:14     | 19485 ||| Stepping ~*~*~tactically~*~*~ (hiding).
 19602 | D:14     | Found a broken altar of Ashenzari.
 19812 | D:14     | 19812 ||| DRINKING 11 potions of curing.
 19812 | D:14     | 19812 ||| (to cure confusion)
 20003 | Abyss:3  | Found a corrupted altar of Lugonu.
 20003 | Abyss:3  | Cast into level 3 of the Abyss (a wizard)
 20162 | Abyss:3  | 20162 ||| INVOKING Heroism.
 20168 | Abyss:3  | Received a gift from Okawaru
 20175 | Abyss:3  | Noticed a pearl dragon
 20177 | Abyss:3  | Reached XP level 16. HP: 62/104 MP: 16/23
 20181 | Abyss:3  | Noticed a lich
 20182 | Abyss:3  | 20182 ||| INVOKING Finesse.
 20196 | Abyss:3  | Killed a pearl dragon
 20197 | Abyss:3  | HP: 22/104 [lich/bolt of cold (22)]
 20198 | Abyss:3  | 20198 ||| READING 12 scrolls of teleportation.
 20199 | Abyss:3  | 20199 ||| DRINKING 3 potions of heal wounds.
 20206 | Abyss:3  | Killed a lich
 20207 | Abyss:3  | Reached skill level 12 in Shields
 20214 | Abyss:3  | Found a corrupted altar of Lugonu.
 20241 | Abyss:3  | 20241 ||| INVOKING Heroism.
 20269 | Abyss:3  | 20269 ||| Stepping ~*~*~tactically~*~*~ (stealth).
 20270 | Abyss:3  | 20270 ||| Stepping ~*~*~tactically~*~*~ (stealth).
 20272 | Abyss:3  | 20272 ||| Stepping ~*~*~tactically~*~*~ (stealth).
 20276 | Abyss:3  | 20276 ||| Stepping ~*~*~tactically~*~*~ (stealth).
 20278 | Abyss:3  | 20278 ||| Stepping ~*~*~tactically~*~*~ (stealth).
 20286 | Abyss:3  | 20286 ||| Stepping ~*~*~tactically~*~*~ (stealth).
 20290 | Abyss:3  | 20290 ||| Stepping ~*~*~tactically~*~*~ (stealth).
 20299 | Abyss:3  | 20299 ||| Stepping ~*~*~tactically~*~*~ (stealth).
 20303 | Abyss:3  | 20303 ||| Stepping ~*~*~tactically~*~*~ (stealth).
 20304 | Abyss:3  | 20304 ||| Stepping ~*~*~tactically~*~*~ (hiding).
 20315 | D:14     | Escaped the Abyss
 20316 | D:14     | 20316 ||| INVOKING Heroism.
 20333 | D:14     | Identified the +4 ring mail "Cyoh" {rPois Will+ Dex-3}
                  | (Okawaru gifted it to you on level 14 of the Dungeon)
 20333 | D:14     | Received a gift from Okawaru
 20334 | D:14     | 20334 ||| Stepping ~*~*~tactically~*~*~ (stealth).
 20435 | D:14     | Found a gate to the Vaults.
 20580 | D:14     | 20580 ||| SWAPPING to +0 broad axe.
 20581 | D:14     | 20581 ||| DROPPING +2 war axe.
 20609 | D:15     | Entered Level 15 of the Dungeon
 20613 | D:15     | 20613 ||| Stepping ~*~*~tactically~*~*~ (stealth).
 20615 | D:15     | 20615 ||| Stepping ~*~*~tactically~*~*~ (stealth).
 20632 | D:15     | 20632 ||| INVOKING Heroism.
 20811 | D:15     | Found a staircase to the Depths.
 20812 | D:15     | 20812 ||| INVOKING Heroism.
 20930 | D:15     | 20930 ||| INVOKING Heroism.
 21232 | D:15     | Found a shimmering altar of Xom.
 21234 | D:15     | Found an ancient bone altar of Kikubaaqudgha.
 21234 | D:15     | Found a shimmering altar of Xom.
 21236 | D:15     | Found a radiant altar of Vehumet.
 21236 | D:15     | Found a shadowy altar of Dithmenos.
 21236 | D:15     | Found a white marble altar of Elyvilon.
 21410 | D:15     | 21410 ||| Stepping ~*~*~tactically~*~*~ (stealth).
 21420 | D:15     | 21420 ||| INVOKING Heroism.
 21707 | D:15     | 21707 ||| Stepping ~*~*~tactically~*~*~ (hiding).
 21714 | D:15     | 21714 ||| INVOKING Heroism.
 21726 | D:15     | HP: 20/104 [boulder beetle (31)]
 21727 | D:15     | 21727 ||| READING 11 scrolls of teleportation.
 21728 | D:15     | 21728 ||| DRINKING 2 potions of heal wounds.
 21902 | D:15     | Reached skill level 17 in Axes
 21962 | D:15     | 21962 ||| Stepping ~*~*~tactically~*~*~ (stealth).
 22035 | D:15     | 22035 ||| Stepping ~*~*~tactically~*~*~ (stealth).
 22036 | D:15     | 22036 ||| Stepping ~*~*~tactically~*~*~ (stealth).
 22210 | D:15     | 22210 ||| PLANNING ORC
 22210 | D:15     | 22210 ||| READING scroll labelled MUTENU QUUPRE.
 22320 | Orc:1    | Entered Level 1 of the Orcish Mines
 22331 | Orc:1    | 22331 ||| INVOKING Heroism.
 22332 | Orc:1    | 22332 ||| DRINKING 10 potions of curing.
 22332 | Orc:1    | 22332 ||| (to cure confusion)
 22364 | Orc:1    | 22364 ||| Stepping ~*~*~tactically~*~*~ (stealth).
 22366 | Orc:1    | 22366 ||| Stepping ~*~*~tactically~*~*~ (hiding).
 22367 | Orc:1    | 22367 ||| Stepping ~*~*~tactically~*~*~ (hiding).
 22369 | Orc:1    | Gained mutation: You are dopey. (Int -2) [a neqoxec]
 22468 | Orc:1    | You are sucked into a shaft and drop 1 floor!
 22468 | Orc:2    | Entered Level 2 of the Orcish Mines
 22541 | Orc:2    | 22541 ||| Stepping ~*~*~tactically~*~*~ (stealth).
 22587 | Orc:1    | 22587 ||| INVOKING Heroism.
 22592 | Orc:1    | Received a gift from Okawaru
 22597 | Orc:1    | 22597 ||| INVOKING Finesse.
 22620 | Orc:1    | 22620 ||| INVOKING Heroism.
 22824 | Orc:1    | Paralysed by a floating eye for 3 turns
 22831 | Orc:1    | 22831 ||| Stepping ~*~*~tactically~*~*~ (hiding).
 22832 | Orc:1    | 22832 ||| INVOKING Heroism.
 22836 | Orc:1    | Received a gift from Okawaru
 22982 | Orc:2    | 22982 ||| INVOKING Heroism.
 22983 | Orc:2    | Found a staircase to the Elven Halls.
 23107 | Orc:2    | Found Mosi Leo's Assorted Antiques.
 23111 | Orc:2    | 23111 ||| INVOKING Heroism.
 23129 | Orc:2    | Reached skill level 18 in Axes
 23134 | Orc:2    | Reached XP level 17. HP: 32/109 MP: 24/24
 23137 | Orc:2    | 23137 ||| FLEEEEING.
 23138 | Orc:2    | 23138 ||| FLEEEEING.
 23139 | Orc:2    | 23139 ||| FLEEEEING.
 23140 | Orc:2    | 23140 ||| FLEEEEING.
 23141 | Orc:2    | 23141 ||| FLEEEEING.
 23142 | Orc:2    | 23142 ||| FLEEEEING.
 23143 | Orc:2    | 23143 ||| FLEEEEING.
 23144 | Orc:2    | 23144 ||| FLEEEEING.
 23145 | Orc:2    | 23145 ||| FLEEEEING.
 23146 | Orc:2    | 23146 ||| FLEEEEING.
 23147 | Orc:2    | 23147 ||| FLEEEEING.
 23148 | Orc:2    | 23148 ||| FLEEEEING.
 23149 | Orc:2    | 23149 ||| FLEEEEING.
 23150 | Orc:2    | 23150 ||| FLEEEEING.
 23151 | Orc:2    | 23151 ||| FLEEEEING.
 23152 | Orc:2    | 23152 ||| FLEEEEING.
 23153 | Orc:2    | 23153 ||| FLEEEEING.
 23154 | Orc:2    | 23154 ||| FLEEEEING.
 23155 | Orc:2    | 23155 ||| FLEEEEING.
 23156 | Orc:2    | 23156 ||| FLEEEEING.
 23157 | Orc:2    | 23157 ||| FLEEEEING.
 23158 | Orc:2    | 23158 ||| STAIRDANCE
 23339 | Orc:2    | Received a gift from Okawaru
 23398 | Orc:2    | Found Zyotsen's Jewellery Shoppe.
 23428 | Orc:2    | Found Cabelu Gumme's Jewellery Shop.
 23429 | Orc:2    | 23429 ||| BUYING potion of heal wounds (150 gold).
 23429 | Orc:2    | Bought a potion of heal wounds for 150 gold pieces
 23437 | Orc:2    | 23437 ||| BUYING +6 ring of dexterity (504 gold).
 23437 | Orc:2    | Bought a +6 ring of dexterity for 504 gold pieces
 23437 | Orc:2    | 23437 ||| BUYING ring of ice (350 gold).
 23437 | Orc:2    | Bought a ring of ice for 350 gold pieces
 23437 | Orc:2    | 23437 ||| BUYING ring of protection from cold (350 gold).
 23437 | Orc:2    | Bought a ring of protection from cold for 350 gold pieces
 23437 | Orc:2    | 23437 ||| SHOPLISTING ring of protection from fire (350
                  | gold, have 118).
 23439 | Orc:2    | Found Boluob's General Store.
 23445 | Orc:2    | 23445 ||| SHOPLISTING ring "Wihyfikh" {Fly rF- rC+ Str+4
                  | Dex+3} (509 gold, have 118).
 23445 | Orc:2    | 23445 ||| SHOPLISTING ring of resist corrosion (260 gold,
                  | have 118).
 23450 | Orc:2    | 23450 ||| BUYING potion of curing (51 gold).
 23450 | Orc:2    | Bought a potion of curing for 51 gold pieces
 23450 | Orc:2    | 23450 ||| SHOPLISTING potion of haste (170 gold, have 67).
 23450 | Orc:2    | 23450 ||| SHOPLISTING potion of heal wounds (85 gold, have
                  | 67).
 23450 | Orc:2    | 23450 ||| BUYING scroll of teleportation (51 gold).
 23450 | Orc:2    | Bought a scroll of teleportation for 51 gold pieces
 23627 | Orc:2    | Received a gift from Okawaru
 23749 | Orc:2    | Found Ropiodgh's General Store.
 23762 | Orc:2    | 23762 ||| BUYING potion of enlightenment (50 gold).
 23762 | Orc:2    | Bought a potion of enlightenment for 50 gold pieces
 23927 | Orc:2    | 23927 ||| PLANNING SHOALS:1-3
 23927 | Orc:2    | 23927 ||| UPGRADING to +6 ring of dexterity.
 24160 | Shoals:1 | Entered Level 1 of the Shoals
 24172 | Shoals:1 | 24172 ||| Stepping ~*~*~tactically~*~*~ (hiding).
 24357 | Shoals:1 | 24357 ||| INVOKING Heroism.
 24439 | Shoals:1 | 24439 ||| INVOKING Heroism.
 24740 | Shoals:1 | Reached skill level 6 in Dodging
 24781 | Shoals:1 | Received a gift from Okawaru
 24847 | Shoals:1 | 24847 ||| Stepping ~*~*~tactically~*~*~ (hiding).
 24927 | Shoals:1 | 24927 ||| DROPPING +2 war axe of pain.
 25217 | Shoals:2 | 25217 ||| Stepping ~*~*~tactically~*~*~ (hiding).
 25218 | Shoals:2 | 25218 ||| Stepping ~*~*~tactically~*~*~ (hiding).
 25297 | Shoals:2 | 25297 ||| FLEEEEING.
 25298 | Shoals:2 | 25298 ||| FLEEEEING.
 25299 | Shoals:2 | 25299 ||| FLEEEEING.
 25300 | Shoals:2 | 25300 ||| FLEEEEING.
 25301 | Shoals:2 | 25301 ||| STAIRDANCE
 25339 | Shoals:2 | 25339 ||| INVOKING Heroism.
 25340 | Shoals:2 | 25340 ||| INVOKING Finesse.
 25688 | Shoals:2 | 25688 ||| Stepping ~*~*~tactically~*~*~ (hiding).
 25689 | Shoals:2 | 25689 ||| Stepping ~*~*~tactically~*~*~ (hiding).
 25708 | Shoals:2 | 25708 ||| Stepping ~*~*~tactically~*~*~ (hiding).
 25709 | Shoals:2 | 25709 ||| Stepping ~*~*~tactically~*~*~ (hiding).
 25924 | Shoals:2 | 25924 ||| INVOKING Heroism.
 26122 | Shoals:2 | Received a gift from Okawaru
 26142 | Shoals:2 | 26142 ||| INVOKING Heroism.
 26151 | Shoals:2 | Reached skill level 12 in Armour
 26276 | Shoals:2 | 26276 ||| INVOKING Heroism.
 26601 | Shoals:3 | 26601 ||| INVOKING Heroism.
 26628 | Shoals:3 | 26628 ||| Stepping ~*~*~tactically~*~*~ (hiding).
 26645 | Shoals:3 | Noticed Polyphemus
 26646 | Shoals:3 | 26646 ||| INVOKING Finesse.
 26650 | Shoals:3 | 26650 ||| INVOKING Heroism.
 26671 | Shoals:3 | Killed Polyphemus
 26676 | Shoals:3 | Identified Roxanne's Discourse on Lithomancy
 26676 | Shoals:3 | Noticed Roxanne
 26689 | Shoals:3 | 26689 ||| INVOKING Heroism.
 26722 | Shoals:3 | Killed Roxanne
 27034 | Shoals:3 | Found a runed translucent door.
 27034 | Shoals:3 | Noticed qw's ghost (adept GrFi)
 27109 | Shoals:3 | Identified the +2 robe of Brilliance {Harm rC+++ Dex+3
                  | Slay-3}
 27138 | Shoals:3 | Noticed Mara
 27139 | Shoals:3 | 27139 ||| INVOKING Heroism.
 27140 | Shoals:3 | 27140 ||| INVOKING Finesse.
 27151 | Shoals:3 | Noticed qw's illusion
 27161 | Shoals:3 | Killed Mara
 27162 | Shoals:3 | Reached skill level 15 in Fighting
 27248 | Shoals:3 | 27248 ||| INVOKING Heroism.
 27437 | Shoals:3 | 27437 ||| Stepping ~*~*~tactically~*~*~ (hiding).
 27438 | Shoals:3 | 27438 ||| Stepping ~*~*~tactically~*~*~ (hiding).
 27536 | Shoals:3 | 27536 ||| Stepping ~*~*~tactically~*~*~ (hiding).
 27537 | Shoals:3 | 27537 ||| Stepping ~*~*~tactically~*~*~ (hiding).
 28049 | Shoals:3 | 28049 ||| PLANNING SPIDER:1-3
 28049 | Shoals:3 | 28049 ||| READING scroll labelled ZIURPH SY RASK.
 28152 | Spider:1 | Entered Level 1 of the Spider Nest
 28153 | Spider:1 | 28153 ||| Stepping ~*~*~tactically~*~*~ (hiding).
 28158 | Spider:1 | 28158 ||| INVOKING Finesse.
 28235 | Spider:1 | 28235 ||| INVOKING Heroism.
 28236 | Spider:1 | 28236 ||| INVOKING Finesse.
 28247 | Spider:1 | Reached XP level 18. HP: 80/119 MP: 18/25
 28347 | Spider:1 | 28347 ||| DROPPING +0 hand axe of flaming.
 28373 | Spider:1 | 28373 ||| Stepping ~*~*~tactically~*~*~ (hiding).
 28421 | Spider:1 | 28421 ||| Stepping ~*~*~tactically~*~*~ (stealth).
 28423 | Spider:1 | 28423 ||| Stepping ~*~*~tactically~*~*~ (stealth).
 28425 | Spider:1 | 28425 ||| Stepping ~*~*~tactically~*~*~ (stealth).
 28428 | Spider:1 | 28428 ||| Stepping ~*~*~tactically~*~*~ (stealth).
 28444 | Spider:1 | 28444 ||| READING scroll of enchant weapon.
 28444 | Spider:1 | 28444 ||| ENCHANTING +0 broad axe of draining.
 28455 | Spider:1 | 28455 ||| Stepping ~*~*~tactically~*~*~ (stealth).
 28532 | Spider:1 | Found a runed translucent door.
 28566 | Spider:1 | 28566 ||| Stepping ~*~*~tactically~*~*~ (stealth).
 28572 | Spider:1 | Received a gift from Okawaru
 28618 | Spider:1 | 28618 ||| READING scroll of enchant weapon.
 28618 | Spider:1 | 28618 ||| ENCHANTING +1 broad axe of draining.
 28732 | Spider:1 | 28732 ||| Stepping ~*~*~tactically~*~*~ (hiding).
 28734 | Spider:1 | 28734 ||| Stepping ~*~*~tactically~*~*~ (hiding).
 28871 | Spider:2 | 28871 ||| Stepping ~*~*~tactically~*~*~ (hiding).
 28874 | Spider:2 | 28874 ||| INVOKING Finesse.
 28881 | Spider:2 | Noticed Jorgrun
 28886 | Spider:2 | 28886 ||| Stepping ~*~*~tactically~*~*~ (hiding).
 28887 | Spider:2 | 28887 ||| Stepping ~*~*~tactically~*~*~ (hiding).
 28888 | Spider:2 | 28888 ||| Stepping ~*~*~tactically~*~*~ (hiding).
 28889 | Spider:2 | 28889 ||| Stepping ~*~*~tactically~*~*~ (hiding).
 28891 | Spider:2 | Noticed Azrael
 28900 | Spider:2 | Killed Jorgrun
 28904 | Spider:2 | 28904 ||| INVOKING Heroism.
 28927 | Spider:2 | Killed Azrael
 28927 | Spider:2 | Received a gift from Okawaru
 28932 | Spider:2 | 28932 ||| STAIRDANCE
 29147 | Spider:2 | 29147 ||| INVOKING Finesse.
 29148 | Spider:2 | 29148 ||| STAIRDANCE
 29249 | Spider:2 | 29249 ||| Stepping ~*~*~tactically~*~*~ (stealth).
 29267 | Spider:2 | Identified the +6 mace "Gram" {pain, rCorr Str-2 Dex+2}
 29318 | Spider:2 | 29318 ||| INVOKING Heroism.
 29868 | Spider:2 | 29868 ||| DROPPING +0 heavy war axe.
 30084 | Spider:3 | 30084 ||| INVOKING Heroism.
 30097 | Spider:3 | Reached skill level 15 in Shields
 30138 | Spider:3 | 30138 ||| DRINKING 11 potions of curing.
 30138 | Spider:3 | 30138 ||| (to cure confusion)
 30207 | Spider:3 | 30207 ||| READING scroll of enchant armour.
 30207 | Spider:3 | 30207 ||| ENCHANTING +1 pair of boots.
 30233 | Spider:3 | 30233 ||| Stepping ~*~*~tactically~*~*~ (stealth).
 30241 | Spider:3 | 30241 ||| Stepping ~*~*~tactically~*~*~ (stealth).
 30243 | Spider:3 | 30243 ||| Stepping ~*~*~tactically~*~*~ (hiding).
 30255 | Spider:3 | 30255 ||| INVOKING Heroism.
 30266 | Spider:3 | Received a gift from Okawaru
 30284 | Spider:3 | 30284 ||| INVOKING Finesse.
 30293 | Spider:3 | 30293 ||| Stepping ~*~*~tactically~*~*~ (hiding).
 30418 | Spider:3 | 30418 ||| INVOKING Heroism.
 30462 | Spider:3 | 30462 ||| DRINKING 2 potions of cancellation.
 30585 | Spider:3 | 30585 ||| READING scroll of enchant weapon.
 30585 | Spider:3 | 30585 ||| ENCHANTING +2 broad axe of draining.
 30620 | Spider:3 | 30620 ||| Stepping ~*~*~tactically~*~*~ (hiding).
 30900 | Spider:3 | 30900 ||| Stepping ~*~*~tactically~*~*~ (hiding).
 30904 | Spider:3 | 30904 ||| INVOKING Finesse.
 31225 | Spider:3 | 31225 ||| Stepping ~*~*~tactically~*~*~ (stealth).
 31227 | Spider:3 | 31227 ||| Stepping ~*~*~tactically~*~*~ (stealth).
 31255 | Spider:3 | 31255 ||| Stepping ~*~*~tactically~*~*~ (stealth).
 31270 | Spider:3 | Identified the +5 long sword "Biommewk" {protect, rC+ rCorr
                  | Dex+3 SInv}
 31345 | Spider:3 | 31345 ||| PLANNING SHOALS:4
 31478 | Shoals:4 | Entered Level 4 of the Shoals
 31481 | Shoals:4 | 31481 ||| INVOKING Heroism.
 31562 | Shoals:4 | Noticed Bai Suzhen
 31563 | Shoals:4 | 31563 ||| INVOKING Heroism.
 31564 | Shoals:4 | 31564 ||| INVOKING Finesse.
 31590 | Shoals:4 | Killed Bai Suzhen
 31591 | Shoals:4 | 31591 ||| Stepping ~*~*~tactically~*~*~ (hiding).
 31657 | Shoals:4 | 31657 ||| INVOKING Heroism.
 31671 | Shoals:4 | Received a gift from Okawaru
 31718 | Shoals:4 | 31718 ||| Stepping ~*~*~tactically~*~*~ (stealth).
 31731 | Shoals:4 | 31731 ||| Stepping ~*~*~tactically~*~*~ (stealth).
 31733 | Shoals:4 | 31733 ||| INVOKING Heroism.
 31891 | Shoals:4 | 31891 ||| INVOKING Heroism.
 31957 | Shoals:4 | 31957 ||| INVOKING Heroism.
 31990 | Shoals:4 | 31990 ||| Stepping ~*~*~tactically~*~*~ (hiding).
 32007 | Shoals:4 | 32007 ||| INVOKING Heroism.
 32016 | Shoals:4 | Reached skill level 9 in Dodging
 32108 | Shoals:4 | 32108 ||| Stepping ~*~*~tactically~*~*~ (stealth).
 32283 | Shoals:4 | 32283 ||| Stepping ~*~*~tactically~*~*~ (stealth).
 32329 | Shoals:4 | Got a barnacled rune of Zot
 32349 | Shoals:4 | 32349 ||| INVOKING Heroism.
 32427 | Shoals:4 | 32427 ||| INVOKING Heroism.
 32451 | Shoals:4 | 32451 ||| INVOKING Finesse.
 32504 | Shoals:4 | Noticed Nikola
 32505 | Shoals:4 | 32505 ||| INVOKING Heroism.
 32506 | Shoals:4 | 32506 ||| INVOKING Finesse.
 32531 | Shoals:4 | Killed Nikola
 32532 | Shoals:4 | Reached XP level 19. HP: 109/125 MP: 21/26
 32532 | Shoals:4 | 32532 ||| Stepping ~*~*~tactically~*~*~ (hiding).
 32533 | Shoals:4 | 32533 ||| Stepping ~*~*~tactically~*~*~ (hiding).
 32534 | Shoals:4 | 32534 ||| Stepping ~*~*~tactically~*~*~ (hiding).
 32569 | Shoals:4 | 32569 ||| Stepping ~*~*~tactically~*~*~ (stealth).
 32628 | Shoals:4 | Identified the +0 robe of the Ward {rC+}
 32652 | Shoals:4 | 32652 ||| Stepping ~*~*~tactically~*~*~ (stealth).
 32656 | Shoals:4 | 32656 ||| Stepping ~*~*~tactically~*~*~ (stealth).
 32658 | Shoals:4 | 32658 ||| Stepping ~*~*~tactically~*~*~ (hiding).
 32842 | Shoals:4 | 32842 ||| Stepping ~*~*~tactically~*~*~ (hiding).
 32860 | Shoals:4 | Identified the ring of Dishonesty {Wiz +Blink Str-3 Int+3}
 32861 | Shoals:4 | 32861 ||| INVOKING Heroism.
 32862 | Shoals:4 | 32862 ||| INVOKING Finesse.
 32883 | Shoals:4 | 32883 ||| Stepping ~*~*~tactically~*~*~ (hiding).
 32884 | Shoals:4 | 32884 ||| Stepping ~*~*~tactically~*~*~ (hiding).
 32889 | Shoals:4 | 32889 ||| Stepping ~*~*~tactically~*~*~ (hiding).
 33075 | Shoals:4 | 33075 ||| Stepping ~*~*~tactically~*~*~ (stealth).
 33079 | Shoals:4 | 33079 ||| Stepping ~*~*~tactically~*~*~ (stealth).
 33240 | Shoals:4 | 33240 ||| PLANNING VAULTS:1-4
 33240 | Shoals:4 | 33240 ||| DROPPING +3 plate armour of poison resistance.
 33241 | Shoals:4 | 33241 ||| DROPPING +4 plate armour of fire resistance.
 33523 | Vaults:1 | Entered Level 1 of the Vaults
 33524 | Vaults:1 | 33524 ||| PLANNING DESOLATION
 33604 | Vaults:1 | 33604 ||| Stepping ~*~*~tactically~*~*~ (stealth).
 33627 | Vaults:1 | 33627 ||| INVOKING Heroism.
 33791 | Vaults:1 | 33791 ||| Stepping ~*~*~tactically~*~*~ (stealth).
 33792 | Vaults:1 | 33792 ||| Stepping ~*~*~tactically~*~*~ (stealth).
 33886 | Vaults:1 | 33886 ||| Stepping ~*~*~tactically~*~*~ (hiding).
 33900 | Vaults:1 | 33900 ||| FLEEEEING.
 33901 | Vaults:1 | 33901 ||| FLEEEEING.
 34004 | Vaults:1 | 34004 ||| Stepping ~*~*~tactically~*~*~ (hiding).
 34011 | Vaults:1 | 34011 ||| INVOKING Heroism.
 34015 | Vaults:1 | Received a gift from Okawaru
 34067 | Vaults:1 | Received a gift from Okawaru
 34214 | Vaults:1 | Found a crumbling gateway.
 34221 | Vaults:1 | 34221 ||| Stepping randomly (stuck).
 34223 | Vaults:1 | 34223 ||| Stepping randomly (stuck).
 34225 | Vaults:1 | 34225 ||| Stepping randomly (stuck).
 34227 | Vaults:1 | 34227 ||| Stepping randomly (stuck).
 34229 | Vaults:1 | 34229 ||| Stepping randomly (stuck).
 34231 | Vaults:1 | 34231 ||| Stepping randomly (stuck).
 34233 | Vaults:1 | 34233 ||| Stepping randomly (stuck).
 34235 | Vaults:1 | 34235 ||| Stepping randomly (stuck).
 34237 | Vaults:1 | 34237 ||| Stepping randomly (stuck).
 34239 | Vaults:1 | 34239 ||| Stepping randomly (stuck).
 34241 | Vaults:1 | 34241 ||| Stepping randomly (stuck).
 34243 | Vaults:1 | 34243 ||| Stepping randomly (stuck).
 34245 | Vaults:1 | 34245 ||| Stepping randomly (stuck).
 34247 | Vaults:1 | 34247 ||| Stepping randomly (stuck).
 34249 | Vaults:1 | 34249 ||| Stepping randomly (stuck).
 34251 | Vaults:1 | 34251 ||| Stepping randomly (stuck).
 34253 | Vaults:1 | 34253 ||| Stepping randomly (stuck).
 34255 | Vaults:1 | 34255 ||| Stepping randomly (stuck).
 34257 | Vaults:1 | 34257 ||| Stepping randomly (stuck).
 34259 | Vaults:1 | 34259 ||| Stepping randomly (stuck).
 34261 | Vaults:1 | 34261 ||| Stepping randomly (stuck).
 34263 | Vaults:1 | 34263 ||| Stepping randomly (stuck).
 34265 | Vaults:1 | 34265 ||| Stepping randomly (stuck).
 34267 | Vaults:1 | 34267 ||| Stepping randomly (stuck).
 34269 | Vaults:1 | 34269 ||| Stepping randomly (stuck).
 34271 | Vaults:1 | 34271 ||| Stepping randomly (stuck).
 34273 | Vaults:1 | 34273 ||| Stepping randomly (stuck).
 34275 | Vaults:1 | 34275 ||| Stepping randomly (stuck).
 34277 | Vaults:1 | 34277 ||| Stepping randomly (stuck).
 34279 | Vaults:1 | 34279 ||| Stepping randomly (stuck).
 34281 | Vaults:1 | 34281 ||| Stepping randomly (stuck).
 34283 | Vaults:1 | 34283 ||| Stepping randomly (stuck).
 34285 | Vaults:1 | 34285 ||| Stepping randomly (stuck).
 34287 | Vaults:1 | 34287 ||| Stepping randomly (stuck).
 34289 | Vaults:1 | 34289 ||| Stepping randomly (stuck).
 34291 | Vaults:1 | 34291 ||| Stepping randomly (stuck).
 34293 | Vaults:1 | 34293 ||| Stepping randomly (stuck).
 34295 | Vaults:1 | 34295 ||| Stepping randomly (stuck).
 34297 | Vaults:1 | 34297 ||| Stepping randomly (stuck).
 34299 | Vaults:1 | 34299 ||| Stepping randomly (stuck).
 34301 | Vaults:1 | 34301 ||| Stepping randomly (stuck).
 34303 | Vaults:1 | 34303 ||| Stepping randomly (stuck).
 34305 | Vaults:1 | 34305 ||| Stepping randomly (stuck).
 34307 | Vaults:1 | 34307 ||| Stepping randomly (stuck).
 34309 | Vaults:1 | 34309 ||| Stepping randomly (stuck).
 34311 | Vaults:1 | 34311 ||| Stepping randomly (stuck).
 34313 | Vaults:1 | 34313 ||| Stepping randomly (stuck).
 34315 | Vaults:1 | 34315 ||| Stepping randomly (stuck).
 34317 | Vaults:1 | 34317 ||| Stepping randomly (stuck).
 34319 | Vaults:1 | 34319 ||| Stepping randomly (stuck).
 34321 | Vaults:1 | 34321 ||| Stepping randomly (stuck).
 34323 | Vaults:1 | 34323 ||| READING 13 scrolls of teleportation.
 34366 | Vaults:1 | 34366 ||| READING 12 scrolls of teleportation.
 34369 | Vaults:1 | 34369 ||| READING 11 scrolls of teleportation.
 34374 | Vaults:1 | 34374 ||| READING 10 scrolls of teleportation.
 34377 | Vaults:1 | 34377 ||| Stepping ~*~*~tactically~*~*~ (hiding).
 34378 | Vaults:1 | 34378 ||| Stepping ~*~*~tactically~*~*~ (hiding).
 34487 | Vaults:1 | 34487 ||| READING 9 scrolls of teleportation.
 34491 | Vaults:1 | 34491 ||| READING 8 scrolls of teleportation.
 34495 | Vaults:1 | 34495 ||| READING 7 scrolls of teleportation.
 34498 | Vaults:1 | 34498 ||| READING 6 scrolls of teleportation.
 34503 | Vaults:1 | 34503 ||| READING 5 scrolls of teleportation.
 34506 | Vaults:1 | 34506 ||| READING 4 scrolls of teleportation.
 34521 | Vaults:1 | 34521 ||| INVOKING Heroism.
 34527 | Vaults:1 | Received a gift from Okawaru
 34619 | Vaults:1 | 34619 ||| READING 3 scrolls of teleportation.
 34622 | Vaults:1 | 34622 ||| READING 2 scrolls of teleportation.
 34627 | Vaults:1 | 34627 ||| READING scroll of teleportation.
 34631 | Vaults:1 | 34631 ||| Stepping randomly (stuck).
 34632 | Vaults:1 | 34632 ||| Stepping randomly (stuck).
 34633 | Vaults:1 | 34633 ||| Stepping randomly (stuck).
 34634 | Vaults:1 | 34634 ||| Stepping randomly (stuck).
 34635 | Vaults:1 | 34635 ||| Stepping randomly (stuck).
 34636 | Vaults:1 | 34636 ||| Stepping randomly (stuck).
 34637 | Vaults:1 | 34637 ||| Stepping randomly (stuck).
 34638 | Vaults:1 | 34638 ||| Stepping randomly (stuck).
 34639 | Vaults:1 | 34639 ||| Stepping randomly (stuck).
 34640 | Vaults:1 | 34640 ||| Stepping randomly (stuck).
 34641 | Vaults:1 | 34641 ||| Stepping randomly (stuck).
 34642 | Vaults:1 | 34642 ||| Stepping randomly (stuck).
 34643 | Vaults:1 | 34643 ||| Stepping randomly (stuck).
 34644 | Vaults:1 | 34644 ||| Stepping randomly (stuck).
 34645 | Vaults:1 | 34645 ||| Stepping randomly (stuck).
 34646 | Vaults:1 | 34646 ||| Stepping randomly (stuck).
 34647 | Vaults:1 | 34647 ||| Stepping randomly (stuck).
 34648 | Vaults:1 | 34648 ||| Stepping randomly (stuck).
 34649 | Vaults:1 | 34649 ||| Stepping randomly (stuck).
 34650 | Vaults:1 | 34650 ||| Stepping randomly (stuck).
 34651 | Vaults:1 | 34651 ||| Stepping randomly (stuck).
 34652 | Vaults:1 | 34652 ||| Stepping randomly (stuck).
 34653 | Vaults:1 | 34653 ||| Stepping randomly (stuck).
 34654 | Vaults:1 | 34654 ||| Stepping randomly (stuck).
 34655 | Vaults:1 | 34655 ||| Stepping randomly (stuck).
 34656 | Vaults:1 | 34656 ||| Stepping randomly (stuck).
 34657 | Vaults:1 | 34657 ||| Stepping randomly (stuck).
 34658 | Vaults:1 | 34658 ||| Stepping randomly (stuck).
 34659 | Vaults:1 | 34659 ||| Stepping randomly (stuck).
 34660 | Vaults:1 | 34660 ||| Stepping randomly (stuck).
 34661 | Vaults:1 | 34661 ||| Stepping randomly (stuck).
 34662 | Vaults:1 | 34662 ||| Stepping randomly (stuck).
 34663 | Vaults:1 | 34663 ||| Stepping randomly (stuck).
 34664 | Vaults:1 | 34664 ||| Stepping randomly (stuck).
 34665 | Vaults:1 | 34665 ||| Stepping randomly (stuck).
 34666 | Vaults:1 | 34666 ||| Stepping randomly (stuck).
 34667 | Vaults:1 | 34667 ||| Stepping randomly (stuck).
 34668 | Vaults:1 | 34668 ||| Stepping randomly (stuck).
 34669 | Vaults:1 | 34669 ||| Stepping randomly (stuck).
 34670 | Vaults:1 | 34670 ||| Stepping randomly (stuck).
 34671 | Vaults:1 | 34671 ||| Stepping randomly (stuck).
 34672 | Vaults:1 | 34672 ||| Stepping randomly (stuck).
 34673 | Vaults:1 | 34673 ||| Stepping randomly (stuck).
 34674 | Vaults:1 | 34674 ||| Stepping randomly (stuck).
 34675 | Vaults:1 | 34675 ||| Stepping randomly (stuck).
 34676 | Vaults:1 | 34676 ||| Stepping randomly (stuck).
 34677 | Vaults:1 | 34677 ||| Stepping randomly (stuck).
 34678 | Vaults:1 | 34678 ||| Stepping randomly (stuck).
 34679 | Vaults:1 | 34679 ||| Stepping randomly (stuck).
 34680 | Vaults:1 | 34680 ||| Stepping randomly (stuck).
 34681 | Vaults:1 | 34681 ||| Stepping randomly (stuck).
 34682 | Vaults:1 | 34682 ||| Stepping randomly (stuck).
 34683 | Vaults:1 | 34683 ||| Stepping randomly (stuck).
 34684 | Vaults:1 | 34684 ||| Stepping randomly (stuck).
 34685 | Vaults:1 | 34685 ||| Stepping randomly (stuck).
 34686 | Vaults:1 | 34686 ||| Stepping randomly (stuck).
 34687 | Vaults:1 | 34687 ||| Stepping randomly (stuck).
 34688 | Vaults:1 | 34688 ||| Stepping randomly (stuck).
 34689 | Vaults:1 | 34689 ||| Stepping randomly (stuck).
 34690 | Vaults:1 | 34690 ||| Stepping randomly (stuck).
 34691 | Vaults:1 | 34691 ||| Stepping randomly (stuck).
 34692 | Vaults:1 | 34692 ||| Stepping randomly (stuck).
 34693 | Vaults:1 | 34693 ||| Stepping randomly (stuck).
 34694 | Vaults:1 | 34694 ||| Stepping randomly (stuck).
 34695 | Vaults:1 | 34695 ||| Stepping randomly (stuck).
 34696 | Vaults:1 | 34696 ||| Stepping randomly (stuck).
 34697 | Vaults:1 | 34697 ||| Stepping randomly (stuck).
 34698 | Vaults:1 | 34698 ||| Stepping randomly (stuck).
 34699 | Vaults:1 | 34699 ||| Stepping randomly (stuck).
 34700 | Vaults:1 | 34700 ||| Stepping randomly (stuck).
 34701 | Vaults:1 | 34701 ||| Stepping randomly (stuck).
 34702 | Vaults:1 | 34702 ||| Stepping randomly (stuck).
 34703 | Vaults:1 | 34703 ||| Stepping randomly (stuck).
 34704 | Vaults:1 | 34704 ||| Stepping randomly (stuck).
 34705 | Vaults:1 | 34705 ||| Stepping randomly (stuck).
 34706 | Vaults:1 | 34706 ||| Stepping randomly (stuck).
 34707 | Vaults:1 | 34707 ||| Stepping randomly (stuck).
 34708 | Vaults:1 | 34708 ||| Stepping randomly (stuck).
 34709 | Vaults:1 | 34709 ||| Stepping randomly (stuck).
 34710 | Vaults:1 | 34710 ||| Stepping randomly (stuck).
 34711 | Vaults:1 | 34711 ||| Stepping randomly (stuck).
 34712 | Vaults:1 | 34712 ||| Stepping randomly (stuck).
 34713 | Vaults:1 | 34713 ||| Stepping randomly (stuck).
 34714 | Vaults:1 | 34714 ||| Stepping randomly (stuck).
 34715 | Vaults:1 | 34715 ||| Stepping randomly (stuck).
 34716 | Vaults:1 | 34716 ||| Stepping randomly (stuck).
 34717 | Vaults:1 | 34717 ||| Stepping randomly (stuck).
 34718 | Vaults:1 | 34718 ||| Stepping randomly (stuck).
 34719 | Vaults:1 | 34719 ||| Stepping randomly (stuck).
 34720 | Vaults:1 | 34720 ||| Stepping randomly (stuck).
 34721 | Vaults:1 | 34721 ||| Stepping randomly (stuck).
 34722 | Vaults:1 | 34722 ||| Stepping randomly (stuck).
 34723 | Vaults:1 | 34723 ||| Stepping randomly (stuck).
 34724 | Vaults:1 | 34724 ||| Stepping randomly (stuck).
 34725 | Vaults:1 | 34725 ||| Stepping randomly (stuck).
 34726 | Vaults:1 | 34726 ||| Stepping randomly (stuck).
 34727 | Vaults:1 | 34727 ||| Stepping randomly (stuck).
 34728 | Vaults:1 | 34728 ||| Stepping randomly (stuck).
 34729 | Vaults:1 | 34729 ||| Stepping randomly (stuck).
 34730 | Vaults:1 | 34730 ||| Stepping randomly (stuck).
 34731 | Vaults:1 | 34731 ||| Stepping randomly (stuck).
 34732 | Vaults:1 | 34732 ||| Stepping randomly (stuck).
 34733 | Vaults:1 | 34733 ||| Stepping randomly (stuck).
 34734 | Vaults:1 | 34734 ||| Stepping randomly (stuck).
 34735 | Vaults:1 | 34735 ||| Stepping randomly (stuck).
 34736 | Vaults:1 | 34736 ||| Stepping ~*~*~tactically~*~*~ (hiding).
 34737 | Vaults:1 | 34737 ||| Stepping ~*~*~tactically~*~*~ (hiding).
 34738 | Vaults:1 | 34738 ||| Stepping ~*~*~tactically~*~*~ (hiding).
 34740 | Vaults:1 | 34740 ||| Stepping ~*~*~tactically~*~*~ (hiding).
 34751 | Vaults:1 | 34751 ||| Stepping randomly (stuck).
 34752 | Vaults:1 | 34752 ||| Stepping randomly (stuck).
 34753 | Vaults:1 | 34753 ||| Stepping randomly (stuck).
 34764 | Vaults:1 | Received a gift from Okawaru
 34773 | Vaults:1 | 34773 ||| Stepping randomly (stuck).
 34774 | Vaults:1 | 34774 ||| Stepping randomly (stuck).
 34775 | Vaults:1 | 34775 ||| Stepping randomly (stuck).
 34776 | Vaults:1 | 34776 ||| Stepping randomly (stuck).
 34777 | Vaults:1 | 34777 ||| Stepping randomly (stuck).
 34778 | Vaults:1 | 34778 ||| Stepping randomly (stuck).
 34779 | Vaults:1 | 34779 ||| Stepping randomly (stuck).
 34780 | Vaults:1 | 34780 ||| Stepping randomly (stuck).
 34781 | Vaults:1 | 34781 ||| Stepping randomly (stuck).
 34782 | Vaults:1 | 34782 ||| Stepping randomly (stuck).
 34783 | Vaults:1 | 34783 ||| Stepping randomly (stuck).
 34784 | Vaults:1 | 34784 ||| Stepping randomly (stuck).
 34785 | Vaults:1 | 34785 ||| Stepping randomly (stuck).
 34786 | Vaults:1 | 34786 ||| Stepping randomly (stuck).
 34787 | Vaults:1 | 34787 ||| Stepping randomly (stuck).
 34788 | Vaults:1 | 34788 ||| Stepping randomly (stuck).
 34789 | Vaults:1 | 34789 ||| Stepping randomly (stuck).
 34790 | Vaults:1 | 34790 ||| Stepping randomly (stuck).
 34791 | Vaults:1 | 34791 ||| Stepping randomly (stuck).
 34792 | Vaults:1 | 34792 ||| Stepping randomly (stuck).
 34793 | Vaults:1 | 34793 ||| Stepping randomly (stuck).
 34794 | Vaults:1 | 34794 ||| Stepping randomly (stuck).
 34795 | Vaults:1 | 34795 ||| Stepping randomly (stuck).
 34796 | Vaults:1 | 34796 ||| Stepping randomly (stuck).
 34797 | Vaults:1 | 34797 ||| Stepping randomly (stuck).
 34798 | Vaults:1 | 34798 ||| Stepping randomly (stuck).
 34799 | Vaults:1 | 34799 ||| Stepping randomly (stuck).
 34800 | Vaults:1 | 34800 ||| Stepping randomly (stuck).
 34801 | Vaults:1 | 34801 ||| Stepping randomly (stuck).
 34802 | Vaults:1 | 34802 ||| Stepping randomly (stuck).
 34803 | Vaults:1 | 34803 ||| Stepping randomly (stuck).
 34804 | Vaults:1 | 34804 ||| Stepping randomly (stuck).
 34805 | Vaults:1 | 34805 ||| Stepping randomly (stuck).
 34806 | Vaults:1 | 34806 ||| Stepping randomly (stuck).
 34807 | Vaults:1 | 34807 ||| Stepping randomly (stuck).
 34808 | Vaults:1 | 34808 ||| Stepping randomly (stuck).
 34809 | Vaults:1 | 34809 ||| Stepping randomly (stuck).
 34810 | Vaults:1 | 34810 ||| Stepping randomly (stuck).
 34811 | Vaults:1 | 34811 ||| Stepping randomly (stuck).
 34812 | Vaults:1 | 34812 ||| Stepping randomly (stuck).
 34813 | Vaults:1 | 34813 ||| Stepping randomly (stuck).
 34814 | Vaults:1 | 34814 ||| Stepping randomly (stuck).
 34815 | Vaults:1 | 34815 ||| Stepping randomly (stuck).
 34816 | Vaults:1 | 34816 ||| Stepping randomly (stuck).
 34832 | Vaults:1 | 34832 ||| Stepping randomly (stuck).
 34834 | Vaults:1 | 34834 ||| Stepping randomly (stuck).
 34836 | Vaults:1 | 34836 ||| Stepping randomly (stuck).
 34838 | Vaults:1 | 34838 ||| Stepping randomly (stuck).
 34840 | Vaults:1 | 34840 ||| Stepping randomly (stuck).
 34842 | Vaults:1 | 34842 ||| Stepping randomly (stuck).
 34844 | Vaults:1 | 34844 ||| Stepping randomly (stuck).
 34846 | Vaults:1 | 34846 ||| Stepping randomly (stuck).
 34848 | Vaults:1 | 34848 ||| Stepping randomly (stuck).
 34850 | Vaults:1 | 34850 ||| Stepping randomly (stuck).
 34852 | Vaults:1 | 34852 ||| Stepping randomly (stuck).
 34854 | Vaults:1 | 34854 ||| Stepping randomly (stuck).
 34856 | Vaults:1 | 34856 ||| Stepping randomly (stuck).
 34858 | Vaults:1 | 34858 ||| Stepping randomly (stuck).
 34860 | Vaults:1 | 34860 ||| Stepping randomly (stuck).
 34862 | Vaults:1 | 34862 ||| Stepping randomly (stuck).
 34864 | Vaults:1 | 34864 ||| Stepping randomly (stuck).
 34866 | Vaults:1 | 34866 ||| Stepping randomly (stuck).
 34868 | Vaults:1 | 34868 ||| Stepping randomly (stuck).
 34870 | Vaults:1 | 34870 ||| Stepping randomly (stuck).
 34872 | Vaults:1 | 34872 ||| Stepping randomly (stuck).
 34874 | Vaults:1 | 34874 ||| Stepping randomly (stuck).
 34876 | Vaults:1 | 34876 ||| Stepping randomly (stuck).
 34878 | Vaults:1 | 34878 ||| Stepping randomly (stuck).
 34880 | Vaults:1 | 34880 ||| Stepping randomly (stuck).
 34882 | Vaults:1 | 34882 ||| Stepping randomly (stuck).
 34884 | Vaults:1 | 34884 ||| Stepping randomly (stuck).
 34886 | Vaults:1 | 34886 ||| Stepping randomly (stuck).
 34888 | Vaults:1 | 34888 ||| Stepping randomly (stuck).
 34890 | Vaults:1 | 34890 ||| Stepping randomly (stuck).
 34892 | Vaults:1 | 34892 ||| Stepping randomly (stuck).
 34894 | Vaults:1 | 34894 ||| Stepping randomly (stuck).
 34896 | Vaults:1 | 34896 ||| Stepping randomly (stuck).
 34898 | Vaults:1 | 34898 ||| Stepping randomly (stuck).
 34900 | Vaults:1 | 34900 ||| Stepping randomly (stuck).
 34902 | Vaults:1 | 34902 ||| Stepping randomly (stuck).
 34904 | Vaults:1 | 34904 ||| Stepping randomly (stuck).
 34906 | Vaults:1 | 34906 ||| Stepping randomly (stuck).
 34908 | Vaults:1 | 34908 ||| Stepping randomly (stuck).
 34910 | Vaults:1 | 34910 ||| Stepping randomly (stuck).
 34912 | Vaults:1 | 34912 ||| Stepping randomly (stuck).
 34914 | Vaults:1 | 34914 ||| Stepping randomly (stuck).
 34916 | Vaults:1 | 34916 ||| Stepping randomly (stuck).
 34918 | Vaults:1 | 34918 ||| Stepping randomly (stuck).
 34920 | Vaults:1 | 34920 ||| Stepping randomly (stuck).
 34922 | Vaults:1 | 34922 ||| Stepping randomly (stuck).
 34924 | Vaults:1 | 34924 ||| Stepping randomly (stuck).
 34926 | Vaults:1 | 34926 ||| Stepping randomly (stuck).
 34928 | Vaults:1 | 34928 ||| Stepping randomly (stuck).
 34930 | Vaults:1 | 34930 ||| Stepping randomly (stuck).
 34932 | Vaults:1 | 34932 ||| Stepping randomly (stuck).
 34934 | Vaults:1 | 34934 ||| Stepping randomly (stuck).
 34936 | Vaults:1 | 34936 ||| Stepping randomly (stuck).
 34938 | Vaults:1 | 34938 ||| Stepping randomly (stuck).
 34940 | Vaults:1 | 34940 ||| Stepping randomly (stuck).
 34942 | Vaults:1 | 34942 ||| Stepping randomly (stuck).
 34944 | Vaults:1 | 34944 ||| Stepping randomly (stuck).
 34946 | Vaults:1 | 34946 ||| Stepping randomly (stuck).
 34948 | Vaults:1 | 34948 ||| Stepping randomly (stuck).
 34950 | Vaults:1 | 34950 ||| Stepping randomly (stuck).
 34952 | Vaults:1 | 34952 ||| Stepping randomly (stuck).
 34954 | Vaults:1 | 34954 ||| Stepping randomly (stuck).
 34956 | Vaults:1 | 34956 ||| Stepping randomly (stuck).
 34958 | Vaults:1 | 34958 ||| Stepping randomly (stuck).
 34960 | Vaults:1 | 34960 ||| Stepping randomly (stuck).
 34962 | Vaults:1 | 34962 ||| Stepping randomly (stuck).
 34964 | Vaults:1 | 34964 ||| Stepping randomly (stuck).
 34966 | Vaults:1 | 34966 ||| Stepping randomly (stuck).
 34968 | Vaults:1 | 34968 ||| Stepping randomly (stuck).
 34970 | Vaults:1 | 34970 ||| Stepping randomly (stuck).
 34972 | Vaults:1 | 34972 ||| Stepping randomly (stuck).
 34974 | Vaults:1 | 34974 ||| Stepping randomly (stuck).
 34976 | Vaults:1 | 34976 ||| Stepping randomly (stuck).
 34978 | Vaults:1 | 34978 ||| Stepping randomly (stuck).
 34980 | Vaults:1 | 34980 ||| Stepping randomly (stuck).
 34982 | Vaults:1 | 34982 ||| Stepping randomly (stuck).
 34984 | Vaults:1 | 34984 ||| Stepping randomly (stuck).
 34986 | Vaults:1 | 34986 ||| Stepping randomly (stuck).
 34988 | Vaults:1 | 34988 ||| Stepping randomly (stuck).
 34990 | Vaults:1 | 34990 ||| Stepping randomly (stuck).
 34992 | Vaults:1 | 34992 ||| Stepping randomly (stuck).
 34994 | Vaults:1 | 34994 ||| Stepping randomly (stuck).
 34996 | Vaults:1 | 34996 ||| Stepping randomly (stuck).
 34998 | Vaults:1 | 34998 ||| Stepping randomly (stuck).
 35000 | Vaults:1 | 35000 ||| Stepping randomly (stuck).
 35002 | Vaults:1 | 35002 ||| Stepping randomly (stuck).
 35004 | Vaults:1 | 35004 ||| Stepping randomly (stuck).
 35006 | Vaults:1 | 35006 ||| Stepping randomly (stuck).
 35008 | Vaults:1 | 35008 ||| Stepping randomly (stuck).
 35010 | Vaults:1 | 35010 ||| Stepping randomly (stuck).
 35012 | Vaults:1 | 35012 ||| Stepping randomly (stuck).
 35014 | Vaults:1 | 35014 ||| Stepping randomly (stuck).
 35016 | Vaults:1 | 35016 ||| Stepping randomly (stuck).
 35018 | Vaults:1 | 35018 ||| Stepping randomly (stuck).
 35020 | Vaults:1 | 35020 ||| Stepping randomly (stuck).
 35022 | Vaults:1 | 35022 ||| Stepping randomly (stuck).
 35024 | Vaults:1 | 35024 ||| Stepping randomly (stuck).
 35026 | Vaults:1 | 35026 ||| Stepping randomly (stuck).
 35028 | Vaults:1 | 35028 ||| Stepping randomly (stuck).
 35030 | Vaults:1 | 35030 ||| Stepping randomly (stuck).
 35032 | Vaults:1 | 35032 ||| Stepping randomly (stuck).
 35034 | Vaults:1 | 35034 ||| Stepping randomly (stuck).
 35036 | Vaults:1 | 35036 ||| Stepping randomly (stuck).
 35038 | Vaults:1 | 35038 ||| Stepping randomly (stuck).
 35040 | Vaults:1 | 35040 ||| Stepping randomly (stuck).
 35042 | Vaults:1 | 35042 ||| Stepping randomly (stuck).
 35044 | Vaults:1 | 35044 ||| Stepping randomly (stuck).
 35046 | Vaults:1 | 35046 ||| Stepping randomly (stuck).
 35048 | Vaults:1 | 35048 ||| Stepping randomly (stuck).
 35050 | Vaults:1 | 35050 ||| Stepping randomly (stuck).
 35052 | Vaults:1 | 35052 ||| Stepping randomly (stuck).
 35054 | Vaults:1 | 35054 ||| Stepping randomly (stuck).
 35056 | Vaults:1 | 35056 ||| Stepping randomly (stuck).
 35058 | Vaults:1 | 35058 ||| Stepping randomly (stuck).
 35060 | Vaults:1 | 35060 ||| Stepping randomly (stuck).
 35062 | Vaults:1 | 35062 ||| Stepping randomly (stuck).
 35064 | Vaults:1 | 35064 ||| Stepping randomly (stuck).
 35066 | Vaults:1 | 35066 ||| Stepping randomly (stuck).
 35068 | Vaults:1 | 35068 ||| Stepping randomly (stuck).
 35070 | Vaults:1 | 35070 ||| Stepping randomly (stuck).
 35072 | Vaults:1 | 35072 ||| Stepping randomly (stuck).
 35074 | Vaults:1 | 35074 ||| Stepping randomly (stuck).
 35076 | Vaults:1 | 35076 ||| Stepping randomly (stuck).
 35078 | Vaults:1 | 35078 ||| Stepping randomly (stuck).
 35080 | Vaults:1 | 35080 ||| Stepping randomly (stuck).
 35082 | Vaults:1 | 35082 ||| Stepping randomly (stuck).
 35084 | Vaults:1 | 35084 ||| Stepping randomly (stuck).
 35086 | Vaults:1 | 35086 ||| Stepping randomly (stuck).
 35088 | Vaults:1 | 35088 ||| Stepping randomly (stuck).
 35090 | Vaults:1 | 35090 ||| Stepping randomly (stuck).
 35092 | Vaults:1 | 35092 ||| Stepping randomly (stuck).
 35094 | Vaults:1 | 35094 ||| Stepping randomly (stuck).
 35096 | Vaults:1 | 35096 ||| Stepping randomly (stuck).
 35098 | Vaults:1 | 35098 ||| Stepping randomly (stuck).
 35100 | Vaults:1 | 35100 ||| Stepping randomly (stuck).
 35102 | Vaults:1 | 35102 ||| Stepping randomly (stuck).
 35104 | Vaults:1 | 35104 ||| Stepping randomly (stuck).
 35106 | Vaults:1 | 35106 ||| Stepping randomly (stuck).
 35108 | Vaults:1 | 35108 ||| Stepping randomly (stuck).
 35110 | Vaults:1 | 35110 ||| Stepping randomly (stuck).
 35112 | Vaults:1 | 35112 ||| Stepping randomly (stuck).
 35114 | Vaults:1 | 35114 ||| Stepping randomly (stuck).
 35116 | Vaults:1 | 35116 ||| Stepping randomly (stuck).
 35118 | Vaults:1 | 35118 ||| Stepping randomly (stuck).
 35120 | Vaults:1 | 35120 ||| Stepping randomly (stuck).
 35122 | Vaults:1 | 35122 ||| Stepping randomly (stuck).
 35124 | Vaults:1 | 35124 ||| Stepping randomly (stuck).
 35126 | Vaults:1 | 35126 ||| Stepping randomly (stuck).
 35128 | Vaults:1 | 35128 ||| Stepping randomly (stuck).
 35130 | Vaults:1 | 35130 ||| Stepping randomly (stuck).
 35132 | Vaults:1 | 35132 ||| Stepping randomly (stuck).
 35134 | Vaults:1 | 35134 ||| Stepping randomly (stuck).
 35136 | Vaults:1 | 35136 ||| Stepping randomly (stuck).
 35138 | Vaults:1 | 35138 ||| Stepping randomly (stuck).
 35140 | Vaults:1 | 35140 ||| Stepping randomly (stuck).
 35142 | Vaults:1 | 35142 ||| Stepping randomly (stuck).
 35144 | Vaults:1 | 35144 ||| Stepping randomly (stuck).
 35146 | Vaults:1 | 35146 ||| Stepping randomly (stuck).
 35148 | Vaults:1 | 35148 ||| Stepping randomly (stuck).
 35150 | Vaults:1 | 35150 ||| Stepping randomly (stuck).
 35152 | Vaults:1 | 35152 ||| Stepping randomly (stuck).
 35154 | Vaults:1 | 35154 ||| Stepping randomly (stuck).
 35156 | Vaults:1 | 35156 ||| Stepping randomly (stuck).
 35158 | Vaults:1 | 35158 ||| Stepping randomly (stuck).
 35160 | Vaults:1 | 35160 ||| Stepping randomly (stuck).
 35162 | Vaults:1 | 35162 ||| Stepping randomly (stuck).
 35164 | Vaults:1 | 35164 ||| Stepping randomly (stuck).
 35166 | Vaults:1 | 35166 ||| Stepping randomly (stuck).
 35168 | Vaults:1 | 35168 ||| Stepping randomly (stuck).
 35170 | Vaults:1 | 35170 ||| Stepping randomly (stuck).
 35172 | Vaults:1 | 35172 ||| Stepping randomly (stuck).
 35174 | Vaults:1 | 35174 ||| Stepping randomly (stuck).
 35176 | Vaults:1 | 35176 ||| Stepping randomly (stuck).
 35178 | Vaults:1 | 35178 ||| Stepping randomly (stuck).
 35180 | Vaults:1 | 35180 ||| Stepping randomly (stuck).
 35182 | Vaults:1 | 35182 ||| Stepping randomly (stuck).
 35184 | Vaults:1 | 35184 ||| Stepping randomly (stuck).
 35186 | Vaults:1 | 35186 ||| Stepping randomly (stuck).
 35188 | Vaults:1 | 35188 ||| Stepping randomly (stuck).
 35190 | Vaults:1 | 35190 ||| Stepping randomly (stuck).
 35192 | Vaults:1 | 35192 ||| Stepping randomly (stuck).
 35194 | Vaults:1 | 35194 ||| Stepping randomly (stuck).
 35196 | Vaults:1 | 35196 ||| Stepping randomly (stuck).
 35198 | Vaults:1 | 35198 ||| Stepping randomly (stuck).
 35200 | Vaults:1 | 35200 ||| Stepping randomly (stuck).
 35202 | Vaults:1 | 35202 ||| Stepping randomly (stuck).
 35204 | Vaults:1 | 35204 ||| Stepping randomly (stuck).
 35206 | Vaults:1 | 35206 ||| Stepping randomly (stuck).
 35208 | Vaults:1 | 35208 ||| Stepping randomly (stuck).
 35210 | Vaults:1 | 35210 ||| Stepping randomly (stuck).
 35212 | Vaults:1 | 35212 ||| Stepping randomly (stuck).
 35214 | Vaults:1 | 35214 ||| Stepping randomly (stuck).
 35216 | Vaults:1 | 35216 ||| Stepping randomly (stuck).
 35218 | Vaults:1 | 35218 ||| Stepping randomly (stuck).
 35220 | Vaults:1 | 35220 ||| Stepping randomly (stuck).
 35222 | Vaults:1 | 35222 ||| Stepping randomly (stuck).
 35224 | Vaults:1 | 35224 ||| Stepping randomly (stuck).
 35226 | Vaults:1 | 35226 ||| Stepping randomly (stuck).
 35228 | Vaults:1 | 35228 ||| Stepping randomly (stuck).
 35230 | Vaults:1 | 35230 ||| Stepping randomly (stuck).
 35232 | Vaults:1 | 35232 ||| Stepping randomly (stuck).
 35234 | Vaults:1 | 35234 ||| Stepping randomly (stuck).
 35236 | Vaults:1 | 35236 ||| Stepping randomly (stuck).
 35238 | Vaults:1 | 35238 ||| Stepping randomly (stuck).
 35240 | Vaults:1 | 35240 ||| Stepping randomly (stuck).
 35242 | Vaults:1 | 35242 ||| Stepping randomly (stuck).
 35244 | Vaults:1 | 35244 ||| Stepping randomly (stuck).
 35246 | Vaults:1 | 35246 ||| Stepping randomly (stuck).
 35248 | Vaults:1 | 35248 ||| Stepping randomly (stuck).
 35250 | Vaults:1 | 35250 ||| Stepping randomly (stuck).
 35252 | Vaults:1 | 35252 ||| Stepping randomly (stuck).
 35254 | Vaults:1 | 35254 ||| Stepping randomly (stuck).
 35256 | Vaults:1 | 35256 ||| Stepping randomly (stuck).
 35258 | Vaults:1 | 35258 ||| Stepping randomly (stuck).
 35260 | Vaults:1 | 35260 ||| Stepping randomly (stuck).
 35262 | Vaults:1 | 35262 ||| Stepping randomly (stuck).
 35264 | Vaults:1 | 35264 ||| Stepping randomly (stuck).
 35266 | Vaults:1 | 35266 ||| Stepping randomly (stuck).
 35268 | Vaults:1 | 35268 ||| Stepping randomly (stuck).
 35270 | Vaults:1 | 35270 ||| Stepping randomly (stuck).
 35272 | Vaults:1 | 35272 ||| Stepping randomly (stuck).
 35274 | Vaults:1 | 35274 ||| Stepping randomly (stuck).
 35276 | Vaults:1 | 35276 ||| Stepping randomly (stuck).
 35278 | Vaults:1 | 35278 ||| Stepping randomly (stuck).
 35280 | Vaults:1 | 35280 ||| Stepping randomly (stuck).
 35282 | Vaults:1 | 35282 ||| Stepping randomly (stuck).
 35284 | Vaults:1 | 35284 ||| Stepping randomly (stuck).
 35286 | Vaults:1 | 35286 ||| Stepping randomly (stuck).
 35288 | Vaults:1 | 35288 ||| Stepping randomly (stuck).
 35290 | Vaults:1 | 35290 ||| Stepping randomly (stuck).
 35292 | Vaults:1 | 35292 ||| Stepping randomly (stuck).
 35294 | Vaults:1 | 35294 ||| Stepping randomly (stuck).
 35296 | Vaults:1 | 35296 ||| Stepping randomly (stuck).
 35298 | Vaults:1 | 35298 ||| Stepping randomly (stuck).
 35300 | Vaults:1 | 35300 ||| Stepping randomly (stuck).
 35302 | Vaults:1 | 35302 ||| Stepping randomly (stuck).
 35304 | Vaults:1 | 35304 ||| Stepping randomly (stuck).
 35306 | Vaults:1 | 35306 ||| Stepping randomly (stuck).
 35308 | Vaults:1 | 35308 ||| Stepping randomly (stuck).
 35310 | Vaults:1 | 35310 ||| Stepping randomly (stuck).
 35312 | Vaults:1 | 35312 ||| Stepping randomly (stuck).
 35314 | Vaults:1 | 35314 ||| Stepping randomly (stuck).
 35316 | Vaults:1 | 35316 ||| Stepping randomly (stuck).
 35318 | Vaults:1 | 35318 ||| Stepping randomly (stuck).
 35320 | Vaults:1 | 35320 ||| Stepping randomly (stuck).
 35322 | Vaults:1 | 35322 ||| Stepping randomly (stuck).
 35324 | Vaults:1 | 35324 ||| Stepping randomly (stuck).
 35326 | Vaults:1 | 35326 ||| Stepping randomly (stuck).
 35328 | Vaults:1 | 35328 ||| Stepping randomly (stuck).
 35330 | Vaults:1 | 35330 ||| Stepping randomly (stuck).
 35332 | Vaults:1 | 35332 ||| Stepping randomly (stuck).
 35334 | Vaults:1 | 35334 ||| Stepping randomly (stuck).
 35336 | Vaults:1 | 35336 ||| Stepping randomly (stuck).
 35338 | Vaults:1 | 35338 ||| Stepping randomly (stuck).
 35340 | Vaults:1 | 35340 ||| Stepping randomly (stuck).
 35342 | Vaults:1 | 35342 ||| Stepping randomly (stuck).
 35344 | Vaults:1 | 35344 ||| Stepping randomly (stuck).
 35346 | Vaults:1 | 35346 ||| Stepping randomly (stuck).
 35348 | Vaults:1 | 35348 ||| Stepping randomly (stuck).
 35350 | Vaults:1 | 35350 ||| Stepping randomly (stuck).
 35352 | Vaults:1 | 35352 ||| Stepping randomly (stuck).
 35354 | Vaults:1 | 35354 ||| Stepping randomly (stuck).
 35356 | Vaults:1 | 35356 ||| Stepping randomly (stuck).
 35358 | Vaults:1 | 35358 ||| Stepping randomly (stuck).
 35360 | Vaults:1 | 35360 ||| Stepping randomly (stuck).
 35362 | Vaults:1 | 35362 ||| Stepping randomly (stuck).
 35364 | Vaults:1 | 35364 ||| Stepping randomly (stuck).
 35366 | Vaults:1 | 35366 ||| Stepping randomly (stuck).
 35368 | Vaults:1 | 35368 ||| Stepping randomly (stuck).
 35370 | Vaults:1 | 35370 ||| Stepping randomly (stuck).
 35372 | Vaults:1 | 35372 ||| Stepping randomly (stuck).
 35374 | Vaults:1 | 35374 ||| Stepping randomly (stuck).
 35376 | Vaults:1 | 35376 ||| Stepping randomly (stuck).
 35378 | Vaults:1 | 35378 ||| Stepping randomly (stuck).
 35380 | Vaults:1 | 35380 ||| Stepping randomly (stuck).
 35382 | Vaults:1 | 35382 ||| Stepping randomly (stuck).
 35384 | Vaults:1 | 35384 ||| Stepping randomly (stuck).
 35386 | Vaults:1 | 35386 ||| Stepping randomly (stuck).
 35388 | Vaults:1 | 35388 ||| Stepping randomly (stuck).
 35390 | Vaults:1 | 35390 ||| Stepping randomly (stuck).
 35392 | Vaults:1 | 35392 ||| Stepping randomly (stuck).
 35394 | Vaults:1 | 35394 ||| Stepping randomly (stuck).
 35396 | Vaults:1 | 35396 ||| Stepping randomly (stuck).
 35398 | Vaults:1 | 35398 ||| Stepping randomly (stuck).
 35400 | Vaults:1 | 35400 ||| Stepping randomly (stuck).
 35402 | Vaults:1 | 35402 ||| Stepping randomly (stuck).
 35404 | Vaults:1 | 35404 ||| Stepping randomly (stuck).
 35406 | Vaults:1 | 35406 ||| Stepping randomly (stuck).
 35408 | Vaults:1 | 35408 ||| Stepping randomly (stuck).
 35410 | Vaults:1 | 35410 ||| Stepping randomly (stuck).
 35412 | Vaults:1 | 35412 ||| Stepping randomly (stuck).
 35414 | Vaults:1 | 35414 ||| Stepping randomly (stuck).
 35416 | Vaults:1 | 35416 ||| Stepping randomly (stuck).
 35418 | Vaults:1 | 35418 ||| Stepping randomly (stuck).
 35420 | Vaults:1 | 35420 ||| Stepping randomly (stuck).
 35422 | Vaults:1 | 35422 ||| Stepping randomly (stuck).
 35424 | Vaults:1 | 35424 ||| Stepping randomly (stuck).
 35426 | Vaults:1 | 35426 ||| Stepping randomly (stuck).
 35428 | Vaults:1 | 35428 ||| Stepping randomly (stuck).
 35430 | Vaults:1 | 35430 ||| Stepping randomly (stuck).
 35432 | Vaults:1 | 35432 ||| Stepping randomly (stuck).
 35434 | Vaults:1 | 35434 ||| Stepping randomly (stuck).
 35436 | Vaults:1 | 35436 ||| Stepping randomly (stuck).
 35438 | Vaults:1 | 35438 ||| Stepping randomly (stuck).
 35440 | Vaults:1 | 35440 ||| Stepping randomly (stuck).
 35442 | Vaults:1 | 35442 ||| Stepping randomly (stuck).
 35444 | Vaults:1 | 35444 ||| Stepping randomly (stuck).
 35446 | Vaults:1 | 35446 ||| Stepping randomly (stuck).
 35448 | Vaults:1 | 35448 ||| Stepping randomly (stuck).
 35450 | Vaults:1 | 35450 ||| Stepping randomly (stuck).
 35452 | Vaults:1 | 35452 ||| Stepping randomly (stuck).
 35454 | Vaults:1 | 35454 ||| Stepping randomly (stuck).
 35456 | Vaults:1 | 35456 ||| Stepping randomly (stuck).
 35458 | Vaults:1 | 35458 ||| Stepping randomly (stuck).
 35460 | Vaults:1 | 35460 ||| Stepping randomly (stuck).
 35462 | Vaults:1 | 35462 ||| Stepping randomly (stuck).
 35464 | Vaults:1 | 35464 ||| Stepping randomly (stuck).
 35466 | Vaults:1 | 35466 ||| Stepping randomly (stuck).
 35468 | Vaults:1 | 35468 ||| Stepping randomly (stuck).
 35470 | Vaults:1 | 35470 ||| Stepping randomly (stuck).
 35472 | Vaults:1 | 35472 ||| Stepping randomly (stuck).
 35474 | Vaults:1 | 35474 ||| Stepping randomly (stuck).
 35476 | Vaults:1 | 35476 ||| Stepping randomly (stuck).
 35478 | Vaults:1 | 35478 ||| Stepping randomly (stuck).
 35480 | Vaults:1 | 35480 ||| Stepping randomly (stuck).
 35482 | Vaults:1 | 35482 ||| Stepping randomly (stuck).
 35484 | Vaults:1 | 35484 ||| Stepping randomly (stuck).
 35486 | Vaults:1 | 35486 ||| Stepping randomly (stuck).
 35488 | Vaults:1 | 35488 ||| Stepping randomly (stuck).
 35490 | Vaults:1 | 35490 ||| Stepping randomly (stuck).
 35492 | Vaults:1 | 35492 ||| Stepping randomly (stuck).
 35494 | Vaults:1 | 35494 ||| Stepping randomly (stuck).
 35496 | Vaults:1 | 35496 ||| Stepping randomly (stuck).
 35498 | Vaults:1 | 35498 ||| Stepping randomly (stuck).
 35500 | Vaults:1 | 35500 ||| Stepping randomly (stuck).
 35502 | Vaults:1 | 35502 ||| Stepping randomly (stuck).
 35504 | Vaults:1 | 35504 ||| Stepping randomly (stuck).
 35506 | Vaults:1 | 35506 ||| Stepping randomly (stuck).
 35508 | Vaults:1 | 35508 ||| Stepping randomly (stuck).
 35510 | Vaults:1 | 35510 ||| Stepping randomly (stuck).
 35512 | Vaults:1 | 35512 ||| Stepping randomly (stuck).
 35514 | Vaults:1 | 35514 ||| Stepping randomly (stuck).
 35516 | Vaults:1 | 35516 ||| Stepping randomly (stuck).
 35518 | Vaults:1 | 35518 ||| Stepping randomly (stuck).
 35520 | Vaults:1 | 35520 ||| Stepping randomly (stuck).
 35522 | Vaults:1 | 35522 ||| Stepping randomly (stuck).
 35524 | Vaults:1 | 35524 ||| Stepping randomly (stuck).
 35526 | Vaults:1 | 35526 ||| Stepping randomly (stuck).
 35528 | Vaults:1 | 35528 ||| Stepping randomly (stuck).
 35530 | Vaults:1 | 35530 ||| Stepping randomly (stuck).
 35532 | Vaults:1 | 35532 ||| Stepping randomly (stuck).
 35534 | Vaults:1 | 35534 ||| Stepping randomly (stuck).
 35536 | Vaults:1 | 35536 ||| Stepping randomly (stuck).
 35538 | Vaults:1 | 35538 ||| Stepping randomly (stuck).
 35540 | Vaults:1 | 35540 ||| Stepping randomly (stuck).
 35542 | Vaults:1 | 35542 ||| Stepping randomly (stuck).
 35544 | Vaults:1 | 35544 ||| Stepping randomly (stuck).
 35546 | Vaults:1 | 35546 ||| Stepping randomly (stuck).
 35548 | Vaults:1 | 35548 ||| Stepping randomly (stuck).
 35550 | Vaults:1 | 35550 ||| Stepping randomly (stuck).
 35552 | Vaults:1 | 35552 ||| Stepping randomly (stuck).
 35554 | Vaults:1 | 35554 ||| Stepping randomly (stuck).
 35556 | Vaults:1 | 35556 ||| Stepping randomly (stuck).
 35558 | Vaults:1 | 35558 ||| Stepping randomly (stuck).
 35560 | Vaults:1 | 35560 ||| Stepping randomly (stuck).
 35562 | Vaults:1 | 35562 ||| Stepping randomly (stuck).
 35564 | Vaults:1 | 35564 ||| Stepping randomly (stuck).
 35566 | Vaults:1 | 35566 ||| Stepping randomly (stuck).
 35568 | Vaults:1 | 35568 ||| Stepping randomly (stuck).
 35570 | Vaults:1 | 35570 ||| Stepping randomly (stuck).
 35572 | Vaults:1 | 35572 ||| Stepping randomly (stuck).
 35574 | Vaults:1 | 35574 ||| Stepping randomly (stuck).
 35576 | Vaults:1 | 35576 ||| Stepping randomly (stuck).
 35578 | Vaults:1 | 35578 ||| Stepping randomly (stuck).
 35580 | Vaults:1 | 35580 ||| Stepping randomly (stuck).
 35582 | Vaults:1 | 35582 ||| Stepping randomly (stuck).
 35584 | Vaults:1 | 35584 ||| Stepping randomly (stuck).
 35586 | Vaults:1 | 35586 ||| Stepping randomly (stuck).
 35588 | Vaults:1 | 35588 ||| Stepping randomly (stuck).
 35590 | Vaults:1 | 35590 ||| Stepping randomly (stuck).
 35592 | Vaults:1 | 35592 ||| Stepping randomly (stuck).
 35594 | Vaults:1 | 35594 ||| Stepping randomly (stuck).
 35596 | Vaults:1 | 35596 ||| Stepping randomly (stuck).
 35598 | Vaults:1 | 35598 ||| Stepping randomly (stuck).
 35600 | Vaults:1 | 35600 ||| Stepping randomly (stuck).
 35602 | Vaults:1 | 35602 ||| Stepping randomly (stuck).
 35604 | Vaults:1 | 35604 ||| Stepping randomly (stuck).
 35606 | Vaults:1 | 35606 ||| Stepping randomly (stuck).
 35608 | Vaults:1 | 35608 ||| Stepping randomly (stuck).
 35610 | Vaults:1 | 35610 ||| Stepping randomly (stuck).
 35612 | Vaults:1 | 35612 ||| Stepping randomly (stuck).
 35614 | Vaults:1 | 35614 ||| Stepping randomly (stuck).
 35616 | Vaults:1 | 35616 ||| Stepping randomly (stuck).
 35618 | Vaults:1 | 35618 ||| Stepping randomly (stuck).
 35620 | Vaults:1 | 35620 ||| Stepping randomly (stuck).
 35622 | Vaults:1 | 35622 ||| Stepping randomly (stuck).
 35624 | Vaults:1 | 35624 ||| Stepping randomly (stuck).
 35626 | Vaults:1 | 35626 ||| Stepping randomly (stuck).
 35628 | Vaults:1 | 35628 ||| Stepping randomly (stuck).
 35630 | Vaults:1 | 35630 ||| Stepping randomly (stuck).
 35632 | Vaults:1 | 35632 ||| Stepping randomly (stuck).
 35634 | Vaults:1 | 35634 ||| Stepping randomly (stuck).
 35636 | Vaults:1 | 35636 ||| Stepping randomly (stuck).
 35638 | Vaults:1 | 35638 ||| Stepping randomly (stuck).
 35640 | Vaults:1 | 35640 ||| Stepping randomly (stuck).
 35642 | Vaults:1 | 35642 ||| Stepping randomly (stuck).
 35644 | Vaults:1 | 35644 ||| Stepping randomly (stuck).
 35646 | Vaults:1 | 35646 ||| Stepping randomly (stuck).
 35648 | Vaults:1 | 35648 ||| Stepping randomly (stuck).
 35650 | Vaults:1 | 35650 ||| Stepping randomly (stuck).
 35652 | Vaults:1 | 35652 ||| Stepping randomly (stuck).
 35654 | Vaults:1 | 35654 ||| Stepping randomly (stuck).
 35656 | Vaults:1 | 35656 ||| Stepping randomly (stuck).
 35658 | Vaults:1 | 35658 ||| Stepping randomly (stuck).
 35660 | Vaults:1 | 35660 ||| Stepping randomly (stuck).
 35662 | Vaults:1 | 35662 ||| Stepping randomly (stuck).
 35664 | Vaults:1 | 35664 ||| Stepping randomly (stuck).
 35666 | Vaults:1 | 35666 ||| Stepping randomly (stuck).
 35668 | Vaults:1 | 35668 ||| Stepping randomly (stuck).
 35670 | Vaults:1 | 35670 ||| Stepping randomly (stuck).
 35672 | Vaults:1 | 35672 ||| Stepping randomly (stuck).
 35674 | Vaults:1 | 35674 ||| Stepping randomly (stuck).
 35676 | Vaults:1 | 35676 ||| Stepping randomly (stuck).
 35678 | Vaults:1 | 35678 ||| Stepping randomly (stuck).
 35680 | Vaults:1 | 35680 ||| Stepping randomly (stuck).
 35682 | Vaults:1 | 35682 ||| Stepping randomly (stuck).
 35684 | Vaults:1 | 35684 ||| Stepping randomly (stuck).
 35686 | Vaults:1 | 35686 ||| Stepping randomly (stuck).
 35688 | Vaults:1 | 35688 ||| Stepping randomly (stuck).
 35690 | Vaults:1 | 35690 ||| Stepping randomly (stuck).
 35692 | Vaults:1 | 35692 ||| Stepping randomly (stuck).
 35694 | Vaults:1 | 35694 ||| Stepping randomly (stuck).
 35696 | Vaults:1 | 35696 ||| Stepping randomly (stuck).
 35698 | Vaults:1 | 35698 ||| Stepping randomly (stuck).
 35700 | Vaults:1 | 35700 ||| Stepping randomly (stuck).
 35702 | Vaults:1 | 35702 ||| Stepping randomly (stuck).
 35704 | Vaults:1 | 35704 ||| Stepping randomly (stuck).
 35706 | Vaults:1 | 35706 ||| Stepping randomly (stuck).
 35708 | Vaults:1 | 35708 ||| Stepping randomly (stuck).
 35710 | Vaults:1 | 35710 ||| Stepping randomly (stuck).
 35712 | Vaults:1 | 35712 ||| Stepping randomly (stuck).
 35714 | Vaults:1 | 35714 ||| Stepping randomly (stuck).
 35716 | Vaults:1 | 35716 ||| Stepping randomly (stuck).
 35718 | Vaults:1 | 35718 ||| Stepping randomly (stuck).
 35720 | Vaults:1 | 35720 ||| Stepping randomly (stuck).
 35722 | Vaults:1 | 35722 ||| Stepping randomly (stuck).
 35724 | Vaults:1 | 35724 ||| Stepping randomly (stuck).
 35726 | Vaults:1 | 35726 ||| Stepping randomly (stuck).
 35728 | Vaults:1 | 35728 ||| Stepping randomly (stuck).
 35730 | Vaults:1 | 35730 ||| Stepping randomly (stuck).
 35732 | Vaults:1 | 35732 ||| Stepping randomly (stuck).
 35734 | Vaults:1 | 35734 ||| Stepping randomly (stuck).
 35736 | Vaults:1 | 35736 ||| Stepping randomly (stuck).
 35738 | Vaults:1 | 35738 ||| Stepping randomly (stuck).
 35740 | Vaults:1 | 35740 ||| Stepping randomly (stuck).
 35742 | Vaults:1 | 35742 ||| Stepping randomly (stuck).
 35744 | Vaults:1 | 35744 ||| Stepping randomly (stuck).
 35746 | Vaults:1 | 35746 ||| Stepping randomly (stuck).
 35748 | Vaults:1 | 35748 ||| Stepping randomly (stuck).
 35750 | Vaults:1 | 35750 ||| Stepping randomly (stuck).
 35752 | Vaults:1 | 35752 ||| Stepping randomly (stuck).
 35754 | Vaults:1 | 35754 ||| Stepping randomly (stuck).
 35756 | Vaults:1 | 35756 ||| Stepping randomly (stuck).
 35758 | Vaults:1 | 35758 ||| Stepping randomly (stuck).
 35760 | Vaults:1 | 35760 ||| Stepping randomly (stuck).
 35762 | Vaults:1 | 35762 ||| Stepping randomly (stuck).
 35764 | Vaults:1 | 35764 ||| Stepping randomly (stuck).
 35766 | Vaults:1 | 35766 ||| Stepping randomly (stuck).
 35768 | Vaults:1 | 35768 ||| Stepping randomly (stuck).
 35770 | Vaults:1 | 35770 ||| Stepping randomly (stuck).
 35772 | Vaults:1 | 35772 ||| Stepping randomly (stuck).
 35774 | Vaults:1 | 35774 ||| Stepping randomly (stuck).
 35776 | Vaults:1 | 35776 ||| Stepping randomly (stuck).
 35778 | Vaults:1 | 35778 ||| Stepping randomly (stuck).
 35780 | Vaults:1 | 35780 ||| Stepping randomly (stuck).
 35782 | Vaults:1 | 35782 ||| Stepping randomly (stuck).
 35784 | Vaults:1 | 35784 ||| Stepping randomly (stuck).
 35786 | Vaults:1 | 35786 ||| Stepping randomly (stuck).
 35788 | Vaults:1 | 35788 ||| Stepping randomly (stuck).
 35790 | Vaults:1 | 35790 ||| Stepping randomly (stuck).
 35792 | Vaults:1 | 35792 ||| Stepping randomly (stuck).
 35794 | Vaults:1 | 35794 ||| Stepping randomly (stuck).
 35796 | Vaults:1 | 35796 ||| Stepping randomly (stuck).
 35798 | Vaults:1 | 35798 ||| Stepping randomly (stuck).
 35800 | Vaults:1 | 35800 ||| Stepping randomly (stuck).
 35802 | Vaults:1 | 35802 ||| Stepping randomly (stuck).
 35804 | Vaults:1 | 35804 ||| Stepping randomly (stuck).
 35806 | Vaults:1 | 35806 ||| Stepping randomly (stuck).
 35808 | Vaults:1 | 35808 ||| Stepping randomly (stuck).
 35810 | Vaults:1 | 35810 ||| Stepping randomly (stuck).
 35812 | Vaults:1 | 35812 ||| Stepping randomly (stuck).
 35814 | Vaults:1 | 35814 ||| Stepping randomly (stuck).
 35816 | Vaults:1 | 35816 ||| Stepping randomly (stuck).
 35818 | Vaults:1 | 35818 ||| Stepping randomly (stuck).
 35820 | Vaults:1 | 35820 ||| Stepping randomly (stuck).
 35822 | Vaults:1 | 35822 ||| Stepping randomly (stuck).
 35824 | Vaults:1 | 35824 ||| Stepping randomly (stuck).
 35826 | Vaults:1 | 35826 ||| Stepping randomly (stuck).
 35828 | Vaults:1 | 35828 ||| Stepping randomly (stuck).
 35830 | Vaults:1 | 35830 ||| Stepping randomly (stuck).
 35832 | Vaults:1 | 35832 ||| Stepping randomly (stuck).
 35834 | Vaults:1 | 35834 ||| Stepping randomly (stuck).
 35836 | Vaults:1 | 35836 ||| Stepping randomly (stuck).
 35838 | Vaults:1 | 35838 ||| Stepping randomly (stuck).
 35840 | Vaults:1 | 35840 ||| Stepping randomly (stuck).
 35842 | Vaults:1 | 35842 ||| Stepping randomly (stuck).
 35844 | Vaults:1 | 35844 ||| Stepping randomly (stuck).
 35846 | Vaults:1 | 35846 ||| Stepping randomly (stuck).
 35848 | Vaults:1 | 35848 ||| Stepping randomly (stuck).
 35850 | Vaults:1 | 35850 ||| Stepping randomly (stuck).
 35852 | Vaults:1 | 35852 ||| Stepping randomly (stuck).
 35854 | Vaults:1 | 35854 ||| Stepping randomly (stuck).
 35856 | Vaults:1 | 35856 ||| Stepping randomly (stuck).
 35858 | Vaults:1 | 35858 ||| Stepping randomly (stuck).
 35860 | Vaults:1 | 35860 ||| Stepping randomly (stuck).
 35862 | Vaults:1 | 35862 ||| Stepping randomly (stuck).
 35864 | Vaults:1 | 35864 ||| Stepping randomly (stuck).
 35866 | Vaults:1 | 35866 ||| Stepping randomly (stuck).
 35868 | Vaults:1 | 35868 ||| Stepping randomly (stuck).
 35870 | Vaults:1 | 35870 ||| Stepping randomly (stuck).
 35872 | Vaults:1 | 35872 ||| Stepping randomly (stuck).
 35874 | Vaults:1 | 35874 ||| Stepping randomly (stuck).
 35876 | Vaults:1 | 35876 ||| Stepping randomly (stuck).
 35878 | Vaults:1 | 35878 ||| Stepping randomly (stuck).
 35880 | Vaults:1 | 35880 ||| Stepping randomly (stuck).
 35882 | Vaults:1 | 35882 ||| Stepping randomly (stuck).
 35884 | Vaults:1 | 35884 ||| Stepping randomly (stuck).
 35886 | Vaults:1 | 35886 ||| Stepping randomly (stuck).
 35888 | Vaults:1 | 35888 ||| Stepping randomly (stuck).
 35890 | Vaults:1 | 35890 ||| Stepping randomly (stuck).
 35892 | Vaults:1 | 35892 ||| Stepping randomly (stuck).
 35894 | Vaults:1 | 35894 ||| Stepping randomly (stuck).
 35896 | Vaults:1 | 35896 ||| Stepping randomly (stuck).
 35898 | Vaults:1 | 35898 ||| Stepping randomly (stuck).
 35900 | Vaults:1 | 35900 ||| Stepping randomly (stuck).
 35902 | Vaults:1 | 35902 ||| Stepping randomly (stuck).
 35904 | Vaults:1 | 35904 ||| Stepping randomly (stuck).
 35906 | Vaults:1 | 35906 ||| Stepping randomly (stuck).
 35908 | Vaults:1 | 35908 ||| Stepping randomly (stuck).
 35910 | Vaults:1 | 35910 ||| Stepping randomly (stuck).
 35912 | Vaults:1 | 35912 ||| Stepping randomly (stuck).
 35914 | Vaults:1 | 35914 ||| Stepping randomly (stuck).
 35916 | Vaults:1 | 35916 ||| Stepping randomly (stuck).
 35918 | Vaults:1 | 35918 ||| Stepping randomly (stuck).
 35920 | Vaults:1 | 35920 ||| Stepping randomly (stuck).
 35922 | Vaults:1 | 35922 ||| Stepping randomly (stuck).
 35924 | Vaults:1 | 35924 ||| Stepping randomly (stuck).
 35926 | Vaults:1 | 35926 ||| Stepping randomly (stuck).
 35928 | Vaults:1 | 35928 ||| Stepping randomly (stuck).
 35930 | Vaults:1 | 35930 ||| Stepping randomly (stuck).
 35932 | Vaults:1 | 35932 ||| Stepping randomly (stuck).
 35934 | Vaults:1 | 35934 ||| Stepping randomly (stuck).
 35936 | Vaults:1 | 35936 ||| Stepping randomly (stuck).
 35938 | Vaults:1 | 35938 ||| Stepping randomly (stuck).
 35940 | Vaults:1 | 35940 ||| Stepping randomly (stuck).
 35942 | Vaults:1 | 35942 ||| Stepping randomly (stuck).
 35944 | Vaults:1 | 35944 ||| Stepping randomly (stuck).
 35946 | Vaults:1 | 35946 ||| Stepping randomly (stuck).
 35948 | Vaults:1 | 35948 ||| Stepping randomly (stuck).
 35950 | Vaults:1 | 35950 ||| Stepping randomly (stuck).
 35952 | Vaults:1 | 35952 ||| Stepping randomly (stuck).
 35954 | Vaults:1 | 35954 ||| Stepping randomly (stuck).
 35956 | Vaults:1 | 35956 ||| Stepping randomly (stuck).
 35958 | Vaults:1 | 35958 ||| Stepping randomly (stuck).
 35960 | Vaults:1 | 35960 ||| Stepping randomly (stuck).
 35962 | Vaults:1 | 35962 ||| Stepping randomly (stuck).
 35964 | Vaults:1 | 35964 ||| Stepping randomly (stuck).
 35966 | Vaults:1 | 35966 ||| Stepping randomly (stuck).
 35968 | Vaults:1 | 35968 ||| Stepping randomly (stuck).
 35970 | Vaults:1 | 35970 ||| Stepping randomly (stuck).
 35972 | Vaults:1 | 35972 ||| Stepping randomly (stuck).
 35974 | Vaults:1 | 35974 ||| Stepping randomly (stuck).
 35976 | Vaults:1 | 35976 ||| Stepping randomly (stuck).
 35978 | Vaults:1 | 35978 ||| Stepping randomly (stuck).
 35980 | Vaults:1 | 35980 ||| Stepping randomly (stuck).
 35982 | Vaults:1 | 35982 ||| Stepping randomly (stuck).
 35984 | Vaults:1 | 35984 ||| Stepping randomly (stuck).
 35986 | Vaults:1 | 35986 ||| Stepping randomly (stuck).
 35988 | Vaults:1 | 35988 ||| Stepping randomly (stuck).
 35990 | Vaults:1 | 35990 ||| Stepping randomly (stuck).
 35992 | Vaults:1 | 35992 ||| Stepping randomly (stuck).
 35994 | Vaults:1 | 35994 ||| Stepping randomly (stuck).
 35996 | Vaults:1 | 35996 ||| Stepping randomly (stuck).
 35998 | Vaults:1 | 35998 ||| Stepping randomly (stuck).
 36000 | Vaults:1 | 36000 ||| Stepping randomly (stuck).
 36002 | Vaults:1 | 36002 ||| Stepping randomly (stuck).
 36004 | Vaults:1 | 36004 ||| Stepping randomly (stuck).
 36006 | Vaults:1 | 36006 ||| Stepping randomly (stuck).
 36008 | Vaults:1 | 36008 ||| Stepping randomly (stuck).
 36010 | Vaults:1 | 36010 ||| Stepping randomly (stuck).
 36012 | Vaults:1 | 36012 ||| Stepping randomly (stuck).
 36014 | Vaults:1 | 36014 ||| Stepping randomly (stuck).
 36016 | Vaults:1 | 36016 ||| Stepping randomly (stuck).
 36018 | Vaults:1 | 36018 ||| Stepping randomly (stuck).
 36020 | Vaults:1 | 36020 ||| Stepping randomly (stuck).
 36022 | Vaults:1 | 36022 ||| Stepping randomly (stuck).
 36024 | Vaults:1 | 36024 ||| Stepping randomly (stuck).
 36026 | Vaults:1 | 36026 ||| Stepping randomly (stuck).
 36028 | Vaults:1 | 36028 ||| Stepping randomly (stuck).
 36030 | Vaults:1 | 36030 ||| Stepping randomly (stuck).
 36032 | Vaults:1 | 36032 ||| Stepping randomly (stuck).
 36034 | Vaults:1 | 36034 ||| Stepping randomly (stuck).
 36036 | Vaults:1 | 36036 ||| Stepping randomly (stuck).
 36038 | Vaults:1 | 36038 ||| Stepping randomly (stuck).
 36040 | Vaults:1 | 36040 ||| Stepping randomly (stuck).
 36042 | Vaults:1 | 36042 ||| Stepping randomly (stuck).
 36044 | Vaults:1 | 36044 ||| Stepping randomly (stuck).
 36046 | Vaults:1 | 36046 ||| Stepping randomly (stuck).
 36048 | Vaults:1 | 36048 ||| Stepping randomly (stuck).
 36050 | Vaults:1 | 36050 ||| Stepping randomly (stuck).
 36052 | Vaults:1 | 36052 ||| Stepping randomly (stuck).
 36054 | Vaults:1 | 36054 ||| Stepping randomly (stuck).
 36056 | Vaults:1 | 36056 ||| Stepping randomly (stuck).
 36058 | Vaults:1 | 36058 ||| Stepping randomly (stuck).
 36060 | Vaults:1 | 36060 ||| Stepping randomly (stuck).
 36062 | Vaults:1 | 36062 ||| Stepping randomly (stuck).
 36064 | Vaults:1 | 36064 ||| Stepping randomly (stuck).
 36066 | Vaults:1 | 36066 ||| Stepping randomly (stuck).
 36068 | Vaults:1 | 36068 ||| Stepping randomly (stuck).
 36070 | Vaults:1 | 36070 ||| Stepping randomly (stuck).
 36072 | Vaults:1 | 36072 ||| Stepping randomly (stuck).
 36074 | Vaults:1 | 36074 ||| Stepping randomly (stuck).
 36076 | Vaults:1 | 36076 ||| Stepping randomly (stuck).
 36078 | Vaults:1 | 36078 ||| Stepping randomly (stuck).
 36080 | Vaults:1 | 36080 ||| Stepping randomly (stuck).
 36082 | Vaults:1 | 36082 ||| Stepping randomly (stuck).
 36084 | Vaults:1 | 36084 ||| Stepping randomly (stuck).
 36086 | Vaults:1 | 36086 ||| Stepping randomly (stuck).
 36088 | Vaults:1 | 36088 ||| Stepping randomly (stuck).
 36090 | Vaults:1 | 36090 ||| Stepping randomly (stuck).
 36092 | Vaults:1 | 36092 ||| Stepping randomly (stuck).
 36094 | Vaults:1 | 36094 ||| Stepping randomly (stuck).
 36096 | Vaults:1 | 36096 ||| Stepping randomly (stuck).
 36098 | Vaults:1 | 36098 ||| Stepping randomly (stuck).
 36100 | Vaults:1 | 36100 ||| Stepping randomly (stuck).
 36102 | Vaults:1 | 36102 ||| Stepping randomly (stuck).
 36104 | Vaults:1 | 36104 ||| Stepping randomly (stuck).
 36106 | Vaults:1 | 36106 ||| Stepping randomly (stuck).
 36108 | Vaults:1 | 36108 ||| Stepping randomly (stuck).
 36110 | Vaults:1 | 36110 ||| Stepping randomly (stuck).
 36112 | Vaults:1 | 36112 ||| Stepping randomly (stuck).
 36114 | Vaults:1 | 36114 ||| Stepping randomly (stuck).
 36116 | Vaults:1 | 36116 ||| Stepping randomly (stuck).
 36118 | Vaults:1 | 36118 ||| Stepping randomly (stuck).
 36120 | Vaults:1 | 36120 ||| Stepping randomly (stuck).
 36122 | Vaults:1 | 36122 ||| Stepping randomly (stuck).
 36124 | Vaults:1 | 36124 ||| Stepping randomly (stuck).
 36126 | Vaults:1 | 36126 ||| Stepping randomly (stuck).
 36128 | Vaults:1 | 36128 ||| Stepping randomly (stuck).
 36130 | Vaults:1 | 36130 ||| Stepping randomly (stuck).
 36132 | Vaults:1 | 36132 ||| Stepping randomly (stuck).
 36134 | Vaults:1 | 36134 ||| Stepping randomly (stuck).
 36136 | Vaults:1 | 36136 ||| Stepping randomly (stuck).
 36138 | Vaults:1 | 36138 ||| Stepping randomly (stuck).
 36140 | Vaults:1 | 36140 ||| Stepping randomly (stuck).
 36142 | Vaults:1 | 36142 ||| Stepping randomly (stuck).
 36144 | Vaults:1 | 36144 ||| Stepping randomly (stuck).
 36146 | Vaults:1 | 36146 ||| Stepping randomly (stuck).
 36148 | Vaults:1 | 36148 ||| Stepping randomly (stuck).
 36150 | Vaults:1 | 36150 ||| Stepping randomly (stuck).
 36152 | Vaults:1 | 36152 ||| Stepping randomly (stuck).
 36154 | Vaults:1 | 36154 ||| Stepping randomly (stuck).
 36156 | Vaults:1 | 36156 ||| Stepping randomly (stuck).
 36158 | Vaults:1 | 36158 ||| Stepping randomly (stuck).
 36160 | Vaults:1 | 36160 ||| Stepping randomly (stuck).
 36162 | Vaults:1 | 36162 ||| Stepping randomly (stuck).
 36164 | Vaults:1 | 36164 ||| Stepping randomly (stuck).
 36166 | Vaults:1 | 36166 ||| Stepping randomly (stuck).
 36168 | Vaults:1 | 36168 ||| Stepping randomly (stuck).
 36170 | Vaults:1 | 36170 ||| Stepping randomly (stuck).
 36172 | Vaults:1 | 36172 ||| Stepping randomly (stuck).
 36174 | Vaults:1 | 36174 ||| Stepping randomly (stuck).
 36176 | Vaults:1 | 36176 ||| Stepping randomly (stuck).
 36178 | Vaults:1 | 36178 ||| Stepping randomly (stuck).
 36180 | Vaults:1 | 36180 ||| Stepping randomly (stuck).
 36182 | Vaults:1 | 36182 ||| Stepping randomly (stuck).
 36184 | Vaults:1 | 36184 ||| Stepping randomly (stuck).
 36186 | Vaults:1 | 36186 ||| Stepping randomly (stuck).
 36188 | Vaults:1 | 36188 ||| Stepping randomly (stuck).
 36190 | Vaults:1 | 36190 ||| Stepping randomly (stuck).
 36192 | Vaults:1 | 36192 ||| Stepping randomly (stuck).
 36194 | Vaults:1 | 36194 ||| Stepping randomly (stuck).
 36196 | Vaults:1 | 36196 ||| Stepping randomly (stuck).
 36198 | Vaults:1 | 36198 ||| Stepping randomly (stuck).
 36200 | Vaults:1 | 36200 ||| Stepping randomly (stuck).
 36202 | Vaults:1 | 36202 ||| Stepping randomly (stuck).
 36204 | Vaults:1 | 36204 ||| Stepping randomly (stuck).
 36206 | Vaults:1 | 36206 ||| Stepping randomly (stuck).
 36208 | Vaults:1 | 36208 ||| Stepping randomly (stuck).
 36210 | Vaults:1 | 36210 ||| Stepping randomly (stuck).
 36212 | Vaults:1 | 36212 ||| Stepping randomly (stuck).
 36214 | Vaults:1 | 36214 ||| Stepping randomly (stuck).
 36216 | Vaults:1 | 36216 ||| Stepping randomly (stuck).
 36218 | Vaults:1 | 36218 ||| Stepping randomly (stuck).
 36220 | Vaults:1 | 36220 ||| Stepping randomly (stuck).
 36222 | Vaults:1 | 36222 ||| Stepping randomly (stuck).
 36224 | Vaults:1 | 36224 ||| Stepping randomly (stuck).
 36226 | Vaults:1 | 36226 ||| Stepping randomly (stuck).
 36228 | Vaults:1 | 36228 ||| Stepping randomly (stuck).
 36230 | Vaults:1 | 36230 ||| Stepping randomly (stuck).
 36232 | Vaults:1 | 36232 ||| Stepping randomly (stuck).
 36234 | Vaults:1 | 36234 ||| Stepping randomly (stuck).
 36236 | Vaults:1 | 36236 ||| Stepping randomly (stuck).
 36238 | Vaults:1 | 36238 ||| Stepping randomly (stuck).
 36240 | Vaults:1 | 36240 ||| Stepping randomly (stuck).
 36242 | Vaults:1 | 36242 ||| Stepping randomly (stuck).
 36244 | Vaults:1 | 36244 ||| Stepping randomly (stuck).
 36246 | Vaults:1 | 36246 ||| Stepping randomly (stuck).
 36248 | Vaults:1 | 36248 ||| Stepping randomly (stuck).
 36250 | Vaults:1 | 36250 ||| Stepping randomly (stuck).
 36252 | Vaults:1 | 36252 ||| Stepping randomly (stuck).
 36254 | Vaults:1 | 36254 ||| Stepping randomly (stuck).
 36256 | Vaults:1 | 36256 ||| Stepping randomly (stuck).
 36258 | Vaults:1 | 36258 ||| Stepping randomly (stuck).
 36260 | Vaults:1 | 36260 ||| Stepping randomly (stuck).
 36262 | Vaults:1 | 36262 ||| Stepping randomly (stuck).
 36264 | Vaults:1 | 36264 ||| Stepping randomly (stuck).
 36266 | Vaults:1 | 36266 ||| Stepping randomly (stuck).
 36268 | Vaults:1 | 36268 ||| Stepping randomly (stuck).
 36270 | Vaults:1 | 36270 ||| Stepping randomly (stuck).
 36272 | Vaults:1 | 36272 ||| Stepping randomly (stuck).
 36274 | Vaults:1 | 36274 ||| Stepping randomly (stuck).
 36276 | Vaults:1 | 36276 ||| Stepping randomly (stuck).
 36278 | Vaults:1 | 36278 ||| Stepping randomly (stuck).
 36280 | Vaults:1 | 36280 ||| Stepping randomly (stuck).
 36282 | Vaults:1 | 36282 ||| Stepping randomly (stuck).
 36284 | Vaults:1 | 36284 ||| Stepping randomly (stuck).
 36286 | Vaults:1 | 36286 ||| Stepping randomly (stuck).
 36288 | Vaults:1 | 36288 ||| Stepping randomly (stuck).
 36290 | Vaults:1 | 36290 ||| Stepping randomly (stuck).
 36292 | Vaults:1 | 36292 ||| Stepping randomly (stuck).
 36294 | Vaults:1 | 36294 ||| Stepping randomly (stuck).
 36296 | Vaults:1 | 36296 ||| Stepping randomly (stuck).
 36298 | Vaults:1 | 36298 ||| Stepping randomly (stuck).
 36300 | Vaults:1 | 36300 ||| Stepping randomly (stuck).
 36302 | Vaults:1 | 36302 ||| Stepping randomly (stuck).
 36304 | Vaults:1 | 36304 ||| Stepping randomly (stuck).
 36306 | Vaults:1 | 36306 ||| Stepping randomly (stuck).
 36308 | Vaults:1 | 36308 ||| Stepping randomly (stuck).
 36310 | Vaults:1 | 36310 ||| Stepping randomly (stuck).
 36312 | Vaults:1 | 36312 ||| Stepping randomly (stuck).
 36314 | Vaults:1 | 36314 ||| Stepping randomly (stuck).
 36316 | Vaults:1 | 36316 ||| Stepping randomly (stuck).
 36318 | Vaults:1 | 36318 ||| Stepping randomly (stuck).
 36320 | Vaults:1 | 36320 ||| Stepping randomly (stuck).
 36322 | Vaults:1 | 36322 ||| Stepping randomly (stuck).
 36324 | Vaults:1 | 36324 ||| Stepping randomly (stuck).
 36326 | Vaults:1 | 36326 ||| Stepping randomly (stuck).
 36328 | Vaults:1 | 36328 ||| Stepping randomly (stuck).
 36330 | Vaults:1 | 36330 ||| Stepping randomly (stuck).
 36332 | Vaults:1 | 36332 ||| Stepping randomly (stuck).
 36334 | Vaults:1 | 36334 ||| Stepping randomly (stuck).
 36336 | Vaults:1 | 36336 ||| Stepping randomly (stuck).
 36338 | Vaults:1 | 36338 ||| Stepping randomly (stuck).
 36340 | Vaults:1 | 36340 ||| Stepping randomly (stuck).
 36342 | Vaults:1 | 36342 ||| Stepping randomly (stuck).
 36344 | Vaults:1 | 36344 ||| Stepping randomly (stuck).
 36346 | Vaults:1 | 36346 ||| Stepping randomly (stuck).
 36348 | Vaults:1 | 36348 ||| Stepping randomly (stuck).
 36350 | Vaults:1 | 36350 ||| Stepping randomly (stuck).
 36352 | Vaults:1 | 36352 ||| Stepping randomly (stuck).
 36354 | Vaults:1 | 36354 ||| Stepping randomly (stuck).
 36356 | Vaults:1 | 36356 ||| Stepping randomly (stuck).
 36358 | Vaults:1 | 36358 ||| Stepping randomly (stuck).
 36360 | Vaults:1 | 36360 ||| Stepping randomly (stuck).
 36362 | Vaults:1 | 36362 ||| Stepping randomly (stuck).
 36364 | Vaults:1 | 36364 ||| Stepping randomly (stuck).
 36366 | Vaults:1 | 36366 ||| Stepping randomly (stuck).
 36368 | Vaults:1 | 36368 ||| Stepping randomly (stuck).
 36370 | Vaults:1 | 36370 ||| Stepping randomly (stuck).
 36372 | Vaults:1 | 36372 ||| Stepping randomly (stuck).
 36374 | Vaults:1 | 36374 ||| Stepping randomly (stuck).
 36376 | Vaults:1 | 36376 ||| Stepping randomly (stuck).
 36378 | Vaults:1 | 36378 ||| Stepping randomly (stuck).
 36380 | Vaults:1 | 36380 ||| Stepping randomly (stuck).
 36382 | Vaults:1 | 36382 ||| Stepping randomly (stuck).
 36384 | Vaults:1 | 36384 ||| Stepping randomly (stuck).
 36386 | Vaults:1 | 36386 ||| Stepping randomly (stuck).
 36388 | Vaults:1 | 36388 ||| Stepping randomly (stuck).
 36390 | Vaults:1 | 36390 ||| Stepping randomly (stuck).
 36392 | Vaults:1 | 36392 ||| Stepping randomly (stuck).
 36394 | Vaults:1 | 36394 ||| Stepping randomly (stuck).
 36396 | Vaults:1 | 36396 ||| Stepping randomly (stuck).
 36398 | Vaults:1 | 36398 ||| Stepping randomly (stuck).
 36400 | Vaults:1 | 36400 ||| Stepping randomly (stuck).
 36402 | Vaults:1 | 36402 ||| Stepping randomly (stuck).
 36404 | Vaults:1 | 36404 ||| Stepping randomly (stuck).
 36406 | Vaults:1 | 36406 ||| Stepping randomly (stuck).
 36408 | Vaults:1 | 36408 ||| Stepping randomly (stuck).
 36410 | Vaults:1 | 36410 ||| Stepping randomly (stuck).
 36412 | Vaults:1 | 36412 ||| Stepping randomly (stuck).
 36414 | Vaults:1 | 36414 ||| Stepping randomly (stuck).
 36416 | Vaults:1 | 36416 ||| Stepping randomly (stuck).
 36418 | Vaults:1 | 36418 ||| Stepping randomly (stuck).
 36420 | Vaults:1 | 36420 ||| Stepping randomly (stuck).
 36422 | Vaults:1 | 36422 ||| Stepping randomly (stuck).
 36424 | Vaults:1 | 36424 ||| Stepping randomly (stuck).
 36426 | Vaults:1 | 36426 ||| Stepping randomly (stuck).
 36428 | Vaults:1 | 36428 ||| Stepping randomly (stuck).
 36430 | Vaults:1 | 36430 ||| Stepping randomly (stuck).
 36432 | Vaults:1 | 36432 ||| Stepping randomly (stuck).
 36434 | Vaults:1 | 36434 ||| Stepping randomly (stuck).
 36436 | Vaults:1 | 36436 ||| Stepping randomly (stuck).
 36438 | Vaults:1 | 36438 ||| Stepping randomly (stuck).
 36440 | Vaults:1 | 36440 ||| Stepping randomly (stuck).
 36442 | Vaults:1 | 36442 ||| Stepping randomly (stuck).
 36444 | Vaults:1 | 36444 ||| Stepping randomly (stuck).
 36446 | Vaults:1 | 36446 ||| Stepping randomly (stuck).
 36448 | Vaults:1 | 36448 ||| Stepping randomly (stuck).
 36450 | Vaults:1 | 36450 ||| Stepping randomly (stuck).
 36452 | Vaults:1 | 36452 ||| Stepping randomly (stuck).
 36454 | Vaults:1 | 36454 ||| Stepping randomly (stuck).
 36456 | Vaults:1 | 36456 ||| Stepping randomly (stuck).
 36458 | Vaults:1 | 36458 ||| Stepping randomly (stuck).
 36460 | Vaults:1 | 36460 ||| Stepping randomly (stuck).
 36462 | Vaults:1 | 36462 ||| Stepping randomly (stuck).
 36464 | Vaults:1 | 36464 ||| Stepping randomly (stuck).
 36466 | Vaults:1 | 36466 ||| Stepping randomly (stuck).
 36468 | Vaults:1 | 36468 ||| Stepping randomly (stuck).
 36470 | Vaults:1 | 36470 ||| Stepping randomly (stuck).
 36472 | Vaults:1 | 36472 ||| Stepping randomly (stuck).
 36474 | Vaults:1 | 36474 ||| Stepping randomly (stuck).
 36476 | Vaults:1 | 36476 ||| Stepping randomly (stuck).
 36478 | Vaults:1 | 36478 ||| Stepping randomly (stuck).
 36480 | Vaults:1 | 36480 ||| Stepping randomly (stuck).
 36482 | Vaults:1 | 36482 ||| Stepping randomly (stuck).
 36484 | Vaults:1 | 36484 ||| Stepping randomly (stuck).
 36486 | Vaults:1 | 36486 ||| Stepping randomly (stuck).
 36488 | Vaults:1 | 36488 ||| Stepping randomly (stuck).
 36490 | Vaults:1 | 36490 ||| Stepping randomly (stuck).
 36492 | Vaults:1 | 36492 ||| Stepping randomly (stuck).
 36494 | Vaults:1 | 36494 ||| Stepping randomly (stuck).
 36496 | Vaults:1 | 36496 ||| Stepping randomly (stuck).
 36498 | Vaults:1 | 36498 ||| Stepping randomly (stuck).
 36500 | Vaults:1 | 36500 ||| Stepping randomly (stuck).
 36502 | Vaults:1 | 36502 ||| Stepping randomly (stuck).
 36504 | Vaults:1 | 36504 ||| Stepping randomly (stuck).
 36506 | Vaults:1 | 36506 ||| Stepping randomly (stuck).
 36508 | Vaults:1 | 36508 ||| Stepping randomly (stuck).
 36510 | Vaults:1 | 36510 ||| Stepping randomly (stuck).
 36512 | Vaults:1 | 36512 ||| Stepping randomly (stuck).
 36514 | Vaults:1 | 36514 ||| Stepping randomly (stuck).
 36516 | Vaults:1 | 36516 ||| Stepping randomly (stuck).
 36518 | Vaults:1 | 36518 ||| Stepping randomly (stuck).
 36520 | Vaults:1 | 36520 ||| Stepping randomly (stuck).
 36522 | Vaults:1 | 36522 ||| Stepping randomly (stuck).
 36524 | Vaults:1 | 36524 ||| Stepping randomly (stuck).
 36526 | Vaults:1 | 36526 ||| Stepping randomly (stuck).
 36528 | Vaults:1 | 36528 ||| Stepping randomly (stuck).
 36530 | Vaults:1 | 36530 ||| Stepping randomly (stuck).
 36532 | Vaults:1 | 36532 ||| Stepping randomly (stuck).
 36534 | Vaults:1 | 36534 ||| Stepping randomly (stuck).
 36536 | Vaults:1 | 36536 ||| Stepping randomly (stuck).
 36538 | Vaults:1 | 36538 ||| Stepping randomly (stuck).
 36540 | Vaults:1 | 36540 ||| Stepping randomly (stuck).
 36542 | Vaults:1 | 36542 ||| Stepping randomly (stuck).
 36544 | Vaults:1 | 36544 ||| Stepping randomly (stuck).
 36546 | Vaults:1 | 36546 ||| Stepping randomly (stuck).
 36548 | Vaults:1 | 36548 ||| Stepping randomly (stuck).
 36550 | Vaults:1 | 36550 ||| Stepping randomly (stuck).
 36552 | Vaults:1 | 36552 ||| Stepping randomly (stuck).
 36554 | Vaults:1 | 36554 ||| Stepping randomly (stuck).
 36556 | Vaults:1 | 36556 ||| Stepping randomly (stuck).
 36558 | Vaults:1 | 36558 ||| Stepping randomly (stuck).
 36560 | Vaults:1 | 36560 ||| Stepping randomly (stuck).
 36562 | Vaults:1 | 36562 ||| Stepping randomly (stuck).
 36564 | Vaults:1 | 36564 ||| Stepping randomly (stuck).
 36566 | Vaults:1 | 36566 ||| Stepping randomly (stuck).
 36568 | Vaults:1 | 36568 ||| Stepping randomly (stuck).
 36570 | Vaults:1 | 36570 ||| Stepping randomly (stuck).
 36572 | Vaults:1 | 36572 ||| Stepping randomly (stuck).
 36574 | Vaults:1 | 36574 ||| Stepping randomly (stuck).
 36576 | Vaults:1 | 36576 ||| Stepping randomly (stuck).
 36578 | Vaults:1 | 36578 ||| Stepping randomly (stuck).
 36580 | Vaults:1 | 36580 ||| Stepping randomly (stuck).
 36582 | Vaults:1 | 36582 ||| Stepping randomly (stuck).
 36584 | Vaults:1 | 36584 ||| Stepping randomly (stuck).
 36586 | Vaults:1 | 36586 ||| Stepping randomly (stuck).
 36588 | Vaults:1 | 36588 ||| Stepping randomly (stuck).
 36590 | Vaults:1 | 36590 ||| Stepping randomly (stuck).
 36592 | Vaults:1 | 36592 ||| Stepping randomly (stuck).
 36594 | Vaults:1 | 36594 ||| Stepping randomly (stuck).
 36596 | Vaults:1 | 36596 ||| Stepping randomly (stuck).
 36598 | Vaults:1 | 36598 ||| Stepping randomly (stuck).
 36600 | Vaults:1 | 36600 ||| Stepping randomly (stuck).
 36602 | Vaults:1 | 36602 ||| Stepping randomly (stuck).
 36604 | Vaults:1 | 36604 ||| Stepping randomly (stuck).
 36606 | Vaults:1 | 36606 ||| Stepping randomly (stuck).
 36608 | Vaults:1 | 36608 ||| Stepping randomly (stuck).
 36610 | Vaults:1 | 36610 ||| Stepping randomly (stuck).
 36612 | Vaults:1 | 36612 ||| Stepping randomly (stuck).
 36614 | Vaults:1 | 36614 ||| Stepping randomly (stuck).
 36616 | Vaults:1 | 36616 ||| Stepping randomly (stuck).
 36618 | Vaults:1 | 36618 ||| Stepping randomly (stuck).
 36620 | Vaults:1 | 36620 ||| Stepping randomly (stuck).
 36622 | Vaults:1 | 36622 ||| Stepping randomly (stuck).
 36624 | Vaults:1 | 36624 ||| Stepping randomly (stuck).
 36626 | Vaults:1 | 36626 ||| Stepping randomly (stuck).
 36628 | Vaults:1 | 36628 ||| Stepping randomly (stuck).
 36630 | Vaults:1 | 36630 ||| Stepping randomly (stuck).
 36632 | Vaults:1 | 36632 ||| Stepping randomly (stuck).
 36634 | Vaults:1 | 36634 ||| Stepping randomly (stuck).
 36636 | Vaults:1 | 36636 ||| Stepping randomly (stuck).
 36638 | Vaults:1 | 36638 ||| Stepping randomly (stuck).
 36640 | Vaults:1 | 36640 ||| Stepping randomly (stuck).
 36642 | Vaults:1 | 36642 ||| Stepping randomly (stuck).
 36644 | Vaults:1 | 36644 ||| Stepping randomly (stuck).
 36646 | Vaults:1 | 36646 ||| Stepping randomly (stuck).
 36648 | Vaults:1 | 36648 ||| Stepping randomly (stuck).
 36650 | Vaults:1 | 36650 ||| Stepping randomly (stuck).
 36652 | Vaults:1 | 36652 ||| Stepping randomly (stuck).
 36654 | Vaults:1 | 36654 ||| Stepping randomly (stuck).
 36656 | Vaults:1 | 36656 ||| Stepping randomly (stuck).
 36658 | Vaults:1 | 36658 ||| Stepping randomly (stuck).
 36660 | Vaults:1 | 36660 ||| Stepping randomly (stuck).
 36662 | Vaults:1 | 36662 ||| Stepping randomly (stuck).
 36664 | Vaults:1 | 36664 ||| Stepping randomly (stuck).
 36666 | Vaults:1 | 36666 ||| Stepping randomly (stuck).
 36668 | Vaults:1 | 36668 ||| Stepping randomly (stuck).
 36670 | Vaults:1 | 36670 ||| Stepping randomly (stuck).
 36672 | Vaults:1 | 36672 ||| Stepping randomly (stuck).
 36674 | Vaults:1 | 36674 ||| Stepping randomly (stuck).
 36676 | Vaults:1 | 36676 ||| Stepping randomly (stuck).
 36678 | Vaults:1 | 36678 ||| Stepping randomly (stuck).
 36680 | Vaults:1 | 36680 ||| Stepping randomly (stuck).
 36682 | Vaults:1 | 36682 ||| Stepping randomly (stuck).
 36684 | Vaults:1 | 36684 ||| Stepping randomly (stuck).
 36686 | Vaults:1 | 36686 ||| Stepping randomly (stuck).
 36688 | Vaults:1 | 36688 ||| Stepping randomly (stuck).
 36690 | Vaults:1 | 36690 ||| Stepping randomly (stuck).
 36692 | Vaults:1 | 36692 ||| Stepping randomly (stuck).
 36694 | Vaults:1 | 36694 ||| Stepping randomly (stuck).
 36696 | Vaults:1 | 36696 ||| Stepping randomly (stuck).
 36698 | Vaults:1 | 36698 ||| Stepping randomly (stuck).
 36700 | Vaults:1 | 36700 ||| Stepping randomly (stuck).
 36702 | Vaults:1 | 36702 ||| Stepping randomly (stuck).
 36704 | Vaults:1 | 36704 ||| Stepping randomly (stuck).
 36706 | Vaults:1 | 36706 ||| Stepping randomly (stuck).
 36708 | Vaults:1 | 36708 ||| Stepping randomly (stuck).
 36710 | Vaults:1 | 36710 ||| Stepping randomly (stuck).
 36712 | Vaults:1 | 36712 ||| Stepping randomly (stuck).
 36714 | Vaults:1 | 36714 ||| Stepping randomly (stuck).
 36716 | Vaults:1 | 36716 ||| Stepping randomly (stuck).
 36718 | Vaults:1 | 36718 ||| Stepping randomly (stuck).
 36720 | Vaults:1 | 36720 ||| Stepping randomly (stuck).
 36722 | Vaults:1 | 36722 ||| Stepping randomly (stuck).
 36724 | Vaults:1 | 36724 ||| Stepping randomly (stuck).
 36726 | Vaults:1 | 36726 ||| Stepping randomly (stuck).
 36728 | Vaults:1 | 36728 ||| Stepping randomly (stuck).
 36730 | Vaults:1 | 36730 ||| Stepping randomly (stuck).
 36732 | Vaults:1 | 36732 ||| Stepping randomly (stuck).
 36734 | Vaults:1 | 36734 ||| Stepping randomly (stuck).
 36736 | Vaults:1 | 36736 ||| Stepping randomly (stuck).
 36738 | Vaults:1 | 36738 ||| Stepping randomly (stuck).
 36740 | Vaults:1 | 36740 ||| Stepping randomly (stuck).
 36742 | Vaults:1 | 36742 ||| Stepping randomly (stuck).
 36744 | Vaults:1 | 36744 ||| Stepping randomly (stuck).
 36746 | Vaults:1 | 36746 ||| Stepping randomly (stuck).
 36748 | Vaults:1 | 36748 ||| Stepping randomly (stuck).
 36750 | Vaults:1 | 36750 ||| Stepping randomly (stuck).
 36752 | Vaults:1 | 36752 ||| Stepping randomly (stuck).
 36754 | Vaults:1 | 36754 ||| Stepping randomly (stuck).
 36756 | Vaults:1 | 36756 ||| Stepping randomly (stuck).
 36758 | Vaults:1 | 36758 ||| Stepping randomly (stuck).
 36760 | Vaults:1 | 36760 ||| Stepping randomly (stuck).
 36762 | Vaults:1 | 36762 ||| Stepping randomly (stuck).
 36764 | Vaults:1 | 36764 ||| Stepping randomly (stuck).
 36766 | Vaults:1 | 36766 ||| Stepping randomly (stuck).
 36768 | Vaults:1 | 36768 ||| Stepping randomly (stuck).
 36770 | Vaults:1 | 36770 ||| Stepping randomly (stuck).
 36772 | Vaults:1 | 36772 ||| Stepping randomly (stuck).
 36774 | Vaults:1 | 36774 ||| Stepping randomly (stuck).
 36776 | Vaults:1 | 36776 ||| Stepping randomly (stuck).
 36778 | Vaults:1 | 36778 ||| Stepping randomly (stuck).
 36780 | Vaults:1 | 36780 ||| Stepping randomly (stuck).
 36782 | Vaults:1 | 36782 ||| Stepping randomly (stuck).
 36784 | Vaults:1 | 36784 ||| Stepping randomly (stuck).
 36786 | Vaults:1 | 36786 ||| Stepping randomly (stuck).
 36788 | Vaults:1 | 36788 ||| Stepping randomly (stuck).
 36790 | Vaults:1 | 36790 ||| Stepping randomly (stuck).
 36792 | Vaults:1 | 36792 ||| Stepping randomly (stuck).
 36794 | Vaults:1 | 36794 ||| Stepping randomly (stuck).
 36796 | Vaults:1 | 36796 ||| Stepping randomly (stuck).
 36798 | Vaults:1 | 36798 ||| Stepping randomly (stuck).
 36800 | Vaults:1 | 36800 ||| Stepping randomly (stuck).
 36802 | Vaults:1 | 36802 ||| Stepping randomly (stuck).
 36804 | Vaults:1 | 36804 ||| Stepping randomly (stuck).
 36806 | Vaults:1 | 36806 ||| Stepping randomly (stuck).
 36808 | Vaults:1 | 36808 ||| Stepping randomly (stuck).
 36810 | Vaults:1 | 36810 ||| Stepping randomly (stuck).
 36812 | Vaults:1 | 36812 ||| Stepping randomly (stuck).
 36814 | Vaults:1 | 36814 ||| Stepping randomly (stuck).
 36816 | Vaults:1 | 36816 ||| Stepping randomly (stuck).
 36818 | Vaults:1 | 36818 ||| Stepping randomly (stuck).
 36820 | Vaults:1 | 36820 ||| Stepping randomly (stuck).
 36822 | Vaults:1 | 36822 ||| Stepping randomly (stuck).
 36824 | Vaults:1 | 36824 ||| Stepping randomly (stuck).
 36826 | Vaults:1 | 36826 ||| Stepping randomly (stuck).
 36828 | Vaults:1 | 36828 ||| Stepping randomly (stuck).
 36830 | Vaults:1 | 36830 ||| Stepping randomly (stuck).
 36832 | Vaults:1 | 36832 ||| Stepping randomly (stuck).
 36834 | Vaults:1 | 36834 ||| Stepping randomly (stuck).
 36836 | Vaults:1 | 36836 ||| Stepping randomly (stuck).
 36838 | Vaults:1 | 36838 ||| Stepping randomly (stuck).
 36840 | Vaults:1 | 36840 ||| Stepping randomly (stuck).
 36842 | Vaults:1 | 36842 ||| Stepping randomly (stuck).
 36844 | Vaults:1 | 36844 ||| Stepping randomly (stuck).
 36846 | Vaults:1 | 36846 ||| Stepping randomly (stuck).
 36848 | Vaults:1 | 36848 ||| Stepping randomly (stuck).
 36850 | Vaults:1 | 36850 ||| Stepping randomly (stuck).
 36852 | Vaults:1 | 36852 ||| Stepping randomly (stuck).
 36854 | Vaults:1 | 36854 ||| Stepping randomly (stuck).
 36856 | Vaults:1 | 36856 ||| Stepping randomly (stuck).
 36858 | Vaults:1 | 36858 ||| Stepping randomly (stuck).
 36860 | Vaults:1 | 36860 ||| Stepping randomly (stuck).
 36862 | Vaults:1 | 36862 ||| Stepping randomly (stuck).
 36864 | Vaults:1 | 36864 ||| Stepping randomly (stuck).
 36866 | Vaults:1 | 36866 ||| Stepping randomly (stuck).
 36868 | Vaults:1 | 36868 ||| Stepping randomly (stuck).
 36870 | Vaults:1 | 36870 ||| Stepping randomly (stuck).
 36872 | Vaults:1 | 36872 ||| Stepping randomly (stuck).
 36874 | Vaults:1 | 36874 ||| Stepping randomly (stuck).
 36876 | Vaults:1 | 36876 ||| Stepping randomly (stuck).
 36878 | Vaults:1 | 36878 ||| Stepping randomly (stuck).
 36880 | Vaults:1 | 36880 ||| Stepping randomly (stuck).
 36882 | Vaults:1 | 36882 ||| Stepping randomly (stuck).
 36884 | Vaults:1 | 36884 ||| Stepping randomly (stuck).
 36886 | Vaults:1 | 36886 ||| Stepping randomly (stuck).
 36888 | Vaults:1 | 36888 ||| Stepping randomly (stuck).
 36890 | Vaults:1 | 36890 ||| Stepping randomly (stuck).
 36892 | Vaults:1 | 36892 ||| Stepping randomly (stuck).
 36894 | Vaults:1 | 36894 ||| Stepping randomly (stuck).
 36896 | Vaults:1 | 36896 ||| Stepping randomly (stuck).
 36898 | Vaults:1 | 36898 ||| Stepping randomly (stuck).
 36900 | Vaults:1 | 36900 ||| Stepping randomly (stuck).
 36902 | Vaults:1 | 36902 ||| Stepping randomly (stuck).
 36904 | Vaults:1 | 36904 ||| Stepping randomly (stuck).
 36906 | Vaults:1 | 36906 ||| Stepping randomly (stuck).
 36908 | Vaults:1 | 36908 ||| Stepping randomly (stuck).
 36910 | Vaults:1 | 36910 ||| Stepping randomly (stuck).
 36912 | Vaults:1 | 36912 ||| Stepping randomly (stuck).
 36914 | Vaults:1 | 36914 ||| Stepping randomly (stuck).
 36916 | Vaults:1 | 36916 ||| Stepping randomly (stuck).
 36918 | Vaults:1 | 36918 ||| Stepping randomly (stuck).
 36920 | Vaults:1 | 36920 ||| Stepping randomly (stuck).
 36922 | Vaults:1 | 36922 ||| Stepping randomly (stuck).
 36924 | Vaults:1 | 36924 ||| Stepping randomly (stuck).
 36926 | Vaults:1 | 36926 ||| Stepping randomly (stuck).
 36928 | Vaults:1 | 36928 ||| Stepping randomly (stuck).
 36930 | Vaults:1 | 36930 ||| Stepping randomly (stuck).
 36932 | Vaults:1 | 36932 ||| Stepping randomly (stuck).
 36934 | Vaults:1 | 36934 ||| Stepping randomly (stuck).
 36936 | Vaults:1 | 36936 ||| Stepping randomly (stuck).
 36938 | Vaults:1 | 36938 ||| Stepping randomly (stuck).
 36940 | Vaults:1 | 36940 ||| Stepping randomly (stuck).
 36942 | Vaults:1 | 36942 ||| Stepping randomly (stuck).
 36944 | Vaults:1 | 36944 ||| Stepping randomly (stuck).
 36946 | Vaults:1 | 36946 ||| Stepping randomly (stuck).
 36948 | Vaults:1 | 36948 ||| Stepping randomly (stuck).
 36950 | Vaults:1 | 36950 ||| Stepping randomly (stuck).
 36952 | Vaults:1 | 36952 ||| Stepping randomly (stuck).
 36954 | Vaults:1 | 36954 ||| Stepping randomly (stuck).
 36956 | Vaults:1 | 36956 ||| Stepping randomly (stuck).
 36958 | Vaults:1 | 36958 ||| Stepping randomly (stuck).
 36960 | Vaults:1 | 36960 ||| Stepping randomly (stuck).
 36962 | Vaults:1 | 36962 ||| Stepping randomly (stuck).
 36964 | Vaults:1 | 36964 ||| Stepping randomly (stuck).
 36966 | Vaults:1 | 36966 ||| Stepping randomly (stuck).
 36968 | Vaults:1 | 36968 ||| Stepping randomly (stuck).
 36970 | Vaults:1 | 36970 ||| Stepping randomly (stuck).
 36972 | Vaults:1 | 36972 ||| Stepping randomly (stuck).
 36974 | Vaults:1 | 36974 ||| Stepping randomly (stuck).
 36976 | Vaults:1 | 36976 ||| Stepping randomly (stuck).
 36978 | Vaults:1 | 36978 ||| Stepping randomly (stuck).
 36980 | Vaults:1 | 36980 ||| Stepping randomly (stuck).
 36982 | Vaults:1 | 36982 ||| Stepping randomly (stuck).
 36984 | Vaults:1 | 36984 ||| Stepping randomly (stuck).
 36986 | Vaults:1 | 36986 ||| Stepping randomly (stuck).
 36988 | Vaults:1 | 36988 ||| Stepping randomly (stuck).
 36990 | Vaults:1 | 36990 ||| Stepping randomly (stuck).
 36992 | Vaults:1 | 36992 ||| Stepping randomly (stuck).
 36994 | Vaults:1 | 36994 ||| Stepping randomly (stuck).
 36996 | Vaults:1 | 36996 ||| Stepping randomly (stuck).
 36998 | Vaults:1 | 36998 ||| Stepping randomly (stuck).
 37000 | Vaults:1 | 37000 ||| Stepping randomly (stuck).
 37002 | Vaults:1 | 37002 ||| Stepping randomly (stuck).
 37004 | Vaults:1 | 37004 ||| Stepping randomly (stuck).
 37006 | Vaults:1 | 37006 ||| Stepping randomly (stuck).
 37008 | Vaults:1 | 37008 ||| Stepping randomly (stuck).
 37010 | Vaults:1 | 37010 ||| Stepping randomly (stuck).
 37012 | Vaults:1 | 37012 ||| Stepping randomly (stuck).
 37014 | Vaults:1 | 37014 ||| Stepping randomly (stuck).
 37016 | Vaults:1 | 37016 ||| Stepping randomly (stuck).
 37018 | Vaults:1 | 37018 ||| Stepping randomly (stuck).
 37020 | Vaults:1 | 37020 ||| Stepping randomly (stuck).
 37022 | Vaults:1 | 37022 ||| Stepping randomly (stuck).
 37024 | Vaults:1 | 37024 ||| Stepping randomly (stuck).
 37026 | Vaults:1 | 37026 ||| Stepping randomly (stuck).
 37028 | Vaults:1 | 37028 ||| Stepping randomly (stuck).
 37030 | Vaults:1 | 37030 ||| Stepping randomly (stuck).
 37032 | Vaults:1 | 37032 ||| Stepping randomly (stuck).
 37034 | Vaults:1 | 37034 ||| Stepping randomly (stuck).
 37036 | Vaults:1 | 37036 ||| Stepping randomly (stuck).
 37038 | Vaults:1 | 37038 ||| Stepping randomly (stuck).
 37040 | Vaults:1 | 37040 ||| Stepping randomly (stuck).
 37042 | Vaults:1 | 37042 ||| Stepping randomly (stuck).
 37044 | Vaults:1 | 37044 ||| Stepping randomly (stuck).
 37046 | Vaults:1 | 37046 ||| Stepping randomly (stuck).
 37048 | Vaults:1 | 37048 ||| Stepping randomly (stuck).
 37050 | Vaults:1 | 37050 ||| Stepping randomly (stuck).
 37052 | Vaults:1 | 37052 ||| Stepping randomly (stuck).
 37054 | Vaults:1 | 37054 ||| Stepping randomly (stuck).
 37056 | Vaults:1 | 37056 ||| Stepping randomly (stuck).
 37058 | Vaults:1 | 37058 ||| Stepping randomly (stuck).
 37060 | Vaults:1 | 37060 ||| Stepping randomly (stuck).
 37062 | Vaults:1 | 37062 ||| Stepping randomly (stuck).
 37064 | Vaults:1 | 37064 ||| Stepping randomly (stuck).
 37066 | Vaults:1 | 37066 ||| Stepping randomly (stuck).
 37068 | Vaults:1 | 37068 ||| Stepping randomly (stuck).
 37070 | Vaults:1 | 37070 ||| Stepping randomly (stuck).
 37072 | Vaults:1 | 37072 ||| Stepping randomly (stuck).
 37074 | Vaults:1 | 37074 ||| Stepping randomly (stuck).
 37076 | Vaults:1 | 37076 ||| Stepping randomly (stuck).
 37078 | Vaults:1 | 37078 ||| Stepping randomly (stuck).
 37080 | Vaults:1 | 37080 ||| Stepping randomly (stuck).
 37082 | Vaults:1 | 37082 ||| Stepping randomly (stuck).
 37084 | Vaults:1 | 37084 ||| Stepping randomly (stuck).
 37086 | Vaults:1 | 37086 ||| Stepping randomly (stuck).
 37088 | Vaults:1 | 37088 ||| Stepping randomly (stuck).
 37090 | Vaults:1 | 37090 ||| Stepping randomly (stuck).
 37092 | Vaults:1 | 37092 ||| Stepping randomly (stuck).
 37094 | Vaults:1 | 37094 ||| Stepping randomly (stuck).
 37096 | Vaults:1 | 37096 ||| Stepping randomly (stuck).
 37098 | Vaults:1 | 37098 ||| Stepping randomly (stuck).
 37100 | Vaults:1 | 37100 ||| Stepping randomly (stuck).
 37102 | Vaults:1 | 37102 ||| Stepping randomly (stuck).
 37104 | Vaults:1 | 37104 ||| Stepping randomly (stuck).
 37106 | Vaults:1 | 37106 ||| Stepping randomly (stuck).
 37108 | Vaults:1 | 37108 ||| Stepping randomly (stuck).
 37110 | Vaults:1 | 37110 ||| Stepping randomly (stuck).
 37112 | Vaults:1 | 37112 ||| Stepping randomly (stuck).
 37114 | Vaults:1 | 37114 ||| Stepping randomly (stuck).
 37116 | Vaults:1 | 37116 ||| Stepping randomly (stuck).
 37118 | Vaults:1 | 37118 ||| Stepping randomly (stuck).
 37120 | Vaults:1 | 37120 ||| Stepping randomly (stuck).
 37122 | Vaults:1 | 37122 ||| Stepping randomly (stuck).
 37124 | Vaults:1 | 37124 ||| Stepping randomly (stuck).
 37126 | Vaults:1 | 37126 ||| Stepping randomly (stuck).
 37128 | Vaults:1 | 37128 ||| Stepping randomly (stuck).
 37130 | Vaults:1 | 37130 ||| Stepping randomly (stuck).
 37132 | Vaults:1 | 37132 ||| Stepping randomly (stuck).
 37134 | Vaults:1 | 37134 ||| Stepping randomly (stuck).
 37136 | Vaults:1 | 37136 ||| Stepping randomly (stuck).
 37138 | Vaults:1 | 37138 ||| Stepping randomly (stuck).
 37140 | Vaults:1 | 37140 ||| Stepping randomly (stuck).
 37142 | Vaults:1 | 37142 ||| Stepping randomly (stuck).
 37144 | Vaults:1 | 37144 ||| Stepping randomly (stuck).
 37146 | Vaults:1 | 37146 ||| Stepping randomly (stuck).
 37148 | Vaults:1 | 37148 ||| Stepping randomly (stuck).
 37150 | Vaults:1 | 37150 ||| Stepping randomly (stuck).
 37152 | Vaults:1 | 37152 ||| Stepping randomly (stuck).
 37154 | Vaults:1 | 37154 ||| Stepping randomly (stuck).
 37156 | Vaults:1 | 37156 ||| Stepping randomly (stuck).
 37158 | Vaults:1 | 37158 ||| Stepping randomly (stuck).
 37160 | Vaults:1 | 37160 ||| Stepping randomly (stuck).
 37162 | Vaults:1 | 37162 ||| Stepping randomly (stuck).
 37164 | Vaults:1 | 37164 ||| Stepping randomly (stuck).
 37166 | Vaults:1 | 37166 ||| Stepping randomly (stuck).
 37168 | Vaults:1 | 37168 ||| Stepping randomly (stuck).
 37170 | Vaults:1 | 37170 ||| Stepping randomly (stuck).
 37172 | Vaults:1 | 37172 ||| Stepping randomly (stuck).
 37174 | Vaults:1 | 37174 ||| Stepping randomly (stuck).
 37176 | Vaults:1 | 37176 ||| Stepping randomly (stuck).
 37178 | Vaults:1 | 37178 ||| Stepping randomly (stuck).
 37180 | Vaults:1 | 37180 ||| Stepping randomly (stuck).
 37182 | Vaults:1 | 37182 ||| Stepping randomly (stuck).
 37184 | Vaults:1 | 37184 ||| Stepping randomly (stuck).
 37186 | Vaults:1 | 37186 ||| Stepping randomly (stuck).
 37188 | Vaults:1 | 37188 ||| Stepping randomly (stuck).
 37190 | Vaults:1 | 37190 ||| Stepping randomly (stuck).
 37192 | Vaults:1 | 37192 ||| Stepping randomly (stuck).
 37194 | Vaults:1 | 37194 ||| Stepping randomly (stuck).
 37196 | Vaults:1 | 37196 ||| Stepping randomly (stuck).
 37198 | Vaults:1 | 37198 ||| Stepping randomly (stuck).
 37200 | Vaults:1 | 37200 ||| Stepping randomly (stuck).
 37202 | Vaults:1 | 37202 ||| Stepping randomly (stuck).
 37204 | Vaults:1 | 37204 ||| Stepping randomly (stuck).
 37206 | Vaults:1 | 37206 ||| Stepping randomly (stuck).
 37208 | Vaults:1 | 37208 ||| Stepping randomly (stuck).
 37210 | Vaults:1 | 37210 ||| Stepping randomly (stuck).
 37212 | Vaults:1 | 37212 ||| Stepping randomly (stuck).
 37214 | Vaults:1 | 37214 ||| Stepping randomly (stuck).
 37216 | Vaults:1 | 37216 ||| Stepping randomly (stuck).
 37218 | Vaults:1 | 37218 ||| Stepping randomly (stuck).
 37220 | Vaults:1 | 37220 ||| Stepping randomly (stuck).
 37222 | Vaults:1 | 37222 ||| Stepping randomly (stuck).
 37224 | Vaults:1 | 37224 ||| Stepping randomly (stuck).
 37226 | Vaults:1 | 37226 ||| Stepping randomly (stuck).
 37228 | Vaults:1 | 37228 ||| Stepping randomly (stuck).
 37230 | Vaults:1 | 37230 ||| Stepping randomly (stuck).
 37232 | Vaults:1 | 37232 ||| Stepping randomly (stuck).
 37234 | Vaults:1 | 37234 ||| Stepping randomly (stuck).
 37236 | Vaults:1 | 37236 ||| Stepping randomly (stuck).
 37238 | Vaults:1 | 37238 ||| Stepping randomly (stuck).
 37240 | Vaults:1 | 37240 ||| Stepping randomly (stuck).
 37242 | Vaults:1 | 37242 ||| Stepping randomly (stuck).
 37244 | Vaults:1 | 37244 ||| Stepping randomly (stuck).
 37246 | Vaults:1 | 37246 ||| Stepping randomly (stuck).
 37248 | Vaults:1 | 37248 ||| Stepping randomly (stuck).
 37250 | Vaults:1 | 37250 ||| Stepping randomly (stuck).
 37252 | Vaults:1 | 37252 ||| Stepping randomly (stuck).
 37254 | Vaults:1 | 37254 ||| Stepping randomly (stuck).
 37256 | Vaults:1 | 37256 ||| Stepping randomly (stuck).
 37258 | Vaults:1 | 37258 ||| Stepping randomly (stuck).
 37260 | Vaults:1 | 37260 ||| Stepping randomly (stuck).
 37262 | Vaults:1 | 37262 ||| Stepping randomly (stuck).
 37264 | Vaults:1 | 37264 ||| Stepping randomly (stuck).
 37266 | Vaults:1 | 37266 ||| Stepping randomly (stuck).
 37268 | Vaults:1 | 37268 ||| Stepping randomly (stuck).
 37270 | Vaults:1 | 37270 ||| Stepping randomly (stuck).
 37272 | Vaults:1 | 37272 ||| Stepping randomly (stuck).
 37274 | Vaults:1 | 37274 ||| Stepping randomly (stuck).
 37276 | Vaults:1 | 37276 ||| Stepping randomly (stuck).
 37278 | Vaults:1 | 37278 ||| Stepping randomly (stuck).
 37280 | Vaults:1 | 37280 ||| Stepping randomly (stuck).
 37282 | Vaults:1 | 37282 ||| Stepping randomly (stuck).
 37284 | Vaults:1 | 37284 ||| Stepping randomly (stuck).
 37286 | Vaults:1 | 37286 ||| Stepping randomly (stuck).
 37288 | Vaults:1 | 37288 ||| Stepping randomly (stuck).
 37290 | Vaults:1 | 37290 ||| Stepping randomly (stuck).
 37292 | Vaults:1 | 37292 ||| Stepping randomly (stuck).
 37294 | Vaults:1 | 37294 ||| Stepping randomly (stuck).
 37296 | Vaults:1 | 37296 ||| Stepping randomly (stuck).
 37298 | Vaults:1 | 37298 ||| Stepping randomly (stuck).
 37300 | Vaults:1 | 37300 ||| Stepping randomly (stuck).
 37302 | Vaults:1 | 37302 ||| Stepping randomly (stuck).
 37304 | Vaults:1 | 37304 ||| Stepping randomly (stuck).
 37306 | Vaults:1 | 37306 ||| Stepping randomly (stuck).
 37308 | Vaults:1 | 37308 ||| Stepping randomly (stuck).
 37310 | Vaults:1 | 37310 ||| Stepping randomly (stuck).
 37312 | Vaults:1 | 37312 ||| Stepping randomly (stuck).
 37314 | Vaults:1 | 37314 ||| Stepping randomly (stuck).
 37316 | Vaults:1 | 37316 ||| Stepping randomly (stuck).
 37318 | Vaults:1 | 37318 ||| Stepping randomly (stuck).
 37320 | Vaults:1 | 37320 ||| Stepping randomly (stuck).
 37322 | Vaults:1 | 37322 ||| Stepping randomly (stuck).
 37324 | Vaults:1 | 37324 ||| Stepping randomly (stuck).
 37326 | Vaults:1 | 37326 ||| Stepping randomly (stuck).
 37328 | Vaults:1 | 37328 ||| Stepping randomly (stuck).
 37330 | Vaults:1 | 37330 ||| Stepping randomly (stuck).
 37332 | Vaults:1 | 37332 ||| Stepping randomly (stuck).
 37334 | Vaults:1 | 37334 ||| Stepping randomly (stuck).
 37336 | Vaults:1 | 37336 ||| Stepping randomly (stuck).
 37338 | Vaults:1 | 37338 ||| Stepping randomly (stuck).
 37340 | Vaults:1 | 37340 ||| Stepping randomly (stuck).
 37342 | Vaults:1 | 37342 ||| Stepping randomly (stuck).
 37344 | Vaults:1 | 37344 ||| Stepping randomly (stuck).
 37346 | Vaults:1 | 37346 ||| Stepping randomly (stuck).
 37348 | Vaults:1 | 37348 ||| Stepping randomly (stuck).
 37350 | Vaults:1 | 37350 ||| Stepping randomly (stuck).
 37352 | Vaults:1 | 37352 ||| Stepping randomly (stuck).
 37354 | Vaults:1 | 37354 ||| Stepping randomly (stuck).
 37356 | Vaults:1 | 37356 ||| Stepping randomly (stuck).
 37358 | Vaults:1 | 37358 ||| Stepping randomly (stuck).
 37360 | Vaults:1 | 37360 ||| Stepping randomly (stuck).
 37362 | Vaults:1 | 37362 ||| Stepping randomly (stuck).
 37364 | Vaults:1 | 37364 ||| Stepping randomly (stuck).
 37366 | Vaults:1 | 37366 ||| Stepping randomly (stuck).
 37368 | Vaults:1 | 37368 ||| Stepping randomly (stuck).
 37370 | Vaults:1 | 37370 ||| Stepping randomly (stuck).
 37372 | Vaults:1 | 37372 ||| Stepping randomly (stuck).
 37374 | Vaults:1 | 37374 ||| Stepping randomly (stuck).
 37376 | Vaults:1 | 37376 ||| Stepping randomly (stuck).
 37378 | Vaults:1 | 37378 ||| Stepping randomly (stuck).
 37380 | Vaults:1 | 37380 ||| Stepping randomly (stuck).
 37382 | Vaults:1 | 37382 ||| Stepping randomly (stuck).
 37384 | Vaults:1 | 37384 ||| Stepping randomly (stuck).
 37386 | Vaults:1 | 37386 ||| Stepping randomly (stuck).
 37388 | Vaults:1 | 37388 ||| Stepping randomly (stuck).
 37390 | Vaults:1 | 37390 ||| Stepping randomly (stuck).
 37392 | Vaults:1 | 37392 ||| Stepping randomly (stuck).
 37394 | Vaults:1 | 37394 ||| Stepping randomly (stuck).
 37396 | Vaults:1 | 37396 ||| Stepping randomly (stuck).
 37398 | Vaults:1 | 37398 ||| Stepping randomly (stuck).
 37400 | Vaults:1 | 37400 ||| Stepping randomly (stuck).
 37402 | Vaults:1 | 37402 ||| Stepping randomly (stuck).
 37404 | Vaults:1 | 37404 ||| Stepping randomly (stuck).
 37406 | Vaults:1 | 37406 ||| Stepping randomly (stuck).
 37408 | Vaults:1 | 37408 ||| Stepping randomly (stuck).
 37410 | Vaults:1 | 37410 ||| Stepping randomly (stuck).
 37412 | Vaults:1 | 37412 ||| Stepping randomly (stuck).
 37414 | Vaults:1 | 37414 ||| Stepping randomly (stuck).
 37416 | Vaults:1 | 37416 ||| Stepping randomly (stuck).
 37418 | Vaults:1 | 37418 ||| Stepping randomly (stuck).
 37420 | Vaults:1 | 37420 ||| Stepping randomly (stuck).
 37422 | Vaults:1 | 37422 ||| Stepping randomly (stuck).
 37424 | Vaults:1 | 37424 ||| Stepping randomly (stuck).
 37426 | Vaults:1 | 37426 ||| Stepping randomly (stuck).
 37428 | Vaults:1 | 37428 ||| Stepping randomly (stuck).
 37430 | Vaults:1 | 37430 ||| Stepping randomly (stuck).
 37432 | Vaults:1 | 37432 ||| Stepping randomly (stuck).
 37434 | Vaults:1 | 37434 ||| Stepping randomly (stuck).
 37436 | Vaults:1 | 37436 ||| Stepping randomly (stuck).
 37438 | Vaults:1 | 37438 ||| Stepping randomly (stuck).
 37440 | Vaults:1 | 37440 ||| Stepping randomly (stuck).
 37442 | Vaults:1 | 37442 ||| Stepping randomly (stuck).
 37444 | Vaults:1 | 37444 ||| Stepping randomly (stuck).
 37446 | Vaults:1 | 37446 ||| Stepping randomly (stuck).
 37448 | Vaults:1 | 37448 ||| Stepping randomly (stuck).
 37450 | Vaults:1 | 37450 ||| Stepping randomly (stuck).
 37452 | Vaults:1 | 37452 ||| Stepping randomly (stuck).
 37454 | Vaults:1 | 37454 ||| Stepping randomly (stuck).
 37456 | Vaults:1 | 37456 ||| Stepping randomly (stuck).
 37458 | Vaults:1 | 37458 ||| Stepping randomly (stuck).
 37460 | Vaults:1 | 37460 ||| Stepping randomly (stuck).
 37462 | Vaults:1 | 37462 ||| Stepping randomly (stuck).
 37464 | Vaults:1 | 37464 ||| Stepping randomly (stuck).
 37466 | Vaults:1 | 37466 ||| Stepping randomly (stuck).
 37468 | Vaults:1 | 37468 ||| Stepping randomly (stuck).
 37470 | Vaults:1 | 37470 ||| Stepping randomly (stuck).
 37472 | Vaults:1 | 37472 ||| Stepping randomly (stuck).
 37474 | Vaults:1 | 37474 ||| Stepping randomly (stuck).
 37476 | Vaults:1 | 37476 ||| Stepping randomly (stuck).
 37478 | Vaults:1 | 37478 ||| Stepping randomly (stuck).
 37480 | Vaults:1 | 37480 ||| Stepping randomly (stuck).
 37482 | Vaults:1 | 37482 ||| Stepping randomly (stuck).
 37484 | Vaults:1 | 37484 ||| Stepping randomly (stuck).
 37486 | Vaults:1 | 37486 ||| Stepping randomly (stuck).
 37488 | Vaults:1 | 37488 ||| Stepping randomly (stuck).
 37490 | Vaults:1 | 37490 ||| Stepping randomly (stuck).
 37492 | Vaults:1 | 37492 ||| Stepping randomly (stuck).
 37494 | Vaults:1 | 37494 ||| Stepping randomly (stuck).
 37496 | Vaults:1 | 37496 ||| Stepping randomly (stuck).
 37498 | Vaults:1 | 37498 ||| Stepping randomly (stuck).
 37500 | Vaults:1 | 37500 ||| Stepping randomly (stuck).
 37502 | Vaults:1 | 37502 ||| Stepping randomly (stuck).
 37504 | Vaults:1 | 37504 ||| Stepping randomly (stuck).
 37506 | Vaults:1 | 37506 ||| Stepping randomly (stuck).
 37508 | Vaults:1 | 37508 ||| Stepping randomly (stuck).
 37510 | Vaults:1 | 37510 ||| Stepping randomly (stuck).
 37512 | Vaults:1 | 37512 ||| Stepping randomly (stuck).
 37514 | Vaults:1 | 37514 ||| Stepping randomly (stuck).
 37516 | Vaults:1 | 37516 ||| Stepping randomly (stuck).
 37518 | Vaults:1 | 37518 ||| Stepping randomly (stuck).
 37520 | Vaults:1 | 37520 ||| Stepping randomly (stuck).
 37522 | Vaults:1 | 37522 ||| Stepping randomly (stuck).
 37524 | Vaults:1 | 37524 ||| Stepping randomly (stuck).
 37526 | Vaults:1 | 37526 ||| Stepping randomly (stuck).
 37528 | Vaults:1 | 37528 ||| Stepping randomly (stuck).
 37530 | Vaults:1 | 37530 ||| Stepping randomly (stuck).
 37532 | Vaults:1 | 37532 ||| Stepping randomly (stuck).
 37534 | Vaults:1 | 37534 ||| Stepping randomly (stuck).
 37536 | Vaults:1 | 37536 ||| Stepping randomly (stuck).
 37538 | Vaults:1 | 37538 ||| Stepping randomly (stuck).
 37540 | Vaults:1 | 37540 ||| Stepping randomly (stuck).
 37542 | Vaults:1 | 37542 ||| Stepping randomly (stuck).
 37544 | Vaults:1 | 37544 ||| Stepping randomly (stuck).
 37546 | Vaults:1 | 37546 ||| Stepping randomly (stuck).
 37548 | Vaults:1 | 37548 ||| Stepping randomly (stuck).
 37550 | Vaults:1 | 37550 ||| Stepping randomly (stuck).
 37552 | Vaults:1 | 37552 ||| Stepping randomly (stuck).
 37554 | Vaults:1 | 37554 ||| Stepping randomly (stuck).
 37556 | Vaults:1 | 37556 ||| Stepping randomly (stuck).
 37558 | Vaults:1 | 37558 ||| Stepping randomly (stuck).
 37560 | Vaults:1 | 37560 ||| Stepping randomly (stuck).
 37562 | Vaults:1 | 37562 ||| Stepping randomly (stuck).
 37564 | Vaults:1 | 37564 ||| Stepping randomly (stuck).
 37566 | Vaults:1 | 37566 ||| Stepping randomly (stuck).
 37568 | Vaults:1 | 37568 ||| Stepping randomly (stuck).
 37570 | Vaults:1 | 37570 ||| Stepping randomly (stuck).
 37572 | Vaults:1 | 37572 ||| Stepping randomly (stuck).
 37574 | Vaults:1 | 37574 ||| Stepping randomly (stuck).
 37576 | Vaults:1 | 37576 ||| Stepping randomly (stuck).
 37578 | Vaults:1 | 37578 ||| Stepping randomly (stuck).
 37580 | Vaults:1 | 37580 ||| Stepping randomly (stuck).
 37582 | Vaults:1 | 37582 ||| Stepping randomly (stuck).
 37584 | Vaults:1 | 37584 ||| Stepping randomly (stuck).
 37586 | Vaults:1 | 37586 ||| Stepping randomly (stuck).
 37588 | Vaults:1 | 37588 ||| Stepping randomly (stuck).
 37590 | Vaults:1 | 37590 ||| Stepping randomly (stuck).
 37592 | Vaults:1 | 37592 ||| Stepping randomly (stuck).
 37594 | Vaults:1 | 37594 ||| Stepping randomly (stuck).
 37596 | Vaults:1 | 37596 ||| Stepping randomly (stuck).
 37598 | Vaults:1 | 37598 ||| Stepping randomly (stuck).
 37600 | Vaults:1 | 37600 ||| Stepping randomly (stuck).
 37602 | Vaults:1 | 37602 ||| Stepping randomly (stuck).
 37604 | Vaults:1 | 37604 ||| Stepping randomly (stuck).
 37606 | Vaults:1 | 37606 ||| Stepping randomly (stuck).
 37608 | Vaults:1 | 37608 ||| Stepping randomly (stuck).
 37610 | Vaults:1 | 37610 ||| Stepping randomly (stuck).
 37612 | Vaults:1 | 37612 ||| Stepping randomly (stuck).
 37614 | Vaults:1 | 37614 ||| Stepping randomly (stuck).
 37616 | Vaults:1 | 37616 ||| Stepping randomly (stuck).
 37618 | Vaults:1 | 37618 ||| Stepping randomly (stuck).
 37620 | Vaults:1 | 37620 ||| Stepping randomly (stuck).
 37622 | Vaults:1 | 37622 ||| Stepping randomly (stuck).
 37624 | Vaults:1 | 37624 ||| Stepping randomly (stuck).
 37626 | Vaults:1 | 37626 ||| Stepping randomly (stuck).
 37628 | Vaults:1 | 37628 ||| Stepping randomly (stuck).
 37630 | Vaults:1 | 37630 ||| Stepping randomly (stuck).
 37632 | Vaults:1 | 37632 ||| Stepping randomly (stuck).
 37634 | Vaults:1 | 37634 ||| Stepping randomly (stuck).
 37636 | Vaults:1 | 37636 ||| Stepping randomly (stuck).
 37638 | Vaults:1 | 37638 ||| Stepping randomly (stuck).
 37640 | Vaults:1 | 37640 ||| Stepping randomly (stuck).
 37642 | Vaults:1 | 37642 ||| Stepping randomly (stuck).
 37644 | Vaults:1 | 37644 ||| Stepping randomly (stuck).
 37646 | Vaults:1 | 37646 ||| Stepping randomly (stuck).
 37648 | Vaults:1 | 37648 ||| Stepping randomly (stuck).
 37650 | Vaults:1 | 37650 ||| Stepping randomly (stuck).
 37652 | Vaults:1 | 37652 ||| Stepping randomly (stuck).
 37654 | Vaults:1 | 37654 ||| Stepping randomly (stuck).
 37656 | Vaults:1 | 37656 ||| Stepping randomly (stuck).
 37658 | Vaults:1 | 37658 ||| Stepping randomly (stuck).
 37660 | Vaults:1 | 37660 ||| Stepping randomly (stuck).
 37662 | Vaults:1 | 37662 ||| Stepping randomly (stuck).
 37664 | Vaults:1 | 37664 ||| Stepping randomly (stuck).
 37666 | Vaults:1 | 37666 ||| Stepping randomly (stuck).
 37668 | Vaults:1 | 37668 ||| Stepping randomly (stuck).
 37670 | Vaults:1 | 37670 ||| Stepping randomly (stuck).
 37672 | Vaults:1 | 37672 ||| Stepping randomly (stuck).
 37674 | Vaults:1 | 37674 ||| Stepping randomly (stuck).
 37676 | Vaults:1 | 37676 ||| Stepping randomly (stuck).
 37678 | Vaults:1 | 37678 ||| Stepping randomly (stuck).
 37680 | Vaults:1 | 37680 ||| Stepping randomly (stuck).
 37682 | Vaults:1 | 37682 ||| Stepping randomly (stuck).
 37684 | Vaults:1 | 37684 ||| Stepping randomly (stuck).
 37686 | Vaults:1 | 37686 ||| Stepping randomly (stuck).
 37688 | Vaults:1 | 37688 ||| Stepping randomly (stuck).
 37690 | Vaults:1 | 37690 ||| Stepping randomly (stuck).
 37692 | Vaults:1 | 37692 ||| Stepping randomly (stuck).
 37694 | Vaults:1 | 37694 ||| Stepping randomly (stuck).
 37696 | Vaults:1 | 37696 ||| Stepping randomly (stuck).
 37698 | Vaults:1 | 37698 ||| Stepping randomly (stuck).
 37700 | Vaults:1 | 37700 ||| Stepping randomly (stuck).
 37702 | Vaults:1 | 37702 ||| Stepping randomly (stuck).
 37704 | Vaults:1 | 37704 ||| Stepping randomly (stuck).
 37706 | Vaults:1 | 37706 ||| Stepping randomly (stuck).
 37708 | Vaults:1 | 37708 ||| Stepping randomly (stuck).
 37710 | Vaults:1 | 37710 ||| Stepping randomly (stuck).
 37712 | Vaults:1 | 37712 ||| Stepping randomly (stuck).
 37714 | Vaults:1 | 37714 ||| Stepping randomly (stuck).
 37716 | Vaults:1 | 37716 ||| Stepping randomly (stuck).
 37718 | Vaults:1 | 37718 ||| Stepping randomly (stuck).
 37720 | Vaults:1 | 37720 ||| Stepping randomly (stuck).
 37722 | Vaults:1 | 37722 ||| Stepping randomly (stuck).
 37724 | Vaults:1 | 37724 ||| Stepping randomly (stuck).
 37726 | Vaults:1 | 37726 ||| Stepping randomly (stuck).
 37728 | Vaults:1 | 37728 ||| Stepping randomly (stuck).
 37730 | Vaults:1 | 37730 ||| Stepping randomly (stuck).
 37732 | Vaults:1 | 37732 ||| Stepping randomly (stuck).
 37734 | Vaults:1 | 37734 ||| Stepping randomly (stuck).
 37736 | Vaults:1 | 37736 ||| Stepping randomly (stuck).
 37738 | Vaults:1 | 37738 ||| Stepping randomly (stuck).
 37740 | Vaults:1 | 37740 ||| Stepping randomly (stuck).
 37742 | Vaults:1 | 37742 ||| Stepping randomly (stuck).
 37744 | Vaults:1 | 37744 ||| Stepping randomly (stuck).
 37746 | Vaults:1 | 37746 ||| Stepping randomly (stuck).
 37748 | Vaults:1 | 37748 ||| Stepping randomly (stuck).
 37750 | Vaults:1 | 37750 ||| Stepping randomly (stuck).
 37752 | Vaults:1 | 37752 ||| Stepping randomly (stuck).
 37754 | Vaults:1 | 37754 ||| Stepping randomly (stuck).
 37756 | Vaults:1 | 37756 ||| Stepping randomly (stuck).
 37758 | Vaults:1 | 37758 ||| Stepping randomly (stuck).
 37760 | Vaults:1 | 37760 ||| Stepping randomly (stuck).
 37762 | Vaults:1 | 37762 ||| Stepping randomly (stuck).
 37764 | Vaults:1 | 37764 ||| Stepping randomly (stuck).
 37766 | Vaults:1 | 37766 ||| Stepping randomly (stuck).
 37768 | Vaults:1 | 37768 ||| Stepping randomly (stuck).
 37770 | Vaults:1 | 37770 ||| Stepping randomly (stuck).
 37772 | Vaults:1 | 37772 ||| Stepping randomly (stuck).
 37774 | Vaults:1 | 37774 ||| Stepping randomly (stuck).
 37776 | Vaults:1 | 37776 ||| Stepping randomly (stuck).
 37778 | Vaults:1 | 37778 ||| Stepping randomly (stuck).
 37780 | Vaults:1 | 37780 ||| Stepping randomly (stuck).
 37782 | Vaults:1 | 37782 ||| Stepping randomly (stuck).
 37784 | Vaults:1 | 37784 ||| Stepping randomly (stuck).
 37786 | Vaults:1 | 37786 ||| Stepping randomly (stuck).
 37788 | Vaults:1 | 37788 ||| Stepping randomly (stuck).
 37790 | Vaults:1 | 37790 ||| Stepping randomly (stuck).
 37792 | Vaults:1 | 37792 ||| Stepping randomly (stuck).
 37794 | Vaults:1 | 37794 ||| Stepping randomly (stuck).
 37796 | Vaults:1 | 37796 ||| Stepping randomly (stuck).
 37798 | Vaults:1 | 37798 ||| Stepping randomly (stuck).
 37800 | Vaults:1 | 37800 ||| Stepping randomly (stuck).
 37802 | Vaults:1 | 37802 ||| Stepping randomly (stuck).
 37804 | Vaults:1 | 37804 ||| Stepping randomly (stuck).
 37806 | Vaults:1 | 37806 ||| Stepping randomly (stuck).
 37808 | Vaults:1 | 37808 ||| Stepping randomly (stuck).
 37810 | Vaults:1 | 37810 ||| Stepping randomly (stuck).
 37812 | Vaults:1 | 37812 ||| Stepping randomly (stuck).
 37814 | Vaults:1 | 37814 ||| Stepping randomly (stuck).
 37816 | Vaults:1 | 37816 ||| Stepping randomly (stuck).
 37818 | Vaults:1 | 37818 ||| Stepping randomly (stuck).
 37820 | Vaults:1 | 37820 ||| Stepping randomly (stuck).
 37822 | Vaults:1 | 37822 ||| Stepping randomly (stuck).
 37824 | Vaults:1 | 37824 ||| Stepping randomly (stuck).
 37826 | Vaults:1 | 37826 ||| Stepping randomly (stuck).
 37828 | Vaults:1 | 37828 ||| Stepping randomly (stuck).
 37830 | Vaults:1 | 37830 ||| Stepping randomly (stuck).
 37832 | Vaults:1 | 37832 ||| Stepping randomly (stuck).
 37834 | Vaults:1 | 37834 ||| Stepping randomly (stuck).
 37836 | Vaults:1 | 37836 ||| Stepping randomly (stuck).
 37838 | Vaults:1 | 37838 ||| Stepping randomly (stuck).
 37840 | Vaults:1 | 37840 ||| Stepping randomly (stuck).
 37842 | Vaults:1 | 37842 ||| Stepping randomly (stuck).
 37844 | Vaults:1 | 37844 ||| Stepping randomly (stuck).
 37846 | Vaults:1 | 37846 ||| Stepping randomly (stuck).
 37848 | Vaults:1 | 37848 ||| Stepping randomly (stuck).
 37850 | Vaults:1 | 37850 ||| Stepping randomly (stuck).
 37852 | Vaults:1 | 37852 ||| Stepping randomly (stuck).
 37854 | Vaults:1 | 37854 ||| Stepping randomly (stuck).
 37856 | Vaults:1 | 37856 ||| Stepping randomly (stuck).
 37858 | Vaults:1 | 37858 ||| Stepping randomly (stuck).
 37860 | Vaults:1 | 37860 ||| Stepping randomly (stuck).
 37862 | Vaults:1 | 37862 ||| Stepping randomly (stuck).
 37864 | Vaults:1 | 37864 ||| Stepping randomly (stuck).
 37866 | Vaults:1 | 37866 ||| Stepping randomly (stuck).
 37868 | Vaults:1 | 37868 ||| Stepping randomly (stuck).
 37870 | Vaults:1 | 37870 ||| Stepping randomly (stuck).
 37872 | Vaults:1 | 37872 ||| Stepping randomly (stuck).
 37874 | Vaults:1 | 37874 ||| Stepping randomly (stuck).
 37876 | Vaults:1 | 37876 ||| Stepping randomly (stuck).
 37878 | Vaults:1 | 37878 ||| Stepping randomly (stuck).
 37880 | Vaults:1 | 37880 ||| Stepping randomly (stuck).
 37882 | Vaults:1 | 37882 ||| Stepping randomly (stuck).
 37884 | Vaults:1 | 37884 ||| Stepping randomly (stuck).
 37886 | Vaults:1 | 37886 ||| Stepping randomly (stuck).
 37888 | Vaults:1 | 37888 ||| Stepping randomly (stuck).
 37890 | Vaults:1 | 37890 ||| Stepping randomly (stuck).
 37892 | Vaults:1 | 37892 ||| Stepping randomly (stuck).
 37894 | Vaults:1 | 37894 ||| Stepping randomly (stuck).
 37896 | Vaults:1 | 37896 ||| Stepping randomly (stuck).
 37898 | Vaults:1 | 37898 ||| Stepping randomly (stuck).
 37900 | Vaults:1 | 37900 ||| Stepping randomly (stuck).
 37902 | Vaults:1 | 37902 ||| Stepping randomly (stuck).
 37904 | Vaults:1 | 37904 ||| Stepping randomly (stuck).
 37906 | Vaults:1 | 37906 ||| Stepping randomly (stuck).
 37908 | Vaults:1 | 37908 ||| Stepping randomly (stuck).
 37910 | Vaults:1 | 37910 ||| Stepping randomly (stuck).
 37912 | Vaults:1 | 37912 ||| Stepping randomly (stuck).
 37914 | Vaults:1 | 37914 ||| Stepping randomly (stuck).
 37916 | Vaults:1 | 37916 ||| Stepping randomly (stuck).
 37918 | Vaults:1 | 37918 ||| Stepping randomly (stuck).
 37920 | Vaults:1 | 37920 ||| Stepping randomly (stuck).
 37922 | Vaults:1 | 37922 ||| Stepping randomly (stuck).
 37924 | Vaults:1 | 37924 ||| Stepping randomly (stuck).
 37926 | Vaults:1 | 37926 ||| Stepping randomly (stuck).
 37928 | Vaults:1 | 37928 ||| Stepping randomly (stuck).
 37930 | Vaults:1 | 37930 ||| Stepping randomly (stuck).
 37932 | Vaults:1 | 37932 ||| Stepping randomly (stuck).
 37934 | Vaults:1 | 37934 ||| Stepping randomly (stuck).
 37936 | Vaults:1 | 37936 ||| Stepping randomly (stuck).
 37938 | Vaults:1 | 37938 ||| Stepping randomly (stuck).
 37940 | Vaults:1 | 37940 ||| Stepping randomly (stuck).
 37942 | Vaults:1 | 37942 ||| Stepping randomly (stuck).
 37944 | Vaults:1 | 37944 ||| Stepping randomly (stuck).
 37946 | Vaults:1 | 37946 ||| Stepping randomly (stuck).
 37948 | Vaults:1 | 37948 ||| Stepping randomly (stuck).
 37950 | Vaults:1 | 37950 ||| Stepping randomly (stuck).
 37952 | Vaults:1 | 37952 ||| Stepping randomly (stuck).
 37954 | Vaults:1 | 37954 ||| Stepping randomly (stuck).
 37956 | Vaults:1 | 37956 ||| Stepping randomly (stuck).
 37958 | Vaults:1 | 37958 ||| Stepping randomly (stuck).
 37960 | Vaults:1 | 37960 ||| Stepping randomly (stuck).
 37962 | Vaults:1 | 37962 ||| Stepping randomly (stuck).
 37964 | Vaults:1 | 37964 ||| Stepping randomly (stuck).
 37966 | Vaults:1 | 37966 ||| Stepping randomly (stuck).
 37968 | Vaults:1 | 37968 ||| Stepping randomly (stuck).
 37970 | Vaults:1 | 37970 ||| Stepping randomly (stuck).
 37972 | Vaults:1 | 37972 ||| Stepping randomly (stuck).
 37974 | Vaults:1 | 37974 ||| Stepping randomly (stuck).
 37976 | Vaults:1 | 37976 ||| Stepping randomly (stuck).
 37978 | Vaults:1 | 37978 ||| Stepping randomly (stuck).
 37980 | Vaults:1 | 37980 ||| Stepping randomly (stuck).
 37982 | Vaults:1 | 37982 ||| Stepping randomly (stuck).
 37984 | Vaults:1 | 37984 ||| Stepping randomly (stuck).
 37986 | Vaults:1 | 37986 ||| Stepping randomly (stuck).
 37988 | Vaults:1 | 37988 ||| Stepping randomly (stuck).
 37990 | Vaults:1 | 37990 ||| Stepping randomly (stuck).
 37992 | Vaults:1 | 37992 ||| Stepping randomly (stuck).
 37994 | Vaults:1 | 37994 ||| Stepping randomly (stuck).
 37996 | Vaults:1 | 37996 ||| Stepping randomly (stuck).
 37998 | Vaults:1 | 37998 ||| Stepping randomly (stuck).
 38000 | Vaults:1 | 38000 ||| Stepping randomly (stuck).
 38002 | Vaults:1 | 38002 ||| Stepping randomly (stuck).
 38004 | Vaults:1 | 38004 ||| Stepping randomly (stuck).
 38006 | Vaults:1 | 38006 ||| Stepping randomly (stuck).
 38008 | Vaults:1 | 38008 ||| Stepping randomly (stuck).
 38010 | Vaults:1 | 38010 ||| Stepping randomly (stuck).
 38012 | Vaults:1 | 38012 ||| Stepping randomly (stuck).
 38014 | Vaults:1 | 38014 ||| Stepping randomly (stuck).
 38016 | Vaults:1 | 38016 ||| Stepping randomly (stuck).
 38018 | Vaults:1 | 38018 ||| Stepping randomly (stuck).
 38020 | Vaults:1 | 38020 ||| Stepping randomly (stuck).
 38022 | Vaults:1 | 38022 ||| Stepping randomly (stuck).
 38024 | Vaults:1 | 38024 ||| Stepping randomly (stuck).
 38026 | Vaults:1 | 38026 ||| Stepping randomly (stuck).
 38028 | Vaults:1 | 38028 ||| Stepping randomly (stuck).
 38030 | Vaults:1 | 38030 ||| Stepping randomly (stuck).
 38032 | Vaults:1 | 38032 ||| Stepping randomly (stuck).
 38034 | Vaults:1 | 38034 ||| Stepping randomly (stuck).
 38036 | Vaults:1 | 38036 ||| Stepping randomly (stuck).
 38038 | Vaults:1 | 38038 ||| Stepping randomly (stuck).
 38040 | Vaults:1 | 38040 ||| Stepping randomly (stuck).
 38042 | Vaults:1 | 38042 ||| Stepping randomly (stuck).
 38044 | Vaults:1 | 38044 ||| Stepping randomly (stuck).
 38046 | Vaults:1 | 38046 ||| Stepping randomly (stuck).
 38048 | Vaults:1 | 38048 ||| Stepping randomly (stuck).
 38050 | Vaults:1 | 38050 ||| Stepping randomly (stuck).
 38052 | Vaults:1 | 38052 ||| Stepping randomly (stuck).
 38054 | Vaults:1 | 38054 ||| Stepping randomly (stuck).
 38056 | Vaults:1 | 38056 ||| Stepping randomly (stuck).
 38058 | Vaults:1 | 38058 ||| Stepping randomly (stuck).
 38060 | Vaults:1 | 38060 ||| Stepping randomly (stuck).
 38062 | Vaults:1 | 38062 ||| Stepping randomly (stuck).
 38064 | Vaults:1 | 38064 ||| Stepping randomly (stuck).
 38066 | Vaults:1 | 38066 ||| Stepping randomly (stuck).
 38068 | Vaults:1 | 38068 ||| Stepping randomly (stuck).
 38070 | Vaults:1 | 38070 ||| Stepping randomly (stuck).
 38072 | Vaults:1 | 38072 ||| Stepping randomly (stuck).
 38074 | Vaults:1 | 38074 ||| Stepping randomly (stuck).
 38076 | Vaults:1 | 38076 ||| Stepping randomly (stuck).
 38078 | Vaults:1 | 38078 ||| Stepping randomly (stuck).
 38080 | Vaults:1 | 38080 ||| Stepping randomly (stuck).
 38082 | Vaults:1 | 38082 ||| Stepping randomly (stuck).
 38084 | Vaults:1 | 38084 ||| Stepping randomly (stuck).
 38086 | Vaults:1 | 38086 ||| Stepping randomly (stuck).
 38088 | Vaults:1 | 38088 ||| Stepping randomly (stuck).
 38090 | Vaults:1 | 38090 ||| Stepping randomly (stuck).
 38092 | Vaults:1 | 38092 ||| Stepping randomly (stuck).
 38094 | Vaults:1 | 38094 ||| Stepping randomly (stuck).
 38096 | Vaults:1 | 38096 ||| Stepping randomly (stuck).
 38098 | Vaults:1 | 38098 ||| Stepping randomly (stuck).
 38100 | Vaults:1 | 38100 ||| Stepping randomly (stuck).
 38102 | Vaults:1 | 38102 ||| Stepping randomly (stuck).
 38104 | Vaults:1 | 38104 ||| Stepping randomly (stuck).
 38106 | Vaults:1 | 38106 ||| Stepping randomly (stuck).
 38108 | Vaults:1 | 38108 ||| Stepping randomly (stuck).
 38110 | Vaults:1 | 38110 ||| Stepping randomly (stuck).
 38112 | Vaults:1 | 38112 ||| Stepping randomly (stuck).
 38114 | Vaults:1 | 38114 ||| Stepping randomly (stuck).
 38116 | Vaults:1 | 38116 ||| Stepping randomly (stuck).
 38118 | Vaults:1 | 38118 ||| Stepping randomly (stuck).
 38120 | Vaults:1 | 38120 ||| Stepping randomly (stuck).
 38122 | Vaults:1 | 38122 ||| Stepping randomly (stuck).
 38124 | Vaults:1 | 38124 ||| Stepping randomly (stuck).
 38126 | Vaults:1 | 38126 ||| Stepping randomly (stuck).
 38128 | Vaults:1 | 38128 ||| Stepping randomly (stuck).
 38130 | Vaults:1 | 38130 ||| Stepping randomly (stuck).
 38132 | Vaults:1 | 38132 ||| Stepping randomly (stuck).
 38134 | Vaults:1 | 38134 ||| Stepping randomly (stuck).
 38136 | Vaults:1 | 38136 ||| Stepping randomly (stuck).
 38138 | Vaults:1 | 38138 ||| Stepping randomly (stuck).
 38140 | Vaults:1 | 38140 ||| Stepping randomly (stuck).
 38142 | Vaults:1 | 38142 ||| Stepping randomly (stuck).
 38144 | Vaults:1 | 38144 ||| Stepping randomly (stuck).
 38146 | Vaults:1 | 38146 ||| Stepping randomly (stuck).
 38148 | Vaults:1 | 38148 ||| Stepping randomly (stuck).
 38150 | Vaults:1 | 38150 ||| Stepping randomly (stuck).
 38152 | Vaults:1 | 38152 ||| Stepping randomly (stuck).
 38154 | Vaults:1 | 38154 ||| Stepping randomly (stuck).
 38156 | Vaults:1 | 38156 ||| Stepping randomly (stuck).
 38158 | Vaults:1 | 38158 ||| Stepping randomly (stuck).
 38160 | Vaults:1 | 38160 ||| Stepping randomly (stuck).
 38162 | Vaults:1 | 38162 ||| Stepping randomly (stuck).
 38164 | Vaults:1 | 38164 ||| Stepping randomly (stuck).
 38166 | Vaults:1 | 38166 ||| Stepping randomly (stuck).
 38168 | Vaults:1 | 38168 ||| Stepping randomly (stuck).
 38170 | Vaults:1 | 38170 ||| Stepping randomly (stuck).
 38172 | Vaults:1 | 38172 ||| Stepping randomly (stuck).
 38174 | Vaults:1 | 38174 ||| Stepping randomly (stuck).
 38176 | Vaults:1 | 38176 ||| Stepping randomly (stuck).
 38178 | Vaults:1 | 38178 ||| Stepping randomly (stuck).
 38180 | Vaults:1 | 38180 ||| Stepping randomly (stuck).
 38182 | Vaults:1 | 38182 ||| Stepping randomly (stuck).
 38184 | Vaults:1 | 38184 ||| Stepping randomly (stuck).
 38186 | Vaults:1 | 38186 ||| Stepping randomly (stuck).
 38188 | Vaults:1 | 38188 ||| Stepping randomly (stuck).
 38190 | Vaults:1 | 38190 ||| Stepping randomly (stuck).
 38192 | Vaults:1 | 38192 ||| Stepping randomly (stuck).
 38194 | Vaults:1 | 38194 ||| Stepping randomly (stuck).
 38196 | Vaults:1 | 38196 ||| Stepping randomly (stuck).
 38198 | Vaults:1 | 38198 ||| Stepping randomly (stuck).
 38200 | Vaults:1 | 38200 ||| Stepping randomly (stuck).
 38202 | Vaults:1 | 38202 ||| Stepping randomly (stuck).
 38204 | Vaults:1 | 38204 ||| Stepping randomly (stuck).
 38206 | Vaults:1 | 38206 ||| Stepping randomly (stuck).
 38208 | Vaults:1 | 38208 ||| Stepping randomly (stuck).
 38210 | Vaults:1 | 38210 ||| Stepping randomly (stuck).
 38212 | Vaults:1 | 38212 ||| Stepping randomly (stuck).
 38214 | Vaults:1 | 38214 ||| Stepping randomly (stuck).
 38216 | Vaults:1 | 38216 ||| Stepping randomly (stuck).
 38218 | Vaults:1 | 38218 ||| Stepping randomly (stuck).
 38220 | Vaults:1 | 38220 ||| Stepping randomly (stuck).
 38222 | Vaults:1 | 38222 ||| Stepping randomly (stuck).
 38224 | Vaults:1 | 38224 ||| Stepping randomly (stuck).
 38226 | Vaults:1 | 38226 ||| Stepping randomly (stuck).
 38228 | Vaults:1 | 38228 ||| Stepping randomly (stuck).
 38230 | Vaults:1 | 38230 ||| Stepping randomly (stuck).
 38232 | Vaults:1 | 38232 ||| Stepping randomly (stuck).
 38234 | Vaults:1 | 38234 ||| Stepping randomly (stuck).
 38236 | Vaults:1 | 38236 ||| Stepping randomly (stuck).
 38238 | Vaults:1 | 38238 ||| Stepping randomly (stuck).
 38240 | Vaults:1 | 38240 ||| Stepping randomly (stuck).
 38242 | Vaults:1 | 38242 ||| Stepping randomly (stuck).
 38244 | Vaults:1 | 38244 ||| Stepping randomly (stuck).
 38246 | Vaults:1 | 38246 ||| Stepping randomly (stuck).
 38248 | Vaults:1 | 38248 ||| Stepping randomly (stuck).
 38250 | Vaults:1 | 38250 ||| Stepping randomly (stuck).
 38252 | Vaults:1 | 38252 ||| Stepping randomly (stuck).
 38254 | Vaults:1 | 38254 ||| Stepping randomly (stuck).
 38256 | Vaults:1 | 38256 ||| Stepping randomly (stuck).
 38258 | Vaults:1 | 38258 ||| Stepping randomly (stuck).
 38260 | Vaults:1 | 38260 ||| Stepping randomly (stuck).
 38262 | Vaults:1 | 38262 ||| Stepping randomly (stuck).
 38264 | Vaults:1 | 38264 ||| Stepping randomly (stuck).
 38266 | Vaults:1 | 38266 ||| Stepping randomly (stuck).
 38268 | Vaults:1 | 38268 ||| Stepping randomly (stuck).
 38270 | Vaults:1 | 38270 ||| Stepping randomly (stuck).
 38272 | Vaults:1 | 38272 ||| Stepping randomly (stuck).
 38274 | Vaults:1 | 38274 ||| Stepping randomly (stuck).
 38276 | Vaults:1 | 38276 ||| Stepping randomly (stuck).
 38278 | Vaults:1 | 38278 ||| Stepping randomly (stuck).
 38280 | Vaults:1 | 38280 ||| Stepping randomly (stuck).
 38282 | Vaults:1 | 38282 ||| Stepping randomly (stuck).
 38284 | Vaults:1 | 38284 ||| Stepping randomly (stuck).
 38286 | Vaults:1 | 38286 ||| Stepping randomly (stuck).
 38288 | Vaults:1 | 38288 ||| Stepping randomly (stuck).
 38290 | Vaults:1 | 38290 ||| Stepping randomly (stuck).
 38292 | Vaults:1 | 38292 ||| Stepping randomly (stuck).
 38294 | Vaults:1 | 38294 ||| Stepping randomly (stuck).
 38296 | Vaults:1 | 38296 ||| Stepping randomly (stuck).
 38298 | Vaults:1 | 38298 ||| Stepping randomly (stuck).
 38300 | Vaults:1 | 38300 ||| Stepping randomly (stuck).
 38302 | Vaults:1 | 38302 ||| Stepping randomly (stuck).
 38304 | Vaults:1 | 38304 ||| Stepping randomly (stuck).
 38306 | Vaults:1 | 38306 ||| Stepping randomly (stuck).
 38308 | Vaults:1 | 38308 ||| Stepping randomly (stuck).
 38310 | Vaults:1 | 38310 ||| Stepping randomly (stuck).
 38312 | Vaults:1 | 38312 ||| Stepping randomly (stuck).
 38314 | Vaults:1 | 38314 ||| Stepping randomly (stuck).
 38316 | Vaults:1 | 38316 ||| Stepping randomly (stuck).
 38318 | Vaults:1 | 38318 ||| Stepping randomly (stuck).
 38320 | Vaults:1 | 38320 ||| Stepping randomly (stuck).
 38322 | Vaults:1 | 38322 ||| Stepping randomly (stuck).
 38324 | Vaults:1 | 38324 ||| Stepping randomly (stuck).
 38326 | Vaults:1 | 38326 ||| Stepping randomly (stuck).
 38328 | Vaults:1 | 38328 ||| Stepping randomly (stuck).
 38330 | Vaults:1 | 38330 ||| Stepping randomly (stuck).
 38332 | Vaults:1 | 38332 ||| Stepping randomly (stuck).
 38334 | Vaults:1 | 38334 ||| Stepping randomly (stuck).
 38336 | Vaults:1 | 38336 ||| Stepping randomly (stuck).
 38338 | Vaults:1 | 38338 ||| Stepping randomly (stuck).
 38340 | Vaults:1 | 38340 ||| Stepping randomly (stuck).
 38342 | Vaults:1 | 38342 ||| Stepping randomly (stuck).
 38344 | Vaults:1 | 38344 ||| Stepping randomly (stuck).
 38346 | Vaults:1 | 38346 ||| Stepping randomly (stuck).
 38348 | Vaults:1 | 38348 ||| Stepping randomly (stuck).
 38350 | Vaults:1 | 38350 ||| Stepping randomly (stuck).
 38352 | Vaults:1 | 38352 ||| Stepping randomly (stuck).
 38354 | Vaults:1 | 38354 ||| Stepping randomly (stuck).
 38356 | Vaults:1 | 38356 ||| Stepping randomly (stuck).
 38358 | Vaults:1 | 38358 ||| Stepping randomly (stuck).
 38360 | Vaults:1 | 38360 ||| Stepping randomly (stuck).
 38362 | Vaults:1 | 38362 ||| Stepping randomly (stuck).
 38364 | Vaults:1 | 38364 ||| Stepping randomly (stuck).
 38366 | Vaults:1 | 38366 ||| Stepping randomly (stuck).
 38368 | Vaults:1 | 38368 ||| Stepping randomly (stuck).
 38370 | Vaults:1 | 38370 ||| Stepping randomly (stuck).
 38372 | Vaults:1 | 38372 ||| Stepping randomly (stuck).
 38374 | Vaults:1 | 38374 ||| Stepping randomly (stuck).
 38376 | Vaults:1 | 38376 ||| Stepping randomly (stuck).
 38378 | Vaults:1 | 38378 ||| Stepping randomly (stuck).
 38380 | Vaults:1 | 38380 ||| Stepping randomly (stuck).
 38382 | Vaults:1 | 38382 ||| Stepping randomly (stuck).
 38384 | Vaults:1 | 38384 ||| Stepping randomly (stuck).
 38386 | Vaults:1 | 38386 ||| Stepping randomly (stuck).
 38388 | Vaults:1 | 38388 ||| Stepping randomly (stuck).
 38390 | Vaults:1 | 38390 ||| Stepping randomly (stuck).
 38392 | Vaults:1 | 38392 ||| Stepping randomly (stuck).
 38394 | Vaults:1 | 38394 ||| Stepping randomly (stuck).
 38396 | Vaults:1 | 38396 ||| Stepping randomly (stuck).
 38398 | Vaults:1 | 38398 ||| Stepping randomly (stuck).
 38400 | Vaults:1 | 38400 ||| Stepping randomly (stuck).
 38402 | Vaults:1 | 38402 ||| Stepping randomly (stuck).
 38404 | Vaults:1 | 38404 ||| Stepping randomly (stuck).
 38406 | Vaults:1 | 38406 ||| Stepping randomly (stuck).
 38408 | Vaults:1 | 38408 ||| Stepping randomly (stuck).
 38410 | Vaults:1 | 38410 ||| Stepping randomly (stuck).
 38412 | Vaults:1 | 38412 ||| Stepping randomly (stuck).
 38414 | Vaults:1 | 38414 ||| Stepping randomly (stuck).
 38416 | Vaults:1 | 38416 ||| Stepping randomly (stuck).
 38418 | Vaults:1 | 38418 ||| Stepping randomly (stuck).
 38420 | Vaults:1 | 38420 ||| Stepping randomly (stuck).
 38422 | Vaults:1 | 38422 ||| Stepping randomly (stuck).
 38424 | Vaults:1 | 38424 ||| Stepping randomly (stuck).
 38426 | Vaults:1 | 38426 ||| Stepping randomly (stuck).
 38428 | Vaults:1 | 38428 ||| Stepping randomly (stuck).
 38430 | Vaults:1 | 38430 ||| Stepping randomly (stuck).
 38432 | Vaults:1 | 38432 ||| Stepping randomly (stuck).
 38434 | Vaults:1 | 38434 ||| Stepping randomly (stuck).
 38436 | Vaults:1 | 38436 ||| Stepping randomly (stuck).
 38438 | Vaults:1 | 38438 ||| Stepping randomly (stuck).
 38440 | Vaults:1 | 38440 ||| Stepping randomly (stuck).
 38442 | Vaults:1 | 38442 ||| Stepping randomly (stuck).
 38444 | Vaults:1 | 38444 ||| Stepping randomly (stuck).
 38446 | Vaults:1 | 38446 ||| Stepping randomly (stuck).
 38448 | Vaults:1 | 38448 ||| Stepping randomly (stuck).
 38450 | Vaults:1 | 38450 ||| Stepping randomly (stuck).
 38452 | Vaults:1 | 38452 ||| Stepping randomly (stuck).
 38454 | Vaults:1 | 38454 ||| Stepping randomly (stuck).
 38456 | Vaults:1 | 38456 ||| Stepping randomly (stuck).
 38458 | Vaults:1 | 38458 ||| Stepping randomly (stuck).
 38460 | Vaults:1 | 38460 ||| Stepping randomly (stuck).
 38462 | Vaults:1 | 38462 ||| Stepping randomly (stuck).
 38464 | Vaults:1 | 38464 ||| Stepping randomly (stuck).
 38466 | Vaults:1 | 38466 ||| Stepping randomly (stuck).
 38468 | Vaults:1 | 38468 ||| Stepping randomly (stuck).
 38470 | Vaults:1 | 38470 ||| Stepping randomly (stuck).
 38472 | Vaults:1 | 38472 ||| Stepping randomly (stuck).
 38474 | Vaults:1 | 38474 ||| Stepping randomly (stuck).
 38476 | Vaults:1 | 38476 ||| Stepping randomly (stuck).
 38478 | Vaults:1 | 38478 ||| Stepping randomly (stuck).
 38480 | Vaults:1 | 38480 ||| Stepping randomly (stuck).
 38482 | Vaults:1 | 38482 ||| Stepping randomly (stuck).
 38484 | Vaults:1 | 38484 ||| Stepping randomly (stuck).
 38486 | Vaults:1 | 38486 ||| Stepping randomly (stuck).
 38488 | Vaults:1 | 38488 ||| Stepping randomly (stuck).
 38490 | Vaults:1 | 38490 ||| Stepping randomly (stuck).
 38492 | Vaults:1 | 38492 ||| Stepping randomly (stuck).
 38494 | Vaults:1 | 38494 ||| Stepping randomly (stuck).
 38496 | Vaults:1 | 38496 ||| Stepping randomly (stuck).
 38498 | Vaults:1 | 38498 ||| Stepping randomly (stuck).
 38500 | Vaults:1 | 38500 ||| Stepping randomly (stuck).
 38502 | Vaults:1 | 38502 ||| Stepping randomly (stuck).
 38504 | Vaults:1 | 38504 ||| Stepping randomly (stuck).
 38506 | Vaults:1 | 38506 ||| Stepping randomly (stuck).
 38508 | Vaults:1 | 38508 ||| Stepping randomly (stuck).
 38510 | Vaults:1 | 38510 ||| Stepping randomly (stuck).
 38512 | Vaults:1 | 38512 ||| Stepping randomly (stuck).
 38514 | Vaults:1 | 38514 ||| Stepping randomly (stuck).
 38516 | Vaults:1 | 38516 ||| Stepping randomly (stuck).
 38518 | Vaults:1 | 38518 ||| Stepping randomly (stuck).
 38520 | Vaults:1 | 38520 ||| Stepping randomly (stuck).
 38522 | Vaults:1 | 38522 ||| Stepping randomly (stuck).
 38524 | Vaults:1 | 38524 ||| Stepping randomly (stuck).
 38526 | Vaults:1 | 38526 ||| Stepping randomly (stuck).
 38528 | Vaults:1 | 38528 ||| Stepping randomly (stuck).
 38530 | Vaults:1 | 38530 ||| Stepping randomly (stuck).
 38532 | Vaults:1 | 38532 ||| Stepping randomly (stuck).
 38534 | Vaults:1 | 38534 ||| Stepping randomly (stuck).
 38536 | Vaults:1 | 38536 ||| Stepping randomly (stuck).
 38538 | Vaults:1 | 38538 ||| Stepping randomly (stuck).
 38540 | Vaults:1 | 38540 ||| Stepping randomly (stuck).
 38542 | Vaults:1 | 38542 ||| Stepping randomly (stuck).
 38544 | Vaults:1 | 38544 ||| Stepping randomly (stuck).
 38546 | Vaults:1 | 38546 ||| Stepping randomly (stuck).
 38548 | Vaults:1 | 38548 ||| Stepping randomly (stuck).
 38550 | Vaults:1 | 38550 ||| Stepping randomly (stuck).
 38552 | Vaults:1 | 38552 ||| Stepping randomly (stuck).
 38554 | Vaults:1 | 38554 ||| Stepping randomly (stuck).
 38556 | Vaults:1 | 38556 ||| Stepping randomly (stuck).
 38558 | Vaults:1 | 38558 ||| Stepping randomly (stuck).
 38560 | Vaults:1 | 38560 ||| Stepping randomly (stuck).
 38562 | Vaults:1 | 38562 ||| Stepping randomly (stuck).
 38562 | Vaults:1 | Glimpsed the power of Zot.
 38564 | Vaults:1 | 38564 ||| Stepping randomly (stuck).
 38566 | Vaults:1 | 38566 ||| Stepping randomly (stuck).
 38568 | Vaults:1 | 38568 ||| Stepping randomly (stuck).
 38570 | Vaults:1 | 38570 ||| Stepping randomly (stuck).
 38572 | Vaults:1 | 38572 ||| Stepping randomly (stuck).
 38574 | Vaults:1 | 38574 ||| Stepping randomly (stuck).
 38576 | Vaults:1 | 38576 ||| Stepping randomly (stuck).
 38578 | Vaults:1 | 38578 ||| Stepping randomly (stuck).
 38580 | Vaults:1 | 38580 ||| Stepping randomly (stuck).
 38582 | Vaults:1 | 38582 ||| Stepping randomly (stuck).
 38584 | Vaults:1 | 38584 ||| Stepping randomly (stuck).
 38586 | Vaults:1 | 38586 ||| Stepping randomly (stuck).
 38588 | Vaults:1 | 38588 ||| Stepping randomly (stuck).
 38590 | Vaults:1 | 38590 ||| Stepping randomly (stuck).
 38592 | Vaults:1 | 38592 ||| Stepping randomly (stuck).
 38594 | Vaults:1 | 38594 ||| Stepping randomly (stuck).
 38596 | Vaults:1 | 38596 ||| Stepping randomly (stuck).
 38598 | Vaults:1 | 38598 ||| Stepping randomly (stuck).
 38600 | Vaults:1 | 38600 ||| Stepping randomly (stuck).
 38602 | Vaults:1 | 38602 ||| Stepping randomly (stuck).
 38604 | Vaults:1 | 38604 ||| Stepping randomly (stuck).
 38606 | Vaults:1 | 38606 ||| Stepping randomly (stuck).
 38608 | Vaults:1 | 38608 ||| Stepping randomly (stuck).
 38610 | Vaults:1 | 38610 ||| Stepping randomly (stuck).
 38612 | Vaults:1 | 38612 ||| Stepping randomly (stuck).
 38614 | Vaults:1 | 38614 ||| Stepping randomly (stuck).
 38616 | Vaults:1 | 38616 ||| Stepping randomly (stuck).
 38618 | Vaults:1 | 38618 ||| Stepping randomly (stuck).
 38620 | Vaults:1 | 38620 ||| Stepping randomly (stuck).
 38622 | Vaults:1 | 38622 ||| Stepping randomly (stuck).
 38624 | Vaults:1 | 38624 ||| Stepping randomly (stuck).
 38626 | Vaults:1 | 38626 ||| Stepping randomly (stuck).
 38628 | Vaults:1 | 38628 ||| Stepping randomly (stuck).
 38630 | Vaults:1 | 38630 ||| Stepping randomly (stuck).
 38632 | Vaults:1 | 38632 ||| Stepping randomly (stuck).
 38634 | Vaults:1 | 38634 ||| Stepping randomly (stuck).
 38636 | Vaults:1 | 38636 ||| Stepping randomly (stuck).
 38638 | Vaults:1 | 38638 ||| Stepping randomly (stuck).
 38640 | Vaults:1 | 38640 ||| Stepping randomly (stuck).
 38642 | Vaults:1 | 38642 ||| Stepping randomly (stuck).
 38644 | Vaults:1 | 38644 ||| Stepping randomly (stuck).
 38646 | Vaults:1 | 38646 ||| Stepping randomly (stuck).
 38648 | Vaults:1 | 38648 ||| Stepping randomly (stuck).
 38650 | Vaults:1 | 38650 ||| Stepping randomly (stuck).
 38652 | Vaults:1 | 38652 ||| Stepping randomly (stuck).
 38654 | Vaults:1 | 38654 ||| Stepping randomly (stuck).
 38656 | Vaults:1 | 38656 ||| Stepping randomly (stuck).
 38658 | Vaults:1 | 38658 ||| Stepping randomly (stuck).
 38660 | Vaults:1 | 38660 ||| Stepping randomly (stuck).
 38662 | Vaults:1 | 38662 ||| Stepping randomly (stuck).
 38664 | Vaults:1 | 38664 ||| Stepping randomly (stuck).
 38666 | Vaults:1 | 38666 ||| Stepping randomly (stuck).
 38668 | Vaults:1 | 38668 ||| Stepping randomly (stuck).
 38670 | Vaults:1 | 38670 ||| Stepping randomly (stuck).
 38672 | Vaults:1 | 38672 ||| Stepping randomly (stuck).
 38674 | Vaults:1 | 38674 ||| Stepping randomly (stuck).
 38676 | Vaults:1 | 38676 ||| Stepping randomly (stuck).
 38678 | Vaults:1 | 38678 ||| Stepping randomly (stuck).
 38680 | Vaults:1 | 38680 ||| Stepping randomly (stuck).
 38682 | Vaults:1 | 38682 ||| Stepping randomly (stuck).
 38684 | Vaults:1 | 38684 ||| Stepping randomly (stuck).
 38686 | Vaults:1 | 38686 ||| Stepping randomly (stuck).
 38688 | Vaults:1 | 38688 ||| Stepping randomly (stuck).
 38690 | Vaults:1 | 38690 ||| Stepping randomly (stuck).
 38692 | Vaults:1 | 38692 ||| Stepping randomly (stuck).
 38694 | Vaults:1 | 38694 ||| Stepping randomly (stuck).
 38696 | Vaults:1 | 38696 ||| Stepping randomly (stuck).
 38698 | Vaults:1 | 38698 ||| Stepping randomly (stuck).
 38700 | Vaults:1 | 38700 ||| Stepping randomly (stuck).
 38702 | Vaults:1 | 38702 ||| Stepping randomly (stuck).
 38704 | Vaults:1 | 38704 ||| Stepping randomly (stuck).
 38706 | Vaults:1 | 38706 ||| Stepping randomly (stuck).
 38708 | Vaults:1 | 38708 ||| Stepping randomly (stuck).
 38710 | Vaults:1 | 38710 ||| Stepping randomly (stuck).
 38712 | Vaults:1 | 38712 ||| Stepping randomly (stuck).
 38714 | Vaults:1 | 38714 ||| Stepping randomly (stuck).
 38716 | Vaults:1 | 38716 ||| Stepping randomly (stuck).
 38718 | Vaults:1 | 38718 ||| Stepping randomly (stuck).
 38720 | Vaults:1 | 38720 ||| Stepping randomly (stuck).
 38722 | Vaults:1 | 38722 ||| Stepping randomly (stuck).
 38724 | Vaults:1 | 38724 ||| Stepping randomly (stuck).
 38726 | Vaults:1 | 38726 ||| Stepping randomly (stuck).
 38728 | Vaults:1 | 38728 ||| Stepping randomly (stuck).
 38730 | Vaults:1 | 38730 ||| Stepping randomly (stuck).
 38732 | Vaults:1 | 38732 ||| Stepping randomly (stuck).
 38734 | Vaults:1 | 38734 ||| Stepping randomly (stuck).
 38736 | Vaults:1 | 38736 ||| Stepping randomly (stuck).
 38738 | Vaults:1 | 38738 ||| Stepping randomly (stuck).
 38740 | Vaults:1 | 38740 ||| Stepping randomly (stuck).
 38742 | Vaults:1 | 38742 ||| Stepping randomly (stuck).
 38744 | Vaults:1 | 38744 ||| Stepping randomly (stuck).
 38746 | Vaults:1 | 38746 ||| Stepping randomly (stuck).
 38748 | Vaults:1 | 38748 ||| Stepping randomly (stuck).
 38750 | Vaults:1 | 38750 ||| Stepping randomly (stuck).
 38752 | Vaults:1 | 38752 ||| Stepping randomly (stuck).
 38754 | Vaults:1 | 38754 ||| Stepping randomly (stuck).
 38756 | Vaults:1 | 38756 ||| Stepping randomly (stuck).
 38758 | Vaults:1 | 38758 ||| Stepping randomly (stuck).
 38760 | Vaults:1 | 38760 ||| Stepping randomly (stuck).
 38762 | Vaults:1 | 38762 ||| Stepping randomly (stuck).
 38764 | Vaults:1 | 38764 ||| Stepping randomly (stuck).
 38766 | Vaults:1 | 38766 ||| Stepping randomly (stuck).
 38768 | Vaults:1 | 38768 ||| Stepping randomly (stuck).
 38770 | Vaults:1 | 38770 ||| Stepping randomly (stuck).
 38772 | Vaults:1 | 38772 ||| Stepping randomly (stuck).
 38774 | Vaults:1 | 38774 ||| Stepping randomly (stuck).
 38776 | Vaults:1 | 38776 ||| Stepping randomly (stuck).
 38778 | Vaults:1 | 38778 ||| Stepping randomly (stuck).
 38780 | Vaults:1 | 38780 ||| Stepping randomly (stuck).
 38782 | Vaults:1 | 38782 ||| Stepping randomly (stuck).
 38784 | Vaults:1 | 38784 ||| Stepping randomly (stuck).
 38786 | Vaults:1 | 38786 ||| Stepping randomly (stuck).
 38788 | Vaults:1 | 38788 ||| Stepping randomly (stuck).
 38790 | Vaults:1 | 38790 ||| Stepping randomly (stuck).
 38792 | Vaults:1 | 38792 ||| Stepping randomly (stuck).
 38794 | Vaults:1 | 38794 ||| Stepping randomly (stuck).
 38796 | Vaults:1 | 38796 ||| Stepping randomly (stuck).
 38798 | Vaults:1 | 38798 ||| Stepping randomly (stuck).
 38800 | Vaults:1 | 38800 ||| Stepping randomly (stuck).
 38802 | Vaults:1 | 38802 ||| Stepping randomly (stuck).
 38804 | Vaults:1 | 38804 ||| Stepping randomly (stuck).
 38806 | Vaults:1 | 38806 ||| Stepping randomly (stuck).
 38808 | Vaults:1 | 38808 ||| Stepping randomly (stuck).
 38810 | Vaults:1 | 38810 ||| Stepping randomly (stuck).
 38812 | Vaults:1 | 38812 ||| Stepping randomly (stuck).
 38814 | Vaults:1 | 38814 ||| Stepping randomly (stuck).
 38816 | Vaults:1 | 38816 ||| Stepping randomly (stuck).
 38818 | Vaults:1 | 38818 ||| Stepping randomly (stuck).
 38820 | Vaults:1 | 38820 ||| Stepping randomly (stuck).
 38822 | Vaults:1 | 38822 ||| Stepping randomly (stuck).
 38824 | Vaults:1 | 38824 ||| Stepping randomly (stuck).
 38826 | Vaults:1 | 38826 ||| Stepping randomly (stuck).
 38828 | Vaults:1 | 38828 ||| Stepping randomly (stuck).
 38830 | Vaults:1 | 38830 ||| Stepping randomly (stuck).
 38832 | Vaults:1 | 38832 ||| Stepping randomly (stuck).
 38834 | Vaults:1 | 38834 ||| Stepping randomly (stuck).
 38836 | Vaults:1 | 38836 ||| Stepping randomly (stuck).
 38838 | Vaults:1 | 38838 ||| Stepping randomly (stuck).
 38840 | Vaults:1 | 38840 ||| Stepping randomly (stuck).
 38842 | Vaults:1 | 38842 ||| Stepping randomly (stuck).
 38844 | Vaults:1 | 38844 ||| Stepping randomly (stuck).
 38846 | Vaults:1 | 38846 ||| Stepping randomly (stuck).
 38848 | Vaults:1 | 38848 ||| Stepping randomly (stuck).
 38850 | Vaults:1 | 38850 ||| Stepping randomly (stuck).
 38852 | Vaults:1 | 38852 ||| Stepping randomly (stuck).
 38854 | Vaults:1 | 38854 ||| Stepping randomly (stuck).
 38856 | Vaults:1 | 38856 ||| Stepping randomly (stuck).
 38858 | Vaults:1 | 38858 ||| Stepping randomly (stuck).
 38860 | Vaults:1 | 38860 ||| Stepping randomly (stuck).
 38862 | Vaults:1 | 38862 ||| Stepping randomly (stuck).
 38864 | Vaults:1 | 38864 ||| Stepping randomly (stuck).
 38866 | Vaults:1 | 38866 ||| Stepping randomly (stuck).
 38868 | Vaults:1 | 38868 ||| Stepping randomly (stuck).
 38870 | Vaults:1 | 38870 ||| Stepping randomly (stuck).
 38872 | Vaults:1 | 38872 ||| Stepping randomly (stuck).
 38874 | Vaults:1 | 38874 ||| Stepping randomly (stuck).
 38876 | Vaults:1 | 38876 ||| Stepping randomly (stuck).
 38878 | Vaults:1 | 38878 ||| Stepping randomly (stuck).
 38880 | Vaults:1 | 38880 ||| Stepping randomly (stuck).
 38882 | Vaults:1 | 38882 ||| Stepping randomly (stuck).
 38884 | Vaults:1 | 38884 ||| Stepping randomly (stuck).
 38886 | Vaults:1 | 38886 ||| Stepping randomly (stuck).
 38888 | Vaults:1 | 38888 ||| Stepping randomly (stuck).
 38890 | Vaults:1 | 38890 ||| Stepping randomly (stuck).
 38892 | Vaults:1 | 38892 ||| Stepping randomly (stuck).
 38894 | Vaults:1 | 38894 ||| Stepping randomly (stuck).
 38896 | Vaults:1 | 38896 ||| Stepping randomly (stuck).
 38898 | Vaults:1 | 38898 ||| Stepping randomly (stuck).
 38900 | Vaults:1 | 38900 ||| Stepping randomly (stuck).
 38902 | Vaults:1 | 38902 ||| Stepping randomly (stuck).
 38904 | Vaults:1 | 38904 ||| Stepping randomly (stuck).
 38906 | Vaults:1 | 38906 ||| Stepping randomly (stuck).
 38908 | Vaults:1 | 38908 ||| Stepping randomly (stuck).
 38910 | Vaults:1 | 38910 ||| Stepping randomly (stuck).
 38912 | Vaults:1 | 38912 ||| Stepping randomly (stuck).
 38914 | Vaults:1 | 38914 ||| Stepping randomly (stuck).
 38916 | Vaults:1 | 38916 ||| Stepping randomly (stuck).
 38918 | Vaults:1 | 38918 ||| Stepping randomly (stuck).
 38920 | Vaults:1 | 38920 ||| Stepping randomly (stuck).
 38922 | Vaults:1 | 38922 ||| Stepping randomly (stuck).
 38924 | Vaults:1 | 38924 ||| Stepping randomly (stuck).
 38926 | Vaults:1 | 38926 ||| Stepping randomly (stuck).
 38928 | Vaults:1 | 38928 ||| Stepping randomly (stuck).
 38930 | Vaults:1 | 38930 ||| Stepping randomly (stuck).
 38932 | Vaults:1 | 38932 ||| Stepping randomly (stuck).
 38934 | Vaults:1 | 38934 ||| Stepping randomly (stuck).
 38936 | Vaults:1 | 38936 ||| Stepping randomly (stuck).
 38938 | Vaults:1 | 38938 ||| Stepping randomly (stuck).
 38940 | Vaults:1 | 38940 ||| Stepping randomly (stuck).
 38942 | Vaults:1 | 38942 ||| Stepping randomly (stuck).
 38944 | Vaults:1 | 38944 ||| Stepping randomly (stuck).
 38946 | Vaults:1 | 38946 ||| Stepping randomly (stuck).
 38948 | Vaults:1 | 38948 ||| Stepping randomly (stuck).
 38950 | Vaults:1 | 38950 ||| Stepping randomly (stuck).
 38952 | Vaults:1 | 38952 ||| Stepping randomly (stuck).
 38954 | Vaults:1 | 38954 ||| Stepping randomly (stuck).
 38956 | Vaults:1 | 38956 ||| Stepping randomly (stuck).
 38958 | Vaults:1 | 38958 ||| Stepping randomly (stuck).
 38960 | Vaults:1 | 38960 ||| Stepping randomly (stuck).
 38962 | Vaults:1 | 38962 ||| Stepping randomly (stuck).
 38964 | Vaults:1 | 38964 ||| Stepping randomly (stuck).
 38966 | Vaults:1 | 38966 ||| Stepping randomly (stuck).
 38968 | Vaults:1 | 38968 ||| Stepping randomly (stuck).
 38970 | Vaults:1 | 38970 ||| Stepping randomly (stuck).
 38972 | Vaults:1 | 38972 ||| Stepping randomly (stuck).
 38974 | Vaults:1 | 38974 ||| Stepping randomly (stuck).
 38976 | Vaults:1 | 38976 ||| Stepping randomly (stuck).
 38978 | Vaults:1 | 38978 ||| Stepping randomly (stuck).
 38980 | Vaults:1 | 38980 ||| Stepping randomly (stuck).
 38982 | Vaults:1 | 38982 ||| Stepping randomly (stuck).
 38984 | Vaults:1 | 38984 ||| Stepping randomly (stuck).
 38986 | Vaults:1 | 38986 ||| Stepping randomly (stuck).
 38988 | Vaults:1 | 38988 ||| Stepping randomly (stuck).
 38990 | Vaults:1 | 38990 ||| Stepping randomly (stuck).
 38992 | Vaults:1 | 38992 ||| Stepping randomly (stuck).
 38994 | Vaults:1 | 38994 ||| Stepping randomly (stuck).
 38996 | Vaults:1 | 38996 ||| Stepping randomly (stuck).
 38998 | Vaults:1 | 38998 ||| Stepping randomly (stuck).
 39000 | Vaults:1 | 39000 ||| Stepping randomly (stuck).
 39002 | Vaults:1 | 39002 ||| Stepping randomly (stuck).
 39004 | Vaults:1 | 39004 ||| Stepping randomly (stuck).
 39006 | Vaults:1 | 39006 ||| Stepping randomly (stuck).
 39008 | Vaults:1 | 39008 ||| Stepping randomly (stuck).
 39010 | Vaults:1 | 39010 ||| Stepping randomly (stuck).
 39012 | Vaults:1 | 39012 ||| Stepping randomly (stuck).
 39014 | Vaults:1 | 39014 ||| Stepping randomly (stuck).
 39016 | Vaults:1 | 39016 ||| Stepping randomly (stuck).
 39018 | Vaults:1 | 39018 ||| Stepping randomly (stuck).
 39020 | Vaults:1 | 39020 ||| Stepping randomly (stuck).
 39022 | Vaults:1 | 39022 ||| Stepping randomly (stuck).
 39024 | Vaults:1 | 39024 ||| Stepping randomly (stuck).
 39026 | Vaults:1 | 39026 ||| Stepping randomly (stuck).
 39028 | Vaults:1 | 39028 ||| Stepping randomly (stuck).
 39030 | Vaults:1 | 39030 ||| Stepping randomly (stuck).
 39032 | Vaults:1 | 39032 ||| Stepping randomly (stuck).
 39034 | Vaults:1 | 39034 ||| Stepping randomly (stuck).
 39036 | Vaults:1 | 39036 ||| Stepping randomly (stuck).
 39038 | Vaults:1 | 39038 ||| Stepping randomly (stuck).
 39040 | Vaults:1 | 39040 ||| Stepping randomly (stuck).
 39042 | Vaults:1 | 39042 ||| Stepping randomly (stuck).
 39044 | Vaults:1 | 39044 ||| Stepping randomly (stuck).
 39046 | Vaults:1 | 39046 ||| Stepping randomly (stuck).
 39048 | Vaults:1 | 39048 ||| Stepping randomly (stuck).
 39050 | Vaults:1 | 39050 ||| Stepping randomly (stuck).
 39052 | Vaults:1 | 39052 ||| Stepping randomly (stuck).
 39054 | Vaults:1 | 39054 ||| Stepping randomly (stuck).
 39056 | Vaults:1 | 39056 ||| Stepping randomly (stuck).
 39058 | Vaults:1 | 39058 ||| Stepping randomly (stuck).
 39060 | Vaults:1 | 39060 ||| Stepping randomly (stuck).
 39062 | Vaults:1 | 39062 ||| Stepping randomly (stuck).
 39062 | Vaults:1 | Glimpsed the power of Zot.
 39064 | Vaults:1 | 39064 ||| Stepping randomly (stuck).
 39066 | Vaults:1 | 39066 ||| Stepping randomly (stuck).
 39068 | Vaults:1 | 39068 ||| Stepping randomly (stuck).
 39070 | Vaults:1 | 39070 ||| Stepping randomly (stuck).
 39072 | Vaults:1 | 39072 ||| Stepping randomly (stuck).
 39074 | Vaults:1 | 39074 ||| Stepping randomly (stuck).
 39076 | Vaults:1 | 39076 ||| Stepping randomly (stuck).
 39078 | Vaults:1 | 39078 ||| Stepping randomly (stuck).
 39080 | Vaults:1 | 39080 ||| Stepping randomly (stuck).
 39082 | Vaults:1 | 39082 ||| Stepping randomly (stuck).
 39084 | Vaults:1 | 39084 ||| Stepping randomly (stuck).
 39086 | Vaults:1 | 39086 ||| Stepping randomly (stuck).
 39088 | Vaults:1 | 39088 ||| Stepping randomly (stuck).
 39090 | Vaults:1 | 39090 ||| Stepping randomly (stuck).
 39092 | Vaults:1 | 39092 ||| Stepping randomly (stuck).
 39094 | Vaults:1 | 39094 ||| Stepping randomly (stuck).
 39096 | Vaults:1 | 39096 ||| Stepping randomly (stuck).
 39098 | Vaults:1 | 39098 ||| Stepping randomly (stuck).
 39100 | Vaults:1 | 39100 ||| Stepping randomly (stuck).
 39102 | Vaults:1 | 39102 ||| Stepping randomly (stuck).
 39104 | Vaults:1 | 39104 ||| Stepping randomly (stuck).
 39106 | Vaults:1 | 39106 ||| Stepping randomly (stuck).
 39108 | Vaults:1 | 39108 ||| Stepping randomly (stuck).
 39110 | Vaults:1 | 39110 ||| Stepping randomly (stuck).
 39112 | Vaults:1 | 39112 ||| Stepping randomly (stuck).
 39114 | Vaults:1 | 39114 ||| Stepping randomly (stuck).
 39116 | Vaults:1 | 39116 ||| Stepping randomly (stuck).
 39118 | Vaults:1 | 39118 ||| Stepping randomly (stuck).
 39120 | Vaults:1 | 39120 ||| Stepping randomly (stuck).
 39122 | Vaults:1 | 39122 ||| Stepping randomly (stuck).
 39124 | Vaults:1 | 39124 ||| Stepping randomly (stuck).
 39126 | Vaults:1 | 39126 ||| Stepping randomly (stuck).
 39128 | Vaults:1 | 39128 ||| Stepping randomly (stuck).
 39130 | Vaults:1 | 39130 ||| Stepping randomly (stuck).
 39132 | Vaults:1 | 39132 ||| Stepping randomly (stuck).
 39134 | Vaults:1 | 39134 ||| Stepping randomly (stuck).
 39136 | Vaults:1 | 39136 ||| Stepping randomly (stuck).
 39138 | Vaults:1 | 39138 ||| Stepping randomly (stuck).
 39140 | Vaults:1 | 39140 ||| Stepping randomly (stuck).
 39142 | Vaults:1 | 39142 ||| Stepping randomly (stuck).
 39144 | Vaults:1 | 39144 ||| Stepping randomly (stuck).
 39146 | Vaults:1 | 39146 ||| Stepping randomly (stuck).
 39148 | Vaults:1 | 39148 ||| Stepping randomly (stuck).
 39150 | Vaults:1 | 39150 ||| Stepping randomly (stuck).
 39152 | Vaults:1 | 39152 ||| Stepping randomly (stuck).
 39154 | Vaults:1 | 39154 ||| Stepping randomly (stuck).
 39156 | Vaults:1 | 39156 ||| Stepping randomly (stuck).
 39158 | Vaults:1 | 39158 ||| Stepping randomly (stuck).
 39160 | Vaults:1 | 39160 ||| Stepping randomly (stuck).
 39162 | Vaults:1 | 39162 ||| Stepping randomly (stuck).
 39164 | Vaults:1 | 39164 ||| Stepping randomly (stuck).
 39166 | Vaults:1 | 39166 ||| Stepping randomly (stuck).
 39168 | Vaults:1 | 39168 ||| Stepping randomly (stuck).
 39170 | Vaults:1 | 39170 ||| Stepping randomly (stuck).
 39172 | Vaults:1 | 39172 ||| Stepping randomly (stuck).
 39174 | Vaults:1 | 39174 ||| Stepping randomly (stuck).
 39176 | Vaults:1 | 39176 ||| Stepping randomly (stuck).
 39178 | Vaults:1 | 39178 ||| Stepping randomly (stuck).
 39180 | Vaults:1 | 39180 ||| Stepping randomly (stuck).
 39182 | Vaults:1 | 39182 ||| Stepping randomly (stuck).
 39184 | Vaults:1 | 39184 ||| Stepping randomly (stuck).
 39186 | Vaults:1 | 39186 ||| Stepping randomly (stuck).
 39188 | Vaults:1 | 39188 ||| Stepping randomly (stuck).
 39190 | Vaults:1 | 39190 ||| Stepping randomly (stuck).
 39192 | Vaults:1 | 39192 ||| Stepping randomly (stuck).
 39194 | Vaults:1 | 39194 ||| Stepping randomly (stuck).
 39196 | Vaults:1 | 39196 ||| Stepping randomly (stuck).
 39198 | Vaults:1 | 39198 ||| Stepping randomly (stuck).
 39200 | Vaults:1 | 39200 ||| Stepping randomly (stuck).
 39202 | Vaults:1 | 39202 ||| Stepping randomly (stuck).
 39204 | Vaults:1 | 39204 ||| Stepping randomly (stuck).
 39206 | Vaults:1 | 39206 ||| Stepping randomly (stuck).
 39208 | Vaults:1 | 39208 ||| Stepping randomly (stuck).
 39210 | Vaults:1 | 39210 ||| Stepping randomly (stuck).
 39212 | Vaults:1 | 39212 ||| Stepping randomly (stuck).
 39214 | Vaults:1 | 39214 ||| Stepping randomly (stuck).
 39216 | Vaults:1 | 39216 ||| Stepping randomly (stuck).
 39218 | Vaults:1 | 39218 ||| Stepping randomly (stuck).
 39220 | Vaults:1 | 39220 ||| Stepping randomly (stuck).
 39222 | Vaults:1 | 39222 ||| Stepping randomly (stuck).
 39224 | Vaults:1 | 39224 ||| Stepping randomly (stuck).
 39226 | Vaults:1 | 39226 ||| Stepping randomly (stuck).
 39228 | Vaults:1 | 39228 ||| Stepping randomly (stuck).
 39230 | Vaults:1 | 39230 ||| Stepping randomly (stuck).
 39232 | Vaults:1 | 39232 ||| Stepping randomly (stuck).
 39234 | Vaults:1 | 39234 ||| Stepping randomly (stuck).
 39236 | Vaults:1 | 39236 ||| Stepping randomly (stuck).
 39238 | Vaults:1 | 39238 ||| Stepping randomly (stuck).
 39240 | Vaults:1 | 39240 ||| Stepping randomly (stuck).
 39242 | Vaults:1 | 39242 ||| Stepping randomly (stuck).
 39244 | Vaults:1 | 39244 ||| Stepping randomly (stuck).
 39246 | Vaults:1 | 39246 ||| Stepping randomly (stuck).
 39248 | Vaults:1 | 39248 ||| Stepping randomly (stuck).
 39250 | Vaults:1 | 39250 ||| Stepping randomly (stuck).
 39252 | Vaults:1 | 39252 ||| Stepping randomly (stuck).
 39254 | Vaults:1 | 39254 ||| Stepping randomly (stuck).
 39256 | Vaults:1 | 39256 ||| Stepping randomly (stuck).
 39258 | Vaults:1 | 39258 ||| Stepping randomly (stuck).
 39260 | Vaults:1 | 39260 ||| Stepping randomly (stuck).
 39262 | Vaults:1 | 39262 ||| Stepping randomly (stuck).
 39264 | Vaults:1 | 39264 ||| Stepping randomly (stuck).
 39266 | Vaults:1 | 39266 ||| Stepping randomly (stuck).
 39268 | Vaults:1 | 39268 ||| Stepping randomly (stuck).
 39270 | Vaults:1 | 39270 ||| Stepping randomly (stuck).
 39272 | Vaults:1 | 39272 ||| Stepping randomly (stuck).
 39274 | Vaults:1 | 39274 ||| Stepping randomly (stuck).
 39276 | Vaults:1 | 39276 ||| Stepping randomly (stuck).
 39278 | Vaults:1 | 39278 ||| Stepping randomly (stuck).
 39280 | Vaults:1 | 39280 ||| Stepping randomly (stuck).
 39282 | Vaults:1 | 39282 ||| Stepping randomly (stuck).
 39284 | Vaults:1 | 39284 ||| Stepping randomly (stuck).
 39286 | Vaults:1 | 39286 ||| Stepping randomly (stuck).
 39288 | Vaults:1 | 39288 ||| Stepping randomly (stuck).
 39290 | Vaults:1 | 39290 ||| Stepping randomly (stuck).
 39292 | Vaults:1 | 39292 ||| Stepping randomly (stuck).
 39294 | Vaults:1 | 39294 ||| Stepping randomly (stuck).
 39296 | Vaults:1 | 39296 ||| Stepping randomly (stuck).
 39298 | Vaults:1 | 39298 ||| Stepping randomly (stuck).
 39300 | Vaults:1 | 39300 ||| Stepping randomly (stuck).
 39302 | Vaults:1 | 39302 ||| Stepping randomly (stuck).
 39304 | Vaults:1 | 39304 ||| Stepping randomly (stuck).
 39306 | Vaults:1 | 39306 ||| Stepping randomly (stuck).
 39308 | Vaults:1 | 39308 ||| Stepping randomly (stuck).
 39310 | Vaults:1 | 39310 ||| Stepping randomly (stuck).
 39312 | Vaults:1 | 39312 ||| Stepping randomly (stuck).
 39314 | Vaults:1 | 39314 ||| Stepping randomly (stuck).
 39316 | Vaults:1 | 39316 ||| Stepping randomly (stuck).
 39318 | Vaults:1 | 39318 ||| Stepping randomly (stuck).
 39320 | Vaults:1 | 39320 ||| Stepping randomly (stuck).
 39322 | Vaults:1 | 39322 ||| Stepping randomly (stuck).
 39324 | Vaults:1 | 39324 ||| Stepping randomly (stuck).
 39326 | Vaults:1 | 39326 ||| Stepping randomly (stuck).
 39328 | Vaults:1 | 39328 ||| Stepping randomly (stuck).
 39330 | Vaults:1 | 39330 ||| Stepping randomly (stuck).
 39332 | Vaults:1 | 39332 ||| Stepping randomly (stuck).
 39334 | Vaults:1 | 39334 ||| Stepping randomly (stuck).
 39336 | Vaults:1 | 39336 ||| Stepping randomly (stuck).
 39338 | Vaults:1 | 39338 ||| Stepping randomly (stuck).
 39340 | Vaults:1 | 39340 ||| Stepping randomly (stuck).
 39342 | Vaults:1 | 39342 ||| Stepping randomly (stuck).
 39344 | Vaults:1 | 39344 ||| Stepping randomly (stuck).
 39346 | Vaults:1 | 39346 ||| Stepping randomly (stuck).
 39348 | Vaults:1 | 39348 ||| Stepping randomly (stuck).
 39350 | Vaults:1 | 39350 ||| Stepping randomly (stuck).
 39352 | Vaults:1 | 39352 ||| Stepping randomly (stuck).
 39354 | Vaults:1 | 39354 ||| Stepping randomly (stuck).
 39356 | Vaults:1 | 39356 ||| Stepping randomly (stuck).
 39358 | Vaults:1 | 39358 ||| Stepping randomly (stuck).
 39360 | Vaults:1 | 39360 ||| Stepping randomly (stuck).
 39362 | Vaults:1 | 39362 ||| Stepping randomly (stuck).
 39364 | Vaults:1 | 39364 ||| Stepping randomly (stuck).
 39366 | Vaults:1 | 39366 ||| Stepping randomly (stuck).
 39368 | Vaults:1 | 39368 ||| Stepping randomly (stuck).
 39370 | Vaults:1 | 39370 ||| Stepping randomly (stuck).
 39372 | Vaults:1 | 39372 ||| Stepping randomly (stuck).
 39374 | Vaults:1 | 39374 ||| Stepping randomly (stuck).
 39376 | Vaults:1 | 39376 ||| Stepping randomly (stuck).
 39378 | Vaults:1 | 39378 ||| Stepping randomly (stuck).
 39380 | Vaults:1 | 39380 ||| Stepping randomly (stuck).
 39382 | Vaults:1 | 39382 ||| Stepping randomly (stuck).
 39384 | Vaults:1 | 39384 ||| Stepping randomly (stuck).
 39386 | Vaults:1 | 39386 ||| Stepping randomly (stuck).
 39388 | Vaults:1 | 39388 ||| Stepping randomly (stuck).
 39390 | Vaults:1 | 39390 ||| Stepping randomly (stuck).
 39392 | Vaults:1 | 39392 ||| Stepping randomly (stuck).
 39394 | Vaults:1 | 39394 ||| Stepping randomly (stuck).
 39396 | Vaults:1 | 39396 ||| Stepping randomly (stuck).
 39398 | Vaults:1 | 39398 ||| Stepping randomly (stuck).
 39400 | Vaults:1 | 39400 ||| Stepping randomly (stuck).
 39402 | Vaults:1 | 39402 ||| Stepping randomly (stuck).
 39404 | Vaults:1 | 39404 ||| Stepping randomly (stuck).
 39406 | Vaults:1 | 39406 ||| Stepping randomly (stuck).
 39408 | Vaults:1 | 39408 ||| Stepping randomly (stuck).
 39410 | Vaults:1 | 39410 ||| Stepping randomly (stuck).
 39412 | Vaults:1 | 39412 ||| Stepping randomly (stuck).
 39414 | Vaults:1 | 39414 ||| Stepping randomly (stuck).
 39416 | Vaults:1 | 39416 ||| Stepping randomly (stuck).
 39418 | Vaults:1 | 39418 ||| Stepping randomly (stuck).
 39420 | Vaults:1 | 39420 ||| Stepping randomly (stuck).
 39422 | Vaults:1 | 39422 ||| Stepping randomly (stuck).
 39424 | Vaults:1 | 39424 ||| Stepping randomly (stuck).
 39426 | Vaults:1 | 39426 ||| Stepping randomly (stuck).
 39428 | Vaults:1 | 39428 ||| Stepping randomly (stuck).
 39430 | Vaults:1 | 39430 ||| Stepping randomly (stuck).
 39432 | Vaults:1 | 39432 ||| Stepping randomly (stuck).
 39434 | Vaults:1 | 39434 ||| Stepping randomly (stuck).
 39436 | Vaults:1 | 39436 ||| Stepping randomly (stuck).
 39438 | Vaults:1 | 39438 ||| Stepping randomly (stuck).
 39440 | Vaults:1 | 39440 ||| Stepping randomly (stuck).
 39442 | Vaults:1 | 39442 ||| Stepping randomly (stuck).
 39444 | Vaults:1 | 39444 ||| Stepping randomly (stuck).
 39446 | Vaults:1 | 39446 ||| Stepping randomly (stuck).
 39448 | Vaults:1 | 39448 ||| Stepping randomly (stuck).
 39450 | Vaults:1 | 39450 ||| Stepping randomly (stuck).
 39452 | Vaults:1 | 39452 ||| Stepping randomly (stuck).
 39454 | Vaults:1 | 39454 ||| Stepping randomly (stuck).
 39456 | Vaults:1 | 39456 ||| Stepping randomly (stuck).
 39458 | Vaults:1 | 39458 ||| Stepping randomly (stuck).
 39460 | Vaults:1 | 39460 ||| Stepping randomly (stuck).
 39462 | Vaults:1 | 39462 ||| Stepping randomly (stuck).
 39462 | Vaults:1 | Glimpsed the power of Zot.
 39464 | Vaults:1 | 39464 ||| Stepping randomly (stuck).
 39466 | Vaults:1 | 39466 ||| Stepping randomly (stuck).
 39468 | Vaults:1 | 39468 ||| Stepping randomly (stuck).
 39470 | Vaults:1 | 39470 ||| Stepping randomly (stuck).
 39472 | Vaults:1 | 39472 ||| Stepping randomly (stuck).
 39474 | Vaults:1 | 39474 ||| Stepping randomly (stuck).
 39476 | Vaults:1 | 39476 ||| Stepping randomly (stuck).
 39478 | Vaults:1 | 39478 ||| Stepping randomly (stuck).
 39480 | Vaults:1 | 39480 ||| Stepping randomly (stuck).
 39482 | Vaults:1 | 39482 ||| Stepping randomly (stuck).
 39484 | Vaults:1 | 39484 ||| Stepping randomly (stuck).
 39486 | Vaults:1 | 39486 ||| Stepping randomly (stuck).
 39488 | Vaults:1 | 39488 ||| Stepping randomly (stuck).
 39490 | Vaults:1 | 39490 ||| Stepping randomly (stuck).
 39492 | Vaults:1 | 39492 ||| Stepping randomly (stuck).
 39494 | Vaults:1 | 39494 ||| Stepping randomly (stuck).
 39496 | Vaults:1 | 39496 ||| Stepping randomly (stuck).
 39498 | Vaults:1 | 39498 ||| Stepping randomly (stuck).
 39500 | Vaults:1 | 39500 ||| Stepping randomly (stuck).
 39502 | Vaults:1 | 39502 ||| Stepping randomly (stuck).
 39504 | Vaults:1 | 39504 ||| Stepping randomly (stuck).
 39506 | Vaults:1 | 39506 ||| Stepping randomly (stuck).
 39508 | Vaults:1 | 39508 ||| Stepping randomly (stuck).
 39510 | Vaults:1 | 39510 ||| Stepping randomly (stuck).
 39512 | Vaults:1 | 39512 ||| Stepping randomly (stuck).
 39514 | Vaults:1 | 39514 ||| Stepping randomly (stuck).
 39516 | Vaults:1 | 39516 ||| Stepping randomly (stuck).
 39518 | Vaults:1 | 39518 ||| Stepping randomly (stuck).
 39520 | Vaults:1 | 39520 ||| Stepping randomly (stuck).
 39522 | Vaults:1 | 39522 ||| Stepping randomly (stuck).
 39524 | Vaults:1 | 39524 ||| Stepping randomly (stuck).
 39526 | Vaults:1 | 39526 ||| Stepping randomly (stuck).
 39528 | Vaults:1 | 39528 ||| Stepping randomly (stuck).
 39530 | Vaults:1 | 39530 ||| Stepping randomly (stuck).
 39532 | Vaults:1 | 39532 ||| Stepping randomly (stuck).
 39534 | Vaults:1 | 39534 ||| Stepping randomly (stuck).
 39536 | Vaults:1 | 39536 ||| Stepping randomly (stuck).
 39538 | Vaults:1 | 39538 ||| Stepping randomly (stuck).
 39540 | Vaults:1 | 39540 ||| Stepping randomly (stuck).
 39542 | Vaults:1 | 39542 ||| Stepping randomly (stuck).
 39544 | Vaults:1 | 39544 ||| Stepping randomly (stuck).
 39546 | Vaults:1 | 39546 ||| Stepping randomly (stuck).
 39548 | Vaults:1 | 39548 ||| Stepping randomly (stuck).
 39550 | Vaults:1 | 39550 ||| Stepping randomly (stuck).
 39552 | Vaults:1 | 39552 ||| Stepping randomly (stuck).
 39554 | Vaults:1 | 39554 ||| Stepping randomly (stuck).
 39556 | Vaults:1 | 39556 ||| Stepping randomly (stuck).
 39558 | Vaults:1 | 39558 ||| Stepping randomly (stuck).
 39560 | Vaults:1 | 39560 ||| Stepping randomly (stuck).
 39562 | Vaults:1 | 39562 ||| Stepping randomly (stuck).
 39562 | Vaults:1 | Touched by the power of Zot (MHP 128 -> 104)
 39563 | Vaults:1 | Glimpsed the power of Zot.
 39564 | Vaults:1 | 39564 ||| Stepping randomly (stuck).
 39566 | Vaults:1 | 39566 ||| Stepping randomly (stuck).
 39568 | Vaults:1 | 39568 ||| Stepping randomly (stuck).
 39570 | Vaults:1 | 39570 ||| Stepping randomly (stuck).
 39572 | Vaults:1 | 39572 ||| Stepping randomly (stuck).
 39574 | Vaults:1 | 39574 ||| Stepping randomly (stuck).
 39576 | Vaults:1 | 39576 ||| Stepping randomly (stuck).
 39578 | Vaults:1 | 39578 ||| Stepping randomly (stuck).
 39580 | Vaults:1 | 39580 ||| Stepping randomly (stuck).
 39582 | Vaults:1 | 39582 ||| Stepping randomly (stuck).
 39584 | Vaults:1 | 39584 ||| Stepping randomly (stuck).
 39586 | Vaults:1 | 39586 ||| Stepping randomly (stuck).
 39588 | Vaults:1 | 39588 ||| Stepping randomly (stuck).
 39590 | Vaults:1 | 39590 ||| Stepping randomly (stuck).
 39592 | Vaults:1 | 39592 ||| Stepping randomly (stuck).
 39594 | Vaults:1 | 39594 ||| Stepping randomly (stuck).
 39596 | Vaults:1 | 39596 ||| Stepping randomly (stuck).
 39598 | Vaults:1 | 39598 ||| Stepping randomly (stuck).
 39600 | Vaults:1 | 39600 ||| Stepping randomly (stuck).
 39602 | Vaults:1 | 39602 ||| Stepping randomly (stuck).
 39604 | Vaults:1 | 39604 ||| Stepping randomly (stuck).
 39606 | Vaults:1 | 39606 ||| Stepping randomly (stuck).
 39608 | Vaults:1 | 39608 ||| Stepping randomly (stuck).
 39610 | Vaults:1 | 39610 ||| Stepping randomly (stuck).
 39612 | Vaults:1 | 39612 ||| Stepping randomly (stuck).
 39614 | Vaults:1 | 39614 ||| Stepping randomly (stuck).
 39616 | Vaults:1 | 39616 ||| Stepping randomly (stuck).
 39618 | Vaults:1 | 39618 ||| Stepping randomly (stuck).
 39620 | Vaults:1 | 39620 ||| Stepping randomly (stuck).
 39622 | Vaults:1 | 39622 ||| Stepping randomly (stuck).
 39624 | Vaults:1 | 39624 ||| Stepping randomly (stuck).
 39626 | Vaults:1 | 39626 ||| Stepping randomly (stuck).
 39628 | Vaults:1 | 39628 ||| Stepping randomly (stuck).
 39630 | Vaults:1 | 39630 ||| Stepping randomly (stuck).
 39632 | Vaults:1 | 39632 ||| Stepping randomly (stuck).
 39634 | Vaults:1 | 39634 ||| Stepping randomly (stuck).
 39636 | Vaults:1 | 39636 ||| Stepping randomly (stuck).
 39638 | Vaults:1 | 39638 ||| Stepping randomly (stuck).
 39640 | Vaults:1 | 39640 ||| Stepping randomly (stuck).
 39642 | Vaults:1 | 39642 ||| Stepping randomly (stuck).
 39644 | Vaults:1 | 39644 ||| Stepping randomly (stuck).
 39646 | Vaults:1 | 39646 ||| Stepping randomly (stuck).
 39648 | Vaults:1 | 39648 ||| Stepping randomly (stuck).
 39650 | Vaults:1 | 39650 ||| Stepping randomly (stuck).
 39652 | Vaults:1 | 39652 ||| Stepping randomly (stuck).
 39654 | Vaults:1 | 39654 ||| Stepping randomly (stuck).
 39656 | Vaults:1 | 39656 ||| Stepping randomly (stuck).
 39658 | Vaults:1 | 39658 ||| Stepping randomly (stuck).
 39660 | Vaults:1 | 39660 ||| Stepping randomly (stuck).
 39662 | Vaults:1 | 39662 ||| Stepping randomly (stuck).
 39664 | Vaults:1 | 39664 ||| Stepping randomly (stuck).
 39666 | Vaults:1 | 39666 ||| Stepping randomly (stuck).
 39668 | Vaults:1 | 39668 ||| Stepping randomly (stuck).
 39670 | Vaults:1 | 39670 ||| Stepping randomly (stuck).
 39672 | Vaults:1 | 39672 ||| Stepping randomly (stuck).
 39674 | Vaults:1 | 39674 ||| Stepping randomly (stuck).
 39676 | Vaults:1 | 39676 ||| Stepping randomly (stuck).
 39678 | Vaults:1 | 39678 ||| Stepping randomly (stuck).
 39680 | Vaults:1 | 39680 ||| Stepping randomly (stuck).
 39682 | Vaults:1 | 39682 ||| Stepping randomly (stuck).
 39684 | Vaults:1 | 39684 ||| Stepping randomly (stuck).
 39686 | Vaults:1 | 39686 ||| Stepping randomly (stuck).
 39688 | Vaults:1 | 39688 ||| Stepping randomly (stuck).
 39690 | Vaults:1 | 39690 ||| Stepping randomly (stuck).
 39692 | Vaults:1 | 39692 ||| Stepping randomly (stuck).
 39694 | Vaults:1 | 39694 ||| Stepping randomly (stuck).
 39696 | Vaults:1 | 39696 ||| Stepping randomly (stuck).
 39698 | Vaults:1 | 39698 ||| Stepping randomly (stuck).
 39700 | Vaults:1 | 39700 ||| Stepping randomly (stuck).
 39702 | Vaults:1 | 39702 ||| Stepping randomly (stuck).
 39704 | Vaults:1 | 39704 ||| Stepping randomly (stuck).
 39706 | Vaults:1 | 39706 ||| Stepping randomly (stuck).
 39708 | Vaults:1 | 39708 ||| Stepping randomly (stuck).
 39710 | Vaults:1 | 39710 ||| Stepping randomly (stuck).
 39712 | Vaults:1 | 39712 ||| Stepping randomly (stuck).
 39714 | Vaults:1 | 39714 ||| Stepping randomly (stuck).
 39716 | Vaults:1 | 39716 ||| Stepping randomly (stuck).
 39718 | Vaults:1 | 39718 ||| Stepping randomly (stuck).
 39720 | Vaults:1 | 39720 ||| Stepping randomly (stuck).
 39722 | Vaults:1 | 39722 ||| Stepping randomly (stuck).
 39724 | Vaults:1 | 39724 ||| Stepping randomly (stuck).
 39726 | Vaults:1 | 39726 ||| Stepping randomly (stuck).
 39728 | Vaults:1 | 39728 ||| Stepping randomly (stuck).
 39730 | Vaults:1 | 39730 ||| Stepping randomly (stuck).
 39732 | Vaults:1 | 39732 ||| Stepping randomly (stuck).
 39734 | Vaults:1 | 39734 ||| Stepping randomly (stuck).
 39736 | Vaults:1 | 39736 ||| Stepping randomly (stuck).
 39738 | Vaults:1 | 39738 ||| Stepping randomly (stuck).
 39740 | Vaults:1 | 39740 ||| Stepping randomly (stuck).
 39742 | Vaults:1 | 39742 ||| Stepping randomly (stuck).
 39744 | Vaults:1 | 39744 ||| Stepping randomly (stuck).
 39746 | Vaults:1 | 39746 ||| Stepping randomly (stuck).
 39748 | Vaults:1 | 39748 ||| Stepping randomly (stuck).
 39750 | Vaults:1 | 39750 ||| Stepping randomly (stuck).
 39752 | Vaults:1 | 39752 ||| Stepping randomly (stuck).
 39754 | Vaults:1 | 39754 ||| Stepping randomly (stuck).
 39756 | Vaults:1 | 39756 ||| Stepping randomly (stuck).
 39758 | Vaults:1 | 39758 ||| Stepping randomly (stuck).
 39760 | Vaults:1 | 39760 ||| Stepping randomly (stuck).
 39762 | Vaults:1 | 39762 ||| Stepping randomly (stuck).
 39764 | Vaults:1 | 39764 ||| Stepping randomly (stuck).
 39766 | Vaults:1 | 39766 ||| Stepping randomly (stuck).
 39768 | Vaults:1 | 39768 ||| Stepping randomly (stuck).
 39770 | Vaults:1 | 39770 ||| Stepping randomly (stuck).
 39772 | Vaults:1 | 39772 ||| Stepping randomly (stuck).
 39774 | Vaults:1 | 39774 ||| Stepping randomly (stuck).
 39776 | Vaults:1 | 39776 ||| Stepping randomly (stuck).
 39778 | Vaults:1 | 39778 ||| Stepping randomly (stuck).
 39780 | Vaults:1 | 39780 ||| Stepping randomly (stuck).
 39782 | Vaults:1 | 39782 ||| Stepping randomly (stuck).
 39784 | Vaults:1 | 39784 ||| Stepping randomly (stuck).
 39786 | Vaults:1 | 39786 ||| Stepping randomly (stuck).
 39788 | Vaults:1 | 39788 ||| Stepping randomly (stuck).
 39790 | Vaults:1 | 39790 ||| Stepping randomly (stuck).
 39792 | Vaults:1 | 39792 ||| Stepping randomly (stuck).
 39794 | Vaults:1 | 39794 ||| Stepping randomly (stuck).
 39796 | Vaults:1 | 39796 ||| Stepping randomly (stuck).
 39798 | Vaults:1 | 39798 ||| Stepping randomly (stuck).
 39800 | Vaults:1 | 39800 ||| Stepping randomly (stuck).
 39802 | Vaults:1 | 39802 ||| Stepping randomly (stuck).
 39804 | Vaults:1 | 39804 ||| Stepping randomly (stuck).
 39806 | Vaults:1 | 39806 ||| Stepping randomly (stuck).
 39808 | Vaults:1 | 39808 ||| Stepping randomly (stuck).
 39810 | Vaults:1 | 39810 ||| Stepping randomly (stuck).
 39812 | Vaults:1 | 39812 ||| Stepping randomly (stuck).
 39814 | Vaults:1 | 39814 ||| Stepping randomly (stuck).
 39816 | Vaults:1 | 39816 ||| Stepping randomly (stuck).
 39818 | Vaults:1 | 39818 ||| Stepping randomly (stuck).
 39820 | Vaults:1 | 39820 ||| Stepping randomly (stuck).
 39822 | Vaults:1 | 39822 ||| Stepping randomly (stuck).
 39824 | Vaults:1 | 39824 ||| Stepping randomly (stuck).
 39826 | Vaults:1 | 39826 ||| Stepping randomly (stuck).
 39828 | Vaults:1 | 39828 ||| Stepping randomly (stuck).
 39830 | Vaults:1 | 39830 ||| Stepping randomly (stuck).
 39832 | Vaults:1 | 39832 ||| Stepping randomly (stuck).
 39834 | Vaults:1 | 39834 ||| Stepping randomly (stuck).
 39836 | Vaults:1 | 39836 ||| Stepping randomly (stuck).
 39838 | Vaults:1 | 39838 ||| Stepping randomly (stuck).
 39840 | Vaults:1 | 39840 ||| Stepping randomly (stuck).
 39842 | Vaults:1 | 39842 ||| Stepping randomly (stuck).
 39844 | Vaults:1 | 39844 ||| Stepping randomly (stuck).
 39846 | Vaults:1 | 39846 ||| Stepping randomly (stuck).
 39848 | Vaults:1 | 39848 ||| Stepping randomly (stuck).
 39850 | Vaults:1 | 39850 ||| Stepping randomly (stuck).
 39852 | Vaults:1 | 39852 ||| Stepping randomly (stuck).
 39854 | Vaults:1 | 39854 ||| Stepping randomly (stuck).
 39856 | Vaults:1 | 39856 ||| Stepping randomly (stuck).
 39858 | Vaults:1 | 39858 ||| Stepping randomly (stuck).
 39860 | Vaults:1 | 39860 ||| Stepping randomly (stuck).
 39862 | Vaults:1 | 39862 ||| Stepping randomly (stuck).
 39864 | Vaults:1 | 39864 ||| Stepping randomly (stuck).
 39866 | Vaults:1 | 39866 ||| Stepping randomly (stuck).
 39868 | Vaults:1 | 39868 ||| Stepping randomly (stuck).
 39870 | Vaults:1 | 39870 ||| Stepping randomly (stuck).
 39872 | Vaults:1 | 39872 ||| Stepping randomly (stuck).
 39874 | Vaults:1 | 39874 ||| Stepping randomly (stuck).
 39876 | Vaults:1 | 39876 ||| Stepping randomly (stuck).
 39878 | Vaults:1 | 39878 ||| Stepping randomly (stuck).
 39880 | Vaults:1 | 39880 ||| Stepping randomly (stuck).
 39882 | Vaults:1 | 39882 ||| Stepping randomly (stuck).
 39884 | Vaults:1 | 39884 ||| Stepping randomly (stuck).
 39886 | Vaults:1 | 39886 ||| Stepping randomly (stuck).
 39888 | Vaults:1 | 39888 ||| Stepping randomly (stuck).
 39890 | Vaults:1 | 39890 ||| Stepping randomly (stuck).
 39892 | Vaults:1 | 39892 ||| Stepping randomly (stuck).
 39894 | Vaults:1 | 39894 ||| Stepping randomly (stuck).
 39896 | Vaults:1 | 39896 ||| Stepping randomly (stuck).
 39898 | Vaults:1 | 39898 ||| Stepping randomly (stuck).
 39900 | Vaults:1 | 39900 ||| Stepping randomly (stuck).
 39902 | Vaults:1 | 39902 ||| Stepping randomly (stuck).
 39904 | Vaults:1 | 39904 ||| Stepping randomly (stuck).
 39906 | Vaults:1 | 39906 ||| Stepping randomly (stuck).
 39908 | Vaults:1 | 39908 ||| Stepping randomly (stuck).
 39910 | Vaults:1 | 39910 ||| Stepping randomly (stuck).
 39912 | Vaults:1 | 39912 ||| Stepping randomly (stuck).
 39914 | Vaults:1 | 39914 ||| Stepping randomly (stuck).
 39916 | Vaults:1 | 39916 ||| Stepping randomly (stuck).
 39918 | Vaults:1 | 39918 ||| Stepping randomly (stuck).
 39920 | Vaults:1 | 39920 ||| Stepping randomly (stuck).
 39922 | Vaults:1 | 39922 ||| Stepping randomly (stuck).
 39924 | Vaults:1 | 39924 ||| Stepping randomly (stuck).
 39926 | Vaults:1 | 39926 ||| Stepping randomly (stuck).
 39928 | Vaults:1 | 39928 ||| Stepping randomly (stuck).
 39930 | Vaults:1 | 39930 ||| Stepping randomly (stuck).
 39932 | Vaults:1 | 39932 ||| Stepping randomly (stuck).
 39934 | Vaults:1 | 39934 ||| Stepping randomly (stuck).
 39936 | Vaults:1 | 39936 ||| Stepping randomly (stuck).
 39938 | Vaults:1 | 39938 ||| Stepping randomly (stuck).
 39940 | Vaults:1 | 39940 ||| Stepping randomly (stuck).
 39942 | Vaults:1 | 39942 ||| Stepping randomly (stuck).
 39944 | Vaults:1 | 39944 ||| Stepping randomly (stuck).
 39946 | Vaults:1 | 39946 ||| Stepping randomly (stuck).
 39948 | Vaults:1 | 39948 ||| Stepping randomly (stuck).
 39950 | Vaults:1 | 39950 ||| Stepping randomly (stuck).
 39952 | Vaults:1 | 39952 ||| Stepping randomly (stuck).
 39954 | Vaults:1 | 39954 ||| Stepping randomly (stuck).
 39956 | Vaults:1 | 39956 ||| Stepping randomly (stuck).
 39958 | Vaults:1 | 39958 ||| Stepping randomly (stuck).
 39960 | Vaults:1 | 39960 ||| Stepping randomly (stuck).
 39962 | Vaults:1 | 39962 ||| Stepping randomly (stuck).
 39964 | Vaults:1 | 39964 ||| Stepping randomly (stuck).
 39966 | Vaults:1 | 39966 ||| Stepping randomly (stuck).
 39968 | Vaults:1 | 39968 ||| Stepping randomly (stuck).
 39970 | Vaults:1 | 39970 ||| Stepping randomly (stuck).
 39972 | Vaults:1 | 39972 ||| Stepping randomly (stuck).
 39974 | Vaults:1 | 39974 ||| Stepping randomly (stuck).
 39976 | Vaults:1 | 39976 ||| Stepping randomly (stuck).
 39978 | Vaults:1 | 39978 ||| Stepping randomly (stuck).
 39980 | Vaults:1 | 39980 ||| Stepping randomly (stuck).
 39982 | Vaults:1 | 39982 ||| Stepping randomly (stuck).
 39984 | Vaults:1 | 39984 ||| Stepping randomly (stuck).
 39986 | Vaults:1 | 39986 ||| Stepping randomly (stuck).
 39988 | Vaults:1 | 39988 ||| Stepping randomly (stuck).
 39990 | Vaults:1 | 39990 ||| Stepping randomly (stuck).
 39992 | Vaults:1 | 39992 ||| Stepping randomly (stuck).
 39994 | Vaults:1 | 39994 ||| Stepping randomly (stuck).
 39996 | Vaults:1 | 39996 ||| Stepping randomly (stuck).
 39998 | Vaults:1 | 39998 ||| Stepping randomly (stuck).
 40000 | Vaults:1 | 40000 ||| Stepping randomly (stuck).
 40002 | Vaults:1 | 40002 ||| Stepping randomly (stuck).
 40004 | Vaults:1 | 40004 ||| Stepping randomly (stuck).
 40006 | Vaults:1 | 40006 ||| Stepping randomly (stuck).
 40008 | Vaults:1 | 40008 ||| Stepping randomly (stuck).
 40010 | Vaults:1 | 40010 ||| Stepping randomly (stuck).
 40012 | Vaults:1 | 40012 ||| Stepping randomly (stuck).
 40014 | Vaults:1 | 40014 ||| Stepping randomly (stuck).
 40016 | Vaults:1 | 40016 ||| Stepping randomly (stuck).
 40018 | Vaults:1 | 40018 ||| Stepping randomly (stuck).
 40020 | Vaults:1 | 40020 ||| Stepping randomly (stuck).
 40022 | Vaults:1 | 40022 ||| Stepping randomly (stuck).
 40024 | Vaults:1 | 40024 ||| Stepping randomly (stuck).
 40026 | Vaults:1 | 40026 ||| Stepping randomly (stuck).
 40028 | Vaults:1 | 40028 ||| Stepping randomly (stuck).
 40030 | Vaults:1 | 40030 ||| Stepping randomly (stuck).
 40032 | Vaults:1 | 40032 ||| Stepping randomly (stuck).
 40034 | Vaults:1 | 40034 ||| Stepping randomly (stuck).
 40036 | Vaults:1 | 40036 ||| Stepping randomly (stuck).
 40038 | Vaults:1 | 40038 ||| Stepping randomly (stuck).
 40040 | Vaults:1 | 40040 ||| Stepping randomly (stuck).
 40042 | Vaults:1 | 40042 ||| Stepping randomly (stuck).
 40044 | Vaults:1 | 40044 ||| Stepping randomly (stuck).
 40046 | Vaults:1 | 40046 ||| Stepping randomly (stuck).
 40048 | Vaults:1 | 40048 ||| Stepping randomly (stuck).
 40050 | Vaults:1 | 40050 ||| Stepping randomly (stuck).
 40052 | Vaults:1 | 40052 ||| Stepping randomly (stuck).
 40054 | Vaults:1 | 40054 ||| Stepping randomly (stuck).
 40056 | Vaults:1 | 40056 ||| Stepping randomly (stuck).
 40058 | Vaults:1 | 40058 ||| Stepping randomly (stuck).
 40060 | Vaults:1 | 40060 ||| Stepping randomly (stuck).
 40062 | Vaults:1 | 40062 ||| Stepping randomly (stuck).
 40063 | Vaults:1 | Glimpsed the power of Zot.
 40064 | Vaults:1 | 40064 ||| Stepping randomly (stuck).
 40066 | Vaults:1 | 40066 ||| Stepping randomly (stuck).
 40068 | Vaults:1 | 40068 ||| Stepping randomly (stuck).
 40070 | Vaults:1 | 40070 ||| Stepping randomly (stuck).
 40072 | Vaults:1 | 40072 ||| Stepping randomly (stuck).
 40074 | Vaults:1 | 40074 ||| Stepping randomly (stuck).
 40076 | Vaults:1 | 40076 ||| Stepping randomly (stuck).
 40078 | Vaults:1 | 40078 ||| Stepping randomly (stuck).
 40080 | Vaults:1 | 40080 ||| Stepping randomly (stuck).
 40082 | Vaults:1 | 40082 ||| Stepping randomly (stuck).
 40084 | Vaults:1 | 40084 ||| Stepping randomly (stuck).
 40086 | Vaults:1 | 40086 ||| Stepping randomly (stuck).
 40088 | Vaults:1 | 40088 ||| Stepping randomly (stuck).
 40090 | Vaults:1 | 40090 ||| Stepping randomly (stuck).
 40092 | Vaults:1 | 40092 ||| Stepping randomly (stuck).
 40094 | Vaults:1 | 40094 ||| Stepping randomly (stuck).
 40096 | Vaults:1 | 40096 ||| Stepping randomly (stuck).
 40098 | Vaults:1 | 40098 ||| Stepping randomly (stuck).
 40100 | Vaults:1 | 40100 ||| Stepping randomly (stuck).
 40102 | Vaults:1 | 40102 ||| Stepping randomly (stuck).
 40104 | Vaults:1 | 40104 ||| Stepping randomly (stuck).
 40106 | Vaults:1 | 40106 ||| Stepping randomly (stuck).
 40108 | Vaults:1 | 40108 ||| Stepping randomly (stuck).
 40110 | Vaults:1 | 40110 ||| Stepping randomly (stuck).
 40112 | Vaults:1 | 40112 ||| Stepping randomly (stuck).
 40114 | Vaults:1 | 40114 ||| Stepping randomly (stuck).
 40116 | Vaults:1 | 40116 ||| Stepping randomly (stuck).
 40118 | Vaults:1 | 40118 ||| Stepping randomly (stuck).
 40120 | Vaults:1 | 40120 ||| Stepping randomly (stuck).
 40122 | Vaults:1 | 40122 ||| Stepping randomly (stuck).
 40124 | Vaults:1 | 40124 ||| Stepping randomly (stuck).
 40126 | Vaults:1 | 40126 ||| Stepping randomly (stuck).
 40128 | Vaults:1 | 40128 ||| Stepping randomly (stuck).
 40130 | Vaults:1 | 40130 ||| Stepping randomly (stuck).
 40132 | Vaults:1 | 40132 ||| Stepping randomly (stuck).
 40134 | Vaults:1 | 40134 ||| Stepping randomly (stuck).
 40136 | Vaults:1 | 40136 ||| Stepping randomly (stuck).
 40138 | Vaults:1 | 40138 ||| Stepping randomly (stuck).
 40140 | Vaults:1 | 40140 ||| Stepping randomly (stuck).
 40142 | Vaults:1 | 40142 ||| Stepping randomly (stuck).
 40144 | Vaults:1 | 40144 ||| Stepping randomly (stuck).
 40146 | Vaults:1 | 40146 ||| Stepping randomly (stuck).
 40148 | Vaults:1 | 40148 ||| Stepping randomly (stuck).
 40150 | Vaults:1 | 40150 ||| Stepping randomly (stuck).
 40152 | Vaults:1 | 40152 ||| Stepping randomly (stuck).
 40154 | Vaults:1 | 40154 ||| Stepping randomly (stuck).
 40156 | Vaults:1 | 40156 ||| Stepping randomly (stuck).
 40158 | Vaults:1 | 40158 ||| Stepping randomly (stuck).
 40160 | Vaults:1 | 40160 ||| Stepping randomly (stuck).
 40162 | Vaults:1 | 40162 ||| Stepping randomly (stuck).
 40164 | Vaults:1 | 40164 ||| Stepping randomly (stuck).
 40166 | Vaults:1 | 40166 ||| Stepping randomly (stuck).
 40168 | Vaults:1 | 40168 ||| Stepping randomly (stuck).
 40170 | Vaults:1 | 40170 ||| Stepping randomly (stuck).
 40172 | Vaults:1 | 40172 ||| Stepping randomly (stuck).
 40174 | Vaults:1 | 40174 ||| Stepping randomly (stuck).
 40176 | Vaults:1 | 40176 ||| Stepping randomly (stuck).
 40178 | Vaults:1 | 40178 ||| Stepping randomly (stuck).
 40180 | Vaults:1 | 40180 ||| Stepping randomly (stuck).
 40182 | Vaults:1 | 40182 ||| Stepping randomly (stuck).
 40184 | Vaults:1 | 40184 ||| Stepping randomly (stuck).
 40186 | Vaults:1 | 40186 ||| Stepping randomly (stuck).
 40188 | Vaults:1 | 40188 ||| Stepping randomly (stuck).
 40190 | Vaults:1 | 40190 ||| Stepping randomly (stuck).
 40192 | Vaults:1 | 40192 ||| Stepping randomly (stuck).
 40194 | Vaults:1 | 40194 ||| Stepping randomly (stuck).
 40196 | Vaults:1 | 40196 ||| Stepping randomly (stuck).
 40198 | Vaults:1 | 40198 ||| Stepping randomly (stuck).
 40200 | Vaults:1 | 40200 ||| Stepping randomly (stuck).
 40202 | Vaults:1 | 40202 ||| Stepping randomly (stuck).
 40204 | Vaults:1 | 40204 ||| Stepping randomly (stuck).
 40206 | Vaults:1 | 40206 ||| Stepping randomly (stuck).
 40208 | Vaults:1 | 40208 ||| Stepping randomly (stuck).
 40210 | Vaults:1 | 40210 ||| Stepping randomly (stuck).
 40212 | Vaults:1 | 40212 ||| Stepping randomly (stuck).
 40214 | Vaults:1 | 40214 ||| Stepping randomly (stuck).
 40216 | Vaults:1 | 40216 ||| Stepping randomly (stuck).
 40218 | Vaults:1 | 40218 ||| Stepping randomly (stuck).
 40220 | Vaults:1 | 40220 ||| Stepping randomly (stuck).
 40222 | Vaults:1 | 40222 ||| Stepping randomly (stuck).
 40224 | Vaults:1 | 40224 ||| Stepping randomly (stuck).
 40226 | Vaults:1 | 40226 ||| Stepping randomly (stuck).
 40228 | Vaults:1 | 40228 ||| Stepping randomly (stuck).
 40230 | Vaults:1 | 40230 ||| Stepping randomly (stuck).
 40232 | Vaults:1 | 40232 ||| Stepping randomly (stuck).
 40234 | Vaults:1 | 40234 ||| Stepping randomly (stuck).
 40236 | Vaults:1 | 40236 ||| Stepping randomly (stuck).
 40238 | Vaults:1 | 40238 ||| Stepping randomly (stuck).
 40240 | Vaults:1 | 40240 ||| Stepping randomly (stuck).
 40242 | Vaults:1 | 40242 ||| Stepping randomly (stuck).
 40244 | Vaults:1 | 40244 ||| Stepping randomly (stuck).
 40246 | Vaults:1 | 40246 ||| Stepping randomly (stuck).
 40248 | Vaults:1 | 40248 ||| Stepping randomly (stuck).
 40250 | Vaults:1 | 40250 ||| Stepping randomly (stuck).
 40252 | Vaults:1 | 40252 ||| Stepping randomly (stuck).
 40254 | Vaults:1 | 40254 ||| Stepping randomly (stuck).
 40256 | Vaults:1 | 40256 ||| Stepping randomly (stuck).
 40258 | Vaults:1 | 40258 ||| Stepping randomly (stuck).
 40260 | Vaults:1 | 40260 ||| Stepping randomly (stuck).
 40262 | Vaults:1 | 40262 ||| Stepping randomly (stuck).
 40264 | Vaults:1 | 40264 ||| Stepping randomly (stuck).
 40266 | Vaults:1 | 40266 ||| Stepping randomly (stuck).
 40268 | Vaults:1 | 40268 ||| Stepping randomly (stuck).
 40270 | Vaults:1 | 40270 ||| Stepping randomly (stuck).
 40272 | Vaults:1 | 40272 ||| Stepping randomly (stuck).
 40274 | Vaults:1 | 40274 ||| Stepping randomly (stuck).
 40276 | Vaults:1 | 40276 ||| Stepping randomly (stuck).
 40278 | Vaults:1 | 40278 ||| Stepping randomly (stuck).
 40280 | Vaults:1 | 40280 ||| Stepping randomly (stuck).
 40282 | Vaults:1 | 40282 ||| Stepping randomly (stuck).
 40284 | Vaults:1 | 40284 ||| Stepping randomly (stuck).
 40286 | Vaults:1 | 40286 ||| Stepping randomly (stuck).
 40288 | Vaults:1 | 40288 ||| Stepping randomly (stuck).
 40290 | Vaults:1 | 40290 ||| Stepping randomly (stuck).
 40292 | Vaults:1 | 40292 ||| Stepping randomly (stuck).
 40294 | Vaults:1 | 40294 ||| Stepping randomly (stuck).
 40296 | Vaults:1 | 40296 ||| Stepping randomly (stuck).
 40298 | Vaults:1 | 40298 ||| Stepping randomly (stuck).
 40300 | Vaults:1 | 40300 ||| Stepping randomly (stuck).
 40302 | Vaults:1 | 40302 ||| Stepping randomly (stuck).
 40304 | Vaults:1 | 40304 ||| Stepping randomly (stuck).
 40306 | Vaults:1 | 40306 ||| Stepping randomly (stuck).
 40308 | Vaults:1 | 40308 ||| Stepping randomly (stuck).
 40310 | Vaults:1 | 40310 ||| Stepping randomly (stuck).
 40312 | Vaults:1 | 40312 ||| Stepping randomly (stuck).
 40314 | Vaults:1 | 40314 ||| Stepping randomly (stuck).
 40316 | Vaults:1 | 40316 ||| Stepping randomly (stuck).
 40318 | Vaults:1 | 40318 ||| Stepping randomly (stuck).
 40320 | Vaults:1 | 40320 ||| Stepping randomly (stuck).
 40322 | Vaults:1 | 40322 ||| Stepping randomly (stuck).
 40324 | Vaults:1 | 40324 ||| Stepping randomly (stuck).
 40326 | Vaults:1 | 40326 ||| Stepping randomly (stuck).
 40328 | Vaults:1 | 40328 ||| Stepping randomly (stuck).
 40330 | Vaults:1 | 40330 ||| Stepping randomly (stuck).
 40332 | Vaults:1 | 40332 ||| Stepping randomly (stuck).
 40334 | Vaults:1 | 40334 ||| Stepping randomly (stuck).
 40336 | Vaults:1 | 40336 ||| Stepping randomly (stuck).
 40338 | Vaults:1 | 40338 ||| Stepping randomly (stuck).
 40340 | Vaults:1 | 40340 ||| Stepping randomly (stuck).
 40342 | Vaults:1 | 40342 ||| Stepping randomly (stuck).
 40344 | Vaults:1 | 40344 ||| Stepping randomly (stuck).
 40346 | Vaults:1 | 40346 ||| Stepping randomly (stuck).
 40348 | Vaults:1 | 40348 ||| Stepping randomly (stuck).
 40350 | Vaults:1 | 40350 ||| Stepping randomly (stuck).
 40352 | Vaults:1 | 40352 ||| Stepping randomly (stuck).
 40354 | Vaults:1 | 40354 ||| Stepping randomly (stuck).
 40356 | Vaults:1 | 40356 ||| Stepping randomly (stuck).
 40358 | Vaults:1 | 40358 ||| Stepping randomly (stuck).
 40360 | Vaults:1 | 40360 ||| Stepping randomly (stuck).
 40362 | Vaults:1 | 40362 ||| Stepping randomly (stuck).
 40364 | Vaults:1 | 40364 ||| Stepping randomly (stuck).
 40366 | Vaults:1 | 40366 ||| Stepping randomly (stuck).
 40368 | Vaults:1 | 40368 ||| Stepping randomly (stuck).
 40370 | Vaults:1 | 40370 ||| Stepping randomly (stuck).
 40372 | Vaults:1 | 40372 ||| Stepping randomly (stuck).
 40374 | Vaults:1 | 40374 ||| Stepping randomly (stuck).
 40376 | Vaults:1 | 40376 ||| Stepping randomly (stuck).
 40378 | Vaults:1 | 40378 ||| Stepping randomly (stuck).
 40380 | Vaults:1 | 40380 ||| Stepping randomly (stuck).
 40382 | Vaults:1 | 40382 ||| Stepping randomly (stuck).
 40384 | Vaults:1 | 40384 ||| Stepping randomly (stuck).
 40386 | Vaults:1 | 40386 ||| Stepping randomly (stuck).
 40388 | Vaults:1 | 40388 ||| Stepping randomly (stuck).
 40390 | Vaults:1 | 40390 ||| Stepping randomly (stuck).
 40392 | Vaults:1 | 40392 ||| Stepping randomly (stuck).
 40394 | Vaults:1 | 40394 ||| Stepping randomly (stuck).
 40396 | Vaults:1 | 40396 ||| Stepping randomly (stuck).
 40398 | Vaults:1 | 40398 ||| Stepping randomly (stuck).
 40400 | Vaults:1 | 40400 ||| Stepping randomly (stuck).
 40402 | Vaults:1 | 40402 ||| Stepping randomly (stuck).
 40404 | Vaults:1 | 40404 ||| Stepping randomly (stuck).
 40406 | Vaults:1 | 40406 ||| Stepping randomly (stuck).
 40408 | Vaults:1 | 40408 ||| Stepping randomly (stuck).
 40410 | Vaults:1 | 40410 ||| Stepping randomly (stuck).
 40412 | Vaults:1 | 40412 ||| Stepping randomly (stuck).
 40414 | Vaults:1 | 40414 ||| Stepping randomly (stuck).
 40416 | Vaults:1 | 40416 ||| Stepping randomly (stuck).
 40418 | Vaults:1 | 40418 ||| Stepping randomly (stuck).
 40420 | Vaults:1 | 40420 ||| Stepping randomly (stuck).
 40422 | Vaults:1 | 40422 ||| Stepping randomly (stuck).
 40424 | Vaults:1 | 40424 ||| Stepping randomly (stuck).
 40426 | Vaults:1 | 40426 ||| Stepping randomly (stuck).
 40428 | Vaults:1 | 40428 ||| Stepping randomly (stuck).
 40430 | Vaults:1 | 40430 ||| Stepping randomly (stuck).
 40432 | Vaults:1 | 40432 ||| Stepping randomly (stuck).
 40434 | Vaults:1 | 40434 ||| Stepping randomly (stuck).
 40436 | Vaults:1 | 40436 ||| Stepping randomly (stuck).
 40438 | Vaults:1 | 40438 ||| Stepping randomly (stuck).
 40440 | Vaults:1 | 40440 ||| Stepping randomly (stuck).
 40442 | Vaults:1 | 40442 ||| Stepping randomly (stuck).
 40444 | Vaults:1 | 40444 ||| Stepping randomly (stuck).
 40446 | Vaults:1 | 40446 ||| Stepping randomly (stuck).
 40448 | Vaults:1 | 40448 ||| Stepping randomly (stuck).
 40450 | Vaults:1 | 40450 ||| Stepping randomly (stuck).
 40452 | Vaults:1 | 40452 ||| Stepping randomly (stuck).
 40454 | Vaults:1 | 40454 ||| Stepping randomly (stuck).
 40456 | Vaults:1 | 40456 ||| Stepping randomly (stuck).
 40458 | Vaults:1 | 40458 ||| Stepping randomly (stuck).
 40460 | Vaults:1 | 40460 ||| Stepping randomly (stuck).
 40462 | Vaults:1 | 40462 ||| Stepping randomly (stuck).
 40463 | Vaults:1 | Glimpsed the power of Zot.
 40464 | Vaults:1 | 40464 ||| Stepping randomly (stuck).
 40466 | Vaults:1 | 40466 ||| Stepping randomly (stuck).
 40468 | Vaults:1 | 40468 ||| Stepping randomly (stuck).
 40470 | Vaults:1 | 40470 ||| Stepping randomly (stuck).
 40472 | Vaults:1 | 40472 ||| Stepping randomly (stuck).
 40474 | Vaults:1 | 40474 ||| Stepping randomly (stuck).
 40476 | Vaults:1 | 40476 ||| Stepping randomly (stuck).
 40478 | Vaults:1 | 40478 ||| Stepping randomly (stuck).
 40480 | Vaults:1 | 40480 ||| Stepping randomly (stuck).
 40482 | Vaults:1 | 40482 ||| Stepping randomly (stuck).
 40484 | Vaults:1 | 40484 ||| Stepping randomly (stuck).
 40486 | Vaults:1 | 40486 ||| Stepping randomly (stuck).
 40488 | Vaults:1 | 40488 ||| Stepping randomly (stuck).
 40490 | Vaults:1 | 40490 ||| Stepping randomly (stuck).
 40492 | Vaults:1 | 40492 ||| Stepping randomly (stuck).
 40494 | Vaults:1 | 40494 ||| Stepping randomly (stuck).
 40496 | Vaults:1 | 40496 ||| Stepping randomly (stuck).
 40498 | Vaults:1 | 40498 ||| Stepping randomly (stuck).
 40500 | Vaults:1 | 40500 ||| Stepping randomly (stuck).
 40502 | Vaults:1 | 40502 ||| Stepping randomly (stuck).
 40504 | Vaults:1 | 40504 ||| Stepping randomly (stuck).
 40506 | Vaults:1 | 40506 ||| Stepping randomly (stuck).
 40508 | Vaults:1 | 40508 ||| Stepping randomly (stuck).
 40510 | Vaults:1 | 40510 ||| Stepping randomly (stuck).
 40512 | Vaults:1 | 40512 ||| Stepping randomly (stuck).
 40514 | Vaults:1 | 40514 ||| Stepping randomly (stuck).
 40516 | Vaults:1 | 40516 ||| Stepping randomly (stuck).
 40518 | Vaults:1 | 40518 ||| Stepping randomly (stuck).
 40520 | Vaults:1 | 40520 ||| Stepping randomly (stuck).
 40522 | Vaults:1 | 40522 ||| Stepping randomly (stuck).
 40524 | Vaults:1 | 40524 ||| Stepping randomly (stuck).
 40526 | Vaults:1 | 40526 ||| Stepping randomly (stuck).
 40528 | Vaults:1 | 40528 ||| Stepping randomly (stuck).
 40530 | Vaults:1 | 40530 ||| Stepping randomly (stuck).
 40532 | Vaults:1 | 40532 ||| Stepping randomly (stuck).
 40534 | Vaults:1 | 40534 ||| Stepping randomly (stuck).
 40536 | Vaults:1 | 40536 ||| Stepping randomly (stuck).
 40538 | Vaults:1 | 40538 ||| Stepping randomly (stuck).
 40540 | Vaults:1 | 40540 ||| Stepping randomly (stuck).
 40542 | Vaults:1 | 40542 ||| Stepping randomly (stuck).
 40544 | Vaults:1 | 40544 ||| Stepping randomly (stuck).
 40546 | Vaults:1 | 40546 ||| Stepping randomly (stuck).
 40548 | Vaults:1 | 40548 ||| Stepping randomly (stuck).
 40550 | Vaults:1 | 40550 ||| Stepping randomly (stuck).
 40552 | Vaults:1 | 40552 ||| Stepping randomly (stuck).
 40554 | Vaults:1 | 40554 ||| Stepping randomly (stuck).
 40556 | Vaults:1 | 40556 ||| Stepping randomly (stuck).
 40558 | Vaults:1 | 40558 ||| Stepping randomly (stuck).
 40560 | Vaults:1 | 40560 ||| Stepping randomly (stuck).
 40562 | Vaults:1 | 40562 ||| Stepping randomly (stuck).
 40562 | Vaults:1 | Touched by the power of Zot (MHP 109 -> 88)
 40563 | Vaults:1 | Glimpsed the power of Zot.
 40564 | Vaults:1 | 40564 ||| Stepping randomly (stuck).
 40566 | Vaults:1 | 40566 ||| Stepping randomly (stuck).
 40568 | Vaults:1 | 40568 ||| Stepping randomly (stuck).
 40570 | Vaults:1 | 40570 ||| Stepping randomly (stuck).
 40572 | Vaults:1 | 40572 ||| Stepping randomly (stuck).
 40574 | Vaults:1 | 40574 ||| Stepping randomly (stuck).
 40576 | Vaults:1 | 40576 ||| Stepping randomly (stuck).
 40578 | Vaults:1 | 40578 ||| Stepping randomly (stuck).
 40580 | Vaults:1 | 40580 ||| Stepping randomly (stuck).
 40582 | Vaults:1 | 40582 ||| Stepping randomly (stuck).
 40584 | Vaults:1 | 40584 ||| Stepping randomly (stuck).
 40586 | Vaults:1 | 40586 ||| Stepping randomly (stuck).
 40588 | Vaults:1 | 40588 ||| Stepping randomly (stuck).
 40590 | Vaults:1 | 40590 ||| Stepping randomly (stuck).
 40592 | Vaults:1 | 40592 ||| Stepping randomly (stuck).
 40594 | Vaults:1 | 40594 ||| Stepping randomly (stuck).
 40596 | Vaults:1 | 40596 ||| Stepping randomly (stuck).
 40598 | Vaults:1 | 40598 ||| Stepping randomly (stuck).
 40600 | Vaults:1 | 40600 ||| Stepping randomly (stuck).
 40602 | Vaults:1 | 40602 ||| Stepping randomly (stuck).
 40604 | Vaults:1 | 40604 ||| Stepping randomly (stuck).
 40606 | Vaults:1 | 40606 ||| Stepping randomly (stuck).
 40608 | Vaults:1 | 40608 ||| Stepping randomly (stuck).
 40610 | Vaults:1 | 40610 ||| Stepping randomly (stuck).
 40612 | Vaults:1 | 40612 ||| Stepping randomly (stuck).
 40614 | Vaults:1 | 40614 ||| Stepping randomly (stuck).
 40616 | Vaults:1 | 40616 ||| Stepping randomly (stuck).
 40618 | Vaults:1 | 40618 ||| Stepping randomly (stuck).
 40620 | Vaults:1 | 40620 ||| Stepping randomly (stuck).
 40622 | Vaults:1 | 40622 ||| Stepping randomly (stuck).
 40624 | Vaults:1 | 40624 ||| Stepping randomly (stuck).
 40626 | Vaults:1 | 40626 ||| Stepping randomly (stuck).
 40628 | Vaults:1 | 40628 ||| Stepping randomly (stuck).
 40630 | Vaults:1 | 40630 ||| Stepping randomly (stuck).
 40632 | Vaults:1 | 40632 ||| Stepping randomly (stuck).
 40634 | Vaults:1 | 40634 ||| Stepping randomly (stuck).
 40636 | Vaults:1 | 40636 ||| Stepping randomly (stuck).
 40638 | Vaults:1 | 40638 ||| Stepping randomly (stuck).
 40640 | Vaults:1 | 40640 ||| Stepping randomly (stuck).
 40642 | Vaults:1 | 40642 ||| Stepping randomly (stuck).
 40644 | Vaults:1 | 40644 ||| Stepping randomly (stuck).
 40646 | Vaults:1 | 40646 ||| Stepping randomly (stuck).
 40648 | Vaults:1 | 40648 ||| Stepping randomly (stuck).
 40650 | Vaults:1 | 40650 ||| Stepping randomly (stuck).
 40652 | Vaults:1 | 40652 ||| Stepping randomly (stuck).
 40654 | Vaults:1 | 40654 ||| Stepping randomly (stuck).
 40656 | Vaults:1 | 40656 ||| Stepping randomly (stuck).
 40658 | Vaults:1 | 40658 ||| Stepping randomly (stuck).
 40660 | Vaults:1 | 40660 ||| Stepping randomly (stuck).
 40662 | Vaults:1 | 40662 ||| Stepping randomly (stuck).
 40664 | Vaults:1 | 40664 ||| Stepping randomly (stuck).
 40666 | Vaults:1 | 40666 ||| Stepping randomly (stuck).
 40668 | Vaults:1 | 40668 ||| Stepping randomly (stuck).
 40670 | Vaults:1 | 40670 ||| Stepping randomly (stuck).
 40672 | Vaults:1 | 40672 ||| Stepping randomly (stuck).
 40674 | Vaults:1 | 40674 ||| Stepping randomly (stuck).
 40676 | Vaults:1 | 40676 ||| Stepping randomly (stuck).
 40678 | Vaults:1 | 40678 ||| Stepping randomly (stuck).
 40680 | Vaults:1 | 40680 ||| Stepping randomly (stuck).
 40682 | Vaults:1 | 40682 ||| Stepping randomly (stuck).
 40684 | Vaults:1 | 40684 ||| Stepping randomly (stuck).
 40686 | Vaults:1 | 40686 ||| Stepping randomly (stuck).
 40688 | Vaults:1 | 40688 ||| Stepping randomly (stuck).
 40690 | Vaults:1 | 40690 ||| Stepping randomly (stuck).
 40692 | Vaults:1 | 40692 ||| Stepping randomly (stuck).
 40694 | Vaults:1 | 40694 ||| Stepping randomly (stuck).
 40696 | Vaults:1 | 40696 ||| Stepping randomly (stuck).
 40698 | Vaults:1 | 40698 ||| Stepping randomly (stuck).
 40700 | Vaults:1 | 40700 ||| Stepping randomly (stuck).
 40702 | Vaults:1 | 40702 ||| Stepping randomly (stuck).
 40704 | Vaults:1 | 40704 ||| Stepping randomly (stuck).
 40706 | Vaults:1 | 40706 ||| Stepping randomly (stuck).
 40708 | Vaults:1 | 40708 ||| Stepping randomly (stuck).
 40710 | Vaults:1 | 40710 ||| Stepping randomly (stuck).
 40712 | Vaults:1 | 40712 ||| Stepping randomly (stuck).
 40714 | Vaults:1 | 40714 ||| Stepping randomly (stuck).
 40716 | Vaults:1 | 40716 ||| Stepping randomly (stuck).
 40718 | Vaults:1 | 40718 ||| Stepping randomly (stuck).
 40720 | Vaults:1 | 40720 ||| Stepping randomly (stuck).
 40722 | Vaults:1 | 40722 ||| Stepping randomly (stuck).
 40724 | Vaults:1 | 40724 ||| Stepping randomly (stuck).
 40726 | Vaults:1 | 40726 ||| Stepping randomly (stuck).
 40728 | Vaults:1 | 40728 ||| Stepping randomly (stuck).
 40730 | Vaults:1 | 40730 ||| Stepping randomly (stuck).
 40732 | Vaults:1 | 40732 ||| Stepping randomly (stuck).
 40734 | Vaults:1 | 40734 ||| Stepping randomly (stuck).
 40736 | Vaults:1 | 40736 ||| Stepping randomly (stuck).
 40738 | Vaults:1 | 40738 ||| Stepping randomly (stuck).
 40740 | Vaults:1 | 40740 ||| Stepping randomly (stuck).
 40742 | Vaults:1 | 40742 ||| Stepping randomly (stuck).
 40744 | Vaults:1 | 40744 ||| Stepping randomly (stuck).
 40746 | Vaults:1 | 40746 ||| Stepping randomly (stuck).
 40748 | Vaults:1 | 40748 ||| Stepping randomly (stuck).
 40750 | Vaults:1 | 40750 ||| Stepping randomly (stuck).
 40752 | Vaults:1 | 40752 ||| Stepping randomly (stuck).
 40754 | Vaults:1 | 40754 ||| Stepping randomly (stuck).
 40756 | Vaults:1 | 40756 ||| Stepping randomly (stuck).
 40758 | Vaults:1 | 40758 ||| Stepping randomly (stuck).
 40760 | Vaults:1 | 40760 ||| Stepping randomly (stuck).
 40762 | Vaults:1 | 40762 ||| Stepping randomly (stuck).
 40764 | Vaults:1 | 40764 ||| Stepping randomly (stuck).
 40766 | Vaults:1 | 40766 ||| Stepping randomly (stuck).
 40768 | Vaults:1 | 40768 ||| Stepping randomly (stuck).
 40770 | Vaults:1 | 40770 ||| Stepping randomly (stuck).
 40772 | Vaults:1 | 40772 ||| Stepping randomly (stuck).
 40774 | Vaults:1 | 40774 ||| Stepping randomly (stuck).
 40776 | Vaults:1 | 40776 ||| Stepping randomly (stuck).
 40778 | Vaults:1 | 40778 ||| Stepping randomly (stuck).
 40780 | Vaults:1 | 40780 ||| Stepping randomly (stuck).
 40782 | Vaults:1 | 40782 ||| Stepping randomly (stuck).
 40784 | Vaults:1 | 40784 ||| Stepping randomly (stuck).
 40786 | Vaults:1 | 40786 ||| Stepping randomly (stuck).
 40788 | Vaults:1 | 40788 ||| Stepping randomly (stuck).
 40790 | Vaults:1 | 40790 ||| Stepping randomly (stuck).
 40792 | Vaults:1 | 40792 ||| Stepping randomly (stuck).
 40794 | Vaults:1 | 40794 ||| Stepping randomly (stuck).
 40796 | Vaults:1 | 40796 ||| Stepping randomly (stuck).
 40798 | Vaults:1 | 40798 ||| Stepping randomly (stuck).
 40800 | Vaults:1 | 40800 ||| Stepping randomly (stuck).
 40802 | Vaults:1 | 40802 ||| Stepping randomly (stuck).
 40804 | Vaults:1 | 40804 ||| Stepping randomly (stuck).
 40806 | Vaults:1 | 40806 ||| Stepping randomly (stuck).
 40808 | Vaults:1 | 40808 ||| Stepping randomly (stuck).
 40810 | Vaults:1 | 40810 ||| Stepping randomly (stuck).
 40812 | Vaults:1 | 40812 ||| Stepping randomly (stuck).
 40814 | Vaults:1 | 40814 ||| Stepping randomly (stuck).
 40816 | Vaults:1 | 40816 ||| Stepping randomly (stuck).
 40818 | Vaults:1 | 40818 ||| Stepping randomly (stuck).
 40820 | Vaults:1 | 40820 ||| Stepping randomly (stuck).
 40822 | Vaults:1 | 40822 ||| Stepping randomly (stuck).
 40824 | Vaults:1 | 40824 ||| Stepping randomly (stuck).
 40826 | Vaults:1 | 40826 ||| Stepping randomly (stuck).
 40828 | Vaults:1 | 40828 ||| Stepping randomly (stuck).
 40830 | Vaults:1 | 40830 ||| Stepping randomly (stuck).
 40832 | Vaults:1 | 40832 ||| Stepping randomly (stuck).
 40834 | Vaults:1 | 40834 ||| Stepping randomly (stuck).
 40836 | Vaults:1 | 40836 ||| Stepping randomly (stuck).
 40838 | Vaults:1 | 40838 ||| Stepping randomly (stuck).
 40840 | Vaults:1 | 40840 ||| Stepping randomly (stuck).
 40842 | Vaults:1 | 40842 ||| Stepping randomly (stuck).
 40844 | Vaults:1 | 40844 ||| Stepping randomly (stuck).
 40846 | Vaults:1 | 40846 ||| Stepping randomly (stuck).
 40848 | Vaults:1 | 40848 ||| Stepping randomly (stuck).
 40850 | Vaults:1 | 40850 ||| Stepping randomly (stuck).
 40852 | Vaults:1 | 40852 ||| Stepping randomly (stuck).
 40854 | Vaults:1 | 40854 ||| Stepping randomly (stuck).
 40856 | Vaults:1 | 40856 ||| Stepping randomly (stuck).
 40858 | Vaults:1 | 40858 ||| Stepping randomly (stuck).
 40860 | Vaults:1 | 40860 ||| Stepping randomly (stuck).
 40862 | Vaults:1 | 40862 ||| Stepping randomly (stuck).
 40864 | Vaults:1 | 40864 ||| Stepping randomly (stuck).
 40866 | Vaults:1 | 40866 ||| Stepping randomly (stuck).
 40868 | Vaults:1 | 40868 ||| Stepping randomly (stuck).
 40870 | Vaults:1 | 40870 ||| Stepping randomly (stuck).
 40872 | Vaults:1 | 40872 ||| Stepping randomly (stuck).
 40874 | Vaults:1 | 40874 ||| Stepping randomly (stuck).
 40876 | Vaults:1 | 40876 ||| Stepping randomly (stuck).
 40878 | Vaults:1 | 40878 ||| Stepping randomly (stuck).
 40880 | Vaults:1 | 40880 ||| Stepping randomly (stuck).
 40882 | Vaults:1 | 40882 ||| Stepping randomly (stuck).
 40884 | Vaults:1 | 40884 ||| Stepping randomly (stuck).
 40886 | Vaults:1 | 40886 ||| Stepping randomly (stuck).
 40888 | Vaults:1 | 40888 ||| Stepping randomly (stuck).
 40890 | Vaults:1 | 40890 ||| Stepping randomly (stuck).
 40892 | Vaults:1 | 40892 ||| Stepping randomly (stuck).
 40894 | Vaults:1 | 40894 ||| Stepping randomly (stuck).
 40896 | Vaults:1 | 40896 ||| Stepping randomly (stuck).
 40898 | Vaults:1 | 40898 ||| Stepping randomly (stuck).
 40900 | Vaults:1 | 40900 ||| Stepping randomly (stuck).
 40902 | Vaults:1 | 40902 ||| Stepping randomly (stuck).
 40904 | Vaults:1 | 40904 ||| Stepping randomly (stuck).
 40906 | Vaults:1 | 40906 ||| Stepping randomly (stuck).
 40908 | Vaults:1 | 40908 ||| Stepping randomly (stuck).
 40910 | Vaults:1 | 40910 ||| Stepping randomly (stuck).
 40912 | Vaults:1 | 40912 ||| Stepping randomly (stuck).
 40914 | Vaults:1 | 40914 ||| Stepping randomly (stuck).
 40916 | Vaults:1 | 40916 ||| Stepping randomly (stuck).
 40918 | Vaults:1 | 40918 ||| Stepping randomly (stuck).
 40920 | Vaults:1 | 40920 ||| Stepping randomly (stuck).
 40922 | Vaults:1 | 40922 ||| Stepping randomly (stuck).
 40924 | Vaults:1 | 40924 ||| Stepping randomly (stuck).
 40926 | Vaults:1 | 40926 ||| Stepping randomly (stuck).
 40928 | Vaults:1 | 40928 ||| Stepping randomly (stuck).
 40930 | Vaults:1 | 40930 ||| Stepping randomly (stuck).
 40932 | Vaults:1 | 40932 ||| Stepping randomly (stuck).
 40934 | Vaults:1 | 40934 ||| Stepping randomly (stuck).
 40936 | Vaults:1 | 40936 ||| Stepping randomly (stuck).
 40938 | Vaults:1 | 40938 ||| Stepping randomly (stuck).
 40940 | Vaults:1 | 40940 ||| Stepping randomly (stuck).
 40942 | Vaults:1 | 40942 ||| Stepping randomly (stuck).
 40944 | Vaults:1 | 40944 ||| Stepping randomly (stuck).
 40946 | Vaults:1 | 40946 ||| Stepping randomly (stuck).
 40948 | Vaults:1 | 40948 ||| Stepping randomly (stuck).
 40950 | Vaults:1 | 40950 ||| Stepping randomly (stuck).
 40952 | Vaults:1 | 40952 ||| Stepping randomly (stuck).
 40954 | Vaults:1 | 40954 ||| Stepping randomly (stuck).
 40956 | Vaults:1 | 40956 ||| Stepping randomly (stuck).
 40958 | Vaults:1 | 40958 ||| Stepping randomly (stuck).
 40960 | Vaults:1 | 40960 ||| Stepping randomly (stuck).
 40962 | Vaults:1 | 40962 ||| Stepping randomly (stuck).
 40964 | Vaults:1 | 40964 ||| Stepping randomly (stuck).
 40966 | Vaults:1 | 40966 ||| Stepping randomly (stuck).
 40968 | Vaults:1 | 40968 ||| Stepping randomly (stuck).
 40970 | Vaults:1 | 40970 ||| Stepping randomly (stuck).
 40972 | Vaults:1 | 40972 ||| Stepping randomly (stuck).
 40974 | Vaults:1 | 40974 ||| Stepping randomly (stuck).
 40976 | Vaults:1 | 40976 ||| Stepping randomly (stuck).
 40978 | Vaults:1 | 40978 ||| Stepping randomly (stuck).
 40980 | Vaults:1 | 40980 ||| Stepping randomly (stuck).
 40982 | Vaults:1 | 40982 ||| Stepping randomly (stuck).
 40984 | Vaults:1 | 40984 ||| Stepping randomly (stuck).
 40986 | Vaults:1 | 40986 ||| Stepping randomly (stuck).
 40988 | Vaults:1 | 40988 ||| Stepping randomly (stuck).
 40990 | Vaults:1 | 40990 ||| Stepping randomly (stuck).
 40992 | Vaults:1 | 40992 ||| Stepping randomly (stuck).
 40994 | Vaults:1 | 40994 ||| Stepping randomly (stuck).
 40996 | Vaults:1 | 40996 ||| Stepping randomly (stuck).
 40998 | Vaults:1 | 40998 ||| Stepping randomly (stuck).
 41000 | Vaults:1 | 41000 ||| Stepping randomly (stuck).
 41002 | Vaults:1 | 41002 ||| Stepping randomly (stuck).
 41004 | Vaults:1 | 41004 ||| Stepping randomly (stuck).
 41006 | Vaults:1 | 41006 ||| Stepping randomly (stuck).
 41008 | Vaults:1 | 41008 ||| Stepping randomly (stuck).
 41010 | Vaults:1 | 41010 ||| Stepping randomly (stuck).
 41012 | Vaults:1 | 41012 ||| Stepping randomly (stuck).
 41014 | Vaults:1 | 41014 ||| Stepping randomly (stuck).
 41016 | Vaults:1 | 41016 ||| Stepping randomly (stuck).
 41018 | Vaults:1 | 41018 ||| Stepping randomly (stuck).
 41020 | Vaults:1 | 41020 ||| Stepping randomly (stuck).
 41022 | Vaults:1 | 41022 ||| Stepping randomly (stuck).
 41024 | Vaults:1 | 41024 ||| Stepping randomly (stuck).
 41026 | Vaults:1 | 41026 ||| Stepping randomly (stuck).
 41028 | Vaults:1 | 41028 ||| Stepping randomly (stuck).
 41030 | Vaults:1 | 41030 ||| Stepping randomly (stuck).
 41032 | Vaults:1 | 41032 ||| Stepping randomly (stuck).
 41034 | Vaults:1 | 41034 ||| Stepping randomly (stuck).
 41036 | Vaults:1 | 41036 ||| Stepping randomly (stuck).
 41038 | Vaults:1 | 41038 ||| Stepping randomly (stuck).
 41040 | Vaults:1 | 41040 ||| Stepping randomly (stuck).
 41042 | Vaults:1 | 41042 ||| Stepping randomly (stuck).
 41044 | Vaults:1 | 41044 ||| Stepping randomly (stuck).
 41046 | Vaults:1 | 41046 ||| Stepping randomly (stuck).
 41048 | Vaults:1 | 41048 ||| Stepping randomly (stuck).
 41050 | Vaults:1 | 41050 ||| Stepping randomly (stuck).
 41052 | Vaults:1 | 41052 ||| Stepping randomly (stuck).
 41054 | Vaults:1 | 41054 ||| Stepping randomly (stuck).
 41056 | Vaults:1 | 41056 ||| Stepping randomly (stuck).
 41058 | Vaults:1 | 41058 ||| Stepping randomly (stuck).
 41060 | Vaults:1 | 41060 ||| Stepping randomly (stuck).
 41062 | Vaults:1 | 41062 ||| Stepping randomly (stuck).
 41063 | Vaults:1 | Glimpsed the power of Zot.
 41064 | Vaults:1 | 41064 ||| Stepping randomly (stuck).
 41066 | Vaults:1 | 41066 ||| Stepping randomly (stuck).
 41068 | Vaults:1 | 41068 ||| Stepping randomly (stuck).
 41070 | Vaults:1 | 41070 ||| Stepping randomly (stuck).
 41072 | Vaults:1 | 41072 ||| Stepping randomly (stuck).
 41074 | Vaults:1 | 41074 ||| Stepping randomly (stuck).
 41076 | Vaults:1 | 41076 ||| Stepping randomly (stuck).
 41078 | Vaults:1 | 41078 ||| Stepping randomly (stuck).
 41080 | Vaults:1 | 41080 ||| Stepping randomly (stuck).
 41082 | Vaults:1 | 41082 ||| Stepping randomly (stuck).
 41084 | Vaults:1 | 41084 ||| Stepping randomly (stuck).
 41086 | Vaults:1 | 41086 ||| Stepping randomly (stuck).
 41088 | Vaults:1 | 41088 ||| Stepping randomly (stuck).
 41090 | Vaults:1 | 41090 ||| Stepping randomly (stuck).
 41092 | Vaults:1 | 41092 ||| Stepping randomly (stuck).
 41094 | Vaults:1 | 41094 ||| Stepping randomly (stuck).
 41096 | Vaults:1 | 41096 ||| Stepping randomly (stuck).
 41098 | Vaults:1 | 41098 ||| Stepping randomly (stuck).
 41100 | Vaults:1 | 41100 ||| Stepping randomly (stuck).
 41102 | Vaults:1 | 41102 ||| Stepping randomly (stuck).
 41104 | Vaults:1 | 41104 ||| Stepping randomly (stuck).
 41106 | Vaults:1 | 41106 ||| Stepping randomly (stuck).
 41108 | Vaults:1 | 41108 ||| Stepping randomly (stuck).
 41110 | Vaults:1 | 41110 ||| Stepping randomly (stuck).
 41112 | Vaults:1 | 41112 ||| Stepping randomly (stuck).
 41114 | Vaults:1 | 41114 ||| Stepping randomly (stuck).
 41116 | Vaults:1 | 41116 ||| Stepping randomly (stuck).
 41118 | Vaults:1 | 41118 ||| Stepping randomly (stuck).
 41120 | Vaults:1 | 41120 ||| Stepping randomly (stuck).
 41122 | Vaults:1 | 41122 ||| Stepping randomly (stuck).
 41124 | Vaults:1 | 41124 ||| Stepping randomly (stuck).
 41126 | Vaults:1 | 41126 ||| Stepping randomly (stuck).
 41128 | Vaults:1 | 41128 ||| Stepping randomly (stuck).
 41130 | Vaults:1 | 41130 ||| Stepping randomly (stuck).
 41132 | Vaults:1 | 41132 ||| Stepping randomly (stuck).
 41134 | Vaults:1 | 41134 ||| Stepping randomly (stuck).
 41136 | Vaults:1 | 41136 ||| Stepping randomly (stuck).
 41138 | Vaults:1 | 41138 ||| Stepping randomly (stuck).
 41140 | Vaults:1 | 41140 ||| Stepping randomly (stuck).
 41142 | Vaults:1 | 41142 ||| Stepping randomly (stuck).
 41144 | Vaults:1 | 41144 ||| Stepping randomly (stuck).
 41146 | Vaults:1 | 41146 ||| Stepping randomly (stuck).
 41148 | Vaults:1 | 41148 ||| Stepping randomly (stuck).
 41150 | Vaults:1 | 41150 ||| Stepping randomly (stuck).
 41152 | Vaults:1 | 41152 ||| Stepping randomly (stuck).
 41154 | Vaults:1 | 41154 ||| Stepping randomly (stuck).
 41156 | Vaults:1 | 41156 ||| Stepping randomly (stuck).
 41158 | Vaults:1 | 41158 ||| Stepping randomly (stuck).
 41160 | Vaults:1 | 41160 ||| Stepping randomly (stuck).
 41162 | Vaults:1 | 41162 ||| Stepping randomly (stuck).
 41164 | Vaults:1 | 41164 ||| Stepping randomly (stuck).
 41166 | Vaults:1 | 41166 ||| Stepping randomly (stuck).
 41168 | Vaults:1 | 41168 ||| Stepping randomly (stuck).
 41170 | Vaults:1 | 41170 ||| Stepping randomly (stuck).
 41172 | Vaults:1 | 41172 ||| Stepping randomly (stuck).
 41174 | Vaults:1 | 41174 ||| Stepping randomly (stuck).
 41176 | Vaults:1 | 41176 ||| Stepping randomly (stuck).
 41178 | Vaults:1 | 41178 ||| Stepping randomly (stuck).
 41180 | Vaults:1 | 41180 ||| Stepping randomly (stuck).
 41182 | Vaults:1 | 41182 ||| Stepping randomly (stuck).
 41184 | Vaults:1 | 41184 ||| Stepping randomly (stuck).
 41186 | Vaults:1 | 41186 ||| Stepping randomly (stuck).
 41188 | Vaults:1 | 41188 ||| Stepping randomly (stuck).
 41190 | Vaults:1 | 41190 ||| Stepping randomly (stuck).
 41192 | Vaults:1 | 41192 ||| Stepping randomly (stuck).
 41194 | Vaults:1 | 41194 ||| Stepping randomly (stuck).
 41196 | Vaults:1 | 41196 ||| Stepping randomly (stuck).
 41198 | Vaults:1 | 41198 ||| Stepping randomly (stuck).
 41200 | Vaults:1 | 41200 ||| Stepping randomly (stuck).
 41202 | Vaults:1 | 41202 ||| Stepping randomly (stuck).
 41204 | Vaults:1 | 41204 ||| Stepping randomly (stuck).
 41206 | Vaults:1 | 41206 ||| Stepping randomly (stuck).
 41208 | Vaults:1 | 41208 ||| Stepping randomly (stuck).
 41210 | Vaults:1 | 41210 ||| Stepping randomly (stuck).
 41212 | Vaults:1 | 41212 ||| Stepping randomly (stuck).
 41214 | Vaults:1 | 41214 ||| Stepping randomly (stuck).
 41216 | Vaults:1 | 41216 ||| Stepping randomly (stuck).
 41218 | Vaults:1 | 41218 ||| Stepping randomly (stuck).
 41220 | Vaults:1 | 41220 ||| Stepping randomly (stuck).
 41222 | Vaults:1 | 41222 ||| Stepping randomly (stuck).
 41224 | Vaults:1 | 41224 ||| Stepping randomly (stuck).
 41226 | Vaults:1 | 41226 ||| Stepping randomly (stuck).
 41228 | Vaults:1 | 41228 ||| Stepping randomly (stuck).
 41230 | Vaults:1 | 41230 ||| Stepping randomly (stuck).
 41232 | Vaults:1 | 41232 ||| Stepping randomly (stuck).
 41234 | Vaults:1 | 41234 ||| Stepping randomly (stuck).
 41236 | Vaults:1 | 41236 ||| Stepping randomly (stuck).
 41238 | Vaults:1 | 41238 ||| Stepping randomly (stuck).
 41240 | Vaults:1 | 41240 ||| Stepping randomly (stuck).
 41242 | Vaults:1 | 41242 ||| Stepping randomly (stuck).
 41244 | Vaults:1 | 41244 ||| Stepping randomly (stuck).
 41246 | Vaults:1 | 41246 ||| Stepping randomly (stuck).
 41248 | Vaults:1 | 41248 ||| Stepping randomly (stuck).
 41250 | Vaults:1 | 41250 ||| Stepping randomly (stuck).
 41252 | Vaults:1 | 41252 ||| Stepping randomly (stuck).
 41254 | Vaults:1 | 41254 ||| Stepping randomly (stuck).
 41256 | Vaults:1 | 41256 ||| Stepping randomly (stuck).
 41258 | Vaults:1 | 41258 ||| Stepping randomly (stuck).
 41260 | Vaults:1 | 41260 ||| Stepping randomly (stuck).
 41262 | Vaults:1 | 41262 ||| Stepping randomly (stuck).
 41264 | Vaults:1 | 41264 ||| Stepping randomly (stuck).
 41266 | Vaults:1 | 41266 ||| Stepping randomly (stuck).
 41268 | Vaults:1 | 41268 ||| Stepping randomly (stuck).
 41270 | Vaults:1 | 41270 ||| Stepping randomly (stuck).
 41272 | Vaults:1 | 41272 ||| Stepping randomly (stuck).
 41274 | Vaults:1 | 41274 ||| Stepping randomly (stuck).
 41276 | Vaults:1 | 41276 ||| Stepping randomly (stuck).
 41278 | Vaults:1 | 41278 ||| Stepping randomly (stuck).
 41280 | Vaults:1 | 41280 ||| Stepping randomly (stuck).
 41282 | Vaults:1 | 41282 ||| Stepping randomly (stuck).
 41284 | Vaults:1 | 41284 ||| Stepping randomly (stuck).
 41286 | Vaults:1 | 41286 ||| Stepping randomly (stuck).
 41288 | Vaults:1 | 41288 ||| Stepping randomly (stuck).
 41290 | Vaults:1 | 41290 ||| Stepping randomly (stuck).
 41292 | Vaults:1 | 41292 ||| Stepping randomly (stuck).
 41294 | Vaults:1 | 41294 ||| Stepping randomly (stuck).
 41296 | Vaults:1 | 41296 ||| Stepping randomly (stuck).
 41298 | Vaults:1 | 41298 ||| Stepping randomly (stuck).
 41300 | Vaults:1 | 41300 ||| Stepping randomly (stuck).
 41302 | Vaults:1 | 41302 ||| Stepping randomly (stuck).
 41304 | Vaults:1 | 41304 ||| Stepping randomly (stuck).
 41306 | Vaults:1 | 41306 ||| Stepping randomly (stuck).
 41308 | Vaults:1 | 41308 ||| Stepping randomly (stuck).
 41310 | Vaults:1 | 41310 ||| Stepping randomly (stuck).
 41312 | Vaults:1 | 41312 ||| Stepping randomly (stuck).
 41314 | Vaults:1 | 41314 ||| Stepping randomly (stuck).
 41316 | Vaults:1 | 41316 ||| Stepping randomly (stuck).
 41318 | Vaults:1 | 41318 ||| Stepping randomly (stuck).
 41320 | Vaults:1 | 41320 ||| Stepping randomly (stuck).
 41322 | Vaults:1 | 41322 ||| Stepping randomly (stuck).
 41324 | Vaults:1 | 41324 ||| Stepping randomly (stuck).
 41326 | Vaults:1 | 41326 ||| Stepping randomly (stuck).
 41328 | Vaults:1 | 41328 ||| Stepping randomly (stuck).
 41330 | Vaults:1 | 41330 ||| Stepping randomly (stuck).
 41332 | Vaults:1 | 41332 ||| Stepping randomly (stuck).
 41334 | Vaults:1 | 41334 ||| Stepping randomly (stuck).
 41336 | Vaults:1 | 41336 ||| Stepping randomly (stuck).
 41338 | Vaults:1 | 41338 ||| Stepping randomly (stuck).
 41340 | Vaults:1 | 41340 ||| Stepping randomly (stuck).
 41342 | Vaults:1 | 41342 ||| Stepping randomly (stuck).
 41344 | Vaults:1 | 41344 ||| Stepping randomly (stuck).
 41346 | Vaults:1 | 41346 ||| Stepping randomly (stuck).
 41348 | Vaults:1 | 41348 ||| Stepping randomly (stuck).
 41350 | Vaults:1 | 41350 ||| Stepping randomly (stuck).
 41352 | Vaults:1 | 41352 ||| Stepping randomly (stuck).
 41354 | Vaults:1 | 41354 ||| Stepping randomly (stuck).
 41356 | Vaults:1 | 41356 ||| Stepping randomly (stuck).
 41358 | Vaults:1 | 41358 ||| Stepping randomly (stuck).
 41360 | Vaults:1 | 41360 ||| Stepping randomly (stuck).
 41362 | Vaults:1 | 41362 ||| Stepping randomly (stuck).
 41364 | Vaults:1 | 41364 ||| Stepping randomly (stuck).
 41366 | Vaults:1 | 41366 ||| Stepping randomly (stuck).
 41368 | Vaults:1 | 41368 ||| Stepping randomly (stuck).
 41370 | Vaults:1 | 41370 ||| Stepping randomly (stuck).
 41372 | Vaults:1 | 41372 ||| Stepping randomly (stuck).
 41374 | Vaults:1 | 41374 ||| Stepping randomly (stuck).
 41376 | Vaults:1 | 41376 ||| Stepping randomly (stuck).
 41378 | Vaults:1 | 41378 ||| Stepping randomly (stuck).
 41380 | Vaults:1 | 41380 ||| Stepping randomly (stuck).
 41382 | Vaults:1 | 41382 ||| Stepping randomly (stuck).
 41384 | Vaults:1 | 41384 ||| Stepping randomly (stuck).
 41386 | Vaults:1 | 41386 ||| Stepping randomly (stuck).
 41388 | Vaults:1 | 41388 ||| Stepping randomly (stuck).
 41390 | Vaults:1 | 41390 ||| Stepping randomly (stuck).
 41392 | Vaults:1 | 41392 ||| Stepping randomly (stuck).
 41394 | Vaults:1 | 41394 ||| Stepping randomly (stuck).
 41396 | Vaults:1 | 41396 ||| Stepping randomly (stuck).
 41398 | Vaults:1 | 41398 ||| Stepping randomly (stuck).
 41400 | Vaults:1 | 41400 ||| Stepping randomly (stuck).
 41402 | Vaults:1 | 41402 ||| Stepping randomly (stuck).
 41404 | Vaults:1 | 41404 ||| Stepping randomly (stuck).
 41406 | Vaults:1 | 41406 ||| Stepping randomly (stuck).
 41408 | Vaults:1 | 41408 ||| Stepping randomly (stuck).
 41410 | Vaults:1 | 41410 ||| Stepping randomly (stuck).
 41412 | Vaults:1 | 41412 ||| Stepping randomly (stuck).
 41414 | Vaults:1 | 41414 ||| Stepping randomly (stuck).
 41416 | Vaults:1 | 41416 ||| Stepping randomly (stuck).
 41418 | Vaults:1 | 41418 ||| Stepping randomly (stuck).
 41420 | Vaults:1 | 41420 ||| Stepping randomly (stuck).
 41422 | Vaults:1 | 41422 ||| Stepping randomly (stuck).
 41424 | Vaults:1 | 41424 ||| Stepping randomly (stuck).
 41426 | Vaults:1 | 41426 ||| Stepping randomly (stuck).
 41428 | Vaults:1 | 41428 ||| Stepping randomly (stuck).
 41430 | Vaults:1 | 41430 ||| Stepping randomly (stuck).
 41432 | Vaults:1 | 41432 ||| Stepping randomly (stuck).
 41434 | Vaults:1 | 41434 ||| Stepping randomly (stuck).
 41436 | Vaults:1 | 41436 ||| Stepping randomly (stuck).
 41438 | Vaults:1 | 41438 ||| Stepping randomly (stuck).
 41440 | Vaults:1 | 41440 ||| Stepping randomly (stuck).
 41442 | Vaults:1 | 41442 ||| Stepping randomly (stuck).
 41444 | Vaults:1 | 41444 ||| Stepping randomly (stuck).
 41446 | Vaults:1 | 41446 ||| Stepping randomly (stuck).
 41448 | Vaults:1 | 41448 ||| Stepping randomly (stuck).
 41450 | Vaults:1 | 41450 ||| Stepping randomly (stuck).
 41452 | Vaults:1 | 41452 ||| Stepping randomly (stuck).
 41454 | Vaults:1 | 41454 ||| Stepping randomly (stuck).
 41456 | Vaults:1 | 41456 ||| Stepping randomly (stuck).
 41458 | Vaults:1 | 41458 ||| Stepping randomly (stuck).
 41460 | Vaults:1 | 41460 ||| Stepping randomly (stuck).
 41462 | Vaults:1 | 41462 ||| Stepping randomly (stuck).
 41463 | Vaults:1 | Glimpsed the power of Zot.
 41464 | Vaults:1 | 41464 ||| Stepping randomly (stuck).
 41466 | Vaults:1 | 41466 ||| Stepping randomly (stuck).
 41468 | Vaults:1 | 41468 ||| Stepping randomly (stuck).
 41470 | Vaults:1 | 41470 ||| Stepping randomly (stuck).
 41472 | Vaults:1 | 41472 ||| Stepping randomly (stuck).
 41474 | Vaults:1 | 41474 ||| Stepping randomly (stuck).
 41476 | Vaults:1 | 41476 ||| Stepping randomly (stuck).
 41478 | Vaults:1 | 41478 ||| Stepping randomly (stuck).
 41480 | Vaults:1 | 41480 ||| Stepping randomly (stuck).
 41482 | Vaults:1 | 41482 ||| Stepping randomly (stuck).
 41484 | Vaults:1 | 41484 ||| Stepping randomly (stuck).
 41486 | Vaults:1 | 41486 ||| Stepping randomly (stuck).
 41488 | Vaults:1 | 41488 ||| Stepping randomly (stuck).
 41490 | Vaults:1 | 41490 ||| Stepping randomly (stuck).
 41492 | Vaults:1 | 41492 ||| Stepping randomly (stuck).
 41494 | Vaults:1 | 41494 ||| Stepping randomly (stuck).
 41496 | Vaults:1 | 41496 ||| Stepping randomly (stuck).
 41498 | Vaults:1 | 41498 ||| Stepping randomly (stuck).
 41500 | Vaults:1 | 41500 ||| Stepping randomly (stuck).
 41502 | Vaults:1 | 41502 ||| Stepping randomly (stuck).
 41504 | Vaults:1 | 41504 ||| Stepping randomly (stuck).
 41506 | Vaults:1 | 41506 ||| Stepping randomly (stuck).
 41508 | Vaults:1 | 41508 ||| Stepping randomly (stuck).
 41510 | Vaults:1 | 41510 ||| Stepping randomly (stuck).
 41512 | Vaults:1 | 41512 ||| Stepping randomly (stuck).
 41514 | Vaults:1 | 41514 ||| Stepping randomly (stuck).
 41516 | Vaults:1 | 41516 ||| Stepping randomly (stuck).
 41518 | Vaults:1 | 41518 ||| Stepping randomly (stuck).
 41520 | Vaults:1 | 41520 ||| Stepping randomly (stuck).
 41522 | Vaults:1 | 41522 ||| Stepping randomly (stuck).
 41524 | Vaults:1 | 41524 ||| Stepping randomly (stuck).
 41526 | Vaults:1 | 41526 ||| Stepping randomly (stuck).
 41528 | Vaults:1 | 41528 ||| Stepping randomly (stuck).
 41530 | Vaults:1 | 41530 ||| Stepping randomly (stuck).
 41532 | Vaults:1 | 41532 ||| Stepping randomly (stuck).
 41534 | Vaults:1 | 41534 ||| Stepping randomly (stuck).
 41536 | Vaults:1 | 41536 ||| Stepping randomly (stuck).
 41538 | Vaults:1 | 41538 ||| Stepping randomly (stuck).
 41540 | Vaults:1 | 41540 ||| Stepping randomly (stuck).
 41542 | Vaults:1 | 41542 ||| Stepping randomly (stuck).
 41544 | Vaults:1 | 41544 ||| Stepping randomly (stuck).
 41546 | Vaults:1 | 41546 ||| Stepping randomly (stuck).
 41548 | Vaults:1 | 41548 ||| Stepping randomly (stuck).
 41550 | Vaults:1 | 41550 ||| Stepping randomly (stuck).
 41552 | Vaults:1 | 41552 ||| Stepping randomly (stuck).
 41554 | Vaults:1 | 41554 ||| Stepping randomly (stuck).
 41556 | Vaults:1 | 41556 ||| Stepping randomly (stuck).
 41558 | Vaults:1 | 41558 ||| Stepping randomly (stuck).
 41560 | Vaults:1 | 41560 ||| Stepping randomly (stuck).
 41562 | Vaults:1 | 41562 ||| Stepping randomly (stuck).
 41562 | Vaults:1 | Touched by the power of Zot (MHP 92 -> 74)
 41563 | Vaults:1 | Glimpsed the power of Zot.
 41564 | Vaults:1 | 41564 ||| Stepping randomly (stuck).
 41566 | Vaults:1 | 41566 ||| Stepping randomly (stuck).
 41568 | Vaults:1 | 41568 ||| Stepping randomly (stuck).
 41570 | Vaults:1 | 41570 ||| Stepping randomly (stuck).
 41572 | Vaults:1 | 41572 ||| Stepping randomly (stuck).
 41574 | Vaults:1 | 41574 ||| Stepping randomly (stuck).
 41576 | Vaults:1 | 41576 ||| Stepping randomly (stuck).
 41578 | Vaults:1 | 41578 ||| Stepping randomly (stuck).
 41580 | Vaults:1 | 41580 ||| Stepping randomly (stuck).
 41582 | Vaults:1 | 41582 ||| Stepping randomly (stuck).
 41584 | Vaults:1 | 41584 ||| Stepping randomly (stuck).
 41586 | Vaults:1 | 41586 ||| Stepping randomly (stuck).
 41588 | Vaults:1 | 41588 ||| Stepping randomly (stuck).
 41590 | Vaults:1 | 41590 ||| Stepping randomly (stuck).
 41592 | Vaults:1 | 41592 ||| Stepping randomly (stuck).
 41594 | Vaults:1 | 41594 ||| Stepping randomly (stuck).
 41596 | Vaults:1 | 41596 ||| Stepping randomly (stuck).
 41598 | Vaults:1 | 41598 ||| Stepping randomly (stuck).
 41600 | Vaults:1 | 41600 ||| Stepping randomly (stuck).
 41602 | Vaults:1 | 41602 ||| Stepping randomly (stuck).
 41604 | Vaults:1 | 41604 ||| Stepping randomly (stuck).
 41606 | Vaults:1 | 41606 ||| Stepping randomly (stuck).
 41608 | Vaults:1 | 41608 ||| Stepping randomly (stuck).
 41610 | Vaults:1 | 41610 ||| Stepping randomly (stuck).
 41612 | Vaults:1 | 41612 ||| Stepping randomly (stuck).
 41614 | Vaults:1 | 41614 ||| Stepping randomly (stuck).
 41616 | Vaults:1 | 41616 ||| Stepping randomly (stuck).
 41618 | Vaults:1 | 41618 ||| Stepping randomly (stuck).
 41620 | Vaults:1 | 41620 ||| Stepping randomly (stuck).
 41622 | Vaults:1 | 41622 ||| Stepping randomly (stuck).
 41624 | Vaults:1 | 41624 ||| Stepping randomly (stuck).
 41626 | Vaults:1 | 41626 ||| Stepping randomly (stuck).
 41628 | Vaults:1 | 41628 ||| Stepping randomly (stuck).
 41630 | Vaults:1 | 41630 ||| Stepping randomly (stuck).
 41632 | Vaults:1 | 41632 ||| Stepping randomly (stuck).
 41634 | Vaults:1 | 41634 ||| Stepping randomly (stuck).
 41636 | Vaults:1 | 41636 ||| Stepping randomly (stuck).
 41638 | Vaults:1 | 41638 ||| Stepping randomly (stuck).
 41640 | Vaults:1 | 41640 ||| Stepping randomly (stuck).
 41642 | Vaults:1 | 41642 ||| Stepping randomly (stuck).
 41644 | Vaults:1 | 41644 ||| Stepping randomly (stuck).
 41646 | Vaults:1 | 41646 ||| Stepping randomly (stuck).
 41648 | Vaults:1 | 41648 ||| Stepping randomly (stuck).
 41650 | Vaults:1 | 41650 ||| Stepping randomly (stuck).
 41652 | Vaults:1 | 41652 ||| Stepping randomly (stuck).
 41654 | Vaults:1 | 41654 ||| Stepping randomly (stuck).
 41656 | Vaults:1 | 41656 ||| Stepping randomly (stuck).
 41658 | Vaults:1 | 41658 ||| Stepping randomly (stuck).
 41660 | Vaults:1 | 41660 ||| Stepping randomly (stuck).
 41662 | Vaults:1 | 41662 ||| Stepping randomly (stuck).
 41664 | Vaults:1 | 41664 ||| Stepping randomly (stuck).
 41666 | Vaults:1 | 41666 ||| Stepping randomly (stuck).
 41668 | Vaults:1 | 41668 ||| Stepping randomly (stuck).
 41670 | Vaults:1 | 41670 ||| Stepping randomly (stuck).
 41672 | Vaults:1 | 41672 ||| Stepping randomly (stuck).
 41674 | Vaults:1 | 41674 ||| Stepping randomly (stuck).
 41676 | Vaults:1 | 41676 ||| Stepping randomly (stuck).
 41678 | Vaults:1 | 41678 ||| Stepping randomly (stuck).
 41680 | Vaults:1 | 41680 ||| Stepping randomly (stuck).
 41682 | Vaults:1 | 41682 ||| Stepping randomly (stuck).
 41684 | Vaults:1 | 41684 ||| Stepping randomly (stuck).
 41686 | Vaults:1 | 41686 ||| Stepping randomly (stuck).
 41688 | Vaults:1 | 41688 ||| Stepping randomly (stuck).
 41690 | Vaults:1 | 41690 ||| Stepping randomly (stuck).
 41692 | Vaults:1 | 41692 ||| Stepping randomly (stuck).
 41694 | Vaults:1 | 41694 ||| Stepping randomly (stuck).
 41696 | Vaults:1 | 41696 ||| Stepping randomly (stuck).
 41698 | Vaults:1 | 41698 ||| Stepping randomly (stuck).
 41700 | Vaults:1 | 41700 ||| Stepping randomly (stuck).
 41702 | Vaults:1 | 41702 ||| Stepping randomly (stuck).
 41704 | Vaults:1 | 41704 ||| Stepping randomly (stuck).
 41706 | Vaults:1 | 41706 ||| Stepping randomly (stuck).
 41708 | Vaults:1 | 41708 ||| Stepping randomly (stuck).
 41710 | Vaults:1 | 41710 ||| Stepping randomly (stuck).
 41712 | Vaults:1 | 41712 ||| Stepping randomly (stuck).
 41714 | Vaults:1 | 41714 ||| Stepping randomly (stuck).
 41716 | Vaults:1 | 41716 ||| Stepping randomly (stuck).
 41718 | Vaults:1 | 41718 ||| Stepping randomly (stuck).
 41720 | Vaults:1 | 41720 ||| Stepping randomly (stuck).
 41722 | Vaults:1 | 41722 ||| Stepping randomly (stuck).
 41724 | Vaults:1 | 41724 ||| Stepping randomly (stuck).
 41726 | Vaults:1 | 41726 ||| Stepping randomly (stuck).
 41728 | Vaults:1 | 41728 ||| Stepping randomly (stuck).
 41730 | Vaults:1 | 41730 ||| Stepping randomly (stuck).
 41732 | Vaults:1 | 41732 ||| Stepping randomly (stuck).
 41734 | Vaults:1 | 41734 ||| Stepping randomly (stuck).
 41736 | Vaults:1 | 41736 ||| Stepping randomly (stuck).
 41738 | Vaults:1 | 41738 ||| Stepping randomly (stuck).
 41740 | Vaults:1 | 41740 ||| Stepping randomly (stuck).
 41742 | Vaults:1 | 41742 ||| Stepping randomly (stuck).
 41744 | Vaults:1 | 41744 ||| Stepping randomly (stuck).
 41746 | Vaults:1 | 41746 ||| Stepping randomly (stuck).
 41748 | Vaults:1 | 41748 ||| Stepping randomly (stuck).
 41750 | Vaults:1 | 41750 ||| Stepping randomly (stuck).
 41752 | Vaults:1 | 41752 ||| Stepping randomly (stuck).
 41754 | Vaults:1 | 41754 ||| Stepping randomly (stuck).
 41756 | Vaults:1 | 41756 ||| Stepping randomly (stuck).
 41758 | Vaults:1 | 41758 ||| Stepping randomly (stuck).
 41760 | Vaults:1 | 41760 ||| Stepping randomly (stuck).
 41762 | Vaults:1 | 41762 ||| Stepping randomly (stuck).
 41764 | Vaults:1 | 41764 ||| Stepping randomly (stuck).
 41766 | Vaults:1 | 41766 ||| Stepping randomly (stuck).
 41768 | Vaults:1 | 41768 ||| Stepping randomly (stuck).
 41770 | Vaults:1 | 41770 ||| Stepping randomly (stuck).
 41772 | Vaults:1 | 41772 ||| Stepping randomly (stuck).
 41774 | Vaults:1 | 41774 ||| Stepping randomly (stuck).
 41776 | Vaults:1 | 41776 ||| Stepping randomly (stuck).
 41778 | Vaults:1 | 41778 ||| Stepping randomly (stuck).
 41780 | Vaults:1 | 41780 ||| Stepping randomly (stuck).
 41782 | Vaults:1 | 41782 ||| Stepping randomly (stuck).
 41784 | Vaults:1 | 41784 ||| Stepping randomly (stuck).
 41786 | Vaults:1 | 41786 ||| Stepping randomly (stuck).
 41788 | Vaults:1 | 41788 ||| Stepping randomly (stuck).
 41790 | Vaults:1 | 41790 ||| Stepping randomly (stuck).
 41792 | Vaults:1 | 41792 ||| Stepping randomly (stuck).
 41794 | Vaults:1 | 41794 ||| Stepping randomly (stuck).
 41796 | Vaults:1 | 41796 ||| Stepping randomly (stuck).
 41798 | Vaults:1 | 41798 ||| Stepping randomly (stuck).
 41800 | Vaults:1 | 41800 ||| Stepping randomly (stuck).
 41802 | Vaults:1 | 41802 ||| Stepping randomly (stuck).
 41804 | Vaults:1 | 41804 ||| Stepping randomly (stuck).
 41806 | Vaults:1 | 41806 ||| Stepping randomly (stuck).
 41808 | Vaults:1 | 41808 ||| Stepping randomly (stuck).
 41810 | Vaults:1 | 41810 ||| Stepping randomly (stuck).
 41812 | Vaults:1 | 41812 ||| Stepping randomly (stuck).
 41814 | Vaults:1 | 41814 ||| Stepping randomly (stuck).
 41816 | Vaults:1 | 41816 ||| Stepping randomly (stuck).
 41818 | Vaults:1 | 41818 ||| Stepping randomly (stuck).
 41820 | Vaults:1 | 41820 ||| Stepping randomly (stuck).
 41822 | Vaults:1 | 41822 ||| Stepping randomly (stuck).
 41824 | Vaults:1 | 41824 ||| Stepping randomly (stuck).
 41826 | Vaults:1 | 41826 ||| Stepping randomly (stuck).
 41828 | Vaults:1 | 41828 ||| Stepping randomly (stuck).
 41830 | Vaults:1 | 41830 ||| Stepping randomly (stuck).
 41832 | Vaults:1 | 41832 ||| Stepping randomly (stuck).
 41834 | Vaults:1 | 41834 ||| Stepping randomly (stuck).
 41836 | Vaults:1 | 41836 ||| Stepping randomly (stuck).
 41838 | Vaults:1 | 41838 ||| Stepping randomly (stuck).
 41840 | Vaults:1 | 41840 ||| Stepping randomly (stuck).
 41842 | Vaults:1 | 41842 ||| Stepping randomly (stuck).
 41844 | Vaults:1 | 41844 ||| Stepping randomly (stuck).
 41846 | Vaults:1 | 41846 ||| Stepping randomly (stuck).
 41848 | Vaults:1 | 41848 ||| Stepping randomly (stuck).
 41850 | Vaults:1 | 41850 ||| Stepping randomly (stuck).
 41852 | Vaults:1 | 41852 ||| Stepping randomly (stuck).
 41854 | Vaults:1 | 41854 ||| Stepping randomly (stuck).
 41856 | Vaults:1 | 41856 ||| Stepping randomly (stuck).
 41858 | Vaults:1 | 41858 ||| Stepping randomly (stuck).
 41860 | Vaults:1 | 41860 ||| Stepping randomly (stuck).
 41862 | Vaults:1 | 41862 ||| Stepping randomly (stuck).
 41864 | Vaults:1 | 41864 ||| Stepping randomly (stuck).
 41866 | Vaults:1 | 41866 ||| Stepping randomly (stuck).
 41868 | Vaults:1 | 41868 ||| Stepping randomly (stuck).
 41870 | Vaults:1 | 41870 ||| Stepping randomly (stuck).
 41872 | Vaults:1 | 41872 ||| Stepping randomly (stuck).
 41874 | Vaults:1 | 41874 ||| Stepping randomly (stuck).
 41876 | Vaults:1 | 41876 ||| Stepping randomly (stuck).
 41878 | Vaults:1 | 41878 ||| Stepping randomly (stuck).
 41880 | Vaults:1 | 41880 ||| Stepping randomly (stuck).
 41882 | Vaults:1 | 41882 ||| Stepping randomly (stuck).
 41884 | Vaults:1 | 41884 ||| Stepping randomly (stuck).
 41886 | Vaults:1 | 41886 ||| Stepping randomly (stuck).
 41888 | Vaults:1 | 41888 ||| Stepping randomly (stuck).
 41890 | Vaults:1 | 41890 ||| Stepping randomly (stuck).
 41892 | Vaults:1 | 41892 ||| Stepping randomly (stuck).
 41894 | Vaults:1 | 41894 ||| Stepping randomly (stuck).
 41896 | Vaults:1 | 41896 ||| Stepping randomly (stuck).
 41898 | Vaults:1 | 41898 ||| Stepping randomly (stuck).
 41900 | Vaults:1 | 41900 ||| Stepping randomly (stuck).
 41902 | Vaults:1 | 41902 ||| Stepping randomly (stuck).
 41904 | Vaults:1 | 41904 ||| Stepping randomly (stuck).
 41906 | Vaults:1 | 41906 ||| Stepping randomly (stuck).
 41908 | Vaults:1 | 41908 ||| Stepping randomly (stuck).
 41910 | Vaults:1 | 41910 ||| Stepping randomly (stuck).
 41912 | Vaults:1 | 41912 ||| Stepping randomly (stuck).
 41914 | Vaults:1 | 41914 ||| Stepping randomly (stuck).
 41916 | Vaults:1 | 41916 ||| Stepping randomly (stuck).
 41918 | Vaults:1 | 41918 ||| Stepping randomly (stuck).
 41920 | Vaults:1 | 41920 ||| Stepping randomly (stuck).
 41922 | Vaults:1 | 41922 ||| Stepping randomly (stuck).
 41924 | Vaults:1 | 41924 ||| Stepping randomly (stuck).
 41926 | Vaults:1 | 41926 ||| Stepping randomly (stuck).
 41928 | Vaults:1 | 41928 ||| Stepping randomly (stuck).
 41930 | Vaults:1 | 41930 ||| Stepping randomly (stuck).
 41932 | Vaults:1 | 41932 ||| Stepping randomly (stuck).
 41934 | Vaults:1 | 41934 ||| Stepping randomly (stuck).
 41936 | Vaults:1 | 41936 ||| Stepping randomly (stuck).
 41938 | Vaults:1 | 41938 ||| Stepping randomly (stuck).
 41940 | Vaults:1 | 41940 ||| Stepping randomly (stuck).
 41942 | Vaults:1 | 41942 ||| Stepping randomly (stuck).
 41944 | Vaults:1 | 41944 ||| Stepping randomly (stuck).
 41946 | Vaults:1 | 41946 ||| Stepping randomly (stuck).
 41948 | Vaults:1 | 41948 ||| Stepping randomly (stuck).
 41950 | Vaults:1 | 41950 ||| Stepping randomly (stuck).
 41952 | Vaults:1 | 41952 ||| Stepping randomly (stuck).
 41954 | Vaults:1 | 41954 ||| Stepping randomly (stuck).
 41956 | Vaults:1 | 41956 ||| Stepping randomly (stuck).
 41958 | Vaults:1 | 41958 ||| Stepping randomly (stuck).
 41960 | Vaults:1 | 41960 ||| Stepping randomly (stuck).
 41962 | Vaults:1 | 41962 ||| Stepping randomly (stuck).
 41964 | Vaults:1 | 41964 ||| Stepping randomly (stuck).
 41966 | Vaults:1 | 41966 ||| Stepping randomly (stuck).
 41968 | Vaults:1 | 41968 ||| Stepping randomly (stuck).
 41970 | Vaults:1 | 41970 ||| Stepping randomly (stuck).
 41972 | Vaults:1 | 41972 ||| Stepping randomly (stuck).
 41974 | Vaults:1 | 41974 ||| Stepping randomly (stuck).
 41976 | Vaults:1 | 41976 ||| Stepping randomly (stuck).
 41978 | Vaults:1 | 41978 ||| Stepping randomly (stuck).
 41980 | Vaults:1 | 41980 ||| Stepping randomly (stuck).
 41982 | Vaults:1 | 41982 ||| Stepping randomly (stuck).
 41984 | Vaults:1 | 41984 ||| Stepping randomly (stuck).
 41986 | Vaults:1 | 41986 ||| Stepping randomly (stuck).
 41988 | Vaults:1 | 41988 ||| Stepping randomly (stuck).
 41990 | Vaults:1 | 41990 ||| Stepping randomly (stuck).
 41992 | Vaults:1 | 41992 ||| Stepping randomly (stuck).
 41994 | Vaults:1 | 41994 ||| Stepping randomly (stuck).
 41996 | Vaults:1 | 41996 ||| Stepping randomly (stuck).
 41998 | Vaults:1 | 41998 ||| Stepping randomly (stuck).
 42000 | Vaults:1 | 42000 ||| Stepping randomly (stuck).
 42002 | Vaults:1 | 42002 ||| Stepping randomly (stuck).
 42004 | Vaults:1 | 42004 ||| Stepping randomly (stuck).
 42006 | Vaults:1 | 42006 ||| Stepping randomly (stuck).
 42008 | Vaults:1 | 42008 ||| Stepping randomly (stuck).
 42010 | Vaults:1 | 42010 ||| Stepping randomly (stuck).
 42012 | Vaults:1 | 42012 ||| Stepping randomly (stuck).
 42014 | Vaults:1 | 42014 ||| Stepping randomly (stuck).
 42016 | Vaults:1 | 42016 ||| Stepping randomly (stuck).
 42018 | Vaults:1 | 42018 ||| Stepping randomly (stuck).
 42020 | Vaults:1 | 42020 ||| Stepping randomly (stuck).
 42022 | Vaults:1 | 42022 ||| Stepping randomly (stuck).
 42024 | Vaults:1 | 42024 ||| Stepping randomly (stuck).
 42026 | Vaults:1 | 42026 ||| Stepping randomly (stuck).
 42028 | Vaults:1 | 42028 ||| Stepping randomly (stuck).
 42030 | Vaults:1 | 42030 ||| Stepping randomly (stuck).
 42032 | Vaults:1 | 42032 ||| Stepping randomly (stuck).
 42034 | Vaults:1 | 42034 ||| Stepping randomly (stuck).
 42036 | Vaults:1 | 42036 ||| Stepping randomly (stuck).
 42038 | Vaults:1 | 42038 ||| Stepping randomly (stuck).
 42040 | Vaults:1 | 42040 ||| Stepping randomly (stuck).
 42042 | Vaults:1 | 42042 ||| Stepping randomly (stuck).
 42044 | Vaults:1 | 42044 ||| Stepping randomly (stuck).
 42046 | Vaults:1 | 42046 ||| Stepping randomly (stuck).
 42048 | Vaults:1 | 42048 ||| Stepping randomly (stuck).
 42050 | Vaults:1 | 42050 ||| Stepping randomly (stuck).
 42052 | Vaults:1 | 42052 ||| Stepping randomly (stuck).
 42054 | Vaults:1 | 42054 ||| Stepping randomly (stuck).
 42056 | Vaults:1 | 42056 ||| Stepping randomly (stuck).
 42058 | Vaults:1 | 42058 ||| Stepping randomly (stuck).
 42060 | Vaults:1 | 42060 ||| Stepping randomly (stuck).
 42062 | Vaults:1 | 42062 ||| Stepping randomly (stuck).
 42063 | Vaults:1 | Glimpsed the power of Zot.
 42064 | Vaults:1 | 42064 ||| Stepping randomly (stuck).
 42066 | Vaults:1 | 42066 ||| Stepping randomly (stuck).
 42068 | Vaults:1 | 42068 ||| Stepping randomly (stuck).
 42070 | Vaults:1 | 42070 ||| Stepping randomly (stuck).
 42072 | Vaults:1 | 42072 ||| Stepping randomly (stuck).
 42074 | Vaults:1 | 42074 ||| Stepping randomly (stuck).
 42076 | Vaults:1 | 42076 ||| Stepping randomly (stuck).
 42078 | Vaults:1 | 42078 ||| Stepping randomly (stuck).
 42080 | Vaults:1 | 42080 ||| Stepping randomly (stuck).
 42082 | Vaults:1 | 42082 ||| Stepping randomly (stuck).
 42084 | Vaults:1 | 42084 ||| Stepping randomly (stuck).
 42086 | Vaults:1 | 42086 ||| Stepping randomly (stuck).
 42088 | Vaults:1 | 42088 ||| Stepping randomly (stuck).
 42090 | Vaults:1 | 42090 ||| Stepping randomly (stuck).
 42092 | Vaults:1 | 42092 ||| Stepping randomly (stuck).
 42094 | Vaults:1 | 42094 ||| Stepping randomly (stuck).
 42096 | Vaults:1 | 42096 ||| Stepping randomly (stuck).
 42098 | Vaults:1 | 42098 ||| Stepping randomly (stuck).
 42100 | Vaults:1 | 42100 ||| Stepping randomly (stuck).
 42102 | Vaults:1 | 42102 ||| Stepping randomly (stuck).
 42104 | Vaults:1 | 42104 ||| Stepping randomly (stuck).
 42106 | Vaults:1 | 42106 ||| Stepping randomly (stuck).
 42108 | Vaults:1 | 42108 ||| Stepping randomly (stuck).
 42110 | Vaults:1 | 42110 ||| Stepping randomly (stuck).
 42112 | Vaults:1 | 42112 ||| Stepping randomly (stuck).
 42114 | Vaults:1 | 42114 ||| Stepping randomly (stuck).
 42116 | Vaults:1 | 42116 ||| Stepping randomly (stuck).
 42118 | Vaults:1 | 42118 ||| Stepping randomly (stuck).
 42120 | Vaults:1 | 42120 ||| Stepping randomly (stuck).
 42122 | Vaults:1 | 42122 ||| Stepping randomly (stuck).
 42124 | Vaults:1 | 42124 ||| Stepping randomly (stuck).
 42126 | Vaults:1 | 42126 ||| Stepping randomly (stuck).
 42128 | Vaults:1 | 42128 ||| Stepping randomly (stuck).
 42130 | Vaults:1 | 42130 ||| Stepping randomly (stuck).
 42132 | Vaults:1 | 42132 ||| Stepping randomly (stuck).
 42134 | Vaults:1 | 42134 ||| Stepping randomly (stuck).
 42136 | Vaults:1 | 42136 ||| Stepping randomly (stuck).
 42138 | Vaults:1 | 42138 ||| Stepping randomly (stuck).
 42140 | Vaults:1 | 42140 ||| Stepping randomly (stuck).
 42142 | Vaults:1 | 42142 ||| Stepping randomly (stuck).
 42144 | Vaults:1 | 42144 ||| Stepping randomly (stuck).
 42146 | Vaults:1 | 42146 ||| Stepping randomly (stuck).
 42148 | Vaults:1 | 42148 ||| Stepping randomly (stuck).
 42150 | Vaults:1 | 42150 ||| Stepping randomly (stuck).
 42152 | Vaults:1 | 42152 ||| Stepping randomly (stuck).
 42154 | Vaults:1 | 42154 ||| Stepping randomly (stuck).
 42156 | Vaults:1 | 42156 ||| Stepping randomly (stuck).
 42158 | Vaults:1 | 42158 ||| Stepping randomly (stuck).
 42160 | Vaults:1 | 42160 ||| Stepping randomly (stuck).
 42162 | Vaults:1 | 42162 ||| Stepping randomly (stuck).
 42164 | Vaults:1 | 42164 ||| Stepping randomly (stuck).
 42166 | Vaults:1 | 42166 ||| Stepping randomly (stuck).
 42168 | Vaults:1 | 42168 ||| Stepping randomly (stuck).
 42170 | Vaults:1 | 42170 ||| Stepping randomly (stuck).
 42172 | Vaults:1 | 42172 ||| Stepping randomly (stuck).
 42174 | Vaults:1 | 42174 ||| Stepping randomly (stuck).
 42176 | Vaults:1 | 42176 ||| Stepping randomly (stuck).
 42178 | Vaults:1 | 42178 ||| Stepping randomly (stuck).
 42180 | Vaults:1 | 42180 ||| Stepping randomly (stuck).
 42182 | Vaults:1 | 42182 ||| Stepping randomly (stuck).
 42184 | Vaults:1 | 42184 ||| Stepping randomly (stuck).
 42186 | Vaults:1 | 42186 ||| Stepping randomly (stuck).
 42188 | Vaults:1 | 42188 ||| Stepping randomly (stuck).
 42190 | Vaults:1 | 42190 ||| Stepping randomly (stuck).
 42192 | Vaults:1 | 42192 ||| Stepping randomly (stuck).
 42194 | Vaults:1 | 42194 ||| Stepping randomly (stuck).
 42196 | Vaults:1 | 42196 ||| Stepping randomly (stuck).
 42198 | Vaults:1 | 42198 ||| Stepping randomly (stuck).
 42200 | Vaults:1 | 42200 ||| Stepping randomly (stuck).
 42202 | Vaults:1 | 42202 ||| Stepping randomly (stuck).
 42204 | Vaults:1 | 42204 ||| Stepping randomly (stuck).
 42206 | Vaults:1 | 42206 ||| Stepping randomly (stuck).
 42208 | Vaults:1 | 42208 ||| Stepping randomly (stuck).
 42210 | Vaults:1 | 42210 ||| Stepping randomly (stuck).
 42212 | Vaults:1 | 42212 ||| Stepping randomly (stuck).
 42214 | Vaults:1 | 42214 ||| Stepping randomly (stuck).
 42216 | Vaults:1 | 42216 ||| Stepping randomly (stuck).
 42218 | Vaults:1 | 42218 ||| Stepping randomly (stuck).
 42220 | Vaults:1 | 42220 ||| Stepping randomly (stuck).
 42222 | Vaults:1 | 42222 ||| Stepping randomly (stuck).
 42224 | Vaults:1 | 42224 ||| Stepping randomly (stuck).
 42226 | Vaults:1 | 42226 ||| Stepping randomly (stuck).
 42228 | Vaults:1 | 42228 ||| Stepping randomly (stuck).
 42230 | Vaults:1 | 42230 ||| Stepping randomly (stuck).
 42232 | Vaults:1 | 42232 ||| Stepping randomly (stuck).
 42234 | Vaults:1 | 42234 ||| Stepping randomly (stuck).
 42236 | Vaults:1 | 42236 ||| Stepping randomly (stuck).
 42238 | Vaults:1 | 42238 ||| Stepping randomly (stuck).
 42240 | Vaults:1 | 42240 ||| Stepping randomly (stuck).
 42242 | Vaults:1 | 42242 ||| Stepping randomly (stuck).
 42244 | Vaults:1 | 42244 ||| Stepping randomly (stuck).
 42246 | Vaults:1 | 42246 ||| Stepping randomly (stuck).
 42248 | Vaults:1 | 42248 ||| Stepping randomly (stuck).
 42250 | Vaults:1 | 42250 ||| Stepping randomly (stuck).
 42252 | Vaults:1 | 42252 ||| Stepping randomly (stuck).
 42254 | Vaults:1 | 42254 ||| Stepping randomly (stuck).
 42256 | Vaults:1 | 42256 ||| Stepping randomly (stuck).
 42258 | Vaults:1 | 42258 ||| Stepping randomly (stuck).
 42260 | Vaults:1 | 42260 ||| Stepping randomly (stuck).
 42262 | Vaults:1 | 42262 ||| Stepping randomly (stuck).
 42264 | Vaults:1 | 42264 ||| Stepping randomly (stuck).
 42266 | Vaults:1 | 42266 ||| Stepping randomly (stuck).
 42268 | Vaults:1 | 42268 ||| Stepping randomly (stuck).
 42270 | Vaults:1 | 42270 ||| Stepping randomly (stuck).
 42272 | Vaults:1 | 42272 ||| Stepping randomly (stuck).
 42274 | Vaults:1 | 42274 ||| Stepping randomly (stuck).
 42276 | Vaults:1 | 42276 ||| Stepping randomly (stuck).
 42278 | Vaults:1 | 42278 ||| Stepping randomly (stuck).
 42280 | Vaults:1 | 42280 ||| Stepping randomly (stuck).
 42282 | Vaults:1 | 42282 ||| Stepping randomly (stuck).
 42284 | Vaults:1 | 42284 ||| Stepping randomly (stuck).
 42286 | Vaults:1 | 42286 ||| Stepping randomly (stuck).
 42288 | Vaults:1 | 42288 ||| Stepping randomly (stuck).
 42290 | Vaults:1 | 42290 ||| Stepping randomly (stuck).
 42292 | Vaults:1 | 42292 ||| Stepping randomly (stuck).
 42294 | Vaults:1 | 42294 ||| Stepping randomly (stuck).
 42296 | Vaults:1 | 42296 ||| Stepping randomly (stuck).
 42298 | Vaults:1 | 42298 ||| Stepping randomly (stuck).
 42300 | Vaults:1 | 42300 ||| Stepping randomly (stuck).
 42302 | Vaults:1 | 42302 ||| Stepping randomly (stuck).
 42304 | Vaults:1 | 42304 ||| Stepping randomly (stuck).
 42306 | Vaults:1 | 42306 ||| Stepping randomly (stuck).
 42308 | Vaults:1 | 42308 ||| Stepping randomly (stuck).
 42310 | Vaults:1 | 42310 ||| Stepping randomly (stuck).
 42312 | Vaults:1 | 42312 ||| Stepping randomly (stuck).
 42314 | Vaults:1 | 42314 ||| Stepping randomly (stuck).
 42316 | Vaults:1 | 42316 ||| Stepping randomly (stuck).
 42318 | Vaults:1 | 42318 ||| Stepping randomly (stuck).
 42320 | Vaults:1 | 42320 ||| Stepping randomly (stuck).
 42322 | Vaults:1 | 42322 ||| Stepping randomly (stuck).
 42324 | Vaults:1 | 42324 ||| Stepping randomly (stuck).
 42326 | Vaults:1 | 42326 ||| Stepping randomly (stuck).
 42328 | Vaults:1 | 42328 ||| Stepping randomly (stuck).
 42330 | Vaults:1 | 42330 ||| Stepping randomly (stuck).
 42332 | Vaults:1 | 42332 ||| Stepping randomly (stuck).
 42334 | Vaults:1 | 42334 ||| Stepping randomly (stuck).
 42336 | Vaults:1 | 42336 ||| Stepping randomly (stuck).
 42338 | Vaults:1 | 42338 ||| Stepping randomly (stuck).
 42340 | Vaults:1 | 42340 ||| Stepping randomly (stuck).
 42342 | Vaults:1 | 42342 ||| Stepping randomly (stuck).
 42344 | Vaults:1 | 42344 ||| Stepping randomly (stuck).
 42346 | Vaults:1 | 42346 ||| Stepping randomly (stuck).
 42348 | Vaults:1 | 42348 ||| Stepping randomly (stuck).
 42350 | Vaults:1 | 42350 ||| Stepping randomly (stuck).
 42352 | Vaults:1 | 42352 ||| Stepping randomly (stuck).
 42354 | Vaults:1 | 42354 ||| Stepping randomly (stuck).
 42356 | Vaults:1 | 42356 ||| Stepping randomly (stuck).
 42358 | Vaults:1 | 42358 ||| Stepping randomly (stuck).
 42360 | Vaults:1 | 42360 ||| Stepping randomly (stuck).
 42362 | Vaults:1 | 42362 ||| Stepping randomly (stuck).
 42364 | Vaults:1 | 42364 ||| Stepping randomly (stuck).
 42366 | Vaults:1 | 42366 ||| Stepping randomly (stuck).
 42368 | Vaults:1 | 42368 ||| Stepping randomly (stuck).
 42370 | Vaults:1 | 42370 ||| Stepping randomly (stuck).
 42372 | Vaults:1 | 42372 ||| Stepping randomly (stuck).
 42374 | Vaults:1 | 42374 ||| Stepping randomly (stuck).
 42376 | Vaults:1 | 42376 ||| Stepping randomly (stuck).
 42378 | Vaults:1 | 42378 ||| Stepping randomly (stuck).
 42380 | Vaults:1 | 42380 ||| Stepping randomly (stuck).
 42382 | Vaults:1 | 42382 ||| Stepping randomly (stuck).
 42384 | Vaults:1 | 42384 ||| Stepping randomly (stuck).
 42386 | Vaults:1 | 42386 ||| Stepping randomly (stuck).
 42388 | Vaults:1 | 42388 ||| Stepping randomly (stuck).
 42390 | Vaults:1 | 42390 ||| Stepping randomly (stuck).
 42392 | Vaults:1 | 42392 ||| Stepping randomly (stuck).
 42394 | Vaults:1 | 42394 ||| Stepping randomly (stuck).
 42396 | Vaults:1 | 42396 ||| Stepping randomly (stuck).
 42398 | Vaults:1 | 42398 ||| Stepping randomly (stuck).
 42400 | Vaults:1 | 42400 ||| Stepping randomly (stuck).
 42402 | Vaults:1 | 42402 ||| Stepping randomly (stuck).
 42404 | Vaults:1 | 42404 ||| Stepping randomly (stuck).
 42406 | Vaults:1 | 42406 ||| Stepping randomly (stuck).
 42408 | Vaults:1 | 42408 ||| Stepping randomly (stuck).
 42410 | Vaults:1 | 42410 ||| Stepping randomly (stuck).
 42412 | Vaults:1 | 42412 ||| Stepping randomly (stuck).
 42414 | Vaults:1 | 42414 ||| Stepping randomly (stuck).
 42416 | Vaults:1 | 42416 ||| Stepping randomly (stuck).
 42418 | Vaults:1 | 42418 ||| Stepping randomly (stuck).
 42420 | Vaults:1 | 42420 ||| Stepping randomly (stuck).
 42422 | Vaults:1 | 42422 ||| Stepping randomly (stuck).
 42424 | Vaults:1 | 42424 ||| Stepping randomly (stuck).
 42426 | Vaults:1 | 42426 ||| Stepping randomly (stuck).
 42428 | Vaults:1 | 42428 ||| Stepping randomly (stuck).
 42430 | Vaults:1 | 42430 ||| Stepping randomly (stuck).
 42432 | Vaults:1 | 42432 ||| Stepping randomly (stuck).
 42434 | Vaults:1 | 42434 ||| Stepping randomly (stuck).
 42436 | Vaults:1 | 42436 ||| Stepping randomly (stuck).
 42438 | Vaults:1 | 42438 ||| Stepping randomly (stuck).
 42440 | Vaults:1 | 42440 ||| Stepping randomly (stuck).
 42442 | Vaults:1 | 42442 ||| Stepping randomly (stuck).
 42444 | Vaults:1 | 42444 ||| Stepping randomly (stuck).
 42446 | Vaults:1 | 42446 ||| Stepping randomly (stuck).
 42448 | Vaults:1 | 42448 ||| Stepping randomly (stuck).
 42450 | Vaults:1 | 42450 ||| Stepping randomly (stuck).
 42452 | Vaults:1 | 42452 ||| Stepping randomly (stuck).
 42454 | Vaults:1 | 42454 ||| Stepping randomly (stuck).
 42456 | Vaults:1 | 42456 ||| Stepping randomly (stuck).
 42458 | Vaults:1 | 42458 ||| Stepping randomly (stuck).
 42460 | Vaults:1 | 42460 ||| Stepping randomly (stuck).
 42462 | Vaults:1 | 42462 ||| Stepping randomly (stuck).
 42463 | Vaults:1 | Glimpsed the power of Zot.
 42464 | Vaults:1 | 42464 ||| Stepping randomly (stuck).
 42466 | Vaults:1 | 42466 ||| Stepping randomly (stuck).
 42468 | Vaults:1 | 42468 ||| Stepping randomly (stuck).
 42470 | Vaults:1 | 42470 ||| Stepping randomly (stuck).
 42472 | Vaults:1 | 42472 ||| Stepping randomly (stuck).
 42474 | Vaults:1 | 42474 ||| Stepping randomly (stuck).
 42476 | Vaults:1 | 42476 ||| Stepping randomly (stuck).
 42478 | Vaults:1 | 42478 ||| Stepping randomly (stuck).
 42480 | Vaults:1 | 42480 ||| Stepping randomly (stuck).
 42482 | Vaults:1 | 42482 ||| Stepping randomly (stuck).
 42484 | Vaults:1 | 42484 ||| Stepping randomly (stuck).
 42486 | Vaults:1 | 42486 ||| Stepping randomly (stuck).
 42488 | Vaults:1 | 42488 ||| Stepping randomly (stuck).
 42490 | Vaults:1 | 42490 ||| Stepping randomly (stuck).
 42492 | Vaults:1 | 42492 ||| Stepping randomly (stuck).
 42494 | Vaults:1 | 42494 ||| Stepping randomly (stuck).
 42496 | Vaults:1 | 42496 ||| Stepping randomly (stuck).
 42498 | Vaults:1 | 42498 ||| Stepping randomly (stuck).
 42500 | Vaults:1 | 42500 ||| Stepping randomly (stuck).
 42502 | Vaults:1 | 42502 ||| Stepping randomly (stuck).
 42504 | Vaults:1 | 42504 ||| Stepping randomly (stuck).
 42506 | Vaults:1 | 42506 ||| Stepping randomly (stuck).
 42508 | Vaults:1 | 42508 ||| Stepping randomly (stuck).
 42510 | Vaults:1 | 42510 ||| Stepping randomly (stuck).
 42512 | Vaults:1 | 42512 ||| Stepping randomly (stuck).
 42514 | Vaults:1 | 42514 ||| Stepping randomly (stuck).
 42516 | Vaults:1 | 42516 ||| Stepping randomly (stuck).
 42518 | Vaults:1 | 42518 ||| Stepping randomly (stuck).
 42520 | Vaults:1 | 42520 ||| Stepping randomly (stuck).
 42522 | Vaults:1 | 42522 ||| Stepping randomly (stuck).
 42524 | Vaults:1 | 42524 ||| Stepping randomly (stuck).
 42526 | Vaults:1 | 42526 ||| Stepping randomly (stuck).
 42528 | Vaults:1 | 42528 ||| Stepping randomly (stuck).
 42530 | Vaults:1 | 42530 ||| Stepping randomly (stuck).
 42532 | Vaults:1 | 42532 ||| Stepping randomly (stuck).
 42534 | Vaults:1 | 42534 ||| Stepping randomly (stuck).
 42536 | Vaults:1 | 42536 ||| Stepping randomly (stuck).
 42538 | Vaults:1 | 42538 ||| Stepping randomly (stuck).
 42540 | Vaults:1 | 42540 ||| Stepping randomly (stuck).
 42542 | Vaults:1 | 42542 ||| Stepping randomly (stuck).
 42544 | Vaults:1 | 42544 ||| Stepping randomly (stuck).
 42546 | Vaults:1 | 42546 ||| Stepping randomly (stuck).
 42548 | Vaults:1 | 42548 ||| Stepping randomly (stuck).
 42550 | Vaults:1 | 42550 ||| Stepping randomly (stuck).
 42552 | Vaults:1 | 42552 ||| Stepping randomly (stuck).
 42554 | Vaults:1 | 42554 ||| Stepping randomly (stuck).
 42556 | Vaults:1 | 42556 ||| Stepping randomly (stuck).
 42558 | Vaults:1 | 42558 ||| Stepping randomly (stuck).
 42560 | Vaults:1 | 42560 ||| Stepping randomly (stuck).
 42562 | Vaults:1 | 42562 ||| Stepping randomly (stuck).
 42562 | Vaults:1 | Touched by the power of Zot (MHP 78 -> 62)
 42563 | Vaults:1 | Glimpsed the power of Zot.
 42564 | Vaults:1 | 42564 ||| Stepping randomly (stuck).
 42566 | Vaults:1 | 42566 ||| Stepping randomly (stuck).
 42568 | Vaults:1 | 42568 ||| Stepping randomly (stuck).
 42570 | Vaults:1 | 42570 ||| Stepping randomly (stuck).
 42572 | Vaults:1 | 42572 ||| Stepping randomly (stuck).
 42574 | Vaults:1 | 42574 ||| Stepping randomly (stuck).
 42576 | Vaults:1 | 42576 ||| Stepping randomly (stuck).
 42578 | Vaults:1 | 42578 ||| Stepping randomly (stuck).
 42580 | Vaults:1 | 42580 ||| Stepping randomly (stuck).
 42582 | Vaults:1 | 42582 ||| Stepping randomly (stuck).
 42584 | Vaults:1 | 42584 ||| Stepping randomly (stuck).
 42586 | Vaults:1 | 42586 ||| Stepping randomly (stuck).
 42588 | Vaults:1 | 42588 ||| Stepping randomly (stuck).
 42590 | Vaults:1 | 42590 ||| Stepping randomly (stuck).
 42592 | Vaults:1 | 42592 ||| Stepping randomly (stuck).
 42594 | Vaults:1 | 42594 ||| Stepping randomly (stuck).
 42596 | Vaults:1 | 42596 ||| Stepping randomly (stuck).
 42598 | Vaults:1 | 42598 ||| Stepping randomly (stuck).
 42600 | Vaults:1 | 42600 ||| Stepping randomly (stuck).
 42602 | Vaults:1 | 42602 ||| Stepping randomly (stuck).
 42604 | Vaults:1 | 42604 ||| Stepping randomly (stuck).
 42606 | Vaults:1 | 42606 ||| Stepping randomly (stuck).
 42608 | Vaults:1 | 42608 ||| Stepping randomly (stuck).
 42610 | Vaults:1 | 42610 ||| Stepping randomly (stuck).
 42612 | Vaults:1 | 42612 ||| Stepping randomly (stuck).
 42614 | Vaults:1 | 42614 ||| Stepping randomly (stuck).
 42616 | Vaults:1 | 42616 ||| Stepping randomly (stuck).
 42618 | Vaults:1 | 42618 ||| Stepping randomly (stuck).
 42620 | Vaults:1 | 42620 ||| Stepping randomly (stuck).
 42622 | Vaults:1 | 42622 ||| Stepping randomly (stuck).
 42624 | Vaults:1 | 42624 ||| Stepping randomly (stuck).
 42626 | Vaults:1 | 42626 ||| Stepping randomly (stuck).
 42628 | Vaults:1 | 42628 ||| Stepping randomly (stuck).
 42630 | Vaults:1 | 42630 ||| Stepping randomly (stuck).
 42632 | Vaults:1 | 42632 ||| Stepping randomly (stuck).
 42634 | Vaults:1 | 42634 ||| Stepping randomly (stuck).
 42636 | Vaults:1 | 42636 ||| Stepping randomly (stuck).
 42638 | Vaults:1 | 42638 ||| Stepping randomly (stuck).
 42640 | Vaults:1 | 42640 ||| Stepping randomly (stuck).
 42642 | Vaults:1 | 42642 ||| Stepping randomly (stuck).
 42644 | Vaults:1 | 42644 ||| Stepping randomly (stuck).
 42646 | Vaults:1 | 42646 ||| Stepping randomly (stuck).
 42648 | Vaults:1 | 42648 ||| Stepping randomly (stuck).
 42650 | Vaults:1 | 42650 ||| Stepping randomly (stuck).
 42652 | Vaults:1 | 42652 ||| Stepping randomly (stuck).
 42654 | Vaults:1 | 42654 ||| Stepping randomly (stuck).
 42656 | Vaults:1 | 42656 ||| Stepping randomly (stuck).
 42658 | Vaults:1 | 42658 ||| Stepping randomly (stuck).
 42660 | Vaults:1 | 42660 ||| Stepping randomly (stuck).
 42662 | Vaults:1 | 42662 ||| Stepping randomly (stuck).
 42664 | Vaults:1 | 42664 ||| Stepping randomly (stuck).
 42666 | Vaults:1 | 42666 ||| Stepping randomly (stuck).
 42668 | Vaults:1 | 42668 ||| Stepping randomly (stuck).
 42670 | Vaults:1 | 42670 ||| Stepping randomly (stuck).
 42672 | Vaults:1 | 42672 ||| Stepping randomly (stuck).
 42674 | Vaults:1 | 42674 ||| Stepping randomly (stuck).
 42676 | Vaults:1 | 42676 ||| Stepping randomly (stuck).
 42678 | Vaults:1 | 42678 ||| Stepping randomly (stuck).
 42680 | Vaults:1 | 42680 ||| Stepping randomly (stuck).
 42682 | Vaults:1 | 42682 ||| Stepping randomly (stuck).
 42684 | Vaults:1 | 42684 ||| Stepping randomly (stuck).
 42686 | Vaults:1 | 42686 ||| Stepping randomly (stuck).
 42688 | Vaults:1 | 42688 ||| Stepping randomly (stuck).
 42690 | Vaults:1 | 42690 ||| Stepping randomly (stuck).
 42692 | Vaults:1 | 42692 ||| Stepping randomly (stuck).
 42694 | Vaults:1 | 42694 ||| Stepping randomly (stuck).
 42696 | Vaults:1 | 42696 ||| Stepping randomly (stuck).
 42698 | Vaults:1 | 42698 ||| Stepping randomly (stuck).
 42700 | Vaults:1 | 42700 ||| Stepping randomly (stuck).
 42702 | Vaults:1 | 42702 ||| Stepping randomly (stuck).
 42704 | Vaults:1 | 42704 ||| Stepping randomly (stuck).
 42706 | Vaults:1 | 42706 ||| Stepping randomly (stuck).
 42708 | Vaults:1 | 42708 ||| Stepping randomly (stuck).
 42710 | Vaults:1 | 42710 ||| Stepping randomly (stuck).
 42712 | Vaults:1 | 42712 ||| Stepping randomly (stuck).
 42714 | Vaults:1 | 42714 ||| Stepping randomly (stuck).
 42716 | Vaults:1 | 42716 ||| Stepping randomly (stuck).
 42718 | Vaults:1 | 42718 ||| Stepping randomly (stuck).
 42720 | Vaults:1 | 42720 ||| Stepping randomly (stuck).
 42722 | Vaults:1 | 42722 ||| Stepping randomly (stuck).
 42724 | Vaults:1 | 42724 ||| Stepping randomly (stuck).
 42726 | Vaults:1 | 42726 ||| Stepping randomly (stuck).
 42728 | Vaults:1 | 42728 ||| Stepping randomly (stuck).
 42730 | Vaults:1 | 42730 ||| Stepping randomly (stuck).
 42732 | Vaults:1 | 42732 ||| Stepping randomly (stuck).
 42734 | Vaults:1 | 42734 ||| Stepping randomly (stuck).
 42736 | Vaults:1 | 42736 ||| Stepping randomly (stuck).
 42738 | Vaults:1 | 42738 ||| Stepping randomly (stuck).
 42740 | Vaults:1 | 42740 ||| Stepping randomly (stuck).
 42742 | Vaults:1 | 42742 ||| Stepping randomly (stuck).
 42744 | Vaults:1 | 42744 ||| Stepping randomly (stuck).
 42746 | Vaults:1 | 42746 ||| Stepping randomly (stuck).
 42748 | Vaults:1 | 42748 ||| Stepping randomly (stuck).
 42750 | Vaults:1 | 42750 ||| Stepping randomly (stuck).
 42752 | Vaults:1 | 42752 ||| Stepping randomly (stuck).
 42754 | Vaults:1 | 42754 ||| Stepping randomly (stuck).
 42756 | Vaults:1 | 42756 ||| Stepping randomly (stuck).
 42758 | Vaults:1 | 42758 ||| Stepping randomly (stuck).
 42760 | Vaults:1 | 42760 ||| Stepping randomly (stuck).
 42762 | Vaults:1 | 42762 ||| Stepping randomly (stuck).
 42764 | Vaults:1 | 42764 ||| Stepping randomly (stuck).
 42766 | Vaults:1 | 42766 ||| Stepping randomly (stuck).
 42768 | Vaults:1 | 42768 ||| Stepping randomly (stuck).
 42770 | Vaults:1 | 42770 ||| Stepping randomly (stuck).
 42772 | Vaults:1 | 42772 ||| Stepping randomly (stuck).
 42774 | Vaults:1 | 42774 ||| Stepping randomly (stuck).
 42776 | Vaults:1 | 42776 ||| Stepping randomly (stuck).
 42778 | Vaults:1 | 42778 ||| Stepping randomly (stuck).
 42780 | Vaults:1 | 42780 ||| Stepping randomly (stuck).
 42782 | Vaults:1 | 42782 ||| Stepping randomly (stuck).
 42784 | Vaults:1 | 42784 ||| Stepping randomly (stuck).
 42786 | Vaults:1 | 42786 ||| Stepping randomly (stuck).
 42788 | Vaults:1 | 42788 ||| Stepping randomly (stuck).
 42790 | Vaults:1 | 42790 ||| Stepping randomly (stuck).
 42792 | Vaults:1 | 42792 ||| Stepping randomly (stuck).
 42794 | Vaults:1 | 42794 ||| Stepping randomly (stuck).
 42796 | Vaults:1 | 42796 ||| Stepping randomly (stuck).
 42798 | Vaults:1 | 42798 ||| Stepping randomly (stuck).
 42800 | Vaults:1 | 42800 ||| Stepping randomly (stuck).
 42802 | Vaults:1 | 42802 ||| Stepping randomly (stuck).
 42804 | Vaults:1 | 42804 ||| Stepping randomly (stuck).
 42806 | Vaults:1 | 42806 ||| Stepping randomly (stuck).
 42808 | Vaults:1 | 42808 ||| Stepping randomly (stuck).
 42810 | Vaults:1 | 42810 ||| Stepping randomly (stuck).
 42812 | Vaults:1 | 42812 ||| Stepping randomly (stuck).
 42814 | Vaults:1 | 42814 ||| Stepping randomly (stuck).
 42816 | Vaults:1 | 42816 ||| Stepping randomly (stuck).
 42818 | Vaults:1 | 42818 ||| Stepping randomly (stuck).
 42820 | Vaults:1 | 42820 ||| Stepping randomly (stuck).
 42822 | Vaults:1 | 42822 ||| Stepping randomly (stuck).
 42824 | Vaults:1 | 42824 ||| Stepping randomly (stuck).
 42826 | Vaults:1 | 42826 ||| Stepping randomly (stuck).
 42828 | Vaults:1 | 42828 ||| Stepping randomly (stuck).
 42830 | Vaults:1 | 42830 ||| Stepping randomly (stuck).
 42832 | Vaults:1 | 42832 ||| Stepping randomly (stuck).
 42834 | Vaults:1 | 42834 ||| Stepping randomly (stuck).
 42836 | Vaults:1 | 42836 ||| Stepping randomly (stuck).
 42838 | Vaults:1 | 42838 ||| Stepping randomly (stuck).
 42840 | Vaults:1 | 42840 ||| Stepping randomly (stuck).
 42842 | Vaults:1 | 42842 ||| Stepping randomly (stuck).
 42844 | Vaults:1 | 42844 ||| Stepping randomly (stuck).
 42846 | Vaults:1 | 42846 ||| Stepping randomly (stuck).
 42848 | Vaults:1 | 42848 ||| Stepping randomly (stuck).
 42850 | Vaults:1 | 42850 ||| Stepping randomly (stuck).
 42852 | Vaults:1 | 42852 ||| Stepping randomly (stuck).
 42854 | Vaults:1 | 42854 ||| Stepping randomly (stuck).
 42856 | Vaults:1 | 42856 ||| Stepping randomly (stuck).
 42858 | Vaults:1 | 42858 ||| Stepping randomly (stuck).
 42860 | Vaults:1 | 42860 ||| Stepping randomly (stuck).
 42862 | Vaults:1 | 42862 ||| Stepping randomly (stuck).
 42864 | Vaults:1 | 42864 ||| Stepping randomly (stuck).
 42866 | Vaults:1 | 42866 ||| Stepping randomly (stuck).
 42868 | Vaults:1 | 42868 ||| Stepping randomly (stuck).
 42870 | Vaults:1 | 42870 ||| Stepping randomly (stuck).
 42872 | Vaults:1 | 42872 ||| Stepping randomly (stuck).
 42874 | Vaults:1 | 42874 ||| Stepping randomly (stuck).
 42876 | Vaults:1 | 42876 ||| Stepping randomly (stuck).
 42878 | Vaults:1 | 42878 ||| Stepping randomly (stuck).
 42880 | Vaults:1 | 42880 ||| Stepping randomly (stuck).
 42882 | Vaults:1 | 42882 ||| Stepping randomly (stuck).
 42884 | Vaults:1 | 42884 ||| Stepping randomly (stuck).
 42886 | Vaults:1 | 42886 ||| Stepping randomly (stuck).
 42888 | Vaults:1 | 42888 ||| Stepping randomly (stuck).
 42890 | Vaults:1 | 42890 ||| Stepping randomly (stuck).
 42892 | Vaults:1 | 42892 ||| Stepping randomly (stuck).
 42894 | Vaults:1 | 42894 ||| Stepping randomly (stuck).
 42896 | Vaults:1 | 42896 ||| Stepping randomly (stuck).
 42898 | Vaults:1 | 42898 ||| Stepping randomly (stuck).
 42900 | Vaults:1 | 42900 ||| Stepping randomly (stuck).
 42902 | Vaults:1 | 42902 ||| Stepping randomly (stuck).
 42904 | Vaults:1 | 42904 ||| Stepping randomly (stuck).
 42906 | Vaults:1 | 42906 ||| Stepping randomly (stuck).
 42908 | Vaults:1 | 42908 ||| Stepping randomly (stuck).
 42910 | Vaults:1 | 42910 ||| Stepping randomly (stuck).
 42912 | Vaults:1 | 42912 ||| Stepping randomly (stuck).
 42914 | Vaults:1 | 42914 ||| Stepping randomly (stuck).
 42916 | Vaults:1 | 42916 ||| Stepping randomly (stuck).
 42918 | Vaults:1 | 42918 ||| Stepping randomly (stuck).
 42920 | Vaults:1 | 42920 ||| Stepping randomly (stuck).
 42922 | Vaults:1 | 42922 ||| Stepping randomly (stuck).
 42924 | Vaults:1 | 42924 ||| Stepping randomly (stuck).
 42926 | Vaults:1 | 42926 ||| Stepping randomly (stuck).
 42928 | Vaults:1 | 42928 ||| Stepping randomly (stuck).
 42930 | Vaults:1 | 42930 ||| Stepping randomly (stuck).
 42932 | Vaults:1 | 42932 ||| Stepping randomly (stuck).
 42934 | Vaults:1 | 42934 ||| Stepping randomly (stuck).
 42936 | Vaults:1 | 42936 ||| Stepping randomly (stuck).
 42938 | Vaults:1 | 42938 ||| Stepping randomly (stuck).
 42940 | Vaults:1 | 42940 ||| Stepping randomly (stuck).
 42942 | Vaults:1 | 42942 ||| Stepping randomly (stuck).
 42944 | Vaults:1 | 42944 ||| Stepping randomly (stuck).
 42946 | Vaults:1 | 42946 ||| Stepping randomly (stuck).
 42948 | Vaults:1 | 42948 ||| Stepping randomly (stuck).
 42950 | Vaults:1 | 42950 ||| Stepping randomly (stuck).
 42952 | Vaults:1 | 42952 ||| Stepping randomly (stuck).
 42954 | Vaults:1 | 42954 ||| Stepping randomly (stuck).
 42956 | Vaults:1 | 42956 ||| Stepping randomly (stuck).
 42958 | Vaults:1 | 42958 ||| Stepping randomly (stuck).
 42960 | Vaults:1 | 42960 ||| Stepping randomly (stuck).
 42962 | Vaults:1 | 42962 ||| Stepping randomly (stuck).
 42964 | Vaults:1 | 42964 ||| Stepping randomly (stuck).
 42966 | Vaults:1 | 42966 ||| Stepping randomly (stuck).
 42968 | Vaults:1 | 42968 ||| Stepping randomly (stuck).
 42970 | Vaults:1 | 42970 ||| Stepping randomly (stuck).
 42972 | Vaults:1 | 42972 ||| Stepping randomly (stuck).
 42974 | Vaults:1 | 42974 ||| Stepping randomly (stuck).
 42976 | Vaults:1 | 42976 ||| Stepping randomly (stuck).
 42978 | Vaults:1 | 42978 ||| Stepping randomly (stuck).
 42980 | Vaults:1 | 42980 ||| Stepping randomly (stuck).
 42982 | Vaults:1 | 42982 ||| Stepping randomly (stuck).
 42984 | Vaults:1 | 42984 ||| Stepping randomly (stuck).
 42986 | Vaults:1 | 42986 ||| Stepping randomly (stuck).
 42988 | Vaults:1 | 42988 ||| Stepping randomly (stuck).
 42990 | Vaults:1 | 42990 ||| Stepping randomly (stuck).
 42992 | Vaults:1 | 42992 ||| Stepping randomly (stuck).
 42994 | Vaults:1 | 42994 ||| Stepping randomly (stuck).
 42996 | Vaults:1 | 42996 ||| Stepping randomly (stuck).
 42998 | Vaults:1 | 42998 ||| Stepping randomly (stuck).
 43000 | Vaults:1 | 43000 ||| Stepping randomly (stuck).
 43002 | Vaults:1 | 43002 ||| Stepping randomly (stuck).
 43004 | Vaults:1 | 43004 ||| Stepping randomly (stuck).
 43006 | Vaults:1 | 43006 ||| Stepping randomly (stuck).
 43008 | Vaults:1 | 43008 ||| Stepping randomly (stuck).
 43010 | Vaults:1 | 43010 ||| Stepping randomly (stuck).
 43012 | Vaults:1 | 43012 ||| Stepping randomly (stuck).
 43014 | Vaults:1 | 43014 ||| Stepping randomly (stuck).
 43016 | Vaults:1 | 43016 ||| Stepping randomly (stuck).
 43018 | Vaults:1 | 43018 ||| Stepping randomly (stuck).
 43020 | Vaults:1 | 43020 ||| Stepping randomly (stuck).
 43022 | Vaults:1 | 43022 ||| Stepping randomly (stuck).
 43024 | Vaults:1 | 43024 ||| Stepping randomly (stuck).
 43026 | Vaults:1 | 43026 ||| Stepping randomly (stuck).
 43028 | Vaults:1 | 43028 ||| Stepping randomly (stuck).
 43030 | Vaults:1 | 43030 ||| Stepping randomly (stuck).
 43032 | Vaults:1 | 43032 ||| Stepping randomly (stuck).
 43034 | Vaults:1 | 43034 ||| Stepping randomly (stuck).
 43036 | Vaults:1 | 43036 ||| Stepping randomly (stuck).
 43038 | Vaults:1 | 43038 ||| Stepping randomly (stuck).
 43040 | Vaults:1 | 43040 ||| Stepping randomly (stuck).
 43042 | Vaults:1 | 43042 ||| Stepping randomly (stuck).
 43044 | Vaults:1 | 43044 ||| Stepping randomly (stuck).
 43046 | Vaults:1 | 43046 ||| Stepping randomly (stuck).
 43048 | Vaults:1 | 43048 ||| Stepping randomly (stuck).
 43050 | Vaults:1 | 43050 ||| Stepping randomly (stuck).
 43052 | Vaults:1 | 43052 ||| Stepping randomly (stuck).
 43054 | Vaults:1 | 43054 ||| Stepping randomly (stuck).
 43056 | Vaults:1 | 43056 ||| Stepping randomly (stuck).
 43058 | Vaults:1 | 43058 ||| Stepping randomly (stuck).
 43060 | Vaults:1 | 43060 ||| Stepping randomly (stuck).
 43062 | Vaults:1 | 43062 ||| Stepping randomly (stuck).
 43063 | Vaults:1 | Glimpsed the power of Zot.
 43064 | Vaults:1 | 43064 ||| Stepping randomly (stuck).
 43066 | Vaults:1 | 43066 ||| Stepping randomly (stuck).
 43068 | Vaults:1 | 43068 ||| Stepping randomly (stuck).
 43070 | Vaults:1 | 43070 ||| Stepping randomly (stuck).
 43072 | Vaults:1 | 43072 ||| Stepping randomly (stuck).
 43074 | Vaults:1 | 43074 ||| Stepping randomly (stuck).
 43076 | Vaults:1 | 43076 ||| Stepping randomly (stuck).
 43078 | Vaults:1 | 43078 ||| Stepping randomly (stuck).
 43080 | Vaults:1 | 43080 ||| Stepping randomly (stuck).
 43082 | Vaults:1 | 43082 ||| Stepping randomly (stuck).
 43084 | Vaults:1 | 43084 ||| Stepping randomly (stuck).
 43086 | Vaults:1 | 43086 ||| Stepping randomly (stuck).
 43088 | Vaults:1 | 43088 ||| Stepping randomly (stuck).
 43090 | Vaults:1 | 43090 ||| Stepping randomly (stuck).
 43092 | Vaults:1 | 43092 ||| Stepping randomly (stuck).
 43094 | Vaults:1 | 43094 ||| Stepping randomly (stuck).
 43096 | Vaults:1 | 43096 ||| Stepping randomly (stuck).
 43098 | Vaults:1 | 43098 ||| Stepping randomly (stuck).
 43100 | Vaults:1 | 43100 ||| Stepping randomly (stuck).
 43102 | Vaults:1 | 43102 ||| Stepping randomly (stuck).
 43104 | Vaults:1 | 43104 ||| Stepping randomly (stuck).
 43106 | Vaults:1 | 43106 ||| Stepping randomly (stuck).
 43108 | Vaults:1 | 43108 ||| Stepping randomly (stuck).
 43110 | Vaults:1 | 43110 ||| Stepping randomly (stuck).
 43112 | Vaults:1 | 43112 ||| Stepping randomly (stuck).
 43114 | Vaults:1 | 43114 ||| Stepping randomly (stuck).
 43116 | Vaults:1 | 43116 ||| Stepping randomly (stuck).
 43118 | Vaults:1 | 43118 ||| Stepping randomly (stuck).
 43120 | Vaults:1 | 43120 ||| Stepping randomly (stuck).
 43122 | Vaults:1 | 43122 ||| Stepping randomly (stuck).
 43124 | Vaults:1 | 43124 ||| Stepping randomly (stuck).
 43126 | Vaults:1 | 43126 ||| Stepping randomly (stuck).
 43128 | Vaults:1 | 43128 ||| Stepping randomly (stuck).
 43130 | Vaults:1 | 43130 ||| Stepping randomly (stuck).
 43132 | Vaults:1 | 43132 ||| Stepping randomly (stuck).
 43134 | Vaults:1 | 43134 ||| Stepping randomly (stuck).
 43136 | Vaults:1 | 43136 ||| Stepping randomly (stuck).
 43138 | Vaults:1 | 43138 ||| Stepping randomly (stuck).
 43140 | Vaults:1 | 43140 ||| Stepping randomly (stuck).
 43142 | Vaults:1 | 43142 ||| Stepping randomly (stuck).
 43144 | Vaults:1 | 43144 ||| Stepping randomly (stuck).
 43146 | Vaults:1 | 43146 ||| Stepping randomly (stuck).
 43148 | Vaults:1 | 43148 ||| Stepping randomly (stuck).
 43150 | Vaults:1 | 43150 ||| Stepping randomly (stuck).
 43152 | Vaults:1 | 43152 ||| Stepping randomly (stuck).
 43154 | Vaults:1 | 43154 ||| Stepping randomly (stuck).
 43156 | Vaults:1 | 43156 ||| Stepping randomly (stuck).
 43158 | Vaults:1 | 43158 ||| Stepping randomly (stuck).
 43160 | Vaults:1 | 43160 ||| Stepping randomly (stuck).
 43162 | Vaults:1 | 43162 ||| Stepping randomly (stuck).
 43164 | Vaults:1 | 43164 ||| Stepping randomly (stuck).
 43166 | Vaults:1 | 43166 ||| Stepping randomly (stuck).
 43168 | Vaults:1 | 43168 ||| Stepping randomly (stuck).
 43170 | Vaults:1 | 43170 ||| Stepping randomly (stuck).
 43172 | Vaults:1 | 43172 ||| Stepping randomly (stuck).
 43174 | Vaults:1 | 43174 ||| Stepping randomly (stuck).
 43176 | Vaults:1 | 43176 ||| Stepping randomly (stuck).
 43178 | Vaults:1 | 43178 ||| Stepping randomly (stuck).
 43180 | Vaults:1 | 43180 ||| Stepping randomly (stuck).
 43182 | Vaults:1 | 43182 ||| Stepping randomly (stuck).
 43184 | Vaults:1 | 43184 ||| Stepping randomly (stuck).
 43186 | Vaults:1 | 43186 ||| Stepping randomly (stuck).
 43188 | Vaults:1 | 43188 ||| Stepping randomly (stuck).
 43190 | Vaults:1 | 43190 ||| Stepping randomly (stuck).
 43192 | Vaults:1 | 43192 ||| Stepping randomly (stuck).
 43194 | Vaults:1 | 43194 ||| Stepping randomly (stuck).
 43196 | Vaults:1 | 43196 ||| Stepping randomly (stuck).
 43198 | Vaults:1 | 43198 ||| Stepping randomly (stuck).
 43200 | Vaults:1 | 43200 ||| Stepping randomly (stuck).
 43202 | Vaults:1 | 43202 ||| Stepping randomly (stuck).
 43204 | Vaults:1 | 43204 ||| Stepping randomly (stuck).
 43206 | Vaults:1 | 43206 ||| Stepping randomly (stuck).
 43208 | Vaults:1 | 43208 ||| Stepping randomly (stuck).
 43210 | Vaults:1 | 43210 ||| Stepping randomly (stuck).
 43212 | Vaults:1 | 43212 ||| Stepping randomly (stuck).
 43214 | Vaults:1 | 43214 ||| Stepping randomly (stuck).
 43216 | Vaults:1 | 43216 ||| Stepping randomly (stuck).
 43218 | Vaults:1 | 43218 ||| Stepping randomly (stuck).
 43220 | Vaults:1 | 43220 ||| Stepping randomly (stuck).
 43222 | Vaults:1 | 43222 ||| Stepping randomly (stuck).
 43224 | Vaults:1 | 43224 ||| Stepping randomly (stuck).
 43226 | Vaults:1 | 43226 ||| Stepping randomly (stuck).
 43228 | Vaults:1 | 43228 ||| Stepping randomly (stuck).
 43230 | Vaults:1 | 43230 ||| Stepping randomly (stuck).
 43232 | Vaults:1 | 43232 ||| Stepping randomly (stuck).
 43234 | Vaults:1 | 43234 ||| Stepping randomly (stuck).
 43236 | Vaults:1 | 43236 ||| Stepping randomly (stuck).
 43238 | Vaults:1 | 43238 ||| Stepping randomly (stuck).
 43240 | Vaults:1 | 43240 ||| Stepping randomly (stuck).
 43242 | Vaults:1 | 43242 ||| Stepping randomly (stuck).
 43244 | Vaults:1 | 43244 ||| Stepping randomly (stuck).
 43246 | Vaults:1 | 43246 ||| Stepping randomly (stuck).
 43248 | Vaults:1 | 43248 ||| Stepping randomly (stuck).
 43250 | Vaults:1 | 43250 ||| Stepping randomly (stuck).
 43252 | Vaults:1 | 43252 ||| Stepping randomly (stuck).
 43254 | Vaults:1 | 43254 ||| Stepping randomly (stuck).
 43256 | Vaults:1 | 43256 ||| Stepping randomly (stuck).
 43258 | Vaults:1 | 43258 ||| Stepping randomly (stuck).
 43260 | Vaults:1 | 43260 ||| Stepping randomly (stuck).
 43262 | Vaults:1 | 43262 ||| Stepping randomly (stuck).
 43264 | Vaults:1 | 43264 ||| Stepping randomly (stuck).
 43266 | Vaults:1 | 43266 ||| Stepping randomly (stuck).
 43268 | Vaults:1 | 43268 ||| Stepping randomly (stuck).
 43270 | Vaults:1 | 43270 ||| Stepping randomly (stuck).
 43272 | Vaults:1 | 43272 ||| Stepping randomly (stuck).
 43274 | Vaults:1 | 43274 ||| Stepping randomly (stuck).
 43276 | Vaults:1 | 43276 ||| Stepping randomly (stuck).
 43278 | Vaults:1 | 43278 ||| Stepping randomly (stuck).
 43280 | Vaults:1 | 43280 ||| Stepping randomly (stuck).
 43282 | Vaults:1 | 43282 ||| Stepping randomly (stuck).
 43284 | Vaults:1 | 43284 ||| Stepping randomly (stuck).
 43286 | Vaults:1 | 43286 ||| Stepping randomly (stuck).
 43288 | Vaults:1 | 43288 ||| Stepping randomly (stuck).
 43290 | Vaults:1 | 43290 ||| Stepping randomly (stuck).
 43292 | Vaults:1 | 43292 ||| Stepping randomly (stuck).
 43294 | Vaults:1 | 43294 ||| Stepping randomly (stuck).
 43296 | Vaults:1 | 43296 ||| Stepping randomly (stuck).
 43298 | Vaults:1 | 43298 ||| Stepping randomly (stuck).
 43300 | Vaults:1 | 43300 ||| Stepping randomly (stuck).
 43302 | Vaults:1 | 43302 ||| Stepping randomly (stuck).
 43304 | Vaults:1 | 43304 ||| Stepping randomly (stuck).
 43306 | Vaults:1 | 43306 ||| Stepping randomly (stuck).
 43308 | Vaults:1 | 43308 ||| Stepping randomly (stuck).
 43310 | Vaults:1 | 43310 ||| Stepping randomly (stuck).
 43312 | Vaults:1 | 43312 ||| Stepping randomly (stuck).
 43314 | Vaults:1 | 43314 ||| Stepping randomly (stuck).
 43316 | Vaults:1 | 43316 ||| Stepping randomly (stuck).
 43318 | Vaults:1 | 43318 ||| Stepping randomly (stuck).
 43320 | Vaults:1 | 43320 ||| Stepping randomly (stuck).
 43322 | Vaults:1 | 43322 ||| Stepping randomly (stuck).
 43324 | Vaults:1 | 43324 ||| Stepping randomly (stuck).
 43326 | Vaults:1 | 43326 ||| Stepping randomly (stuck).
 43328 | Vaults:1 | 43328 ||| Stepping randomly (stuck).
 43330 | Vaults:1 | 43330 ||| Stepping randomly (stuck).
 43332 | Vaults:1 | 43332 ||| Stepping randomly (stuck).
 43334 | Vaults:1 | 43334 ||| Stepping randomly (stuck).
 43336 | Vaults:1 | 43336 ||| Stepping randomly (stuck).
 43338 | Vaults:1 | 43338 ||| Stepping randomly (stuck).
 43340 | Vaults:1 | 43340 ||| Stepping randomly (stuck).
 43342 | Vaults:1 | 43342 ||| Stepping randomly (stuck).
 43344 | Vaults:1 | 43344 ||| Stepping randomly (stuck).
 43346 | Vaults:1 | 43346 ||| Stepping randomly (stuck).
 43348 | Vaults:1 | 43348 ||| Stepping randomly (stuck).
 43350 | Vaults:1 | 43350 ||| Stepping randomly (stuck).
 43352 | Vaults:1 | 43352 ||| Stepping randomly (stuck).
 43354 | Vaults:1 | 43354 ||| Stepping randomly (stuck).
 43356 | Vaults:1 | 43356 ||| Stepping randomly (stuck).
 43358 | Vaults:1 | 43358 ||| Stepping randomly (stuck).
 43360 | Vaults:1 | 43360 ||| Stepping randomly (stuck).
 43362 | Vaults:1 | 43362 ||| Stepping randomly (stuck).
 43364 | Vaults:1 | 43364 ||| Stepping randomly (stuck).
 43366 | Vaults:1 | 43366 ||| Stepping randomly (stuck).
 43368 | Vaults:1 | 43368 ||| Stepping randomly (stuck).
 43370 | Vaults:1 | 43370 ||| Stepping randomly (stuck).
 43372 | Vaults:1 | 43372 ||| Stepping randomly (stuck).
 43374 | Vaults:1 | 43374 ||| Stepping randomly (stuck).
 43376 | Vaults:1 | 43376 ||| Stepping randomly (stuck).
 43378 | Vaults:1 | 43378 ||| Stepping randomly (stuck).
 43380 | Vaults:1 | 43380 ||| Stepping randomly (stuck).
 43382 | Vaults:1 | 43382 ||| Stepping randomly (stuck).
 43384 | Vaults:1 | 43384 ||| Stepping randomly (stuck).
 43386 | Vaults:1 | 43386 ||| Stepping randomly (stuck).
 43388 | Vaults:1 | 43388 ||| Stepping randomly (stuck).
 43390 | Vaults:1 | 43390 ||| Stepping randomly (stuck).
 43392 | Vaults:1 | 43392 ||| Stepping randomly (stuck).
 43394 | Vaults:1 | 43394 ||| Stepping randomly (stuck).
 43396 | Vaults:1 | 43396 ||| Stepping randomly (stuck).
 43398 | Vaults:1 | 43398 ||| Stepping randomly (stuck).
 43400 | Vaults:1 | 43400 ||| Stepping randomly (stuck).
 43402 | Vaults:1 | 43402 ||| Stepping randomly (stuck).
 43404 | Vaults:1 | 43404 ||| Stepping randomly (stuck).
 43406 | Vaults:1 | 43406 ||| Stepping randomly (stuck).
 43408 | Vaults:1 | 43408 ||| Stepping randomly (stuck).
 43410 | Vaults:1 | 43410 ||| Stepping randomly (stuck).
 43412 | Vaults:1 | 43412 ||| Stepping randomly (stuck).
 43414 | Vaults:1 | 43414 ||| Stepping randomly (stuck).
 43416 | Vaults:1 | 43416 ||| Stepping randomly (stuck).
 43418 | Vaults:1 | 43418 ||| Stepping randomly (stuck).
 43420 | Vaults:1 | 43420 ||| Stepping randomly (stuck).
 43422 | Vaults:1 | 43422 ||| Stepping randomly (stuck).
 43424 | Vaults:1 | 43424 ||| Stepping randomly (stuck).
 43426 | Vaults:1 | 43426 ||| Stepping randomly (stuck).
 43428 | Vaults:1 | 43428 ||| Stepping randomly (stuck).
 43430 | Vaults:1 | 43430 ||| Stepping randomly (stuck).
 43432 | Vaults:1 | 43432 ||| Stepping randomly (stuck).
 43434 | Vaults:1 | 43434 ||| Stepping randomly (stuck).
 43436 | Vaults:1 | 43436 ||| Stepping randomly (stuck).
 43438 | Vaults:1 | 43438 ||| Stepping randomly (stuck).
 43440 | Vaults:1 | 43440 ||| Stepping randomly (stuck).
 43442 | Vaults:1 | 43442 ||| Stepping randomly (stuck).
 43444 | Vaults:1 | 43444 ||| Stepping randomly (stuck).
 43446 | Vaults:1 | 43446 ||| Stepping randomly (stuck).
 43448 | Vaults:1 | 43448 ||| Stepping randomly (stuck).
 43450 | Vaults:1 | 43450 ||| Stepping randomly (stuck).
 43452 | Vaults:1 | 43452 ||| Stepping randomly (stuck).
 43454 | Vaults:1 | 43454 ||| Stepping randomly (stuck).
 43456 | Vaults:1 | 43456 ||| Stepping randomly (stuck).
 43458 | Vaults:1 | 43458 ||| Stepping randomly (stuck).
 43460 | Vaults:1 | 43460 ||| Stepping randomly (stuck).
 43462 | Vaults:1 | 43462 ||| Stepping randomly (stuck).
 43463 | Vaults:1 | Glimpsed the power of Zot.
 43464 | Vaults:1 | 43464 ||| Stepping randomly (stuck).
 43466 | Vaults:1 | 43466 ||| Stepping randomly (stuck).
 43468 | Vaults:1 | 43468 ||| Stepping randomly (stuck).
 43470 | Vaults:1 | 43470 ||| Stepping randomly (stuck).
 43472 | Vaults:1 | 43472 ||| Stepping randomly (stuck).
 43474 | Vaults:1 | 43474 ||| Stepping randomly (stuck).
 43476 | Vaults:1 | 43476 ||| Stepping randomly (stuck).
 43478 | Vaults:1 | 43478 ||| Stepping randomly (stuck).
 43480 | Vaults:1 | 43480 ||| Stepping randomly (stuck).
 43482 | Vaults:1 | 43482 ||| Stepping randomly (stuck).
 43484 | Vaults:1 | 43484 ||| Stepping randomly (stuck).
 43486 | Vaults:1 | 43486 ||| Stepping randomly (stuck).
 43488 | Vaults:1 | 43488 ||| Stepping randomly (stuck).
 43490 | Vaults:1 | 43490 ||| Stepping randomly (stuck).
 43492 | Vaults:1 | 43492 ||| Stepping randomly (stuck).
 43494 | Vaults:1 | 43494 ||| Stepping randomly (stuck).
 43496 | Vaults:1 | 43496 ||| Stepping randomly (stuck).
 43498 | Vaults:1 | 43498 ||| Stepping randomly (stuck).
 43500 | Vaults:1 | 43500 ||| Stepping randomly (stuck).
 43502 | Vaults:1 | 43502 ||| Stepping randomly (stuck).
 43504 | Vaults:1 | 43504 ||| Stepping randomly (stuck).
 43506 | Vaults:1 | 43506 ||| Stepping randomly (stuck).
 43508 | Vaults:1 | 43508 ||| Stepping randomly (stuck).
 43510 | Vaults:1 | 43510 ||| Stepping randomly (stuck).
 43512 | Vaults:1 | 43512 ||| Stepping randomly (stuck).
 43514 | Vaults:1 | 43514 ||| Stepping randomly (stuck).
 43516 | Vaults:1 | 43516 ||| Stepping randomly (stuck).
 43518 | Vaults:1 | 43518 ||| Stepping randomly (stuck).
 43520 | Vaults:1 | 43520 ||| Stepping randomly (stuck).
 43522 | Vaults:1 | 43522 ||| Stepping randomly (stuck).
 43524 | Vaults:1 | 43524 ||| Stepping randomly (stuck).
 43526 | Vaults:1 | 43526 ||| Stepping randomly (stuck).
 43528 | Vaults:1 | 43528 ||| Stepping randomly (stuck).
 43530 | Vaults:1 | 43530 ||| Stepping randomly (stuck).
 43532 | Vaults:1 | 43532 ||| Stepping randomly (stuck).
 43534 | Vaults:1 | 43534 ||| Stepping randomly (stuck).
 43536 | Vaults:1 | 43536 ||| Stepping randomly (stuck).
 43538 | Vaults:1 | 43538 ||| Stepping randomly (stuck).
 43540 | Vaults:1 | 43540 ||| Stepping randomly (stuck).
 43542 | Vaults:1 | 43542 ||| Stepping randomly (stuck).
 43544 | Vaults:1 | 43544 ||| Stepping randomly (stuck).
 43546 | Vaults:1 | 43546 ||| Stepping randomly (stuck).
 43548 | Vaults:1 | 43548 ||| Stepping randomly (stuck).
 43550 | Vaults:1 | 43550 ||| Stepping randomly (stuck).
 43552 | Vaults:1 | 43552 ||| Stepping randomly (stuck).
 43554 | Vaults:1 | 43554 ||| Stepping randomly (stuck).
 43556 | Vaults:1 | 43556 ||| Stepping randomly (stuck).
 43558 | Vaults:1 | 43558 ||| Stepping randomly (stuck).
 43560 | Vaults:1 | 43560 ||| Stepping randomly (stuck).
 43562 | Vaults:1 | 43562 ||| Stepping randomly (stuck).
 43562 | Vaults:1 | Touched by the power of Zot (MHP 65 -> 52)
 43563 | Vaults:1 | Glimpsed the power of Zot.
 43564 | Vaults:1 | 43564 ||| Stepping randomly (stuck).
 43566 | Vaults:1 | 43566 ||| Stepping randomly (stuck).
 43568 | Vaults:1 | 43568 ||| Stepping randomly (stuck).
 43570 | Vaults:1 | 43570 ||| Stepping randomly (stuck).
 43572 | Vaults:1 | 43572 ||| Stepping randomly (stuck).
 43574 | Vaults:1 | 43574 ||| Stepping randomly (stuck).
 43576 | Vaults:1 | 43576 ||| Stepping randomly (stuck).
 43578 | Vaults:1 | 43578 ||| Stepping randomly (stuck).
 43580 | Vaults:1 | 43580 ||| Stepping randomly (stuck).
 43582 | Vaults:1 | 43582 ||| Stepping randomly (stuck).
 43584 | Vaults:1 | 43584 ||| Stepping randomly (stuck).
 43586 | Vaults:1 | 43586 ||| Stepping randomly (stuck).
 43588 | Vaults:1 | 43588 ||| Stepping randomly (stuck).
 43590 | Vaults:1 | 43590 ||| Stepping randomly (stuck).
 43592 | Vaults:1 | 43592 ||| Stepping randomly (stuck).
 43594 | Vaults:1 | 43594 ||| Stepping randomly (stuck).
 43596 | Vaults:1 | 43596 ||| Stepping randomly (stuck).
 43598 | Vaults:1 | 43598 ||| Stepping randomly (stuck).
 43600 | Vaults:1 | 43600 ||| Stepping randomly (stuck).
 43602 | Vaults:1 | 43602 ||| Stepping randomly (stuck).
 43604 | Vaults:1 | 43604 ||| Stepping randomly (stuck).
 43606 | Vaults:1 | 43606 ||| Stepping randomly (stuck).
 43608 | Vaults:1 | 43608 ||| Stepping randomly (stuck).
 43610 | Vaults:1 | 43610 ||| Stepping randomly (stuck).
 43612 | Vaults:1 | 43612 ||| Stepping randomly (stuck).
 43614 | Vaults:1 | 43614 ||| Stepping randomly (stuck).
 43616 | Vaults:1 | 43616 ||| Stepping randomly (stuck).
 43618 | Vaults:1 | 43618 ||| Stepping randomly (stuck).
 43620 | Vaults:1 | 43620 ||| Stepping randomly (stuck).
 43622 | Vaults:1 | 43622 ||| Stepping randomly (stuck).
 43624 | Vaults:1 | 43624 ||| Stepping randomly (stuck).
 43626 | Vaults:1 | 43626 ||| Stepping randomly (stuck).
 43628 | Vaults:1 | 43628 ||| Stepping randomly (stuck).
 43630 | Vaults:1 | 43630 ||| Stepping randomly (stuck).
 43632 | Vaults:1 | 43632 ||| Stepping randomly (stuck).
 43634 | Vaults:1 | 43634 ||| Stepping randomly (stuck).
 43636 | Vaults:1 | 43636 ||| Stepping randomly (stuck).
 43638 | Vaults:1 | 43638 ||| Stepping randomly (stuck).
 43640 | Vaults:1 | 43640 ||| Stepping randomly (stuck).
 43642 | Vaults:1 | 43642 ||| Stepping randomly (stuck).
 43644 | Vaults:1 | 43644 ||| Stepping randomly (stuck).
 43646 | Vaults:1 | 43646 ||| Stepping randomly (stuck).
 43648 | Vaults:1 | 43648 ||| Stepping randomly (stuck).
 43650 | Vaults:1 | 43650 ||| Stepping randomly (stuck).
 43652 | Vaults:1 | 43652 ||| Stepping randomly (stuck).
 43654 | Vaults:1 | 43654 ||| Stepping randomly (stuck).
 43656 | Vaults:1 | 43656 ||| Stepping randomly (stuck).
 43658 | Vaults:1 | 43658 ||| Stepping randomly (stuck).
 43660 | Vaults:1 | 43660 ||| Stepping randomly (stuck).
 43662 | Vaults:1 | 43662 ||| Stepping randomly (stuck).
 43664 | Vaults:1 | 43664 ||| Stepping randomly (stuck).
 43666 | Vaults:1 | 43666 ||| Stepping randomly (stuck).
 43668 | Vaults:1 | 43668 ||| Stepping randomly (stuck).
 43670 | Vaults:1 | 43670 ||| Stepping randomly (stuck).
 43672 | Vaults:1 | 43672 ||| Stepping randomly (stuck).
 43674 | Vaults:1 | 43674 ||| Stepping randomly (stuck).
 43676 | Vaults:1 | 43676 ||| Stepping randomly (stuck).
 43678 | Vaults:1 | 43678 ||| Stepping randomly (stuck).
 43680 | Vaults:1 | 43680 ||| Stepping randomly (stuck).
 43682 | Vaults:1 | 43682 ||| Stepping randomly (stuck).
 43684 | Vaults:1 | 43684 ||| Stepping randomly (stuck).
 43686 | Vaults:1 | 43686 ||| Stepping randomly (stuck).
 43688 | Vaults:1 | 43688 ||| Stepping randomly (stuck).
 43690 | Vaults:1 | 43690 ||| Stepping randomly (stuck).
 43692 | Vaults:1 | 43692 ||| Stepping randomly (stuck).
 43694 | Vaults:1 | 43694 ||| Stepping randomly (stuck).
 43696 | Vaults:1 | 43696 ||| Stepping randomly (stuck).
 43698 | Vaults:1 | 43698 ||| Stepping randomly (stuck).
 43700 | Vaults:1 | 43700 ||| Stepping randomly (stuck).
 43702 | Vaults:1 | 43702 ||| Stepping randomly (stuck).
 43704 | Vaults:1 | 43704 ||| Stepping randomly (stuck).
 43706 | Vaults:1 | 43706 ||| Stepping randomly (stuck).
 43708 | Vaults:1 | 43708 ||| Stepping randomly (stuck).
 43710 | Vaults:1 | 43710 ||| Stepping randomly (stuck).
 43712 | Vaults:1 | 43712 ||| Stepping randomly (stuck).
 43714 | Vaults:1 | 43714 ||| Stepping randomly (stuck).
 43716 | Vaults:1 | 43716 ||| Stepping randomly (stuck).
 43718 | Vaults:1 | 43718 ||| Stepping randomly (stuck).
 43720 | Vaults:1 | 43720 ||| Stepping randomly (stuck).
 43722 | Vaults:1 | 43722 ||| Stepping randomly (stuck).
 43724 | Vaults:1 | 43724 ||| Stepping randomly (stuck).
 43726 | Vaults:1 | 43726 ||| Stepping randomly (stuck).
 43728 | Vaults:1 | 43728 ||| Stepping randomly (stuck).
 43730 | Vaults:1 | 43730 ||| Stepping randomly (stuck).
 43732 | Vaults:1 | 43732 ||| Stepping randomly (stuck).
 43734 | Vaults:1 | 43734 ||| Stepping randomly (stuck).
 43736 | Vaults:1 | 43736 ||| Stepping randomly (stuck).
 43738 | Vaults:1 | 43738 ||| Stepping randomly (stuck).
 43740 | Vaults:1 | 43740 ||| Stepping randomly (stuck).
 43742 | Vaults:1 | 43742 ||| Stepping randomly (stuck).
 43744 | Vaults:1 | 43744 ||| Stepping randomly (stuck).
 43746 | Vaults:1 | 43746 ||| Stepping randomly (stuck).
 43748 | Vaults:1 | 43748 ||| Stepping randomly (stuck).
 43750 | Vaults:1 | 43750 ||| Stepping randomly (stuck).
 43752 | Vaults:1 | 43752 ||| Stepping randomly (stuck).
 43754 | Vaults:1 | 43754 ||| Stepping randomly (stuck).
 43756 | Vaults:1 | 43756 ||| Stepping randomly (stuck).
 43758 | Vaults:1 | 43758 ||| Stepping randomly (stuck).
 43760 | Vaults:1 | 43760 ||| Stepping randomly (stuck).
 43762 | Vaults:1 | 43762 ||| Stepping randomly (stuck).
 43764 | Vaults:1 | 43764 ||| Stepping randomly (stuck).
 43766 | Vaults:1 | 43766 ||| Stepping randomly (stuck).
 43768 | Vaults:1 | 43768 ||| Stepping randomly (stuck).
 43770 | Vaults:1 | 43770 ||| Stepping randomly (stuck).
 43772 | Vaults:1 | 43772 ||| Stepping randomly (stuck).
 43774 | Vaults:1 | 43774 ||| Stepping randomly (stuck).
 43776 | Vaults:1 | 43776 ||| Stepping randomly (stuck).
 43778 | Vaults:1 | 43778 ||| Stepping randomly (stuck).
 43780 | Vaults:1 | 43780 ||| Stepping randomly (stuck).
 43782 | Vaults:1 | 43782 ||| Stepping randomly (stuck).
 43784 | Vaults:1 | 43784 ||| Stepping randomly (stuck).
 43786 | Vaults:1 | 43786 ||| Stepping randomly (stuck).
 43788 | Vaults:1 | 43788 ||| Stepping randomly (stuck).
 43790 | Vaults:1 | 43790 ||| Stepping randomly (stuck).
 43792 | Vaults:1 | 43792 ||| Stepping randomly (stuck).
 43794 | Vaults:1 | 43794 ||| Stepping randomly (stuck).
 43796 | Vaults:1 | 43796 ||| Stepping randomly (stuck).
 43798 | Vaults:1 | 43798 ||| Stepping randomly (stuck).
 43800 | Vaults:1 | 43800 ||| Stepping randomly (stuck).
 43802 | Vaults:1 | 43802 ||| Stepping randomly (stuck).
 43804 | Vaults:1 | 43804 ||| Stepping randomly (stuck).
 43806 | Vaults:1 | 43806 ||| Stepping randomly (stuck).
 43808 | Vaults:1 | 43808 ||| Stepping randomly (stuck).
 43810 | Vaults:1 | 43810 ||| Stepping randomly (stuck).
 43812 | Vaults:1 | 43812 ||| Stepping randomly (stuck).
 43814 | Vaults:1 | 43814 ||| Stepping randomly (stuck).
 43816 | Vaults:1 | 43816 ||| Stepping randomly (stuck).
 43818 | Vaults:1 | 43818 ||| Stepping randomly (stuck).
 43820 | Vaults:1 | 43820 ||| Stepping randomly (stuck).
 43822 | Vaults:1 | 43822 ||| Stepping randomly (stuck).
 43824 | Vaults:1 | 43824 ||| Stepping randomly (stuck).
 43826 | Vaults:1 | 43826 ||| Stepping randomly (stuck).
 43828 | Vaults:1 | 43828 ||| Stepping randomly (stuck).
 43830 | Vaults:1 | 43830 ||| Stepping randomly (stuck).
 43832 | Vaults:1 | 43832 ||| Stepping randomly (stuck).
 43834 | Vaults:1 | 43834 ||| Stepping randomly (stuck).
 43836 | Vaults:1 | 43836 ||| Stepping randomly (stuck).
 43838 | Vaults:1 | 43838 ||| Stepping randomly (stuck).
 43840 | Vaults:1 | 43840 ||| Stepping randomly (stuck).
 43842 | Vaults:1 | 43842 ||| Stepping randomly (stuck).
 43844 | Vaults:1 | 43844 ||| Stepping randomly (stuck).
 43846 | Vaults:1 | 43846 ||| Stepping randomly (stuck).
 43848 | Vaults:1 | 43848 ||| Stepping randomly (stuck).
 43850 | Vaults:1 | 43850 ||| Stepping randomly (stuck).
 43852 | Vaults:1 | 43852 ||| Stepping randomly (stuck).
 43854 | Vaults:1 | 43854 ||| Stepping randomly (stuck).
 43856 | Vaults:1 | 43856 ||| Stepping randomly (stuck).
 43858 | Vaults:1 | 43858 ||| Stepping randomly (stuck).
 43860 | Vaults:1 | 43860 ||| Stepping randomly (stuck).
 43862 | Vaults:1 | 43862 ||| Stepping randomly (stuck).
 43864 | Vaults:1 | 43864 ||| Stepping randomly (stuck).
 43866 | Vaults:1 | 43866 ||| Stepping randomly (stuck).
 43868 | Vaults:1 | 43868 ||| Stepping randomly (stuck).
 43870 | Vaults:1 | 43870 ||| Stepping randomly (stuck).
 43872 | Vaults:1 | 43872 ||| Stepping randomly (stuck).
 43874 | Vaults:1 | 43874 ||| Stepping randomly (stuck).
 43876 | Vaults:1 | 43876 ||| Stepping randomly (stuck).
 43878 | Vaults:1 | 43878 ||| Stepping randomly (stuck).
 43880 | Vaults:1 | 43880 ||| Stepping randomly (stuck).
 43882 | Vaults:1 | 43882 ||| Stepping randomly (stuck).
 43884 | Vaults:1 | 43884 ||| Stepping randomly (stuck).
 43886 | Vaults:1 | 43886 ||| Stepping randomly (stuck).
 43888 | Vaults:1 | 43888 ||| Stepping randomly (stuck).
 43890 | Vaults:1 | 43890 ||| Stepping randomly (stuck).
 43892 | Vaults:1 | 43892 ||| Stepping randomly (stuck).
 43894 | Vaults:1 | 43894 ||| Stepping randomly (stuck).
 43896 | Vaults:1 | 43896 ||| Stepping randomly (stuck).
 43898 | Vaults:1 | 43898 ||| Stepping randomly (stuck).
 43900 | Vaults:1 | 43900 ||| Stepping randomly (stuck).
 43902 | Vaults:1 | 43902 ||| Stepping randomly (stuck).
 43904 | Vaults:1 | 43904 ||| Stepping randomly (stuck).
 43906 | Vaults:1 | 43906 ||| Stepping randomly (stuck).
 43908 | Vaults:1 | 43908 ||| Stepping randomly (stuck).
 43910 | Vaults:1 | 43910 ||| Stepping randomly (stuck).
 43912 | Vaults:1 | 43912 ||| Stepping randomly (stuck).
 43914 | Vaults:1 | 43914 ||| Stepping randomly (stuck).
 43916 | Vaults:1 | 43916 ||| Stepping randomly (stuck).
 43918 | Vaults:1 | 43918 ||| Stepping randomly (stuck).
 43920 | Vaults:1 | 43920 ||| Stepping randomly (stuck).
 43922 | Vaults:1 | 43922 ||| Stepping randomly (stuck).
 43924 | Vaults:1 | 43924 ||| Stepping randomly (stuck).
 43926 | Vaults:1 | 43926 ||| Stepping randomly (stuck).
 43928 | Vaults:1 | 43928 ||| Stepping randomly (stuck).
 43930 | Vaults:1 | 43930 ||| Stepping randomly (stuck).
 43932 | Vaults:1 | 43932 ||| Stepping randomly (stuck).
 43934 | Vaults:1 | 43934 ||| Stepping randomly (stuck).
 43936 | Vaults:1 | 43936 ||| Stepping randomly (stuck).
 43938 | Vaults:1 | 43938 ||| Stepping randomly (stuck).
 43940 | Vaults:1 | 43940 ||| Stepping randomly (stuck).
 43942 | Vaults:1 | 43942 ||| Stepping randomly (stuck).
 43944 | Vaults:1 | 43944 ||| Stepping randomly (stuck).
 43946 | Vaults:1 | 43946 ||| Stepping randomly (stuck).
 43948 | Vaults:1 | 43948 ||| Stepping randomly (stuck).
 43950 | Vaults:1 | 43950 ||| Stepping randomly (stuck).
 43952 | Vaults:1 | 43952 ||| Stepping randomly (stuck).
 43954 | Vaults:1 | 43954 ||| Stepping randomly (stuck).
 43956 | Vaults:1 | 43956 ||| Stepping randomly (stuck).
 43958 | Vaults:1 | 43958 ||| Stepping randomly (stuck).
 43960 | Vaults:1 | 43960 ||| Stepping randomly (stuck).
 43962 | Vaults:1 | 43962 ||| Stepping randomly (stuck).
 43964 | Vaults:1 | 43964 ||| Stepping randomly (stuck).
 43966 | Vaults:1 | 43966 ||| Stepping randomly (stuck).
 43968 | Vaults:1 | 43968 ||| Stepping randomly (stuck).
 43970 | Vaults:1 | 43970 ||| Stepping randomly (stuck).
 43972 | Vaults:1 | 43972 ||| Stepping randomly (stuck).
 43974 | Vaults:1 | 43974 ||| Stepping randomly (stuck).
 43976 | Vaults:1 | 43976 ||| Stepping randomly (stuck).
 43978 | Vaults:1 | 43978 ||| Stepping randomly (stuck).
 43980 | Vaults:1 | 43980 ||| Stepping randomly (stuck).
 43982 | Vaults:1 | 43982 ||| Stepping randomly (stuck).
 43984 | Vaults:1 | 43984 ||| Stepping randomly (stuck).
 43986 | Vaults:1 | 43986 ||| Stepping randomly (stuck).
 43988 | Vaults:1 | 43988 ||| Stepping randomly (stuck).
 43990 | Vaults:1 | 43990 ||| Stepping randomly (stuck).
 43992 | Vaults:1 | 43992 ||| Stepping randomly (stuck).
 43994 | Vaults:1 | 43994 ||| Stepping randomly (stuck).
 43996 | Vaults:1 | 43996 ||| Stepping randomly (stuck).
 43998 | Vaults:1 | 43998 ||| Stepping randomly (stuck).
 44000 | Vaults:1 | 44000 ||| Stepping randomly (stuck).
 44002 | Vaults:1 | 44002 ||| Stepping randomly (stuck).
 44004 | Vaults:1 | 44004 ||| Stepping randomly (stuck).
 44006 | Vaults:1 | 44006 ||| Stepping randomly (stuck).
 44008 | Vaults:1 | 44008 ||| Stepping randomly (stuck).
 44010 | Vaults:1 | 44010 ||| Stepping randomly (stuck).
 44012 | Vaults:1 | 44012 ||| Stepping randomly (stuck).
 44014 | Vaults:1 | 44014 ||| Stepping randomly (stuck).
 44016 | Vaults:1 | 44016 ||| Stepping randomly (stuck).
 44018 | Vaults:1 | 44018 ||| Stepping randomly (stuck).
 44020 | Vaults:1 | 44020 ||| Stepping randomly (stuck).
 44022 | Vaults:1 | 44022 ||| Stepping randomly (stuck).
 44024 | Vaults:1 | 44024 ||| Stepping randomly (stuck).
 44026 | Vaults:1 | 44026 ||| Stepping randomly (stuck).
 44028 | Vaults:1 | 44028 ||| Stepping randomly (stuck).
 44030 | Vaults:1 | 44030 ||| Stepping randomly (stuck).
 44032 | Vaults:1 | 44032 ||| Stepping randomly (stuck).
 44034 | Vaults:1 | 44034 ||| Stepping randomly (stuck).
 44036 | Vaults:1 | 44036 ||| Stepping randomly (stuck).
 44038 | Vaults:1 | 44038 ||| Stepping randomly (stuck).
 44040 | Vaults:1 | 44040 ||| Stepping randomly (stuck).
 44042 | Vaults:1 | 44042 ||| Stepping randomly (stuck).
 44044 | Vaults:1 | 44044 ||| Stepping randomly (stuck).
 44046 | Vaults:1 | 44046 ||| Stepping randomly (stuck).
 44048 | Vaults:1 | 44048 ||| Stepping randomly (stuck).
 44050 | Vaults:1 | 44050 ||| Stepping randomly (stuck).
 44052 | Vaults:1 | 44052 ||| Stepping randomly (stuck).
 44054 | Vaults:1 | 44054 ||| Stepping randomly (stuck).
 44056 | Vaults:1 | 44056 ||| Stepping randomly (stuck).
 44058 | Vaults:1 | 44058 ||| Stepping randomly (stuck).
 44060 | Vaults:1 | 44060 ||| Stepping randomly (stuck).
 44062 | Vaults:1 | 44062 ||| Stepping randomly (stuck).
 44063 | Vaults:1 | Glimpsed the power of Zot.
 44064 | Vaults:1 | 44064 ||| Stepping randomly (stuck).
 44066 | Vaults:1 | 44066 ||| Stepping randomly (stuck).
 44068 | Vaults:1 | 44068 ||| Stepping randomly (stuck).
 44070 | Vaults:1 | 44070 ||| Stepping randomly (stuck).
 44072 | Vaults:1 | 44072 ||| Stepping randomly (stuck).
 44074 | Vaults:1 | 44074 ||| Stepping randomly (stuck).
 44076 | Vaults:1 | 44076 ||| Stepping randomly (stuck).
 44078 | Vaults:1 | 44078 ||| Stepping randomly (stuck).
 44080 | Vaults:1 | 44080 ||| Stepping randomly (stuck).
 44082 | Vaults:1 | 44082 ||| Stepping randomly (stuck).
 44084 | Vaults:1 | 44084 ||| Stepping randomly (stuck).
 44086 | Vaults:1 | 44086 ||| Stepping randomly (stuck).
 44088 | Vaults:1 | 44088 ||| Stepping randomly (stuck).
 44090 | Vaults:1 | 44090 ||| Stepping randomly (stuck).
 44092 | Vaults:1 | 44092 ||| Stepping randomly (stuck).
 44094 | Vaults:1 | 44094 ||| Stepping randomly (stuck).
 44096 | Vaults:1 | 44096 ||| Stepping randomly (stuck).
 44098 | Vaults:1 | 44098 ||| Stepping randomly (stuck).
 44100 | Vaults:1 | 44100 ||| Stepping randomly (stuck).
 44102 | Vaults:1 | 44102 ||| Stepping randomly (stuck).
 44104 | Vaults:1 | 44104 ||| Stepping randomly (stuck).
 44106 | Vaults:1 | 44106 ||| Stepping randomly (stuck).
 44108 | Vaults:1 | 44108 ||| Stepping randomly (stuck).
 44110 | Vaults:1 | 44110 ||| Stepping randomly (stuck).
 44112 | Vaults:1 | 44112 ||| Stepping randomly (stuck).
 44114 | Vaults:1 | 44114 ||| Stepping randomly (stuck).
 44116 | Vaults:1 | 44116 ||| Stepping randomly (stuck).
 44118 | Vaults:1 | 44118 ||| Stepping randomly (stuck).
 44120 | Vaults:1 | 44120 ||| Stepping randomly (stuck).
 44122 | Vaults:1 | 44122 ||| Stepping randomly (stuck).
 44124 | Vaults:1 | 44124 ||| Stepping randomly (stuck).
 44126 | Vaults:1 | 44126 ||| Stepping randomly (stuck).
 44128 | Vaults:1 | 44128 ||| Stepping randomly (stuck).
 44130 | Vaults:1 | 44130 ||| Stepping randomly (stuck).
 44132 | Vaults:1 | 44132 ||| Stepping randomly (stuck).
 44134 | Vaults:1 | 44134 ||| Stepping randomly (stuck).
 44136 | Vaults:1 | 44136 ||| Stepping randomly (stuck).
 44138 | Vaults:1 | 44138 ||| Stepping randomly (stuck).
 44140 | Vaults:1 | 44140 ||| Stepping randomly (stuck).
 44142 | Vaults:1 | 44142 ||| Stepping randomly (stuck).
 44144 | Vaults:1 | 44144 ||| Stepping randomly (stuck).
 44146 | Vaults:1 | 44146 ||| Stepping randomly (stuck).
 44148 | Vaults:1 | 44148 ||| Stepping randomly (stuck).
 44150 | Vaults:1 | 44150 ||| Stepping randomly (stuck).
 44152 | Vaults:1 | 44152 ||| Stepping randomly (stuck).
 44154 | Vaults:1 | 44154 ||| Stepping randomly (stuck).
 44156 | Vaults:1 | 44156 ||| Stepping randomly (stuck).
 44158 | Vaults:1 | 44158 ||| Stepping randomly (stuck).
 44160 | Vaults:1 | 44160 ||| Stepping randomly (stuck).
 44162 | Vaults:1 | 44162 ||| Stepping randomly (stuck).
 44164 | Vaults:1 | 44164 ||| Stepping randomly (stuck).
 44166 | Vaults:1 | 44166 ||| Stepping randomly (stuck).
 44168 | Vaults:1 | 44168 ||| Stepping randomly (stuck).
 44170 | Vaults:1 | 44170 ||| Stepping randomly (stuck).
 44172 | Vaults:1 | 44172 ||| Stepping randomly (stuck).
 44174 | Vaults:1 | 44174 ||| Stepping randomly (stuck).
 44176 | Vaults:1 | 44176 ||| Stepping randomly (stuck).
 44178 | Vaults:1 | 44178 ||| Stepping randomly (stuck).
 44180 | Vaults:1 | 44180 ||| Stepping randomly (stuck).
 44182 | Vaults:1 | 44182 ||| Stepping randomly (stuck).
 44184 | Vaults:1 | 44184 ||| Stepping randomly (stuck).
 44186 | Vaults:1 | 44186 ||| Stepping randomly (stuck).
 44188 | Vaults:1 | 44188 ||| Stepping randomly (stuck).
 44190 | Vaults:1 | 44190 ||| Stepping randomly (stuck).
 44192 | Vaults:1 | 44192 ||| Stepping randomly (stuck).
 44194 | Vaults:1 | 44194 ||| Stepping randomly (stuck).
 44196 | Vaults:1 | 44196 ||| Stepping randomly (stuck).
 44198 | Vaults:1 | 44198 ||| Stepping randomly (stuck).
 44200 | Vaults:1 | 44200 ||| Stepping randomly (stuck).
 44202 | Vaults:1 | 44202 ||| Stepping randomly (stuck).
 44204 | Vaults:1 | 44204 ||| Stepping randomly (stuck).
 44206 | Vaults:1 | 44206 ||| Stepping randomly (stuck).
 44208 | Vaults:1 | 44208 ||| Stepping randomly (stuck).
 44210 | Vaults:1 | 44210 ||| Stepping randomly (stuck).
 44212 | Vaults:1 | 44212 ||| Stepping randomly (stuck).
 44214 | Vaults:1 | 44214 ||| Stepping randomly (stuck).
 44216 | Vaults:1 | 44216 ||| Stepping randomly (stuck).
 44218 | Vaults:1 | 44218 ||| Stepping randomly (stuck).
 44220 | Vaults:1 | 44220 ||| Stepping randomly (stuck).
 44222 | Vaults:1 | 44222 ||| Stepping randomly (stuck).
 44224 | Vaults:1 | 44224 ||| Stepping randomly (stuck).
 44226 | Vaults:1 | 44226 ||| Stepping randomly (stuck).
 44228 | Vaults:1 | 44228 ||| Stepping randomly (stuck).
 44230 | Vaults:1 | 44230 ||| Stepping randomly (stuck).
 44232 | Vaults:1 | 44232 ||| Stepping randomly (stuck).
 44234 | Vaults:1 | 44234 ||| Stepping randomly (stuck).
 44236 | Vaults:1 | 44236 ||| Stepping randomly (stuck).
 44238 | Vaults:1 | 44238 ||| Stepping randomly (stuck).
 44240 | Vaults:1 | 44240 ||| Stepping randomly (stuck).
 44242 | Vaults:1 | 44242 ||| Stepping randomly (stuck).
 44244 | Vaults:1 | 44244 ||| Stepping randomly (stuck).
 44246 | Vaults:1 | 44246 ||| Stepping randomly (stuck).
 44248 | Vaults:1 | 44248 ||| Stepping randomly (stuck).
 44250 | Vaults:1 | 44250 ||| Stepping randomly (stuck).
 44252 | Vaults:1 | 44252 ||| Stepping randomly (stuck).
 44254 | Vaults:1 | 44254 ||| Stepping randomly (stuck).
 44256 | Vaults:1 | 44256 ||| Stepping randomly (stuck).
 44258 | Vaults:1 | 44258 ||| Stepping randomly (stuck).
 44260 | Vaults:1 | 44260 ||| Stepping randomly (stuck).
 44262 | Vaults:1 | 44262 ||| Stepping randomly (stuck).
 44264 | Vaults:1 | 44264 ||| Stepping randomly (stuck).
 44266 | Vaults:1 | 44266 ||| Stepping randomly (stuck).
 44268 | Vaults:1 | 44268 ||| Stepping randomly (stuck).
 44270 | Vaults:1 | 44270 ||| Stepping randomly (stuck).
 44272 | Vaults:1 | 44272 ||| Stepping randomly (stuck).
 44274 | Vaults:1 | 44274 ||| Stepping randomly (stuck).
 44276 | Vaults:1 | 44276 ||| Stepping randomly (stuck).
 44278 | Vaults:1 | 44278 ||| Stepping randomly (stuck).
 44280 | Vaults:1 | 44280 ||| Stepping randomly (stuck).
 44282 | Vaults:1 | 44282 ||| Stepping randomly (stuck).
 44284 | Vaults:1 | 44284 ||| Stepping randomly (stuck).
 44286 | Vaults:1 | 44286 ||| Stepping randomly (stuck).
 44288 | Vaults:1 | 44288 ||| Stepping randomly (stuck).
 44290 | Vaults:1 | 44290 ||| Stepping randomly (stuck).
 44292 | Vaults:1 | 44292 ||| Stepping randomly (stuck).
 44294 | Vaults:1 | 44294 ||| Stepping randomly (stuck).
 44296 | Vaults:1 | 44296 ||| Stepping randomly (stuck).
 44298 | Vaults:1 | 44298 ||| Stepping randomly (stuck).
 44300 | Vaults:1 | 44300 ||| Stepping randomly (stuck).
 44302 | Vaults:1 | 44302 ||| Stepping randomly (stuck).
 44304 | Vaults:1 | 44304 ||| Stepping randomly (stuck).
 44306 | Vaults:1 | 44306 ||| Stepping randomly (stuck).
 44308 | Vaults:1 | 44308 ||| Stepping randomly (stuck).
 44310 | Vaults:1 | 44310 ||| Stepping randomly (stuck).
 44312 | Vaults:1 | 44312 ||| Stepping randomly (stuck).
 44314 | Vaults:1 | 44314 ||| Stepping randomly (stuck).
 44316 | Vaults:1 | 44316 ||| Stepping randomly (stuck).
 44318 | Vaults:1 | 44318 ||| Stepping randomly (stuck).
 44320 | Vaults:1 | 44320 ||| Stepping randomly (stuck).
 44322 | Vaults:1 | 44322 ||| Stepping randomly (stuck).
 44324 | Vaults:1 | 44324 ||| Stepping randomly (stuck).
 44326 | Vaults:1 | 44326 ||| Stepping randomly (stuck).
 44328 | Vaults:1 | 44328 ||| Stepping randomly (stuck).
 44330 | Vaults:1 | 44330 ||| Stepping randomly (stuck).
 44332 | Vaults:1 | 44332 ||| Stepping randomly (stuck).
 44334 | Vaults:1 | 44334 ||| Stepping randomly (stuck).
 44336 | Vaults:1 | 44336 ||| Stepping randomly (stuck).
 44338 | Vaults:1 | 44338 ||| Stepping randomly (stuck).
 44340 | Vaults:1 | 44340 ||| Stepping randomly (stuck).
 44342 | Vaults:1 | 44342 ||| Stepping randomly (stuck).
 44344 | Vaults:1 | 44344 ||| Stepping randomly (stuck).
 44346 | Vaults:1 | 44346 ||| Stepping randomly (stuck).
 44348 | Vaults:1 | 44348 ||| Stepping randomly (stuck).
 44350 | Vaults:1 | 44350 ||| Stepping randomly (stuck).
 44352 | Vaults:1 | 44352 ||| Stepping randomly (stuck).
 44354 | Vaults:1 | 44354 ||| Stepping randomly (stuck).
 44356 | Vaults:1 | 44356 ||| Stepping randomly (stuck).
 44358 | Vaults:1 | 44358 ||| Stepping randomly (stuck).
 44360 | Vaults:1 | 44360 ||| Stepping randomly (stuck).
 44362 | Vaults:1 | 44362 ||| Stepping randomly (stuck).
 44364 | Vaults:1 | 44364 ||| Stepping randomly (stuck).
 44366 | Vaults:1 | 44366 ||| Stepping randomly (stuck).
 44368 | Vaults:1 | 44368 ||| Stepping randomly (stuck).
 44370 | Vaults:1 | 44370 ||| Stepping randomly (stuck).
 44372 | Vaults:1 | 44372 ||| Stepping randomly (stuck).
 44374 | Vaults:1 | 44374 ||| Stepping randomly (stuck).
 44376 | Vaults:1 | 44376 ||| Stepping randomly (stuck).
 44378 | Vaults:1 | 44378 ||| Stepping randomly (stuck).
 44380 | Vaults:1 | 44380 ||| Stepping randomly (stuck).
 44382 | Vaults:1 | 44382 ||| Stepping randomly (stuck).
 44384 | Vaults:1 | 44384 ||| Stepping randomly (stuck).
 44386 | Vaults:1 | 44386 ||| Stepping randomly (stuck).
 44388 | Vaults:1 | 44388 ||| Stepping randomly (stuck).
 44390 | Vaults:1 | 44390 ||| Stepping randomly (stuck).
 44392 | Vaults:1 | 44392 ||| Stepping randomly (stuck).
 44394 | Vaults:1 | 44394 ||| Stepping randomly (stuck).
 44396 | Vaults:1 | 44396 ||| Stepping randomly (stuck).
 44398 | Vaults:1 | 44398 ||| Stepping randomly (stuck).
 44400 | Vaults:1 | 44400 ||| Stepping randomly (stuck).
 44402 | Vaults:1 | 44402 ||| Stepping randomly (stuck).
 44404 | Vaults:1 | 44404 ||| Stepping randomly (stuck).
 44406 | Vaults:1 | 44406 ||| Stepping randomly (stuck).
 44408 | Vaults:1 | 44408 ||| Stepping randomly (stuck).
 44410 | Vaults:1 | 44410 ||| Stepping randomly (stuck).
 44412 | Vaults:1 | 44412 ||| Stepping randomly (stuck).
 44414 | Vaults:1 | 44414 ||| Stepping randomly (stuck).
 44416 | Vaults:1 | 44416 ||| Stepping randomly (stuck).
 44418 | Vaults:1 | 44418 ||| Stepping randomly (stuck).
 44420 | Vaults:1 | 44420 ||| Stepping randomly (stuck).
 44422 | Vaults:1 | 44422 ||| Stepping randomly (stuck).
 44424 | Vaults:1 | 44424 ||| Stepping randomly (stuck).
 44426 | Vaults:1 | 44426 ||| Stepping randomly (stuck).
 44428 | Vaults:1 | 44428 ||| Stepping randomly (stuck).
 44430 | Vaults:1 | 44430 ||| Stepping randomly (stuck).
 44432 | Vaults:1 | 44432 ||| Stepping randomly (stuck).
 44434 | Vaults:1 | 44434 ||| Stepping randomly (stuck).
 44436 | Vaults:1 | 44436 ||| Stepping randomly (stuck).
 44438 | Vaults:1 | 44438 ||| Stepping randomly (stuck).
 44440 | Vaults:1 | 44440 ||| Stepping randomly (stuck).
 44442 | Vaults:1 | 44442 ||| Stepping randomly (stuck).
 44444 | Vaults:1 | 44444 ||| Stepping randomly (stuck).
 44446 | Vaults:1 | 44446 ||| Stepping randomly (stuck).
 44448 | Vaults:1 | 44448 ||| Stepping randomly (stuck).
 44450 | Vaults:1 | 44450 ||| Stepping randomly (stuck).
 44452 | Vaults:1 | 44452 ||| Stepping randomly (stuck).
 44454 | Vaults:1 | 44454 ||| Stepping randomly (stuck).
 44456 | Vaults:1 | 44456 ||| Stepping randomly (stuck).
 44458 | Vaults:1 | 44458 ||| Stepping randomly (stuck).
 44460 | Vaults:1 | 44460 ||| Stepping randomly (stuck).
 44462 | Vaults:1 | 44462 ||| Stepping randomly (stuck).
 44463 | Vaults:1 | Glimpsed the power of Zot.
 44464 | Vaults:1 | 44464 ||| Stepping randomly (stuck).
 44466 | Vaults:1 | 44466 ||| Stepping randomly (stuck).
 44468 | Vaults:1 | 44468 ||| Stepping randomly (stuck).
 44470 | Vaults:1 | 44470 ||| Stepping randomly (stuck).
 44472 | Vaults:1 | 44472 ||| Stepping randomly (stuck).
 44474 | Vaults:1 | 44474 ||| Stepping randomly (stuck).
 44476 | Vaults:1 | 44476 ||| Stepping randomly (stuck).
 44478 | Vaults:1 | 44478 ||| Stepping randomly (stuck).
 44480 | Vaults:1 | 44480 ||| Stepping randomly (stuck).
 44482 | Vaults:1 | 44482 ||| Stepping randomly (stuck).
 44484 | Vaults:1 | 44484 ||| Stepping randomly (stuck).
 44486 | Vaults:1 | 44486 ||| Stepping randomly (stuck).
 44488 | Vaults:1 | 44488 ||| Stepping randomly (stuck).
 44490 | Vaults:1 | 44490 ||| Stepping randomly (stuck).
 44492 | Vaults:1 | 44492 ||| Stepping randomly (stuck).
 44494 | Vaults:1 | 44494 ||| Stepping randomly (stuck).
 44496 | Vaults:1 | 44496 ||| Stepping randomly (stuck).
 44498 | Vaults:1 | 44498 ||| Stepping randomly (stuck).
 44500 | Vaults:1 | 44500 ||| Stepping randomly (stuck).
 44502 | Vaults:1 | 44502 ||| Stepping randomly (stuck).
 44504 | Vaults:1 | 44504 ||| Stepping randomly (stuck).
 44506 | Vaults:1 | 44506 ||| Stepping randomly (stuck).
 44508 | Vaults:1 | 44508 ||| Stepping randomly (stuck).
 44510 | Vaults:1 | 44510 ||| Stepping randomly (stuck).
 44512 | Vaults:1 | 44512 ||| Stepping randomly (stuck).
 44514 | Vaults:1 | 44514 ||| Stepping randomly (stuck).
 44516 | Vaults:1 | 44516 ||| Stepping randomly (stuck).
 44518 | Vaults:1 | 44518 ||| Stepping randomly (stuck).
 44520 | Vaults:1 | 44520 ||| Stepping randomly (stuck).
 44522 | Vaults:1 | 44522 ||| Stepping randomly (stuck).
 44524 | Vaults:1 | 44524 ||| Stepping randomly (stuck).
 44526 | Vaults:1 | 44526 ||| Stepping randomly (stuck).
 44528 | Vaults:1 | 44528 ||| Stepping randomly (stuck).
 44530 | Vaults:1 | 44530 ||| Stepping randomly (stuck).
 44532 | Vaults:1 | 44532 ||| Stepping randomly (stuck).
 44534 | Vaults:1 | 44534 ||| Stepping randomly (stuck).
 44536 | Vaults:1 | 44536 ||| Stepping randomly (stuck).
 44538 | Vaults:1 | 44538 ||| Stepping randomly (stuck).
 44540 | Vaults:1 | 44540 ||| Stepping randomly (stuck).
 44542 | Vaults:1 | 44542 ||| Stepping randomly (stuck).
 44544 | Vaults:1 | 44544 ||| Stepping randomly (stuck).
 44546 | Vaults:1 | 44546 ||| Stepping randomly (stuck).
 44548 | Vaults:1 | 44548 ||| Stepping randomly (stuck).
 44550 | Vaults:1 | 44550 ||| Stepping randomly (stuck).
 44552 | Vaults:1 | 44552 ||| Stepping randomly (stuck).
 44554 | Vaults:1 | 44554 ||| Stepping randomly (stuck).
 44556 | Vaults:1 | 44556 ||| Stepping randomly (stuck).
 44558 | Vaults:1 | 44558 ||| Stepping randomly (stuck).
 44560 | Vaults:1 | 44560 ||| Stepping randomly (stuck).
 44562 | Vaults:1 | 44562 ||| Stepping randomly (stuck).
 44562 | Vaults:1 | Touched by the power of Zot (MHP 55 -> 43)
 44563 | Vaults:1 | Glimpsed the power of Zot.
 44564 | Vaults:1 | 44564 ||| Stepping randomly (stuck).
 44566 | Vaults:1 | 44566 ||| Stepping randomly (stuck).
 44568 | Vaults:1 | 44568 ||| Stepping randomly (stuck).
 44570 | Vaults:1 | 44570 ||| Stepping randomly (stuck).
 44572 | Vaults:1 | 44572 ||| Stepping randomly (stuck).
 44574 | Vaults:1 | 44574 ||| Stepping randomly (stuck).
 44576 | Vaults:1 | 44576 ||| Stepping randomly (stuck).
 44578 | Vaults:1 | 44578 ||| Stepping randomly (stuck).
 44580 | Vaults:1 | 44580 ||| Stepping randomly (stuck).
 44582 | Vaults:1 | 44582 ||| Stepping randomly (stuck).
 44584 | Vaults:1 | 44584 ||| Stepping randomly (stuck).
 44586 | Vaults:1 | 44586 ||| Stepping randomly (stuck).
 44588 | Vaults:1 | 44588 ||| Stepping randomly (stuck).
 44590 | Vaults:1 | 44590 ||| Stepping randomly (stuck).
 44592 | Vaults:1 | 44592 ||| Stepping randomly (stuck).
 44594 | Vaults:1 | 44594 ||| Stepping randomly (stuck).
 44596 | Vaults:1 | 44596 ||| Stepping randomly (stuck).
 44598 | Vaults:1 | 44598 ||| Stepping randomly (stuck).
 44600 | Vaults:1 | 44600 ||| Stepping randomly (stuck).
 44602 | Vaults:1 | 44602 ||| Stepping randomly (stuck).
 44604 | Vaults:1 | 44604 ||| Stepping randomly (stuck).
 44606 | Vaults:1 | 44606 ||| Stepping randomly (stuck).
 44608 | Vaults:1 | 44608 ||| Stepping randomly (stuck).
 44610 | Vaults:1 | 44610 ||| Stepping randomly (stuck).
 44612 | Vaults:1 | 44612 ||| Stepping randomly (stuck).
 44614 | Vaults:1 | 44614 ||| Stepping randomly (stuck).
 44616 | Vaults:1 | 44616 ||| Stepping randomly (stuck).
 44618 | Vaults:1 | 44618 ||| Stepping randomly (stuck).
 44620 | Vaults:1 | 44620 ||| Stepping randomly (stuck).
 44622 | Vaults:1 | 44622 ||| Stepping randomly (stuck).
 44624 | Vaults:1 | 44624 ||| Stepping randomly (stuck).
 44626 | Vaults:1 | 44626 ||| Stepping randomly (stuck).
 44628 | Vaults:1 | 44628 ||| Stepping randomly (stuck).
 44630 | Vaults:1 | 44630 ||| Stepping randomly (stuck).
 44632 | Vaults:1 | 44632 ||| Stepping randomly (stuck).
 44634 | Vaults:1 | 44634 ||| Stepping randomly (stuck).
 44636 | Vaults:1 | 44636 ||| Stepping randomly (stuck).
 44638 | Vaults:1 | 44638 ||| Stepping randomly (stuck).
 44640 | Vaults:1 | 44640 ||| Stepping randomly (stuck).
 44642 | Vaults:1 | 44642 ||| Stepping randomly (stuck).
 44644 | Vaults:1 | 44644 ||| Stepping randomly (stuck).
 44646 | Vaults:1 | 44646 ||| Stepping randomly (stuck).
 44648 | Vaults:1 | 44648 ||| Stepping randomly (stuck).
 44650 | Vaults:1 | 44650 ||| Stepping randomly (stuck).
 44652 | Vaults:1 | 44652 ||| Stepping randomly (stuck).
 44654 | Vaults:1 | 44654 ||| Stepping randomly (stuck).
 44656 | Vaults:1 | 44656 ||| Stepping randomly (stuck).
 44658 | Vaults:1 | 44658 ||| Stepping randomly (stuck).
 44660 | Vaults:1 | 44660 ||| Stepping randomly (stuck).
 44662 | Vaults:1 | 44662 ||| Stepping randomly (stuck).
 44664 | Vaults:1 | 44664 ||| Stepping randomly (stuck).
 44666 | Vaults:1 | 44666 ||| Stepping randomly (stuck).
 44668 | Vaults:1 | 44668 ||| Stepping randomly (stuck).
 44670 | Vaults:1 | 44670 ||| Stepping randomly (stuck).
 44672 | Vaults:1 | 44672 ||| Stepping randomly (stuck).
 44674 | Vaults:1 | 44674 ||| Stepping randomly (stuck).
 44676 | Vaults:1 | 44676 ||| Stepping randomly (stuck).
 44678 | Vaults:1 | 44678 ||| Stepping randomly (stuck).
 44680 | Vaults:1 | 44680 ||| Stepping randomly (stuck).
 44682 | Vaults:1 | 44682 ||| Stepping randomly (stuck).
 44684 | Vaults:1 | 44684 ||| Stepping randomly (stuck).
 44686 | Vaults:1 | 44686 ||| Stepping randomly (stuck).
 44688 | Vaults:1 | 44688 ||| Stepping randomly (stuck).
 44690 | Vaults:1 | 44690 ||| Stepping randomly (stuck).
 44692 | Vaults:1 | 44692 ||| Stepping randomly (stuck).
 44694 | Vaults:1 | 44694 ||| Stepping randomly (stuck).
 44696 | Vaults:1 | 44696 ||| Stepping randomly (stuck).
 44698 | Vaults:1 | 44698 ||| Stepping randomly (stuck).
 44700 | Vaults:1 | 44700 ||| Stepping randomly (stuck).
 44702 | Vaults:1 | 44702 ||| Stepping randomly (stuck).
 44704 | Vaults:1 | 44704 ||| Stepping randomly (stuck).
 44706 | Vaults:1 | 44706 ||| Stepping randomly (stuck).
 44708 | Vaults:1 | 44708 ||| Stepping randomly (stuck).
 44710 | Vaults:1 | 44710 ||| Stepping randomly (stuck).
 44712 | Vaults:1 | 44712 ||| Stepping randomly (stuck).
 44714 | Vaults:1 | 44714 ||| Stepping randomly (stuck).
 44716 | Vaults:1 | 44716 ||| Stepping randomly (stuck).
 44718 | Vaults:1 | 44718 ||| Stepping randomly (stuck).
 44720 | Vaults:1 | 44720 ||| Stepping randomly (stuck).
 44722 | Vaults:1 | 44722 ||| Stepping randomly (stuck).
 44724 | Vaults:1 | 44724 ||| Stepping randomly (stuck).
 44726 | Vaults:1 | 44726 ||| Stepping randomly (stuck).
 44728 | Vaults:1 | 44728 ||| Stepping randomly (stuck).
 44730 | Vaults:1 | 44730 ||| Stepping randomly (stuck).
 44732 | Vaults:1 | 44732 ||| Stepping randomly (stuck).
 44734 | Vaults:1 | 44734 ||| Stepping randomly (stuck).
 44736 | Vaults:1 | 44736 ||| Stepping randomly (stuck).
 44738 | Vaults:1 | 44738 ||| Stepping randomly (stuck).
 44740 | Vaults:1 | 44740 ||| Stepping randomly (stuck).
 44742 | Vaults:1 | 44742 ||| Stepping randomly (stuck).
 44744 | Vaults:1 | 44744 ||| Stepping randomly (stuck).
 44746 | Vaults:1 | 44746 ||| Stepping randomly (stuck).
 44748 | Vaults:1 | 44748 ||| Stepping randomly (stuck).
 44750 | Vaults:1 | 44750 ||| Stepping randomly (stuck).
 44752 | Vaults:1 | 44752 ||| Stepping randomly (stuck).
 44754 | Vaults:1 | 44754 ||| Stepping randomly (stuck).
 44756 | Vaults:1 | 44756 ||| Stepping randomly (stuck).
 44758 | Vaults:1 | 44758 ||| Stepping randomly (stuck).
 44760 | Vaults:1 | 44760 ||| Stepping randomly (stuck).
 44762 | Vaults:1 | 44762 ||| Stepping randomly (stuck).
 44764 | Vaults:1 | 44764 ||| Stepping randomly (stuck).
 44766 | Vaults:1 | 44766 ||| Stepping randomly (stuck).
 44768 | Vaults:1 | 44768 ||| Stepping randomly (stuck).
 44770 | Vaults:1 | 44770 ||| Stepping randomly (stuck).
 44772 | Vaults:1 | 44772 ||| Stepping randomly (stuck).
 44774 | Vaults:1 | 44774 ||| Stepping randomly (stuck).
 44776 | Vaults:1 | 44776 ||| Stepping randomly (stuck).
 44778 | Vaults:1 | 44778 ||| Stepping randomly (stuck).
 44780 | Vaults:1 | 44780 ||| Stepping randomly (stuck).
 44782 | Vaults:1 | 44782 ||| Stepping randomly (stuck).
 44784 | Vaults:1 | 44784 ||| Stepping randomly (stuck).
 44786 | Vaults:1 | 44786 ||| Stepping randomly (stuck).
 44788 | Vaults:1 | 44788 ||| Stepping randomly (stuck).
 44790 | Vaults:1 | 44790 ||| Stepping randomly (stuck).
 44792 | Vaults:1 | 44792 ||| Stepping randomly (stuck).
 44794 | Vaults:1 | 44794 ||| Stepping randomly (stuck).
 44796 | Vaults:1 | 44796 ||| Stepping randomly (stuck).
 44798 | Vaults:1 | 44798 ||| Stepping randomly (stuck).
 44800 | Vaults:1 | 44800 ||| Stepping randomly (stuck).
 44802 | Vaults:1 | 44802 ||| Stepping randomly (stuck).
 44804 | Vaults:1 | 44804 ||| Stepping randomly (stuck).
 44806 | Vaults:1 | 44806 ||| Stepping randomly (stuck).
 44808 | Vaults:1 | 44808 ||| Stepping randomly (stuck).
 44810 | Vaults:1 | 44810 ||| Stepping randomly (stuck).
 44812 | Vaults:1 | 44812 ||| Stepping randomly (stuck).
 44814 | Vaults:1 | 44814 ||| Stepping randomly (stuck).
 44816 | Vaults:1 | 44816 ||| Stepping randomly (stuck).
 44818 | Vaults:1 | 44818 ||| Stepping randomly (stuck).
 44820 | Vaults:1 | 44820 ||| Stepping randomly (stuck).
 44822 | Vaults:1 | 44822 ||| Stepping randomly (stuck).
 44824 | Vaults:1 | 44824 ||| Stepping randomly (stuck).
 44826 | Vaults:1 | 44826 ||| Stepping randomly (stuck).
 44828 | Vaults:1 | 44828 ||| Stepping randomly (stuck).
 44830 | Vaults:1 | 44830 ||| Stepping randomly (stuck).
 44832 | Vaults:1 | 44832 ||| Stepping randomly (stuck).
 44834 | Vaults:1 | 44834 ||| Stepping randomly (stuck).
 44836 | Vaults:1 | 44836 ||| Stepping randomly (stuck).
 44838 | Vaults:1 | 44838 ||| Stepping randomly (stuck).
 44840 | Vaults:1 | 44840 ||| Stepping randomly (stuck).
 44842 | Vaults:1 | 44842 ||| Stepping randomly (stuck).
 44844 | Vaults:1 | 44844 ||| Stepping randomly (stuck).
 44846 | Vaults:1 | 44846 ||| Stepping randomly (stuck).
 44848 | Vaults:1 | 44848 ||| Stepping randomly (stuck).
 44850 | Vaults:1 | 44850 ||| Stepping randomly (stuck).
 44852 | Vaults:1 | 44852 ||| Stepping randomly (stuck).
 44854 | Vaults:1 | 44854 ||| Stepping randomly (stuck).
 44856 | Vaults:1 | 44856 ||| Stepping randomly (stuck).
 44858 | Vaults:1 | 44858 ||| Stepping randomly (stuck).
 44860 | Vaults:1 | 44860 ||| Stepping randomly (stuck).
 44862 | Vaults:1 | 44862 ||| Stepping randomly (stuck).
 44864 | Vaults:1 | 44864 ||| Stepping randomly (stuck).
 44866 | Vaults:1 | 44866 ||| Stepping randomly (stuck).
 44868 | Vaults:1 | 44868 ||| Stepping randomly (stuck).
 44870 | Vaults:1 | 44870 ||| Stepping randomly (stuck).
 44872 | Vaults:1 | 44872 ||| Stepping randomly (stuck).
 44874 | Vaults:1 | 44874 ||| Stepping randomly (stuck).
 44876 | Vaults:1 | 44876 ||| Stepping randomly (stuck).
 44878 | Vaults:1 | 44878 ||| Stepping randomly (stuck).
 44880 | Vaults:1 | 44880 ||| Stepping randomly (stuck).
 44882 | Vaults:1 | 44882 ||| Stepping randomly (stuck).
 44884 | Vaults:1 | 44884 ||| Stepping randomly (stuck).
 44886 | Vaults:1 | 44886 ||| Stepping randomly (stuck).
 44888 | Vaults:1 | 44888 ||| Stepping randomly (stuck).
 44890 | Vaults:1 | 44890 ||| Stepping randomly (stuck).
 44892 | Vaults:1 | 44892 ||| Stepping randomly (stuck).
 44894 | Vaults:1 | 44894 ||| Stepping randomly (stuck).
 44896 | Vaults:1 | 44896 ||| Stepping randomly (stuck).
 44898 | Vaults:1 | 44898 ||| Stepping randomly (stuck).
 44900 | Vaults:1 | 44900 ||| Stepping randomly (stuck).
 44902 | Vaults:1 | 44902 ||| Stepping randomly (stuck).
 44904 | Vaults:1 | 44904 ||| Stepping randomly (stuck).
 44906 | Vaults:1 | 44906 ||| Stepping randomly (stuck).
 44908 | Vaults:1 | 44908 ||| Stepping randomly (stuck).
 44910 | Vaults:1 | 44910 ||| Stepping randomly (stuck).
 44912 | Vaults:1 | 44912 ||| Stepping randomly (stuck).
 44914 | Vaults:1 | 44914 ||| Stepping randomly (stuck).
 44916 | Vaults:1 | 44916 ||| Stepping randomly (stuck).
 44918 | Vaults:1 | 44918 ||| Stepping randomly (stuck).
 44920 | Vaults:1 | 44920 ||| Stepping randomly (stuck).
 44922 | Vaults:1 | 44922 ||| Stepping randomly (stuck).
 44924 | Vaults:1 | 44924 ||| Stepping randomly (stuck).
 44926 | Vaults:1 | 44926 ||| Stepping randomly (stuck).
 44928 | Vaults:1 | 44928 ||| Stepping randomly (stuck).
 44930 | Vaults:1 | 44930 ||| Stepping randomly (stuck).
 44932 | Vaults:1 | 44932 ||| Stepping randomly (stuck).
 44934 | Vaults:1 | 44934 ||| Stepping randomly (stuck).
 44936 | Vaults:1 | 44936 ||| Stepping randomly (stuck).
 44938 | Vaults:1 | 44938 ||| Stepping randomly (stuck).
 44940 | Vaults:1 | 44940 ||| Stepping randomly (stuck).
 44942 | Vaults:1 | 44942 ||| Stepping randomly (stuck).
 44944 | Vaults:1 | 44944 ||| Stepping randomly (stuck).
 44946 | Vaults:1 | 44946 ||| Stepping randomly (stuck).
 44948 | Vaults:1 | 44948 ||| Stepping randomly (stuck).
 44950 | Vaults:1 | 44950 ||| Stepping randomly (stuck).
 44952 | Vaults:1 | 44952 ||| Stepping randomly (stuck).
 44954 | Vaults:1 | 44954 ||| Stepping randomly (stuck).
 44956 | Vaults:1 | 44956 ||| Stepping randomly (stuck).
 44958 | Vaults:1 | 44958 ||| Stepping randomly (stuck).
 44960 | Vaults:1 | 44960 ||| Stepping randomly (stuck).
 44962 | Vaults:1 | 44962 ||| Stepping randomly (stuck).
 44964 | Vaults:1 | 44964 ||| Stepping randomly (stuck).
 44966 | Vaults:1 | 44966 ||| Stepping randomly (stuck).
 44968 | Vaults:1 | 44968 ||| Stepping randomly (stuck).
 44970 | Vaults:1 | 44970 ||| Stepping randomly (stuck).
 44972 | Vaults:1 | 44972 ||| Stepping randomly (stuck).
 44974 | Vaults:1 | 44974 ||| Stepping randomly (stuck).
 44976 | Vaults:1 | 44976 ||| Stepping randomly (stuck).
 44978 | Vaults:1 | 44978 ||| Stepping randomly (stuck).
 44980 | Vaults:1 | 44980 ||| Stepping randomly (stuck).
 44982 | Vaults:1 | 44982 ||| Stepping randomly (stuck).
 44984 | Vaults:1 | 44984 ||| Stepping randomly (stuck).
 44986 | Vaults:1 | 44986 ||| Stepping randomly (stuck).
 44988 | Vaults:1 | 44988 ||| Stepping randomly (stuck).
 44990 | Vaults:1 | 44990 ||| Stepping randomly (stuck).
 44992 | Vaults:1 | 44992 ||| Stepping randomly (stuck).
 44994 | Vaults:1 | 44994 ||| Stepping randomly (stuck).
 44996 | Vaults:1 | 44996 ||| Stepping randomly (stuck).
 44998 | Vaults:1 | 44998 ||| Stepping randomly (stuck).
 45000 | Vaults:1 | 45000 ||| Stepping randomly (stuck).
 45002 | Vaults:1 | 45002 ||| Stepping randomly (stuck).
 45004 | Vaults:1 | 45004 ||| Stepping randomly (stuck).
 45006 | Vaults:1 | 45006 ||| Stepping randomly (stuck).
 45008 | Vaults:1 | 45008 ||| Stepping randomly (stuck).
 45010 | Vaults:1 | 45010 ||| Stepping randomly (stuck).
 45012 | Vaults:1 | 45012 ||| Stepping randomly (stuck).
 45014 | Vaults:1 | 45014 ||| Stepping randomly (stuck).
 45016 | Vaults:1 | 45016 ||| Stepping randomly (stuck).
 45018 | Vaults:1 | 45018 ||| Stepping randomly (stuck).
 45020 | Vaults:1 | 45020 ||| Stepping randomly (stuck).
 45022 | Vaults:1 | 45022 ||| Stepping randomly (stuck).
 45024 | Vaults:1 | 45024 ||| Stepping randomly (stuck).
 45026 | Vaults:1 | 45026 ||| Stepping randomly (stuck).
 45028 | Vaults:1 | 45028 ||| Stepping randomly (stuck).
 45030 | Vaults:1 | 45030 ||| Stepping randomly (stuck).
 45032 | Vaults:1 | 45032 ||| Stepping randomly (stuck).
 45034 | Vaults:1 | 45034 ||| Stepping randomly (stuck).
 45036 | Vaults:1 | 45036 ||| Stepping randomly (stuck).
 45038 | Vaults:1 | 45038 ||| Stepping randomly (stuck).
 45040 | Vaults:1 | 45040 ||| Stepping randomly (stuck).
 45042 | Vaults:1 | 45042 ||| Stepping randomly (stuck).
 45044 | Vaults:1 | 45044 ||| Stepping randomly (stuck).
 45046 | Vaults:1 | 45046 ||| Stepping randomly (stuck).
 45048 | Vaults:1 | 45048 ||| Stepping randomly (stuck).
 45050 | Vaults:1 | 45050 ||| Stepping randomly (stuck).
 45052 | Vaults:1 | 45052 ||| Stepping randomly (stuck).
 45054 | Vaults:1 | 45054 ||| Stepping randomly (stuck).
 45056 | Vaults:1 | 45056 ||| Stepping randomly (stuck).
 45058 | Vaults:1 | 45058 ||| Stepping randomly (stuck).
 45060 | Vaults:1 | 45060 ||| Stepping randomly (stuck).
 45062 | Vaults:1 | 45062 ||| Stepping randomly (stuck).
 45063 | Vaults:1 | Glimpsed the power of Zot.
 45064 | Vaults:1 | 45064 ||| Stepping randomly (stuck).
 45066 | Vaults:1 | 45066 ||| Stepping randomly (stuck).
 45068 | Vaults:1 | 45068 ||| Stepping randomly (stuck).
 45070 | Vaults:1 | 45070 ||| Stepping randomly (stuck).
 45072 | Vaults:1 | 45072 ||| Stepping randomly (stuck).
 45074 | Vaults:1 | 45074 ||| Stepping randomly (stuck).
 45076 | Vaults:1 | 45076 ||| Stepping randomly (stuck).
 45078 | Vaults:1 | 45078 ||| Stepping randomly (stuck).
 45080 | Vaults:1 | 45080 ||| Stepping randomly (stuck).
 45082 | Vaults:1 | 45082 ||| Stepping randomly (stuck).
 45084 | Vaults:1 | 45084 ||| Stepping randomly (stuck).
 45086 | Vaults:1 | 45086 ||| Stepping randomly (stuck).
 45088 | Vaults:1 | 45088 ||| Stepping randomly (stuck).
 45090 | Vaults:1 | 45090 ||| Stepping randomly (stuck).
 45092 | Vaults:1 | 45092 ||| Stepping randomly (stuck).
 45094 | Vaults:1 | 45094 ||| Stepping randomly (stuck).
 45096 | Vaults:1 | 45096 ||| Stepping randomly (stuck).
 45098 | Vaults:1 | 45098 ||| Stepping randomly (stuck).
 45100 | Vaults:1 | 45100 ||| Stepping randomly (stuck).
 45102 | Vaults:1 | 45102 ||| Stepping randomly (stuck).
 45104 | Vaults:1 | 45104 ||| Stepping randomly (stuck).
 45106 | Vaults:1 | 45106 ||| Stepping randomly (stuck).
 45108 | Vaults:1 | 45108 ||| Stepping randomly (stuck).
 45110 | Vaults:1 | 45110 ||| Stepping randomly (stuck).
 45112 | Vaults:1 | 45112 ||| Stepping randomly (stuck).
 45114 | Vaults:1 | 45114 ||| Stepping randomly (stuck).
 45116 | Vaults:1 | 45116 ||| Stepping randomly (stuck).
 45118 | Vaults:1 | 45118 ||| Stepping randomly (stuck).
 45120 | Vaults:1 | 45120 ||| Stepping randomly (stuck).
 45122 | Vaults:1 | 45122 ||| Stepping randomly (stuck).
 45124 | Vaults:1 | 45124 ||| Stepping randomly (stuck).
 45126 | Vaults:1 | 45126 ||| Stepping randomly (stuck).
 45128 | Vaults:1 | 45128 ||| Stepping randomly (stuck).
 45130 | Vaults:1 | 45130 ||| Stepping randomly (stuck).
 45132 | Vaults:1 | 45132 ||| Stepping randomly (stuck).
 45134 | Vaults:1 | 45134 ||| Stepping randomly (stuck).
 45136 | Vaults:1 | 45136 ||| Stepping randomly (stuck).
 45138 | Vaults:1 | 45138 ||| Stepping randomly (stuck).
 45140 | Vaults:1 | 45140 ||| Stepping randomly (stuck).
 45142 | Vaults:1 | 45142 ||| Stepping randomly (stuck).
 45144 | Vaults:1 | 45144 ||| Stepping randomly (stuck).
 45146 | Vaults:1 | 45146 ||| Stepping randomly (stuck).
 45148 | Vaults:1 | 45148 ||| Stepping randomly (stuck).
 45150 | Vaults:1 | 45150 ||| Stepping randomly (stuck).
 45152 | Vaults:1 | 45152 ||| Stepping randomly (stuck).
 45154 | Vaults:1 | 45154 ||| Stepping randomly (stuck).
 45156 | Vaults:1 | 45156 ||| Stepping randomly (stuck).
 45158 | Vaults:1 | 45158 ||| Stepping randomly (stuck).
 45160 | Vaults:1 | 45160 ||| Stepping randomly (stuck).
 45162 | Vaults:1 | 45162 ||| Stepping randomly (stuck).
 45164 | Vaults:1 | 45164 ||| Stepping randomly (stuck).
 45166 | Vaults:1 | 45166 ||| Stepping randomly (stuck).
 45168 | Vaults:1 | 45168 ||| Stepping randomly (stuck).
 45170 | Vaults:1 | 45170 ||| Stepping randomly (stuck).
 45172 | Vaults:1 | 45172 ||| Stepping randomly (stuck).
 45174 | Vaults:1 | 45174 ||| Stepping randomly (stuck).
 45176 | Vaults:1 | 45176 ||| Stepping randomly (stuck).
 45178 | Vaults:1 | 45178 ||| Stepping randomly (stuck).
 45180 | Vaults:1 | 45180 ||| Stepping randomly (stuck).
 45182 | Vaults:1 | 45182 ||| Stepping randomly (stuck).
 45184 | Vaults:1 | 45184 ||| Stepping randomly (stuck).
 45186 | Vaults:1 | 45186 ||| Stepping randomly (stuck).
 45188 | Vaults:1 | 45188 ||| Stepping randomly (stuck).
 45190 | Vaults:1 | 45190 ||| Stepping randomly (stuck).
 45192 | Vaults:1 | 45192 ||| Stepping randomly (stuck).
 45194 | Vaults:1 | 45194 ||| Stepping randomly (stuck).
 45196 | Vaults:1 | 45196 ||| Stepping randomly (stuck).
 45198 | Vaults:1 | 45198 ||| Stepping randomly (stuck).
 45200 | Vaults:1 | 45200 ||| Stepping randomly (stuck).
 45202 | Vaults:1 | 45202 ||| Stepping randomly (stuck).
 45204 | Vaults:1 | 45204 ||| Stepping randomly (stuck).
 45206 | Vaults:1 | 45206 ||| Stepping randomly (stuck).
 45208 | Vaults:1 | 45208 ||| Stepping randomly (stuck).
 45210 | Vaults:1 | 45210 ||| Stepping randomly (stuck).
 45212 | Vaults:1 | 45212 ||| Stepping randomly (stuck).
 45214 | Vaults:1 | 45214 ||| Stepping randomly (stuck).
 45216 | Vaults:1 | 45216 ||| Stepping randomly (stuck).
 45218 | Vaults:1 | 45218 ||| Stepping randomly (stuck).
 45220 | Vaults:1 | 45220 ||| Stepping randomly (stuck).
 45222 | Vaults:1 | 45222 ||| Stepping randomly (stuck).
 45224 | Vaults:1 | 45224 ||| Stepping randomly (stuck).
 45226 | Vaults:1 | 45226 ||| Stepping randomly (stuck).
 45228 | Vaults:1 | 45228 ||| Stepping randomly (stuck).
 45230 | Vaults:1 | 45230 ||| Stepping randomly (stuck).
 45232 | Vaults:1 | 45232 ||| Stepping randomly (stuck).
 45234 | Vaults:1 | 45234 ||| Stepping randomly (stuck).
 45236 | Vaults:1 | 45236 ||| Stepping randomly (stuck).
 45238 | Vaults:1 | 45238 ||| Stepping randomly (stuck).
 45240 | Vaults:1 | 45240 ||| Stepping randomly (stuck).
 45242 | Vaults:1 | 45242 ||| Stepping randomly (stuck).
 45244 | Vaults:1 | 45244 ||| Stepping randomly (stuck).
 45246 | Vaults:1 | 45246 ||| Stepping randomly (stuck).
 45248 | Vaults:1 | 45248 ||| Stepping randomly (stuck).
 45250 | Vaults:1 | 45250 ||| Stepping randomly (stuck).
 45252 | Vaults:1 | 45252 ||| Stepping randomly (stuck).
 45254 | Vaults:1 | 45254 ||| Stepping randomly (stuck).
 45256 | Vaults:1 | 45256 ||| Stepping randomly (stuck).
 45258 | Vaults:1 | 45258 ||| Stepping randomly (stuck).
 45260 | Vaults:1 | 45260 ||| Stepping randomly (stuck).
 45262 | Vaults:1 | 45262 ||| Stepping randomly (stuck).
 45264 | Vaults:1 | 45264 ||| Stepping randomly (stuck).
 45266 | Vaults:1 | 45266 ||| Stepping randomly (stuck).
 45268 | Vaults:1 | 45268 ||| Stepping randomly (stuck).
 45270 | Vaults:1 | 45270 ||| Stepping randomly (stuck).
 45272 | Vaults:1 | 45272 ||| Stepping randomly (stuck).
 45274 | Vaults:1 | 45274 ||| Stepping randomly (stuck).
 45276 | Vaults:1 | 45276 ||| Stepping randomly (stuck).
 45278 | Vaults:1 | 45278 ||| Stepping randomly (stuck).
 45280 | Vaults:1 | 45280 ||| Stepping randomly (stuck).
 45282 | Vaults:1 | 45282 ||| Stepping randomly (stuck).
 45284 | Vaults:1 | 45284 ||| Stepping randomly (stuck).
 45286 | Vaults:1 | 45286 ||| Stepping randomly (stuck).
 45288 | Vaults:1 | 45288 ||| Stepping randomly (stuck).
 45290 | Vaults:1 | 45290 ||| Stepping randomly (stuck).
 45292 | Vaults:1 | 45292 ||| Stepping randomly (stuck).
 45294 | Vaults:1 | 45294 ||| Stepping randomly (stuck).
 45296 | Vaults:1 | 45296 ||| Stepping randomly (stuck).
 45298 | Vaults:1 | 45298 ||| Stepping randomly (stuck).
 45300 | Vaults:1 | 45300 ||| Stepping randomly (stuck).
 45302 | Vaults:1 | 45302 ||| Stepping randomly (stuck).
 45304 | Vaults:1 | 45304 ||| Stepping randomly (stuck).
 45306 | Vaults:1 | 45306 ||| Stepping randomly (stuck).
 45308 | Vaults:1 | 45308 ||| Stepping randomly (stuck).
 45310 | Vaults:1 | 45310 ||| Stepping randomly (stuck).
 45312 | Vaults:1 | 45312 ||| Stepping randomly (stuck).
 45314 | Vaults:1 | 45314 ||| Stepping randomly (stuck).
 45316 | Vaults:1 | 45316 ||| Stepping randomly (stuck).
 45318 | Vaults:1 | 45318 ||| Stepping randomly (stuck).
 45320 | Vaults:1 | 45320 ||| Stepping randomly (stuck).
 45322 | Vaults:1 | 45322 ||| Stepping randomly (stuck).
 45324 | Vaults:1 | 45324 ||| Stepping randomly (stuck).
 45326 | Vaults:1 | 45326 ||| Stepping randomly (stuck).
 45328 | Vaults:1 | 45328 ||| Stepping randomly (stuck).
 45330 | Vaults:1 | 45330 ||| Stepping randomly (stuck).
 45332 | Vaults:1 | 45332 ||| Stepping randomly (stuck).
 45334 | Vaults:1 | 45334 ||| Stepping randomly (stuck).
 45336 | Vaults:1 | 45336 ||| Stepping randomly (stuck).
 45338 | Vaults:1 | 45338 ||| Stepping randomly (stuck).
 45340 | Vaults:1 | 45340 ||| Stepping randomly (stuck).
 45342 | Vaults:1 | 45342 ||| Stepping randomly (stuck).
 45344 | Vaults:1 | 45344 ||| Stepping randomly (stuck).
 45346 | Vaults:1 | 45346 ||| Stepping randomly (stuck).
 45348 | Vaults:1 | 45348 ||| Stepping randomly (stuck).
 45350 | Vaults:1 | 45350 ||| Stepping randomly (stuck).
 45352 | Vaults:1 | 45352 ||| Stepping randomly (stuck).
 45354 | Vaults:1 | 45354 ||| Stepping randomly (stuck).
 45356 | Vaults:1 | 45356 ||| Stepping randomly (stuck).
 45358 | Vaults:1 | 45358 ||| Stepping randomly (stuck).
 45360 | Vaults:1 | 45360 ||| Stepping randomly (stuck).
 45362 | Vaults:1 | 45362 ||| Stepping randomly (stuck).
 45364 | Vaults:1 | 45364 ||| Stepping randomly (stuck).
 45366 | Vaults:1 | 45366 ||| Stepping randomly (stuck).
 45368 | Vaults:1 | 45368 ||| Stepping randomly (stuck).
 45370 | Vaults:1 | 45370 ||| Stepping randomly (stuck).
 45372 | Vaults:1 | 45372 ||| Stepping randomly (stuck).
 45374 | Vaults:1 | 45374 ||| Stepping randomly (stuck).
 45376 | Vaults:1 | 45376 ||| Stepping randomly (stuck).
 45378 | Vaults:1 | 45378 ||| Stepping randomly (stuck).
 45380 | Vaults:1 | 45380 ||| Stepping randomly (stuck).
 45382 | Vaults:1 | 45382 ||| Stepping randomly (stuck).
 45384 | Vaults:1 | 45384 ||| Stepping randomly (stuck).
 45386 | Vaults:1 | 45386 ||| Stepping randomly (stuck).
 45388 | Vaults:1 | 45388 ||| Stepping randomly (stuck).
 45390 | Vaults:1 | 45390 ||| Stepping randomly (stuck).
 45392 | Vaults:1 | 45392 ||| Stepping randomly (stuck).
 45394 | Vaults:1 | 45394 ||| Stepping randomly (stuck).
 45396 | Vaults:1 | 45396 ||| Stepping randomly (stuck).
 45398 | Vaults:1 | 45398 ||| Stepping randomly (stuck).
 45400 | Vaults:1 | 45400 ||| Stepping randomly (stuck).
 45402 | Vaults:1 | 45402 ||| Stepping randomly (stuck).
 45404 | Vaults:1 | 45404 ||| Stepping randomly (stuck).
 45406 | Vaults:1 | 45406 ||| Stepping randomly (stuck).
 45408 | Vaults:1 | 45408 ||| Stepping randomly (stuck).
 45410 | Vaults:1 | 45410 ||| Stepping randomly (stuck).
 45412 | Vaults:1 | 45412 ||| Stepping randomly (stuck).
 45414 | Vaults:1 | 45414 ||| Stepping randomly (stuck).
 45416 | Vaults:1 | 45416 ||| Stepping randomly (stuck).
 45418 | Vaults:1 | 45418 ||| Stepping randomly (stuck).
 45420 | Vaults:1 | 45420 ||| Stepping randomly (stuck).
 45422 | Vaults:1 | 45422 ||| Stepping randomly (stuck).
 45424 | Vaults:1 | 45424 ||| Stepping randomly (stuck).
 45426 | Vaults:1 | 45426 ||| Stepping randomly (stuck).
 45428 | Vaults:1 | 45428 ||| Stepping randomly (stuck).
 45430 | Vaults:1 | 45430 ||| Stepping randomly (stuck).
 45432 | Vaults:1 | 45432 ||| Stepping randomly (stuck).
 45434 | Vaults:1 | 45434 ||| Stepping randomly (stuck).
 45436 | Vaults:1 | 45436 ||| Stepping randomly (stuck).
 45438 | Vaults:1 | 45438 ||| Stepping randomly (stuck).
 45440 | Vaults:1 | 45440 ||| Stepping randomly (stuck).
 45442 | Vaults:1 | 45442 ||| Stepping randomly (stuck).
 45444 | Vaults:1 | 45444 ||| Stepping randomly (stuck).
 45446 | Vaults:1 | 45446 ||| Stepping randomly (stuck).
 45448 | Vaults:1 | 45448 ||| Stepping randomly (stuck).
 45450 | Vaults:1 | 45450 ||| Stepping randomly (stuck).
 45452 | Vaults:1 | 45452 ||| Stepping randomly (stuck).
 45454 | Vaults:1 | 45454 ||| Stepping randomly (stuck).
 45456 | Vaults:1 | 45456 ||| Stepping randomly (stuck).
 45458 | Vaults:1 | 45458 ||| Stepping randomly (stuck).
 45460 | Vaults:1 | 45460 ||| Stepping randomly (stuck).
 45462 | Vaults:1 | 45462 ||| Stepping randomly (stuck).
 45463 | Vaults:1 | Glimpsed the power of Zot.
 45464 | Vaults:1 | 45464 ||| Stepping randomly (stuck).
 45466 | Vaults:1 | 45466 ||| Stepping randomly (stuck).
 45468 | Vaults:1 | 45468 ||| Stepping randomly (stuck).
 45470 | Vaults:1 | 45470 ||| Stepping randomly (stuck).
 45472 | Vaults:1 | 45472 ||| Stepping randomly (stuck).
 45474 | Vaults:1 | 45474 ||| Stepping randomly (stuck).
 45476 | Vaults:1 | 45476 ||| Stepping randomly (stuck).
 45478 | Vaults:1 | 45478 ||| Stepping randomly (stuck).
 45480 | Vaults:1 | 45480 ||| Stepping randomly (stuck).
 45482 | Vaults:1 | 45482 ||| Stepping randomly (stuck).
 45484 | Vaults:1 | 45484 ||| Stepping randomly (stuck).
 45486 | Vaults:1 | 45486 ||| Stepping randomly (stuck).
 45488 | Vaults:1 | 45488 ||| Stepping randomly (stuck).
 45490 | Vaults:1 | 45490 ||| Stepping randomly (stuck).
 45492 | Vaults:1 | 45492 ||| Stepping randomly (stuck).
 45494 | Vaults:1 | 45494 ||| Stepping randomly (stuck).
 45496 | Vaults:1 | 45496 ||| Stepping randomly (stuck).
 45498 | Vaults:1 | 45498 ||| Stepping randomly (stuck).
 45500 | Vaults:1 | 45500 ||| Stepping randomly (stuck).
 45502 | Vaults:1 | 45502 ||| Stepping randomly (stuck).
 45504 | Vaults:1 | 45504 ||| Stepping randomly (stuck).
 45506 | Vaults:1 | 45506 ||| Stepping randomly (stuck).
 45508 | Vaults:1 | 45508 ||| Stepping randomly (stuck).
 45510 | Vaults:1 | 45510 ||| Stepping randomly (stuck).
 45512 | Vaults:1 | 45512 ||| Stepping randomly (stuck).
 45514 | Vaults:1 | 45514 ||| Stepping randomly (stuck).
 45516 | Vaults:1 | 45516 ||| Stepping randomly (stuck).
 45518 | Vaults:1 | 45518 ||| Stepping randomly (stuck).
 45520 | Vaults:1 | 45520 ||| Stepping randomly (stuck).
 45522 | Vaults:1 | 45522 ||| Stepping randomly (stuck).
 45524 | Vaults:1 | 45524 ||| Stepping randomly (stuck).
 45526 | Vaults:1 | 45526 ||| Stepping randomly (stuck).
 45528 | Vaults:1 | 45528 ||| Stepping randomly (stuck).
 45530 | Vaults:1 | 45530 ||| Stepping randomly (stuck).
 45532 | Vaults:1 | 45532 ||| Stepping randomly (stuck).
 45534 | Vaults:1 | 45534 ||| Stepping randomly (stuck).
 45536 | Vaults:1 | 45536 ||| Stepping randomly (stuck).
 45538 | Vaults:1 | 45538 ||| Stepping randomly (stuck).
 45540 | Vaults:1 | 45540 ||| Stepping randomly (stuck).
 45542 | Vaults:1 | 45542 ||| Stepping randomly (stuck).
 45544 | Vaults:1 | 45544 ||| Stepping randomly (stuck).
 45546 | Vaults:1 | 45546 ||| Stepping randomly (stuck).
 45548 | Vaults:1 | 45548 ||| Stepping randomly (stuck).
 45550 | Vaults:1 | 45550 ||| Stepping randomly (stuck).
 45552 | Vaults:1 | 45552 ||| Stepping randomly (stuck).
 45554 | Vaults:1 | 45554 ||| Stepping randomly (stuck).
 45556 | Vaults:1 | 45556 ||| Stepping randomly (stuck).
 45558 | Vaults:1 | 45558 ||| Stepping randomly (stuck).
 45560 | Vaults:1 | 45560 ||| Stepping randomly (stuck).
 45562 | Vaults:1 | 45562 ||| Stepping randomly (stuck).
 45562 | Vaults:1 | Touched by the power of Zot (MHP 45 -> 35)
 45563 | Vaults:1 | Glimpsed the power of Zot.
 45564 | Vaults:1 | 45564 ||| Stepping randomly (stuck).
 45566 | Vaults:1 | 45566 ||| Stepping randomly (stuck).
 45568 | Vaults:1 | 45568 ||| Stepping randomly (stuck).
 45570 | Vaults:1 | 45570 ||| Stepping randomly (stuck).
 45572 | Vaults:1 | 45572 ||| Stepping randomly (stuck).
 45574 | Vaults:1 | 45574 ||| Stepping randomly (stuck).
 45576 | Vaults:1 | 45576 ||| Stepping randomly (stuck).
 45578 | Vaults:1 | 45578 ||| Stepping randomly (stuck).
 45580 | Vaults:1 | 45580 ||| Stepping randomly (stuck).
 45582 | Vaults:1 | 45582 ||| Stepping randomly (stuck).
 45584 | Vaults:1 | 45584 ||| Stepping randomly (stuck).
 45586 | Vaults:1 | 45586 ||| Stepping randomly (stuck).
 45588 | Vaults:1 | 45588 ||| Stepping randomly (stuck).
 45590 | Vaults:1 | 45590 ||| Stepping randomly (stuck).
 45592 | Vaults:1 | 45592 ||| Stepping randomly (stuck).
 45594 | Vaults:1 | 45594 ||| Stepping randomly (stuck).
 45596 | Vaults:1 | 45596 ||| Stepping randomly (stuck).
 45598 | Vaults:1 | 45598 ||| Stepping randomly (stuck).
 45600 | Vaults:1 | 45600 ||| Stepping randomly (stuck).
 45602 | Vaults:1 | 45602 ||| Stepping randomly (stuck).
 45604 | Vaults:1 | 45604 ||| Stepping randomly (stuck).
 45606 | Vaults:1 | 45606 ||| Stepping randomly (stuck).
 45608 | Vaults:1 | 45608 ||| Stepping randomly (stuck).
 45610 | Vaults:1 | 45610 ||| Stepping randomly (stuck).
 45612 | Vaults:1 | 45612 ||| Stepping randomly (stuck).
 45614 | Vaults:1 | 45614 ||| Stepping randomly (stuck).
 45616 | Vaults:1 | 45616 ||| Stepping randomly (stuck).
 45618 | Vaults:1 | 45618 ||| Stepping randomly (stuck).
 45620 | Vaults:1 | 45620 ||| Stepping randomly (stuck).
 45622 | Vaults:1 | 45622 ||| Stepping randomly (stuck).
 45624 | Vaults:1 | 45624 ||| Stepping randomly (stuck).
 45626 | Vaults:1 | 45626 ||| Stepping randomly (stuck).
 45628 | Vaults:1 | 45628 ||| Stepping randomly (stuck).
 45630 | Vaults:1 | 45630 ||| Stepping randomly (stuck).
 45632 | Vaults:1 | 45632 ||| Stepping randomly (stuck).
 45634 | Vaults:1 | 45634 ||| Stepping randomly (stuck).
 45636 | Vaults:1 | 45636 ||| Stepping randomly (stuck).
 45638 | Vaults:1 | 45638 ||| Stepping randomly (stuck).
 45640 | Vaults:1 | 45640 ||| Stepping randomly (stuck).
 45642 | Vaults:1 | 45642 ||| Stepping randomly (stuck).
 45644 | Vaults:1 | 45644 ||| Stepping randomly (stuck).
 45646 | Vaults:1 | 45646 ||| Stepping randomly (stuck).
 45648 | Vaults:1 | 45648 ||| Stepping randomly (stuck).
 45650 | Vaults:1 | 45650 ||| Stepping randomly (stuck).
 45652 | Vaults:1 | 45652 ||| Stepping randomly (stuck).
 45654 | Vaults:1 | 45654 ||| Stepping randomly (stuck).
 45656 | Vaults:1 | 45656 ||| Stepping randomly (stuck).
 45658 | Vaults:1 | 45658 ||| Stepping randomly (stuck).
 45660 | Vaults:1 | 45660 ||| Stepping randomly (stuck).
 45662 | Vaults:1 | 45662 ||| Stepping randomly (stuck).
 45664 | Vaults:1 | 45664 ||| Stepping randomly (stuck).
 45666 | Vaults:1 | 45666 ||| Stepping randomly (stuck).
 45668 | Vaults:1 | 45668 ||| Stepping randomly (stuck).
 45670 | Vaults:1 | 45670 ||| Stepping randomly (stuck).
 45672 | Vaults:1 | 45672 ||| Stepping randomly (stuck).
 45674 | Vaults:1 | 45674 ||| Stepping randomly (stuck).
 45676 | Vaults:1 | 45676 ||| Stepping randomly (stuck).
 45678 | Vaults:1 | 45678 ||| Stepping randomly (stuck).
 45680 | Vaults:1 | 45680 ||| Stepping randomly (stuck).
 45682 | Vaults:1 | 45682 ||| Stepping randomly (stuck).
 45684 | Vaults:1 | 45684 ||| Stepping randomly (stuck).
 45686 | Vaults:1 | 45686 ||| Stepping randomly (stuck).
 45688 | Vaults:1 | 45688 ||| Stepping randomly (stuck).
 45690 | Vaults:1 | 45690 ||| Stepping randomly (stuck).
 45692 | Vaults:1 | 45692 ||| Stepping randomly (stuck).
 45694 | Vaults:1 | 45694 ||| Stepping randomly (stuck).
 45696 | Vaults:1 | 45696 ||| Stepping randomly (stuck).
 45698 | Vaults:1 | 45698 ||| Stepping randomly (stuck).
 45700 | Vaults:1 | 45700 ||| Stepping randomly (stuck).
 45702 | Vaults:1 | 45702 ||| Stepping randomly (stuck).
 45704 | Vaults:1 | 45704 ||| Stepping randomly (stuck).
 45706 | Vaults:1 | 45706 ||| Stepping randomly (stuck).
 45708 | Vaults:1 | 45708 ||| Stepping randomly (stuck).
 45710 | Vaults:1 | 45710 ||| Stepping randomly (stuck).
 45712 | Vaults:1 | 45712 ||| Stepping randomly (stuck).
 45714 | Vaults:1 | 45714 ||| Stepping randomly (stuck).
 45716 | Vaults:1 | 45716 ||| Stepping randomly (stuck).
 45718 | Vaults:1 | 45718 ||| Stepping randomly (stuck).
 45720 | Vaults:1 | 45720 ||| Stepping randomly (stuck).
 45722 | Vaults:1 | 45722 ||| Stepping randomly (stuck).
 45724 | Vaults:1 | 45724 ||| Stepping randomly (stuck).
 45726 | Vaults:1 | 45726 ||| Stepping randomly (stuck).
 45728 | Vaults:1 | 45728 ||| Stepping randomly (stuck).
 45730 | Vaults:1 | 45730 ||| Stepping randomly (stuck).
 45732 | Vaults:1 | 45732 ||| Stepping randomly (stuck).
 45734 | Vaults:1 | 45734 ||| Stepping randomly (stuck).
 45736 | Vaults:1 | 45736 ||| Stepping randomly (stuck).
 45738 | Vaults:1 | 45738 ||| Stepping randomly (stuck).
 45740 | Vaults:1 | 45740 ||| Stepping randomly (stuck).
 45742 | Vaults:1 | 45742 ||| Stepping randomly (stuck).
 45744 | Vaults:1 | 45744 ||| Stepping randomly (stuck).
 45746 | Vaults:1 | 45746 ||| Stepping randomly (stuck).
 45748 | Vaults:1 | 45748 ||| Stepping randomly (stuck).
 45750 | Vaults:1 | 45750 ||| Stepping randomly (stuck).
 45752 | Vaults:1 | 45752 ||| Stepping randomly (stuck).
 45754 | Vaults:1 | 45754 ||| Stepping randomly (stuck).
 45756 | Vaults:1 | 45756 ||| Stepping randomly (stuck).
 45758 | Vaults:1 | 45758 ||| Stepping randomly (stuck).
 45760 | Vaults:1 | 45760 ||| Stepping randomly (stuck).
 45762 | Vaults:1 | 45762 ||| Stepping randomly (stuck).
 45764 | Vaults:1 | 45764 ||| Stepping randomly (stuck).
 45766 | Vaults:1 | 45766 ||| Stepping randomly (stuck).
 45768 | Vaults:1 | 45768 ||| Stepping randomly (stuck).
 45770 | Vaults:1 | 45770 ||| Stepping randomly (stuck).
 45772 | Vaults:1 | 45772 ||| Stepping randomly (stuck).
 45774 | Vaults:1 | 45774 ||| Stepping randomly (stuck).
 45776 | Vaults:1 | 45776 ||| Stepping randomly (stuck).
 45778 | Vaults:1 | 45778 ||| Stepping randomly (stuck).
 45780 | Vaults:1 | 45780 ||| Stepping randomly (stuck).
 45782 | Vaults:1 | 45782 ||| Stepping randomly (stuck).
 45784 | Vaults:1 | 45784 ||| Stepping randomly (stuck).
 45786 | Vaults:1 | 45786 ||| Stepping randomly (stuck).
 45788 | Vaults:1 | 45788 ||| Stepping randomly (stuck).
 45790 | Vaults:1 | 45790 ||| Stepping randomly (stuck).
 45792 | Vaults:1 | 45792 ||| Stepping randomly (stuck).
 45794 | Vaults:1 | 45794 ||| Stepping randomly (stuck).
 45796 | Vaults:1 | 45796 ||| Stepping randomly (stuck).
 45798 | Vaults:1 | 45798 ||| Stepping randomly (stuck).
 45800 | Vaults:1 | 45800 ||| Stepping randomly (stuck).
 45802 | Vaults:1 | 45802 ||| Stepping randomly (stuck).
 45804 | Vaults:1 | 45804 ||| Stepping randomly (stuck).
 45806 | Vaults:1 | 45806 ||| Stepping randomly (stuck).
 45808 | Vaults:1 | 45808 ||| Stepping randomly (stuck).
 45810 | Vaults:1 | 45810 ||| Stepping randomly (stuck).
 45812 | Vaults:1 | 45812 ||| Stepping randomly (stuck).
 45814 | Vaults:1 | 45814 ||| Stepping randomly (stuck).
 45816 | Vaults:1 | 45816 ||| Stepping randomly (stuck).
 45818 | Vaults:1 | 45818 ||| Stepping randomly (stuck).
 45820 | Vaults:1 | 45820 ||| Stepping randomly (stuck).
 45822 | Vaults:1 | 45822 ||| Stepping randomly (stuck).
 45824 | Vaults:1 | 45824 ||| Stepping randomly (stuck).
 45826 | Vaults:1 | 45826 ||| Stepping randomly (stuck).
 45828 | Vaults:1 | 45828 ||| Stepping randomly (stuck).
 45830 | Vaults:1 | 45830 ||| Stepping randomly (stuck).
 45832 | Vaults:1 | 45832 ||| Stepping randomly (stuck).
 45834 | Vaults:1 | 45834 ||| Stepping randomly (stuck).
 45836 | Vaults:1 | 45836 ||| Stepping randomly (stuck).
 45838 | Vaults:1 | 45838 ||| Stepping randomly (stuck).
 45840 | Vaults:1 | 45840 ||| Stepping randomly (stuck).
 45842 | Vaults:1 | 45842 ||| Stepping randomly (stuck).
 45844 | Vaults:1 | 45844 ||| Stepping randomly (stuck).
 45846 | Vaults:1 | 45846 ||| Stepping randomly (stuck).
 45848 | Vaults:1 | 45848 ||| Stepping randomly (stuck).
 45850 | Vaults:1 | 45850 ||| Stepping randomly (stuck).
 45852 | Vaults:1 | 45852 ||| Stepping randomly (stuck).
 45854 | Vaults:1 | 45854 ||| Stepping randomly (stuck).
 45856 | Vaults:1 | 45856 ||| Stepping randomly (stuck).
 45858 | Vaults:1 | 45858 ||| Stepping randomly (stuck).
 45860 | Vaults:1 | 45860 ||| Stepping randomly (stuck).
 45862 | Vaults:1 | 45862 ||| Stepping randomly (stuck).
 45864 | Vaults:1 | 45864 ||| Stepping randomly (stuck).
 45866 | Vaults:1 | 45866 ||| Stepping randomly (stuck).
 45868 | Vaults:1 | 45868 ||| Stepping randomly (stuck).
 45870 | Vaults:1 | 45870 ||| Stepping randomly (stuck).
 45872 | Vaults:1 | 45872 ||| Stepping randomly (stuck).
 45874 | Vaults:1 | 45874 ||| Stepping randomly (stuck).
 45876 | Vaults:1 | 45876 ||| Stepping randomly (stuck).
 45878 | Vaults:1 | 45878 ||| Stepping randomly (stuck).
 45880 | Vaults:1 | 45880 ||| Stepping randomly (stuck).
 45882 | Vaults:1 | 45882 ||| Stepping randomly (stuck).
 45884 | Vaults:1 | 45884 ||| Stepping randomly (stuck).
 45886 | Vaults:1 | 45886 ||| Stepping randomly (stuck).
 45888 | Vaults:1 | 45888 ||| Stepping randomly (stuck).
 45890 | Vaults:1 | 45890 ||| Stepping randomly (stuck).
 45892 | Vaults:1 | 45892 ||| Stepping randomly (stuck).
 45894 | Vaults:1 | 45894 ||| Stepping randomly (stuck).
 45896 | Vaults:1 | 45896 ||| Stepping randomly (stuck).
 45898 | Vaults:1 | 45898 ||| Stepping randomly (stuck).
 45900 | Vaults:1 | 45900 ||| Stepping randomly (stuck).
 45902 | Vaults:1 | 45902 ||| Stepping randomly (stuck).
 45904 | Vaults:1 | 45904 ||| Stepping randomly (stuck).
 45906 | Vaults:1 | 45906 ||| Stepping randomly (stuck).
 45908 | Vaults:1 | 45908 ||| Stepping randomly (stuck).
 45910 | Vaults:1 | 45910 ||| Stepping randomly (stuck).
 45912 | Vaults:1 | 45912 ||| Stepping randomly (stuck).
 45914 | Vaults:1 | 45914 ||| Stepping randomly (stuck).
 45916 | Vaults:1 | 45916 ||| Stepping randomly (stuck).
 45918 | Vaults:1 | 45918 ||| Stepping randomly (stuck).
 45920 | Vaults:1 | 45920 ||| Stepping randomly (stuck).
 45922 | Vaults:1 | 45922 ||| Stepping randomly (stuck).
 45924 | Vaults:1 | 45924 ||| Stepping randomly (stuck).
 45926 | Vaults:1 | 45926 ||| Stepping randomly (stuck).
 45928 | Vaults:1 | 45928 ||| Stepping randomly (stuck).
 45930 | Vaults:1 | 45930 ||| Stepping randomly (stuck).
 45932 | Vaults:1 | 45932 ||| Stepping randomly (stuck).
 45934 | Vaults:1 | 45934 ||| Stepping randomly (stuck).
 45936 | Vaults:1 | 45936 ||| Stepping randomly (stuck).
 45938 | Vaults:1 | 45938 ||| Stepping randomly (stuck).
 45940 | Vaults:1 | 45940 ||| Stepping randomly (stuck).
 45942 | Vaults:1 | 45942 ||| Stepping randomly (stuck).
 45944 | Vaults:1 | 45944 ||| Stepping randomly (stuck).
 45946 | Vaults:1 | 45946 ||| Stepping randomly (stuck).
 45948 | Vaults:1 | 45948 ||| Stepping randomly (stuck).
 45950 | Vaults:1 | 45950 ||| Stepping randomly (stuck).
 45952 | Vaults:1 | 45952 ||| Stepping randomly (stuck).
 45954 | Vaults:1 | 45954 ||| Stepping randomly (stuck).
 45956 | Vaults:1 | 45956 ||| Stepping randomly (stuck).
 45958 | Vaults:1 | 45958 ||| Stepping randomly (stuck).
 45960 | Vaults:1 | 45960 ||| Stepping randomly (stuck).
 45962 | Vaults:1 | 45962 ||| Stepping randomly (stuck).
 45964 | Vaults:1 | 45964 ||| Stepping randomly (stuck).
 45966 | Vaults:1 | 45966 ||| Stepping randomly (stuck).
 45968 | Vaults:1 | 45968 ||| Stepping randomly (stuck).
 45970 | Vaults:1 | 45970 ||| Stepping randomly (stuck).
 45972 | Vaults:1 | 45972 ||| Stepping randomly (stuck).
 45974 | Vaults:1 | 45974 ||| Stepping randomly (stuck).
 45976 | Vaults:1 | 45976 ||| Stepping randomly (stuck).
 45978 | Vaults:1 | 45978 ||| Stepping randomly (stuck).
 45980 | Vaults:1 | 45980 ||| Stepping randomly (stuck).
 45982 | Vaults:1 | 45982 ||| Stepping randomly (stuck).
 45984 | Vaults:1 | 45984 ||| Stepping randomly (stuck).
 45986 | Vaults:1 | 45986 ||| Stepping randomly (stuck).
 45988 | Vaults:1 | 45988 ||| Stepping randomly (stuck).
 45990 | Vaults:1 | 45990 ||| Stepping randomly (stuck).
 45992 | Vaults:1 | 45992 ||| Stepping randomly (stuck).
 45994 | Vaults:1 | 45994 ||| Stepping randomly (stuck).
 45996 | Vaults:1 | 45996 ||| Stepping randomly (stuck).
 45998 | Vaults:1 | 45998 ||| Stepping randomly (stuck).
 46000 | Vaults:1 | 46000 ||| Stepping randomly (stuck).
 46002 | Vaults:1 | 46002 ||| Stepping randomly (stuck).
 46004 | Vaults:1 | 46004 ||| Stepping randomly (stuck).
 46006 | Vaults:1 | 46006 ||| Stepping randomly (stuck).
 46008 | Vaults:1 | 46008 ||| Stepping randomly (stuck).
 46010 | Vaults:1 | 46010 ||| Stepping randomly (stuck).
 46012 | Vaults:1 | 46012 ||| Stepping randomly (stuck).
 46014 | Vaults:1 | 46014 ||| Stepping randomly (stuck).
 46016 | Vaults:1 | 46016 ||| Stepping randomly (stuck).
 46018 | Vaults:1 | 46018 ||| Stepping randomly (stuck).
 46020 | Vaults:1 | 46020 ||| Stepping randomly (stuck).
 46022 | Vaults:1 | 46022 ||| Stepping randomly (stuck).
 46024 | Vaults:1 | 46024 ||| Stepping randomly (stuck).
 46026 | Vaults:1 | 46026 ||| Stepping randomly (stuck).
 46028 | Vaults:1 | 46028 ||| Stepping randomly (stuck).
 46030 | Vaults:1 | 46030 ||| Stepping randomly (stuck).
 46032 | Vaults:1 | 46032 ||| Stepping randomly (stuck).
 46034 | Vaults:1 | 46034 ||| Stepping randomly (stuck).
 46036 | Vaults:1 | 46036 ||| Stepping randomly (stuck).
 46038 | Vaults:1 | 46038 ||| Stepping randomly (stuck).
 46040 | Vaults:1 | 46040 ||| Stepping randomly (stuck).
 46042 | Vaults:1 | 46042 ||| Stepping randomly (stuck).
 46044 | Vaults:1 | 46044 ||| Stepping randomly (stuck).
 46046 | Vaults:1 | 46046 ||| Stepping randomly (stuck).
 46048 | Vaults:1 | 46048 ||| Stepping randomly (stuck).
 46050 | Vaults:1 | 46050 ||| Stepping randomly (stuck).
 46052 | Vaults:1 | 46052 ||| Stepping randomly (stuck).
 46054 | Vaults:1 | 46054 ||| Stepping randomly (stuck).
 46056 | Vaults:1 | 46056 ||| Stepping randomly (stuck).
 46058 | Vaults:1 | 46058 ||| Stepping randomly (stuck).
 46060 | Vaults:1 | 46060 ||| Stepping randomly (stuck).
 46062 | Vaults:1 | 46062 ||| Stepping randomly (stuck).
 46063 | Vaults:1 | Glimpsed the power of Zot.
 46064 | Vaults:1 | 46064 ||| Stepping randomly (stuck).
 46066 | Vaults:1 | 46066 ||| Stepping randomly (stuck).
 46068 | Vaults:1 | 46068 ||| Stepping randomly (stuck).
 46070 | Vaults:1 | 46070 ||| Stepping randomly (stuck).
 46072 | Vaults:1 | 46072 ||| Stepping randomly (stuck).
 46074 | Vaults:1 | 46074 ||| Stepping randomly (stuck).
 46076 | Vaults:1 | 46076 ||| Stepping randomly (stuck).
 46078 | Vaults:1 | 46078 ||| Stepping randomly (stuck).
 46080 | Vaults:1 | 46080 ||| Stepping randomly (stuck).
 46082 | Vaults:1 | 46082 ||| Stepping randomly (stuck).
 46084 | Vaults:1 | 46084 ||| Stepping randomly (stuck).
 46086 | Vaults:1 | 46086 ||| Stepping randomly (stuck).
 46088 | Vaults:1 | 46088 ||| Stepping randomly (stuck).
 46090 | Vaults:1 | 46090 ||| Stepping randomly (stuck).
 46092 | Vaults:1 | 46092 ||| Stepping randomly (stuck).
 46094 | Vaults:1 | 46094 ||| Stepping randomly (stuck).
 46096 | Vaults:1 | 46096 ||| Stepping randomly (stuck).
 46098 | Vaults:1 | 46098 ||| Stepping randomly (stuck).
 46100 | Vaults:1 | 46100 ||| Stepping randomly (stuck).
 46102 | Vaults:1 | 46102 ||| Stepping randomly (stuck).
 46104 | Vaults:1 | 46104 ||| Stepping randomly (stuck).
 46106 | Vaults:1 | 46106 ||| Stepping randomly (stuck).
 46108 | Vaults:1 | 46108 ||| Stepping randomly (stuck).
 46110 | Vaults:1 | 46110 ||| Stepping randomly (stuck).
 46112 | Vaults:1 | 46112 ||| Stepping randomly (stuck).
 46114 | Vaults:1 | 46114 ||| Stepping randomly (stuck).
 46116 | Vaults:1 | 46116 ||| Stepping randomly (stuck).
 46118 | Vaults:1 | 46118 ||| Stepping randomly (stuck).
 46120 | Vaults:1 | 46120 ||| Stepping randomly (stuck).
 46122 | Vaults:1 | 46122 ||| Stepping randomly (stuck).
 46124 | Vaults:1 | 46124 ||| Stepping randomly (stuck).
 46126 | Vaults:1 | 46126 ||| Stepping randomly (stuck).
 46128 | Vaults:1 | 46128 ||| Stepping randomly (stuck).
 46130 | Vaults:1 | 46130 ||| Stepping randomly (stuck).
 46132 | Vaults:1 | 46132 ||| Stepping randomly (stuck).
 46134 | Vaults:1 | 46134 ||| Stepping randomly (stuck).
 46136 | Vaults:1 | 46136 ||| Stepping randomly (stuck).
 46138 | Vaults:1 | 46138 ||| Stepping randomly (stuck).
 46140 | Vaults:1 | 46140 ||| Stepping randomly (stuck).
 46142 | Vaults:1 | 46142 ||| Stepping randomly (stuck).
 46144 | Vaults:1 | 46144 ||| Stepping randomly (stuck).
 46146 | Vaults:1 | 46146 ||| Stepping randomly (stuck).
 46148 | Vaults:1 | 46148 ||| Stepping randomly (stuck).
 46150 | Vaults:1 | 46150 ||| Stepping randomly (stuck).
 46152 | Vaults:1 | 46152 ||| Stepping randomly (stuck).
 46154 | Vaults:1 | 46154 ||| Stepping randomly (stuck).
 46156 | Vaults:1 | 46156 ||| Stepping randomly (stuck).
 46158 | Vaults:1 | 46158 ||| Stepping randomly (stuck).
 46160 | Vaults:1 | 46160 ||| Stepping randomly (stuck).
 46162 | Vaults:1 | 46162 ||| Stepping randomly (stuck).
 46164 | Vaults:1 | 46164 ||| Stepping randomly (stuck).
 46166 | Vaults:1 | 46166 ||| Stepping randomly (stuck).
 46168 | Vaults:1 | 46168 ||| Stepping randomly (stuck).
 46170 | Vaults:1 | 46170 ||| Stepping randomly (stuck).
 46172 | Vaults:1 | 46172 ||| Stepping randomly (stuck).
 46174 | Vaults:1 | 46174 ||| Stepping randomly (stuck).
 46176 | Vaults:1 | 46176 ||| Stepping randomly (stuck).
 46178 | Vaults:1 | 46178 ||| Stepping randomly (stuck).
 46180 | Vaults:1 | 46180 ||| Stepping randomly (stuck).
 46182 | Vaults:1 | 46182 ||| Stepping randomly (stuck).
 46184 | Vaults:1 | 46184 ||| Stepping randomly (stuck).
 46186 | Vaults:1 | 46186 ||| Stepping randomly (stuck).
 46188 | Vaults:1 | 46188 ||| Stepping randomly (stuck).
 46190 | Vaults:1 | 46190 ||| Stepping randomly (stuck).
 46192 | Vaults:1 | 46192 ||| Stepping randomly (stuck).
 46194 | Vaults:1 | 46194 ||| Stepping randomly (stuck).
 46196 | Vaults:1 | 46196 ||| Stepping randomly (stuck).
 46198 | Vaults:1 | 46198 ||| Stepping randomly (stuck).
 46200 | Vaults:1 | 46200 ||| Stepping randomly (stuck).
 46202 | Vaults:1 | 46202 ||| Stepping randomly (stuck).
 46204 | Vaults:1 | 46204 ||| Stepping randomly (stuck).
 46206 | Vaults:1 | 46206 ||| Stepping randomly (stuck).
 46208 | Vaults:1 | 46208 ||| Stepping randomly (stuck).
 46210 | Vaults:1 | 46210 ||| Stepping randomly (stuck).
 46212 | Vaults:1 | 46212 ||| Stepping randomly (stuck).
 46214 | Vaults:1 | 46214 ||| Stepping randomly (stuck).
 46216 | Vaults:1 | 46216 ||| Stepping randomly (stuck).
 46218 | Vaults:1 | 46218 ||| Stepping randomly (stuck).
 46220 | Vaults:1 | 46220 ||| Stepping randomly (stuck).
 46222 | Vaults:1 | 46222 ||| Stepping randomly (stuck).
 46224 | Vaults:1 | 46224 ||| Stepping randomly (stuck).
 46226 | Vaults:1 | 46226 ||| Stepping randomly (stuck).
 46228 | Vaults:1 | 46228 ||| Stepping randomly (stuck).
 46230 | Vaults:1 | 46230 ||| Stepping randomly (stuck).
 46232 | Vaults:1 | 46232 ||| Stepping randomly (stuck).
 46234 | Vaults:1 | 46234 ||| Stepping randomly (stuck).
 46236 | Vaults:1 | 46236 ||| Stepping randomly (stuck).
 46238 | Vaults:1 | 46238 ||| Stepping randomly (stuck).
 46240 | Vaults:1 | 46240 ||| Stepping randomly (stuck).
 46242 | Vaults:1 | 46242 ||| Stepping randomly (stuck).
 46244 | Vaults:1 | 46244 ||| Stepping randomly (stuck).
 46246 | Vaults:1 | 46246 ||| Stepping randomly (stuck).
 46248 | Vaults:1 | 46248 ||| Stepping randomly (stuck).
 46250 | Vaults:1 | 46250 ||| Stepping randomly (stuck).
 46252 | Vaults:1 | 46252 ||| Stepping randomly (stuck).
 46254 | Vaults:1 | 46254 ||| Stepping randomly (stuck).
 46256 | Vaults:1 | 46256 ||| Stepping randomly (stuck).
 46258 | Vaults:1 | 46258 ||| Stepping randomly (stuck).
 46260 | Vaults:1 | 46260 ||| Stepping randomly (stuck).
 46262 | Vaults:1 | 46262 ||| Stepping randomly (stuck).
 46264 | Vaults:1 | 46264 ||| Stepping randomly (stuck).
 46266 | Vaults:1 | 46266 ||| Stepping randomly (stuck).
 46268 | Vaults:1 | 46268 ||| Stepping randomly (stuck).
 46270 | Vaults:1 | 46270 ||| Stepping randomly (stuck).
 46272 | Vaults:1 | 46272 ||| Stepping randomly (stuck).
 46274 | Vaults:1 | 46274 ||| Stepping randomly (stuck).
 46276 | Vaults:1 | 46276 ||| Stepping randomly (stuck).
 46278 | Vaults:1 | 46278 ||| Stepping randomly (stuck).
 46280 | Vaults:1 | 46280 ||| Stepping randomly (stuck).
 46282 | Vaults:1 | 46282 ||| Stepping randomly (stuck).
 46284 | Vaults:1 | 46284 ||| Stepping randomly (stuck).
 46286 | Vaults:1 | 46286 ||| Stepping randomly (stuck).
 46288 | Vaults:1 | 46288 ||| Stepping randomly (stuck).
 46290 | Vaults:1 | 46290 ||| Stepping randomly (stuck).
 46292 | Vaults:1 | 46292 ||| Stepping randomly (stuck).
 46294 | Vaults:1 | 46294 ||| Stepping randomly (stuck).
 46296 | Vaults:1 | 46296 ||| Stepping randomly (stuck).
 46298 | Vaults:1 | 46298 ||| Stepping randomly (stuck).
 46300 | Vaults:1 | 46300 ||| Stepping randomly (stuck).
 46302 | Vaults:1 | 46302 ||| Stepping randomly (stuck).
 46304 | Vaults:1 | 46304 ||| Stepping randomly (stuck).
 46306 | Vaults:1 | 46306 ||| Stepping randomly (stuck).
 46308 | Vaults:1 | 46308 ||| Stepping randomly (stuck).
 46310 | Vaults:1 | 46310 ||| Stepping randomly (stuck).
 46312 | Vaults:1 | 46312 ||| Stepping randomly (stuck).
 46314 | Vaults:1 | 46314 ||| Stepping randomly (stuck).
 46316 | Vaults:1 | 46316 ||| Stepping randomly (stuck).
 46318 | Vaults:1 | 46318 ||| Stepping randomly (stuck).
 46320 | Vaults:1 | 46320 ||| Stepping randomly (stuck).
 46322 | Vaults:1 | 46322 ||| Stepping randomly (stuck).
 46324 | Vaults:1 | 46324 ||| Stepping randomly (stuck).
 46326 | Vaults:1 | 46326 ||| Stepping randomly (stuck).
 46328 | Vaults:1 | 46328 ||| Stepping randomly (stuck).
 46330 | Vaults:1 | 46330 ||| Stepping randomly (stuck).
 46332 | Vaults:1 | 46332 ||| Stepping randomly (stuck).
 46334 | Vaults:1 | 46334 ||| Stepping randomly (stuck).
 46336 | Vaults:1 | 46336 ||| Stepping randomly (stuck).
 46338 | Vaults:1 | 46338 ||| Stepping randomly (stuck).
 46340 | Vaults:1 | 46340 ||| Stepping randomly (stuck).
 46342 | Vaults:1 | 46342 ||| Stepping randomly (stuck).
 46344 | Vaults:1 | 46344 ||| Stepping randomly (stuck).
 46346 | Vaults:1 | 46346 ||| Stepping randomly (stuck).
 46348 | Vaults:1 | 46348 ||| Stepping randomly (stuck).
 46350 | Vaults:1 | 46350 ||| Stepping randomly (stuck).
 46352 | Vaults:1 | 46352 ||| Stepping randomly (stuck).
 46354 | Vaults:1 | 46354 ||| Stepping randomly (stuck).
 46356 | Vaults:1 | 46356 ||| Stepping randomly (stuck).
 46358 | Vaults:1 | 46358 ||| Stepping randomly (stuck).
 46360 | Vaults:1 | 46360 ||| Stepping randomly (stuck).
 46362 | Vaults:1 | 46362 ||| Stepping randomly (stuck).
 46364 | Vaults:1 | 46364 ||| Stepping randomly (stuck).
 46366 | Vaults:1 | 46366 ||| Stepping randomly (stuck).
 46368 | Vaults:1 | 46368 ||| Stepping randomly (stuck).
 46370 | Vaults:1 | 46370 ||| Stepping randomly (stuck).
 46372 | Vaults:1 | 46372 ||| Stepping randomly (stuck).
 46374 | Vaults:1 | 46374 ||| Stepping randomly (stuck).
 46376 | Vaults:1 | 46376 ||| Stepping randomly (stuck).
 46378 | Vaults:1 | 46378 ||| Stepping randomly (stuck).
 46380 | Vaults:1 | 46380 ||| Stepping randomly (stuck).
 46382 | Vaults:1 | 46382 ||| Stepping randomly (stuck).
 46384 | Vaults:1 | 46384 ||| Stepping randomly (stuck).
 46386 | Vaults:1 | 46386 ||| Stepping randomly (stuck).
 46388 | Vaults:1 | 46388 ||| Stepping randomly (stuck).
 46390 | Vaults:1 | 46390 ||| Stepping randomly (stuck).
 46392 | Vaults:1 | 46392 ||| Stepping randomly (stuck).
 46394 | Vaults:1 | 46394 ||| Stepping randomly (stuck).
 46396 | Vaults:1 | 46396 ||| Stepping randomly (stuck).
 46398 | Vaults:1 | 46398 ||| Stepping randomly (stuck).
 46400 | Vaults:1 | 46400 ||| Stepping randomly (stuck).
 46402 | Vaults:1 | 46402 ||| Stepping randomly (stuck).
 46404 | Vaults:1 | 46404 ||| Stepping randomly (stuck).
 46406 | Vaults:1 | 46406 ||| Stepping randomly (stuck).
 46408 | Vaults:1 | 46408 ||| Stepping randomly (stuck).
 46410 | Vaults:1 | 46410 ||| Stepping randomly (stuck).
 46412 | Vaults:1 | 46412 ||| Stepping randomly (stuck).
 46414 | Vaults:1 | 46414 ||| Stepping randomly (stuck).
 46416 | Vaults:1 | 46416 ||| Stepping randomly (stuck).
 46418 | Vaults:1 | 46418 ||| Stepping randomly (stuck).
 46420 | Vaults:1 | 46420 ||| Stepping randomly (stuck).
 46422 | Vaults:1 | 46422 ||| Stepping randomly (stuck).
 46424 | Vaults:1 | 46424 ||| Stepping randomly (stuck).
 46426 | Vaults:1 | 46426 ||| Stepping randomly (stuck).
 46428 | Vaults:1 | 46428 ||| Stepping randomly (stuck).
 46430 | Vaults:1 | 46430 ||| Stepping randomly (stuck).
 46432 | Vaults:1 | 46432 ||| Stepping randomly (stuck).
 46434 | Vaults:1 | 46434 ||| Stepping randomly (stuck).
 46436 | Vaults:1 | 46436 ||| Stepping randomly (stuck).
 46438 | Vaults:1 | 46438 ||| Stepping randomly (stuck).
 46440 | Vaults:1 | 46440 ||| Stepping randomly (stuck).
 46442 | Vaults:1 | 46442 ||| Stepping randomly (stuck).
 46444 | Vaults:1 | 46444 ||| Stepping randomly (stuck).
 46446 | Vaults:1 | 46446 ||| Stepping randomly (stuck).
 46448 | Vaults:1 | 46448 ||| Stepping randomly (stuck).
 46450 | Vaults:1 | 46450 ||| Stepping randomly (stuck).
 46452 | Vaults:1 | 46452 ||| Stepping randomly (stuck).
 46454 | Vaults:1 | 46454 ||| Stepping randomly (stuck).
 46456 | Vaults:1 | 46456 ||| Stepping randomly (stuck).
 46458 | Vaults:1 | 46458 ||| Stepping randomly (stuck).
 46460 | Vaults:1 | 46460 ||| Stepping randomly (stuck).
 46462 | Vaults:1 | 46462 ||| Stepping randomly (stuck).
 46463 | Vaults:1 | Glimpsed the power of Zot.
 46464 | Vaults:1 | 46464 ||| Stepping randomly (stuck).
 46466 | Vaults:1 | 46466 ||| Stepping randomly (stuck).
 46468 | Vaults:1 | 46468 ||| Stepping randomly (stuck).
 46470 | Vaults:1 | 46470 ||| Stepping randomly (stuck).
 46472 | Vaults:1 | 46472 ||| Stepping randomly (stuck).
 46474 | Vaults:1 | 46474 ||| Stepping randomly (stuck).
 46476 | Vaults:1 | 46476 ||| Stepping randomly (stuck).
 46478 | Vaults:1 | 46478 ||| Stepping randomly (stuck).
 46480 | Vaults:1 | 46480 ||| Stepping randomly (stuck).
 46482 | Vaults:1 | 46482 ||| Stepping randomly (stuck).
 46484 | Vaults:1 | 46484 ||| Stepping randomly (stuck).
 46486 | Vaults:1 | 46486 ||| Stepping randomly (stuck).
 46488 | Vaults:1 | 46488 ||| Stepping randomly (stuck).
 46490 | Vaults:1 | 46490 ||| Stepping randomly (stuck).
 46492 | Vaults:1 | 46492 ||| Stepping randomly (stuck).
 46494 | Vaults:1 | 46494 ||| Stepping randomly (stuck).
 46496 | Vaults:1 | 46496 ||| Stepping randomly (stuck).
 46498 | Vaults:1 | 46498 ||| Stepping randomly (stuck).
 46500 | Vaults:1 | 46500 ||| Stepping randomly (stuck).
 46502 | Vaults:1 | 46502 ||| Stepping randomly (stuck).
 46504 | Vaults:1 | 46504 ||| Stepping randomly (stuck).
 46506 | Vaults:1 | 46506 ||| Stepping randomly (stuck).
 46508 | Vaults:1 | 46508 ||| Stepping randomly (stuck).
 46510 | Vaults:1 | 46510 ||| Stepping randomly (stuck).
 46512 | Vaults:1 | 46512 ||| Stepping randomly (stuck).
 46514 | Vaults:1 | 46514 ||| Stepping randomly (stuck).
 46516 | Vaults:1 | 46516 ||| Stepping randomly (stuck).
 46518 | Vaults:1 | 46518 ||| Stepping randomly (stuck).
 46520 | Vaults:1 | 46520 ||| Stepping randomly (stuck).
 46522 | Vaults:1 | 46522 ||| Stepping randomly (stuck).
 46524 | Vaults:1 | 46524 ||| Stepping randomly (stuck).
 46526 | Vaults:1 | 46526 ||| Stepping randomly (stuck).
 46528 | Vaults:1 | 46528 ||| Stepping randomly (stuck).
 46530 | Vaults:1 | 46530 ||| Stepping randomly (stuck).
 46532 | Vaults:1 | 46532 ||| Stepping randomly (stuck).
 46534 | Vaults:1 | 46534 ||| Stepping randomly (stuck).
 46536 | Vaults:1 | 46536 ||| Stepping randomly (stuck).
 46538 | Vaults:1 | 46538 ||| Stepping randomly (stuck).
 46540 | Vaults:1 | 46540 ||| Stepping randomly (stuck).
 46542 | Vaults:1 | 46542 ||| Stepping randomly (stuck).
 46544 | Vaults:1 | 46544 ||| Stepping randomly (stuck).
 46546 | Vaults:1 | 46546 ||| Stepping randomly (stuck).
 46548 | Vaults:1 | 46548 ||| Stepping randomly (stuck).
 46550 | Vaults:1 | 46550 ||| Stepping randomly (stuck).
 46552 | Vaults:1 | 46552 ||| Stepping randomly (stuck).
 46554 | Vaults:1 | 46554 ||| Stepping randomly (stuck).
 46556 | Vaults:1 | 46556 ||| Stepping randomly (stuck).
 46558 | Vaults:1 | 46558 ||| Stepping randomly (stuck).
 46560 | Vaults:1 | 46560 ||| Stepping randomly (stuck).
 46562 | Vaults:1 | 46562 ||| Stepping randomly (stuck).
 46562 | Vaults:1 | Touched by the power of Zot (MHP 37 -> 28)
 46563 | Vaults:1 | Glimpsed the power of Zot.
 46564 | Vaults:1 | 46564 ||| Stepping randomly (stuck).
 46566 | Vaults:1 | 46566 ||| Stepping randomly (stuck).
 46568 | Vaults:1 | 46568 ||| Stepping randomly (stuck).
 46570 | Vaults:1 | 46570 ||| Stepping randomly (stuck).
 46572 | Vaults:1 | 46572 ||| Stepping randomly (stuck).
 46574 | Vaults:1 | 46574 ||| Stepping randomly (stuck).
 46576 | Vaults:1 | 46576 ||| Stepping randomly (stuck).
 46578 | Vaults:1 | 46578 ||| Stepping randomly (stuck).
 46580 | Vaults:1 | 46580 ||| Stepping randomly (stuck).
 46582 | Vaults:1 | 46582 ||| Stepping randomly (stuck).
 46584 | Vaults:1 | 46584 ||| Stepping randomly (stuck).
 46586 | Vaults:1 | 46586 ||| Stepping randomly (stuck).
 46588 | Vaults:1 | 46588 ||| Stepping randomly (stuck).
 46590 | Vaults:1 | 46590 ||| Stepping randomly (stuck).
 46592 | Vaults:1 | 46592 ||| Stepping randomly (stuck).
 46594 | Vaults:1 | 46594 ||| Stepping randomly (stuck).
 46596 | Vaults:1 | 46596 ||| Stepping randomly (stuck).
 46598 | Vaults:1 | 46598 ||| Stepping randomly (stuck).
 46600 | Vaults:1 | 46600 ||| Stepping randomly (stuck).
 46602 | Vaults:1 | 46602 ||| Stepping randomly (stuck).
 46604 | Vaults:1 | 46604 ||| Stepping randomly (stuck).
 46606 | Vaults:1 | 46606 ||| Stepping randomly (stuck).
 46608 | Vaults:1 | 46608 ||| Stepping randomly (stuck).
 46610 | Vaults:1 | 46610 ||| Stepping randomly (stuck).
 46612 | Vaults:1 | 46612 ||| Stepping randomly (stuck).
 46614 | Vaults:1 | 46614 ||| Stepping randomly (stuck).
 46616 | Vaults:1 | 46616 ||| Stepping randomly (stuck).
 46618 | Vaults:1 | 46618 ||| Stepping randomly (stuck).
 46620 | Vaults:1 | 46620 ||| Stepping randomly (stuck).
 46622 | Vaults:1 | 46622 ||| Stepping randomly (stuck).
 46624 | Vaults:1 | 46624 ||| Stepping randomly (stuck).
 46626 | Vaults:1 | 46626 ||| Stepping randomly (stuck).
 46628 | Vaults:1 | 46628 ||| Stepping randomly (stuck).
 46630 | Vaults:1 | 46630 ||| Stepping randomly (stuck).
 46632 | Vaults:1 | 46632 ||| Stepping randomly (stuck).
 46634 | Vaults:1 | 46634 ||| Stepping randomly (stuck).
 46636 | Vaults:1 | 46636 ||| Stepping randomly (stuck).
 46638 | Vaults:1 | 46638 ||| Stepping randomly (stuck).
 46640 | Vaults:1 | 46640 ||| Stepping randomly (stuck).
 46642 | Vaults:1 | 46642 ||| Stepping randomly (stuck).
 46644 | Vaults:1 | 46644 ||| Stepping randomly (stuck).
 46646 | Vaults:1 | 46646 ||| Stepping randomly (stuck).
 46648 | Vaults:1 | 46648 ||| Stepping randomly (stuck).
 46650 | Vaults:1 | 46650 ||| Stepping randomly (stuck).
 46652 | Vaults:1 | 46652 ||| Stepping randomly (stuck).
 46654 | Vaults:1 | 46654 ||| Stepping randomly (stuck).
 46656 | Vaults:1 | 46656 ||| Stepping randomly (stuck).
 46658 | Vaults:1 | 46658 ||| Stepping randomly (stuck).
 46660 | Vaults:1 | 46660 ||| Stepping randomly (stuck).
 46662 | Vaults:1 | 46662 ||| Stepping randomly (stuck).
 46664 | Vaults:1 | 46664 ||| Stepping randomly (stuck).
 46666 | Vaults:1 | 46666 ||| Stepping randomly (stuck).
 46668 | Vaults:1 | 46668 ||| Stepping randomly (stuck).
 46670 | Vaults:1 | 46670 ||| Stepping randomly (stuck).
 46672 | Vaults:1 | 46672 ||| Stepping randomly (stuck).
 46674 | Vaults:1 | 46674 ||| Stepping randomly (stuck).
 46676 | Vaults:1 | 46676 ||| Stepping randomly (stuck).
 46678 | Vaults:1 | 46678 ||| Stepping randomly (stuck).
 46680 | Vaults:1 | 46680 ||| Stepping randomly (stuck).
 46682 | Vaults:1 | 46682 ||| Stepping randomly (stuck).
 46684 | Vaults:1 | 46684 ||| Stepping randomly (stuck).
 46686 | Vaults:1 | 46686 ||| Stepping randomly (stuck).
 46688 | Vaults:1 | 46688 ||| Stepping randomly (stuck).
 46690 | Vaults:1 | 46690 ||| Stepping randomly (stuck).
 46692 | Vaults:1 | 46692 ||| Stepping randomly (stuck).
 46694 | Vaults:1 | 46694 ||| Stepping randomly (stuck).
 46696 | Vaults:1 | 46696 ||| Stepping randomly (stuck).
 46698 | Vaults:1 | 46698 ||| Stepping randomly (stuck).
 46700 | Vaults:1 | 46700 ||| Stepping randomly (stuck).
 46702 | Vaults:1 | 46702 ||| Stepping randomly (stuck).
 46704 | Vaults:1 | 46704 ||| Stepping randomly (stuck).
 46706 | Vaults:1 | 46706 ||| Stepping randomly (stuck).
 46708 | Vaults:1 | 46708 ||| Stepping randomly (stuck).
 46710 | Vaults:1 | 46710 ||| Stepping randomly (stuck).
 46712 | Vaults:1 | 46712 ||| Stepping randomly (stuck).
 46714 | Vaults:1 | 46714 ||| Stepping randomly (stuck).
 46716 | Vaults:1 | 46716 ||| Stepping randomly (stuck).
 46718 | Vaults:1 | 46718 ||| Stepping randomly (stuck).
 46720 | Vaults:1 | 46720 ||| Stepping randomly (stuck).
 46722 | Vaults:1 | 46722 ||| Stepping randomly (stuck).
 46724 | Vaults:1 | 46724 ||| Stepping randomly (stuck).
 46726 | Vaults:1 | 46726 ||| Stepping randomly (stuck).
 46728 | Vaults:1 | 46728 ||| Stepping randomly (stuck).
 46730 | Vaults:1 | 46730 ||| Stepping randomly (stuck).
 46732 | Vaults:1 | 46732 ||| Stepping randomly (stuck).
 46734 | Vaults:1 | 46734 ||| Stepping randomly (stuck).
 46736 | Vaults:1 | 46736 ||| Stepping randomly (stuck).
 46738 | Vaults:1 | 46738 ||| Stepping randomly (stuck).
 46740 | Vaults:1 | 46740 ||| Stepping randomly (stuck).
 46742 | Vaults:1 | 46742 ||| Stepping randomly (stuck).
 46744 | Vaults:1 | 46744 ||| Stepping randomly (stuck).
 46746 | Vaults:1 | 46746 ||| Stepping randomly (stuck).
 46748 | Vaults:1 | 46748 ||| Stepping randomly (stuck).
 46750 | Vaults:1 | 46750 ||| Stepping randomly (stuck).
 46752 | Vaults:1 | 46752 ||| Stepping randomly (stuck).
 46754 | Vaults:1 | 46754 ||| Stepping randomly (stuck).
 46756 | Vaults:1 | 46756 ||| Stepping randomly (stuck).
 46758 | Vaults:1 | 46758 ||| Stepping randomly (stuck).
 46760 | Vaults:1 | 46760 ||| Stepping randomly (stuck).
 46762 | Vaults:1 | 46762 ||| Stepping randomly (stuck).
 46764 | Vaults:1 | 46764 ||| Stepping randomly (stuck).
 46766 | Vaults:1 | 46766 ||| Stepping randomly (stuck).
 46768 | Vaults:1 | 46768 ||| Stepping randomly (stuck).
 46770 | Vaults:1 | 46770 ||| Stepping randomly (stuck).
 46772 | Vaults:1 | 46772 ||| Stepping randomly (stuck).
 46774 | Vaults:1 | 46774 ||| Stepping randomly (stuck).
 46776 | Vaults:1 | 46776 ||| Stepping randomly (stuck).
 46778 | Vaults:1 | 46778 ||| Stepping randomly (stuck).
 46780 | Vaults:1 | 46780 ||| Stepping randomly (stuck).
 46782 | Vaults:1 | 46782 ||| Stepping randomly (stuck).
 46784 | Vaults:1 | 46784 ||| Stepping randomly (stuck).
 46786 | Vaults:1 | 46786 ||| Stepping randomly (stuck).
 46788 | Vaults:1 | 46788 ||| Stepping randomly (stuck).
 46790 | Vaults:1 | 46790 ||| Stepping randomly (stuck).
 46792 | Vaults:1 | 46792 ||| Stepping randomly (stuck).
 46794 | Vaults:1 | 46794 ||| Stepping randomly (stuck).
 46796 | Vaults:1 | 46796 ||| Stepping randomly (stuck).
 46798 | Vaults:1 | 46798 ||| Stepping randomly (stuck).
 46800 | Vaults:1 | 46800 ||| Stepping randomly (stuck).
 46802 | Vaults:1 | 46802 ||| Stepping randomly (stuck).
 46804 | Vaults:1 | 46804 ||| Stepping randomly (stuck).
 46806 | Vaults:1 | 46806 ||| Stepping randomly (stuck).
 46808 | Vaults:1 | 46808 ||| Stepping randomly (stuck).
 46810 | Vaults:1 | 46810 ||| Stepping randomly (stuck).
 46812 | Vaults:1 | 46812 ||| Stepping randomly (stuck).
 46814 | Vaults:1 | 46814 ||| Stepping randomly (stuck).
 46816 | Vaults:1 | 46816 ||| Stepping randomly (stuck).
 46818 | Vaults:1 | 46818 ||| Stepping randomly (stuck).
 46820 | Vaults:1 | 46820 ||| Stepping randomly (stuck).
 46822 | Vaults:1 | 46822 ||| Stepping randomly (stuck).
 46824 | Vaults:1 | 46824 ||| Stepping randomly (stuck).
 46826 | Vaults:1 | 46826 ||| Stepping randomly (stuck).
 46828 | Vaults:1 | 46828 ||| Stepping randomly (stuck).
 46830 | Vaults:1 | 46830 ||| Stepping randomly (stuck).
 46832 | Vaults:1 | 46832 ||| Stepping randomly (stuck).
 46834 | Vaults:1 | 46834 ||| Stepping randomly (stuck).
 46836 | Vaults:1 | 46836 ||| Stepping randomly (stuck).
 46838 | Vaults:1 | 46838 ||| Stepping randomly (stuck).
 46840 | Vaults:1 | 46840 ||| Stepping randomly (stuck).
 46842 | Vaults:1 | 46842 ||| Stepping randomly (stuck).
 46844 | Vaults:1 | 46844 ||| Stepping randomly (stuck).
 46846 | Vaults:1 | 46846 ||| Stepping randomly (stuck).
 46848 | Vaults:1 | 46848 ||| Stepping randomly (stuck).
 46850 | Vaults:1 | 46850 ||| Stepping randomly (stuck).
 46852 | Vaults:1 | 46852 ||| Stepping randomly (stuck).
 46854 | Vaults:1 | 46854 ||| Stepping randomly (stuck).
 46856 | Vaults:1 | 46856 ||| Stepping randomly (stuck).
 46858 | Vaults:1 | 46858 ||| Stepping randomly (stuck).
 46860 | Vaults:1 | 46860 ||| Stepping randomly (stuck).
 46862 | Vaults:1 | 46862 ||| Stepping randomly (stuck).
 46864 | Vaults:1 | 46864 ||| Stepping randomly (stuck).
 46866 | Vaults:1 | 46866 ||| Stepping randomly (stuck).
 46868 | Vaults:1 | 46868 ||| Stepping randomly (stuck).
 46870 | Vaults:1 | 46870 ||| Stepping randomly (stuck).
 46872 | Vaults:1 | 46872 ||| Stepping randomly (stuck).
 46874 | Vaults:1 | 46874 ||| Stepping randomly (stuck).
 46876 | Vaults:1 | 46876 ||| Stepping randomly (stuck).
 46878 | Vaults:1 | 46878 ||| Stepping randomly (stuck).
 46880 | Vaults:1 | 46880 ||| Stepping randomly (stuck).
 46882 | Vaults:1 | 46882 ||| Stepping randomly (stuck).
 46884 | Vaults:1 | 46884 ||| Stepping randomly (stuck).
 46886 | Vaults:1 | 46886 ||| Stepping randomly (stuck).
 46888 | Vaults:1 | 46888 ||| Stepping randomly (stuck).
 46890 | Vaults:1 | 46890 ||| Stepping randomly (stuck).
 46892 | Vaults:1 | 46892 ||| Stepping randomly (stuck).
 46894 | Vaults:1 | 46894 ||| Stepping randomly (stuck).
 46896 | Vaults:1 | 46896 ||| Stepping randomly (stuck).
 46898 | Vaults:1 | 46898 ||| Stepping randomly (stuck).
 46900 | Vaults:1 | 46900 ||| Stepping randomly (stuck).
 46902 | Vaults:1 | 46902 ||| Stepping randomly (stuck).
 46904 | Vaults:1 | 46904 ||| Stepping randomly (stuck).
 46906 | Vaults:1 | 46906 ||| Stepping randomly (stuck).
 46908 | Vaults:1 | 46908 ||| Stepping randomly (stuck).
 46910 | Vaults:1 | 46910 ||| Stepping randomly (stuck).
 46912 | Vaults:1 | 46912 ||| Stepping randomly (stuck).
 46914 | Vaults:1 | 46914 ||| Stepping randomly (stuck).
 46916 | Vaults:1 | 46916 ||| Stepping randomly (stuck).
 46918 | Vaults:1 | 46918 ||| Stepping randomly (stuck).
 46920 | Vaults:1 | 46920 ||| Stepping randomly (stuck).
 46922 | Vaults:1 | 46922 ||| Stepping randomly (stuck).
 46924 | Vaults:1 | 46924 ||| Stepping randomly (stuck).
 46926 | Vaults:1 | 46926 ||| Stepping randomly (stuck).
 46928 | Vaults:1 | 46928 ||| Stepping randomly (stuck).
 46930 | Vaults:1 | 46930 ||| Stepping randomly (stuck).
 46932 | Vaults:1 | 46932 ||| Stepping randomly (stuck).
 46934 | Vaults:1 | 46934 ||| Stepping randomly (stuck).
 46936 | Vaults:1 | 46936 ||| Stepping randomly (stuck).
 46938 | Vaults:1 | 46938 ||| Stepping randomly (stuck).
 46940 | Vaults:1 | 46940 ||| Stepping randomly (stuck).
 46942 | Vaults:1 | 46942 ||| Stepping randomly (stuck).
 46944 | Vaults:1 | 46944 ||| Stepping randomly (stuck).
 46946 | Vaults:1 | 46946 ||| Stepping randomly (stuck).
 46948 | Vaults:1 | 46948 ||| Stepping randomly (stuck).
 46950 | Vaults:1 | 46950 ||| Stepping randomly (stuck).
 46952 | Vaults:1 | 46952 ||| Stepping randomly (stuck).
 46954 | Vaults:1 | 46954 ||| Stepping randomly (stuck).
 46956 | Vaults:1 | 46956 ||| Stepping randomly (stuck).
 46958 | Vaults:1 | 46958 ||| Stepping randomly (stuck).
 46960 | Vaults:1 | 46960 ||| Stepping randomly (stuck).
 46962 | Vaults:1 | 46962 ||| Stepping randomly (stuck).
 46964 | Vaults:1 | 46964 ||| Stepping randomly (stuck).
 46966 | Vaults:1 | 46966 ||| Stepping randomly (stuck).
 46968 | Vaults:1 | 46968 ||| Stepping randomly (stuck).
 46970 | Vaults:1 | 46970 ||| Stepping randomly (stuck).
 46972 | Vaults:1 | 46972 ||| Stepping randomly (stuck).
 46974 | Vaults:1 | 46974 ||| Stepping randomly (stuck).
 46976 | Vaults:1 | 46976 ||| Stepping randomly (stuck).
 46978 | Vaults:1 | 46978 ||| Stepping randomly (stuck).
 46980 | Vaults:1 | 46980 ||| Stepping randomly (stuck).
 46982 | Vaults:1 | 46982 ||| Stepping randomly (stuck).
 46984 | Vaults:1 | 46984 ||| Stepping randomly (stuck).
 46986 | Vaults:1 | 46986 ||| Stepping randomly (stuck).
 46988 | Vaults:1 | 46988 ||| Stepping randomly (stuck).
 46990 | Vaults:1 | 46990 ||| Stepping randomly (stuck).
 46992 | Vaults:1 | 46992 ||| Stepping randomly (stuck).
 46994 | Vaults:1 | 46994 ||| Stepping randomly (stuck).
 46996 | Vaults:1 | 46996 ||| Stepping randomly (stuck).
 46998 | Vaults:1 | 46998 ||| Stepping randomly (stuck).
 47000 | Vaults:1 | 47000 ||| Stepping randomly (stuck).
 47002 | Vaults:1 | 47002 ||| Stepping randomly (stuck).
 47004 | Vaults:1 | 47004 ||| Stepping randomly (stuck).
 47006 | Vaults:1 | 47006 ||| Stepping randomly (stuck).
 47008 | Vaults:1 | 47008 ||| Stepping randomly (stuck).
 47010 | Vaults:1 | 47010 ||| Stepping randomly (stuck).
 47012 | Vaults:1 | 47012 ||| Stepping randomly (stuck).
 47014 | Vaults:1 | 47014 ||| Stepping randomly (stuck).
 47016 | Vaults:1 | 47016 ||| Stepping randomly (stuck).
 47018 | Vaults:1 | 47018 ||| Stepping randomly (stuck).
 47020 | Vaults:1 | 47020 ||| Stepping randomly (stuck).
 47022 | Vaults:1 | 47022 ||| Stepping randomly (stuck).
 47024 | Vaults:1 | 47024 ||| Stepping randomly (stuck).
 47026 | Vaults:1 | 47026 ||| Stepping randomly (stuck).
 47028 | Vaults:1 | 47028 ||| Stepping randomly (stuck).
 47030 | Vaults:1 | 47030 ||| Stepping randomly (stuck).
 47032 | Vaults:1 | 47032 ||| Stepping randomly (stuck).
 47034 | Vaults:1 | 47034 ||| Stepping randomly (stuck).
 47036 | Vaults:1 | 47036 ||| Stepping randomly (stuck).
 47038 | Vaults:1 | 47038 ||| Stepping randomly (stuck).
 47040 | Vaults:1 | 47040 ||| Stepping randomly (stuck).
 47042 | Vaults:1 | 47042 ||| Stepping randomly (stuck).
 47044 | Vaults:1 | 47044 ||| Stepping randomly (stuck).
 47046 | Vaults:1 | 47046 ||| Stepping randomly (stuck).
 47048 | Vaults:1 | 47048 ||| Stepping randomly (stuck).
 47050 | Vaults:1 | 47050 ||| Stepping randomly (stuck).
 47052 | Vaults:1 | 47052 ||| Stepping randomly (stuck).
 47054 | Vaults:1 | 47054 ||| Stepping randomly (stuck).
 47056 | Vaults:1 | 47056 ||| Stepping randomly (stuck).
 47058 | Vaults:1 | 47058 ||| Stepping randomly (stuck).
 47060 | Vaults:1 | 47060 ||| Stepping randomly (stuck).
 47062 | Vaults:1 | 47062 ||| Stepping randomly (stuck).
 47063 | Vaults:1 | Glimpsed the power of Zot.
 47064 | Vaults:1 | 47064 ||| Stepping randomly (stuck).
 47066 | Vaults:1 | 47066 ||| Stepping randomly (stuck).
 47068 | Vaults:1 | 47068 ||| Stepping randomly (stuck).
 47070 | Vaults:1 | 47070 ||| Stepping randomly (stuck).
 47072 | Vaults:1 | 47072 ||| Stepping randomly (stuck).
 47074 | Vaults:1 | 47074 ||| Stepping randomly (stuck).
 47076 | Vaults:1 | 47076 ||| Stepping randomly (stuck).
 47078 | Vaults:1 | 47078 ||| Stepping randomly (stuck).
 47080 | Vaults:1 | 47080 ||| Stepping randomly (stuck).
 47082 | Vaults:1 | 47082 ||| Stepping randomly (stuck).
 47084 | Vaults:1 | 47084 ||| Stepping randomly (stuck).
 47086 | Vaults:1 | 47086 ||| Stepping randomly (stuck).
 47088 | Vaults:1 | 47088 ||| Stepping randomly (stuck).
 47090 | Vaults:1 | 47090 ||| Stepping randomly (stuck).
 47092 | Vaults:1 | 47092 ||| Stepping randomly (stuck).
 47094 | Vaults:1 | 47094 ||| Stepping randomly (stuck).
 47096 | Vaults:1 | 47096 ||| Stepping randomly (stuck).
 47098 | Vaults:1 | 47098 ||| Stepping randomly (stuck).
 47100 | Vaults:1 | 47100 ||| Stepping randomly (stuck).
 47102 | Vaults:1 | 47102 ||| Stepping randomly (stuck).
 47104 | Vaults:1 | 47104 ||| Stepping randomly (stuck).
 47106 | Vaults:1 | 47106 ||| Stepping randomly (stuck).
 47108 | Vaults:1 | 47108 ||| Stepping randomly (stuck).
 47110 | Vaults:1 | 47110 ||| Stepping randomly (stuck).
 47112 | Vaults:1 | 47112 ||| Stepping randomly (stuck).
 47114 | Vaults:1 | 47114 ||| Stepping randomly (stuck).
 47116 | Vaults:1 | 47116 ||| Stepping randomly (stuck).
 47118 | Vaults:1 | 47118 ||| Stepping randomly (stuck).
 47120 | Vaults:1 | 47120 ||| Stepping randomly (stuck).
 47122 | Vaults:1 | 47122 ||| Stepping randomly (stuck).
 47124 | Vaults:1 | 47124 ||| Stepping randomly (stuck).
 47126 | Vaults:1 | 47126 ||| Stepping randomly (stuck).
 47128 | Vaults:1 | 47128 ||| Stepping randomly (stuck).
 47130 | Vaults:1 | 47130 ||| Stepping randomly (stuck).
 47132 | Vaults:1 | 47132 ||| Stepping randomly (stuck).
 47134 | Vaults:1 | 47134 ||| Stepping randomly (stuck).
 47136 | Vaults:1 | 47136 ||| Stepping randomly (stuck).
 47138 | Vaults:1 | 47138 ||| Stepping randomly (stuck).
 47140 | Vaults:1 | 47140 ||| Stepping randomly (stuck).
 47142 | Vaults:1 | 47142 ||| Stepping randomly (stuck).
 47144 | Vaults:1 | 47144 ||| Stepping randomly (stuck).
 47146 | Vaults:1 | 47146 ||| Stepping randomly (stuck).
 47148 | Vaults:1 | 47148 ||| Stepping randomly (stuck).
 47150 | Vaults:1 | 47150 ||| Stepping randomly (stuck).
 47152 | Vaults:1 | 47152 ||| Stepping randomly (stuck).
 47154 | Vaults:1 | 47154 ||| Stepping randomly (stuck).
 47156 | Vaults:1 | 47156 ||| Stepping randomly (stuck).
 47158 | Vaults:1 | 47158 ||| Stepping randomly (stuck).
 47160 | Vaults:1 | 47160 ||| Stepping randomly (stuck).
 47162 | Vaults:1 | 47162 ||| Stepping randomly (stuck).
 47164 | Vaults:1 | 47164 ||| Stepping randomly (stuck).
 47166 | Vaults:1 | 47166 ||| Stepping randomly (stuck).
 47168 | Vaults:1 | 47168 ||| Stepping randomly (stuck).
 47170 | Vaults:1 | 47170 ||| Stepping randomly (stuck).
 47172 | Vaults:1 | 47172 ||| Stepping randomly (stuck).
 47174 | Vaults:1 | 47174 ||| Stepping randomly (stuck).
 47176 | Vaults:1 | 47176 ||| Stepping randomly (stuck).
 47178 | Vaults:1 | 47178 ||| Stepping randomly (stuck).
 47180 | Vaults:1 | 47180 ||| Stepping randomly (stuck).
 47182 | Vaults:1 | 47182 ||| Stepping randomly (stuck).
 47184 | Vaults:1 | 47184 ||| Stepping randomly (stuck).
 47186 | Vaults:1 | 47186 ||| Stepping randomly (stuck).
 47188 | Vaults:1 | 47188 ||| Stepping randomly (stuck).
 47190 | Vaults:1 | 47190 ||| Stepping randomly (stuck).
 47192 | Vaults:1 | 47192 ||| Stepping randomly (stuck).
 47194 | Vaults:1 | 47194 ||| Stepping randomly (stuck).
 47196 | Vaults:1 | 47196 ||| Stepping randomly (stuck).
 47198 | Vaults:1 | 47198 ||| Stepping randomly (stuck).
 47200 | Vaults:1 | 47200 ||| Stepping randomly (stuck).
 47202 | Vaults:1 | 47202 ||| Stepping randomly (stuck).
 47204 | Vaults:1 | 47204 ||| Stepping randomly (stuck).
 47206 | Vaults:1 | 47206 ||| Stepping randomly (stuck).
 47208 | Vaults:1 | 47208 ||| Stepping randomly (stuck).
 47210 | Vaults:1 | 47210 ||| Stepping randomly (stuck).
 47212 | Vaults:1 | 47212 ||| Stepping randomly (stuck).
 47214 | Vaults:1 | 47214 ||| Stepping randomly (stuck).
 47216 | Vaults:1 | 47216 ||| Stepping randomly (stuck).
 47218 | Vaults:1 | 47218 ||| Stepping randomly (stuck).
 47220 | Vaults:1 | 47220 ||| Stepping randomly (stuck).
 47222 | Vaults:1 | 47222 ||| Stepping randomly (stuck).
 47224 | Vaults:1 | 47224 ||| Stepping randomly (stuck).
 47226 | Vaults:1 | 47226 ||| Stepping randomly (stuck).
 47228 | Vaults:1 | 47228 ||| Stepping randomly (stuck).
 47230 | Vaults:1 | 47230 ||| Stepping randomly (stuck).
 47232 | Vaults:1 | 47232 ||| Stepping randomly (stuck).
 47234 | Vaults:1 | 47234 ||| Stepping randomly (stuck).
 47236 | Vaults:1 | 47236 ||| Stepping randomly (stuck).
 47238 | Vaults:1 | 47238 ||| Stepping randomly (stuck).
 47240 | Vaults:1 | 47240 ||| Stepping randomly (stuck).
 47242 | Vaults:1 | 47242 ||| Stepping randomly (stuck).
 47244 | Vaults:1 | 47244 ||| Stepping randomly (stuck).
 47246 | Vaults:1 | 47246 ||| Stepping randomly (stuck).
 47248 | Vaults:1 | 47248 ||| Stepping randomly (stuck).
 47250 | Vaults:1 | 47250 ||| Stepping randomly (stuck).
 47252 | Vaults:1 | 47252 ||| Stepping randomly (stuck).
 47254 | Vaults:1 | 47254 ||| Stepping randomly (stuck).
 47256 | Vaults:1 | 47256 ||| Stepping randomly (stuck).
 47258 | Vaults:1 | 47258 ||| Stepping randomly (stuck).
 47260 | Vaults:1 | 47260 ||| Stepping randomly (stuck).
 47262 | Vaults:1 | 47262 ||| Stepping randomly (stuck).
 47264 | Vaults:1 | 47264 ||| Stepping randomly (stuck).
 47266 | Vaults:1 | 47266 ||| Stepping randomly (stuck).
 47268 | Vaults:1 | 47268 ||| Stepping randomly (stuck).
 47270 | Vaults:1 | 47270 ||| Stepping randomly (stuck).
 47272 | Vaults:1 | 47272 ||| Stepping randomly (stuck).
 47274 | Vaults:1 | 47274 ||| Stepping randomly (stuck).
 47276 | Vaults:1 | 47276 ||| Stepping randomly (stuck).
 47278 | Vaults:1 | 47278 ||| Stepping randomly (stuck).
 47280 | Vaults:1 | 47280 ||| Stepping randomly (stuck).
 47282 | Vaults:1 | 47282 ||| Stepping randomly (stuck).
 47284 | Vaults:1 | 47284 ||| Stepping randomly (stuck).
 47286 | Vaults:1 | 47286 ||| Stepping randomly (stuck).
 47288 | Vaults:1 | 47288 ||| Stepping randomly (stuck).
 47290 | Vaults:1 | 47290 ||| Stepping randomly (stuck).
 47292 | Vaults:1 | 47292 ||| Stepping randomly (stuck).
 47294 | Vaults:1 | 47294 ||| Stepping randomly (stuck).
 47296 | Vaults:1 | 47296 ||| Stepping randomly (stuck).
 47298 | Vaults:1 | 47298 ||| Stepping randomly (stuck).
 47300 | Vaults:1 | 47300 ||| Stepping randomly (stuck).
 47302 | Vaults:1 | 47302 ||| Stepping randomly (stuck).
 47304 | Vaults:1 | 47304 ||| Stepping randomly (stuck).
 47306 | Vaults:1 | 47306 ||| Stepping randomly (stuck).
 47308 | Vaults:1 | 47308 ||| Stepping randomly (stuck).
 47310 | Vaults:1 | 47310 ||| Stepping randomly (stuck).
 47312 | Vaults:1 | 47312 ||| Stepping randomly (stuck).
 47314 | Vaults:1 | 47314 ||| Stepping randomly (stuck).
 47316 | Vaults:1 | 47316 ||| Stepping randomly (stuck).
 47318 | Vaults:1 | 47318 ||| Stepping randomly (stuck).
 47320 | Vaults:1 | 47320 ||| Stepping randomly (stuck).
 47322 | Vaults:1 | 47322 ||| Stepping randomly (stuck).
 47324 | Vaults:1 | 47324 ||| Stepping randomly (stuck).
 47326 | Vaults:1 | 47326 ||| Stepping randomly (stuck).
 47328 | Vaults:1 | 47328 ||| Stepping randomly (stuck).
 47330 | Vaults:1 | 47330 ||| Stepping randomly (stuck).
 47332 | Vaults:1 | 47332 ||| Stepping randomly (stuck).
 47334 | Vaults:1 | 47334 ||| Stepping randomly (stuck).
 47336 | Vaults:1 | 47336 ||| Stepping randomly (stuck).
 47338 | Vaults:1 | 47338 ||| Stepping randomly (stuck).
 47340 | Vaults:1 | 47340 ||| Stepping randomly (stuck).
 47342 | Vaults:1 | 47342 ||| Stepping randomly (stuck).
 47344 | Vaults:1 | 47344 ||| Stepping randomly (stuck).
 47346 | Vaults:1 | 47346 ||| Stepping randomly (stuck).
 47348 | Vaults:1 | 47348 ||| Stepping randomly (stuck).
 47350 | Vaults:1 | 47350 ||| Stepping randomly (stuck).
 47352 | Vaults:1 | 47352 ||| Stepping randomly (stuck).
 47354 | Vaults:1 | 47354 ||| Stepping randomly (stuck).
 47356 | Vaults:1 | 47356 ||| Stepping randomly (stuck).
 47358 | Vaults:1 | 47358 ||| Stepping randomly (stuck).
 47360 | Vaults:1 | 47360 ||| Stepping randomly (stuck).
 47362 | Vaults:1 | 47362 ||| Stepping randomly (stuck).
 47364 | Vaults:1 | 47364 ||| Stepping randomly (stuck).
 47366 | Vaults:1 | 47366 ||| Stepping randomly (stuck).
 47368 | Vaults:1 | 47368 ||| Stepping randomly (stuck).
 47370 | Vaults:1 | 47370 ||| Stepping randomly (stuck).
 47372 | Vaults:1 | 47372 ||| Stepping randomly (stuck).
 47374 | Vaults:1 | 47374 ||| Stepping randomly (stuck).
 47376 | Vaults:1 | 47376 ||| Stepping randomly (stuck).
 47378 | Vaults:1 | 47378 ||| Stepping randomly (stuck).
 47380 | Vaults:1 | 47380 ||| Stepping randomly (stuck).
 47382 | Vaults:1 | 47382 ||| Stepping randomly (stuck).
 47384 | Vaults:1 | 47384 ||| Stepping randomly (stuck).
 47386 | Vaults:1 | 47386 ||| Stepping randomly (stuck).
 47388 | Vaults:1 | 47388 ||| Stepping randomly (stuck).
 47390 | Vaults:1 | 47390 ||| Stepping randomly (stuck).
 47392 | Vaults:1 | 47392 ||| Stepping randomly (stuck).
 47394 | Vaults:1 | 47394 ||| Stepping randomly (stuck).
 47396 | Vaults:1 | 47396 ||| Stepping randomly (stuck).
 47398 | Vaults:1 | 47398 ||| Stepping randomly (stuck).
 47400 | Vaults:1 | 47400 ||| Stepping randomly (stuck).
 47402 | Vaults:1 | 47402 ||| Stepping randomly (stuck).
 47404 | Vaults:1 | 47404 ||| Stepping randomly (stuck).
 47406 | Vaults:1 | 47406 ||| Stepping randomly (stuck).
 47408 | Vaults:1 | 47408 ||| Stepping randomly (stuck).
 47410 | Vaults:1 | 47410 ||| Stepping randomly (stuck).
 47412 | Vaults:1 | 47412 ||| Stepping randomly (stuck).
 47414 | Vaults:1 | 47414 ||| Stepping randomly (stuck).
 47416 | Vaults:1 | 47416 ||| Stepping randomly (stuck).
 47418 | Vaults:1 | 47418 ||| Stepping randomly (stuck).
 47420 | Vaults:1 | 47420 ||| Stepping randomly (stuck).
 47422 | Vaults:1 | 47422 ||| Stepping randomly (stuck).
 47424 | Vaults:1 | 47424 ||| Stepping randomly (stuck).
 47426 | Vaults:1 | 47426 ||| Stepping randomly (stuck).
 47428 | Vaults:1 | 47428 ||| Stepping randomly (stuck).
 47430 | Vaults:1 | 47430 ||| Stepping randomly (stuck).
 47432 | Vaults:1 | 47432 ||| Stepping randomly (stuck).
 47434 | Vaults:1 | 47434 ||| Stepping randomly (stuck).
 47436 | Vaults:1 | 47436 ||| Stepping randomly (stuck).
 47438 | Vaults:1 | 47438 ||| Stepping randomly (stuck).
 47440 | Vaults:1 | 47440 ||| Stepping randomly (stuck).
 47442 | Vaults:1 | 47442 ||| Stepping randomly (stuck).
 47444 | Vaults:1 | 47444 ||| Stepping randomly (stuck).
 47446 | Vaults:1 | 47446 ||| Stepping randomly (stuck).
 47448 | Vaults:1 | 47448 ||| Stepping randomly (stuck).
 47450 | Vaults:1 | 47450 ||| Stepping randomly (stuck).
 47452 | Vaults:1 | 47452 ||| Stepping randomly (stuck).
 47454 | Vaults:1 | 47454 ||| Stepping randomly (stuck).
 47456 | Vaults:1 | 47456 ||| Stepping randomly (stuck).
 47458 | Vaults:1 | 47458 ||| Stepping randomly (stuck).
 47460 | Vaults:1 | 47460 ||| Stepping randomly (stuck).
 47462 | Vaults:1 | 47462 ||| Stepping randomly (stuck).
 47463 | Vaults:1 | Glimpsed the power of Zot.
 47464 | Vaults:1 | 47464 ||| Stepping randomly (stuck).
 47466 | Vaults:1 | 47466 ||| Stepping randomly (stuck).
 47468 | Vaults:1 | 47468 ||| Stepping randomly (stuck).
 47470 | Vaults:1 | 47470 ||| Stepping randomly (stuck).
 47472 | Vaults:1 | 47472 ||| Stepping randomly (stuck).
 47474 | Vaults:1 | 47474 ||| Stepping randomly (stuck).
 47476 | Vaults:1 | 47476 ||| Stepping randomly (stuck).
 47478 | Vaults:1 | 47478 ||| Stepping randomly (stuck).
 47480 | Vaults:1 | 47480 ||| Stepping randomly (stuck).
 47482 | Vaults:1 | 47482 ||| Stepping randomly (stuck).
 47484 | Vaults:1 | 47484 ||| Stepping randomly (stuck).
 47486 | Vaults:1 | 47486 ||| Stepping randomly (stuck).
 47488 | Vaults:1 | 47488 ||| Stepping randomly (stuck).
 47490 | Vaults:1 | 47490 ||| Stepping randomly (stuck).
 47492 | Vaults:1 | 47492 ||| Stepping randomly (stuck).
 47494 | Vaults:1 | 47494 ||| Stepping randomly (stuck).
 47496 | Vaults:1 | 47496 ||| Stepping randomly (stuck).
 47498 | Vaults:1 | 47498 ||| Stepping randomly (stuck).
 47500 | Vaults:1 | 47500 ||| Stepping randomly (stuck).
 47502 | Vaults:1 | 47502 ||| Stepping randomly (stuck).
 47504 | Vaults:1 | 47504 ||| Stepping randomly (stuck).
 47506 | Vaults:1 | 47506 ||| Stepping randomly (stuck).
 47508 | Vaults:1 | 47508 ||| Stepping randomly (stuck).
 47510 | Vaults:1 | 47510 ||| Stepping randomly (stuck).
 47512 | Vaults:1 | 47512 ||| Stepping randomly (stuck).
 47514 | Vaults:1 | 47514 ||| Stepping randomly (stuck).
 47516 | Vaults:1 | 47516 ||| Stepping randomly (stuck).
 47518 | Vaults:1 | 47518 ||| Stepping randomly (stuck).
 47520 | Vaults:1 | 47520 ||| Stepping randomly (stuck).
 47522 | Vaults:1 | 47522 ||| Stepping randomly (stuck).
 47524 | Vaults:1 | 47524 ||| Stepping randomly (stuck).
 47526 | Vaults:1 | 47526 ||| Stepping randomly (stuck).
 47528 | Vaults:1 | 47528 ||| Stepping randomly (stuck).
 47530 | Vaults:1 | 47530 ||| Stepping randomly (stuck).
 47532 | Vaults:1 | 47532 ||| Stepping randomly (stuck).
 47534 | Vaults:1 | 47534 ||| Stepping randomly (stuck).
 47536 | Vaults:1 | 47536 ||| Stepping randomly (stuck).
 47538 | Vaults:1 | 47538 ||| Stepping randomly (stuck).
 47540 | Vaults:1 | 47540 ||| Stepping randomly (stuck).
 47542 | Vaults:1 | 47542 ||| Stepping randomly (stuck).
 47544 | Vaults:1 | 47544 ||| Stepping randomly (stuck).
 47546 | Vaults:1 | 47546 ||| Stepping randomly (stuck).
 47548 | Vaults:1 | 47548 ||| Stepping randomly (stuck).
 47550 | Vaults:1 | 47550 ||| Stepping randomly (stuck).
 47552 | Vaults:1 | 47552 ||| Stepping randomly (stuck).
 47554 | Vaults:1 | 47554 ||| Stepping randomly (stuck).
 47556 | Vaults:1 | 47556 ||| Stepping randomly (stuck).
 47558 | Vaults:1 | 47558 ||| Stepping randomly (stuck).
 47560 | Vaults:1 | 47560 ||| Stepping randomly (stuck).
 47562 | Vaults:1 | 47562 ||| Stepping randomly (stuck).
 47562 | Vaults:1 | Touched by the power of Zot (MHP 30 -> 22)
 47563 | Vaults:1 | Glimpsed the power of Zot.
 47564 | Vaults:1 | 47564 ||| Stepping randomly (stuck).
 47566 | Vaults:1 | 47566 ||| Stepping randomly (stuck).
 47568 | Vaults:1 | 47568 ||| Stepping randomly (stuck).
 47570 | Vaults:1 | 47570 ||| Stepping randomly (stuck).
 47572 | Vaults:1 | 47572 ||| Stepping randomly (stuck).
 47574 | Vaults:1 | 47574 ||| Stepping randomly (stuck).
 47576 | Vaults:1 | 47576 ||| Stepping randomly (stuck).
 47578 | Vaults:1 | 47578 ||| Stepping randomly (stuck).
 47580 | Vaults:1 | 47580 ||| Stepping randomly (stuck).
 47582 | Vaults:1 | 47582 ||| Stepping randomly (stuck).
 47584 | Vaults:1 | 47584 ||| Stepping randomly (stuck).
 47586 | Vaults:1 | 47586 ||| Stepping randomly (stuck).
 47588 | Vaults:1 | 47588 ||| Stepping randomly (stuck).
 47590 | Vaults:1 | 47590 ||| Stepping randomly (stuck).
 47592 | Vaults:1 | 47592 ||| Stepping randomly (stuck).
 47594 | Vaults:1 | 47594 ||| Stepping randomly (stuck).
 47596 | Vaults:1 | 47596 ||| Stepping randomly (stuck).
 47598 | Vaults:1 | 47598 ||| Stepping randomly (stuck).
 47600 | Vaults:1 | 47600 ||| Stepping randomly (stuck).
 47602 | Vaults:1 | 47602 ||| Stepping randomly (stuck).
 47604 | Vaults:1 | 47604 ||| Stepping randomly (stuck).
 47606 | Vaults:1 | 47606 ||| Stepping randomly (stuck).
 47608 | Vaults:1 | 47608 ||| Stepping randomly (stuck).
 47610 | Vaults:1 | 47610 ||| Stepping randomly (stuck).
 47612 | Vaults:1 | 47612 ||| Stepping randomly (stuck).
 47614 | Vaults:1 | 47614 ||| Stepping randomly (stuck).
 47616 | Vaults:1 | 47616 ||| Stepping randomly (stuck).
 47618 | Vaults:1 | 47618 ||| Stepping randomly (stuck).
 47620 | Vaults:1 | 47620 ||| Stepping randomly (stuck).
 47622 | Vaults:1 | 47622 ||| Stepping randomly (stuck).
 47624 | Vaults:1 | 47624 ||| Stepping randomly (stuck).
 47626 | Vaults:1 | 47626 ||| Stepping randomly (stuck).
 47628 | Vaults:1 | 47628 ||| Stepping randomly (stuck).
 47630 | Vaults:1 | 47630 ||| Stepping randomly (stuck).
 47632 | Vaults:1 | 47632 ||| Stepping randomly (stuck).
 47634 | Vaults:1 | 47634 ||| Stepping randomly (stuck).
 47636 | Vaults:1 | 47636 ||| Stepping randomly (stuck).
 47638 | Vaults:1 | 47638 ||| Stepping randomly (stuck).
 47640 | Vaults:1 | 47640 ||| Stepping randomly (stuck).
 47642 | Vaults:1 | 47642 ||| Stepping randomly (stuck).
 47644 | Vaults:1 | 47644 ||| Stepping randomly (stuck).
 47646 | Vaults:1 | 47646 ||| Stepping randomly (stuck).
 47648 | Vaults:1 | 47648 ||| Stepping randomly (stuck).
 47650 | Vaults:1 | 47650 ||| Stepping randomly (stuck).
 47652 | Vaults:1 | 47652 ||| Stepping randomly (stuck).
 47654 | Vaults:1 | 47654 ||| Stepping randomly (stuck).
 47656 | Vaults:1 | 47656 ||| Stepping randomly (stuck).
 47658 | Vaults:1 | 47658 ||| Stepping randomly (stuck).
 47660 | Vaults:1 | 47660 ||| Stepping randomly (stuck).
 47662 | Vaults:1 | 47662 ||| Stepping randomly (stuck).
 47664 | Vaults:1 | 47664 ||| Stepping randomly (stuck).
 47666 | Vaults:1 | 47666 ||| Stepping randomly (stuck).
 47668 | Vaults:1 | 47668 ||| Stepping randomly (stuck).
 47670 | Vaults:1 | 47670 ||| Stepping randomly (stuck).
 47672 | Vaults:1 | 47672 ||| Stepping randomly (stuck).
 47674 | Vaults:1 | 47674 ||| Stepping randomly (stuck).
 47676 | Vaults:1 | 47676 ||| Stepping randomly (stuck).
 47678 | Vaults:1 | 47678 ||| Stepping randomly (stuck).
 47680 | Vaults:1 | 47680 ||| Stepping randomly (stuck).
 47682 | Vaults:1 | 47682 ||| Stepping randomly (stuck).
 47684 | Vaults:1 | 47684 ||| Stepping randomly (stuck).
 47686 | Vaults:1 | 47686 ||| Stepping randomly (stuck).
 47688 | Vaults:1 | 47688 ||| Stepping randomly (stuck).
 47690 | Vaults:1 | 47690 ||| Stepping randomly (stuck).
 47692 | Vaults:1 | 47692 ||| Stepping randomly (stuck).
 47694 | Vaults:1 | 47694 ||| Stepping randomly (stuck).
 47696 | Vaults:1 | 47696 ||| Stepping randomly (stuck).
 47698 | Vaults:1 | 47698 ||| Stepping randomly (stuck).
 47700 | Vaults:1 | 47700 ||| Stepping randomly (stuck).
 47702 | Vaults:1 | 47702 ||| Stepping randomly (stuck).
 47704 | Vaults:1 | 47704 ||| Stepping randomly (stuck).
 47706 | Vaults:1 | 47706 ||| Stepping randomly (stuck).
 47708 | Vaults:1 | 47708 ||| Stepping randomly (stuck).
 47710 | Vaults:1 | 47710 ||| Stepping randomly (stuck).
 47712 | Vaults:1 | 47712 ||| Stepping randomly (stuck).
 47714 | Vaults:1 | 47714 ||| Stepping randomly (stuck).
 47716 | Vaults:1 | 47716 ||| Stepping randomly (stuck).
 47718 | Vaults:1 | 47718 ||| Stepping randomly (stuck).
 47720 | Vaults:1 | 47720 ||| Stepping randomly (stuck).
 47722 | Vaults:1 | 47722 ||| Stepping randomly (stuck).
 47724 | Vaults:1 | 47724 ||| Stepping randomly (stuck).
 47726 | Vaults:1 | 47726 ||| Stepping randomly (stuck).
 47728 | Vaults:1 | 47728 ||| Stepping randomly (stuck).
 47730 | Vaults:1 | 47730 ||| Stepping randomly (stuck).
 47732 | Vaults:1 | 47732 ||| Stepping randomly (stuck).
 47734 | Vaults:1 | 47734 ||| Stepping randomly (stuck).
 47736 | Vaults:1 | 47736 ||| Stepping randomly (stuck).
 47738 | Vaults:1 | 47738 ||| Stepping randomly (stuck).
 47740 | Vaults:1 | 47740 ||| Stepping randomly (stuck).
 47742 | Vaults:1 | 47742 ||| Stepping randomly (stuck).
 47744 | Vaults:1 | 47744 ||| Stepping randomly (stuck).
 47746 | Vaults:1 | 47746 ||| Stepping randomly (stuck).
 47748 | Vaults:1 | 47748 ||| Stepping randomly (stuck).
 47750 | Vaults:1 | 47750 ||| Stepping randomly (stuck).
 47752 | Vaults:1 | 47752 ||| Stepping randomly (stuck).
 47754 | Vaults:1 | 47754 ||| Stepping randomly (stuck).
 47756 | Vaults:1 | 47756 ||| Stepping randomly (stuck).
 47758 | Vaults:1 | 47758 ||| Stepping randomly (stuck).
 47760 | Vaults:1 | 47760 ||| Stepping randomly (stuck).
 47762 | Vaults:1 | 47762 ||| Stepping randomly (stuck).
 47764 | Vaults:1 | 47764 ||| Stepping randomly (stuck).
 47766 | Vaults:1 | 47766 ||| Stepping randomly (stuck).
 47768 | Vaults:1 | 47768 ||| Stepping randomly (stuck).
 47770 | Vaults:1 | 47770 ||| Stepping randomly (stuck).
 47772 | Vaults:1 | 47772 ||| Stepping randomly (stuck).
 47774 | Vaults:1 | 47774 ||| Stepping randomly (stuck).
 47776 | Vaults:1 | 47776 ||| Stepping randomly (stuck).
 47778 | Vaults:1 | 47778 ||| Stepping randomly (stuck).
 47780 | Vaults:1 | 47780 ||| Stepping randomly (stuck).
 47782 | Vaults:1 | 47782 ||| Stepping randomly (stuck).
 47784 | Vaults:1 | 47784 ||| Stepping randomly (stuck).
 47786 | Vaults:1 | 47786 ||| Stepping randomly (stuck).
 47788 | Vaults:1 | 47788 ||| Stepping randomly (stuck).
 47790 | Vaults:1 | 47790 ||| Stepping randomly (stuck).
 47792 | Vaults:1 | 47792 ||| Stepping randomly (stuck).
 47794 | Vaults:1 | 47794 ||| Stepping randomly (stuck).
 47796 | Vaults:1 | 47796 ||| Stepping randomly (stuck).
 47798 | Vaults:1 | 47798 ||| Stepping randomly (stuck).
 47800 | Vaults:1 | 47800 ||| Stepping randomly (stuck).
 47802 | Vaults:1 | 47802 ||| Stepping randomly (stuck).
 47804 | Vaults:1 | 47804 ||| Stepping randomly (stuck).
 47806 | Vaults:1 | 47806 ||| Stepping randomly (stuck).
 47808 | Vaults:1 | 47808 ||| Stepping randomly (stuck).
 47810 | Vaults:1 | 47810 ||| Stepping randomly (stuck).
 47812 | Vaults:1 | 47812 ||| Stepping randomly (stuck).
 47814 | Vaults:1 | 47814 ||| Stepping randomly (stuck).
 47816 | Vaults:1 | 47816 ||| Stepping randomly (stuck).
 47818 | Vaults:1 | 47818 ||| Stepping randomly (stuck).
 47820 | Vaults:1 | 47820 ||| Stepping randomly (stuck).
 47822 | Vaults:1 | 47822 ||| Stepping randomly (stuck).
 47824 | Vaults:1 | 47824 ||| Stepping randomly (stuck).
 47826 | Vaults:1 | 47826 ||| Stepping randomly (stuck).
 47828 | Vaults:1 | 47828 ||| Stepping randomly (stuck).
 47830 | Vaults:1 | 47830 ||| Stepping randomly (stuck).
 47832 | Vaults:1 | 47832 ||| Stepping randomly (stuck).
 47834 | Vaults:1 | 47834 ||| Stepping randomly (stuck).
 47836 | Vaults:1 | 47836 ||| Stepping randomly (stuck).
 47838 | Vaults:1 | 47838 ||| Stepping randomly (stuck).
 47840 | Vaults:1 | 47840 ||| Stepping randomly (stuck).
 47842 | Vaults:1 | 47842 ||| Stepping randomly (stuck).
 47844 | Vaults:1 | 47844 ||| Stepping randomly (stuck).
 47846 | Vaults:1 | 47846 ||| Stepping randomly (stuck).
 47848 | Vaults:1 | 47848 ||| Stepping randomly (stuck).
 47850 | Vaults:1 | 47850 ||| Stepping randomly (stuck).
 47852 | Vaults:1 | 47852 ||| Stepping randomly (stuck).
 47854 | Vaults:1 | 47854 ||| Stepping randomly (stuck).
 47856 | Vaults:1 | 47856 ||| Stepping randomly (stuck).
 47858 | Vaults:1 | 47858 ||| Stepping randomly (stuck).
 47860 | Vaults:1 | 47860 ||| Stepping randomly (stuck).
 47862 | Vaults:1 | 47862 ||| Stepping randomly (stuck).
 47864 | Vaults:1 | 47864 ||| Stepping randomly (stuck).
 47866 | Vaults:1 | 47866 ||| Stepping randomly (stuck).
 47868 | Vaults:1 | 47868 ||| Stepping randomly (stuck).
 47870 | Vaults:1 | 47870 ||| Stepping randomly (stuck).
 47872 | Vaults:1 | 47872 ||| Stepping randomly (stuck).
 47874 | Vaults:1 | 47874 ||| Stepping randomly (stuck).
 47876 | Vaults:1 | 47876 ||| Stepping randomly (stuck).
 47878 | Vaults:1 | 47878 ||| Stepping randomly (stuck).
 47880 | Vaults:1 | 47880 ||| Stepping randomly (stuck).
 47882 | Vaults:1 | 47882 ||| Stepping randomly (stuck).
 47884 | Vaults:1 | 47884 ||| Stepping randomly (stuck).
 47886 | Vaults:1 | 47886 ||| Stepping randomly (stuck).
 47888 | Vaults:1 | 47888 ||| Stepping randomly (stuck).
 47890 | Vaults:1 | 47890 ||| Stepping randomly (stuck).
 47892 | Vaults:1 | 47892 ||| Stepping randomly (stuck).
 47894 | Vaults:1 | 47894 ||| Stepping randomly (stuck).
 47896 | Vaults:1 | 47896 ||| Stepping randomly (stuck).
 47898 | Vaults:1 | 47898 ||| Stepping randomly (stuck).
 47900 | Vaults:1 | 47900 ||| Stepping randomly (stuck).
 47902 | Vaults:1 | 47902 ||| Stepping randomly (stuck).
 47904 | Vaults:1 | 47904 ||| Stepping randomly (stuck).
 47906 | Vaults:1 | 47906 ||| Stepping randomly (stuck).
 47908 | Vaults:1 | 47908 ||| Stepping randomly (stuck).
 47910 | Vaults:1 | 47910 ||| Stepping randomly (stuck).
 47912 | Vaults:1 | 47912 ||| Stepping randomly (stuck).
 47914 | Vaults:1 | 47914 ||| Stepping randomly (stuck).
 47916 | Vaults:1 | 47916 ||| Stepping randomly (stuck).
 47918 | Vaults:1 | 47918 ||| Stepping randomly (stuck).
 47920 | Vaults:1 | 47920 ||| Stepping randomly (stuck).
 47922 | Vaults:1 | 47922 ||| Stepping randomly (stuck).
 47924 | Vaults:1 | 47924 ||| Stepping randomly (stuck).
 47926 | Vaults:1 | 47926 ||| Stepping randomly (stuck).
 47928 | Vaults:1 | 47928 ||| Stepping randomly (stuck).
 47930 | Vaults:1 | 47930 ||| Stepping randomly (stuck).
 47932 | Vaults:1 | 47932 ||| Stepping randomly (stuck).
 47934 | Vaults:1 | 47934 ||| Stepping randomly (stuck).
 47936 | Vaults:1 | 47936 ||| Stepping randomly (stuck).
 47938 | Vaults:1 | 47938 ||| Stepping randomly (stuck).
 47940 | Vaults:1 | 47940 ||| Stepping randomly (stuck).
 47942 | Vaults:1 | 47942 ||| Stepping randomly (stuck).
 47944 | Vaults:1 | 47944 ||| Stepping randomly (stuck).
 47946 | Vaults:1 | 47946 ||| Stepping randomly (stuck).
 47948 | Vaults:1 | 47948 ||| Stepping randomly (stuck).
 47950 | Vaults:1 | 47950 ||| Stepping randomly (stuck).
 47952 | Vaults:1 | 47952 ||| Stepping randomly (stuck).
 47954 | Vaults:1 | 47954 ||| Stepping randomly (stuck).
 47956 | Vaults:1 | 47956 ||| Stepping randomly (stuck).
 47958 | Vaults:1 | 47958 ||| Stepping randomly (stuck).
 47960 | Vaults:1 | 47960 ||| Stepping randomly (stuck).
 47962 | Vaults:1 | 47962 ||| Stepping randomly (stuck).
 47964 | Vaults:1 | 47964 ||| Stepping randomly (stuck).
 47966 | Vaults:1 | 47966 ||| Stepping randomly (stuck).
 47968 | Vaults:1 | 47968 ||| Stepping randomly (stuck).
 47970 | Vaults:1 | 47970 ||| Stepping randomly (stuck).
 47972 | Vaults:1 | 47972 ||| Stepping randomly (stuck).
 47974 | Vaults:1 | 47974 ||| Stepping randomly (stuck).
 47976 | Vaults:1 | 47976 ||| Stepping randomly (stuck).
 47978 | Vaults:1 | 47978 ||| Stepping randomly (stuck).
 47980 | Vaults:1 | 47980 ||| Stepping randomly (stuck).
 47982 | Vaults:1 | 47982 ||| Stepping randomly (stuck).
 47984 | Vaults:1 | 47984 ||| Stepping randomly (stuck).
 47986 | Vaults:1 | 47986 ||| Stepping randomly (stuck).
 47988 | Vaults:1 | 47988 ||| Stepping randomly (stuck).
 47990 | Vaults:1 | 47990 ||| Stepping randomly (stuck).
 47992 | Vaults:1 | 47992 ||| Stepping randomly (stuck).
 47994 | Vaults:1 | 47994 ||| Stepping randomly (stuck).
 47996 | Vaults:1 | 47996 ||| Stepping randomly (stuck).
 47998 | Vaults:1 | 47998 ||| Stepping randomly (stuck).
 48000 | Vaults:1 | 48000 ||| Stepping randomly (stuck).
 48002 | Vaults:1 | 48002 ||| Stepping randomly (stuck).
 48004 | Vaults:1 | 48004 ||| Stepping randomly (stuck).
 48006 | Vaults:1 | 48006 ||| Stepping randomly (stuck).
 48008 | Vaults:1 | 48008 ||| Stepping randomly (stuck).
 48010 | Vaults:1 | 48010 ||| Stepping randomly (stuck).
 48012 | Vaults:1 | 48012 ||| Stepping randomly (stuck).
 48014 | Vaults:1 | 48014 ||| Stepping randomly (stuck).
 48016 | Vaults:1 | 48016 ||| Stepping randomly (stuck).
 48018 | Vaults:1 | 48018 ||| Stepping randomly (stuck).
 48020 | Vaults:1 | 48020 ||| Stepping randomly (stuck).
 48022 | Vaults:1 | 48022 ||| Stepping randomly (stuck).
 48024 | Vaults:1 | 48024 ||| Stepping randomly (stuck).
 48026 | Vaults:1 | 48026 ||| Stepping randomly (stuck).
 48028 | Vaults:1 | 48028 ||| Stepping randomly (stuck).
 48030 | Vaults:1 | 48030 ||| Stepping randomly (stuck).
 48032 | Vaults:1 | 48032 ||| Stepping randomly (stuck).
 48034 | Vaults:1 | 48034 ||| Stepping randomly (stuck).
 48036 | Vaults:1 | 48036 ||| Stepping randomly (stuck).
 48038 | Vaults:1 | 48038 ||| Stepping randomly (stuck).
 48040 | Vaults:1 | 48040 ||| Stepping randomly (stuck).
 48042 | Vaults:1 | 48042 ||| Stepping randomly (stuck).
 48044 | Vaults:1 | 48044 ||| Stepping randomly (stuck).
 48046 | Vaults:1 | 48046 ||| Stepping randomly (stuck).
 48048 | Vaults:1 | 48048 ||| Stepping randomly (stuck).
 48050 | Vaults:1 | 48050 ||| Stepping randomly (stuck).
 48052 | Vaults:1 | 48052 ||| Stepping randomly (stuck).
 48054 | Vaults:1 | 48054 ||| Stepping randomly (stuck).
 48056 | Vaults:1 | 48056 ||| Stepping randomly (stuck).
 48058 | Vaults:1 | 48058 ||| Stepping randomly (stuck).
 48060 | Vaults:1 | 48060 ||| Stepping randomly (stuck).
 48062 | Vaults:1 | 48062 ||| Stepping randomly (stuck).
 48063 | Vaults:1 | Glimpsed the power of Zot.
 48064 | Vaults:1 | 48064 ||| Stepping randomly (stuck).
 48066 | Vaults:1 | 48066 ||| Stepping randomly (stuck).
 48068 | Vaults:1 | 48068 ||| Stepping randomly (stuck).
 48070 | Vaults:1 | 48070 ||| Stepping randomly (stuck).
 48072 | Vaults:1 | 48072 ||| Stepping randomly (stuck).
 48074 | Vaults:1 | 48074 ||| Stepping randomly (stuck).
 48076 | Vaults:1 | 48076 ||| Stepping randomly (stuck).
 48078 | Vaults:1 | 48078 ||| Stepping randomly (stuck).
 48080 | Vaults:1 | 48080 ||| Stepping randomly (stuck).
 48082 | Vaults:1 | 48082 ||| Stepping randomly (stuck).
 48084 | Vaults:1 | 48084 ||| Stepping randomly (stuck).
 48086 | Vaults:1 | 48086 ||| Stepping randomly (stuck).
 48088 | Vaults:1 | 48088 ||| Stepping randomly (stuck).
 48090 | Vaults:1 | 48090 ||| Stepping randomly (stuck).
 48092 | Vaults:1 | 48092 ||| Stepping randomly (stuck).
 48094 | Vaults:1 | 48094 ||| Stepping randomly (stuck).
 48096 | Vaults:1 | 48096 ||| Stepping randomly (stuck).
 48098 | Vaults:1 | 48098 ||| Stepping randomly (stuck).
 48100 | Vaults:1 | 48100 ||| Stepping randomly (stuck).
 48102 | Vaults:1 | 48102 ||| Stepping randomly (stuck).
 48104 | Vaults:1 | 48104 ||| Stepping randomly (stuck).
 48106 | Vaults:1 | 48106 ||| Stepping randomly (stuck).
 48108 | Vaults:1 | 48108 ||| Stepping randomly (stuck).
 48110 | Vaults:1 | 48110 ||| Stepping randomly (stuck).
 48112 | Vaults:1 | 48112 ||| Stepping randomly (stuck).
 48114 | Vaults:1 | 48114 ||| Stepping randomly (stuck).
 48116 | Vaults:1 | 48116 ||| Stepping randomly (stuck).
 48118 | Vaults:1 | 48118 ||| Stepping randomly (stuck).
 48120 | Vaults:1 | 48120 ||| Stepping randomly (stuck).
 48122 | Vaults:1 | 48122 ||| Stepping randomly (stuck).
 48124 | Vaults:1 | 48124 ||| Stepping randomly (stuck).
 48126 | Vaults:1 | 48126 ||| Stepping randomly (stuck).
 48128 | Vaults:1 | 48128 ||| Stepping randomly (stuck).
 48130 | Vaults:1 | 48130 ||| Stepping randomly (stuck).
 48132 | Vaults:1 | 48132 ||| Stepping randomly (stuck).
 48134 | Vaults:1 | 48134 ||| Stepping randomly (stuck).
 48136 | Vaults:1 | 48136 ||| Stepping randomly (stuck).
 48138 | Vaults:1 | 48138 ||| Stepping randomly (stuck).
 48140 | Vaults:1 | 48140 ||| Stepping randomly (stuck).
 48142 | Vaults:1 | 48142 ||| Stepping randomly (stuck).
 48144 | Vaults:1 | 48144 ||| Stepping randomly (stuck).
 48146 | Vaults:1 | 48146 ||| Stepping randomly (stuck).
 48148 | Vaults:1 | 48148 ||| Stepping randomly (stuck).
 48150 | Vaults:1 | 48150 ||| Stepping randomly (stuck).
 48152 | Vaults:1 | 48152 ||| Stepping randomly (stuck).
 48154 | Vaults:1 | 48154 ||| Stepping randomly (stuck).
 48156 | Vaults:1 | 48156 ||| Stepping randomly (stuck).
 48158 | Vaults:1 | 48158 ||| Stepping randomly (stuck).
 48160 | Vaults:1 | 48160 ||| Stepping randomly (stuck).
 48162 | Vaults:1 | 48162 ||| Stepping randomly (stuck).
 48164 | Vaults:1 | 48164 ||| Stepping randomly (stuck).
 48166 | Vaults:1 | 48166 ||| Stepping randomly (stuck).
 48168 | Vaults:1 | 48168 ||| Stepping randomly (stuck).
 48170 | Vaults:1 | 48170 ||| Stepping randomly (stuck).
 48172 | Vaults:1 | 48172 ||| Stepping randomly (stuck).
 48174 | Vaults:1 | 48174 ||| Stepping randomly (stuck).
 48176 | Vaults:1 | 48176 ||| Stepping randomly (stuck).
 48178 | Vaults:1 | 48178 ||| Stepping randomly (stuck).
 48180 | Vaults:1 | 48180 ||| Stepping randomly (stuck).
 48182 | Vaults:1 | 48182 ||| Stepping randomly (stuck).
 48184 | Vaults:1 | 48184 ||| Stepping randomly (stuck).
 48186 | Vaults:1 | 48186 ||| Stepping randomly (stuck).
 48188 | Vaults:1 | 48188 ||| Stepping randomly (stuck).
 48190 | Vaults:1 | 48190 ||| Stepping randomly (stuck).
 48192 | Vaults:1 | 48192 ||| Stepping randomly (stuck).
 48194 | Vaults:1 | 48194 ||| Stepping randomly (stuck).
 48196 | Vaults:1 | 48196 ||| Stepping randomly (stuck).
 48198 | Vaults:1 | 48198 ||| Stepping randomly (stuck).
 48200 | Vaults:1 | 48200 ||| Stepping randomly (stuck).
 48202 | Vaults:1 | 48202 ||| Stepping randomly (stuck).
 48204 | Vaults:1 | 48204 ||| Stepping randomly (stuck).
 48206 | Vaults:1 | 48206 ||| Stepping randomly (stuck).
 48208 | Vaults:1 | 48208 ||| Stepping randomly (stuck).
 48210 | Vaults:1 | 48210 ||| Stepping randomly (stuck).
 48212 | Vaults:1 | 48212 ||| Stepping randomly (stuck).
 48214 | Vaults:1 | 48214 ||| Stepping randomly (stuck).
 48216 | Vaults:1 | 48216 ||| Stepping randomly (stuck).
 48218 | Vaults:1 | 48218 ||| Stepping randomly (stuck).
 48220 | Vaults:1 | 48220 ||| Stepping randomly (stuck).
 48222 | Vaults:1 | 48222 ||| Stepping randomly (stuck).
 48224 | Vaults:1 | 48224 ||| Stepping randomly (stuck).
 48226 | Vaults:1 | 48226 ||| Stepping randomly (stuck).
 48228 | Vaults:1 | 48228 ||| Stepping randomly (stuck).
 48230 | Vaults:1 | 48230 ||| Stepping randomly (stuck).
 48232 | Vaults:1 | 48232 ||| Stepping randomly (stuck).
 48234 | Vaults:1 | 48234 ||| Stepping randomly (stuck).
 48236 | Vaults:1 | 48236 ||| Stepping randomly (stuck).
 48238 | Vaults:1 | 48238 ||| Stepping randomly (stuck).
 48240 | Vaults:1 | 48240 ||| Stepping randomly (stuck).
 48242 | Vaults:1 | 48242 ||| Stepping randomly (stuck).
 48244 | Vaults:1 | 48244 ||| Stepping randomly (stuck).
 48246 | Vaults:1 | 48246 ||| Stepping randomly (stuck).
 48248 | Vaults:1 | 48248 ||| Stepping randomly (stuck).
 48250 | Vaults:1 | 48250 ||| Stepping randomly (stuck).
 48252 | Vaults:1 | 48252 ||| Stepping randomly (stuck).
 48254 | Vaults:1 | 48254 ||| Stepping randomly (stuck).
 48256 | Vaults:1 | 48256 ||| Stepping randomly (stuck).
 48258 | Vaults:1 | 48258 ||| Stepping randomly (stuck).
 48260 | Vaults:1 | 48260 ||| Stepping randomly (stuck).
 48262 | Vaults:1 | 48262 ||| Stepping randomly (stuck).
 48264 | Vaults:1 | 48264 ||| Stepping randomly (stuck).
 48266 | Vaults:1 | 48266 ||| Stepping randomly (stuck).
 48268 | Vaults:1 | 48268 ||| Stepping randomly (stuck).
 48270 | Vaults:1 | 48270 ||| Stepping randomly (stuck).
 48272 | Vaults:1 | 48272 ||| Stepping randomly (stuck).
 48274 | Vaults:1 | 48274 ||| Stepping randomly (stuck).
 48276 | Vaults:1 | 48276 ||| Stepping randomly (stuck).
 48278 | Vaults:1 | 48278 ||| Stepping randomly (stuck).
 48280 | Vaults:1 | 48280 ||| Stepping randomly (stuck).
 48282 | Vaults:1 | 48282 ||| Stepping randomly (stuck).
 48284 | Vaults:1 | 48284 ||| Stepping randomly (stuck).
 48286 | Vaults:1 | 48286 ||| Stepping randomly (stuck).
 48288 | Vaults:1 | 48288 ||| Stepping randomly (stuck).
 48290 | Vaults:1 | 48290 ||| Stepping randomly (stuck).
 48292 | Vaults:1 | 48292 ||| Stepping randomly (stuck).
 48294 | Vaults:1 | 48294 ||| Stepping randomly (stuck).
 48296 | Vaults:1 | 48296 ||| Stepping randomly (stuck).
 48298 | Vaults:1 | 48298 ||| Stepping randomly (stuck).
 48300 | Vaults:1 | 48300 ||| Stepping randomly (stuck).
 48302 | Vaults:1 | 48302 ||| Stepping randomly (stuck).
 48304 | Vaults:1 | 48304 ||| Stepping randomly (stuck).
 48306 | Vaults:1 | 48306 ||| Stepping randomly (stuck).
 48308 | Vaults:1 | 48308 ||| Stepping randomly (stuck).
 48310 | Vaults:1 | 48310 ||| Stepping randomly (stuck).
 48312 | Vaults:1 | 48312 ||| Stepping randomly (stuck).
 48314 | Vaults:1 | 48314 ||| Stepping randomly (stuck).
 48316 | Vaults:1 | 48316 ||| Stepping randomly (stuck).
 48318 | Vaults:1 | 48318 ||| Stepping randomly (stuck).
 48320 | Vaults:1 | 48320 ||| Stepping randomly (stuck).
 48322 | Vaults:1 | 48322 ||| Stepping randomly (stuck).
 48324 | Vaults:1 | 48324 ||| Stepping randomly (stuck).
 48326 | Vaults:1 | 48326 ||| Stepping randomly (stuck).
 48328 | Vaults:1 | 48328 ||| Stepping randomly (stuck).
 48330 | Vaults:1 | 48330 ||| Stepping randomly (stuck).
 48332 | Vaults:1 | 48332 ||| Stepping randomly (stuck).
 48334 | Vaults:1 | 48334 ||| Stepping randomly (stuck).
 48336 | Vaults:1 | 48336 ||| Stepping randomly (stuck).
 48338 | Vaults:1 | 48338 ||| Stepping randomly (stuck).
 48340 | Vaults:1 | 48340 ||| Stepping randomly (stuck).
 48342 | Vaults:1 | 48342 ||| Stepping randomly (stuck).
 48344 | Vaults:1 | 48344 ||| Stepping randomly (stuck).
 48346 | Vaults:1 | 48346 ||| Stepping randomly (stuck).
 48348 | Vaults:1 | 48348 ||| Stepping randomly (stuck).
 48350 | Vaults:1 | 48350 ||| Stepping randomly (stuck).
 48352 | Vaults:1 | 48352 ||| Stepping randomly (stuck).
 48354 | Vaults:1 | 48354 ||| Stepping randomly (stuck).
 48356 | Vaults:1 | 48356 ||| Stepping randomly (stuck).
 48358 | Vaults:1 | 48358 ||| Stepping randomly (stuck).
 48360 | Vaults:1 | 48360 ||| Stepping randomly (stuck).
 48362 | Vaults:1 | 48362 ||| Stepping randomly (stuck).
 48364 | Vaults:1 | 48364 ||| Stepping randomly (stuck).
 48366 | Vaults:1 | 48366 ||| Stepping randomly (stuck).
 48368 | Vaults:1 | 48368 ||| Stepping randomly (stuck).
 48370 | Vaults:1 | 48370 ||| Stepping randomly (stuck).
 48372 | Vaults:1 | 48372 ||| Stepping randomly (stuck).
 48374 | Vaults:1 | 48374 ||| Stepping randomly (stuck).
 48376 | Vaults:1 | 48376 ||| Stepping randomly (stuck).
 48378 | Vaults:1 | 48378 ||| Stepping randomly (stuck).
 48380 | Vaults:1 | 48380 ||| Stepping randomly (stuck).
 48382 | Vaults:1 | 48382 ||| Stepping randomly (stuck).
 48384 | Vaults:1 | 48384 ||| Stepping randomly (stuck).
 48386 | Vaults:1 | 48386 ||| Stepping randomly (stuck).
 48388 | Vaults:1 | 48388 ||| Stepping randomly (stuck).
 48390 | Vaults:1 | 48390 ||| Stepping randomly (stuck).
 48392 | Vaults:1 | 48392 ||| Stepping randomly (stuck).
 48394 | Vaults:1 | 48394 ||| Stepping randomly (stuck).
 48396 | Vaults:1 | 48396 ||| Stepping randomly (stuck).
 48398 | Vaults:1 | 48398 ||| Stepping randomly (stuck).
 48400 | Vaults:1 | 48400 ||| Stepping randomly (stuck).
 48402 | Vaults:1 | 48402 ||| Stepping randomly (stuck).
 48404 | Vaults:1 | 48404 ||| Stepping randomly (stuck).
 48406 | Vaults:1 | 48406 ||| Stepping randomly (stuck).
 48408 | Vaults:1 | 48408 ||| Stepping randomly (stuck).
 48410 | Vaults:1 | 48410 ||| Stepping randomly (stuck).
 48412 | Vaults:1 | 48412 ||| Stepping randomly (stuck).
 48414 | Vaults:1 | 48414 ||| Stepping randomly (stuck).
 48416 | Vaults:1 | 48416 ||| Stepping randomly (stuck).
 48418 | Vaults:1 | 48418 ||| Stepping randomly (stuck).
 48420 | Vaults:1 | 48420 ||| Stepping randomly (stuck).
 48422 | Vaults:1 | 48422 ||| Stepping randomly (stuck).
 48424 | Vaults:1 | 48424 ||| Stepping randomly (stuck).
 48426 | Vaults:1 | 48426 ||| Stepping randomly (stuck).
 48428 | Vaults:1 | 48428 ||| Stepping randomly (stuck).
 48430 | Vaults:1 | 48430 ||| Stepping randomly (stuck).
 48432 | Vaults:1 | 48432 ||| Stepping randomly (stuck).
 48434 | Vaults:1 | 48434 ||| Stepping randomly (stuck).
 48436 | Vaults:1 | 48436 ||| Stepping randomly (stuck).
 48438 | Vaults:1 | 48438 ||| Stepping randomly (stuck).
 48440 | Vaults:1 | 48440 ||| Stepping randomly (stuck).
 48442 | Vaults:1 | 48442 ||| Stepping randomly (stuck).
 48444 | Vaults:1 | 48444 ||| Stepping randomly (stuck).
 48446 | Vaults:1 | 48446 ||| Stepping randomly (stuck).
 48448 | Vaults:1 | 48448 ||| Stepping randomly (stuck).
 48450 | Vaults:1 | 48450 ||| Stepping randomly (stuck).
 48452 | Vaults:1 | 48452 ||| Stepping randomly (stuck).
 48454 | Vaults:1 | 48454 ||| Stepping randomly (stuck).
 48456 | Vaults:1 | 48456 ||| Stepping randomly (stuck).
 48458 | Vaults:1 | 48458 ||| Stepping randomly (stuck).
 48460 | Vaults:1 | 48460 ||| Stepping randomly (stuck).
 48462 | Vaults:1 | 48462 ||| Stepping randomly (stuck).
 48463 | Vaults:1 | Glimpsed the power of Zot.
 48464 | Vaults:1 | 48464 ||| Stepping randomly (stuck).
 48466 | Vaults:1 | 48466 ||| Stepping randomly (stuck).
 48468 | Vaults:1 | 48468 ||| Stepping randomly (stuck).
 48470 | Vaults:1 | 48470 ||| Stepping randomly (stuck).
 48472 | Vaults:1 | 48472 ||| Stepping randomly (stuck).
 48474 | Vaults:1 | 48474 ||| Stepping randomly (stuck).
 48476 | Vaults:1 | 48476 ||| Stepping randomly (stuck).
 48478 | Vaults:1 | 48478 ||| Stepping randomly (stuck).
 48480 | Vaults:1 | 48480 ||| Stepping randomly (stuck).
 48482 | Vaults:1 | 48482 ||| Stepping randomly (stuck).
 48484 | Vaults:1 | 48484 ||| Stepping randomly (stuck).
 48486 | Vaults:1 | 48486 ||| Stepping randomly (stuck).
 48488 | Vaults:1 | 48488 ||| Stepping randomly (stuck).
 48490 | Vaults:1 | 48490 ||| Stepping randomly (stuck).
 48492 | Vaults:1 | 48492 ||| Stepping randomly (stuck).
 48494 | Vaults:1 | 48494 ||| Stepping randomly (stuck).
 48496 | Vaults:1 | 48496 ||| Stepping randomly (stuck).
 48498 | Vaults:1 | 48498 ||| Stepping randomly (stuck).
 48500 | Vaults:1 | 48500 ||| Stepping randomly (stuck).
 48502 | Vaults:1 | 48502 ||| Stepping randomly (stuck).
 48504 | Vaults:1 | 48504 ||| Stepping randomly (stuck).
 48506 | Vaults:1 | 48506 ||| Stepping randomly (stuck).
 48508 | Vaults:1 | 48508 ||| Stepping randomly (stuck).
 48510 | Vaults:1 | 48510 ||| Stepping randomly (stuck).
 48512 | Vaults:1 | 48512 ||| Stepping randomly (stuck).
 48514 | Vaults:1 | 48514 ||| Stepping randomly (stuck).
 48516 | Vaults:1 | 48516 ||| Stepping randomly (stuck).
 48518 | Vaults:1 | 48518 ||| Stepping randomly (stuck).
 48520 | Vaults:1 | 48520 ||| Stepping randomly (stuck).
 48522 | Vaults:1 | 48522 ||| Stepping randomly (stuck).
 48524 | Vaults:1 | 48524 ||| Stepping randomly (stuck).
 48526 | Vaults:1 | 48526 ||| Stepping randomly (stuck).
 48528 | Vaults:1 | 48528 ||| Stepping randomly (stuck).
 48530 | Vaults:1 | 48530 ||| Stepping randomly (stuck).
 48532 | Vaults:1 | 48532 ||| Stepping randomly (stuck).
 48534 | Vaults:1 | 48534 ||| Stepping randomly (stuck).
 48536 | Vaults:1 | 48536 ||| Stepping randomly (stuck).
 48538 | Vaults:1 | 48538 ||| Stepping randomly (stuck).
 48540 | Vaults:1 | 48540 ||| Stepping randomly (stuck).
 48542 | Vaults:1 | 48542 ||| Stepping randomly (stuck).
 48544 | Vaults:1 | 48544 ||| Stepping randomly (stuck).
 48546 | Vaults:1 | 48546 ||| Stepping randomly (stuck).
 48548 | Vaults:1 | 48548 ||| Stepping randomly (stuck).
 48550 | Vaults:1 | 48550 ||| Stepping randomly (stuck).
 48552 | Vaults:1 | 48552 ||| Stepping randomly (stuck).
 48554 | Vaults:1 | 48554 ||| Stepping randomly (stuck).
 48556 | Vaults:1 | 48556 ||| Stepping randomly (stuck).
 48558 | Vaults:1 | 48558 ||| Stepping randomly (stuck).
 48560 | Vaults:1 | 48560 ||| Stepping randomly (stuck).
 48562 | Vaults:1 | 48562 ||| Stepping randomly (stuck).
 48562 | Vaults:1 | Touched by the power of Zot (MHP 24 -> 17)
 48563 | Vaults:1 | Glimpsed the power of Zot.
 48564 | Vaults:1 | 48564 ||| Stepping randomly (stuck).
 48566 | Vaults:1 | 48566 ||| Stepping randomly (stuck).
 48568 | Vaults:1 | 48568 ||| Stepping randomly (stuck).
 48570 | Vaults:1 | 48570 ||| Stepping randomly (stuck).
 48572 | Vaults:1 | 48572 ||| Stepping randomly (stuck).
 48574 | Vaults:1 | 48574 ||| Stepping randomly (stuck).
 48576 | Vaults:1 | 48576 ||| Stepping randomly (stuck).
 48578 | Vaults:1 | 48578 ||| Stepping randomly (stuck).
 48580 | Vaults:1 | 48580 ||| Stepping randomly (stuck).
 48582 | Vaults:1 | 48582 ||| Stepping randomly (stuck).
 48584 | Vaults:1 | 48584 ||| Stepping randomly (stuck).
 48586 | Vaults:1 | 48586 ||| Stepping randomly (stuck).
 48588 | Vaults:1 | 48588 ||| Stepping randomly (stuck).
 48590 | Vaults:1 | 48590 ||| Stepping randomly (stuck).
 48592 | Vaults:1 | 48592 ||| Stepping randomly (stuck).
 48594 | Vaults:1 | 48594 ||| Stepping randomly (stuck).
 48596 | Vaults:1 | 48596 ||| Stepping randomly (stuck).
 48598 | Vaults:1 | 48598 ||| Stepping randomly (stuck).
 48600 | Vaults:1 | 48600 ||| Stepping randomly (stuck).
 48602 | Vaults:1 | 48602 ||| Stepping randomly (stuck).
 48604 | Vaults:1 | 48604 ||| Stepping randomly (stuck).
 48606 | Vaults:1 | 48606 ||| Stepping randomly (stuck).
 48608 | Vaults:1 | 48608 ||| Stepping randomly (stuck).
 48610 | Vaults:1 | 48610 ||| Stepping randomly (stuck).
 48612 | Vaults:1 | 48612 ||| Stepping randomly (stuck).
 48614 | Vaults:1 | 48614 ||| Stepping randomly (stuck).
 48616 | Vaults:1 | 48616 ||| Stepping randomly (stuck).
 48618 | Vaults:1 | 48618 ||| Stepping randomly (stuck).
 48620 | Vaults:1 | 48620 ||| Stepping randomly (stuck).
 48622 | Vaults:1 | 48622 ||| Stepping randomly (stuck).
 48624 | Vaults:1 | 48624 ||| Stepping randomly (stuck).
 48626 | Vaults:1 | 48626 ||| Stepping randomly (stuck).
 48628 | Vaults:1 | 48628 ||| Stepping randomly (stuck).
 48630 | Vaults:1 | 48630 ||| Stepping randomly (stuck).
 48632 | Vaults:1 | 48632 ||| Stepping randomly (stuck).
 48634 | Vaults:1 | 48634 ||| Stepping randomly (stuck).
 48636 | Vaults:1 | 48636 ||| Stepping randomly (stuck).
 48638 | Vaults:1 | 48638 ||| Stepping randomly (stuck).
 48640 | Vaults:1 | 48640 ||| Stepping randomly (stuck).
 48642 | Vaults:1 | 48642 ||| Stepping randomly (stuck).
 48644 | Vaults:1 | 48644 ||| Stepping randomly (stuck).
 48646 | Vaults:1 | 48646 ||| Stepping randomly (stuck).
 48648 | Vaults:1 | 48648 ||| Stepping randomly (stuck).
 48650 | Vaults:1 | 48650 ||| Stepping randomly (stuck).
 48652 | Vaults:1 | 48652 ||| Stepping randomly (stuck).
 48654 | Vaults:1 | 48654 ||| Stepping randomly (stuck).
 48656 | Vaults:1 | 48656 ||| Stepping randomly (stuck).
 48658 | Vaults:1 | 48658 ||| Stepping randomly (stuck).
 48660 | Vaults:1 | 48660 ||| Stepping randomly (stuck).
 48662 | Vaults:1 | 48662 ||| Stepping randomly (stuck).
 48664 | Vaults:1 | 48664 ||| Stepping randomly (stuck).
 48666 | Vaults:1 | 48666 ||| Stepping randomly (stuck).
 48668 | Vaults:1 | 48668 ||| Stepping randomly (stuck).
 48670 | Vaults:1 | 48670 ||| Stepping randomly (stuck).
 48672 | Vaults:1 | 48672 ||| Stepping randomly (stuck).
 48674 | Vaults:1 | 48674 ||| Stepping randomly (stuck).
 48676 | Vaults:1 | 48676 ||| Stepping randomly (stuck).
 48678 | Vaults:1 | 48678 ||| Stepping randomly (stuck).
 48680 | Vaults:1 | 48680 ||| Stepping randomly (stuck).
 48682 | Vaults:1 | 48682 ||| Stepping randomly (stuck).
 48684 | Vaults:1 | 48684 ||| Stepping randomly (stuck).
 48686 | Vaults:1 | 48686 ||| Stepping randomly (stuck).
 48688 | Vaults:1 | 48688 ||| Stepping randomly (stuck).
 48690 | Vaults:1 | 48690 ||| Stepping randomly (stuck).
 48692 | Vaults:1 | 48692 ||| Stepping randomly (stuck).
 48694 | Vaults:1 | 48694 ||| Stepping randomly (stuck).
 48696 | Vaults:1 | 48696 ||| Stepping randomly (stuck).
 48698 | Vaults:1 | 48698 ||| Stepping randomly (stuck).
 48700 | Vaults:1 | 48700 ||| Stepping randomly (stuck).
 48702 | Vaults:1 | 48702 ||| Stepping randomly (stuck).
 48704 | Vaults:1 | 48704 ||| Stepping randomly (stuck).
 48706 | Vaults:1 | 48706 ||| Stepping randomly (stuck).
 48708 | Vaults:1 | 48708 ||| Stepping randomly (stuck).
 48710 | Vaults:1 | 48710 ||| Stepping randomly (stuck).
 48712 | Vaults:1 | 48712 ||| Stepping randomly (stuck).
 48714 | Vaults:1 | 48714 ||| Stepping randomly (stuck).
 48716 | Vaults:1 | 48716 ||| Stepping randomly (stuck).
 48718 | Vaults:1 | 48718 ||| Stepping randomly (stuck).
 48720 | Vaults:1 | 48720 ||| Stepping randomly (stuck).
 48722 | Vaults:1 | 48722 ||| Stepping randomly (stuck).
 48724 | Vaults:1 | 48724 ||| Stepping randomly (stuck).
 48726 | Vaults:1 | 48726 ||| Stepping randomly (stuck).
 48728 | Vaults:1 | 48728 ||| Stepping randomly (stuck).
 48730 | Vaults:1 | 48730 ||| Stepping randomly (stuck).
 48732 | Vaults:1 | 48732 ||| Stepping randomly (stuck).
 48734 | Vaults:1 | 48734 ||| Stepping randomly (stuck).
 48736 | Vaults:1 | 48736 ||| Stepping randomly (stuck).
 48738 | Vaults:1 | 48738 ||| Stepping randomly (stuck).
 48740 | Vaults:1 | 48740 ||| Stepping randomly (stuck).
 48742 | Vaults:1 | 48742 ||| Stepping randomly (stuck).
 48744 | Vaults:1 | 48744 ||| Stepping randomly (stuck).
 48746 | Vaults:1 | 48746 ||| Stepping randomly (stuck).
 48748 | Vaults:1 | 48748 ||| Stepping randomly (stuck).
 48750 | Vaults:1 | 48750 ||| Stepping randomly (stuck).
 48752 | Vaults:1 | 48752 ||| Stepping randomly (stuck).
 48754 | Vaults:1 | 48754 ||| Stepping randomly (stuck).
 48756 | Vaults:1 | 48756 ||| Stepping randomly (stuck).
 48758 | Vaults:1 | 48758 ||| Stepping randomly (stuck).
 48760 | Vaults:1 | 48760 ||| Stepping randomly (stuck).
 48762 | Vaults:1 | 48762 ||| Stepping randomly (stuck).
 48764 | Vaults:1 | 48764 ||| Stepping randomly (stuck).
 48766 | Vaults:1 | 48766 ||| Stepping randomly (stuck).
 48768 | Vaults:1 | 48768 ||| Stepping randomly (stuck).
 48770 | Vaults:1 | 48770 ||| Stepping randomly (stuck).
 48772 | Vaults:1 | 48772 ||| Stepping randomly (stuck).
 48774 | Vaults:1 | 48774 ||| Stepping randomly (stuck).
 48776 | Vaults:1 | 48776 ||| Stepping randomly (stuck).
 48778 | Vaults:1 | 48778 ||| Stepping randomly (stuck).
 48780 | Vaults:1 | 48780 ||| Stepping randomly (stuck).
 48782 | Vaults:1 | 48782 ||| Stepping randomly (stuck).
 48784 | Vaults:1 | 48784 ||| Stepping randomly (stuck).
 48786 | Vaults:1 | 48786 ||| Stepping randomly (stuck).
 48788 | Vaults:1 | 48788 ||| Stepping randomly (stuck).
 48790 | Vaults:1 | 48790 ||| Stepping randomly (stuck).
 48792 | Vaults:1 | 48792 ||| Stepping randomly (stuck).
 48794 | Vaults:1 | 48794 ||| Stepping randomly (stuck).
 48796 | Vaults:1 | 48796 ||| Stepping randomly (stuck).
 48798 | Vaults:1 | 48798 ||| Stepping randomly (stuck).
 48800 | Vaults:1 | 48800 ||| Stepping randomly (stuck).
 48802 | Vaults:1 | 48802 ||| Stepping randomly (stuck).
 48804 | Vaults:1 | 48804 ||| Stepping randomly (stuck).
 48806 | Vaults:1 | 48806 ||| Stepping randomly (stuck).
 48808 | Vaults:1 | 48808 ||| Stepping randomly (stuck).
 48810 | Vaults:1 | 48810 ||| Stepping randomly (stuck).
 48812 | Vaults:1 | 48812 ||| Stepping randomly (stuck).
 48814 | Vaults:1 | 48814 ||| Stepping randomly (stuck).
 48816 | Vaults:1 | 48816 ||| Stepping randomly (stuck).
 48818 | Vaults:1 | 48818 ||| Stepping randomly (stuck).
 48820 | Vaults:1 | 48820 ||| Stepping randomly (stuck).
 48822 | Vaults:1 | 48822 ||| Stepping randomly (stuck).
 48824 | Vaults:1 | 48824 ||| Stepping randomly (stuck).
 48826 | Vaults:1 | 48826 ||| Stepping randomly (stuck).
 48828 | Vaults:1 | 48828 ||| Stepping randomly (stuck).
 48830 | Vaults:1 | 48830 ||| Stepping randomly (stuck).
 48832 | Vaults:1 | 48832 ||| Stepping randomly (stuck).
 48834 | Vaults:1 | 48834 ||| Stepping randomly (stuck).
 48836 | Vaults:1 | 48836 ||| Stepping randomly (stuck).
 48838 | Vaults:1 | 48838 ||| Stepping randomly (stuck).
 48840 | Vaults:1 | 48840 ||| Stepping randomly (stuck).
 48842 | Vaults:1 | 48842 ||| Stepping randomly (stuck).
 48844 | Vaults:1 | 48844 ||| Stepping randomly (stuck).
 48846 | Vaults:1 | 48846 ||| Stepping randomly (stuck).
 48848 | Vaults:1 | 48848 ||| Stepping randomly (stuck).
 48850 | Vaults:1 | 48850 ||| Stepping randomly (stuck).
 48852 | Vaults:1 | 48852 ||| Stepping randomly (stuck).
 48854 | Vaults:1 | 48854 ||| Stepping randomly (stuck).
 48856 | Vaults:1 | 48856 ||| Stepping randomly (stuck).
 48858 | Vaults:1 | 48858 ||| Stepping randomly (stuck).
 48860 | Vaults:1 | 48860 ||| Stepping randomly (stuck).
 48862 | Vaults:1 | 48862 ||| Stepping randomly (stuck).
 48864 | Vaults:1 | 48864 ||| Stepping randomly (stuck).
 48866 | Vaults:1 | 48866 ||| Stepping randomly (stuck).
 48868 | Vaults:1 | 48868 ||| Stepping randomly (stuck).
 48870 | Vaults:1 | 48870 ||| Stepping randomly (stuck).
 48872 | Vaults:1 | 48872 ||| Stepping randomly (stuck).
 48874 | Vaults:1 | 48874 ||| Stepping randomly (stuck).
 48876 | Vaults:1 | 48876 ||| Stepping randomly (stuck).
 48878 | Vaults:1 | 48878 ||| Stepping randomly (stuck).
 48880 | Vaults:1 | 48880 ||| Stepping randomly (stuck).
 48882 | Vaults:1 | 48882 ||| Stepping randomly (stuck).
 48884 | Vaults:1 | 48884 ||| Stepping randomly (stuck).
 48886 | Vaults:1 | 48886 ||| Stepping randomly (stuck).
 48888 | Vaults:1 | 48888 ||| Stepping randomly (stuck).
 48890 | Vaults:1 | 48890 ||| Stepping randomly (stuck).
 48892 | Vaults:1 | 48892 ||| Stepping randomly (stuck).
 48894 | Vaults:1 | 48894 ||| Stepping randomly (stuck).
 48896 | Vaults:1 | 48896 ||| Stepping randomly (stuck).
 48898 | Vaults:1 | 48898 ||| Stepping randomly (stuck).
 48900 | Vaults:1 | 48900 ||| Stepping randomly (stuck).
 48902 | Vaults:1 | 48902 ||| Stepping randomly (stuck).
 48904 | Vaults:1 | 48904 ||| Stepping randomly (stuck).
 48906 | Vaults:1 | 48906 ||| Stepping randomly (stuck).
 48908 | Vaults:1 | 48908 ||| Stepping randomly (stuck).
 48910 | Vaults:1 | 48910 ||| Stepping randomly (stuck).
 48912 | Vaults:1 | 48912 ||| Stepping randomly (stuck).
 48914 | Vaults:1 | 48914 ||| Stepping randomly (stuck).
 48916 | Vaults:1 | 48916 ||| Stepping randomly (stuck).
 48918 | Vaults:1 | 48918 ||| Stepping randomly (stuck).
 48920 | Vaults:1 | 48920 ||| Stepping randomly (stuck).
 48922 | Vaults:1 | 48922 ||| Stepping randomly (stuck).
 48924 | Vaults:1 | 48924 ||| Stepping randomly (stuck).
 48926 | Vaults:1 | 48926 ||| Stepping randomly (stuck).
 48928 | Vaults:1 | 48928 ||| Stepping randomly (stuck).
 48930 | Vaults:1 | 48930 ||| Stepping randomly (stuck).
 48932 | Vaults:1 | 48932 ||| Stepping randomly (stuck).
 48934 | Vaults:1 | 48934 ||| Stepping randomly (stuck).
 48936 | Vaults:1 | 48936 ||| Stepping randomly (stuck).
 48938 | Vaults:1 | 48938 ||| Stepping randomly (stuck).
 48940 | Vaults:1 | 48940 ||| Stepping randomly (stuck).
 48942 | Vaults:1 | 48942 ||| Stepping randomly (stuck).
 48944 | Vaults:1 | 48944 ||| Stepping randomly (stuck).
 48946 | Vaults:1 | 48946 ||| Stepping randomly (stuck).
 48948 | Vaults:1 | 48948 ||| Stepping randomly (stuck).
 48950 | Vaults:1 | 48950 ||| Stepping randomly (stuck).
 48952 | Vaults:1 | 48952 ||| Stepping randomly (stuck).
 48954 | Vaults:1 | 48954 ||| Stepping randomly (stuck).
 48956 | Vaults:1 | 48956 ||| Stepping randomly (stuck).
 48958 | Vaults:1 | 48958 ||| Stepping randomly (stuck).
 48960 | Vaults:1 | 48960 ||| Stepping randomly (stuck).
 48962 | Vaults:1 | 48962 ||| Stepping randomly (stuck).
 48964 | Vaults:1 | 48964 ||| Stepping randomly (stuck).
 48966 | Vaults:1 | 48966 ||| Stepping randomly (stuck).
 48968 | Vaults:1 | 48968 ||| Stepping randomly (stuck).
 48970 | Vaults:1 | 48970 ||| Stepping randomly (stuck).
 48972 | Vaults:1 | 48972 ||| Stepping randomly (stuck).
 48974 | Vaults:1 | 48974 ||| Stepping randomly (stuck).
 48976 | Vaults:1 | 48976 ||| Stepping randomly (stuck).
 48978 | Vaults:1 | 48978 ||| Stepping randomly (stuck).
 48980 | Vaults:1 | 48980 ||| Stepping randomly (stuck).
 48982 | Vaults:1 | 48982 ||| Stepping randomly (stuck).
 48984 | Vaults:1 | 48984 ||| Stepping randomly (stuck).
 48986 | Vaults:1 | 48986 ||| Stepping randomly (stuck).
 48988 | Vaults:1 | 48988 ||| Stepping randomly (stuck).
 48990 | Vaults:1 | 48990 ||| Stepping randomly (stuck).
 48992 | Vaults:1 | 48992 ||| Stepping randomly (stuck).
 48994 | Vaults:1 | 48994 ||| Stepping randomly (stuck).
 48996 | Vaults:1 | 48996 ||| Stepping randomly (stuck).
 48998 | Vaults:1 | 48998 ||| Stepping randomly (stuck).
 49000 | Vaults:1 | 49000 ||| Stepping randomly (stuck).
 49002 | Vaults:1 | 49002 ||| Stepping randomly (stuck).
 49004 | Vaults:1 | 49004 ||| Stepping randomly (stuck).
 49006 | Vaults:1 | 49006 ||| Stepping randomly (stuck).
 49008 | Vaults:1 | 49008 ||| Stepping randomly (stuck).
 49010 | Vaults:1 | 49010 ||| Stepping randomly (stuck).
 49012 | Vaults:1 | 49012 ||| Stepping randomly (stuck).
 49014 | Vaults:1 | 49014 ||| Stepping randomly (stuck).
 49016 | Vaults:1 | 49016 ||| Stepping randomly (stuck).
 49018 | Vaults:1 | 49018 ||| Stepping randomly (stuck).
 49020 | Vaults:1 | 49020 ||| Stepping randomly (stuck).
 49022 | Vaults:1 | 49022 ||| Stepping randomly (stuck).
 49024 | Vaults:1 | 49024 ||| Stepping randomly (stuck).
 49026 | Vaults:1 | 49026 ||| Stepping randomly (stuck).
 49028 | Vaults:1 | 49028 ||| Stepping randomly (stuck).
 49030 | Vaults:1 | 49030 ||| Stepping randomly (stuck).
 49032 | Vaults:1 | 49032 ||| Stepping randomly (stuck).
 49034 | Vaults:1 | 49034 ||| Stepping randomly (stuck).
 49036 | Vaults:1 | 49036 ||| Stepping randomly (stuck).
 49038 | Vaults:1 | 49038 ||| Stepping randomly (stuck).
 49040 | Vaults:1 | 49040 ||| Stepping randomly (stuck).
 49042 | Vaults:1 | 49042 ||| Stepping randomly (stuck).
 49044 | Vaults:1 | 49044 ||| Stepping randomly (stuck).
 49046 | Vaults:1 | 49046 ||| Stepping randomly (stuck).
 49048 | Vaults:1 | 49048 ||| Stepping randomly (stuck).
 49050 | Vaults:1 | 49050 ||| Stepping randomly (stuck).
 49052 | Vaults:1 | 49052 ||| Stepping randomly (stuck).
 49054 | Vaults:1 | 49054 ||| Stepping randomly (stuck).
 49056 | Vaults:1 | 49056 ||| Stepping randomly (stuck).
 49058 | Vaults:1 | 49058 ||| Stepping randomly (stuck).
 49060 | Vaults:1 | 49060 ||| Stepping randomly (stuck).
 49062 | Vaults:1 | 49062 ||| Stepping randomly (stuck).
 49063 | Vaults:1 | Glimpsed the power of Zot.
 49064 | Vaults:1 | 49064 ||| Stepping randomly (stuck).
 49066 | Vaults:1 | 49066 ||| Stepping randomly (stuck).
 49068 | Vaults:1 | 49068 ||| Stepping randomly (stuck).
 49070 | Vaults:1 | 49070 ||| Stepping randomly (stuck).
 49072 | Vaults:1 | 49072 ||| Stepping randomly (stuck).
 49074 | Vaults:1 | 49074 ||| Stepping randomly (stuck).
 49076 | Vaults:1 | 49076 ||| Stepping randomly (stuck).
 49078 | Vaults:1 | 49078 ||| Stepping randomly (stuck).
 49080 | Vaults:1 | 49080 ||| Stepping randomly (stuck).
 49082 | Vaults:1 | 49082 ||| Stepping randomly (stuck).
 49084 | Vaults:1 | 49084 ||| Stepping randomly (stuck).
 49086 | Vaults:1 | 49086 ||| Stepping randomly (stuck).
 49088 | Vaults:1 | 49088 ||| Stepping randomly (stuck).
 49090 | Vaults:1 | 49090 ||| Stepping randomly (stuck).
 49092 | Vaults:1 | 49092 ||| Stepping randomly (stuck).
 49094 | Vaults:1 | 49094 ||| Stepping randomly (stuck).
 49096 | Vaults:1 | 49096 ||| Stepping randomly (stuck).
 49098 | Vaults:1 | 49098 ||| Stepping randomly (stuck).
 49100 | Vaults:1 | 49100 ||| Stepping randomly (stuck).
 49102 | Vaults:1 | 49102 ||| Stepping randomly (stuck).
 49104 | Vaults:1 | 49104 ||| Stepping randomly (stuck).
 49106 | Vaults:1 | 49106 ||| Stepping randomly (stuck).
 49108 | Vaults:1 | 49108 ||| Stepping randomly (stuck).
 49110 | Vaults:1 | 49110 ||| Stepping randomly (stuck).
 49112 | Vaults:1 | 49112 ||| Stepping randomly (stuck).
 49114 | Vaults:1 | 49114 ||| Stepping randomly (stuck).
 49116 | Vaults:1 | 49116 ||| Stepping randomly (stuck).
 49118 | Vaults:1 | 49118 ||| Stepping randomly (stuck).
 49120 | Vaults:1 | 49120 ||| Stepping randomly (stuck).
 49122 | Vaults:1 | 49122 ||| Stepping randomly (stuck).
 49124 | Vaults:1 | 49124 ||| Stepping randomly (stuck).
 49126 | Vaults:1 | 49126 ||| Stepping randomly (stuck).
 49128 | Vaults:1 | 49128 ||| Stepping randomly (stuck).
 49130 | Vaults:1 | 49130 ||| Stepping randomly (stuck).
 49132 | Vaults:1 | 49132 ||| Stepping randomly (stuck).
 49134 | Vaults:1 | 49134 ||| Stepping randomly (stuck).
 49136 | Vaults:1 | 49136 ||| Stepping randomly (stuck).
 49138 | Vaults:1 | 49138 ||| Stepping randomly (stuck).
 49140 | Vaults:1 | 49140 ||| Stepping randomly (stuck).
 49142 | Vaults:1 | 49142 ||| Stepping randomly (stuck).
 49144 | Vaults:1 | 49144 ||| Stepping randomly (stuck).
 49146 | Vaults:1 | 49146 ||| Stepping randomly (stuck).
 49148 | Vaults:1 | 49148 ||| Stepping randomly (stuck).
 49150 | Vaults:1 | 49150 ||| Stepping randomly (stuck).
 49152 | Vaults:1 | 49152 ||| Stepping randomly (stuck).
 49154 | Vaults:1 | 49154 ||| Stepping randomly (stuck).
 49156 | Vaults:1 | 49156 ||| Stepping randomly (stuck).
 49158 | Vaults:1 | 49158 ||| Stepping randomly (stuck).
 49160 | Vaults:1 | 49160 ||| Stepping randomly (stuck).
 49162 | Vaults:1 | 49162 ||| Stepping randomly (stuck).
 49164 | Vaults:1 | 49164 ||| Stepping randomly (stuck).
 49166 | Vaults:1 | 49166 ||| Stepping randomly (stuck).
 49168 | Vaults:1 | 49168 ||| Stepping randomly (stuck).
 49170 | Vaults:1 | 49170 ||| Stepping randomly (stuck).
 49172 | Vaults:1 | 49172 ||| Stepping randomly (stuck).
 49174 | Vaults:1 | 49174 ||| Stepping randomly (stuck).
 49176 | Vaults:1 | 49176 ||| Stepping randomly (stuck).
 49178 | Vaults:1 | 49178 ||| Stepping randomly (stuck).
 49180 | Vaults:1 | 49180 ||| Stepping randomly (stuck).
 49182 | Vaults:1 | 49182 ||| Stepping randomly (stuck).
 49184 | Vaults:1 | 49184 ||| Stepping randomly (stuck).
 49186 | Vaults:1 | 49186 ||| Stepping randomly (stuck).
 49188 | Vaults:1 | 49188 ||| Stepping randomly (stuck).
 49190 | Vaults:1 | 49190 ||| Stepping randomly (stuck).
 49192 | Vaults:1 | 49192 ||| Stepping randomly (stuck).
 49194 | Vaults:1 | 49194 ||| Stepping randomly (stuck).
 49196 | Vaults:1 | 49196 ||| Stepping randomly (stuck).
 49198 | Vaults:1 | 49198 ||| Stepping randomly (stuck).
 49200 | Vaults:1 | 49200 ||| Stepping randomly (stuck).
 49202 | Vaults:1 | 49202 ||| Stepping randomly (stuck).
 49204 | Vaults:1 | 49204 ||| Stepping randomly (stuck).
 49206 | Vaults:1 | 49206 ||| Stepping randomly (stuck).
 49208 | Vaults:1 | 49208 ||| Stepping randomly (stuck).
 49210 | Vaults:1 | 49210 ||| Stepping randomly (stuck).
 49212 | Vaults:1 | 49212 ||| Stepping randomly (stuck).
 49214 | Vaults:1 | 49214 ||| Stepping randomly (stuck).
 49216 | Vaults:1 | 49216 ||| Stepping randomly (stuck).
 49218 | Vaults:1 | 49218 ||| Stepping randomly (stuck).
 49220 | Vaults:1 | 49220 ||| Stepping randomly (stuck).
 49222 | Vaults:1 | 49222 ||| Stepping randomly (stuck).
 49224 | Vaults:1 | 49224 ||| Stepping randomly (stuck).
 49226 | Vaults:1 | 49226 ||| Stepping randomly (stuck).
 49228 | Vaults:1 | 49228 ||| Stepping randomly (stuck).
 49230 | Vaults:1 | 49230 ||| Stepping randomly (stuck).
 49232 | Vaults:1 | 49232 ||| Stepping randomly (stuck).
 49234 | Vaults:1 | 49234 ||| Stepping randomly (stuck).
 49236 | Vaults:1 | 49236 ||| Stepping randomly (stuck).
 49238 | Vaults:1 | 49238 ||| Stepping randomly (stuck).
 49240 | Vaults:1 | 49240 ||| Stepping randomly (stuck).
 49242 | Vaults:1 | 49242 ||| Stepping randomly (stuck).
 49244 | Vaults:1 | 49244 ||| Stepping randomly (stuck).
 49246 | Vaults:1 | 49246 ||| Stepping randomly (stuck).
 49248 | Vaults:1 | 49248 ||| Stepping randomly (stuck).
 49250 | Vaults:1 | 49250 ||| Stepping randomly (stuck).
 49252 | Vaults:1 | 49252 ||| Stepping randomly (stuck).
 49254 | Vaults:1 | 49254 ||| Stepping randomly (stuck).
 49256 | Vaults:1 | 49256 ||| Stepping randomly (stuck).
 49258 | Vaults:1 | 49258 ||| Stepping randomly (stuck).
 49260 | Vaults:1 | 49260 ||| Stepping randomly (stuck).
 49262 | Vaults:1 | 49262 ||| Stepping randomly (stuck).
 49264 | Vaults:1 | 49264 ||| Stepping randomly (stuck).
 49266 | Vaults:1 | 49266 ||| Stepping randomly (stuck).
 49268 | Vaults:1 | 49268 ||| Stepping randomly (stuck).
 49270 | Vaults:1 | 49270 ||| Stepping randomly (stuck).
 49272 | Vaults:1 | 49272 ||| Stepping randomly (stuck).
 49274 | Vaults:1 | 49274 ||| Stepping randomly (stuck).
 49276 | Vaults:1 | 49276 ||| Stepping randomly (stuck).
 49278 | Vaults:1 | 49278 ||| Stepping randomly (stuck).
 49280 | Vaults:1 | 49280 ||| Stepping randomly (stuck).
 49282 | Vaults:1 | 49282 ||| Stepping randomly (stuck).
 49284 | Vaults:1 | 49284 ||| Stepping randomly (stuck).
 49286 | Vaults:1 | 49286 ||| Stepping randomly (stuck).
 49288 | Vaults:1 | 49288 ||| Stepping randomly (stuck).
 49290 | Vaults:1 | 49290 ||| Stepping randomly (stuck).
 49292 | Vaults:1 | 49292 ||| Stepping randomly (stuck).
 49294 | Vaults:1 | 49294 ||| Stepping randomly (stuck).
 49296 | Vaults:1 | 49296 ||| Stepping randomly (stuck).
 49298 | Vaults:1 | 49298 ||| Stepping randomly (stuck).
 49300 | Vaults:1 | 49300 ||| Stepping randomly (stuck).
 49302 | Vaults:1 | 49302 ||| Stepping randomly (stuck).
 49304 | Vaults:1 | 49304 ||| Stepping randomly (stuck).
 49306 | Vaults:1 | 49306 ||| Stepping randomly (stuck).
 49308 | Vaults:1 | 49308 ||| Stepping randomly (stuck).
 49310 | Vaults:1 | 49310 ||| Stepping randomly (stuck).
 49312 | Vaults:1 | 49312 ||| Stepping randomly (stuck).
 49314 | Vaults:1 | 49314 ||| Stepping randomly (stuck).
 49316 | Vaults:1 | 49316 ||| Stepping randomly (stuck).
 49318 | Vaults:1 | 49318 ||| Stepping randomly (stuck).
 49320 | Vaults:1 | 49320 ||| Stepping randomly (stuck).
 49322 | Vaults:1 | 49322 ||| Stepping randomly (stuck).
 49324 | Vaults:1 | 49324 ||| Stepping randomly (stuck).
 49326 | Vaults:1 | 49326 ||| Stepping randomly (stuck).
 49328 | Vaults:1 | 49328 ||| Stepping randomly (stuck).
 49330 | Vaults:1 | 49330 ||| Stepping randomly (stuck).
 49332 | Vaults:1 | 49332 ||| Stepping randomly (stuck).
 49334 | Vaults:1 | 49334 ||| Stepping randomly (stuck).
 49336 | Vaults:1 | 49336 ||| Stepping randomly (stuck).
 49338 | Vaults:1 | 49338 ||| Stepping randomly (stuck).
 49340 | Vaults:1 | 49340 ||| Stepping randomly (stuck).
 49342 | Vaults:1 | 49342 ||| Stepping randomly (stuck).
 49344 | Vaults:1 | 49344 ||| Stepping randomly (stuck).
 49346 | Vaults:1 | 49346 ||| Stepping randomly (stuck).
 49348 | Vaults:1 | 49348 ||| Stepping randomly (stuck).
 49350 | Vaults:1 | 49350 ||| Stepping randomly (stuck).
 49352 | Vaults:1 | 49352 ||| Stepping randomly (stuck).
 49354 | Vaults:1 | 49354 ||| Stepping randomly (stuck).
 49356 | Vaults:1 | 49356 ||| Stepping randomly (stuck).
 49358 | Vaults:1 | 49358 ||| Stepping randomly (stuck).
 49360 | Vaults:1 | 49360 ||| Stepping randomly (stuck).
 49362 | Vaults:1 | 49362 ||| Stepping randomly (stuck).
 49364 | Vaults:1 | 49364 ||| Stepping randomly (stuck).
 49366 | Vaults:1 | 49366 ||| Stepping randomly (stuck).
 49368 | Vaults:1 | 49368 ||| Stepping randomly (stuck).
 49370 | Vaults:1 | 49370 ||| Stepping randomly (stuck).
 49372 | Vaults:1 | 49372 ||| Stepping randomly (stuck).
 49374 | Vaults:1 | 49374 ||| Stepping randomly (stuck).
 49376 | Vaults:1 | 49376 ||| Stepping randomly (stuck).
 49378 | Vaults:1 | 49378 ||| Stepping randomly (stuck).
 49380 | Vaults:1 | 49380 ||| Stepping randomly (stuck).
 49382 | Vaults:1 | 49382 ||| Stepping randomly (stuck).
 49384 | Vaults:1 | 49384 ||| Stepping randomly (stuck).
 49386 | Vaults:1 | 49386 ||| Stepping randomly (stuck).
 49388 | Vaults:1 | 49388 ||| Stepping randomly (stuck).
 49390 | Vaults:1 | 49390 ||| Stepping randomly (stuck).
 49392 | Vaults:1 | 49392 ||| Stepping randomly (stuck).
 49394 | Vaults:1 | 49394 ||| Stepping randomly (stuck).
 49396 | Vaults:1 | 49396 ||| Stepping randomly (stuck).
 49398 | Vaults:1 | 49398 ||| Stepping randomly (stuck).
 49400 | Vaults:1 | 49400 ||| Stepping randomly (stuck).
 49402 | Vaults:1 | 49402 ||| Stepping randomly (stuck).
 49404 | Vaults:1 | 49404 ||| Stepping randomly (stuck).
 49406 | Vaults:1 | 49406 ||| Stepping randomly (stuck).
 49408 | Vaults:1 | 49408 ||| Stepping randomly (stuck).
 49410 | Vaults:1 | 49410 ||| Stepping randomly (stuck).
 49412 | Vaults:1 | 49412 ||| Stepping randomly (stuck).
 49414 | Vaults:1 | 49414 ||| Stepping randomly (stuck).
 49416 | Vaults:1 | 49416 ||| Stepping randomly (stuck).
 49418 | Vaults:1 | 49418 ||| Stepping randomly (stuck).
 49420 | Vaults:1 | 49420 ||| Stepping randomly (stuck).
 49422 | Vaults:1 | 49422 ||| Stepping randomly (stuck).
 49424 | Vaults:1 | 49424 ||| Stepping randomly (stuck).
 49426 | Vaults:1 | 49426 ||| Stepping randomly (stuck).
 49428 | Vaults:1 | 49428 ||| Stepping randomly (stuck).
 49430 | Vaults:1 | 49430 ||| Stepping randomly (stuck).
 49432 | Vaults:1 | 49432 ||| Stepping randomly (stuck).
 49434 | Vaults:1 | 49434 ||| Stepping randomly (stuck).
 49436 | Vaults:1 | 49436 ||| Stepping randomly (stuck).
 49438 | Vaults:1 | 49438 ||| Stepping randomly (stuck).
 49440 | Vaults:1 | 49440 ||| Stepping randomly (stuck).
 49442 | Vaults:1 | 49442 ||| Stepping randomly (stuck).
 49444 | Vaults:1 | 49444 ||| Stepping randomly (stuck).
 49446 | Vaults:1 | 49446 ||| Stepping randomly (stuck).
 49448 | Vaults:1 | 49448 ||| Stepping randomly (stuck).
 49450 | Vaults:1 | 49450 ||| Stepping randomly (stuck).
 49452 | Vaults:1 | 49452 ||| Stepping randomly (stuck).
 49454 | Vaults:1 | 49454 ||| Stepping randomly (stuck).
 49456 | Vaults:1 | 49456 ||| Stepping randomly (stuck).
 49458 | Vaults:1 | 49458 ||| Stepping randomly (stuck).
 49460 | Vaults:1 | 49460 ||| Stepping randomly (stuck).
 49462 | Vaults:1 | 49462 ||| Stepping randomly (stuck).
 49463 | Vaults:1 | Glimpsed the power of Zot.
 49464 | Vaults:1 | 49464 ||| Stepping randomly (stuck).
 49466 | Vaults:1 | 49466 ||| Stepping randomly (stuck).
 49468 | Vaults:1 | 49468 ||| Stepping randomly (stuck).
 49470 | Vaults:1 | 49470 ||| Stepping randomly (stuck).
 49472 | Vaults:1 | 49472 ||| Stepping randomly (stuck).
 49474 | Vaults:1 | 49474 ||| Stepping randomly (stuck).
 49476 | Vaults:1 | 49476 ||| Stepping randomly (stuck).
 49478 | Vaults:1 | 49478 ||| Stepping randomly (stuck).
 49480 | Vaults:1 | 49480 ||| Stepping randomly (stuck).
 49482 | Vaults:1 | 49482 ||| Stepping randomly (stuck).
 49484 | Vaults:1 | 49484 ||| Stepping randomly (stuck).
 49486 | Vaults:1 | 49486 ||| Stepping randomly (stuck).
 49488 | Vaults:1 | 49488 ||| Stepping randomly (stuck).
 49490 | Vaults:1 | 49490 ||| Stepping randomly (stuck).
 49492 | Vaults:1 | 49492 ||| Stepping randomly (stuck).
 49494 | Vaults:1 | 49494 ||| Stepping randomly (stuck).
 49496 | Vaults:1 | 49496 ||| Stepping randomly (stuck).
 49498 | Vaults:1 | 49498 ||| Stepping randomly (stuck).
 49500 | Vaults:1 | 49500 ||| Stepping randomly (stuck).
 49502 | Vaults:1 | 49502 ||| Stepping randomly (stuck).
 49504 | Vaults:1 | 49504 ||| Stepping randomly (stuck).
 49506 | Vaults:1 | 49506 ||| Stepping randomly (stuck).
 49508 | Vaults:1 | 49508 ||| Stepping randomly (stuck).
 49510 | Vaults:1 | 49510 ||| Stepping randomly (stuck).
 49512 | Vaults:1 | 49512 ||| Stepping randomly (stuck).
 49514 | Vaults:1 | 49514 ||| Stepping randomly (stuck).
 49516 | Vaults:1 | 49516 ||| Stepping randomly (stuck).
 49518 | Vaults:1 | 49518 ||| Stepping randomly (stuck).
 49520 | Vaults:1 | 49520 ||| Stepping randomly (stuck).
 49522 | Vaults:1 | 49522 ||| Stepping randomly (stuck).
 49524 | Vaults:1 | 49524 ||| Stepping randomly (stuck).
 49526 | Vaults:1 | 49526 ||| Stepping randomly (stuck).
 49528 | Vaults:1 | 49528 ||| Stepping randomly (stuck).
 49530 | Vaults:1 | 49530 ||| Stepping randomly (stuck).
 49532 | Vaults:1 | 49532 ||| Stepping randomly (stuck).
 49534 | Vaults:1 | 49534 ||| Stepping randomly (stuck).
 49536 | Vaults:1 | 49536 ||| Stepping randomly (stuck).
 49538 | Vaults:1 | 49538 ||| Stepping randomly (stuck).
 49540 | Vaults:1 | 49540 ||| Stepping randomly (stuck).
 49542 | Vaults:1 | 49542 ||| Stepping randomly (stuck).
 49544 | Vaults:1 | 49544 ||| Stepping randomly (stuck).
 49546 | Vaults:1 | 49546 ||| Stepping randomly (stuck).
 49548 | Vaults:1 | 49548 ||| Stepping randomly (stuck).
 49550 | Vaults:1 | 49550 ||| Stepping randomly (stuck).
 49552 | Vaults:1 | 49552 ||| Stepping randomly (stuck).
 49554 | Vaults:1 | 49554 ||| Stepping randomly (stuck).
 49556 | Vaults:1 | 49556 ||| Stepping randomly (stuck).
 49558 | Vaults:1 | 49558 ||| Stepping randomly (stuck).
 49560 | Vaults:1 | 49560 ||| Stepping randomly (stuck).
 49562 | Vaults:1 | 49562 ||| Stepping randomly (stuck).
 49562 | Vaults:1 | Touched by the power of Zot (MHP 18 -> 12)
 49563 | Vaults:1 | Glimpsed the power of Zot.
 49564 | Vaults:1 | 49564 ||| Stepping randomly (stuck).
 49566 | Vaults:1 | 49566 ||| Stepping randomly (stuck).
 49568 | Vaults:1 | 49568 ||| Stepping randomly (stuck).
 49570 | Vaults:1 | 49570 ||| Stepping randomly (stuck).
 49572 | Vaults:1 | 49572 ||| Stepping randomly (stuck).
 49574 | Vaults:1 | 49574 ||| Stepping randomly (stuck).
 49576 | Vaults:1 | 49576 ||| Stepping randomly (stuck).
 49578 | Vaults:1 | 49578 ||| Stepping randomly (stuck).
 49580 | Vaults:1 | 49580 ||| Stepping randomly (stuck).
 49582 | Vaults:1 | 49582 ||| Stepping randomly (stuck).
 49584 | Vaults:1 | 49584 ||| Stepping randomly (stuck).
 49586 | Vaults:1 | 49586 ||| Stepping randomly (stuck).
 49588 | Vaults:1 | 49588 ||| Stepping randomly (stuck).
 49590 | Vaults:1 | 49590 ||| Stepping randomly (stuck).
 49592 | Vaults:1 | 49592 ||| Stepping randomly (stuck).
 49594 | Vaults:1 | 49594 ||| Stepping randomly (stuck).
 49596 | Vaults:1 | 49596 ||| Stepping randomly (stuck).
 49598 | Vaults:1 | 49598 ||| Stepping randomly (stuck).
 49600 | Vaults:1 | 49600 ||| Stepping randomly (stuck).
 49602 | Vaults:1 | 49602 ||| Stepping randomly (stuck).
 49604 | Vaults:1 | 49604 ||| Stepping randomly (stuck).
 49606 | Vaults:1 | 49606 ||| Stepping randomly (stuck).
 49608 | Vaults:1 | 49608 ||| Stepping randomly (stuck).
 49610 | Vaults:1 | 49610 ||| Stepping randomly (stuck).
 49612 | Vaults:1 | 49612 ||| Stepping randomly (stuck).
 49614 | Vaults:1 | 49614 ||| Stepping randomly (stuck).
 49616 | Vaults:1 | 49616 ||| Stepping randomly (stuck).
 49618 | Vaults:1 | 49618 ||| Stepping randomly (stuck).
 49620 | Vaults:1 | 49620 ||| Stepping randomly (stuck).
 49622 | Vaults:1 | 49622 ||| Stepping randomly (stuck).
 49624 | Vaults:1 | 49624 ||| Stepping randomly (stuck).
 49626 | Vaults:1 | 49626 ||| Stepping randomly (stuck).
 49628 | Vaults:1 | 49628 ||| Stepping randomly (stuck).
 49630 | Vaults:1 | 49630 ||| Stepping randomly (stuck).
 49632 | Vaults:1 | 49632 ||| Stepping randomly (stuck).
 49634 | Vaults:1 | 49634 ||| Stepping randomly (stuck).
 49636 | Vaults:1 | 49636 ||| Stepping randomly (stuck).
 49638 | Vaults:1 | 49638 ||| Stepping randomly (stuck).
 49640 | Vaults:1 | 49640 ||| Stepping randomly (stuck).
 49642 | Vaults:1 | 49642 ||| Stepping randomly (stuck).
 49644 | Vaults:1 | 49644 ||| Stepping randomly (stuck).
 49646 | Vaults:1 | 49646 ||| Stepping randomly (stuck).
 49648 | Vaults:1 | 49648 ||| Stepping randomly (stuck).
 49650 | Vaults:1 | 49650 ||| Stepping randomly (stuck).
 49652 | Vaults:1 | 49652 ||| Stepping randomly (stuck).
 49654 | Vaults:1 | 49654 ||| Stepping randomly (stuck).
 49656 | Vaults:1 | 49656 ||| Stepping randomly (stuck).
 49658 | Vaults:1 | 49658 ||| Stepping randomly (stuck).
 49660 | Vaults:1 | 49660 ||| Stepping randomly (stuck).
 49662 | Vaults:1 | 49662 ||| Stepping randomly (stuck).
 49664 | Vaults:1 | 49664 ||| Stepping randomly (stuck).
 49666 | Vaults:1 | 49666 ||| Stepping randomly (stuck).
 49668 | Vaults:1 | 49668 ||| Stepping randomly (stuck).
 49670 | Vaults:1 | 49670 ||| Stepping randomly (stuck).
 49672 | Vaults:1 | 49672 ||| Stepping randomly (stuck).
 49674 | Vaults:1 | 49674 ||| Stepping randomly (stuck).
 49676 | Vaults:1 | 49676 ||| Stepping randomly (stuck).
 49678 | Vaults:1 | 49678 ||| Stepping randomly (stuck).
 49680 | Vaults:1 | 49680 ||| Stepping randomly (stuck).
 49682 | Vaults:1 | 49682 ||| Stepping randomly (stuck).
 49684 | Vaults:1 | 49684 ||| Stepping randomly (stuck).
 49686 | Vaults:1 | 49686 ||| Stepping randomly (stuck).
 49688 | Vaults:1 | 49688 ||| Stepping randomly (stuck).
 49690 | Vaults:1 | 49690 ||| Stepping randomly (stuck).
 49692 | Vaults:1 | 49692 ||| Stepping randomly (stuck).
 49694 | Vaults:1 | 49694 ||| Stepping randomly (stuck).
 49696 | Vaults:1 | 49696 ||| Stepping randomly (stuck).
 49698 | Vaults:1 | 49698 ||| Stepping randomly (stuck).
 49700 | Vaults:1 | 49700 ||| Stepping randomly (stuck).
 49702 | Vaults:1 | 49702 ||| Stepping randomly (stuck).
 49704 | Vaults:1 | 49704 ||| Stepping randomly (stuck).
 49706 | Vaults:1 | 49706 ||| Stepping randomly (stuck).
 49708 | Vaults:1 | 49708 ||| Stepping randomly (stuck).
 49710 | Vaults:1 | 49710 ||| Stepping randomly (stuck).
 49712 | Vaults:1 | 49712 ||| Stepping randomly (stuck).
 49714 | Vaults:1 | 49714 ||| Stepping randomly (stuck).
 49716 | Vaults:1 | 49716 ||| Stepping randomly (stuck).
 49718 | Vaults:1 | 49718 ||| Stepping randomly (stuck).
 49720 | Vaults:1 | 49720 ||| Stepping randomly (stuck).
 49722 | Vaults:1 | 49722 ||| Stepping randomly (stuck).
 49724 | Vaults:1 | 49724 ||| Stepping randomly (stuck).
 49726 | Vaults:1 | 49726 ||| Stepping randomly (stuck).
 49728 | Vaults:1 | 49728 ||| Stepping randomly (stuck).
 49730 | Vaults:1 | 49730 ||| Stepping randomly (stuck).
 49732 | Vaults:1 | 49732 ||| Stepping randomly (stuck).
 49734 | Vaults:1 | 49734 ||| Stepping randomly (stuck).
 49736 | Vaults:1 | 49736 ||| Stepping randomly (stuck).
 49738 | Vaults:1 | 49738 ||| Stepping randomly (stuck).
 49740 | Vaults:1 | 49740 ||| Stepping randomly (stuck).
 49742 | Vaults:1 | 49742 ||| Stepping randomly (stuck).
 49744 | Vaults:1 | 49744 ||| Stepping randomly (stuck).
 49746 | Vaults:1 | 49746 ||| Stepping randomly (stuck).
 49748 | Vaults:1 | 49748 ||| Stepping randomly (stuck).
 49750 | Vaults:1 | 49750 ||| Stepping randomly (stuck).
 49752 | Vaults:1 | 49752 ||| Stepping randomly (stuck).
 49754 | Vaults:1 | 49754 ||| Stepping randomly (stuck).
 49756 | Vaults:1 | 49756 ||| Stepping randomly (stuck).
 49758 | Vaults:1 | 49758 ||| Stepping randomly (stuck).
 49760 | Vaults:1 | 49760 ||| Stepping randomly (stuck).
 49762 | Vaults:1 | 49762 ||| Stepping randomly (stuck).
 49764 | Vaults:1 | 49764 ||| Stepping randomly (stuck).
 49766 | Vaults:1 | 49766 ||| Stepping randomly (stuck).
 49768 | Vaults:1 | 49768 ||| Stepping randomly (stuck).
 49770 | Vaults:1 | 49770 ||| Stepping randomly (stuck).
 49772 | Vaults:1 | 49772 ||| Stepping randomly (stuck).
 49774 | Vaults:1 | 49774 ||| Stepping randomly (stuck).
 49776 | Vaults:1 | 49776 ||| Stepping randomly (stuck).
 49778 | Vaults:1 | 49778 ||| Stepping randomly (stuck).
 49780 | Vaults:1 | 49780 ||| Stepping randomly (stuck).
 49782 | Vaults:1 | 49782 ||| Stepping randomly (stuck).
 49784 | Vaults:1 | 49784 ||| Stepping randomly (stuck).
 49786 | Vaults:1 | 49786 ||| Stepping randomly (stuck).
 49788 | Vaults:1 | 49788 ||| Stepping randomly (stuck).
 49790 | Vaults:1 | 49790 ||| Stepping randomly (stuck).
 49792 | Vaults:1 | 49792 ||| Stepping randomly (stuck).
 49794 | Vaults:1 | 49794 ||| Stepping randomly (stuck).
 49796 | Vaults:1 | 49796 ||| Stepping randomly (stuck).
 49798 | Vaults:1 | 49798 ||| Stepping randomly (stuck).
 49800 | Vaults:1 | 49800 ||| Stepping randomly (stuck).
 49802 | Vaults:1 | 49802 ||| Stepping randomly (stuck).
 49804 | Vaults:1 | 49804 ||| Stepping randomly (stuck).
 49806 | Vaults:1 | 49806 ||| Stepping randomly (stuck).
 49808 | Vaults:1 | 49808 ||| Stepping randomly (stuck).
 49810 | Vaults:1 | 49810 ||| Stepping randomly (stuck).
 49812 | Vaults:1 | 49812 ||| Stepping randomly (stuck).
 49814 | Vaults:1 | 49814 ||| Stepping randomly (stuck).
 49816 | Vaults:1 | 49816 ||| Stepping randomly (stuck).
 49818 | Vaults:1 | 49818 ||| Stepping randomly (stuck).
 49820 | Vaults:1 | 49820 ||| Stepping randomly (stuck).
 49822 | Vaults:1 | 49822 ||| Stepping randomly (stuck).
 49824 | Vaults:1 | 49824 ||| Stepping randomly (stuck).
 49826 | Vaults:1 | 49826 ||| Stepping randomly (stuck).
 49828 | Vaults:1 | 49828 ||| Stepping randomly (stuck).
 49830 | Vaults:1 | 49830 ||| Stepping randomly (stuck).
 49832 | Vaults:1 | 49832 ||| Stepping randomly (stuck).
 49834 | Vaults:1 | 49834 ||| Stepping randomly (stuck).
 49836 | Vaults:1 | 49836 ||| Stepping randomly (stuck).
 49838 | Vaults:1 | 49838 ||| Stepping randomly (stuck).
 49840 | Vaults:1 | 49840 ||| Stepping randomly (stuck).
 49842 | Vaults:1 | 49842 ||| Stepping randomly (stuck).
 49844 | Vaults:1 | 49844 ||| Stepping randomly (stuck).
 49846 | Vaults:1 | 49846 ||| Stepping randomly (stuck).
 49848 | Vaults:1 | 49848 ||| Stepping randomly (stuck).
 49850 | Vaults:1 | 49850 ||| Stepping randomly (stuck).
 49852 | Vaults:1 | 49852 ||| Stepping randomly (stuck).
 49854 | Vaults:1 | 49854 ||| Stepping randomly (stuck).
 49856 | Vaults:1 | 49856 ||| Stepping randomly (stuck).
 49858 | Vaults:1 | 49858 ||| Stepping randomly (stuck).
 49860 | Vaults:1 | 49860 ||| Stepping randomly (stuck).
 49862 | Vaults:1 | 49862 ||| Stepping randomly (stuck).
 49864 | Vaults:1 | 49864 ||| Stepping randomly (stuck).
 49866 | Vaults:1 | 49866 ||| Stepping randomly (stuck).
 49868 | Vaults:1 | 49868 ||| Stepping randomly (stuck).
 49870 | Vaults:1 | 49870 ||| Stepping randomly (stuck).
 49872 | Vaults:1 | 49872 ||| Stepping randomly (stuck).
 49874 | Vaults:1 | 49874 ||| Stepping randomly (stuck).
 49876 | Vaults:1 | 49876 ||| Stepping randomly (stuck).
 49878 | Vaults:1 | 49878 ||| Stepping randomly (stuck).
 49880 | Vaults:1 | 49880 ||| Stepping randomly (stuck).
 49882 | Vaults:1 | 49882 ||| Stepping randomly (stuck).
 49884 | Vaults:1 | 49884 ||| Stepping randomly (stuck).
 49886 | Vaults:1 | 49886 ||| Stepping randomly (stuck).
 49888 | Vaults:1 | 49888 ||| Stepping randomly (stuck).
 49890 | Vaults:1 | 49890 ||| Stepping randomly (stuck).
 49892 | Vaults:1 | 49892 ||| Stepping randomly (stuck).
 49894 | Vaults:1 | 49894 ||| Stepping randomly (stuck).
 49896 | Vaults:1 | 49896 ||| Stepping randomly (stuck).
 49898 | Vaults:1 | 49898 ||| Stepping randomly (stuck).
 49900 | Vaults:1 | 49900 ||| Stepping randomly (stuck).
 49902 | Vaults:1 | 49902 ||| Stepping randomly (stuck).
 49904 | Vaults:1 | 49904 ||| Stepping randomly (stuck).
 49906 | Vaults:1 | 49906 ||| Stepping randomly (stuck).
 49908 | Vaults:1 | 49908 ||| Stepping randomly (stuck).
 49910 | Vaults:1 | 49910 ||| Stepping randomly (stuck).
 49912 | Vaults:1 | 49912 ||| Stepping randomly (stuck).
 49914 | Vaults:1 | 49914 ||| Stepping randomly (stuck).
 49916 | Vaults:1 | 49916 ||| Stepping randomly (stuck).
 49918 | Vaults:1 | 49918 ||| Stepping randomly (stuck).
 49920 | Vaults:1 | 49920 ||| Stepping randomly (stuck).
 49922 | Vaults:1 | 49922 ||| Stepping randomly (stuck).
 49924 | Vaults:1 | 49924 ||| Stepping randomly (stuck).
 49926 | Vaults:1 | 49926 ||| Stepping randomly (stuck).
 49928 | Vaults:1 | 49928 ||| Stepping randomly (stuck).
 49930 | Vaults:1 | 49930 ||| Stepping randomly (stuck).
 49932 | Vaults:1 | 49932 ||| Stepping randomly (stuck).
 49934 | Vaults:1 | 49934 ||| Stepping randomly (stuck).
 49936 | Vaults:1 | 49936 ||| Stepping randomly (stuck).
 49938 | Vaults:1 | 49938 ||| Stepping randomly (stuck).
 49940 | Vaults:1 | 49940 ||| Stepping randomly (stuck).
 49942 | Vaults:1 | 49942 ||| Stepping randomly (stuck).
 49944 | Vaults:1 | 49944 ||| Stepping randomly (stuck).
 49946 | Vaults:1 | 49946 ||| Stepping randomly (stuck).
 49948 | Vaults:1 | 49948 ||| Stepping randomly (stuck).
 49950 | Vaults:1 | 49950 ||| Stepping randomly (stuck).
 49952 | Vaults:1 | 49952 ||| Stepping randomly (stuck).
 49954 | Vaults:1 | 49954 ||| Stepping randomly (stuck).
 49956 | Vaults:1 | 49956 ||| Stepping randomly (stuck).
 49958 | Vaults:1 | 49958 ||| Stepping randomly (stuck).
 49960 | Vaults:1 | 49960 ||| Stepping randomly (stuck).
 49962 | Vaults:1 | 49962 ||| Stepping randomly (stuck).
 49964 | Vaults:1 | 49964 ||| Stepping randomly (stuck).
 49966 | Vaults:1 | 49966 ||| Stepping randomly (stuck).
 49968 | Vaults:1 | 49968 ||| Stepping randomly (stuck).
 49970 | Vaults:1 | 49970 ||| Stepping randomly (stuck).
 49972 | Vaults:1 | 49972 ||| Stepping randomly (stuck).
 49974 | Vaults:1 | 49974 ||| Stepping randomly (stuck).
 49976 | Vaults:1 | 49976 ||| Stepping randomly (stuck).
 49978 | Vaults:1 | 49978 ||| Stepping randomly (stuck).
 49980 | Vaults:1 | 49980 ||| Stepping randomly (stuck).
 49982 | Vaults:1 | 49982 ||| Stepping randomly (stuck).
 49984 | Vaults:1 | 49984 ||| Stepping randomly (stuck).
 49986 | Vaults:1 | 49986 ||| Stepping randomly (stuck).
 49988 | Vaults:1 | 49988 ||| Stepping randomly (stuck).
 49990 | Vaults:1 | 49990 ||| Stepping randomly (stuck).
 49992 | Vaults:1 | 49992 ||| Stepping randomly (stuck).
 49994 | Vaults:1 | 49994 ||| Stepping randomly (stuck).
 49996 | Vaults:1 | 49996 ||| Stepping randomly (stuck).
 49998 | Vaults:1 | 49998 ||| Stepping randomly (stuck).
 50000 | Vaults:1 | 50000 ||| Stepping randomly (stuck).
 50002 | Vaults:1 | 50002 ||| Stepping randomly (stuck).
 50004 | Vaults:1 | 50004 ||| Stepping randomly (stuck).
 50006 | Vaults:1 | 50006 ||| Stepping randomly (stuck).
 50008 | Vaults:1 | 50008 ||| Stepping randomly (stuck).
 50010 | Vaults:1 | 50010 ||| Stepping randomly (stuck).
 50012 | Vaults:1 | 50012 ||| Stepping randomly (stuck).
 50014 | Vaults:1 | 50014 ||| Stepping randomly (stuck).
 50016 | Vaults:1 | 50016 ||| Stepping randomly (stuck).
 50018 | Vaults:1 | 50018 ||| Stepping randomly (stuck).
 50020 | Vaults:1 | 50020 ||| Stepping randomly (stuck).
 50022 | Vaults:1 | 50022 ||| Stepping randomly (stuck).
 50024 | Vaults:1 | 50024 ||| Stepping randomly (stuck).
 50026 | Vaults:1 | 50026 ||| Stepping randomly (stuck).
 50028 | Vaults:1 | 50028 ||| Stepping randomly (stuck).
 50030 | Vaults:1 | 50030 ||| Stepping randomly (stuck).
 50032 | Vaults:1 | 50032 ||| Stepping randomly (stuck).
 50034 | Vaults:1 | 50034 ||| Stepping randomly (stuck).
 50036 | Vaults:1 | 50036 ||| Stepping randomly (stuck).
 50038 | Vaults:1 | 50038 ||| Stepping randomly (stuck).
 50040 | Vaults:1 | 50040 ||| Stepping randomly (stuck).
 50042 | Vaults:1 | 50042 ||| Stepping randomly (stuck).
 50044 | Vaults:1 | 50044 ||| Stepping randomly (stuck).
 50046 | Vaults:1 | 50046 ||| Stepping randomly (stuck).
 50048 | Vaults:1 | 50048 ||| Stepping randomly (stuck).
 50050 | Vaults:1 | 50050 ||| Stepping randomly (stuck).
 50052 | Vaults:1 | 50052 ||| Stepping randomly (stuck).
 50054 | Vaults:1 | 50054 ||| Stepping randomly (stuck).
 50056 | Vaults:1 | 50056 ||| Stepping randomly (stuck).
 50058 | Vaults:1 | 50058 ||| Stepping randomly (stuck).
 50060 | Vaults:1 | 50060 ||| Stepping randomly (stuck).
 50062 | Vaults:1 | 50062 ||| Stepping randomly (stuck).
 50063 | Vaults:1 | Glimpsed the power of Zot.
 50064 | Vaults:1 | 50064 ||| Stepping randomly (stuck).
 50066 | Vaults:1 | 50066 ||| Stepping randomly (stuck).
 50068 | Vaults:1 | 50068 ||| Stepping randomly (stuck).
 50070 | Vaults:1 | 50070 ||| Stepping randomly (stuck).
 50072 | Vaults:1 | 50072 ||| Stepping randomly (stuck).
 50074 | Vaults:1 | 50074 ||| Stepping randomly (stuck).
 50076 | Vaults:1 | 50076 ||| Stepping randomly (stuck).
 50078 | Vaults:1 | 50078 ||| Stepping randomly (stuck).
 50080 | Vaults:1 | 50080 ||| Stepping randomly (stuck).
 50082 | Vaults:1 | 50082 ||| Stepping randomly (stuck).
 50084 | Vaults:1 | 50084 ||| Stepping randomly (stuck).
 50086 | Vaults:1 | 50086 ||| Stepping randomly (stuck).
 50088 | Vaults:1 | 50088 ||| Stepping randomly (stuck).
 50090 | Vaults:1 | 50090 ||| Stepping randomly (stuck).
 50092 | Vaults:1 | 50092 ||| Stepping randomly (stuck).
 50094 | Vaults:1 | 50094 ||| Stepping randomly (stuck).
 50096 | Vaults:1 | 50096 ||| Stepping randomly (stuck).
 50098 | Vaults:1 | 50098 ||| Stepping randomly (stuck).
 50100 | Vaults:1 | 50100 ||| Stepping randomly (stuck).
 50102 | Vaults:1 | 50102 ||| Stepping randomly (stuck).
 50104 | Vaults:1 | 50104 ||| Stepping randomly (stuck).
 50106 | Vaults:1 | 50106 ||| Stepping randomly (stuck).
 50108 | Vaults:1 | 50108 ||| Stepping randomly (stuck).
 50110 | Vaults:1 | 50110 ||| Stepping randomly (stuck).
 50112 | Vaults:1 | 50112 ||| Stepping randomly (stuck).
 50114 | Vaults:1 | 50114 ||| Stepping randomly (stuck).
 50116 | Vaults:1 | 50116 ||| Stepping randomly (stuck).
 50118 | Vaults:1 | 50118 ||| Stepping randomly (stuck).
 50120 | Vaults:1 | 50120 ||| Stepping randomly (stuck).
 50122 | Vaults:1 | 50122 ||| Stepping randomly (stuck).
 50124 | Vaults:1 | 50124 ||| Stepping randomly (stuck).
 50126 | Vaults:1 | 50126 ||| Stepping randomly (stuck).
 50128 | Vaults:1 | 50128 ||| Stepping randomly (stuck).
 50130 | Vaults:1 | 50130 ||| Stepping randomly (stuck).
 50132 | Vaults:1 | 50132 ||| Stepping randomly (stuck).
 50134 | Vaults:1 | 50134 ||| Stepping randomly (stuck).
 50136 | Vaults:1 | 50136 ||| Stepping randomly (stuck).
 50138 | Vaults:1 | 50138 ||| Stepping randomly (stuck).
 50140 | Vaults:1 | 50140 ||| Stepping randomly (stuck).
 50142 | Vaults:1 | 50142 ||| Stepping randomly (stuck).
 50144 | Vaults:1 | 50144 ||| Stepping randomly (stuck).
 50146 | Vaults:1 | 50146 ||| Stepping randomly (stuck).
 50148 | Vaults:1 | 50148 ||| Stepping randomly (stuck).
 50150 | Vaults:1 | 50150 ||| Stepping randomly (stuck).
 50152 | Vaults:1 | 50152 ||| Stepping randomly (stuck).
 50154 | Vaults:1 | 50154 ||| Stepping randomly (stuck).
 50156 | Vaults:1 | 50156 ||| Stepping randomly (stuck).
 50158 | Vaults:1 | 50158 ||| Stepping randomly (stuck).
 50160 | Vaults:1 | 50160 ||| Stepping randomly (stuck).
 50162 | Vaults:1 | 50162 ||| Stepping randomly (stuck).
 50164 | Vaults:1 | 50164 ||| Stepping randomly (stuck).
 50166 | Vaults:1 | 50166 ||| Stepping randomly (stuck).
 50168 | Vaults:1 | 50168 ||| Stepping randomly (stuck).
 50170 | Vaults:1 | 50170 ||| Stepping randomly (stuck).
 50172 | Vaults:1 | 50172 ||| Stepping randomly (stuck).
 50174 | Vaults:1 | 50174 ||| Stepping randomly (stuck).
 50176 | Vaults:1 | 50176 ||| Stepping randomly (stuck).
 50178 | Vaults:1 | 50178 ||| Stepping randomly (stuck).
 50180 | Vaults:1 | 50180 ||| Stepping randomly (stuck).
 50182 | Vaults:1 | 50182 ||| Stepping randomly (stuck).
 50184 | Vaults:1 | 50184 ||| Stepping randomly (stuck).
 50186 | Vaults:1 | 50186 ||| Stepping randomly (stuck).
 50188 | Vaults:1 | 50188 ||| Stepping randomly (stuck).
 50190 | Vaults:1 | 50190 ||| Stepping randomly (stuck).
 50192 | Vaults:1 | 50192 ||| Stepping randomly (stuck).
 50194 | Vaults:1 | 50194 ||| Stepping randomly (stuck).
 50196 | Vaults:1 | 50196 ||| Stepping randomly (stuck).
 50198 | Vaults:1 | 50198 ||| Stepping randomly (stuck).
 50200 | Vaults:1 | 50200 ||| Stepping randomly (stuck).
 50202 | Vaults:1 | 50202 ||| Stepping randomly (stuck).
 50204 | Vaults:1 | 50204 ||| Stepping randomly (stuck).
 50206 | Vaults:1 | 50206 ||| Stepping randomly (stuck).
 50208 | Vaults:1 | 50208 ||| Stepping randomly (stuck).
 50210 | Vaults:1 | 50210 ||| Stepping randomly (stuck).
 50212 | Vaults:1 | 50212 ||| Stepping randomly (stuck).
 50214 | Vaults:1 | 50214 ||| Stepping randomly (stuck).
 50216 | Vaults:1 | 50216 ||| Stepping randomly (stuck).
 50218 | Vaults:1 | 50218 ||| Stepping randomly (stuck).
 50220 | Vaults:1 | 50220 ||| Stepping randomly (stuck).
 50222 | Vaults:1 | 50222 ||| Stepping randomly (stuck).
 50224 | Vaults:1 | 50224 ||| Stepping randomly (stuck).
 50226 | Vaults:1 | 50226 ||| Stepping randomly (stuck).
 50228 | Vaults:1 | 50228 ||| Stepping randomly (stuck).
 50230 | Vaults:1 | 50230 ||| Stepping randomly (stuck).
 50232 | Vaults:1 | 50232 ||| Stepping randomly (stuck).
 50234 | Vaults:1 | 50234 ||| Stepping randomly (stuck).
 50236 | Vaults:1 | 50236 ||| Stepping randomly (stuck).
 50238 | Vaults:1 | 50238 ||| Stepping randomly (stuck).
 50240 | Vaults:1 | 50240 ||| Stepping randomly (stuck).
 50242 | Vaults:1 | 50242 ||| Stepping randomly (stuck).
 50244 | Vaults:1 | 50244 ||| Stepping randomly (stuck).
 50246 | Vaults:1 | 50246 ||| Stepping randomly (stuck).
 50248 | Vaults:1 | 50248 ||| Stepping randomly (stuck).
 50250 | Vaults:1 | 50250 ||| Stepping randomly (stuck).
 50252 | Vaults:1 | 50252 ||| Stepping randomly (stuck).
 50254 | Vaults:1 | 50254 ||| Stepping randomly (stuck).
 50256 | Vaults:1 | 50256 ||| Stepping randomly (stuck).
 50258 | Vaults:1 | 50258 ||| Stepping randomly (stuck).
 50260 | Vaults:1 | 50260 ||| Stepping randomly (stuck).
 50262 | Vaults:1 | 50262 ||| Stepping randomly (stuck).
 50264 | Vaults:1 | 50264 ||| Stepping randomly (stuck).
 50266 | Vaults:1 | 50266 ||| Stepping randomly (stuck).
 50268 | Vaults:1 | 50268 ||| Stepping randomly (stuck).
 50270 | Vaults:1 | 50270 ||| Stepping randomly (stuck).
 50272 | Vaults:1 | 50272 ||| Stepping randomly (stuck).
 50274 | Vaults:1 | 50274 ||| Stepping randomly (stuck).
 50276 | Vaults:1 | 50276 ||| Stepping randomly (stuck).
 50278 | Vaults:1 | 50278 ||| Stepping randomly (stuck).
 50280 | Vaults:1 | 50280 ||| Stepping randomly (stuck).
 50282 | Vaults:1 | 50282 ||| Stepping randomly (stuck).
 50284 | Vaults:1 | 50284 ||| Stepping randomly (stuck).
 50286 | Vaults:1 | 50286 ||| Stepping randomly (stuck).
 50288 | Vaults:1 | 50288 ||| Stepping randomly (stuck).
 50290 | Vaults:1 | 50290 ||| Stepping randomly (stuck).
 50292 | Vaults:1 | 50292 ||| Stepping randomly (stuck).
 50294 | Vaults:1 | 50294 ||| Stepping randomly (stuck).
 50296 | Vaults:1 | 50296 ||| Stepping randomly (stuck).
 50298 | Vaults:1 | 50298 ||| Stepping randomly (stuck).
 50300 | Vaults:1 | 50300 ||| Stepping randomly (stuck).
 50302 | Vaults:1 | 50302 ||| Stepping randomly (stuck).
 50304 | Vaults:1 | 50304 ||| Stepping randomly (stuck).
 50306 | Vaults:1 | 50306 ||| Stepping randomly (stuck).
 50308 | Vaults:1 | 50308 ||| Stepping randomly (stuck).
 50310 | Vaults:1 | 50310 ||| Stepping randomly (stuck).
 50312 | Vaults:1 | 50312 ||| Stepping randomly (stuck).
 50314 | Vaults:1 | 50314 ||| Stepping randomly (stuck).
 50316 | Vaults:1 | 50316 ||| Stepping randomly (stuck).
 50318 | Vaults:1 | 50318 ||| Stepping randomly (stuck).
 50320 | Vaults:1 | 50320 ||| Stepping randomly (stuck).
 50322 | Vaults:1 | 50322 ||| Stepping randomly (stuck).
 50324 | Vaults:1 | 50324 ||| Stepping randomly (stuck).
 50326 | Vaults:1 | 50326 ||| Stepping randomly (stuck).
 50328 | Vaults:1 | 50328 ||| Stepping randomly (stuck).
 50330 | Vaults:1 | 50330 ||| Stepping randomly (stuck).
 50332 | Vaults:1 | 50332 ||| Stepping randomly (stuck).
 50334 | Vaults:1 | 50334 ||| Stepping randomly (stuck).
 50336 | Vaults:1 | 50336 ||| Stepping randomly (stuck).
 50338 | Vaults:1 | 50338 ||| Stepping randomly (stuck).
 50340 | Vaults:1 | 50340 ||| Stepping randomly (stuck).
 50342 | Vaults:1 | 50342 ||| Stepping randomly (stuck).
 50344 | Vaults:1 | 50344 ||| Stepping randomly (stuck).
 50346 | Vaults:1 | 50346 ||| Stepping randomly (stuck).
 50348 | Vaults:1 | 50348 ||| Stepping randomly (stuck).
 50350 | Vaults:1 | 50350 ||| Stepping randomly (stuck).
 50352 | Vaults:1 | 50352 ||| Stepping randomly (stuck).
 50354 | Vaults:1 | 50354 ||| Stepping randomly (stuck).
 50356 | Vaults:1 | 50356 ||| Stepping randomly (stuck).
 50358 | Vaults:1 | 50358 ||| Stepping randomly (stuck).
 50360 | Vaults:1 | 50360 ||| Stepping randomly (stuck).
 50362 | Vaults:1 | 50362 ||| Stepping randomly (stuck).
 50364 | Vaults:1 | 50364 ||| Stepping randomly (stuck).
 50366 | Vaults:1 | 50366 ||| Stepping randomly (stuck).
 50368 | Vaults:1 | 50368 ||| Stepping randomly (stuck).
 50370 | Vaults:1 | 50370 ||| Stepping randomly (stuck).
 50372 | Vaults:1 | 50372 ||| Stepping randomly (stuck).
 50374 | Vaults:1 | 50374 ||| Stepping randomly (stuck).
 50376 | Vaults:1 | 50376 ||| Stepping randomly (stuck).
 50378 | Vaults:1 | 50378 ||| Stepping randomly (stuck).
 50380 | Vaults:1 | 50380 ||| Stepping randomly (stuck).
 50382 | Vaults:1 | 50382 ||| Stepping randomly (stuck).
 50384 | Vaults:1 | 50384 ||| Stepping randomly (stuck).
 50386 | Vaults:1 | 50386 ||| Stepping randomly (stuck).
 50388 | Vaults:1 | 50388 ||| Stepping randomly (stuck).
 50390 | Vaults:1 | 50390 ||| Stepping randomly (stuck).
 50392 | Vaults:1 | 50392 ||| Stepping randomly (stuck).
 50394 | Vaults:1 | 50394 ||| Stepping randomly (stuck).
 50396 | Vaults:1 | 50396 ||| Stepping randomly (stuck).
 50398 | Vaults:1 | 50398 ||| Stepping randomly (stuck).
 50400 | Vaults:1 | 50400 ||| Stepping randomly (stuck).
 50402 | Vaults:1 | 50402 ||| Stepping randomly (stuck).
 50404 | Vaults:1 | 50404 ||| Stepping randomly (stuck).
 50406 | Vaults:1 | 50406 ||| Stepping randomly (stuck).
 50408 | Vaults:1 | 50408 ||| Stepping randomly (stuck).
 50410 | Vaults:1 | 50410 ||| Stepping randomly (stuck).
 50412 | Vaults:1 | 50412 ||| Stepping randomly (stuck).
 50414 | Vaults:1 | 50414 ||| Stepping randomly (stuck).
 50416 | Vaults:1 | 50416 ||| Stepping randomly (stuck).
 50418 | Vaults:1 | 50418 ||| Stepping randomly (stuck).
 50420 | Vaults:1 | 50420 ||| Stepping randomly (stuck).
 50422 | Vaults:1 | 50422 ||| Stepping randomly (stuck).
 50424 | Vaults:1 | 50424 ||| Stepping randomly (stuck).
 50426 | Vaults:1 | 50426 ||| Stepping randomly (stuck).
 50428 | Vaults:1 | 50428 ||| Stepping randomly (stuck).
 50430 | Vaults:1 | 50430 ||| Stepping randomly (stuck).
 50432 | Vaults:1 | 50432 ||| Stepping randomly (stuck).
 50434 | Vaults:1 | 50434 ||| Stepping randomly (stuck).
 50436 | Vaults:1 | 50436 ||| Stepping randomly (stuck).
 50438 | Vaults:1 | 50438 ||| Stepping randomly (stuck).
 50440 | Vaults:1 | 50440 ||| Stepping randomly (stuck).
 50442 | Vaults:1 | 50442 ||| Stepping randomly (stuck).
 50444 | Vaults:1 | 50444 ||| Stepping randomly (stuck).
 50446 | Vaults:1 | 50446 ||| Stepping randomly (stuck).
 50448 | Vaults:1 | 50448 ||| Stepping randomly (stuck).
 50450 | Vaults:1 | 50450 ||| Stepping randomly (stuck).
 50452 | Vaults:1 | 50452 ||| Stepping randomly (stuck).
 50454 | Vaults:1 | 50454 ||| Stepping randomly (stuck).
 50456 | Vaults:1 | 50456 ||| Stepping randomly (stuck).
 50458 | Vaults:1 | 50458 ||| Stepping randomly (stuck).
 50460 | Vaults:1 | 50460 ||| Stepping randomly (stuck).
 50462 | Vaults:1 | 50462 ||| Stepping randomly (stuck).
 50463 | Vaults:1 | Glimpsed the power of Zot.
 50464 | Vaults:1 | 50464 ||| Stepping randomly (stuck).
 50466 | Vaults:1 | 50466 ||| Stepping randomly (stuck).
 50468 | Vaults:1 | 50468 ||| Stepping randomly (stuck).
 50470 | Vaults:1 | 50470 ||| Stepping randomly (stuck).
 50472 | Vaults:1 | 50472 ||| Stepping randomly (stuck).
 50474 | Vaults:1 | 50474 ||| Stepping randomly (stuck).
 50476 | Vaults:1 | 50476 ||| Stepping randomly (stuck).
 50478 | Vaults:1 | 50478 ||| Stepping randomly (stuck).
 50480 | Vaults:1 | 50480 ||| Stepping randomly (stuck).
 50482 | Vaults:1 | 50482 ||| Stepping randomly (stuck).
 50484 | Vaults:1 | 50484 ||| Stepping randomly (stuck).
 50486 | Vaults:1 | 50486 ||| Stepping randomly (stuck).
 50488 | Vaults:1 | 50488 ||| Stepping randomly (stuck).
 50490 | Vaults:1 | 50490 ||| Stepping randomly (stuck).
 50492 | Vaults:1 | 50492 ||| Stepping randomly (stuck).
 50494 | Vaults:1 | 50494 ||| Stepping randomly (stuck).
 50496 | Vaults:1 | 50496 ||| Stepping randomly (stuck).
 50498 | Vaults:1 | 50498 ||| Stepping randomly (stuck).
 50500 | Vaults:1 | 50500 ||| Stepping randomly (stuck).
 50502 | Vaults:1 | 50502 ||| Stepping randomly (stuck).
 50504 | Vaults:1 | 50504 ||| Stepping randomly (stuck).
 50506 | Vaults:1 | 50506 ||| Stepping randomly (stuck).
 50508 | Vaults:1 | 50508 ||| Stepping randomly (stuck).
 50510 | Vaults:1 | 50510 ||| Stepping randomly (stuck).
 50512 | Vaults:1 | 50512 ||| Stepping randomly (stuck).
 50514 | Vaults:1 | 50514 ||| Stepping randomly (stuck).
 50516 | Vaults:1 | 50516 ||| Stepping randomly (stuck).
 50518 | Vaults:1 | 50518 ||| Stepping randomly (stuck).
 50520 | Vaults:1 | 50520 ||| Stepping randomly (stuck).
 50522 | Vaults:1 | 50522 ||| Stepping randomly (stuck).
 50524 | Vaults:1 | 50524 ||| Stepping randomly (stuck).
 50526 | Vaults:1 | 50526 ||| Stepping randomly (stuck).
 50528 | Vaults:1 | 50528 ||| Stepping randomly (stuck).
 50530 | Vaults:1 | 50530 ||| Stepping randomly (stuck).
 50532 | Vaults:1 | 50532 ||| Stepping randomly (stuck).
 50534 | Vaults:1 | 50534 ||| Stepping randomly (stuck).
 50536 | Vaults:1 | 50536 ||| Stepping randomly (stuck).
 50538 | Vaults:1 | 50538 ||| Stepping randomly (stuck).
 50540 | Vaults:1 | 50540 ||| Stepping randomly (stuck).
 50542 | Vaults:1 | 50542 ||| Stepping randomly (stuck).
 50544 | Vaults:1 | 50544 ||| Stepping randomly (stuck).
 50546 | Vaults:1 | 50546 ||| Stepping randomly (stuck).
 50548 | Vaults:1 | 50548 ||| Stepping randomly (stuck).
 50550 | Vaults:1 | 50550 ||| Stepping randomly (stuck).
 50552 | Vaults:1 | 50552 ||| Stepping randomly (stuck).
 50554 | Vaults:1 | 50554 ||| Stepping randomly (stuck).
 50556 | Vaults:1 | 50556 ||| Stepping randomly (stuck).
 50558 | Vaults:1 | 50558 ||| Stepping randomly (stuck).
 50560 | Vaults:1 | 50560 ||| Stepping randomly (stuck).
 50562 | Vaults:1 | 50562 ||| Stepping randomly (stuck).
 50562 | Vaults:1 | Touched by the power of Zot (MHP 13 -> 8)
 50563 | Vaults:1 | Glimpsed the power of Zot.
 50564 | Vaults:1 | 50564 ||| Stepping randomly (stuck).
 50566 | Vaults:1 | 50566 ||| Stepping randomly (stuck).
 50568 | Vaults:1 | 50568 ||| Stepping randomly (stuck).
 50570 | Vaults:1 | 50570 ||| Stepping randomly (stuck).
 50572 | Vaults:1 | 50572 ||| Stepping randomly (stuck).
 50574 | Vaults:1 | 50574 ||| Stepping randomly (stuck).
 50576 | Vaults:1 | 50576 ||| Stepping randomly (stuck).
 50578 | Vaults:1 | 50578 ||| Stepping randomly (stuck).
 50580 | Vaults:1 | 50580 ||| Stepping randomly (stuck).
 50582 | Vaults:1 | 50582 ||| Stepping randomly (stuck).
 50584 | Vaults:1 | 50584 ||| Stepping randomly (stuck).
 50586 | Vaults:1 | 50586 ||| Stepping randomly (stuck).
 50588 | Vaults:1 | 50588 ||| Stepping randomly (stuck).
 50590 | Vaults:1 | 50590 ||| Stepping randomly (stuck).
 50592 | Vaults:1 | 50592 ||| Stepping randomly (stuck).
 50594 | Vaults:1 | 50594 ||| Stepping randomly (stuck).
 50596 | Vaults:1 | 50596 ||| Stepping randomly (stuck).
 50598 | Vaults:1 | 50598 ||| Stepping randomly (stuck).
 50600 | Vaults:1 | 50600 ||| Stepping randomly (stuck).
 50602 | Vaults:1 | 50602 ||| Stepping randomly (stuck).
 50604 | Vaults:1 | 50604 ||| Stepping randomly (stuck).
 50606 | Vaults:1 | 50606 ||| Stepping randomly (stuck).
 50608 | Vaults:1 | 50608 ||| Stepping randomly (stuck).
 50610 | Vaults:1 | 50610 ||| Stepping randomly (stuck).
 50612 | Vaults:1 | 50612 ||| Stepping randomly (stuck).
 50614 | Vaults:1 | 50614 ||| Stepping randomly (stuck).
 50616 | Vaults:1 | 50616 ||| Stepping randomly (stuck).
 50618 | Vaults:1 | 50618 ||| Stepping randomly (stuck).
 50620 | Vaults:1 | 50620 ||| Stepping randomly (stuck).
 50622 | Vaults:1 | 50622 ||| Stepping randomly (stuck).
 50624 | Vaults:1 | 50624 ||| Stepping randomly (stuck).
 50626 | Vaults:1 | 50626 ||| Stepping randomly (stuck).
 50628 | Vaults:1 | 50628 ||| Stepping randomly (stuck).
 50630 | Vaults:1 | 50630 ||| Stepping randomly (stuck).
 50632 | Vaults:1 | 50632 ||| Stepping randomly (stuck).
 50634 | Vaults:1 | 50634 ||| Stepping randomly (stuck).
 50636 | Vaults:1 | 50636 ||| Stepping randomly (stuck).
 50638 | Vaults:1 | 50638 ||| Stepping randomly (stuck).
 50640 | Vaults:1 | 50640 ||| Stepping randomly (stuck).
 50642 | Vaults:1 | 50642 ||| Stepping randomly (stuck).
 50644 | Vaults:1 | 50644 ||| Stepping randomly (stuck).
 50646 | Vaults:1 | 50646 ||| Stepping randomly (stuck).
 50648 | Vaults:1 | 50648 ||| Stepping randomly (stuck).
 50650 | Vaults:1 | 50650 ||| Stepping randomly (stuck).
 50652 | Vaults:1 | 50652 ||| Stepping randomly (stuck).
 50654 | Vaults:1 | 50654 ||| Stepping randomly (stuck).
 50656 | Vaults:1 | 50656 ||| Stepping randomly (stuck).
 50658 | Vaults:1 | 50658 ||| Stepping randomly (stuck).
 50660 | Vaults:1 | 50660 ||| Stepping randomly (stuck).
 50662 | Vaults:1 | 50662 ||| Stepping randomly (stuck).
 50664 | Vaults:1 | 50664 ||| Stepping randomly (stuck).
 50666 | Vaults:1 | 50666 ||| Stepping randomly (stuck).
 50668 | Vaults:1 | 50668 ||| Stepping randomly (stuck).
 50670 | Vaults:1 | 50670 ||| Stepping randomly (stuck).
 50672 | Vaults:1 | 50672 ||| Stepping randomly (stuck).
 50674 | Vaults:1 | 50674 ||| Stepping randomly (stuck).
 50676 | Vaults:1 | 50676 ||| Stepping randomly (stuck).
 50678 | Vaults:1 | 50678 ||| Stepping randomly (stuck).
 50680 | Vaults:1 | 50680 ||| Stepping randomly (stuck).
 50682 | Vaults:1 | 50682 ||| Stepping randomly (stuck).
 50684 | Vaults:1 | 50684 ||| Stepping randomly (stuck).
 50686 | Vaults:1 | 50686 ||| Stepping randomly (stuck).
 50688 | Vaults:1 | 50688 ||| Stepping randomly (stuck).
 50690 | Vaults:1 | 50690 ||| Stepping randomly (stuck).
 50692 | Vaults:1 | 50692 ||| Stepping randomly (stuck).
 50694 | Vaults:1 | 50694 ||| Stepping randomly (stuck).
 50696 | Vaults:1 | 50696 ||| Stepping randomly (stuck).
 50698 | Vaults:1 | 50698 ||| Stepping randomly (stuck).
 50700 | Vaults:1 | 50700 ||| Stepping randomly (stuck).
 50702 | Vaults:1 | 50702 ||| Stepping randomly (stuck).
 50704 | Vaults:1 | 50704 ||| Stepping randomly (stuck).
 50706 | Vaults:1 | 50706 ||| Stepping randomly (stuck).
 50708 | Vaults:1 | 50708 ||| Stepping randomly (stuck).
 50710 | Vaults:1 | 50710 ||| Stepping randomly (stuck).
 50712 | Vaults:1 | 50712 ||| Stepping randomly (stuck).
 50714 | Vaults:1 | 50714 ||| Stepping randomly (stuck).
 50716 | Vaults:1 | 50716 ||| Stepping randomly (stuck).
 50718 | Vaults:1 | 50718 ||| Stepping randomly (stuck).
 50720 | Vaults:1 | 50720 ||| Stepping randomly (stuck).
 50722 | Vaults:1 | 50722 ||| Stepping randomly (stuck).
 50724 | Vaults:1 | 50724 ||| Stepping randomly (stuck).
 50726 | Vaults:1 | 50726 ||| Stepping randomly (stuck).
 50728 | Vaults:1 | 50728 ||| Stepping randomly (stuck).
 50730 | Vaults:1 | 50730 ||| Stepping randomly (stuck).
 50732 | Vaults:1 | 50732 ||| Stepping randomly (stuck).
 50734 | Vaults:1 | 50734 ||| Stepping randomly (stuck).
 50736 | Vaults:1 | 50736 ||| Stepping randomly (stuck).
 50738 | Vaults:1 | 50738 ||| Stepping randomly (stuck).
 50740 | Vaults:1 | 50740 ||| Stepping randomly (stuck).
 50742 | Vaults:1 | 50742 ||| Stepping randomly (stuck).
 50744 | Vaults:1 | 50744 ||| Stepping randomly (stuck).
 50746 | Vaults:1 | 50746 ||| Stepping randomly (stuck).
 50748 | Vaults:1 | 50748 ||| Stepping randomly (stuck).
 50750 | Vaults:1 | 50750 ||| Stepping randomly (stuck).
 50752 | Vaults:1 | 50752 ||| Stepping randomly (stuck).
 50754 | Vaults:1 | 50754 ||| Stepping randomly (stuck).
 50756 | Vaults:1 | 50756 ||| Stepping randomly (stuck).
 50758 | Vaults:1 | 50758 ||| Stepping randomly (stuck).
 50760 | Vaults:1 | 50760 ||| Stepping randomly (stuck).
 50762 | Vaults:1 | 50762 ||| Stepping randomly (stuck).
 50764 | Vaults:1 | 50764 ||| Stepping randomly (stuck).
 50766 | Vaults:1 | 50766 ||| Stepping randomly (stuck).
 50768 | Vaults:1 | 50768 ||| Stepping randomly (stuck).
 50770 | Vaults:1 | 50770 ||| Stepping randomly (stuck).
 50772 | Vaults:1 | 50772 ||| Stepping randomly (stuck).
 50774 | Vaults:1 | 50774 ||| Stepping randomly (stuck).
 50776 | Vaults:1 | 50776 ||| Stepping randomly (stuck).
 50778 | Vaults:1 | 50778 ||| Stepping randomly (stuck).
 50780 | Vaults:1 | 50780 ||| Stepping randomly (stuck).
 50782 | Vaults:1 | 50782 ||| Stepping randomly (stuck).
 50784 | Vaults:1 | 50784 ||| Stepping randomly (stuck).
 50786 | Vaults:1 | 50786 ||| Stepping randomly (stuck).
 50788 | Vaults:1 | 50788 ||| Stepping randomly (stuck).
 50790 | Vaults:1 | 50790 ||| Stepping randomly (stuck).
 50792 | Vaults:1 | 50792 ||| Stepping randomly (stuck).
 50794 | Vaults:1 | 50794 ||| Stepping randomly (stuck).
 50796 | Vaults:1 | 50796 ||| Stepping randomly (stuck).
 50798 | Vaults:1 | 50798 ||| Stepping randomly (stuck).
 50800 | Vaults:1 | 50800 ||| Stepping randomly (stuck).
 50802 | Vaults:1 | 50802 ||| Stepping randomly (stuck).
 50804 | Vaults:1 | 50804 ||| Stepping randomly (stuck).
 50806 | Vaults:1 | 50806 ||| Stepping randomly (stuck).
 50808 | Vaults:1 | 50808 ||| Stepping randomly (stuck).
 50810 | Vaults:1 | 50810 ||| Stepping randomly (stuck).
 50812 | Vaults:1 | 50812 ||| Stepping randomly (stuck).
 50814 | Vaults:1 | 50814 ||| Stepping randomly (stuck).
 50816 | Vaults:1 | 50816 ||| Stepping randomly (stuck).
 50818 | Vaults:1 | 50818 ||| Stepping randomly (stuck).
 50820 | Vaults:1 | 50820 ||| Stepping randomly (stuck).
 50822 | Vaults:1 | 50822 ||| Stepping randomly (stuck).
 50824 | Vaults:1 | 50824 ||| Stepping randomly (stuck).
 50826 | Vaults:1 | 50826 ||| Stepping randomly (stuck).
 50828 | Vaults:1 | 50828 ||| Stepping randomly (stuck).
 50830 | Vaults:1 | 50830 ||| Stepping randomly (stuck).
 50832 | Vaults:1 | 50832 ||| Stepping randomly (stuck).
 50834 | Vaults:1 | 50834 ||| Stepping randomly (stuck).
 50836 | Vaults:1 | 50836 ||| Stepping randomly (stuck).
 50838 | Vaults:1 | 50838 ||| Stepping randomly (stuck).
 50840 | Vaults:1 | 50840 ||| Stepping randomly (stuck).
 50842 | Vaults:1 | 50842 ||| Stepping randomly (stuck).
 50844 | Vaults:1 | 50844 ||| Stepping randomly (stuck).
 50846 | Vaults:1 | 50846 ||| Stepping randomly (stuck).
 50848 | Vaults:1 | 50848 ||| Stepping randomly (stuck).
 50850 | Vaults:1 | 50850 ||| Stepping randomly (stuck).
 50852 | Vaults:1 | 50852 ||| Stepping randomly (stuck).
 50854 | Vaults:1 | 50854 ||| Stepping randomly (stuck).
 50856 | Vaults:1 | 50856 ||| Stepping randomly (stuck).
 50858 | Vaults:1 | 50858 ||| Stepping randomly (stuck).
 50860 | Vaults:1 | 50860 ||| Stepping randomly (stuck).
 50862 | Vaults:1 | 50862 ||| Stepping randomly (stuck).
 50864 | Vaults:1 | 50864 ||| Stepping randomly (stuck).
 50866 | Vaults:1 | 50866 ||| Stepping randomly (stuck).
 50868 | Vaults:1 | 50868 ||| Stepping randomly (stuck).
 50870 | Vaults:1 | 50870 ||| Stepping randomly (stuck).
 50872 | Vaults:1 | 50872 ||| Stepping randomly (stuck).
 50874 | Vaults:1 | 50874 ||| Stepping randomly (stuck).
 50876 | Vaults:1 | 50876 ||| Stepping randomly (stuck).
 50878 | Vaults:1 | 50878 ||| Stepping randomly (stuck).
 50880 | Vaults:1 | 50880 ||| Stepping randomly (stuck).
 50882 | Vaults:1 | 50882 ||| Stepping randomly (stuck).
 50884 | Vaults:1 | 50884 ||| Stepping randomly (stuck).
 50886 | Vaults:1 | 50886 ||| Stepping randomly (stuck).
 50888 | Vaults:1 | 50888 ||| Stepping randomly (stuck).
 50890 | Vaults:1 | 50890 ||| Stepping randomly (stuck).
 50892 | Vaults:1 | 50892 ||| Stepping randomly (stuck).
 50894 | Vaults:1 | 50894 ||| Stepping randomly (stuck).
 50896 | Vaults:1 | 50896 ||| Stepping randomly (stuck).
 50898 | Vaults:1 | 50898 ||| Stepping randomly (stuck).
 50900 | Vaults:1 | 50900 ||| Stepping randomly (stuck).
 50902 | Vaults:1 | 50902 ||| Stepping randomly (stuck).
 50904 | Vaults:1 | 50904 ||| Stepping randomly (stuck).
 50906 | Vaults:1 | 50906 ||| Stepping randomly (stuck).
 50908 | Vaults:1 | 50908 ||| Stepping randomly (stuck).
 50910 | Vaults:1 | 50910 ||| Stepping randomly (stuck).
 50912 | Vaults:1 | 50912 ||| Stepping randomly (stuck).
 50914 | Vaults:1 | 50914 ||| Stepping randomly (stuck).
 50916 | Vaults:1 | 50916 ||| Stepping randomly (stuck).
 50918 | Vaults:1 | 50918 ||| Stepping randomly (stuck).
 50920 | Vaults:1 | 50920 ||| Stepping randomly (stuck).
 50922 | Vaults:1 | 50922 ||| Stepping randomly (stuck).
 50924 | Vaults:1 | 50924 ||| Stepping randomly (stuck).
 50926 | Vaults:1 | 50926 ||| Stepping randomly (stuck).
 50928 | Vaults:1 | 50928 ||| Stepping randomly (stuck).
 50930 | Vaults:1 | 50930 ||| Stepping randomly (stuck).
 50932 | Vaults:1 | 50932 ||| Stepping randomly (stuck).
 50934 | Vaults:1 | 50934 ||| Stepping randomly (stuck).
 50936 | Vaults:1 | 50936 ||| Stepping randomly (stuck).
 50938 | Vaults:1 | 50938 ||| Stepping randomly (stuck).
 50940 | Vaults:1 | 50940 ||| Stepping randomly (stuck).
 50942 | Vaults:1 | 50942 ||| Stepping randomly (stuck).
 50944 | Vaults:1 | 50944 ||| Stepping randomly (stuck).
 50946 | Vaults:1 | 50946 ||| Stepping randomly (stuck).
 50948 | Vaults:1 | 50948 ||| Stepping randomly (stuck).
 50950 | Vaults:1 | 50950 ||| Stepping randomly (stuck).
 50952 | Vaults:1 | 50952 ||| Stepping randomly (stuck).
 50954 | Vaults:1 | 50954 ||| Stepping randomly (stuck).
 50956 | Vaults:1 | 50956 ||| Stepping randomly (stuck).
 50958 | Vaults:1 | 50958 ||| Stepping randomly (stuck).
 50960 | Vaults:1 | 50960 ||| Stepping randomly (stuck).
 50962 | Vaults:1 | 50962 ||| Stepping randomly (stuck).
 50964 | Vaults:1 | 50964 ||| Stepping randomly (stuck).
 50966 | Vaults:1 | 50966 ||| Stepping randomly (stuck).
 50968 | Vaults:1 | 50968 ||| Stepping randomly (stuck).
 50970 | Vaults:1 | 50970 ||| Stepping randomly (stuck).
 50972 | Vaults:1 | 50972 ||| Stepping randomly (stuck).
 50974 | Vaults:1 | 50974 ||| Stepping randomly (stuck).
 50976 | Vaults:1 | 50976 ||| Stepping randomly (stuck).
 50978 | Vaults:1 | 50978 ||| Stepping randomly (stuck).
 50980 | Vaults:1 | 50980 ||| Stepping randomly (stuck).
 50982 | Vaults:1 | 50982 ||| Stepping randomly (stuck).
 50984 | Vaults:1 | 50984 ||| Stepping randomly (stuck).
 50986 | Vaults:1 | 50986 ||| Stepping randomly (stuck).
 50988 | Vaults:1 | 50988 ||| Stepping randomly (stuck).
 50990 | Vaults:1 | 50990 ||| Stepping randomly (stuck).
 50992 | Vaults:1 | 50992 ||| Stepping randomly (stuck).
 50994 | Vaults:1 | 50994 ||| Stepping randomly (stuck).
 50996 | Vaults:1 | 50996 ||| Stepping randomly (stuck).
 50998 | Vaults:1 | 50998 ||| Stepping randomly (stuck).
 51000 | Vaults:1 | 51000 ||| Stepping randomly (stuck).
 51002 | Vaults:1 | 51002 ||| Stepping randomly (stuck).
 51004 | Vaults:1 | 51004 ||| Stepping randomly (stuck).
 51006 | Vaults:1 | 51006 ||| Stepping randomly (stuck).
 51008 | Vaults:1 | 51008 ||| Stepping randomly (stuck).
 51010 | Vaults:1 | 51010 ||| Stepping randomly (stuck).
 51012 | Vaults:1 | 51012 ||| Stepping randomly (stuck).
 51014 | Vaults:1 | 51014 ||| Stepping randomly (stuck).
 51016 | Vaults:1 | 51016 ||| Stepping randomly (stuck).
 51018 | Vaults:1 | 51018 ||| Stepping randomly (stuck).
 51020 | Vaults:1 | 51020 ||| Stepping randomly (stuck).
 51022 | Vaults:1 | 51022 ||| Stepping randomly (stuck).
 51024 | Vaults:1 | 51024 ||| Stepping randomly (stuck).
 51026 | Vaults:1 | 51026 ||| Stepping randomly (stuck).
 51028 | Vaults:1 | 51028 ||| Stepping randomly (stuck).
 51030 | Vaults:1 | 51030 ||| Stepping randomly (stuck).
 51032 | Vaults:1 | 51032 ||| Stepping randomly (stuck).
 51034 | Vaults:1 | 51034 ||| Stepping randomly (stuck).
 51036 | Vaults:1 | 51036 ||| Stepping randomly (stuck).
 51038 | Vaults:1 | 51038 ||| Stepping randomly (stuck).
 51040 | Vaults:1 | 51040 ||| Stepping randomly (stuck).
 51042 | Vaults:1 | 51042 ||| Stepping randomly (stuck).
 51044 | Vaults:1 | 51044 ||| Stepping randomly (stuck).
 51046 | Vaults:1 | 51046 ||| Stepping randomly (stuck).
 51048 | Vaults:1 | 51048 ||| Stepping randomly (stuck).
 51050 | Vaults:1 | 51050 ||| Stepping randomly (stuck).
 51052 | Vaults:1 | 51052 ||| Stepping randomly (stuck).
 51054 | Vaults:1 | 51054 ||| Stepping randomly (stuck).
 51056 | Vaults:1 | 51056 ||| Stepping randomly (stuck).
 51058 | Vaults:1 | 51058 ||| Stepping randomly (stuck).
 51060 | Vaults:1 | 51060 ||| Stepping randomly (stuck).
 51062 | Vaults:1 | 51062 ||| Stepping randomly (stuck).
 51063 | Vaults:1 | Glimpsed the power of Zot.
 51064 | Vaults:1 | 51064 ||| Stepping randomly (stuck).
 51066 | Vaults:1 | 51066 ||| Stepping randomly (stuck).
 51068 | Vaults:1 | 51068 ||| Stepping randomly (stuck).
 51070 | Vaults:1 | 51070 ||| Stepping randomly (stuck).
 51072 | Vaults:1 | 51072 ||| Stepping randomly (stuck).
 51074 | Vaults:1 | 51074 ||| Stepping randomly (stuck).
 51076 | Vaults:1 | 51076 ||| Stepping randomly (stuck).
 51078 | Vaults:1 | 51078 ||| Stepping randomly (stuck).
 51080 | Vaults:1 | 51080 ||| Stepping randomly (stuck).
 51082 | Vaults:1 | 51082 ||| Stepping randomly (stuck).
 51084 | Vaults:1 | 51084 ||| Stepping randomly (stuck).
 51086 | Vaults:1 | 51086 ||| Stepping randomly (stuck).
 51088 | Vaults:1 | 51088 ||| Stepping randomly (stuck).
 51090 | Vaults:1 | 51090 ||| Stepping randomly (stuck).
 51092 | Vaults:1 | 51092 ||| Stepping randomly (stuck).
 51094 | Vaults:1 | 51094 ||| Stepping randomly (stuck).
 51096 | Vaults:1 | 51096 ||| Stepping randomly (stuck).
 51098 | Vaults:1 | 51098 ||| Stepping randomly (stuck).
 51100 | Vaults:1 | 51100 ||| Stepping randomly (stuck).
 51102 | Vaults:1 | 51102 ||| Stepping randomly (stuck).
 51104 | Vaults:1 | 51104 ||| Stepping randomly (stuck).
 51106 | Vaults:1 | 51106 ||| Stepping randomly (stuck).
 51108 | Vaults:1 | 51108 ||| Stepping randomly (stuck).
 51110 | Vaults:1 | 51110 ||| Stepping randomly (stuck).
 51112 | Vaults:1 | 51112 ||| Stepping randomly (stuck).
 51114 | Vaults:1 | 51114 ||| Stepping randomly (stuck).
 51116 | Vaults:1 | 51116 ||| Stepping randomly (stuck).
 51118 | Vaults:1 | 51118 ||| Stepping randomly (stuck).
 51120 | Vaults:1 | 51120 ||| Stepping randomly (stuck).
 51122 | Vaults:1 | 51122 ||| Stepping randomly (stuck).
 51124 | Vaults:1 | 51124 ||| Stepping randomly (stuck).
 51126 | Vaults:1 | 51126 ||| Stepping randomly (stuck).
 51128 | Vaults:1 | 51128 ||| Stepping randomly (stuck).
 51130 | Vaults:1 | 51130 ||| Stepping randomly (stuck).
 51132 | Vaults:1 | 51132 ||| Stepping randomly (stuck).
 51134 | Vaults:1 | 51134 ||| Stepping randomly (stuck).
 51136 | Vaults:1 | 51136 ||| Stepping randomly (stuck).
 51138 | Vaults:1 | 51138 ||| Stepping randomly (stuck).
 51140 | Vaults:1 | 51140 ||| Stepping randomly (stuck).
 51142 | Vaults:1 | 51142 ||| Stepping randomly (stuck).
 51144 | Vaults:1 | 51144 ||| Stepping randomly (stuck).
 51146 | Vaults:1 | 51146 ||| Stepping randomly (stuck).
 51148 | Vaults:1 | 51148 ||| Stepping randomly (stuck).
 51150 | Vaults:1 | 51150 ||| Stepping randomly (stuck).
 51152 | Vaults:1 | 51152 ||| Stepping randomly (stuck).
 51154 | Vaults:1 | 51154 ||| Stepping randomly (stuck).
 51156 | Vaults:1 | 51156 ||| Stepping randomly (stuck).
 51158 | Vaults:1 | 51158 ||| Stepping randomly (stuck).
 51160 | Vaults:1 | 51160 ||| Stepping randomly (stuck).
 51162 | Vaults:1 | 51162 ||| Stepping randomly (stuck).
 51164 | Vaults:1 | 51164 ||| Stepping randomly (stuck).
 51166 | Vaults:1 | 51166 ||| Stepping randomly (stuck).
 51168 | Vaults:1 | 51168 ||| Stepping randomly (stuck).
 51170 | Vaults:1 | 51170 ||| Stepping randomly (stuck).
 51172 | Vaults:1 | 51172 ||| Stepping randomly (stuck).
 51174 | Vaults:1 | 51174 ||| Stepping randomly (stuck).
 51176 | Vaults:1 | 51176 ||| Stepping randomly (stuck).
 51178 | Vaults:1 | 51178 ||| Stepping randomly (stuck).
 51180 | Vaults:1 | 51180 ||| Stepping randomly (stuck).
 51182 | Vaults:1 | 51182 ||| Stepping randomly (stuck).
 51184 | Vaults:1 | 51184 ||| Stepping randomly (stuck).
 51186 | Vaults:1 | 51186 ||| Stepping randomly (stuck).
 51188 | Vaults:1 | 51188 ||| Stepping randomly (stuck).
 51190 | Vaults:1 | 51190 ||| Stepping randomly (stuck).
 51192 | Vaults:1 | 51192 ||| Stepping randomly (stuck).
 51194 | Vaults:1 | 51194 ||| Stepping randomly (stuck).
 51196 | Vaults:1 | 51196 ||| Stepping randomly (stuck).
 51198 | Vaults:1 | 51198 ||| Stepping randomly (stuck).
 51200 | Vaults:1 | 51200 ||| Stepping randomly (stuck).
 51202 | Vaults:1 | 51202 ||| Stepping randomly (stuck).
 51204 | Vaults:1 | 51204 ||| Stepping randomly (stuck).
 51206 | Vaults:1 | 51206 ||| Stepping randomly (stuck).
 51208 | Vaults:1 | 51208 ||| Stepping randomly (stuck).
 51210 | Vaults:1 | 51210 ||| Stepping randomly (stuck).
 51212 | Vaults:1 | 51212 ||| Stepping randomly (stuck).
 51214 | Vaults:1 | 51214 ||| Stepping randomly (stuck).
 51216 | Vaults:1 | 51216 ||| Stepping randomly (stuck).
 51218 | Vaults:1 | 51218 ||| Stepping randomly (stuck).
 51220 | Vaults:1 | 51220 ||| Stepping randomly (stuck).
 51222 | Vaults:1 | 51222 ||| Stepping randomly (stuck).
 51224 | Vaults:1 | 51224 ||| Stepping randomly (stuck).
 51226 | Vaults:1 | 51226 ||| Stepping randomly (stuck).
 51228 | Vaults:1 | 51228 ||| Stepping randomly (stuck).
 51230 | Vaults:1 | 51230 ||| Stepping randomly (stuck).
 51232 | Vaults:1 | 51232 ||| Stepping randomly (stuck).
 51234 | Vaults:1 | 51234 ||| Stepping randomly (stuck).
 51236 | Vaults:1 | 51236 ||| Stepping randomly (stuck).
 51238 | Vaults:1 | 51238 ||| Stepping randomly (stuck).
 51240 | Vaults:1 | 51240 ||| Stepping randomly (stuck).
 51242 | Vaults:1 | 51242 ||| Stepping randomly (stuck).
 51244 | Vaults:1 | 51244 ||| Stepping randomly (stuck).
 51246 | Vaults:1 | 51246 ||| Stepping randomly (stuck).
 51248 | Vaults:1 | 51248 ||| Stepping randomly (stuck).
 51250 | Vaults:1 | 51250 ||| Stepping randomly (stuck).
 51252 | Vaults:1 | 51252 ||| Stepping randomly (stuck).
 51254 | Vaults:1 | 51254 ||| Stepping randomly (stuck).
 51256 | Vaults:1 | 51256 ||| Stepping randomly (stuck).
 51258 | Vaults:1 | 51258 ||| Stepping randomly (stuck).
 51260 | Vaults:1 | 51260 ||| Stepping randomly (stuck).
 51262 | Vaults:1 | 51262 ||| Stepping randomly (stuck).
 51264 | Vaults:1 | 51264 ||| Stepping randomly (stuck).
 51266 | Vaults:1 | 51266 ||| Stepping randomly (stuck).
 51268 | Vaults:1 | 51268 ||| Stepping randomly (stuck).
 51270 | Vaults:1 | 51270 ||| Stepping randomly (stuck).
 51272 | Vaults:1 | 51272 ||| Stepping randomly (stuck).
 51274 | Vaults:1 | 51274 ||| Stepping randomly (stuck).
 51276 | Vaults:1 | 51276 ||| Stepping randomly (stuck).
 51278 | Vaults:1 | 51278 ||| Stepping randomly (stuck).
 51280 | Vaults:1 | 51280 ||| Stepping randomly (stuck).
 51282 | Vaults:1 | 51282 ||| Stepping randomly (stuck).
 51284 | Vaults:1 | 51284 ||| Stepping randomly (stuck).
 51286 | Vaults:1 | 51286 ||| Stepping randomly (stuck).
 51288 | Vaults:1 | 51288 ||| Stepping randomly (stuck).
 51290 | Vaults:1 | 51290 ||| Stepping randomly (stuck).
 51292 | Vaults:1 | 51292 ||| Stepping randomly (stuck).
 51294 | Vaults:1 | 51294 ||| Stepping randomly (stuck).
 51296 | Vaults:1 | 51296 ||| Stepping randomly (stuck).
 51298 | Vaults:1 | 51298 ||| Stepping randomly (stuck).
 51300 | Vaults:1 | 51300 ||| Stepping randomly (stuck).
 51302 | Vaults:1 | 51302 ||| Stepping randomly (stuck).
 51304 | Vaults:1 | 51304 ||| Stepping randomly (stuck).
 51306 | Vaults:1 | 51306 ||| Stepping randomly (stuck).
 51308 | Vaults:1 | 51308 ||| Stepping randomly (stuck).
 51310 | Vaults:1 | 51310 ||| Stepping randomly (stuck).
 51312 | Vaults:1 | 51312 ||| Stepping randomly (stuck).
 51314 | Vaults:1 | 51314 ||| Stepping randomly (stuck).
 51316 | Vaults:1 | 51316 ||| Stepping randomly (stuck).
 51318 | Vaults:1 | 51318 ||| Stepping randomly (stuck).
 51320 | Vaults:1 | 51320 ||| Stepping randomly (stuck).
 51322 | Vaults:1 | 51322 ||| Stepping randomly (stuck).
 51324 | Vaults:1 | 51324 ||| Stepping randomly (stuck).
 51326 | Vaults:1 | 51326 ||| Stepping randomly (stuck).
 51328 | Vaults:1 | 51328 ||| Stepping randomly (stuck).
 51330 | Vaults:1 | 51330 ||| Stepping randomly (stuck).
 51332 | Vaults:1 | 51332 ||| Stepping randomly (stuck).
 51334 | Vaults:1 | 51334 ||| Stepping randomly (stuck).
 51336 | Vaults:1 | 51336 ||| Stepping randomly (stuck).
 51338 | Vaults:1 | 51338 ||| Stepping randomly (stuck).
 51340 | Vaults:1 | 51340 ||| Stepping randomly (stuck).
 51342 | Vaults:1 | 51342 ||| Stepping randomly (stuck).
 51344 | Vaults:1 | 51344 ||| Stepping randomly (stuck).
 51346 | Vaults:1 | 51346 ||| Stepping randomly (stuck).
 51348 | Vaults:1 | 51348 ||| Stepping randomly (stuck).
 51350 | Vaults:1 | 51350 ||| Stepping randomly (stuck).
 51352 | Vaults:1 | 51352 ||| Stepping randomly (stuck).
 51354 | Vaults:1 | 51354 ||| Stepping randomly (stuck).
 51356 | Vaults:1 | 51356 ||| Stepping randomly (stuck).
 51358 | Vaults:1 | 51358 ||| Stepping randomly (stuck).
 51360 | Vaults:1 | 51360 ||| Stepping randomly (stuck).
 51362 | Vaults:1 | 51362 ||| Stepping randomly (stuck).
 51364 | Vaults:1 | 51364 ||| Stepping randomly (stuck).
 51366 | Vaults:1 | 51366 ||| Stepping randomly (stuck).
 51368 | Vaults:1 | 51368 ||| Stepping randomly (stuck).
 51370 | Vaults:1 | 51370 ||| Stepping randomly (stuck).
 51372 | Vaults:1 | 51372 ||| Stepping randomly (stuck).
 51374 | Vaults:1 | 51374 ||| Stepping randomly (stuck).
 51376 | Vaults:1 | 51376 ||| Stepping randomly (stuck).
 51378 | Vaults:1 | 51378 ||| Stepping randomly (stuck).
 51380 | Vaults:1 | 51380 ||| Stepping randomly (stuck).
 51382 | Vaults:1 | 51382 ||| Stepping randomly (stuck).
 51384 | Vaults:1 | 51384 ||| Stepping randomly (stuck).
 51386 | Vaults:1 | 51386 ||| Stepping randomly (stuck).
 51388 | Vaults:1 | 51388 ||| Stepping randomly (stuck).
 51390 | Vaults:1 | 51390 ||| Stepping randomly (stuck).
 51392 | Vaults:1 | 51392 ||| Stepping randomly (stuck).
 51394 | Vaults:1 | 51394 ||| Stepping randomly (stuck).
 51396 | Vaults:1 | 51396 ||| Stepping randomly (stuck).
 51398 | Vaults:1 | 51398 ||| Stepping randomly (stuck).
 51400 | Vaults:1 | 51400 ||| Stepping randomly (stuck).
 51402 | Vaults:1 | 51402 ||| Stepping randomly (stuck).
 51404 | Vaults:1 | 51404 ||| Stepping randomly (stuck).
 51406 | Vaults:1 | 51406 ||| Stepping randomly (stuck).
 51408 | Vaults:1 | 51408 ||| Stepping randomly (stuck).
 51410 | Vaults:1 | 51410 ||| Stepping randomly (stuck).
 51412 | Vaults:1 | 51412 ||| Stepping randomly (stuck).
 51414 | Vaults:1 | 51414 ||| Stepping randomly (stuck).
 51416 | Vaults:1 | 51416 ||| Stepping randomly (stuck).
 51418 | Vaults:1 | 51418 ||| Stepping randomly (stuck).
 51420 | Vaults:1 | 51420 ||| Stepping randomly (stuck).
 51422 | Vaults:1 | 51422 ||| Stepping randomly (stuck).
 51424 | Vaults:1 | 51424 ||| Stepping randomly (stuck).
 51426 | Vaults:1 | 51426 ||| Stepping randomly (stuck).
 51428 | Vaults:1 | 51428 ||| Stepping randomly (stuck).
 51430 | Vaults:1 | 51430 ||| Stepping randomly (stuck).
 51432 | Vaults:1 | 51432 ||| Stepping randomly (stuck).
 51434 | Vaults:1 | 51434 ||| Stepping randomly (stuck).
 51436 | Vaults:1 | 51436 ||| Stepping randomly (stuck).
 51438 | Vaults:1 | 51438 ||| Stepping randomly (stuck).
 51440 | Vaults:1 | 51440 ||| Stepping randomly (stuck).
 51442 | Vaults:1 | 51442 ||| Stepping randomly (stuck).
 51444 | Vaults:1 | 51444 ||| Stepping randomly (stuck).
 51446 | Vaults:1 | 51446 ||| Stepping randomly (stuck).
 51448 | Vaults:1 | 51448 ||| Stepping randomly (stuck).
 51450 | Vaults:1 | 51450 ||| Stepping randomly (stuck).
 51452 | Vaults:1 | 51452 ||| Stepping randomly (stuck).
 51454 | Vaults:1 | 51454 ||| Stepping randomly (stuck).
 51456 | Vaults:1 | 51456 ||| Stepping randomly (stuck).
 51458 | Vaults:1 | 51458 ||| Stepping randomly (stuck).
 51460 | Vaults:1 | 51460 ||| Stepping randomly (stuck).
 51462 | Vaults:1 | 51462 ||| Stepping randomly (stuck).
 51463 | Vaults:1 | Glimpsed the power of Zot.
 51464 | Vaults:1 | 51464 ||| Stepping randomly (stuck).
 51466 | Vaults:1 | 51466 ||| Stepping randomly (stuck).
 51468 | Vaults:1 | 51468 ||| Stepping randomly (stuck).
 51470 | Vaults:1 | 51470 ||| Stepping randomly (stuck).
 51472 | Vaults:1 | 51472 ||| Stepping randomly (stuck).
 51474 | Vaults:1 | 51474 ||| Stepping randomly (stuck).
 51476 | Vaults:1 | 51476 ||| Stepping randomly (stuck).
 51478 | Vaults:1 | 51478 ||| Stepping randomly (stuck).
 51480 | Vaults:1 | 51480 ||| Stepping randomly (stuck).
 51482 | Vaults:1 | 51482 ||| Stepping randomly (stuck).
 51484 | Vaults:1 | 51484 ||| Stepping randomly (stuck).
 51486 | Vaults:1 | 51486 ||| Stepping randomly (stuck).
 51488 | Vaults:1 | 51488 ||| Stepping randomly (stuck).
 51490 | Vaults:1 | 51490 ||| Stepping randomly (stuck).
 51492 | Vaults:1 | 51492 ||| Stepping randomly (stuck).
 51494 | Vaults:1 | 51494 ||| Stepping randomly (stuck).
 51496 | Vaults:1 | 51496 ||| Stepping randomly (stuck).
 51498 | Vaults:1 | 51498 ||| Stepping randomly (stuck).
 51500 | Vaults:1 | 51500 ||| Stepping randomly (stuck).
 51502 | Vaults:1 | 51502 ||| Stepping randomly (stuck).
 51504 | Vaults:1 | 51504 ||| Stepping randomly (stuck).
 51506 | Vaults:1 | 51506 ||| Stepping randomly (stuck).
 51508 | Vaults:1 | 51508 ||| Stepping randomly (stuck).
 51510 | Vaults:1 | 51510 ||| Stepping randomly (stuck).
 51512 | Vaults:1 | 51512 ||| Stepping randomly (stuck).
 51514 | Vaults:1 | 51514 ||| Stepping randomly (stuck).
 51516 | Vaults:1 | 51516 ||| Stepping randomly (stuck).
 51518 | Vaults:1 | 51518 ||| Stepping randomly (stuck).
 51520 | Vaults:1 | 51520 ||| Stepping randomly (stuck).
 51522 | Vaults:1 | 51522 ||| Stepping randomly (stuck).
 51524 | Vaults:1 | 51524 ||| Stepping randomly (stuck).
 51526 | Vaults:1 | 51526 ||| Stepping randomly (stuck).
 51528 | Vaults:1 | 51528 ||| Stepping randomly (stuck).
 51530 | Vaults:1 | 51530 ||| Stepping randomly (stuck).
 51532 | Vaults:1 | 51532 ||| Stepping randomly (stuck).
 51534 | Vaults:1 | 51534 ||| Stepping randomly (stuck).
 51536 | Vaults:1 | 51536 ||| Stepping randomly (stuck).
 51538 | Vaults:1 | 51538 ||| Stepping randomly (stuck).
 51540 | Vaults:1 | 51540 ||| Stepping randomly (stuck).
 51542 | Vaults:1 | 51542 ||| Stepping randomly (stuck).
 51544 | Vaults:1 | 51544 ||| Stepping randomly (stuck).
 51546 | Vaults:1 | 51546 ||| Stepping randomly (stuck).
 51548 | Vaults:1 | 51548 ||| Stepping randomly (stuck).
 51550 | Vaults:1 | 51550 ||| Stepping randomly (stuck).
 51552 | Vaults:1 | 51552 ||| Stepping randomly (stuck).
 51554 | Vaults:1 | 51554 ||| Stepping randomly (stuck).
 51556 | Vaults:1 | 51556 ||| Stepping randomly (stuck).
 51558 | Vaults:1 | 51558 ||| Stepping randomly (stuck).
 51560 | Vaults:1 | 51560 ||| Stepping randomly (stuck).
 51562 | Vaults:1 | 51562 ||| Stepping randomly (stuck).
 51562 | Vaults:1 | Touched by the power of Zot (MHP 9 -> 5)
 51563 | Vaults:1 | Glimpsed the power of Zot.
 51564 | Vaults:1 | 51564 ||| Stepping randomly (stuck).
 51566 | Vaults:1 | 51566 ||| Stepping randomly (stuck).
 51568 | Vaults:1 | 51568 ||| Stepping randomly (stuck).
 51570 | Vaults:1 | 51570 ||| Stepping randomly (stuck).
 51572 | Vaults:1 | 51572 ||| Stepping randomly (stuck).
 51574 | Vaults:1 | 51574 ||| Stepping randomly (stuck).
 51576 | Vaults:1 | 51576 ||| Stepping randomly (stuck).
 51578 | Vaults:1 | 51578 ||| Stepping randomly (stuck).
 51580 | Vaults:1 | 51580 ||| Stepping randomly (stuck).
 51582 | Vaults:1 | 51582 ||| Stepping randomly (stuck).
 51584 | Vaults:1 | 51584 ||| Stepping randomly (stuck).
 51586 | Vaults:1 | 51586 ||| Stepping randomly (stuck).
 51588 | Vaults:1 | 51588 ||| Stepping randomly (stuck).
 51590 | Vaults:1 | 51590 ||| Stepping randomly (stuck).
 51592 | Vaults:1 | 51592 ||| Stepping randomly (stuck).
 51594 | Vaults:1 | 51594 ||| Stepping randomly (stuck).
 51596 | Vaults:1 | 51596 ||| Stepping randomly (stuck).
 51598 | Vaults:1 | 51598 ||| Stepping randomly (stuck).
 51600 | Vaults:1 | 51600 ||| Stepping randomly (stuck).
 51602 | Vaults:1 | 51602 ||| Stepping randomly (stuck).
 51604 | Vaults:1 | 51604 ||| Stepping randomly (stuck).
 51606 | Vaults:1 | 51606 ||| Stepping randomly (stuck).
 51608 | Vaults:1 | 51608 ||| Stepping randomly (stuck).
 51610 | Vaults:1 | 51610 ||| Stepping randomly (stuck).
 51612 | Vaults:1 | 51612 ||| Stepping randomly (stuck).
 51614 | Vaults:1 | 51614 ||| Stepping randomly (stuck).
 51616 | Vaults:1 | 51616 ||| Stepping randomly (stuck).
 51618 | Vaults:1 | 51618 ||| Stepping randomly (stuck).
 51620 | Vaults:1 | 51620 ||| Stepping randomly (stuck).
 51622 | Vaults:1 | 51622 ||| Stepping randomly (stuck).
 51624 | Vaults:1 | 51624 ||| Stepping randomly (stuck).
 51626 | Vaults:1 | 51626 ||| Stepping randomly (stuck).
 51628 | Vaults:1 | 51628 ||| Stepping randomly (stuck).
 51630 | Vaults:1 | 51630 ||| Stepping randomly (stuck).
 51632 | Vaults:1 | 51632 ||| Stepping randomly (stuck).
 51634 | Vaults:1 | 51634 ||| Stepping randomly (stuck).
 51636 | Vaults:1 | 51636 ||| Stepping randomly (stuck).
 51638 | Vaults:1 | 51638 ||| Stepping randomly (stuck).
 51640 | Vaults:1 | 51640 ||| Stepping randomly (stuck).
 51642 | Vaults:1 | 51642 ||| Stepping randomly (stuck).
 51644 | Vaults:1 | 51644 ||| Stepping randomly (stuck).
 51646 | Vaults:1 | 51646 ||| Stepping randomly (stuck).
 51648 | Vaults:1 | 51648 ||| Stepping randomly (stuck).
 51650 | Vaults:1 | 51650 ||| Stepping randomly (stuck).
 51652 | Vaults:1 | 51652 ||| Stepping randomly (stuck).
 51654 | Vaults:1 | 51654 ||| Stepping randomly (stuck).
 51656 | Vaults:1 | 51656 ||| Stepping randomly (stuck).
 51658 | Vaults:1 | 51658 ||| Stepping randomly (stuck).
 51660 | Vaults:1 | 51660 ||| Stepping randomly (stuck).
 51662 | Vaults:1 | 51662 ||| Stepping randomly (stuck).
 51664 | Vaults:1 | 51664 ||| Stepping randomly (stuck).
 51666 | Vaults:1 | 51666 ||| Stepping randomly (stuck).
 51668 | Vaults:1 | 51668 ||| Stepping randomly (stuck).
 51670 | Vaults:1 | 51670 ||| Stepping randomly (stuck).
 51672 | Vaults:1 | 51672 ||| Stepping randomly (stuck).
 51674 | Vaults:1 | 51674 ||| Stepping randomly (stuck).
 51676 | Vaults:1 | 51676 ||| Stepping randomly (stuck).
 51678 | Vaults:1 | 51678 ||| Stepping randomly (stuck).
 51680 | Vaults:1 | 51680 ||| Stepping randomly (stuck).
 51682 | Vaults:1 | 51682 ||| Stepping randomly (stuck).
 51684 | Vaults:1 | 51684 ||| Stepping randomly (stuck).
 51686 | Vaults:1 | 51686 ||| Stepping randomly (stuck).
 51688 | Vaults:1 | 51688 ||| Stepping randomly (stuck).
 51690 | Vaults:1 | 51690 ||| Stepping randomly (stuck).
 51692 | Vaults:1 | 51692 ||| Stepping randomly (stuck).
 51694 | Vaults:1 | 51694 ||| Stepping randomly (stuck).
 51696 | Vaults:1 | 51696 ||| Stepping randomly (stuck).
 51698 | Vaults:1 | 51698 ||| Stepping randomly (stuck).
 51700 | Vaults:1 | 51700 ||| Stepping randomly (stuck).
 51702 | Vaults:1 | 51702 ||| Stepping randomly (stuck).
 51704 | Vaults:1 | 51704 ||| Stepping randomly (stuck).
 51706 | Vaults:1 | 51706 ||| Stepping randomly (stuck).
 51708 | Vaults:1 | 51708 ||| Stepping randomly (stuck).
 51710 | Vaults:1 | 51710 ||| Stepping randomly (stuck).
 51712 | Vaults:1 | 51712 ||| Stepping randomly (stuck).
 51714 | Vaults:1 | 51714 ||| Stepping randomly (stuck).
 51716 | Vaults:1 | 51716 ||| Stepping randomly (stuck).
 51718 | Vaults:1 | 51718 ||| Stepping randomly (stuck).
 51720 | Vaults:1 | 51720 ||| Stepping randomly (stuck).
 51722 | Vaults:1 | 51722 ||| Stepping randomly (stuck).
 51724 | Vaults:1 | 51724 ||| Stepping randomly (stuck).
 51726 | Vaults:1 | 51726 ||| Stepping randomly (stuck).
 51728 | Vaults:1 | 51728 ||| Stepping randomly (stuck).
 51730 | Vaults:1 | 51730 ||| Stepping randomly (stuck).
 51732 | Vaults:1 | 51732 ||| Stepping randomly (stuck).
 51734 | Vaults:1 | 51734 ||| Stepping randomly (stuck).
 51736 | Vaults:1 | 51736 ||| Stepping randomly (stuck).
 51738 | Vaults:1 | 51738 ||| Stepping randomly (stuck).
 51740 | Vaults:1 | 51740 ||| Stepping randomly (stuck).
 51742 | Vaults:1 | 51742 ||| Stepping randomly (stuck).
 51744 | Vaults:1 | 51744 ||| Stepping randomly (stuck).
 51746 | Vaults:1 | 51746 ||| Stepping randomly (stuck).
 51748 | Vaults:1 | 51748 ||| Stepping randomly (stuck).
 51750 | Vaults:1 | 51750 ||| Stepping randomly (stuck).
 51752 | Vaults:1 | 51752 ||| Stepping randomly (stuck).
 51754 | Vaults:1 | 51754 ||| Stepping randomly (stuck).
 51756 | Vaults:1 | 51756 ||| Stepping randomly (stuck).
 51758 | Vaults:1 | 51758 ||| Stepping randomly (stuck).
 51760 | Vaults:1 | 51760 ||| Stepping randomly (stuck).
 51762 | Vaults:1 | 51762 ||| Stepping randomly (stuck).
 51764 | Vaults:1 | 51764 ||| Stepping randomly (stuck).
 51766 | Vaults:1 | 51766 ||| Stepping randomly (stuck).
 51768 | Vaults:1 | 51768 ||| Stepping randomly (stuck).
 51770 | Vaults:1 | 51770 ||| Stepping randomly (stuck).
 51772 | Vaults:1 | 51772 ||| Stepping randomly (stuck).
 51774 | Vaults:1 | 51774 ||| Stepping randomly (stuck).
 51776 | Vaults:1 | 51776 ||| Stepping randomly (stuck).
 51778 | Vaults:1 | 51778 ||| Stepping randomly (stuck).
 51780 | Vaults:1 | 51780 ||| Stepping randomly (stuck).
 51782 | Vaults:1 | 51782 ||| Stepping randomly (stuck).
 51784 | Vaults:1 | 51784 ||| Stepping randomly (stuck).
 51786 | Vaults:1 | 51786 ||| Stepping randomly (stuck).
 51788 | Vaults:1 | 51788 ||| Stepping randomly (stuck).
 51790 | Vaults:1 | 51790 ||| Stepping randomly (stuck).
 51792 | Vaults:1 | 51792 ||| Stepping randomly (stuck).
 51794 | Vaults:1 | 51794 ||| Stepping randomly (stuck).
 51796 | Vaults:1 | 51796 ||| Stepping randomly (stuck).
 51798 | Vaults:1 | 51798 ||| Stepping randomly (stuck).
 51800 | Vaults:1 | 51800 ||| Stepping randomly (stuck).
 51802 | Vaults:1 | 51802 ||| Stepping randomly (stuck).
 51804 | Vaults:1 | 51804 ||| Stepping randomly (stuck).
 51806 | Vaults:1 | 51806 ||| Stepping randomly (stuck).
 51808 | Vaults:1 | 51808 ||| Stepping randomly (stuck).
 51810 | Vaults:1 | 51810 ||| Stepping randomly (stuck).
 51812 | Vaults:1 | 51812 ||| Stepping randomly (stuck).
 51814 | Vaults:1 | 51814 ||| Stepping randomly (stuck).
 51816 | Vaults:1 | 51816 ||| Stepping randomly (stuck).
 51818 | Vaults:1 | 51818 ||| Stepping randomly (stuck).
 51820 | Vaults:1 | 51820 ||| Stepping randomly (stuck).
 51822 | Vaults:1 | 51822 ||| Stepping randomly (stuck).
 51824 | Vaults:1 | 51824 ||| Stepping randomly (stuck).
 51826 | Vaults:1 | 51826 ||| Stepping randomly (stuck).
 51828 | Vaults:1 | 51828 ||| Stepping randomly (stuck).
 51830 | Vaults:1 | 51830 ||| Stepping randomly (stuck).
 51832 | Vaults:1 | 51832 ||| Stepping randomly (stuck).
 51834 | Vaults:1 | 51834 ||| Stepping randomly (stuck).
 51836 | Vaults:1 | 51836 ||| Stepping randomly (stuck).
 51838 | Vaults:1 | 51838 ||| Stepping randomly (stuck).
 51840 | Vaults:1 | 51840 ||| Stepping randomly (stuck).
 51842 | Vaults:1 | 51842 ||| Stepping randomly (stuck).
 51844 | Vaults:1 | 51844 ||| Stepping randomly (stuck).
 51846 | Vaults:1 | 51846 ||| Stepping randomly (stuck).
 51848 | Vaults:1 | 51848 ||| Stepping randomly (stuck).
 51850 | Vaults:1 | 51850 ||| Stepping randomly (stuck).
 51852 | Vaults:1 | 51852 ||| Stepping randomly (stuck).
 51854 | Vaults:1 | 51854 ||| Stepping randomly (stuck).
 51856 | Vaults:1 | 51856 ||| Stepping randomly (stuck).
 51858 | Vaults:1 | 51858 ||| Stepping randomly (stuck).
 51860 | Vaults:1 | 51860 ||| Stepping randomly (stuck).
 51862 | Vaults:1 | 51862 ||| Stepping randomly (stuck).
 51864 | Vaults:1 | 51864 ||| Stepping randomly (stuck).
 51866 | Vaults:1 | 51866 ||| Stepping randomly (stuck).
 51868 | Vaults:1 | 51868 ||| Stepping randomly (stuck).
 51870 | Vaults:1 | 51870 ||| Stepping randomly (stuck).
 51872 | Vaults:1 | 51872 ||| Stepping randomly (stuck).
 51874 | Vaults:1 | 51874 ||| Stepping randomly (stuck).
 51876 | Vaults:1 | 51876 ||| Stepping randomly (stuck).
 51878 | Vaults:1 | 51878 ||| Stepping randomly (stuck).
 51880 | Vaults:1 | 51880 ||| Stepping randomly (stuck).
 51882 | Vaults:1 | 51882 ||| Stepping randomly (stuck).
 51884 | Vaults:1 | 51884 ||| Stepping randomly (stuck).
 51886 | Vaults:1 | 51886 ||| Stepping randomly (stuck).
 51888 | Vaults:1 | 51888 ||| Stepping randomly (stuck).
 51890 | Vaults:1 | 51890 ||| Stepping randomly (stuck).
 51892 | Vaults:1 | 51892 ||| Stepping randomly (stuck).
 51894 | Vaults:1 | 51894 ||| Stepping randomly (stuck).
 51896 | Vaults:1 | 51896 ||| Stepping randomly (stuck).
 51898 | Vaults:1 | 51898 ||| Stepping randomly (stuck).
 51900 | Vaults:1 | 51900 ||| Stepping randomly (stuck).
 51902 | Vaults:1 | 51902 ||| Stepping randomly (stuck).
 51904 | Vaults:1 | 51904 ||| Stepping randomly (stuck).
 51906 | Vaults:1 | 51906 ||| Stepping randomly (stuck).
 51908 | Vaults:1 | 51908 ||| Stepping randomly (stuck).
 51910 | Vaults:1 | 51910 ||| Stepping randomly (stuck).
 51912 | Vaults:1 | 51912 ||| Stepping randomly (stuck).
 51914 | Vaults:1 | 51914 ||| Stepping randomly (stuck).
 51916 | Vaults:1 | 51916 ||| Stepping randomly (stuck).
 51918 | Vaults:1 | 51918 ||| Stepping randomly (stuck).
 51920 | Vaults:1 | 51920 ||| Stepping randomly (stuck).
 51922 | Vaults:1 | 51922 ||| Stepping randomly (stuck).
 51924 | Vaults:1 | 51924 ||| Stepping randomly (stuck).
 51926 | Vaults:1 | 51926 ||| Stepping randomly (stuck).
 51928 | Vaults:1 | 51928 ||| Stepping randomly (stuck).
 51930 | Vaults:1 | 51930 ||| Stepping randomly (stuck).
 51932 | Vaults:1 | 51932 ||| Stepping randomly (stuck).
 51934 | Vaults:1 | 51934 ||| Stepping randomly (stuck).
 51936 | Vaults:1 | 51936 ||| Stepping randomly (stuck).
 51938 | Vaults:1 | 51938 ||| Stepping randomly (stuck).
 51940 | Vaults:1 | 51940 ||| Stepping randomly (stuck).
 51942 | Vaults:1 | 51942 ||| Stepping randomly (stuck).
 51944 | Vaults:1 | 51944 ||| Stepping randomly (stuck).
 51946 | Vaults:1 | 51946 ||| Stepping randomly (stuck).
 51948 | Vaults:1 | 51948 ||| Stepping randomly (stuck).
 51950 | Vaults:1 | 51950 ||| Stepping randomly (stuck).
 51952 | Vaults:1 | 51952 ||| Stepping randomly (stuck).
 51954 | Vaults:1 | 51954 ||| Stepping randomly (stuck).
 51956 | Vaults:1 | 51956 ||| Stepping randomly (stuck).
 51958 | Vaults:1 | 51958 ||| Stepping randomly (stuck).
 51960 | Vaults:1 | 51960 ||| Stepping randomly (stuck).
 51962 | Vaults:1 | 51962 ||| Stepping randomly (stuck).
 51964 | Vaults:1 | 51964 ||| Stepping randomly (stuck).
 51966 | Vaults:1 | 51966 ||| Stepping randomly (stuck).
 51968 | Vaults:1 | 51968 ||| Stepping randomly (stuck).
 51970 | Vaults:1 | 51970 ||| Stepping randomly (stuck).
 51972 | Vaults:1 | 51972 ||| Stepping randomly (stuck).
 51974 | Vaults:1 | 51974 ||| Stepping randomly (stuck).
 51976 | Vaults:1 | 51976 ||| Stepping randomly (stuck).
 51978 | Vaults:1 | 51978 ||| Stepping randomly (stuck).
 51980 | Vaults:1 | 51980 ||| Stepping randomly (stuck).
 51982 | Vaults:1 | 51982 ||| Stepping randomly (stuck).
 51984 | Vaults:1 | 51984 ||| Stepping randomly (stuck).
 51986 | Vaults:1 | 51986 ||| Stepping randomly (stuck).
 51988 | Vaults:1 | 51988 ||| Stepping randomly (stuck).
 51990 | Vaults:1 | 51990 ||| Stepping randomly (stuck).
 51992 | Vaults:1 | 51992 ||| Stepping randomly (stuck).
 51994 | Vaults:1 | 51994 ||| Stepping randomly (stuck).
 51996 | Vaults:1 | 51996 ||| Stepping randomly (stuck).
 51998 | Vaults:1 | 51998 ||| Stepping randomly (stuck).
 52000 | Vaults:1 | 52000 ||| Stepping randomly (stuck).
 52002 | Vaults:1 | 52002 ||| Stepping randomly (stuck).
 52004 | Vaults:1 | 52004 ||| Stepping randomly (stuck).
 52006 | Vaults:1 | 52006 ||| Stepping randomly (stuck).
 52008 | Vaults:1 | 52008 ||| Stepping randomly (stuck).
 52010 | Vaults:1 | 52010 ||| Stepping randomly (stuck).
 52012 | Vaults:1 | 52012 ||| Stepping randomly (stuck).
 52014 | Vaults:1 | 52014 ||| Stepping randomly (stuck).
 52016 | Vaults:1 | 52016 ||| Stepping randomly (stuck).
 52018 | Vaults:1 | 52018 ||| Stepping randomly (stuck).
 52020 | Vaults:1 | 52020 ||| Stepping randomly (stuck).
 52022 | Vaults:1 | 52022 ||| Stepping randomly (stuck).
 52024 | Vaults:1 | 52024 ||| Stepping randomly (stuck).
 52026 | Vaults:1 | 52026 ||| Stepping randomly (stuck).
 52028 | Vaults:1 | 52028 ||| Stepping randomly (stuck).
 52030 | Vaults:1 | 52030 ||| Stepping randomly (stuck).
 52032 | Vaults:1 | 52032 ||| Stepping randomly (stuck).
 52034 | Vaults:1 | 52034 ||| Stepping randomly (stuck).
 52036 | Vaults:1 | 52036 ||| Stepping randomly (stuck).
 52038 | Vaults:1 | 52038 ||| Stepping randomly (stuck).
 52040 | Vaults:1 | 52040 ||| Stepping randomly (stuck).
 52042 | Vaults:1 | 52042 ||| Stepping randomly (stuck).
 52044 | Vaults:1 | 52044 ||| Stepping randomly (stuck).
 52046 | Vaults:1 | 52046 ||| Stepping randomly (stuck).
 52048 | Vaults:1 | 52048 ||| Stepping randomly (stuck).
 52050 | Vaults:1 | 52050 ||| Stepping randomly (stuck).
 52052 | Vaults:1 | 52052 ||| Stepping randomly (stuck).
 52054 | Vaults:1 | 52054 ||| Stepping randomly (stuck).
 52056 | Vaults:1 | 52056 ||| Stepping randomly (stuck).
 52058 | Vaults:1 | 52058 ||| Stepping randomly (stuck).
 52060 | Vaults:1 | 52060 ||| Stepping randomly (stuck).
 52062 | Vaults:1 | 52062 ||| Stepping randomly (stuck).
 52063 | Vaults:1 | Glimpsed the power of Zot.
 52064 | Vaults:1 | 52064 ||| Stepping randomly (stuck).
 52066 | Vaults:1 | 52066 ||| Stepping randomly (stuck).
 52068 | Vaults:1 | 52068 ||| Stepping randomly (stuck).
 52070 | Vaults:1 | 52070 ||| Stepping randomly (stuck).
 52072 | Vaults:1 | 52072 ||| Stepping randomly (stuck).
 52074 | Vaults:1 | 52074 ||| Stepping randomly (stuck).
 52076 | Vaults:1 | 52076 ||| Stepping randomly (stuck).
 52078 | Vaults:1 | 52078 ||| Stepping randomly (stuck).
 52080 | Vaults:1 | 52080 ||| Stepping randomly (stuck).
 52082 | Vaults:1 | 52082 ||| Stepping randomly (stuck).
 52084 | Vaults:1 | 52084 ||| Stepping randomly (stuck).
 52086 | Vaults:1 | 52086 ||| Stepping randomly (stuck).
 52088 | Vaults:1 | 52088 ||| Stepping randomly (stuck).
 52090 | Vaults:1 | 52090 ||| Stepping randomly (stuck).
 52092 | Vaults:1 | 52092 ||| Stepping randomly (stuck).
 52094 | Vaults:1 | 52094 ||| Stepping randomly (stuck).
 52096 | Vaults:1 | 52096 ||| Stepping randomly (stuck).
 52098 | Vaults:1 | 52098 ||| Stepping randomly (stuck).
 52100 | Vaults:1 | 52100 ||| Stepping randomly (stuck).
 52102 | Vaults:1 | 52102 ||| Stepping randomly (stuck).
 52104 | Vaults:1 | 52104 ||| Stepping randomly (stuck).
 52106 | Vaults:1 | 52106 ||| Stepping randomly (stuck).
 52108 | Vaults:1 | 52108 ||| Stepping randomly (stuck).
 52110 | Vaults:1 | 52110 ||| Stepping randomly (stuck).
 52112 | Vaults:1 | 52112 ||| Stepping randomly (stuck).
 52114 | Vaults:1 | 52114 ||| Stepping randomly (stuck).
 52116 | Vaults:1 | 52116 ||| Stepping randomly (stuck).
 52118 | Vaults:1 | 52118 ||| Stepping randomly (stuck).
 52120 | Vaults:1 | 52120 ||| Stepping randomly (stuck).
 52122 | Vaults:1 | 52122 ||| Stepping randomly (stuck).
 52124 | Vaults:1 | 52124 ||| Stepping randomly (stuck).
 52126 | Vaults:1 | 52126 ||| Stepping randomly (stuck).
 52128 | Vaults:1 | 52128 ||| Stepping randomly (stuck).
 52130 | Vaults:1 | 52130 ||| Stepping randomly (stuck).
 52132 | Vaults:1 | 52132 ||| Stepping randomly (stuck).
 52134 | Vaults:1 | 52134 ||| Stepping randomly (stuck).
 52136 | Vaults:1 | 52136 ||| Stepping randomly (stuck).
 52138 | Vaults:1 | 52138 ||| Stepping randomly (stuck).
 52140 | Vaults:1 | 52140 ||| Stepping randomly (stuck).
 52142 | Vaults:1 | 52142 ||| Stepping randomly (stuck).
 52144 | Vaults:1 | 52144 ||| Stepping randomly (stuck).
 52146 | Vaults:1 | 52146 ||| Stepping randomly (stuck).
 52148 | Vaults:1 | 52148 ||| Stepping randomly (stuck).
 52150 | Vaults:1 | 52150 ||| Stepping randomly (stuck).
 52152 | Vaults:1 | 52152 ||| Stepping randomly (stuck).
 52154 | Vaults:1 | 52154 ||| Stepping randomly (stuck).
 52156 | Vaults:1 | 52156 ||| Stepping randomly (stuck).
 52158 | Vaults:1 | 52158 ||| Stepping randomly (stuck).
 52160 | Vaults:1 | 52160 ||| Stepping randomly (stuck).
 52162 | Vaults:1 | 52162 ||| Stepping randomly (stuck).
 52164 | Vaults:1 | 52164 ||| Stepping randomly (stuck).
 52166 | Vaults:1 | 52166 ||| Stepping randomly (stuck).
 52168 | Vaults:1 | 52168 ||| Stepping randomly (stuck).
 52170 | Vaults:1 | 52170 ||| Stepping randomly (stuck).
 52172 | Vaults:1 | 52172 ||| Stepping randomly (stuck).
 52174 | Vaults:1 | 52174 ||| Stepping randomly (stuck).
 52176 | Vaults:1 | 52176 ||| Stepping randomly (stuck).
 52178 | Vaults:1 | 52178 ||| Stepping randomly (stuck).
 52180 | Vaults:1 | 52180 ||| Stepping randomly (stuck).
 52182 | Vaults:1 | 52182 ||| Stepping randomly (stuck).
 52184 | Vaults:1 | 52184 ||| Stepping randomly (stuck).
 52186 | Vaults:1 | 52186 ||| Stepping randomly (stuck).
 52188 | Vaults:1 | 52188 ||| Stepping randomly (stuck).
 52190 | Vaults:1 | 52190 ||| Stepping randomly (stuck).
 52192 | Vaults:1 | 52192 ||| Stepping randomly (stuck).
 52194 | Vaults:1 | 52194 ||| Stepping randomly (stuck).
 52196 | Vaults:1 | 52196 ||| Stepping randomly (stuck).
 52198 | Vaults:1 | 52198 ||| Stepping randomly (stuck).
 52200 | Vaults:1 | 52200 ||| Stepping randomly (stuck).
 52202 | Vaults:1 | 52202 ||| Stepping randomly (stuck).
 52204 | Vaults:1 | 52204 ||| Stepping randomly (stuck).
 52206 | Vaults:1 | 52206 ||| Stepping randomly (stuck).
 52208 | Vaults:1 | 52208 ||| Stepping randomly (stuck).
 52210 | Vaults:1 | 52210 ||| Stepping randomly (stuck).
 52212 | Vaults:1 | 52212 ||| Stepping randomly (stuck).
 52214 | Vaults:1 | 52214 ||| Stepping randomly (stuck).
 52216 | Vaults:1 | 52216 ||| Stepping randomly (stuck).
 52218 | Vaults:1 | 52218 ||| Stepping randomly (stuck).
 52220 | Vaults:1 | 52220 ||| Stepping randomly (stuck).
 52222 | Vaults:1 | 52222 ||| Stepping randomly (stuck).
 52224 | Vaults:1 | 52224 ||| Stepping randomly (stuck).
 52226 | Vaults:1 | 52226 ||| Stepping randomly (stuck).
 52228 | Vaults:1 | 52228 ||| Stepping randomly (stuck).
 52230 | Vaults:1 | 52230 ||| Stepping randomly (stuck).
 52232 | Vaults:1 | 52232 ||| Stepping randomly (stuck).
 52234 | Vaults:1 | 52234 ||| Stepping randomly (stuck).
 52236 | Vaults:1 | 52236 ||| Stepping randomly (stuck).
 52238 | Vaults:1 | 52238 ||| Stepping randomly (stuck).
 52240 | Vaults:1 | 52240 ||| Stepping randomly (stuck).
 52242 | Vaults:1 | 52242 ||| Stepping randomly (stuck).
 52244 | Vaults:1 | 52244 ||| Stepping randomly (stuck).
 52246 | Vaults:1 | 52246 ||| Stepping randomly (stuck).
 52248 | Vaults:1 | 52248 ||| Stepping randomly (stuck).
 52250 | Vaults:1 | 52250 ||| Stepping randomly (stuck).
 52252 | Vaults:1 | 52252 ||| Stepping randomly (stuck).
 52254 | Vaults:1 | 52254 ||| Stepping randomly (stuck).
 52256 | Vaults:1 | 52256 ||| Stepping randomly (stuck).
 52258 | Vaults:1 | 52258 ||| Stepping randomly (stuck).
 52260 | Vaults:1 | 52260 ||| Stepping randomly (stuck).
 52262 | Vaults:1 | 52262 ||| Stepping randomly (stuck).
 52264 | Vaults:1 | 52264 ||| Stepping randomly (stuck).
 52266 | Vaults:1 | 52266 ||| Stepping randomly (stuck).
 52268 | Vaults:1 | 52268 ||| Stepping randomly (stuck).
 52270 | Vaults:1 | 52270 ||| Stepping randomly (stuck).
 52272 | Vaults:1 | 52272 ||| Stepping randomly (stuck).
 52274 | Vaults:1 | 52274 ||| Stepping randomly (stuck).
 52276 | Vaults:1 | 52276 ||| Stepping randomly (stuck).
 52278 | Vaults:1 | 52278 ||| Stepping randomly (stuck).
 52280 | Vaults:1 | 52280 ||| Stepping randomly (stuck).
 52282 | Vaults:1 | 52282 ||| Stepping randomly (stuck).
 52284 | Vaults:1 | 52284 ||| Stepping randomly (stuck).
 52286 | Vaults:1 | 52286 ||| Stepping randomly (stuck).
 52288 | Vaults:1 | 52288 ||| Stepping randomly (stuck).
 52290 | Vaults:1 | 52290 ||| Stepping randomly (stuck).
 52292 | Vaults:1 | 52292 ||| Stepping randomly (stuck).
 52294 | Vaults:1 | 52294 ||| Stepping randomly (stuck).
 52296 | Vaults:1 | 52296 ||| Stepping randomly (stuck).
 52298 | Vaults:1 | 52298 ||| Stepping randomly (stuck).
 52300 | Vaults:1 | 52300 ||| Stepping randomly (stuck).
 52302 | Vaults:1 | 52302 ||| Stepping randomly (stuck).
 52304 | Vaults:1 | 52304 ||| Stepping randomly (stuck).
 52306 | Vaults:1 | 52306 ||| Stepping randomly (stuck).
 52308 | Vaults:1 | 52308 ||| Stepping randomly (stuck).
 52310 | Vaults:1 | 52310 ||| Stepping randomly (stuck).
 52312 | Vaults:1 | 52312 ||| Stepping randomly (stuck).
 52314 | Vaults:1 | 52314 ||| Stepping randomly (stuck).
 52316 | Vaults:1 | 52316 ||| Stepping randomly (stuck).
 52318 | Vaults:1 | 52318 ||| Stepping randomly (stuck).
 52320 | Vaults:1 | 52320 ||| Stepping randomly (stuck).
 52322 | Vaults:1 | 52322 ||| Stepping randomly (stuck).
 52324 | Vaults:1 | 52324 ||| Stepping randomly (stuck).
 52326 | Vaults:1 | 52326 ||| Stepping randomly (stuck).
 52328 | Vaults:1 | 52328 ||| Stepping randomly (stuck).
 52330 | Vaults:1 | 52330 ||| Stepping randomly (stuck).
 52332 | Vaults:1 | 52332 ||| Stepping randomly (stuck).
 52334 | Vaults:1 | 52334 ||| Stepping randomly (stuck).
 52336 | Vaults:1 | 52336 ||| Stepping randomly (stuck).
 52338 | Vaults:1 | 52338 ||| Stepping randomly (stuck).
 52340 | Vaults:1 | 52340 ||| Stepping randomly (stuck).
 52342 | Vaults:1 | 52342 ||| Stepping randomly (stuck).
 52344 | Vaults:1 | 52344 ||| Stepping randomly (stuck).
 52346 | Vaults:1 | 52346 ||| Stepping randomly (stuck).
 52348 | Vaults:1 | 52348 ||| Stepping randomly (stuck).
 52350 | Vaults:1 | 52350 ||| Stepping randomly (stuck).
 52352 | Vaults:1 | 52352 ||| Stepping randomly (stuck).
 52354 | Vaults:1 | 52354 ||| Stepping randomly (stuck).
 52356 | Vaults:1 | 52356 ||| Stepping randomly (stuck).
 52358 | Vaults:1 | 52358 ||| Stepping randomly (stuck).
 52360 | Vaults:1 | 52360 ||| Stepping randomly (stuck).
 52362 | Vaults:1 | 52362 ||| Stepping randomly (stuck).
 52364 | Vaults:1 | 52364 ||| Stepping randomly (stuck).
 52366 | Vaults:1 | 52366 ||| Stepping randomly (stuck).
 52368 | Vaults:1 | 52368 ||| Stepping randomly (stuck).
 52370 | Vaults:1 | 52370 ||| Stepping randomly (stuck).
 52372 | Vaults:1 | 52372 ||| Stepping randomly (stuck).
 52374 | Vaults:1 | 52374 ||| Stepping randomly (stuck).
 52376 | Vaults:1 | 52376 ||| Stepping randomly (stuck).
 52378 | Vaults:1 | 52378 ||| Stepping randomly (stuck).
 52380 | Vaults:1 | 52380 ||| Stepping randomly (stuck).
 52382 | Vaults:1 | 52382 ||| Stepping randomly (stuck).
 52384 | Vaults:1 | 52384 ||| Stepping randomly (stuck).
 52386 | Vaults:1 | 52386 ||| Stepping randomly (stuck).
 52388 | Vaults:1 | 52388 ||| Stepping randomly (stuck).
 52390 | Vaults:1 | 52390 ||| Stepping randomly (stuck).
 52392 | Vaults:1 | 52392 ||| Stepping randomly (stuck).
 52394 | Vaults:1 | 52394 ||| Stepping randomly (stuck).
 52396 | Vaults:1 | 52396 ||| Stepping randomly (stuck).
 52398 | Vaults:1 | 52398 ||| Stepping randomly (stuck).
 52400 | Vaults:1 | 52400 ||| Stepping randomly (stuck).
 52402 | Vaults:1 | 52402 ||| Stepping randomly (stuck).
 52404 | Vaults:1 | 52404 ||| Stepping randomly (stuck).
 52406 | Vaults:1 | 52406 ||| Stepping randomly (stuck).
 52408 | Vaults:1 | 52408 ||| Stepping randomly (stuck).
 52410 | Vaults:1 | 52410 ||| Stepping randomly (stuck).
 52412 | Vaults:1 | 52412 ||| Stepping randomly (stuck).
 52414 | Vaults:1 | 52414 ||| Stepping randomly (stuck).
 52416 | Vaults:1 | 52416 ||| Stepping randomly (stuck).
 52418 | Vaults:1 | 52418 ||| Stepping randomly (stuck).
 52420 | Vaults:1 | 52420 ||| Stepping randomly (stuck).
 52422 | Vaults:1 | 52422 ||| Stepping randomly (stuck).
 52424 | Vaults:1 | 52424 ||| Stepping randomly (stuck).
 52426 | Vaults:1 | 52426 ||| Stepping randomly (stuck).
 52428 | Vaults:1 | 52428 ||| Stepping randomly (stuck).
 52430 | Vaults:1 | 52430 ||| Stepping randomly (stuck).
 52432 | Vaults:1 | 52432 ||| Stepping randomly (stuck).
 52434 | Vaults:1 | 52434 ||| Stepping randomly (stuck).
 52436 | Vaults:1 | 52436 ||| Stepping randomly (stuck).
 52438 | Vaults:1 | 52438 ||| Stepping randomly (stuck).
 52440 | Vaults:1 | 52440 ||| Stepping randomly (stuck).
 52442 | Vaults:1 | 52442 ||| Stepping randomly (stuck).
 52444 | Vaults:1 | 52444 ||| Stepping randomly (stuck).
 52446 | Vaults:1 | 52446 ||| Stepping randomly (stuck).
 52448 | Vaults:1 | 52448 ||| Stepping randomly (stuck).
 52450 | Vaults:1 | 52450 ||| Stepping randomly (stuck).
 52452 | Vaults:1 | 52452 ||| Stepping randomly (stuck).
 52454 | Vaults:1 | 52454 ||| Stepping randomly (stuck).
 52456 | Vaults:1 | 52456 ||| Stepping randomly (stuck).
 52458 | Vaults:1 | 52458 ||| Stepping randomly (stuck).
 52460 | Vaults:1 | 52460 ||| Stepping randomly (stuck).
 52462 | Vaults:1 | 52462 ||| Stepping randomly (stuck).
 52463 | Vaults:1 | Glimpsed the power of Zot.
 52464 | Vaults:1 | 52464 ||| Stepping randomly (stuck).
 52466 | Vaults:1 | 52466 ||| Stepping randomly (stuck).
 52468 | Vaults:1 | 52468 ||| Stepping randomly (stuck).
 52470 | Vaults:1 | 52470 ||| Stepping randomly (stuck).
 52472 | Vaults:1 | 52472 ||| Stepping randomly (stuck).
 52474 | Vaults:1 | 52474 ||| Stepping randomly (stuck).
 52476 | Vaults:1 | 52476 ||| Stepping randomly (stuck).
 52478 | Vaults:1 | 52478 ||| Stepping randomly (stuck).
 52480 | Vaults:1 | 52480 ||| Stepping randomly (stuck).
 52482 | Vaults:1 | 52482 ||| Stepping randomly (stuck).
 52484 | Vaults:1 | 52484 ||| Stepping randomly (stuck).
 52486 | Vaults:1 | 52486 ||| Stepping randomly (stuck).
 52488 | Vaults:1 | 52488 ||| Stepping randomly (stuck).
 52490 | Vaults:1 | 52490 ||| Stepping randomly (stuck).
 52492 | Vaults:1 | 52492 ||| Stepping randomly (stuck).
 52494 | Vaults:1 | 52494 ||| Stepping randomly (stuck).
 52496 | Vaults:1 | 52496 ||| Stepping randomly (stuck).
 52498 | Vaults:1 | 52498 ||| Stepping randomly (stuck).
 52500 | Vaults:1 | 52500 ||| Stepping randomly (stuck).
 52502 | Vaults:1 | 52502 ||| Stepping randomly (stuck).
 52504 | Vaults:1 | 52504 ||| Stepping randomly (stuck).
 52506 | Vaults:1 | 52506 ||| Stepping randomly (stuck).
 52508 | Vaults:1 | 52508 ||| Stepping randomly (stuck).
 52510 | Vaults:1 | 52510 ||| Stepping randomly (stuck).
 52512 | Vaults:1 | 52512 ||| Stepping randomly (stuck).
 52514 | Vaults:1 | 52514 ||| Stepping randomly (stuck).
 52516 | Vaults:1 | 52516 ||| Stepping randomly (stuck).
 52518 | Vaults:1 | 52518 ||| Stepping randomly (stuck).
 52520 | Vaults:1 | 52520 ||| Stepping randomly (stuck).
 52522 | Vaults:1 | 52522 ||| Stepping randomly (stuck).
 52524 | Vaults:1 | 52524 ||| Stepping randomly (stuck).
 52526 | Vaults:1 | 52526 ||| Stepping randomly (stuck).
 52528 | Vaults:1 | 52528 ||| Stepping randomly (stuck).
 52530 | Vaults:1 | 52530 ||| Stepping randomly (stuck).
 52532 | Vaults:1 | 52532 ||| Stepping randomly (stuck).
 52534 | Vaults:1 | 52534 ||| Stepping randomly (stuck).
 52536 | Vaults:1 | 52536 ||| Stepping randomly (stuck).
 52538 | Vaults:1 | 52538 ||| Stepping randomly (stuck).
 52540 | Vaults:1 | 52540 ||| Stepping randomly (stuck).
 52542 | Vaults:1 | 52542 ||| Stepping randomly (stuck).
 52544 | Vaults:1 | 52544 ||| Stepping randomly (stuck).
 52546 | Vaults:1 | 52546 ||| Stepping randomly (stuck).
 52548 | Vaults:1 | 52548 ||| Stepping randomly (stuck).
 52550 | Vaults:1 | 52550 ||| Stepping randomly (stuck).
 52552 | Vaults:1 | 52552 ||| Stepping randomly (stuck).
 52554 | Vaults:1 | 52554 ||| Stepping randomly (stuck).
 52556 | Vaults:1 | 52556 ||| Stepping randomly (stuck).
 52558 | Vaults:1 | 52558 ||| Stepping randomly (stuck).
 52560 | Vaults:1 | 52560 ||| Stepping randomly (stuck).
 52562 | Vaults:1 | 52562 ||| Stepping randomly (stuck).
 52562 | Vaults:1 | Touched by the power of Zot (MHP 6 -> 2)
 52563 | Vaults:1 | Glimpsed the power of Zot.
 52564 | Vaults:1 | 52564 ||| Stepping randomly (stuck).
 52566 | Vaults:1 | 52566 ||| Stepping randomly (stuck).
 52568 | Vaults:1 | 52568 ||| Stepping randomly (stuck).
 52570 | Vaults:1 | 52570 ||| Stepping randomly (stuck).
 52572 | Vaults:1 | 52572 ||| Stepping randomly (stuck).
 52574 | Vaults:1 | 52574 ||| Stepping randomly (stuck).
 52576 | Vaults:1 | 52576 ||| Stepping randomly (stuck).
 52578 | Vaults:1 | 52578 ||| Stepping randomly (stuck).
 52580 | Vaults:1 | 52580 ||| Stepping randomly (stuck).
 52582 | Vaults:1 | 52582 ||| Stepping randomly (stuck).
 52584 | Vaults:1 | 52584 ||| Stepping randomly (stuck).
 52586 | Vaults:1 | 52586 ||| Stepping randomly (stuck).
 52588 | Vaults:1 | 52588 ||| Stepping randomly (stuck).
 52590 | Vaults:1 | 52590 ||| Stepping randomly (stuck).
 52592 | Vaults:1 | 52592 ||| Stepping randomly (stuck).
 52594 | Vaults:1 | 52594 ||| Stepping randomly (stuck).
 52596 | Vaults:1 | 52596 ||| Stepping randomly (stuck).
 52598 | Vaults:1 | 52598 ||| Stepping randomly (stuck).
 52600 | Vaults:1 | 52600 ||| Stepping randomly (stuck).
 52602 | Vaults:1 | 52602 ||| Stepping randomly (stuck).
 52604 | Vaults:1 | 52604 ||| Stepping randomly (stuck).
 52606 | Vaults:1 | 52606 ||| Stepping randomly (stuck).
 52608 | Vaults:1 | 52608 ||| Stepping randomly (stuck).
 52610 | Vaults:1 | 52610 ||| Stepping randomly (stuck).
 52612 | Vaults:1 | 52612 ||| Stepping randomly (stuck).
 52614 | Vaults:1 | 52614 ||| Stepping randomly (stuck).
 52616 | Vaults:1 | 52616 ||| Stepping randomly (stuck).
 52618 | Vaults:1 | 52618 ||| Stepping randomly (stuck).
 52620 | Vaults:1 | 52620 ||| Stepping randomly (stuck).
 52622 | Vaults:1 | 52622 ||| Stepping randomly (stuck).
 52624 | Vaults:1 | 52624 ||| Stepping randomly (stuck).
 52626 | Vaults:1 | 52626 ||| Stepping randomly (stuck).
 52628 | Vaults:1 | 52628 ||| Stepping randomly (stuck).
 52630 | Vaults:1 | 52630 ||| Stepping randomly (stuck).
 52632 | Vaults:1 | 52632 ||| Stepping randomly (stuck).
 52634 | Vaults:1 | 52634 ||| Stepping randomly (stuck).
 52636 | Vaults:1 | 52636 ||| Stepping randomly (stuck).
 52638 | Vaults:1 | 52638 ||| Stepping randomly (stuck).
 52640 | Vaults:1 | 52640 ||| Stepping randomly (stuck).
 52642 | Vaults:1 | 52642 ||| Stepping randomly (stuck).
 52644 | Vaults:1 | 52644 ||| Stepping randomly (stuck).
 52646 | Vaults:1 | 52646 ||| Stepping randomly (stuck).
 52648 | Vaults:1 | 52648 ||| Stepping randomly (stuck).
 52650 | Vaults:1 | 52650 ||| Stepping randomly (stuck).
 52652 | Vaults:1 | 52652 ||| Stepping randomly (stuck).
 52654 | Vaults:1 | 52654 ||| Stepping randomly (stuck).
 52656 | Vaults:1 | 52656 ||| Stepping randomly (stuck).
 52658 | Vaults:1 | 52658 ||| Stepping randomly (stuck).
 52660 | Vaults:1 | 52660 ||| Stepping randomly (stuck).
 52662 | Vaults:1 | 52662 ||| Stepping randomly (stuck).
 52664 | Vaults:1 | 52664 ||| Stepping randomly (stuck).
 52666 | Vaults:1 | 52666 ||| Stepping randomly (stuck).
 52668 | Vaults:1 | 52668 ||| Stepping randomly (stuck).
 52670 | Vaults:1 | 52670 ||| Stepping randomly (stuck).
 52672 | Vaults:1 | 52672 ||| Stepping randomly (stuck).
 52674 | Vaults:1 | 52674 ||| Stepping randomly (stuck).
 52676 | Vaults:1 | 52676 ||| Stepping randomly (stuck).
 52678 | Vaults:1 | 52678 ||| Stepping randomly (stuck).
 52680 | Vaults:1 | 52680 ||| Stepping randomly (stuck).
 52682 | Vaults:1 | 52682 ||| Stepping randomly (stuck).
 52684 | Vaults:1 | 52684 ||| Stepping randomly (stuck).
 52686 | Vaults:1 | 52686 ||| Stepping randomly (stuck).
 52688 | Vaults:1 | 52688 ||| Stepping randomly (stuck).
 52690 | Vaults:1 | 52690 ||| Stepping randomly (stuck).
 52692 | Vaults:1 | 52692 ||| Stepping randomly (stuck).
 52694 | Vaults:1 | 52694 ||| Stepping randomly (stuck).
 52696 | Vaults:1 | 52696 ||| Stepping randomly (stuck).
 52698 | Vaults:1 | 52698 ||| Stepping randomly (stuck).
 52700 | Vaults:1 | 52700 ||| Stepping randomly (stuck).
 52702 | Vaults:1 | 52702 ||| Stepping randomly (stuck).
 52704 | Vaults:1 | 52704 ||| Stepping randomly (stuck).
 52706 | Vaults:1 | 52706 ||| Stepping randomly (stuck).
 52708 | Vaults:1 | 52708 ||| Stepping randomly (stuck).
 52710 | Vaults:1 | 52710 ||| Stepping randomly (stuck).
 52712 | Vaults:1 | 52712 ||| Stepping randomly (stuck).
 52714 | Vaults:1 | 52714 ||| Stepping randomly (stuck).
 52716 | Vaults:1 | 52716 ||| Stepping randomly (stuck).
 52718 | Vaults:1 | 52718 ||| Stepping randomly (stuck).
 52720 | Vaults:1 | 52720 ||| Stepping randomly (stuck).
 52722 | Vaults:1 | 52722 ||| Stepping randomly (stuck).
 52724 | Vaults:1 | 52724 ||| Stepping randomly (stuck).
 52726 | Vaults:1 | 52726 ||| Stepping randomly (stuck).
 52728 | Vaults:1 | 52728 ||| Stepping randomly (stuck).
 52730 | Vaults:1 | 52730 ||| Stepping randomly (stuck).
 52732 | Vaults:1 | 52732 ||| Stepping randomly (stuck).
 52734 | Vaults:1 | 52734 ||| Stepping randomly (stuck).
 52736 | Vaults:1 | 52736 ||| Stepping randomly (stuck).
 52738 | Vaults:1 | 52738 ||| Stepping randomly (stuck).
 52740 | Vaults:1 | 52740 ||| Stepping randomly (stuck).
 52742 | Vaults:1 | 52742 ||| Stepping randomly (stuck).
 52744 | Vaults:1 | 52744 ||| Stepping randomly (stuck).
 52746 | Vaults:1 | 52746 ||| Stepping randomly (stuck).
 52748 | Vaults:1 | 52748 ||| Stepping randomly (stuck).
 52750 | Vaults:1 | 52750 ||| Stepping randomly (stuck).
 52752 | Vaults:1 | 52752 ||| Stepping randomly (stuck).
 52754 | Vaults:1 | 52754 ||| Stepping randomly (stuck).
 52756 | Vaults:1 | 52756 ||| Stepping randomly (stuck).
 52758 | Vaults:1 | 52758 ||| Stepping randomly (stuck).
 52760 | Vaults:1 | 52760 ||| Stepping randomly (stuck).
 52762 | Vaults:1 | 52762 ||| Stepping randomly (stuck).
 52764 | Vaults:1 | 52764 ||| Stepping randomly (stuck).
 52766 | Vaults:1 | 52766 ||| Stepping randomly (stuck).
 52768 | Vaults:1 | 52768 ||| Stepping randomly (stuck).
 52770 | Vaults:1 | 52770 ||| Stepping randomly (stuck).
 52772 | Vaults:1 | 52772 ||| Stepping randomly (stuck).
 52774 | Vaults:1 | 52774 ||| Stepping randomly (stuck).
 52776 | Vaults:1 | 52776 ||| Stepping randomly (stuck).
 52778 | Vaults:1 | 52778 ||| Stepping randomly (stuck).
 52780 | Vaults:1 | 52780 ||| Stepping randomly (stuck).
 52782 | Vaults:1 | 52782 ||| Stepping randomly (stuck).
 52784 | Vaults:1 | 52784 ||| Stepping randomly (stuck).
 52786 | Vaults:1 | 52786 ||| Stepping randomly (stuck).
 52788 | Vaults:1 | 52788 ||| Stepping randomly (stuck).
 52790 | Vaults:1 | 52790 ||| Stepping randomly (stuck).
 52792 | Vaults:1 | 52792 ||| Stepping randomly (stuck).
 52794 | Vaults:1 | 52794 ||| Stepping randomly (stuck).
 52796 | Vaults:1 | 52796 ||| Stepping randomly (stuck).
 52798 | Vaults:1 | 52798 ||| Stepping randomly (stuck).
 52800 | Vaults:1 | 52800 ||| Stepping randomly (stuck).
 52802 | Vaults:1 | 52802 ||| Stepping randomly (stuck).
 52804 | Vaults:1 | 52804 ||| Stepping randomly (stuck).
 52806 | Vaults:1 | 52806 ||| Stepping randomly (stuck).
 52808 | Vaults:1 | 52808 ||| Stepping randomly (stuck).
 52810 | Vaults:1 | 52810 ||| Stepping randomly (stuck).
 52812 | Vaults:1 | 52812 ||| Stepping randomly (stuck).
 52814 | Vaults:1 | 52814 ||| Stepping randomly (stuck).
 52816 | Vaults:1 | 52816 ||| Stepping randomly (stuck).
 52818 | Vaults:1 | 52818 ||| Stepping randomly (stuck).
 52820 | Vaults:1 | 52820 ||| Stepping randomly (stuck).
 52822 | Vaults:1 | 52822 ||| Stepping randomly (stuck).
 52824 | Vaults:1 | 52824 ||| Stepping randomly (stuck).
 52826 | Vaults:1 | 52826 ||| Stepping randomly (stuck).
 52828 | Vaults:1 | 52828 ||| Stepping randomly (stuck).
 52830 | Vaults:1 | 52830 ||| Stepping randomly (stuck).
 52832 | Vaults:1 | 52832 ||| Stepping randomly (stuck).
 52834 | Vaults:1 | 52834 ||| Stepping randomly (stuck).
 52836 | Vaults:1 | 52836 ||| Stepping randomly (stuck).
 52838 | Vaults:1 | 52838 ||| Stepping randomly (stuck).
 52840 | Vaults:1 | 52840 ||| Stepping randomly (stuck).
 52842 | Vaults:1 | 52842 ||| Stepping randomly (stuck).
 52844 | Vaults:1 | 52844 ||| Stepping randomly (stuck).
 52846 | Vaults:1 | 52846 ||| Stepping randomly (stuck).
 52848 | Vaults:1 | 52848 ||| Stepping randomly (stuck).
 52850 | Vaults:1 | 52850 ||| Stepping randomly (stuck).
 52852 | Vaults:1 | 52852 ||| Stepping randomly (stuck).
 52854 | Vaults:1 | 52854 ||| Stepping randomly (stuck).
 52856 | Vaults:1 | 52856 ||| Stepping randomly (stuck).
 52858 | Vaults:1 | 52858 ||| Stepping randomly (stuck).
 52860 | Vaults:1 | 52860 ||| Stepping randomly (stuck).
 52862 | Vaults:1 | 52862 ||| Stepping randomly (stuck).
 52864 | Vaults:1 | 52864 ||| Stepping randomly (stuck).
 52866 | Vaults:1 | 52866 ||| Stepping randomly (stuck).
 52868 | Vaults:1 | 52868 ||| Stepping randomly (stuck).
 52870 | Vaults:1 | 52870 ||| Stepping randomly (stuck).
 52872 | Vaults:1 | 52872 ||| Stepping randomly (stuck).
 52874 | Vaults:1 | 52874 ||| Stepping randomly (stuck).
 52876 | Vaults:1 | 52876 ||| Stepping randomly (stuck).
 52878 | Vaults:1 | 52878 ||| Stepping randomly (stuck).
 52880 | Vaults:1 | 52880 ||| Stepping randomly (stuck).
 52882 | Vaults:1 | 52882 ||| Stepping randomly (stuck).
 52884 | Vaults:1 | 52884 ||| Stepping randomly (stuck).
 52886 | Vaults:1 | 52886 ||| Stepping randomly (stuck).
 52888 | Vaults:1 | 52888 ||| Stepping randomly (stuck).
 52890 | Vaults:1 | 52890 ||| Stepping randomly (stuck).
 52892 | Vaults:1 | 52892 ||| Stepping randomly (stuck).
 52894 | Vaults:1 | 52894 ||| Stepping randomly (stuck).
 52896 | Vaults:1 | 52896 ||| Stepping randomly (stuck).
 52898 | Vaults:1 | 52898 ||| Stepping randomly (stuck).
 52900 | Vaults:1 | 52900 ||| Stepping randomly (stuck).
 52902 | Vaults:1 | 52902 ||| Stepping randomly (stuck).
 52904 | Vaults:1 | 52904 ||| Stepping randomly (stuck).
 52906 | Vaults:1 | 52906 ||| Stepping randomly (stuck).
 52908 | Vaults:1 | 52908 ||| Stepping randomly (stuck).
 52910 | Vaults:1 | 52910 ||| Stepping randomly (stuck).
 52912 | Vaults:1 | 52912 ||| Stepping randomly (stuck).
 52914 | Vaults:1 | 52914 ||| Stepping randomly (stuck).
 52916 | Vaults:1 | 52916 ||| Stepping randomly (stuck).
 52918 | Vaults:1 | 52918 ||| Stepping randomly (stuck).
 52920 | Vaults:1 | 52920 ||| Stepping randomly (stuck).
 52922 | Vaults:1 | 52922 ||| Stepping randomly (stuck).
 52924 | Vaults:1 | 52924 ||| Stepping randomly (stuck).
 52926 | Vaults:1 | 52926 ||| Stepping randomly (stuck).
 52928 | Vaults:1 | 52928 ||| Stepping randomly (stuck).
 52930 | Vaults:1 | 52930 ||| Stepping randomly (stuck).
 52932 | Vaults:1 | 52932 ||| Stepping randomly (stuck).
 52934 | Vaults:1 | 52934 ||| Stepping randomly (stuck).
 52936 | Vaults:1 | 52936 ||| Stepping randomly (stuck).
 52938 | Vaults:1 | 52938 ||| Stepping randomly (stuck).
 52940 | Vaults:1 | 52940 ||| Stepping randomly (stuck).
 52942 | Vaults:1 | 52942 ||| Stepping randomly (stuck).
 52944 | Vaults:1 | 52944 ||| Stepping randomly (stuck).
 52946 | Vaults:1 | 52946 ||| Stepping randomly (stuck).
 52948 | Vaults:1 | 52948 ||| Stepping randomly (stuck).
 52950 | Vaults:1 | 52950 ||| Stepping randomly (stuck).
 52952 | Vaults:1 | 52952 ||| Stepping randomly (stuck).
 52954 | Vaults:1 | 52954 ||| Stepping randomly (stuck).
 52956 | Vaults:1 | 52956 ||| Stepping randomly (stuck).
 52958 | Vaults:1 | 52958 ||| Stepping randomly (stuck).
 52960 | Vaults:1 | 52960 ||| Stepping randomly (stuck).
 52962 | Vaults:1 | 52962 ||| Stepping randomly (stuck).
 52964 | Vaults:1 | 52964 ||| Stepping randomly (stuck).
 52966 | Vaults:1 | 52966 ||| Stepping randomly (stuck).
 52968 | Vaults:1 | 52968 ||| Stepping randomly (stuck).
 52970 | Vaults:1 | 52970 ||| Stepping randomly (stuck).
 52972 | Vaults:1 | 52972 ||| Stepping randomly (stuck).
 52974 | Vaults:1 | 52974 ||| Stepping randomly (stuck).
 52976 | Vaults:1 | 52976 ||| Stepping randomly (stuck).
 52978 | Vaults:1 | 52978 ||| Stepping randomly (stuck).
 52980 | Vaults:1 | 52980 ||| Stepping randomly (stuck).
 52982 | Vaults:1 | 52982 ||| Stepping randomly (stuck).
 52984 | Vaults:1 | 52984 ||| Stepping randomly (stuck).
 52986 | Vaults:1 | 52986 ||| Stepping randomly (stuck).
 52988 | Vaults:1 | 52988 ||| Stepping randomly (stuck).
 52990 | Vaults:1 | 52990 ||| Stepping randomly (stuck).
 52992 | Vaults:1 | 52992 ||| Stepping randomly (stuck).
 52994 | Vaults:1 | 52994 ||| Stepping randomly (stuck).
 52996 | Vaults:1 | 52996 ||| Stepping randomly (stuck).
 52998 | Vaults:1 | 52998 ||| Stepping randomly (stuck).
 53000 | Vaults:1 | 53000 ||| Stepping randomly (stuck).
 53002 | Vaults:1 | 53002 ||| Stepping randomly (stuck).
 53004 | Vaults:1 | 53004 ||| Stepping randomly (stuck).
 53006 | Vaults:1 | 53006 ||| Stepping randomly (stuck).
 53008 | Vaults:1 | 53008 ||| Stepping randomly (stuck).
 53010 | Vaults:1 | 53010 ||| Stepping randomly (stuck).
 53012 | Vaults:1 | 53012 ||| Stepping randomly (stuck).
 53014 | Vaults:1 | 53014 ||| Stepping randomly (stuck).
 53016 | Vaults:1 | 53016 ||| Stepping randomly (stuck).
 53018 | Vaults:1 | 53018 ||| Stepping randomly (stuck).
 53020 | Vaults:1 | 53020 ||| Stepping randomly (stuck).
 53022 | Vaults:1 | 53022 ||| Stepping randomly (stuck).
 53024 | Vaults:1 | 53024 ||| Stepping randomly (stuck).
 53026 | Vaults:1 | 53026 ||| Stepping randomly (stuck).
 53028 | Vaults:1 | 53028 ||| Stepping randomly (stuck).
 53030 | Vaults:1 | 53030 ||| Stepping randomly (stuck).
 53032 | Vaults:1 | 53032 ||| Stepping randomly (stuck).
 53034 | Vaults:1 | 53034 ||| Stepping randomly (stuck).
 53036 | Vaults:1 | 53036 ||| Stepping randomly (stuck).
 53038 | Vaults:1 | 53038 ||| Stepping randomly (stuck).
 53040 | Vaults:1 | 53040 ||| Stepping randomly (stuck).
 53042 | Vaults:1 | 53042 ||| Stepping randomly (stuck).
 53044 | Vaults:1 | 53044 ||| Stepping randomly (stuck).
 53046 | Vaults:1 | 53046 ||| Stepping randomly (stuck).
 53048 | Vaults:1 | 53048 ||| Stepping randomly (stuck).
 53050 | Vaults:1 | 53050 ||| Stepping randomly (stuck).
 53052 | Vaults:1 | 53052 ||| Stepping randomly (stuck).
 53054 | Vaults:1 | 53054 ||| Stepping randomly (stuck).
 53056 | Vaults:1 | 53056 ||| Stepping randomly (stuck).
 53058 | Vaults:1 | 53058 ||| Stepping randomly (stuck).
 53060 | Vaults:1 | 53060 ||| Stepping randomly (stuck).
 53062 | Vaults:1 | 53062 ||| Stepping randomly (stuck).
 53063 | Vaults:1 | Glimpsed the power of Zot.
 53064 | Vaults:1 | 53064 ||| Stepping randomly (stuck).
 53066 | Vaults:1 | 53066 ||| Stepping randomly (stuck).
 53068 | Vaults:1 | 53068 ||| Stepping randomly (stuck).
 53070 | Vaults:1 | 53070 ||| Stepping randomly (stuck).
 53072 | Vaults:1 | 53072 ||| Stepping randomly (stuck).
 53074 | Vaults:1 | 53074 ||| Stepping randomly (stuck).
 53076 | Vaults:1 | 53076 ||| Stepping randomly (stuck).
 53078 | Vaults:1 | 53078 ||| Stepping randomly (stuck).
 53080 | Vaults:1 | 53080 ||| Stepping randomly (stuck).
 53082 | Vaults:1 | 53082 ||| Stepping randomly (stuck).
 53084 | Vaults:1 | 53084 ||| Stepping randomly (stuck).
 53086 | Vaults:1 | 53086 ||| Stepping randomly (stuck).
 53088 | Vaults:1 | 53088 ||| Stepping randomly (stuck).
 53090 | Vaults:1 | 53090 ||| Stepping randomly (stuck).
 53092 | Vaults:1 | 53092 ||| Stepping randomly (stuck).
 53094 | Vaults:1 | 53094 ||| Stepping randomly (stuck).
 53096 | Vaults:1 | 53096 ||| Stepping randomly (stuck).
 53098 | Vaults:1 | 53098 ||| Stepping randomly (stuck).
 53100 | Vaults:1 | 53100 ||| Stepping randomly (stuck).
 53102 | Vaults:1 | 53102 ||| Stepping randomly (stuck).
 53104 | Vaults:1 | 53104 ||| Stepping randomly (stuck).
 53106 | Vaults:1 | 53106 ||| Stepping randomly (stuck).
 53108 | Vaults:1 | 53108 ||| Stepping randomly (stuck).
 53110 | Vaults:1 | 53110 ||| Stepping randomly (stuck).
 53112 | Vaults:1 | 53112 ||| Stepping randomly (stuck).
 53114 | Vaults:1 | 53114 ||| Stepping randomly (stuck).
 53116 | Vaults:1 | 53116 ||| Stepping randomly (stuck).
 53118 | Vaults:1 | 53118 ||| Stepping randomly (stuck).
 53120 | Vaults:1 | 53120 ||| Stepping randomly (stuck).
 53122 | Vaults:1 | 53122 ||| Stepping randomly (stuck).
 53124 | Vaults:1 | 53124 ||| Stepping randomly (stuck).
 53126 | Vaults:1 | 53126 ||| Stepping randomly (stuck).
 53128 | Vaults:1 | 53128 ||| Stepping randomly (stuck).
 53130 | Vaults:1 | 53130 ||| Stepping randomly (stuck).
 53132 | Vaults:1 | 53132 ||| Stepping randomly (stuck).
 53134 | Vaults:1 | 53134 ||| Stepping randomly (stuck).
 53136 | Vaults:1 | 53136 ||| Stepping randomly (stuck).
 53138 | Vaults:1 | 53138 ||| Stepping randomly (stuck).
 53140 | Vaults:1 | 53140 ||| Stepping randomly (stuck).
 53142 | Vaults:1 | 53142 ||| Stepping randomly (stuck).
 53144 | Vaults:1 | 53144 ||| Stepping randomly (stuck).
 53146 | Vaults:1 | 53146 ||| Stepping randomly (stuck).
 53148 | Vaults:1 | 53148 ||| Stepping randomly (stuck).
 53150 | Vaults:1 | 53150 ||| Stepping randomly (stuck).
 53152 | Vaults:1 | 53152 ||| Stepping randomly (stuck).
 53154 | Vaults:1 | 53154 ||| Stepping randomly (stuck).
 53156 | Vaults:1 | 53156 ||| Stepping randomly (stuck).
 53158 | Vaults:1 | 53158 ||| Stepping randomly (stuck).
 53160 | Vaults:1 | 53160 ||| Stepping randomly (stuck).
 53162 | Vaults:1 | 53162 ||| Stepping randomly (stuck).
 53164 | Vaults:1 | 53164 ||| Stepping randomly (stuck).
 53166 | Vaults:1 | 53166 ||| Stepping randomly (stuck).
 53168 | Vaults:1 | 53168 ||| Stepping randomly (stuck).
 53170 | Vaults:1 | 53170 ||| Stepping randomly (stuck).
 53172 | Vaults:1 | 53172 ||| Stepping randomly (stuck).
 53174 | Vaults:1 | 53174 ||| Stepping randomly (stuck).
 53176 | Vaults:1 | 53176 ||| Stepping randomly (stuck).
 53178 | Vaults:1 | 53178 ||| Stepping randomly (stuck).
 53180 | Vaults:1 | 53180 ||| Stepping randomly (stuck).
 53182 | Vaults:1 | 53182 ||| Stepping randomly (stuck).
 53184 | Vaults:1 | 53184 ||| Stepping randomly (stuck).
 53186 | Vaults:1 | 53186 ||| Stepping randomly (stuck).
 53188 | Vaults:1 | 53188 ||| Stepping randomly (stuck).
 53190 | Vaults:1 | 53190 ||| Stepping randomly (stuck).
 53192 | Vaults:1 | 53192 ||| Stepping randomly (stuck).
 53194 | Vaults:1 | 53194 ||| Stepping randomly (stuck).
 53196 | Vaults:1 | 53196 ||| Stepping randomly (stuck).
 53198 | Vaults:1 | 53198 ||| Stepping randomly (stuck).
 53200 | Vaults:1 | 53200 ||| Stepping randomly (stuck).
 53202 | Vaults:1 | 53202 ||| Stepping randomly (stuck).
 53204 | Vaults:1 | 53204 ||| Stepping randomly (stuck).
 53206 | Vaults:1 | 53206 ||| Stepping randomly (stuck).
 53208 | Vaults:1 | 53208 ||| Stepping randomly (stuck).
 53210 | Vaults:1 | 53210 ||| Stepping randomly (stuck).
 53212 | Vaults:1 | 53212 ||| Stepping randomly (stuck).
 53214 | Vaults:1 | 53214 ||| Stepping randomly (stuck).
 53216 | Vaults:1 | 53216 ||| Stepping randomly (stuck).
 53218 | Vaults:1 | 53218 ||| Stepping randomly (stuck).
 53220 | Vaults:1 | 53220 ||| Stepping randomly (stuck).
 53222 | Vaults:1 | 53222 ||| Stepping randomly (stuck).
 53224 | Vaults:1 | 53224 ||| Stepping randomly (stuck).
 53226 | Vaults:1 | 53226 ||| Stepping randomly (stuck).
 53228 | Vaults:1 | 53228 ||| Stepping randomly (stuck).
 53230 | Vaults:1 | 53230 ||| Stepping randomly (stuck).
 53232 | Vaults:1 | 53232 ||| Stepping randomly (stuck).
 53234 | Vaults:1 | 53234 ||| Stepping randomly (stuck).
 53236 | Vaults:1 | 53236 ||| Stepping randomly (stuck).
 53238 | Vaults:1 | 53238 ||| Stepping randomly (stuck).
 53240 | Vaults:1 | 53240 ||| Stepping randomly (stuck).
 53242 | Vaults:1 | 53242 ||| Stepping randomly (stuck).
 53244 | Vaults:1 | 53244 ||| Stepping randomly (stuck).
 53246 | Vaults:1 | 53246 ||| Stepping randomly (stuck).
 53248 | Vaults:1 | 53248 ||| Stepping randomly (stuck).
 53250 | Vaults:1 | 53250 ||| Stepping randomly (stuck).
 53252 | Vaults:1 | 53252 ||| Stepping randomly (stuck).
 53254 | Vaults:1 | 53254 ||| Stepping randomly (stuck).
 53256 | Vaults:1 | 53256 ||| Stepping randomly (stuck).
 53258 | Vaults:1 | 53258 ||| Stepping randomly (stuck).
 53260 | Vaults:1 | 53260 ||| Stepping randomly (stuck).
 53262 | Vaults:1 | 53262 ||| Stepping randomly (stuck).
 53264 | Vaults:1 | 53264 ||| Stepping randomly (stuck).
 53266 | Vaults:1 | 53266 ||| Stepping randomly (stuck).
 53268 | Vaults:1 | 53268 ||| Stepping randomly (stuck).
 53270 | Vaults:1 | 53270 ||| Stepping randomly (stuck).
 53272 | Vaults:1 | 53272 ||| Stepping randomly (stuck).
 53274 | Vaults:1 | 53274 ||| Stepping randomly (stuck).
 53276 | Vaults:1 | 53276 ||| Stepping randomly (stuck).
 53278 | Vaults:1 | 53278 ||| Stepping randomly (stuck).
 53280 | Vaults:1 | 53280 ||| Stepping randomly (stuck).
 53282 | Vaults:1 | 53282 ||| Stepping randomly (stuck).
 53284 | Vaults:1 | 53284 ||| Stepping randomly (stuck).
 53286 | Vaults:1 | 53286 ||| Stepping randomly (stuck).
 53288 | Vaults:1 | 53288 ||| Stepping randomly (stuck).
 53290 | Vaults:1 | 53290 ||| Stepping randomly (stuck).
 53292 | Vaults:1 | 53292 ||| Stepping randomly (stuck).
 53294 | Vaults:1 | 53294 ||| Stepping randomly (stuck).
 53296 | Vaults:1 | 53296 ||| Stepping randomly (stuck).
 53298 | Vaults:1 | 53298 ||| Stepping randomly (stuck).
 53300 | Vaults:1 | 53300 ||| Stepping randomly (stuck).
 53302 | Vaults:1 | 53302 ||| Stepping randomly (stuck).
 53304 | Vaults:1 | 53304 ||| Stepping randomly (stuck).
 53306 | Vaults:1 | 53306 ||| Stepping randomly (stuck).
 53308 | Vaults:1 | 53308 ||| Stepping randomly (stuck).
 53310 | Vaults:1 | 53310 ||| Stepping randomly (stuck).
 53312 | Vaults:1 | 53312 ||| Stepping randomly (stuck).
 53314 | Vaults:1 | 53314 ||| Stepping randomly (stuck).
 53316 | Vaults:1 | 53316 ||| Stepping randomly (stuck).
 53318 | Vaults:1 | 53318 ||| Stepping randomly (stuck).
 53320 | Vaults:1 | 53320 ||| Stepping randomly (stuck).
 53322 | Vaults:1 | 53322 ||| Stepping randomly (stuck).
 53324 | Vaults:1 | 53324 ||| Stepping randomly (stuck).
 53326 | Vaults:1 | 53326 ||| Stepping randomly (stuck).
 53328 | Vaults:1 | 53328 ||| Stepping randomly (stuck).
 53330 | Vaults:1 | 53330 ||| Stepping randomly (stuck).
 53332 | Vaults:1 | 53332 ||| Stepping randomly (stuck).
 53334 | Vaults:1 | 53334 ||| Stepping randomly (stuck).
 53336 | Vaults:1 | 53336 ||| Stepping randomly (stuck).
 53338 | Vaults:1 | 53338 ||| Stepping randomly (stuck).
 53340 | Vaults:1 | 53340 ||| Stepping randomly (stuck).
 53342 | Vaults:1 | 53342 ||| Stepping randomly (stuck).
 53344 | Vaults:1 | 53344 ||| Stepping randomly (stuck).
 53346 | Vaults:1 | 53346 ||| Stepping randomly (stuck).
 53348 | Vaults:1 | 53348 ||| Stepping randomly (stuck).
 53350 | Vaults:1 | 53350 ||| Stepping randomly (stuck).
 53352 | Vaults:1 | 53352 ||| Stepping randomly (stuck).
 53354 | Vaults:1 | 53354 ||| Stepping randomly (stuck).
 53356 | Vaults:1 | 53356 ||| Stepping randomly (stuck).
 53358 | Vaults:1 | 53358 ||| Stepping randomly (stuck).
 53360 | Vaults:1 | 53360 ||| Stepping randomly (stuck).
 53362 | Vaults:1 | 53362 ||| Stepping randomly (stuck).
 53364 | Vaults:1 | 53364 ||| Stepping randomly (stuck).
 53366 | Vaults:1 | 53366 ||| Stepping randomly (stuck).
 53368 | Vaults:1 | 53368 ||| Stepping randomly (stuck).
 53370 | Vaults:1 | 53370 ||| Stepping randomly (stuck).
 53372 | Vaults:1 | 53372 ||| Stepping randomly (stuck).
 53374 | Vaults:1 | 53374 ||| Stepping randomly (stuck).
 53376 | Vaults:1 | 53376 ||| Stepping randomly (stuck).
 53378 | Vaults:1 | 53378 ||| Stepping randomly (stuck).
 53380 | Vaults:1 | 53380 ||| Stepping randomly (stuck).
 53382 | Vaults:1 | 53382 ||| Stepping randomly (stuck).
 53384 | Vaults:1 | 53384 ||| Stepping randomly (stuck).
 53386 | Vaults:1 | 53386 ||| Stepping randomly (stuck).
 53388 | Vaults:1 | 53388 ||| Stepping randomly (stuck).
 53390 | Vaults:1 | 53390 ||| Stepping randomly (stuck).
 53392 | Vaults:1 | 53392 ||| Stepping randomly (stuck).
 53394 | Vaults:1 | 53394 ||| Stepping randomly (stuck).
 53396 | Vaults:1 | 53396 ||| Stepping randomly (stuck).
 53398 | Vaults:1 | 53398 ||| Stepping randomly (stuck).
 53400 | Vaults:1 | 53400 ||| Stepping randomly (stuck).
 53402 | Vaults:1 | 53402 ||| Stepping randomly (stuck).
 53404 | Vaults:1 | 53404 ||| Stepping randomly (stuck).
 53406 | Vaults:1 | 53406 ||| Stepping randomly (stuck).
 53408 | Vaults:1 | 53408 ||| Stepping randomly (stuck).
 53410 | Vaults:1 | 53410 ||| Stepping randomly (stuck).
 53412 | Vaults:1 | 53412 ||| Stepping randomly (stuck).
 53414 | Vaults:1 | 53414 ||| Stepping randomly (stuck).
 53416 | Vaults:1 | 53416 ||| Stepping randomly (stuck).
 53418 | Vaults:1 | 53418 ||| Stepping randomly (stuck).
 53420 | Vaults:1 | 53420 ||| Stepping randomly (stuck).
 53422 | Vaults:1 | 53422 ||| Stepping randomly (stuck).
 53424 | Vaults:1 | 53424 ||| Stepping randomly (stuck).
 53426 | Vaults:1 | 53426 ||| Stepping randomly (stuck).
 53428 | Vaults:1 | 53428 ||| Stepping randomly (stuck).
 53430 | Vaults:1 | 53430 ||| Stepping randomly (stuck).
 53432 | Vaults:1 | 53432 ||| Stepping randomly (stuck).
 53434 | Vaults:1 | 53434 ||| Stepping randomly (stuck).
 53436 | Vaults:1 | 53436 ||| Stepping randomly (stuck).
 53438 | Vaults:1 | 53438 ||| Stepping randomly (stuck).
 53440 | Vaults:1 | 53440 ||| Stepping randomly (stuck).
 53442 | Vaults:1 | 53442 ||| Stepping randomly (stuck).
 53444 | Vaults:1 | 53444 ||| Stepping randomly (stuck).
 53446 | Vaults:1 | 53446 ||| Stepping randomly (stuck).
 53448 | Vaults:1 | 53448 ||| Stepping randomly (stuck).
 53450 | Vaults:1 | 53450 ||| Stepping randomly (stuck).
 53452 | Vaults:1 | 53452 ||| Stepping randomly (stuck).
 53454 | Vaults:1 | 53454 ||| Stepping randomly (stuck).
 53456 | Vaults:1 | 53456 ||| Stepping randomly (stuck).
 53458 | Vaults:1 | 53458 ||| Stepping randomly (stuck).
 53460 | Vaults:1 | 53460 ||| Stepping randomly (stuck).
 53462 | Vaults:1 | 53462 ||| Stepping randomly (stuck).
 53463 | Vaults:1 | Glimpsed the power of Zot.
 53464 | Vaults:1 | 53464 ||| Stepping randomly (stuck).
 53466 | Vaults:1 | 53466 ||| Stepping randomly (stuck).
 53468 | Vaults:1 | 53468 ||| Stepping randomly (stuck).
 53470 | Vaults:1 | 53470 ||| Stepping randomly (stuck).
 53472 | Vaults:1 | 53472 ||| Stepping randomly (stuck).
 53474 | Vaults:1 | 53474 ||| Stepping randomly (stuck).
 53476 | Vaults:1 | 53476 ||| Stepping randomly (stuck).
 53478 | Vaults:1 | 53478 ||| Stepping randomly (stuck).
 53480 | Vaults:1 | 53480 ||| Stepping randomly (stuck).
 53482 | Vaults:1 | 53482 ||| Stepping randomly (stuck).
 53484 | Vaults:1 | 53484 ||| Stepping randomly (stuck).
 53486 | Vaults:1 | 53486 ||| Stepping randomly (stuck).
 53488 | Vaults:1 | 53488 ||| Stepping randomly (stuck).
 53490 | Vaults:1 | 53490 ||| Stepping randomly (stuck).
 53492 | Vaults:1 | 53492 ||| Stepping randomly (stuck).
 53494 | Vaults:1 | 53494 ||| Stepping randomly (stuck).
 53496 | Vaults:1 | 53496 ||| Stepping randomly (stuck).
 53498 | Vaults:1 | 53498 ||| Stepping randomly (stuck).
 53500 | Vaults:1 | 53500 ||| Stepping randomly (stuck).
 53502 | Vaults:1 | 53502 ||| Stepping randomly (stuck).
 53504 | Vaults:1 | 53504 ||| Stepping randomly (stuck).
 53506 | Vaults:1 | 53506 ||| Stepping randomly (stuck).
 53508 | Vaults:1 | 53508 ||| Stepping randomly (stuck).
 53510 | Vaults:1 | 53510 ||| Stepping randomly (stuck).
 53512 | Vaults:1 | 53512 ||| Stepping randomly (stuck).
 53514 | Vaults:1 | 53514 ||| Stepping randomly (stuck).
 53516 | Vaults:1 | 53516 ||| Stepping randomly (stuck).
 53518 | Vaults:1 | 53518 ||| Stepping randomly (stuck).
 53520 | Vaults:1 | 53520 ||| Stepping randomly (stuck).
 53522 | Vaults:1 | 53522 ||| Stepping randomly (stuck).
 53524 | Vaults:1 | 53524 ||| Stepping randomly (stuck).
 53526 | Vaults:1 | 53526 ||| Stepping randomly (stuck).
 53528 | Vaults:1 | 53528 ||| Stepping randomly (stuck).
 53530 | Vaults:1 | 53530 ||| Stepping randomly (stuck).
 53532 | Vaults:1 | 53532 ||| Stepping randomly (stuck).
 53534 | Vaults:1 | 53534 ||| Stepping randomly (stuck).
 53536 | Vaults:1 | 53536 ||| Stepping randomly (stuck).
 53538 | Vaults:1 | 53538 ||| Stepping randomly (stuck).
 53540 | Vaults:1 | 53540 ||| Stepping randomly (stuck).
 53542 | Vaults:1 | 53542 ||| Stepping randomly (stuck).
 53544 | Vaults:1 | 53544 ||| Stepping randomly (stuck).
 53546 | Vaults:1 | 53546 ||| Stepping randomly (stuck).
 53548 | Vaults:1 | 53548 ||| Stepping randomly (stuck).
 53550 | Vaults:1 | 53550 ||| Stepping randomly (stuck).
 53552 | Vaults:1 | 53552 ||| Stepping randomly (stuck).
 53554 | Vaults:1 | 53554 ||| Stepping randomly (stuck).
 53556 | Vaults:1 | 53556 ||| Stepping randomly (stuck).
 53558 | Vaults:1 | 53558 ||| Stepping randomly (stuck).
 53560 | Vaults:1 | 53560 ||| Stepping randomly (stuck).
 53562 | Vaults:1 | 53562 ||| Stepping randomly (stuck).
 53562 | Vaults:1 | Touched by the power of Zot (MHP 3 -> 1)
 53563 | Vaults:1 | 53563 ||| Stepping ~*~*~tactically~*~*~ (stealth).
 53563 | Vaults:1 | Glimpsed the power of Zot.
 53677 | Vaults:1 | 53677 ||| Stepping randomly (stuck).
 53679 | Vaults:1 | 53679 ||| Stepping randomly (stuck).
 53681 | Vaults:1 | 53681 ||| DROPPING +2 heavy war axe.
 53683 | Vaults:1 | 53683 ||| Stepping randomly (stuck).
 53685 | Vaults:1 | 53685 ||| Stepping randomly (stuck).
 53687 | Vaults:1 | 53687 ||| Stepping randomly (stuck).
 53689 | Vaults:1 | 53689 ||| Stepping randomly (stuck).
 53691 | Vaults:1 | 53691 ||| Stepping randomly (stuck).
 53693 | Vaults:1 | 53693 ||| Stepping randomly (stuck).
 53695 | Vaults:1 | 53695 ||| Stepping randomly (stuck).
 53697 | Vaults:1 | 53697 ||| Stepping randomly (stuck).
 53699 | Vaults:1 | 53699 ||| Stepping randomly (stuck).
 53701 | Vaults:1 | 53701 ||| Stepping randomly (stuck).
 53703 | Vaults:1 | 53703 ||| Stepping randomly (stuck).
 53705 | Vaults:1 | 53705 ||| Stepping randomly (stuck).
 53707 | Vaults:1 | 53707 ||| Stepping randomly (stuck).
 53709 | Vaults:1 | 53709 ||| Stepping randomly (stuck).
 53711 | Vaults:1 | 53711 ||| Stepping randomly (stuck).
 53713 | Vaults:1 | 53713 ||| Stepping randomly (stuck).
 53715 | Vaults:1 | 53715 ||| Stepping randomly (stuck).
 53717 | Vaults:1 | 53717 ||| Stepping randomly (stuck).
 53719 | Vaults:1 | 53719 ||| Stepping randomly (stuck).
 53721 | Vaults:1 | 53721 ||| Stepping randomly (stuck).
 53723 | Vaults:1 | 53723 ||| Stepping randomly (stuck).
 53725 | Vaults:1 | 53725 ||| Stepping randomly (stuck).
 53727 | Vaults:1 | 53727 ||| Stepping randomly (stuck).
 53729 | Vaults:1 | 53729 ||| Stepping randomly (stuck).
 53731 | Vaults:1 | 53731 ||| Stepping randomly (stuck).
 53733 | Vaults:1 | 53733 ||| Stepping randomly (stuck).
 53735 | Vaults:1 | 53735 ||| Stepping randomly (stuck).
 53737 | Vaults:1 | 53737 ||| Stepping randomly (stuck).
 53739 | Vaults:1 | 53739 ||| Stepping randomly (stuck).
 53741 | Vaults:1 | 53741 ||| Stepping randomly (stuck).
 53743 | Vaults:1 | 53743 ||| Stepping randomly (stuck).
 53745 | Vaults:1 | 53745 ||| Stepping randomly (stuck).
 53747 | Vaults:1 | 53747 ||| Stepping randomly (stuck).
 53749 | Vaults:1 | 53749 ||| Stepping randomly (stuck).
 53751 | Vaults:1 | 53751 ||| Stepping randomly (stuck).
 53753 | Vaults:1 | 53753 ||| Stepping randomly (stuck).
 53755 | Vaults:1 | 53755 ||| Stepping randomly (stuck).
 53757 | Vaults:1 | 53757 ||| Stepping randomly (stuck).
 53759 | Vaults:1 | 53759 ||| Stepping randomly (stuck).
 53761 | Vaults:1 | 53761 ||| Stepping randomly (stuck).
 53763 | Vaults:1 | 53763 ||| Stepping randomly (stuck).
 53765 | Vaults:1 | 53765 ||| Stepping randomly (stuck).
 53767 | Vaults:1 | 53767 ||| Stepping randomly (stuck).
 53769 | Vaults:1 | 53769 ||| Stepping randomly (stuck).
 53771 | Vaults:1 | 53771 ||| Stepping randomly (stuck).
 53773 | Vaults:1 | 53773 ||| Stepping randomly (stuck).
 53775 | Vaults:1 | 53775 ||| Stepping randomly (stuck).
 53777 | Vaults:1 | 53777 ||| Stepping randomly (stuck).
 53779 | Vaults:1 | 53779 ||| Stepping randomly (stuck).
 53781 | Vaults:1 | 53781 ||| Stepping randomly (stuck).
 53783 | Vaults:1 | 53783 ||| Stepping randomly (stuck).
 53785 | Vaults:1 | 53785 ||| Stepping randomly (stuck).
 53787 | Vaults:1 | 53787 ||| Stepping randomly (stuck).
 53789 | Vaults:1 | 53789 ||| Stepping randomly (stuck).
 53791 | Vaults:1 | 53791 ||| Stepping randomly (stuck).
 53793 | Vaults:1 | 53793 ||| Stepping randomly (stuck).
 53795 | Vaults:1 | 53795 ||| Stepping randomly (stuck).
 53797 | Vaults:1 | 53797 ||| Stepping randomly (stuck).
 53799 | Vaults:1 | 53799 ||| Stepping randomly (stuck).
 53801 | Vaults:1 | 53801 ||| Stepping randomly (stuck).
 53803 | Vaults:1 | 53803 ||| Stepping randomly (stuck).
 53805 | Vaults:1 | 53805 ||| Stepping randomly (stuck).
 53807 | Vaults:1 | 53807 ||| Stepping randomly (stuck).
 53809 | Vaults:1 | 53809 ||| Stepping randomly (stuck).
 53811 | Vaults:1 | 53811 ||| Stepping randomly (stuck).
 53813 | Vaults:1 | 53813 ||| Stepping randomly (stuck).
 53815 | Vaults:1 | 53815 ||| Stepping randomly (stuck).
 53817 | Vaults:1 | 53817 ||| Stepping randomly (stuck).
 53819 | Vaults:1 | 53819 ||| Stepping randomly (stuck).
 53821 | Vaults:1 | 53821 ||| Stepping randomly (stuck).
 53823 | Vaults:1 | 53823 ||| Stepping randomly (stuck).
 53825 | Vaults:1 | 53825 ||| Stepping randomly (stuck).
 53827 | Vaults:1 | 53827 ||| Stepping randomly (stuck).
 53829 | Vaults:1 | 53829 ||| Stepping randomly (stuck).
 53831 | Vaults:1 | 53831 ||| Stepping randomly (stuck).
 53833 | Vaults:1 | 53833 ||| Stepping randomly (stuck).
 53835 | Vaults:1 | 53835 ||| Stepping randomly (stuck).
 53837 | Vaults:1 | 53837 ||| Stepping randomly (stuck).
 53839 | Vaults:1 | 53839 ||| Stepping randomly (stuck).
 53841 | Vaults:1 | 53841 ||| Stepping randomly (stuck).
 53843 | Vaults:1 | 53843 ||| Stepping randomly (stuck).
 53845 | Vaults:1 | 53845 ||| Stepping randomly (stuck).
 53847 | Vaults:1 | 53847 ||| Stepping randomly (stuck).
 53849 | Vaults:1 | 53849 ||| Stepping randomly (stuck).
 53851 | Vaults:1 | 53851 ||| Stepping randomly (stuck).
 53853 | Vaults:1 | 53853 ||| Stepping randomly (stuck).
 53855 | Vaults:1 | 53855 ||| Stepping randomly (stuck).
 53857 | Vaults:1 | 53857 ||| Stepping randomly (stuck).
 53859 | Vaults:1 | 53859 ||| Stepping randomly (stuck).
 53861 | Vaults:1 | 53861 ||| Stepping randomly (stuck).
 53863 | Vaults:1 | 53863 ||| Stepping randomly (stuck).
 53865 | Vaults:1 | 53865 ||| Stepping randomly (stuck).
 53867 | Vaults:1 | 53867 ||| Stepping randomly (stuck).
 53869 | Vaults:1 | 53869 ||| Stepping randomly (stuck).
 53871 | Vaults:1 | 53871 ||| Stepping randomly (stuck).
 53873 | Vaults:1 | 53873 ||| Stepping randomly (stuck).
 53875 | Vaults:1 | 53875 ||| Stepping randomly (stuck).
 53877 | Vaults:1 | 53877 ||| Stepping randomly (stuck).
 53879 | Vaults:1 | 53879 ||| Stepping randomly (stuck).
 53881 | Vaults:1 | 53881 ||| Stepping randomly (stuck).
 53883 | Vaults:1 | 53883 ||| Stepping randomly (stuck).
 53885 | Vaults:1 | 53885 ||| Stepping randomly (stuck).
 53887 | Vaults:1 | 53887 ||| Stepping randomly (stuck).
 53889 | Vaults:1 | 53889 ||| Stepping randomly (stuck).
 53891 | Vaults:1 | 53891 ||| Stepping randomly (stuck).
 53893 | Vaults:1 | 53893 ||| Stepping randomly (stuck).
 53895 | Vaults:1 | 53895 ||| Stepping randomly (stuck).
 53897 | Vaults:1 | 53897 ||| Stepping randomly (stuck).
 53899 | Vaults:1 | 53899 ||| Stepping randomly (stuck).
 53901 | Vaults:1 | 53901 ||| Stepping randomly (stuck).
 53903 | Vaults:1 | 53903 ||| Stepping randomly (stuck).
 53905 | Vaults:1 | 53905 ||| Stepping randomly (stuck).
 53907 | Vaults:1 | 53907 ||| Stepping randomly (stuck).
 53909 | Vaults:1 | 53909 ||| Stepping randomly (stuck).
 53911 | Vaults:1 | 53911 ||| Stepping randomly (stuck).
 53913 | Vaults:1 | 53913 ||| Stepping randomly (stuck).
 53915 | Vaults:1 | 53915 ||| Stepping randomly (stuck).
 53917 | Vaults:1 | 53917 ||| Stepping randomly (stuck).
 53919 | Vaults:1 | 53919 ||| Stepping randomly (stuck).
 53921 | Vaults:1 | 53921 ||| Stepping randomly (stuck).
 53923 | Vaults:1 | 53923 ||| Stepping randomly (stuck).
 53925 | Vaults:1 | 53925 ||| Stepping randomly (stuck).
 53927 | Vaults:1 | 53927 ||| Stepping randomly (stuck).
 53929 | Vaults:1 | 53929 ||| Stepping randomly (stuck).
 53931 | Vaults:1 | 53931 ||| Stepping randomly (stuck).
 53933 | Vaults:1 | 53933 ||| Stepping randomly (stuck).
 53935 | Vaults:1 | 53935 ||| Stepping randomly (stuck).
 53937 | Vaults:1 | 53937 ||| Stepping randomly (stuck).
 53939 | Vaults:1 | 53939 ||| Stepping randomly (stuck).
 53941 | Vaults:1 | 53941 ||| Stepping randomly (stuck).
 53943 | Vaults:1 | 53943 ||| Stepping randomly (stuck).
 53945 | Vaults:1 | 53945 ||| Stepping randomly (stuck).
 53947 | Vaults:1 | 53947 ||| Stepping randomly (stuck).
 53949 | Vaults:1 | 53949 ||| Stepping randomly (stuck).
 53951 | Vaults:1 | 53951 ||| Stepping randomly (stuck).
 53953 | Vaults:1 | 53953 ||| Stepping randomly (stuck).
 53955 | Vaults:1 | 53955 ||| Stepping randomly (stuck).
 53957 | Vaults:1 | 53957 ||| Stepping randomly (stuck).
 53959 | Vaults:1 | 53959 ||| Stepping randomly (stuck).
 53961 | Vaults:1 | 53961 ||| Stepping randomly (stuck).
 53963 | Vaults:1 | 53963 ||| Stepping randomly (stuck).
 53965 | Vaults:1 | 53965 ||| Stepping randomly (stuck).
 53967 | Vaults:1 | 53967 ||| Stepping randomly (stuck).
 53969 | Vaults:1 | 53969 ||| Stepping randomly (stuck).
 53971 | Vaults:1 | 53971 ||| Stepping randomly (stuck).
 53973 | Vaults:1 | 53973 ||| Stepping randomly (stuck).
 53975 | Vaults:1 | 53975 ||| Stepping randomly (stuck).
 53977 | Vaults:1 | 53977 ||| Stepping randomly (stuck).
 53979 | Vaults:1 | 53979 ||| Stepping randomly (stuck).
 53981 | Vaults:1 | 53981 ||| Stepping randomly (stuck).
 53983 | Vaults:1 | 53983 ||| Stepping randomly (stuck).
 53985 | Vaults:1 | 53985 ||| Stepping randomly (stuck).
 53987 | Vaults:1 | 53987 ||| Stepping randomly (stuck).
 53989 | Vaults:1 | 53989 ||| Stepping randomly (stuck).
 53991 | Vaults:1 | 53991 ||| Stepping randomly (stuck).
 53993 | Vaults:1 | 53993 ||| Stepping randomly (stuck).
 53995 | Vaults:1 | 53995 ||| Stepping randomly (stuck).
 53997 | Vaults:1 | 53997 ||| Stepping randomly (stuck).
 53999 | Vaults:1 | 53999 ||| Stepping randomly (stuck).
 54001 | Vaults:1 | 54001 ||| Stepping randomly (stuck).
 54003 | Vaults:1 | 54003 ||| Stepping randomly (stuck).
 54005 | Vaults:1 | 54005 ||| Stepping randomly (stuck).
 54007 | Vaults:1 | 54007 ||| Stepping randomly (stuck).
 54009 | Vaults:1 | 54009 ||| Stepping randomly (stuck).
 54011 | Vaults:1 | 54011 ||| Stepping randomly (stuck).
 54013 | Vaults:1 | 54013 ||| Stepping randomly (stuck).
 54015 | Vaults:1 | 54015 ||| Stepping randomly (stuck).
 54017 | Vaults:1 | 54017 ||| Stepping randomly (stuck).
 54019 | Vaults:1 | 54019 ||| Stepping randomly (stuck).
 54021 | Vaults:1 | 54021 ||| Stepping randomly (stuck).
 54023 | Vaults:1 | 54023 ||| Stepping randomly (stuck).
 54025 | Vaults:1 | 54025 ||| Stepping randomly (stuck).
 54027 | Vaults:1 | 54027 ||| Stepping randomly (stuck).
 54029 | Vaults:1 | 54029 ||| Stepping randomly (stuck).
 54031 | Vaults:1 | 54031 ||| Stepping randomly (stuck).
 54033 | Vaults:1 | 54033 ||| Stepping randomly (stuck).
 54035 | Vaults:1 | 54035 ||| Stepping randomly (stuck).
 54037 | Vaults:1 | 54037 ||| Stepping randomly (stuck).
 54039 | Vaults:1 | 54039 ||| Stepping randomly (stuck).
 54041 | Vaults:1 | 54041 ||| Stepping randomly (stuck).
 54043 | Vaults:1 | 54043 ||| Stepping randomly (stuck).
 54045 | Vaults:1 | 54045 ||| Stepping randomly (stuck).
 54047 | Vaults:1 | 54047 ||| Stepping randomly (stuck).
 54049 | Vaults:1 | 54049 ||| Stepping randomly (stuck).
 54051 | Vaults:1 | 54051 ||| Stepping randomly (stuck).
 54053 | Vaults:1 | 54053 ||| Stepping randomly (stuck).
 54055 | Vaults:1 | 54055 ||| Stepping randomly (stuck).
 54057 | Vaults:1 | 54057 ||| Stepping randomly (stuck).
 54059 | Vaults:1 | 54059 ||| Stepping randomly (stuck).
 54061 | Vaults:1 | 54061 ||| Stepping randomly (stuck).
 54063 | Vaults:1 | 54063 ||| Stepping randomly (stuck).
 54065 | Vaults:1 | 54065 ||| Stepping randomly (stuck).
 54067 | Vaults:1 | 54067 ||| Stepping randomly (stuck).
 54069 | Vaults:1 | 54069 ||| Stepping randomly (stuck).
 54069 | Vaults:1 | Glimpsed the power of Zot.
 54071 | Vaults:1 | 54071 ||| Stepping randomly (stuck).
 54073 | Vaults:1 | 54073 ||| Stepping randomly (stuck).
 54075 | Vaults:1 | 54075 ||| Stepping randomly (stuck).
 54077 | Vaults:1 | 54077 ||| Stepping randomly (stuck).
 54079 | Vaults:1 | 54079 ||| Stepping randomly (stuck).
 54081 | Vaults:1 | 54081 ||| Stepping randomly (stuck).
 54083 | Vaults:1 | 54083 ||| Stepping randomly (stuck).
 54085 | Vaults:1 | 54085 ||| Stepping randomly (stuck).
 54087 | Vaults:1 | 54087 ||| Stepping randomly (stuck).
 54089 | Vaults:1 | 54089 ||| Stepping randomly (stuck).
 54091 | Vaults:1 | 54091 ||| Stepping randomly (stuck).
 54093 | Vaults:1 | 54093 ||| Stepping randomly (stuck).
 54095 | Vaults:1 | 54095 ||| Stepping randomly (stuck).
 54097 | Vaults:1 | 54097 ||| Stepping randomly (stuck).
 54099 | Vaults:1 | 54099 ||| Stepping randomly (stuck).
 54101 | Vaults:1 | 54101 ||| Stepping randomly (stuck).
 54103 | Vaults:1 | 54103 ||| Stepping randomly (stuck).
 54105 | Vaults:1 | 54105 ||| Stepping randomly (stuck).
 54107 | Vaults:1 | 54107 ||| Stepping randomly (stuck).
 54109 | Vaults:1 | 54109 ||| Stepping randomly (stuck).
 54111 | Vaults:1 | 54111 ||| Stepping randomly (stuck).
 54113 | Vaults:1 | 54113 ||| Stepping randomly (stuck).
 54115 | Vaults:1 | 54115 ||| Stepping randomly (stuck).
 54117 | Vaults:1 | 54117 ||| Stepping randomly (stuck).
 54119 | Vaults:1 | 54119 ||| Stepping randomly (stuck).
 54121 | Vaults:1 | 54121 ||| Stepping randomly (stuck).
 54123 | Vaults:1 | 54123 ||| Stepping randomly (stuck).
 54125 | Vaults:1 | 54125 ||| Stepping randomly (stuck).
 54127 | Vaults:1 | 54127 ||| Stepping randomly (stuck).
 54129 | Vaults:1 | 54129 ||| Stepping randomly (stuck).
 54131 | Vaults:1 | 54131 ||| Stepping randomly (stuck).
 54133 | Vaults:1 | 54133 ||| Stepping randomly (stuck).
 54135 | Vaults:1 | 54135 ||| Stepping randomly (stuck).
 54137 | Vaults:1 | 54137 ||| Stepping randomly (stuck).
 54139 | Vaults:1 | 54139 ||| Stepping randomly (stuck).
 54141 | Vaults:1 | 54141 ||| Stepping randomly (stuck).
 54143 | Vaults:1 | 54143 ||| Stepping randomly (stuck).
 54145 | Vaults:1 | 54145 ||| Stepping randomly (stuck).
 54147 | Vaults:1 | 54147 ||| Stepping randomly (stuck).
 54149 | Vaults:1 | 54149 ||| Stepping randomly (stuck).
 54151 | Vaults:1 | 54151 ||| Stepping randomly (stuck).
 54153 | Vaults:1 | 54153 ||| Stepping randomly (stuck).
 54155 | Vaults:1 | 54155 ||| Stepping randomly (stuck).
 54157 | Vaults:1 | 54157 ||| Stepping randomly (stuck).
 54159 | Vaults:1 | 54159 ||| Stepping randomly (stuck).
 54161 | Vaults:1 | 54161 ||| Stepping randomly (stuck).
 54163 | Vaults:1 | 54163 ||| Stepping randomly (stuck).
 54165 | Vaults:1 | 54165 ||| Stepping randomly (stuck).
 54167 | Vaults:1 | 54167 ||| Stepping randomly (stuck).
 54169 | Vaults:1 | 54169 ||| Stepping randomly (stuck).
 54171 | Vaults:1 | 54171 ||| Stepping randomly (stuck).
 54173 | Vaults:1 | 54173 ||| Stepping randomly (stuck).
 54175 | Vaults:1 | 54175 ||| Stepping randomly (stuck).
 54177 | Vaults:1 | 54177 ||| Stepping randomly (stuck).
 54179 | Vaults:1 | 54179 ||| Stepping randomly (stuck).
 54181 | Vaults:1 | 54181 ||| Stepping randomly (stuck).
 54183 | Vaults:1 | 54183 ||| Stepping randomly (stuck).
 54185 | Vaults:1 | 54185 ||| Stepping randomly (stuck).
 54187 | Vaults:1 | 54187 ||| Stepping randomly (stuck).
 54189 | Vaults:1 | 54189 ||| Stepping randomly (stuck).
 54191 | Vaults:1 | 54191 ||| Stepping randomly (stuck).
 54193 | Vaults:1 | 54193 ||| Stepping randomly (stuck).
 54195 | Vaults:1 | 54195 ||| Stepping randomly (stuck).
 54197 | Vaults:1 | 54197 ||| Stepping randomly (stuck).
 54199 | Vaults:1 | 54199 ||| Stepping randomly (stuck).
 54201 | Vaults:1 | 54201 ||| Stepping randomly (stuck).
 54203 | Vaults:1 | 54203 ||| Stepping randomly (stuck).
 54205 | Vaults:1 | 54205 ||| Stepping randomly (stuck).
 54207 | Vaults:1 | 54207 ||| Stepping randomly (stuck).
 54209 | Vaults:1 | 54209 ||| Stepping randomly (stuck).
 54211 | Vaults:1 | 54211 ||| Stepping randomly (stuck).
 54213 | Vaults:1 | 54213 ||| Stepping randomly (stuck).
 54215 | Vaults:1 | 54215 ||| Stepping randomly (stuck).
 54217 | Vaults:1 | 54217 ||| Stepping randomly (stuck).
 54219 | Vaults:1 | 54219 ||| Stepping randomly (stuck).
 54221 | Vaults:1 | 54221 ||| Stepping randomly (stuck).
 54223 | Vaults:1 | 54223 ||| Stepping randomly (stuck).
 54225 | Vaults:1 | 54225 ||| Stepping randomly (stuck).
 54227 | Vaults:1 | 54227 ||| Stepping randomly (stuck).
 54229 | Vaults:1 | 54229 ||| Stepping randomly (stuck).
 54231 | Vaults:1 | 54231 ||| Stepping randomly (stuck).
 54233 | Vaults:1 | 54233 ||| Stepping randomly (stuck).
 54235 | Vaults:1 | 54235 ||| Stepping randomly (stuck).
 54237 | Vaults:1 | 54237 ||| Stepping randomly (stuck).
 54239 | Vaults:1 | 54239 ||| Stepping randomly (stuck).
 54241 | Vaults:1 | 54241 ||| Stepping randomly (stuck).
 54243 | Vaults:1 | 54243 ||| Stepping randomly (stuck).
 54245 | Vaults:1 | 54245 ||| Stepping randomly (stuck).
 54247 | Vaults:1 | 54247 ||| Stepping randomly (stuck).
 54249 | Vaults:1 | 54249 ||| Stepping randomly (stuck).
 54251 | Vaults:1 | 54251 ||| Stepping randomly (stuck).
 54253 | Vaults:1 | 54253 ||| Stepping randomly (stuck).
 54255 | Vaults:1 | 54255 ||| Stepping randomly (stuck).
 54257 | Vaults:1 | 54257 ||| Stepping randomly (stuck).
 54259 | Vaults:1 | 54259 ||| Stepping randomly (stuck).
 54261 | Vaults:1 | 54261 ||| Stepping randomly (stuck).
 54263 | Vaults:1 | 54263 ||| Stepping randomly (stuck).
 54265 | Vaults:1 | 54265 ||| Stepping randomly (stuck).
 54267 | Vaults:1 | 54267 ||| Stepping randomly (stuck).
 54269 | Vaults:1 | 54269 ||| Stepping randomly (stuck).
 54271 | Vaults:1 | 54271 ||| Stepping randomly (stuck).
 54273 | Vaults:1 | 54273 ||| Stepping randomly (stuck).
 54275 | Vaults:1 | 54275 ||| Stepping randomly (stuck).
 54277 | Vaults:1 | 54277 ||| Stepping randomly (stuck).
 54279 | Vaults:1 | 54279 ||| Stepping randomly (stuck).
 54281 | Vaults:1 | 54281 ||| Stepping randomly (stuck).
 54283 | Vaults:1 | 54283 ||| Stepping randomly (stuck).
 54285 | Vaults:1 | 54285 ||| Stepping randomly (stuck).
 54287 | Vaults:1 | 54287 ||| Stepping randomly (stuck).
 54289 | Vaults:1 | 54289 ||| Stepping randomly (stuck).
 54291 | Vaults:1 | 54291 ||| Stepping randomly (stuck).
 54293 | Vaults:1 | 54293 ||| Stepping randomly (stuck).
 54295 | Vaults:1 | 54295 ||| Stepping randomly (stuck).
 54297 | Vaults:1 | 54297 ||| Stepping randomly (stuck).
 54299 | Vaults:1 | 54299 ||| Stepping randomly (stuck).
 54301 | Vaults:1 | 54301 ||| Stepping randomly (stuck).
 54303 | Vaults:1 | 54303 ||| Stepping randomly (stuck).
 54305 | Vaults:1 | 54305 ||| Stepping randomly (stuck).
 54307 | Vaults:1 | 54307 ||| Stepping randomly (stuck).
 54309 | Vaults:1 | 54309 ||| Stepping randomly (stuck).
 54311 | Vaults:1 | 54311 ||| Stepping randomly (stuck).
 54313 | Vaults:1 | 54313 ||| Stepping randomly (stuck).
 54315 | Vaults:1 | 54315 ||| Stepping randomly (stuck).
 54317 | Vaults:1 | 54317 ||| Stepping randomly (stuck).
 54319 | Vaults:1 | 54319 ||| Stepping randomly (stuck).
 54321 | Vaults:1 | 54321 ||| Stepping randomly (stuck).
 54323 | Vaults:1 | 54323 ||| Stepping randomly (stuck).
 54325 | Vaults:1 | 54325 ||| Stepping randomly (stuck).
 54327 | Vaults:1 | 54327 ||| Stepping randomly (stuck).
 54329 | Vaults:1 | 54329 ||| Stepping randomly (stuck).
 54331 | Vaults:1 | 54331 ||| Stepping randomly (stuck).
 54333 | Vaults:1 | 54333 ||| Stepping randomly (stuck).
 54335 | Vaults:1 | 54335 ||| Stepping randomly (stuck).
 54337 | Vaults:1 | 54337 ||| Stepping randomly (stuck).
 54339 | Vaults:1 | 54339 ||| Stepping randomly (stuck).
 54341 | Vaults:1 | 54341 ||| Stepping randomly (stuck).
 54343 | Vaults:1 | 54343 ||| Stepping randomly (stuck).
 54345 | Vaults:1 | 54345 ||| Stepping randomly (stuck).
 54347 | Vaults:1 | 54347 ||| Stepping randomly (stuck).
 54349 | Vaults:1 | 54349 ||| Stepping randomly (stuck).
 54351 | Vaults:1 | 54351 ||| Stepping randomly (stuck).
 54353 | Vaults:1 | 54353 ||| Stepping randomly (stuck).
 54355 | Vaults:1 | 54355 ||| Stepping randomly (stuck).
 54357 | Vaults:1 | 54357 ||| Stepping randomly (stuck).
 54359 | Vaults:1 | 54359 ||| Stepping randomly (stuck).
 54361 | Vaults:1 | 54361 ||| Stepping randomly (stuck).
 54363 | Vaults:1 | 54363 ||| Stepping randomly (stuck).
 54365 | Vaults:1 | 54365 ||| Stepping randomly (stuck).
 54367 | Vaults:1 | 54367 ||| Stepping randomly (stuck).
 54369 | Vaults:1 | 54369 ||| Stepping randomly (stuck).
 54371 | Vaults:1 | 54371 ||| Stepping randomly (stuck).
 54373 | Vaults:1 | 54373 ||| Stepping randomly (stuck).
 54375 | Vaults:1 | 54375 ||| Stepping randomly (stuck).
 54377 | Vaults:1 | 54377 ||| Stepping randomly (stuck).
 54379 | Vaults:1 | 54379 ||| Stepping randomly (stuck).
 54381 | Vaults:1 | 54381 ||| Stepping randomly (stuck).
 54383 | Vaults:1 | 54383 ||| Stepping randomly (stuck).
 54385 | Vaults:1 | 54385 ||| Stepping randomly (stuck).
 54387 | Vaults:1 | 54387 ||| Stepping randomly (stuck).
 54389 | Vaults:1 | 54389 ||| Stepping randomly (stuck).
 54391 | Vaults:1 | 54391 ||| Stepping randomly (stuck).
 54393 | Vaults:1 | 54393 ||| Stepping randomly (stuck).
 54395 | Vaults:1 | 54395 ||| Stepping randomly (stuck).
 54397 | Vaults:1 | 54397 ||| Stepping randomly (stuck).
 54399 | Vaults:1 | 54399 ||| Stepping randomly (stuck).
 54401 | Vaults:1 | 54401 ||| Stepping randomly (stuck).
 54403 | Vaults:1 | 54403 ||| Stepping randomly (stuck).
 54405 | Vaults:1 | 54405 ||| Stepping randomly (stuck).
 54407 | Vaults:1 | 54407 ||| Stepping randomly (stuck).
 54409 | Vaults:1 | 54409 ||| Stepping randomly (stuck).
 54411 | Vaults:1 | 54411 ||| Stepping randomly (stuck).
 54413 | Vaults:1 | 54413 ||| Stepping randomly (stuck).
 54415 | Vaults:1 | 54415 ||| Stepping randomly (stuck).
 54417 | Vaults:1 | 54417 ||| Stepping randomly (stuck).
 54419 | Vaults:1 | 54419 ||| Stepping randomly (stuck).
 54421 | Vaults:1 | 54421 ||| Stepping randomly (stuck).
 54423 | Vaults:1 | 54423 ||| Stepping randomly (stuck).
 54425 | Vaults:1 | 54425 ||| Stepping randomly (stuck).
 54427 | Vaults:1 | 54427 ||| Stepping randomly (stuck).
 54429 | Vaults:1 | 54429 ||| Stepping randomly (stuck).
 54431 | Vaults:1 | 54431 ||| Stepping randomly (stuck).
 54433 | Vaults:1 | 54433 ||| Stepping randomly (stuck).
 54435 | Vaults:1 | 54435 ||| Stepping randomly (stuck).
 54437 | Vaults:1 | 54437 ||| Stepping randomly (stuck).
 54439 | Vaults:1 | 54439 ||| Stepping randomly (stuck).
 54441 | Vaults:1 | 54441 ||| Stepping randomly (stuck).
 54443 | Vaults:1 | 54443 ||| Stepping randomly (stuck).
 54445 | Vaults:1 | 54445 ||| Stepping randomly (stuck).
 54447 | Vaults:1 | 54447 ||| Stepping randomly (stuck).
 54449 | Vaults:1 | 54449 ||| Stepping randomly (stuck).
 54451 | Vaults:1 | 54451 ||| Stepping randomly (stuck).
 54453 | Vaults:1 | 54453 ||| Stepping randomly (stuck).
 54455 | Vaults:1 | 54455 ||| Stepping randomly (stuck).
 54457 | Vaults:1 | 54457 ||| Stepping randomly (stuck).
 54459 | Vaults:1 | 54459 ||| Stepping randomly (stuck).
 54461 | Vaults:1 | 54461 ||| Stepping randomly (stuck).
 54463 | Vaults:1 | 54463 ||| Stepping randomly (stuck).
 54465 | Vaults:1 | 54465 ||| Stepping randomly (stuck).
 54467 | Vaults:1 | 54467 ||| Stepping randomly (stuck).
 54469 | Vaults:1 | 54469 ||| Stepping randomly (stuck).
 54469 | Vaults:1 | Glimpsed the power of Zot.
 54471 | Vaults:1 | 54471 ||| Stepping randomly (stuck).
 54473 | Vaults:1 | 54473 ||| Stepping randomly (stuck).
 54475 | Vaults:1 | 54475 ||| Stepping randomly (stuck).
 54477 | Vaults:1 | 54477 ||| Stepping randomly (stuck).
 54479 | Vaults:1 | 54479 ||| Stepping randomly (stuck).
 54481 | Vaults:1 | 54481 ||| Stepping randomly (stuck).
 54483 | Vaults:1 | 54483 ||| Stepping randomly (stuck).
 54485 | Vaults:1 | 54485 ||| Stepping randomly (stuck).
 54487 | Vaults:1 | 54487 ||| Stepping randomly (stuck).
 54489 | Vaults:1 | 54489 ||| Stepping randomly (stuck).
 54491 | Vaults:1 | 54491 ||| Stepping randomly (stuck).
 54493 | Vaults:1 | 54493 ||| Stepping randomly (stuck).
 54495 | Vaults:1 | 54495 ||| Stepping randomly (stuck).
 54497 | Vaults:1 | 54497 ||| Stepping randomly (stuck).
 54499 | Vaults:1 | 54499 ||| Stepping randomly (stuck).
 54501 | Vaults:1 | 54501 ||| Stepping randomly (stuck).
 54503 | Vaults:1 | 54503 ||| Stepping randomly (stuck).
 54505 | Vaults:1 | 54505 ||| Stepping randomly (stuck).
 54507 | Vaults:1 | 54507 ||| Stepping randomly (stuck).
 54509 | Vaults:1 | 54509 ||| Stepping randomly (stuck).
 54511 | Vaults:1 | 54511 ||| Stepping randomly (stuck).
 54513 | Vaults:1 | 54513 ||| Stepping randomly (stuck).
 54515 | Vaults:1 | 54515 ||| Stepping randomly (stuck).
 54517 | Vaults:1 | 54517 ||| Stepping randomly (stuck).
 54519 | Vaults:1 | 54519 ||| Stepping randomly (stuck).
 54521 | Vaults:1 | 54521 ||| Stepping randomly (stuck).
 54523 | Vaults:1 | 54523 ||| Stepping randomly (stuck).
 54525 | Vaults:1 | 54525 ||| Stepping randomly (stuck).
 54527 | Vaults:1 | 54527 ||| Stepping randomly (stuck).
 54529 | Vaults:1 | 54529 ||| Stepping randomly (stuck).
 54531 | Vaults:1 | 54531 ||| Stepping randomly (stuck).
 54533 | Vaults:1 | 54533 ||| Stepping randomly (stuck).
 54535 | Vaults:1 | 54535 ||| Stepping randomly (stuck).
 54537 | Vaults:1 | 54537 ||| Stepping randomly (stuck).
 54539 | Vaults:1 | 54539 ||| Stepping randomly (stuck).
 54541 | Vaults:1 | 54541 ||| Stepping randomly (stuck).
 54543 | Vaults:1 | 54543 ||| Stepping randomly (stuck).
 54545 | Vaults:1 | 54545 ||| Stepping randomly (stuck).
 54547 | Vaults:1 | 54547 ||| Stepping randomly (stuck).
 54549 | Vaults:1 | 54549 ||| Stepping randomly (stuck).
 54551 | Vaults:1 | 54551 ||| Stepping randomly (stuck).
 54553 | Vaults:1 | 54553 ||| Stepping randomly (stuck).
 54555 | Vaults:1 | 54555 ||| Stepping randomly (stuck).
 54557 | Vaults:1 | 54557 ||| Stepping randomly (stuck).
 54559 | Vaults:1 | 54559 ||| Stepping randomly (stuck).
 54561 | Vaults:1 | 54561 ||| Stepping randomly (stuck).
 54563 | Vaults:1 | 54563 ||| Stepping randomly (stuck).
 54565 | Vaults:1 | 54565 ||| Stepping randomly (stuck).
 54567 | Vaults:1 | 54567 ||| Stepping randomly (stuck).
 54569 | Vaults:1 | 54569 ||| Stepping randomly (stuck).
 54569 | Vaults:1 | Touched by the power of Zot (MHP 1 -> 1)
 54570 | Vaults:1 | Glimpsed the power of Zot.
 54571 | Vaults:1 | 54571 ||| Stepping randomly (stuck).
 54573 | Vaults:1 | 54573 ||| Stepping randomly (stuck).
 54575 | Vaults:1 | 54575 ||| Stepping randomly (stuck).
 54577 | Vaults:1 | 54577 ||| Stepping randomly (stuck).
 54579 | Vaults:1 | 54579 ||| Stepping randomly (stuck).
 54581 | Vaults:1 | 54581 ||| Stepping randomly (stuck).
 54583 | Vaults:1 | 54583 ||| Stepping randomly (stuck).
 54585 | Vaults:1 | 54585 ||| Stepping randomly (stuck).
 54587 | Vaults:1 | 54587 ||| Stepping randomly (stuck).
 54589 | Vaults:1 | 54589 ||| Stepping randomly (stuck).
 54591 | Vaults:1 | 54591 ||| Stepping randomly (stuck).
 54593 | Vaults:1 | 54593 ||| Stepping randomly (stuck).
 54595 | Vaults:1 | 54595 ||| Stepping randomly (stuck).
 54597 | Vaults:1 | 54597 ||| Stepping randomly (stuck).
 54599 | Vaults:1 | 54599 ||| Stepping randomly (stuck).
 54601 | Vaults:1 | 54601 ||| Stepping randomly (stuck).
 54603 | Vaults:1 | 54603 ||| Stepping randomly (stuck).
 54605 | Vaults:1 | 54605 ||| Stepping randomly (stuck).
 54607 | Vaults:1 | 54607 ||| Stepping randomly (stuck).
 54609 | Vaults:1 | 54609 ||| Stepping randomly (stuck).
 54611 | Vaults:1 | 54611 ||| Stepping randomly (stuck).
 54613 | Vaults:1 | 54613 ||| Stepping randomly (stuck).
 54615 | Vaults:1 | 54615 ||| Stepping randomly (stuck).
 54617 | Vaults:1 | 54617 ||| Stepping randomly (stuck).
 54619 | Vaults:1 | 54619 ||| Stepping randomly (stuck).
 54621 | Vaults:1 | 54621 ||| Stepping randomly (stuck).
 54623 | Vaults:1 | 54623 ||| Stepping randomly (stuck).
 54625 | Vaults:1 | 54625 ||| Stepping randomly (stuck).
 54627 | Vaults:1 | 54627 ||| Stepping randomly (stuck).
 54629 | Vaults:1 | 54629 ||| Stepping randomly (stuck).
 54631 | Vaults:1 | 54631 ||| Stepping randomly (stuck).
 54633 | Vaults:1 | 54633 ||| Stepping randomly (stuck).
 54635 | Vaults:1 | 54635 ||| Stepping randomly (stuck).
 54637 | Vaults:1 | 54637 ||| Stepping randomly (stuck).
 54639 | Vaults:1 | 54639 ||| Stepping randomly (stuck).
 54641 | Vaults:1 | 54641 ||| Stepping randomly (stuck).
 54643 | Vaults:1 | 54643 ||| Stepping randomly (stuck).
 54645 | Vaults:1 | 54645 ||| Stepping randomly (stuck).
 54647 | Vaults:1 | 54647 ||| Stepping randomly (stuck).
 54649 | Vaults:1 | 54649 ||| Stepping randomly (stuck).
 54651 | Vaults:1 | 54651 ||| Stepping randomly (stuck).
 54653 | Vaults:1 | 54653 ||| Stepping randomly (stuck).
 54655 | Vaults:1 | 54655 ||| Stepping randomly (stuck).
 54657 | Vaults:1 | 54657 ||| Stepping randomly (stuck).
 54659 | Vaults:1 | 54659 ||| Stepping randomly (stuck).
 54661 | Vaults:1 | 54661 ||| Stepping randomly (stuck).
 54663 | Vaults:1 | 54663 ||| Stepping randomly (stuck).
 54665 | Vaults:1 | 54665 ||| Stepping randomly (stuck).
 54667 | Vaults:1 | 54667 ||| Stepping randomly (stuck).
 54669 | Vaults:1 | 54669 ||| Stepping randomly (stuck).
 54671 | Vaults:1 | 54671 ||| Stepping randomly (stuck).
 54673 | Vaults:1 | 54673 ||| Stepping randomly (stuck).
 54675 | Vaults:1 | 54675 ||| Stepping randomly (stuck).
 54677 | Vaults:1 | 54677 ||| Stepping randomly (stuck).
 54679 | Vaults:1 | 54679 ||| Stepping randomly (stuck).
 54681 | Vaults:1 | 54681 ||| Stepping randomly (stuck).
 54683 | Vaults:1 | 54683 ||| Stepping randomly (stuck).
 54685 | Vaults:1 | 54685 ||| Stepping randomly (stuck).
 54687 | Vaults:1 | 54687 ||| Stepping randomly (stuck).
 54689 | Vaults:1 | 54689 ||| Stepping randomly (stuck).
 54691 | Vaults:1 | 54691 ||| Stepping randomly (stuck).
 54693 | Vaults:1 | 54693 ||| Stepping randomly (stuck).
 54695 | Vaults:1 | 54695 ||| Stepping randomly (stuck).
 54697 | Vaults:1 | 54697 ||| Stepping randomly (stuck).
 54699 | Vaults:1 | 54699 ||| Stepping randomly (stuck).
 54701 | Vaults:1 | 54701 ||| Stepping randomly (stuck).
 54703 | Vaults:1 | 54703 ||| Stepping randomly (stuck).
 54705 | Vaults:1 | 54705 ||| Stepping randomly (stuck).
 54707 | Vaults:1 | 54707 ||| Stepping randomly (stuck).
 54709 | Vaults:1 | 54709 ||| Stepping randomly (stuck).
 54711 | Vaults:1 | 54711 ||| Stepping randomly (stuck).
 54713 | Vaults:1 | 54713 ||| Stepping randomly (stuck).
 54715 | Vaults:1 | 54715 ||| Stepping randomly (stuck).
 54717 | Vaults:1 | 54717 ||| Stepping randomly (stuck).
 54719 | Vaults:1 | 54719 ||| Stepping randomly (stuck).
 54721 | Vaults:1 | 54721 ||| Stepping randomly (stuck).
 54723 | Vaults:1 | 54723 ||| Stepping randomly (stuck).
 54725 | Vaults:1 | 54725 ||| Stepping randomly (stuck).
 54727 | Vaults:1 | 54727 ||| Stepping randomly (stuck).
 54729 | Vaults:1 | 54729 ||| Stepping randomly (stuck).
 54731 | Vaults:1 | 54731 ||| Stepping randomly (stuck).
 54733 | Vaults:1 | 54733 ||| Stepping randomly (stuck).
 54735 | Vaults:1 | 54735 ||| Stepping randomly (stuck).
 54737 | Vaults:1 | 54737 ||| Stepping randomly (stuck).
 54739 | Vaults:1 | 54739 ||| Stepping randomly (stuck).
 54741 | Vaults:1 | 54741 ||| Stepping randomly (stuck).
 54743 | Vaults:1 | 54743 ||| Stepping randomly (stuck).
 54745 | Vaults:1 | 54745 ||| Stepping randomly (stuck).
 54747 | Vaults:1 | 54747 ||| Stepping randomly (stuck).
 54749 | Vaults:1 | 54749 ||| Stepping randomly (stuck).
 54751 | Vaults:1 | 54751 ||| Stepping randomly (stuck).
 54753 | Vaults:1 | 54753 ||| Stepping randomly (stuck).
 54755 | Vaults:1 | 54755 ||| Stepping randomly (stuck).
 54757 | Vaults:1 | 54757 ||| Stepping randomly (stuck).
 54759 | Vaults:1 | 54759 ||| Stepping randomly (stuck).
 54761 | Vaults:1 | 54761 ||| Stepping randomly (stuck).
 54763 | Vaults:1 | 54763 ||| Stepping randomly (stuck).
 54765 | Vaults:1 | 54765 ||| Stepping randomly (stuck).
 54767 | Vaults:1 | 54767 ||| Stepping randomly (stuck).
 54769 | Vaults:1 | 54769 ||| Stepping randomly (stuck).
 54771 | Vaults:1 | 54771 ||| Stepping randomly (stuck).
 54773 | Vaults:1 | 54773 ||| Stepping randomly (stuck).
 54775 | Vaults:1 | 54775 ||| Stepping randomly (stuck).
 54777 | Vaults:1 | 54777 ||| Stepping randomly (stuck).
 54779 | Vaults:1 | 54779 ||| Stepping randomly (stuck).
 54781 | Vaults:1 | 54781 ||| Stepping randomly (stuck).
 54783 | Vaults:1 | 54783 ||| Stepping randomly (stuck).
 54785 | Vaults:1 | 54785 ||| Stepping randomly (stuck).
 54787 | Vaults:1 | 54787 ||| Stepping randomly (stuck).
 54789 | Vaults:1 | 54789 ||| Stepping randomly (stuck).
 54791 | Vaults:1 | 54791 ||| Stepping randomly (stuck).
 54793 | Vaults:1 | 54793 ||| Stepping randomly (stuck).
 54795 | Vaults:1 | 54795 ||| Stepping randomly (stuck).
 54797 | Vaults:1 | 54797 ||| Stepping randomly (stuck).
 54799 | Vaults:1 | 54799 ||| Stepping randomly (stuck).
 54801 | Vaults:1 | 54801 ||| Stepping randomly (stuck).
 54803 | Vaults:1 | 54803 ||| Stepping randomly (stuck).
 54805 | Vaults:1 | 54805 ||| Stepping randomly (stuck).
 54807 | Vaults:1 | 54807 ||| Stepping randomly (stuck).
 54809 | Vaults:1 | 54809 ||| Stepping randomly (stuck).
 54811 | Vaults:1 | 54811 ||| Stepping randomly (stuck).
 54813 | Vaults:1 | 54813 ||| Stepping randomly (stuck).
 54815 | Vaults:1 | 54815 ||| Stepping randomly (stuck).
 54817 | Vaults:1 | 54817 ||| Stepping randomly (stuck).
 54819 | Vaults:1 | 54819 ||| Stepping randomly (stuck).
 54821 | Vaults:1 | 54821 ||| Stepping randomly (stuck).
 54823 | Vaults:1 | 54823 ||| Stepping randomly (stuck).
 54825 | Vaults:1 | 54825 ||| Stepping randomly (stuck).
 54827 | Vaults:1 | 54827 ||| Stepping randomly (stuck).
 54829 | Vaults:1 | 54829 ||| Stepping randomly (stuck).
 54831 | Vaults:1 | 54831 ||| Stepping randomly (stuck).
 54833 | Vaults:1 | 54833 ||| Stepping randomly (stuck).
 54835 | Vaults:1 | 54835 ||| Stepping randomly (stuck).
 54837 | Vaults:1 | 54837 ||| Stepping randomly (stuck).
 54839 | Vaults:1 | 54839 ||| Stepping randomly (stuck).
 54841 | Vaults:1 | 54841 ||| Stepping randomly (stuck).
 54843 | Vaults:1 | 54843 ||| Stepping randomly (stuck).
 54845 | Vaults:1 | 54845 ||| Stepping randomly (stuck).
 54847 | Vaults:1 | 54847 ||| Stepping randomly (stuck).
 54849 | Vaults:1 | 54849 ||| Stepping randomly (stuck).
 54851 | Vaults:1 | 54851 ||| Stepping randomly (stuck).
 54853 | Vaults:1 | 54853 ||| Stepping randomly (stuck).
 54855 | Vaults:1 | 54855 ||| Stepping randomly (stuck).
 54857 | Vaults:1 | 54857 ||| Stepping randomly (stuck).
 54859 | Vaults:1 | 54859 ||| Stepping randomly (stuck).
 54861 | Vaults:1 | 54861 ||| Stepping randomly (stuck).
 54863 | Vaults:1 | 54863 ||| Stepping randomly (stuck).
 54865 | Vaults:1 | 54865 ||| Stepping randomly (stuck).
 54867 | Vaults:1 | 54867 ||| Stepping randomly (stuck).
 54869 | Vaults:1 | 54869 ||| Stepping randomly (stuck).
 54871 | Vaults:1 | 54871 ||| Stepping randomly (stuck).
 54873 | Vaults:1 | 54873 ||| Stepping randomly (stuck).
 54875 | Vaults:1 | 54875 ||| Stepping randomly (stuck).
 54877 | Vaults:1 | 54877 ||| Stepping randomly (stuck).
 54879 | Vaults:1 | 54879 ||| Stepping randomly (stuck).
 54881 | Vaults:1 | 54881 ||| Stepping randomly (stuck).
 54883 | Vaults:1 | 54883 ||| Stepping randomly (stuck).
 54885 | Vaults:1 | 54885 ||| Stepping randomly (stuck).
 54887 | Vaults:1 | 54887 ||| Stepping randomly (stuck).
 54889 | Vaults:1 | 54889 ||| Stepping randomly (stuck).
 54891 | Vaults:1 | 54891 ||| Stepping randomly (stuck).
 54893 | Vaults:1 | 54893 ||| Stepping randomly (stuck).
 54895 | Vaults:1 | 54895 ||| Stepping randomly (stuck).
 54897 | Vaults:1 | 54897 ||| Stepping randomly (stuck).
 54899 | Vaults:1 | 54899 ||| Stepping randomly (stuck).
 54901 | Vaults:1 | 54901 ||| Stepping randomly (stuck).
 54903 | Vaults:1 | 54903 ||| Stepping randomly (stuck).
 54905 | Vaults:1 | 54905 ||| Stepping randomly (stuck).
 54907 | Vaults:1 | 54907 ||| Stepping randomly (stuck).
 54909 | Vaults:1 | 54909 ||| Stepping randomly (stuck).
 54911 | Vaults:1 | 54911 ||| Stepping randomly (stuck).
 54913 | Vaults:1 | 54913 ||| Stepping randomly (stuck).
 54915 | Vaults:1 | 54915 ||| Stepping randomly (stuck).
 54917 | Vaults:1 | 54917 ||| Stepping randomly (stuck).
 54919 | Vaults:1 | 54919 ||| Stepping randomly (stuck).
 54921 | Vaults:1 | 54921 ||| Stepping randomly (stuck).
 54923 | Vaults:1 | 54923 ||| Stepping randomly (stuck).
 54925 | Vaults:1 | 54925 ||| Stepping randomly (stuck).
 54927 | Vaults:1 | 54927 ||| Stepping randomly (stuck).
 54929 | Vaults:1 | 54929 ||| Stepping randomly (stuck).
 54931 | Vaults:1 | 54931 ||| Stepping randomly (stuck).
 54933 | Vaults:1 | 54933 ||| Stepping randomly (stuck).
 54935 | Vaults:1 | 54935 ||| Stepping randomly (stuck).
 54937 | Vaults:1 | 54937 ||| Stepping randomly (stuck).
 54939 | Vaults:1 | 54939 ||| Stepping randomly (stuck).
 54941 | Vaults:1 | 54941 ||| Stepping randomly (stuck).
 54943 | Vaults:1 | 54943 ||| Stepping randomly (stuck).
 54945 | Vaults:1 | 54945 ||| Stepping randomly (stuck).
 54947 | Vaults:1 | 54947 ||| Stepping randomly (stuck).
 54949 | Vaults:1 | 54949 ||| Stepping randomly (stuck).
 54951 | Vaults:1 | 54951 ||| Stepping randomly (stuck).
 54953 | Vaults:1 | 54953 ||| Stepping randomly (stuck).
 54955 | Vaults:1 | 54955 ||| Stepping randomly (stuck).
 54957 | Vaults:1 | 54957 ||| Stepping randomly (stuck).
 54959 | Vaults:1 | 54959 ||| Stepping randomly (stuck).
 54961 | Vaults:1 | 54961 ||| Stepping randomly (stuck).
 54963 | Vaults:1 | 54963 ||| Stepping randomly (stuck).
 54965 | Vaults:1 | 54965 ||| Stepping randomly (stuck).
 54967 | Vaults:1 | 54967 ||| Stepping randomly (stuck).
 54969 | Vaults:1 | 54969 ||| Stepping randomly (stuck).
 54971 | Vaults:1 | 54971 ||| Stepping randomly (stuck).
 54973 | Vaults:1 | 54973 ||| Stepping randomly (stuck).
 54975 | Vaults:1 | 54975 ||| Stepping randomly (stuck).
 54977 | Vaults:1 | 54977 ||| Stepping randomly (stuck).
 54979 | Vaults:1 | 54979 ||| Stepping randomly (stuck).
 54981 | Vaults:1 | 54981 ||| Stepping randomly (stuck).
 54983 | Vaults:1 | 54983 ||| Stepping randomly (stuck).
 54985 | Vaults:1 | 54985 ||| Stepping randomly (stuck).
 54987 | Vaults:1 | 54987 ||| Stepping randomly (stuck).
 54989 | Vaults:1 | 54989 ||| Stepping randomly (stuck).
 54991 | Vaults:1 | 54991 ||| Stepping randomly (stuck).
 54993 | Vaults:1 | 54993 ||| Stepping randomly (stuck).
 54995 | Vaults:1 | 54995 ||| Stepping randomly (stuck).
 54997 | Vaults:1 | 54997 ||| Stepping randomly (stuck).
 54999 | Vaults:1 | 54999 ||| Stepping randomly (stuck).
 55001 | Vaults:1 | 55001 ||| Stepping randomly (stuck).
 55003 | Vaults:1 | 55003 ||| Stepping randomly (stuck).
 55005 | Vaults:1 | 55005 ||| Stepping randomly (stuck).
 55007 | Vaults:1 | 55007 ||| Stepping randomly (stuck).
 55009 | Vaults:1 | 55009 ||| Stepping randomly (stuck).
 55011 | Vaults:1 | 55011 ||| Stepping randomly (stuck).
 55013 | Vaults:1 | 55013 ||| Stepping randomly (stuck).
 55015 | Vaults:1 | 55015 ||| Stepping randomly (stuck).
 55017 | Vaults:1 | 55017 ||| Stepping randomly (stuck).
 55019 | Vaults:1 | 55019 ||| Stepping randomly (stuck).
 55021 | Vaults:1 | 55021 ||| Stepping randomly (stuck).
 55023 | Vaults:1 | 55023 ||| Stepping randomly (stuck).
 55025 | Vaults:1 | 55025 ||| Stepping randomly (stuck).
 55027 | Vaults:1 | 55027 ||| Stepping randomly (stuck).
 55029 | Vaults:1 | 55029 ||| Stepping randomly (stuck).
 55031 | Vaults:1 | 55031 ||| Stepping randomly (stuck).
 55033 | Vaults:1 | 55033 ||| Stepping randomly (stuck).
 55035 | Vaults:1 | 55035 ||| Stepping randomly (stuck).
 55037 | Vaults:1 | 55037 ||| Stepping randomly (stuck).
 55039 | Vaults:1 | 55039 ||| Stepping randomly (stuck).
 55041 | Vaults:1 | 55041 ||| Stepping randomly (stuck).
 55043 | Vaults:1 | 55043 ||| Stepping randomly (stuck).
 55045 | Vaults:1 | 55045 ||| Stepping randomly (stuck).
 55047 | Vaults:1 | 55047 ||| Stepping randomly (stuck).
 55049 | Vaults:1 | 55049 ||| Stepping randomly (stuck).
 55051 | Vaults:1 | 55051 ||| Stepping randomly (stuck).
 55053 | Vaults:1 | 55053 ||| Stepping randomly (stuck).
 55055 | Vaults:1 | 55055 ||| Stepping randomly (stuck).
 55057 | Vaults:1 | 55057 ||| Stepping randomly (stuck).
 55059 | Vaults:1 | 55059 ||| Stepping randomly (stuck).
 55061 | Vaults:1 | 55061 ||| Stepping randomly (stuck).
 55063 | Vaults:1 | 55063 ||| Stepping randomly (stuck).
 55065 | Vaults:1 | 55065 ||| Stepping randomly (stuck).
 55067 | Vaults:1 | 55067 ||| Stepping randomly (stuck).
 55069 | Vaults:1 | 55069 ||| Stepping randomly (stuck).
 55070 | Vaults:1 | Glimpsed the power of Zot.
 55071 | Vaults:1 | 55071 ||| Stepping randomly (stuck).
 55073 | Vaults:1 | 55073 ||| Stepping randomly (stuck).
 55075 | Vaults:1 | 55075 ||| Stepping randomly (stuck).
 55077 | Vaults:1 | 55077 ||| Stepping randomly (stuck).
 55079 | Vaults:1 | 55079 ||| Stepping randomly (stuck).
 55081 | Vaults:1 | 55081 ||| Stepping randomly (stuck).
 55083 | Vaults:1 | 55083 ||| Stepping randomly (stuck).
 55085 | Vaults:1 | 55085 ||| Stepping randomly (stuck).
 55087 | Vaults:1 | 55087 ||| Stepping randomly (stuck).
 55089 | Vaults:1 | 55089 ||| Stepping randomly (stuck).
 55091 | Vaults:1 | 55091 ||| Stepping randomly (stuck).
 55093 | Vaults:1 | 55093 ||| Stepping randomly (stuck).
 55095 | Vaults:1 | 55095 ||| Stepping randomly (stuck).
 55097 | Vaults:1 | 55097 ||| Stepping randomly (stuck).
 55099 | Vaults:1 | 55099 ||| Stepping randomly (stuck).
 55101 | Vaults:1 | 55101 ||| Stepping randomly (stuck).
 55103 | Vaults:1 | 55103 ||| Stepping randomly (stuck).
 55105 | Vaults:1 | 55105 ||| Stepping randomly (stuck).
 55107 | Vaults:1 | 55107 ||| Stepping randomly (stuck).
 55109 | Vaults:1 | 55109 ||| Stepping randomly (stuck).
 55111 | Vaults:1 | 55111 ||| Stepping randomly (stuck).
 55113 | Vaults:1 | 55113 ||| Stepping randomly (stuck).
 55115 | Vaults:1 | 55115 ||| Stepping randomly (stuck).
 55117 | Vaults:1 | 55117 ||| Stepping randomly (stuck).
 55119 | Vaults:1 | 55119 ||| Stepping randomly (stuck).
 55121 | Vaults:1 | 55121 ||| Stepping randomly (stuck).
 55123 | Vaults:1 | 55123 ||| Stepping randomly (stuck).
 55125 | Vaults:1 | 55125 ||| Stepping randomly (stuck).
 55127 | Vaults:1 | 55127 ||| Stepping randomly (stuck).
 55129 | Vaults:1 | 55129 ||| Stepping randomly (stuck).
 55131 | Vaults:1 | 55131 ||| Stepping randomly (stuck).
 55133 | Vaults:1 | 55133 ||| Stepping randomly (stuck).
 55135 | Vaults:1 | 55135 ||| Stepping randomly (stuck).
 55137 | Vaults:1 | 55137 ||| Stepping randomly (stuck).
 55139 | Vaults:1 | 55139 ||| Stepping randomly (stuck).
 55141 | Vaults:1 | 55141 ||| Stepping randomly (stuck).
 55143 | Vaults:1 | 55143 ||| Stepping randomly (stuck).
 55145 | Vaults:1 | 55145 ||| Stepping randomly (stuck).
 55147 | Vaults:1 | 55147 ||| Stepping randomly (stuck).
 55149 | Vaults:1 | 55149 ||| Stepping randomly (stuck).
 55151 | Vaults:1 | 55151 ||| Stepping randomly (stuck).
 55153 | Vaults:1 | 55153 ||| Stepping randomly (stuck).
 55155 | Vaults:1 | 55155 ||| Stepping randomly (stuck).
 55157 | Vaults:1 | 55157 ||| Stepping randomly (stuck).
 55159 | Vaults:1 | 55159 ||| Stepping randomly (stuck).
 55161 | Vaults:1 | 55161 ||| Stepping randomly (stuck).
 55163 | Vaults:1 | 55163 ||| Stepping randomly (stuck).
 55165 | Vaults:1 | 55165 ||| Stepping randomly (stuck).
 55167 | Vaults:1 | 55167 ||| Stepping randomly (stuck).
 55169 | Vaults:1 | 55169 ||| Stepping randomly (stuck).
 55171 | Vaults:1 | 55171 ||| Stepping randomly (stuck).
 55173 | Vaults:1 | 55173 ||| Stepping randomly (stuck).
 55175 | Vaults:1 | 55175 ||| Stepping randomly (stuck).
 55177 | Vaults:1 | 55177 ||| Stepping randomly (stuck).
 55179 | Vaults:1 | 55179 ||| Stepping randomly (stuck).
 55181 | Vaults:1 | 55181 ||| Stepping randomly (stuck).
 55183 | Vaults:1 | 55183 ||| Stepping randomly (stuck).
 55185 | Vaults:1 | 55185 ||| Stepping randomly (stuck).
 55187 | Vaults:1 | 55187 ||| Stepping randomly (stuck).
 55189 | Vaults:1 | 55189 ||| Stepping randomly (stuck).
 55191 | Vaults:1 | 55191 ||| Stepping randomly (stuck).
 55193 | Vaults:1 | 55193 ||| Stepping randomly (stuck).
 55195 | Vaults:1 | 55195 ||| Stepping randomly (stuck).
 55197 | Vaults:1 | 55197 ||| Stepping randomly (stuck).
 55199 | Vaults:1 | 55199 ||| Stepping randomly (stuck).
 55201 | Vaults:1 | 55201 ||| Stepping randomly (stuck).
 55203 | Vaults:1 | 55203 ||| Stepping randomly (stuck).
 55205 | Vaults:1 | 55205 ||| Stepping randomly (stuck).
 55207 | Vaults:1 | 55207 ||| Stepping randomly (stuck).
 55209 | Vaults:1 | 55209 ||| Stepping randomly (stuck).
 55211 | Vaults:1 | 55211 ||| Stepping randomly (stuck).
 55213 | Vaults:1 | 55213 ||| Stepping randomly (stuck).
 55215 | Vaults:1 | 55215 ||| Stepping randomly (stuck).
 55217 | Vaults:1 | 55217 ||| Stepping randomly (stuck).
 55219 | Vaults:1 | 55219 ||| Stepping randomly (stuck).
 55221 | Vaults:1 | 55221 ||| Stepping randomly (stuck).
 55223 | Vaults:1 | 55223 ||| Stepping randomly (stuck).
 55225 | Vaults:1 | 55225 ||| Stepping randomly (stuck).
 55227 | Vaults:1 | 55227 ||| Stepping randomly (stuck).
 55229 | Vaults:1 | 55229 ||| Stepping randomly (stuck).
 55231 | Vaults:1 | 55231 ||| Stepping randomly (stuck).
 55233 | Vaults:1 | 55233 ||| Stepping randomly (stuck).
 55235 | Vaults:1 | 55235 ||| Stepping randomly (stuck).
 55237 | Vaults:1 | 55237 ||| Stepping randomly (stuck).
 55239 | Vaults:1 | 55239 ||| Stepping randomly (stuck).
 55241 | Vaults:1 | 55241 ||| Stepping randomly (stuck).
 55243 | Vaults:1 | 55243 ||| Stepping randomly (stuck).
 55245 | Vaults:1 | 55245 ||| Stepping randomly (stuck).
 55247 | Vaults:1 | 55247 ||| Stepping randomly (stuck).
 55249 | Vaults:1 | 55249 ||| Stepping randomly (stuck).
 55251 | Vaults:1 | 55251 ||| Stepping randomly (stuck).
 55253 | Vaults:1 | 55253 ||| Stepping randomly (stuck).
 55255 | Vaults:1 | 55255 ||| Stepping randomly (stuck).
 55257 | Vaults:1 | 55257 ||| Stepping randomly (stuck).
 55259 | Vaults:1 | 55259 ||| Stepping randomly (stuck).
 55261 | Vaults:1 | 55261 ||| Stepping randomly (stuck).
 55263 | Vaults:1 | 55263 ||| Stepping randomly (stuck).
 55265 | Vaults:1 | 55265 ||| Stepping randomly (stuck).
 55267 | Vaults:1 | 55267 ||| Stepping randomly (stuck).
 55269 | Vaults:1 | 55269 ||| Stepping randomly (stuck).
 55271 | Vaults:1 | 55271 ||| Stepping randomly (stuck).
 55273 | Vaults:1 | 55273 ||| Stepping randomly (stuck).
 55275 | Vaults:1 | 55275 ||| Stepping randomly (stuck).
 55277 | Vaults:1 | 55277 ||| Stepping randomly (stuck).
 55279 | Vaults:1 | 55279 ||| Stepping randomly (stuck).
 55281 | Vaults:1 | 55281 ||| Stepping randomly (stuck).
 55283 | Vaults:1 | 55283 ||| Stepping randomly (stuck).
 55285 | Vaults:1 | 55285 ||| Stepping randomly (stuck).
 55287 | Vaults:1 | 55287 ||| Stepping randomly (stuck).
 55289 | Vaults:1 | 55289 ||| Stepping randomly (stuck).
 55291 | Vaults:1 | 55291 ||| Stepping randomly (stuck).
 55293 | Vaults:1 | 55293 ||| Stepping randomly (stuck).
 55295 | Vaults:1 | 55295 ||| Stepping randomly (stuck).
 55297 | Vaults:1 | 55297 ||| Stepping randomly (stuck).
 55299 | Vaults:1 | 55299 ||| Stepping randomly (stuck).
 55301 | Vaults:1 | 55301 ||| Stepping randomly (stuck).
 55303 | Vaults:1 | 55303 ||| Stepping randomly (stuck).
 55305 | Vaults:1 | 55305 ||| Stepping randomly (stuck).
 55307 | Vaults:1 | 55307 ||| Stepping randomly (stuck).
 55309 | Vaults:1 | 55309 ||| Stepping randomly (stuck).
 55311 | Vaults:1 | 55311 ||| Stepping randomly (stuck).
 55313 | Vaults:1 | 55313 ||| Stepping randomly (stuck).
 55315 | Vaults:1 | 55315 ||| Stepping randomly (stuck).
 55317 | Vaults:1 | 55317 ||| Stepping randomly (stuck).
 55319 | Vaults:1 | 55319 ||| Stepping randomly (stuck).
 55321 | Vaults:1 | 55321 ||| Stepping randomly (stuck).
 55323 | Vaults:1 | 55323 ||| Stepping randomly (stuck).
 55325 | Vaults:1 | 55325 ||| Stepping randomly (stuck).
 55327 | Vaults:1 | 55327 ||| Stepping randomly (stuck).
 55329 | Vaults:1 | 55329 ||| Stepping randomly (stuck).
 55331 | Vaults:1 | 55331 ||| Stepping randomly (stuck).
 55333 | Vaults:1 | 55333 ||| Stepping randomly (stuck).
 55335 | Vaults:1 | 55335 ||| Stepping randomly (stuck).
 55337 | Vaults:1 | 55337 ||| Stepping randomly (stuck).
 55339 | Vaults:1 | 55339 ||| Stepping randomly (stuck).
 55341 | Vaults:1 | 55341 ||| Stepping randomly (stuck).
 55343 | Vaults:1 | 55343 ||| Stepping randomly (stuck).
 55345 | Vaults:1 | 55345 ||| Stepping randomly (stuck).
 55347 | Vaults:1 | 55347 ||| Stepping randomly (stuck).
 55349 | Vaults:1 | 55349 ||| Stepping randomly (stuck).
 55351 | Vaults:1 | 55351 ||| Stepping randomly (stuck).
 55353 | Vaults:1 | 55353 ||| Stepping randomly (stuck).
 55355 | Vaults:1 | 55355 ||| Stepping randomly (stuck).
 55357 | Vaults:1 | 55357 ||| Stepping randomly (stuck).
 55359 | Vaults:1 | 55359 ||| Stepping randomly (stuck).
 55361 | Vaults:1 | 55361 ||| Stepping randomly (stuck).
 55363 | Vaults:1 | 55363 ||| Stepping randomly (stuck).
 55365 | Vaults:1 | 55365 ||| Stepping randomly (stuck).
 55367 | Vaults:1 | 55367 ||| Stepping randomly (stuck).
 55369 | Vaults:1 | 55369 ||| Stepping randomly (stuck).
 55371 | Vaults:1 | 55371 ||| Stepping randomly (stuck).
 55373 | Vaults:1 | 55373 ||| Stepping randomly (stuck).
 55375 | Vaults:1 | 55375 ||| Stepping randomly (stuck).
 55377 | Vaults:1 | 55377 ||| Stepping randomly (stuck).
 55379 | Vaults:1 | 55379 ||| Stepping randomly (stuck).
 55381 | Vaults:1 | 55381 ||| Stepping randomly (stuck).
 55383 | Vaults:1 | 55383 ||| Stepping randomly (stuck).
 55385 | Vaults:1 | 55385 ||| Stepping randomly (stuck).
 55387 | Vaults:1 | 55387 ||| Stepping randomly (stuck).
 55389 | Vaults:1 | 55389 ||| Stepping randomly (stuck).
 55391 | Vaults:1 | 55391 ||| Stepping randomly (stuck).
 55393 | Vaults:1 | 55393 ||| Stepping randomly (stuck).
 55395 | Vaults:1 | 55395 ||| Stepping randomly (stuck).
 55397 | Vaults:1 | 55397 ||| Stepping randomly (stuck).
 55399 | Vaults:1 | 55399 ||| Stepping randomly (stuck).
 55401 | Vaults:1 | 55401 ||| Stepping randomly (stuck).
 55403 | Vaults:1 | 55403 ||| Stepping randomly (stuck).
 55405 | Vaults:1 | 55405 ||| Stepping randomly (stuck).
 55407 | Vaults:1 | 55407 ||| Stepping randomly (stuck).
 55409 | Vaults:1 | 55409 ||| Stepping randomly (stuck).
 55411 | Vaults:1 | 55411 ||| Stepping randomly (stuck).
 55413 | Vaults:1 | 55413 ||| Stepping randomly (stuck).
 55415 | Vaults:1 | 55415 ||| Stepping randomly (stuck).
 55417 | Vaults:1 | 55417 ||| Stepping randomly (stuck).
 55419 | Vaults:1 | 55419 ||| Stepping randomly (stuck).
 55421 | Vaults:1 | 55421 ||| Stepping randomly (stuck).
 55423 | Vaults:1 | 55423 ||| Stepping randomly (stuck).
 55425 | Vaults:1 | 55425 ||| Stepping randomly (stuck).
 55427 | Vaults:1 | 55427 ||| Stepping randomly (stuck).
 55429 | Vaults:1 | 55429 ||| Stepping randomly (stuck).
 55431 | Vaults:1 | 55431 ||| Stepping randomly (stuck).
 55433 | Vaults:1 | 55433 ||| Stepping randomly (stuck).
 55435 | Vaults:1 | 55435 ||| Stepping randomly (stuck).
 55437 | Vaults:1 | 55437 ||| Stepping randomly (stuck).
 55439 | Vaults:1 | 55439 ||| Stepping randomly (stuck).
 55441 | Vaults:1 | 55441 ||| Stepping randomly (stuck).
 55443 | Vaults:1 | 55443 ||| Stepping randomly (stuck).
 55445 | Vaults:1 | 55445 ||| Stepping randomly (stuck).
 55447 | Vaults:1 | 55447 ||| Stepping randomly (stuck).
 55449 | Vaults:1 | 55449 ||| Stepping randomly (stuck).
 55451 | Vaults:1 | 55451 ||| Stepping randomly (stuck).
 55453 | Vaults:1 | 55453 ||| Stepping randomly (stuck).
 55455 | Vaults:1 | 55455 ||| Stepping randomly (stuck).
 55457 | Vaults:1 | 55457 ||| Stepping randomly (stuck).
 55459 | Vaults:1 | 55459 ||| Stepping randomly (stuck).
 55461 | Vaults:1 | 55461 ||| Stepping randomly (stuck).
 55463 | Vaults:1 | 55463 ||| Stepping randomly (stuck).
 55465 | Vaults:1 | 55465 ||| Stepping randomly (stuck).
 55467 | Vaults:1 | 55467 ||| Stepping randomly (stuck).
 55469 | Vaults:1 | 55469 ||| Stepping randomly (stuck).
 55470 | Vaults:1 | Glimpsed the power of Zot.
 55471 | Vaults:1 | 55471 ||| Stepping randomly (stuck).
 55473 | Vaults:1 | 55473 ||| Stepping randomly (stuck).
 55475 | Vaults:1 | 55475 ||| Stepping randomly (stuck).
 55477 | Vaults:1 | 55477 ||| Stepping randomly (stuck).
 55479 | Vaults:1 | 55479 ||| Stepping randomly (stuck).
 55481 | Vaults:1 | 55481 ||| Stepping randomly (stuck).
 55483 | Vaults:1 | 55483 ||| Stepping randomly (stuck).
 55485 | Vaults:1 | 55485 ||| Stepping randomly (stuck).
 55487 | Vaults:1 | 55487 ||| Stepping randomly (stuck).
 55489 | Vaults:1 | 55489 ||| Stepping randomly (stuck).
 55491 | Vaults:1 | 55491 ||| Stepping randomly (stuck).
 55493 | Vaults:1 | 55493 ||| Stepping randomly (stuck).
 55495 | Vaults:1 | 55495 ||| Stepping randomly (stuck).
 55497 | Vaults:1 | 55497 ||| Stepping randomly (stuck).
 55499 | Vaults:1 | 55499 ||| Stepping randomly (stuck).
 55501 | Vaults:1 | 55501 ||| Stepping randomly (stuck).
 55503 | Vaults:1 | 55503 ||| Stepping randomly (stuck).
 55505 | Vaults:1 | 55505 ||| Stepping randomly (stuck).
 55507 | Vaults:1 | 55507 ||| Stepping randomly (stuck).
 55509 | Vaults:1 | 55509 ||| Stepping randomly (stuck).
 55511 | Vaults:1 | 55511 ||| Stepping randomly (stuck).
 55513 | Vaults:1 | 55513 ||| Stepping randomly (stuck).
 55515 | Vaults:1 | 55515 ||| Stepping randomly (stuck).
 55517 | Vaults:1 | 55517 ||| Stepping randomly (stuck).
 55519 | Vaults:1 | 55519 ||| Stepping randomly (stuck).
 55521 | Vaults:1 | 55521 ||| Stepping randomly (stuck).
 55523 | Vaults:1 | 55523 ||| Stepping randomly (stuck).
 55525 | Vaults:1 | 55525 ||| Stepping randomly (stuck).
 55527 | Vaults:1 | 55527 ||| Stepping randomly (stuck).
 55529 | Vaults:1 | 55529 ||| Stepping randomly (stuck).
 55531 | Vaults:1 | 55531 ||| Stepping randomly (stuck).
 55533 | Vaults:1 | 55533 ||| Stepping randomly (stuck).
 55535 | Vaults:1 | 55535 ||| Stepping randomly (stuck).
 55537 | Vaults:1 | 55537 ||| Stepping randomly (stuck).
 55539 | Vaults:1 | 55539 ||| Stepping randomly (stuck).
 55541 | Vaults:1 | 55541 ||| Stepping randomly (stuck).
 55543 | Vaults:1 | 55543 ||| Stepping randomly (stuck).
 55545 | Vaults:1 | 55545 ||| Stepping randomly (stuck).
 55547 | Vaults:1 | 55547 ||| Stepping randomly (stuck).
 55549 | Vaults:1 | 55549 ||| Stepping randomly (stuck).
 55551 | Vaults:1 | 55551 ||| Stepping randomly (stuck).
 55553 | Vaults:1 | 55553 ||| Stepping randomly (stuck).
 55555 | Vaults:1 | 55555 ||| Stepping randomly (stuck).
 55557 | Vaults:1 | 55557 ||| Stepping randomly (stuck).
 55559 | Vaults:1 | 55559 ||| Stepping randomly (stuck).
 55561 | Vaults:1 | 55561 ||| Stepping randomly (stuck).
 55563 | Vaults:1 | 55563 ||| Stepping randomly (stuck).
 55565 | Vaults:1 | 55565 ||| Stepping randomly (stuck).
 55567 | Vaults:1 | 55567 ||| Stepping randomly (stuck).
 55569 | Vaults:1 | 55569 ||| Stepping randomly (stuck).
 55569 | Vaults:1 | Touched by the power of Zot (MHP 1 -> 1)
 55570 | Vaults:1 | Glimpsed the power of Zot.
 55571 | Vaults:1 | 55571 ||| Stepping randomly (stuck).
 55573 | Vaults:1 | 55573 ||| Stepping randomly (stuck).
 55575 | Vaults:1 | 55575 ||| Stepping randomly (stuck).
 55577 | Vaults:1 | 55577 ||| Stepping randomly (stuck).
 55579 | Vaults:1 | 55579 ||| Stepping randomly (stuck).
 55581 | Vaults:1 | 55581 ||| Stepping randomly (stuck).
 55583 | Vaults:1 | 55583 ||| Stepping randomly (stuck).
 55585 | Vaults:1 | 55585 ||| Stepping randomly (stuck).
 55587 | Vaults:1 | 55587 ||| Stepping randomly (stuck).
 55589 | Vaults:1 | 55589 ||| Stepping randomly (stuck).
 55591 | Vaults:1 | 55591 ||| Stepping randomly (stuck).
 55593 | Vaults:1 | 55593 ||| Stepping randomly (stuck).
 55595 | Vaults:1 | 55595 ||| Stepping randomly (stuck).
 55597 | Vaults:1 | 55597 ||| Stepping randomly (stuck).
 55599 | Vaults:1 | 55599 ||| Stepping randomly (stuck).
 55601 | Vaults:1 | 55601 ||| Stepping randomly (stuck).
 55603 | Vaults:1 | 55603 ||| Stepping randomly (stuck).
 55605 | Vaults:1 | 55605 ||| Stepping randomly (stuck).
 55607 | Vaults:1 | 55607 ||| Stepping randomly (stuck).
 55609 | Vaults:1 | 55609 ||| Stepping randomly (stuck).
 55611 | Vaults:1 | 55611 ||| Stepping randomly (stuck).
 55613 | Vaults:1 | 55613 ||| Stepping randomly (stuck).
 55615 | Vaults:1 | 55615 ||| Stepping randomly (stuck).
 55617 | Vaults:1 | 55617 ||| Stepping randomly (stuck).
 55619 | Vaults:1 | 55619 ||| Stepping randomly (stuck).
 55621 | Vaults:1 | 55621 ||| Stepping randomly (stuck).
 55623 | Vaults:1 | 55623 ||| Stepping randomly (stuck).
 55625 | Vaults:1 | 55625 ||| Stepping randomly (stuck).
 55627 | Vaults:1 | 55627 ||| Stepping randomly (stuck).
 55629 | Vaults:1 | 55629 ||| Stepping randomly (stuck).
 55631 | Vaults:1 | 55631 ||| Stepping randomly (stuck).
 55633 | Vaults:1 | 55633 ||| Stepping randomly (stuck).
 55635 | Vaults:1 | 55635 ||| Stepping randomly (stuck).
 55637 | Vaults:1 | 55637 ||| Stepping randomly (stuck).
 55639 | Vaults:1 | 55639 ||| Stepping randomly (stuck).
 55641 | Vaults:1 | 55641 ||| Stepping randomly (stuck).
 55643 | Vaults:1 | 55643 ||| Stepping randomly (stuck).
 55645 | Vaults:1 | 55645 ||| Stepping randomly (stuck).
 55647 | Vaults:1 | 55647 ||| Stepping randomly (stuck).
 55649 | Vaults:1 | 55649 ||| Stepping randomly (stuck).
 55651 | Vaults:1 | 55651 ||| Stepping randomly (stuck).
 55653 | Vaults:1 | 55653 ||| Stepping randomly (stuck).
 55655 | Vaults:1 | 55655 ||| Stepping randomly (stuck).
 55657 | Vaults:1 | 55657 ||| Stepping randomly (stuck).
 55659 | Vaults:1 | 55659 ||| Stepping randomly (stuck).
 55661 | Vaults:1 | 55661 ||| Stepping randomly (stuck).
 55663 | Vaults:1 | 55663 ||| Stepping randomly (stuck).
 55665 | Vaults:1 | 55665 ||| Stepping randomly (stuck).
 55667 | Vaults:1 | 55667 ||| Stepping randomly (stuck).
 55669 | Vaults:1 | 55669 ||| Stepping randomly (stuck).
 55671 | Vaults:1 | 55671 ||| Stepping randomly (stuck).
 55673 | Vaults:1 | 55673 ||| Stepping randomly (stuck).
 55675 | Vaults:1 | 55675 ||| Stepping randomly (stuck).
 55677 | Vaults:1 | 55677 ||| Stepping randomly (stuck).
 55679 | Vaults:1 | 55679 ||| Stepping randomly (stuck).
 55681 | Vaults:1 | 55681 ||| Stepping randomly (stuck).
 55683 | Vaults:1 | 55683 ||| Stepping randomly (stuck).
 55685 | Vaults:1 | 55685 ||| Stepping randomly (stuck).
 55687 | Vaults:1 | 55687 ||| Stepping randomly (stuck).
 55689 | Vaults:1 | 55689 ||| Stepping randomly (stuck).
 55691 | Vaults:1 | 55691 ||| Stepping randomly (stuck).
 55693 | Vaults:1 | 55693 ||| Stepping randomly (stuck).
 55695 | Vaults:1 | 55695 ||| Stepping randomly (stuck).
 55697 | Vaults:1 | 55697 ||| Stepping randomly (stuck).
 55699 | Vaults:1 | 55699 ||| Stepping randomly (stuck).
 55701 | Vaults:1 | 55701 ||| Stepping randomly (stuck).
 55703 | Vaults:1 | 55703 ||| Stepping randomly (stuck).
 55705 | Vaults:1 | 55705 ||| Stepping randomly (stuck).
 55707 | Vaults:1 | 55707 ||| Stepping randomly (stuck).
 55709 | Vaults:1 | 55709 ||| Stepping randomly (stuck).
 55711 | Vaults:1 | 55711 ||| Stepping randomly (stuck).
 55713 | Vaults:1 | 55713 ||| Stepping randomly (stuck).
 55715 | Vaults:1 | 55715 ||| Stepping randomly (stuck).
 55717 | Vaults:1 | 55717 ||| Stepping randomly (stuck).
 55719 | Vaults:1 | 55719 ||| Stepping randomly (stuck).
 55721 | Vaults:1 | 55721 ||| Stepping randomly (stuck).
 55723 | Vaults:1 | 55723 ||| Stepping randomly (stuck).
 55725 | Vaults:1 | 55725 ||| Stepping randomly (stuck).
 55727 | Vaults:1 | 55727 ||| Stepping randomly (stuck).
 55729 | Vaults:1 | 55729 ||| Stepping randomly (stuck).
 55731 | Vaults:1 | 55731 ||| Stepping randomly (stuck).
 55733 | Vaults:1 | 55733 ||| Stepping randomly (stuck).
 55735 | Vaults:1 | 55735 ||| Stepping randomly (stuck).
 55737 | Vaults:1 | 55737 ||| Stepping randomly (stuck).
 55739 | Vaults:1 | 55739 ||| Stepping randomly (stuck).
 55741 | Vaults:1 | 55741 ||| Stepping randomly (stuck).
 55743 | Vaults:1 | 55743 ||| Stepping randomly (stuck).
 55745 | Vaults:1 | 55745 ||| Stepping randomly (stuck).
 55747 | Vaults:1 | 55747 ||| Stepping randomly (stuck).
 55749 | Vaults:1 | 55749 ||| Stepping randomly (stuck).
 55751 | Vaults:1 | 55751 ||| Stepping randomly (stuck).
 55753 | Vaults:1 | 55753 ||| Stepping randomly (stuck).
 55755 | Vaults:1 | 55755 ||| Stepping randomly (stuck).
 55757 | Vaults:1 | 55757 ||| Stepping randomly (stuck).
 55759 | Vaults:1 | 55759 ||| Stepping randomly (stuck).
 55761 | Vaults:1 | 55761 ||| Stepping randomly (stuck).
 55763 | Vaults:1 | 55763 ||| Stepping randomly (stuck).
 55765 | Vaults:1 | 55765 ||| Stepping randomly (stuck).
 55767 | Vaults:1 | 55767 ||| Stepping randomly (stuck).
 55769 | Vaults:1 | 55769 ||| Stepping randomly (stuck).
 55771 | Vaults:1 | 55771 ||| Stepping randomly (stuck).
 55773 | Vaults:1 | 55773 ||| Stepping randomly (stuck).
 55775 | Vaults:1 | 55775 ||| Stepping randomly (stuck).
 55777 | Vaults:1 | 55777 ||| Stepping randomly (stuck).
 55779 | Vaults:1 | 55779 ||| Stepping randomly (stuck).
 55781 | Vaults:1 | 55781 ||| Stepping randomly (stuck).
 55783 | Vaults:1 | 55783 ||| Stepping randomly (stuck).
 55785 | Vaults:1 | 55785 ||| Stepping randomly (stuck).
 55787 | Vaults:1 | 55787 ||| Stepping randomly (stuck).
 55789 | Vaults:1 | 55789 ||| Stepping randomly (stuck).
 55791 | Vaults:1 | 55791 ||| Stepping randomly (stuck).
 55793 | Vaults:1 | 55793 ||| Stepping randomly (stuck).
 55795 | Vaults:1 | 55795 ||| Stepping randomly (stuck).
 55797 | Vaults:1 | 55797 ||| Stepping randomly (stuck).
 55799 | Vaults:1 | 55799 ||| Stepping randomly (stuck).
 55801 | Vaults:1 | 55801 ||| Stepping randomly (stuck).
 55803 | Vaults:1 | 55803 ||| Stepping randomly (stuck).
 55805 | Vaults:1 | 55805 ||| Stepping randomly (stuck).
 55807 | Vaults:1 | 55807 ||| Stepping randomly (stuck).
 55809 | Vaults:1 | 55809 ||| Stepping randomly (stuck).
 55811 | Vaults:1 | 55811 ||| Stepping randomly (stuck).
 55813 | Vaults:1 | 55813 ||| Stepping randomly (stuck).
 55815 | Vaults:1 | 55815 ||| Stepping randomly (stuck).
 55817 | Vaults:1 | 55817 ||| Stepping randomly (stuck).
 55819 | Vaults:1 | 55819 ||| Stepping randomly (stuck).
 55821 | Vaults:1 | 55821 ||| Stepping randomly (stuck).
 55823 | Vaults:1 | 55823 ||| Stepping randomly (stuck).
 55825 | Vaults:1 | 55825 ||| Stepping randomly (stuck).
 55827 | Vaults:1 | 55827 ||| Stepping randomly (stuck).
 55829 | Vaults:1 | 55829 ||| Stepping randomly (stuck).
 55831 | Vaults:1 | 55831 ||| Stepping randomly (stuck).
 55833 | Vaults:1 | 55833 ||| Stepping randomly (stuck).
 55835 | Vaults:1 | 55835 ||| Stepping randomly (stuck).
 55837 | Vaults:1 | 55837 ||| Stepping randomly (stuck).
 55839 | Vaults:1 | 55839 ||| Stepping randomly (stuck).
 55841 | Vaults:1 | 55841 ||| Stepping randomly (stuck).
 55843 | Vaults:1 | 55843 ||| Stepping randomly (stuck).
 55845 | Vaults:1 | 55845 ||| Stepping randomly (stuck).
 55847 | Vaults:1 | 55847 ||| Stepping randomly (stuck).
 55849 | Vaults:1 | 55849 ||| Stepping randomly (stuck).
 55851 | Vaults:1 | 55851 ||| Stepping randomly (stuck).
 55853 | Vaults:1 | 55853 ||| Stepping randomly (stuck).
 55855 | Vaults:1 | 55855 ||| Stepping randomly (stuck).
 55857 | Vaults:1 | 55857 ||| Stepping randomly (stuck).
 55859 | Vaults:1 | 55859 ||| Stepping randomly (stuck).
 55861 | Vaults:1 | 55861 ||| Stepping randomly (stuck).
 55863 | Vaults:1 | 55863 ||| Stepping randomly (stuck).
 55865 | Vaults:1 | 55865 ||| Stepping randomly (stuck).
 55867 | Vaults:1 | 55867 ||| Stepping randomly (stuck).
 55869 | Vaults:1 | 55869 ||| Stepping randomly (stuck).
 55871 | Vaults:1 | 55871 ||| Stepping randomly (stuck).
 55873 | Vaults:1 | 55873 ||| Stepping randomly (stuck).
 55875 | Vaults:1 | 55875 ||| Stepping randomly (stuck).
 55877 | Vaults:1 | 55877 ||| Stepping randomly (stuck).
 55879 | Vaults:1 | 55879 ||| Stepping randomly (stuck).
 55881 | Vaults:1 | 55881 ||| Stepping randomly (stuck).
 55883 | Vaults:1 | 55883 ||| Stepping randomly (stuck).
 55885 | Vaults:1 | 55885 ||| Stepping randomly (stuck).
 55887 | Vaults:1 | 55887 ||| Stepping randomly (stuck).
 55889 | Vaults:1 | 55889 ||| Stepping randomly (stuck).
 55891 | Vaults:1 | 55891 ||| Stepping randomly (stuck).
 55893 | Vaults:1 | 55893 ||| Stepping randomly (stuck).
 55895 | Vaults:1 | 55895 ||| Stepping randomly (stuck).
 55897 | Vaults:1 | 55897 ||| Stepping randomly (stuck).
 55899 | Vaults:1 | 55899 ||| Stepping randomly (stuck).
 55901 | Vaults:1 | 55901 ||| Stepping randomly (stuck).
 55903 | Vaults:1 | 55903 ||| Stepping randomly (stuck).
 55905 | Vaults:1 | 55905 ||| Stepping randomly (stuck).
 55907 | Vaults:1 | 55907 ||| Stepping randomly (stuck).
 55909 | Vaults:1 | 55909 ||| Stepping randomly (stuck).
 55911 | Vaults:1 | 55911 ||| Stepping randomly (stuck).
 55913 | Vaults:1 | 55913 ||| Stepping randomly (stuck).
 55915 | Vaults:1 | 55915 ||| Stepping randomly (stuck).
 55917 | Vaults:1 | 55917 ||| Stepping randomly (stuck).
 55919 | Vaults:1 | 55919 ||| Stepping randomly (stuck).
 55921 | Vaults:1 | 55921 ||| Stepping randomly (stuck).
 55923 | Vaults:1 | 55923 ||| Stepping randomly (stuck).
 55925 | Vaults:1 | 55925 ||| Stepping randomly (stuck).
 55927 | Vaults:1 | 55927 ||| Stepping randomly (stuck).
 55929 | Vaults:1 | 55929 ||| Stepping randomly (stuck).
 55931 | Vaults:1 | 55931 ||| Stepping randomly (stuck).
 55933 | Vaults:1 | 55933 ||| Stepping randomly (stuck).
 55935 | Vaults:1 | 55935 ||| Stepping randomly (stuck).
 55937 | Vaults:1 | 55937 ||| Stepping randomly (stuck).
 55939 | Vaults:1 | 55939 ||| Stepping randomly (stuck).
 55941 | Vaults:1 | 55941 ||| Stepping randomly (stuck).
 55943 | Vaults:1 | 55943 ||| Stepping randomly (stuck).
 55945 | Vaults:1 | 55945 ||| Stepping randomly (stuck).
 55947 | Vaults:1 | 55947 ||| Stepping randomly (stuck).
 55949 | Vaults:1 | 55949 ||| Stepping randomly (stuck).
 55951 | Vaults:1 | 55951 ||| Stepping randomly (stuck).
 55953 | Vaults:1 | 55953 ||| Stepping randomly (stuck).
 55955 | Vaults:1 | 55955 ||| Stepping randomly (stuck).
 55957 | Vaults:1 | 55957 ||| Stepping randomly (stuck).
 55959 | Vaults:1 | 55959 ||| Stepping randomly (stuck).
 55961 | Vaults:1 | 55961 ||| Stepping randomly (stuck).
 55963 | Vaults:1 | 55963 ||| Stepping randomly (stuck).
 55965 | Vaults:1 | 55965 ||| Stepping randomly (stuck).
 55967 | Vaults:1 | 55967 ||| Stepping randomly (stuck).
 55969 | Vaults:1 | 55969 ||| Stepping randomly (stuck).
 55971 | Vaults:1 | 55971 ||| Stepping randomly (stuck).
 55973 | Vaults:1 | 55973 ||| Stepping randomly (stuck).
 55975 | Vaults:1 | 55975 ||| Stepping randomly (stuck).
 55977 | Vaults:1 | 55977 ||| Stepping randomly (stuck).
 55979 | Vaults:1 | 55979 ||| Stepping randomly (stuck).
 55981 | Vaults:1 | 55981 ||| Stepping randomly (stuck).
 55983 | Vaults:1 | 55983 ||| Stepping randomly (stuck).
 55985 | Vaults:1 | 55985 ||| Stepping randomly (stuck).
 55987 | Vaults:1 | 55987 ||| Stepping randomly (stuck).
 55989 | Vaults:1 | 55989 ||| Stepping randomly (stuck).
 55991 | Vaults:1 | 55991 ||| Stepping randomly (stuck).
 55993 | Vaults:1 | 55993 ||| Stepping randomly (stuck).
 55995 | Vaults:1 | 55995 ||| Stepping randomly (stuck).
 55997 | Vaults:1 | 55997 ||| Stepping randomly (stuck).
 55999 | Vaults:1 | 55999 ||| Stepping randomly (stuck).
 56001 | Vaults:1 | 56001 ||| Stepping randomly (stuck).
 56003 | Vaults:1 | 56003 ||| Stepping randomly (stuck).
 56005 | Vaults:1 | 56005 ||| Stepping randomly (stuck).
 56007 | Vaults:1 | 56007 ||| Stepping randomly (stuck).
 56009 | Vaults:1 | 56009 ||| Stepping randomly (stuck).
 56011 | Vaults:1 | 56011 ||| Stepping randomly (stuck).
 56013 | Vaults:1 | 56013 ||| Stepping randomly (stuck).
 56015 | Vaults:1 | 56015 ||| Stepping randomly (stuck).
 56017 | Vaults:1 | 56017 ||| Stepping randomly (stuck).
 56019 | Vaults:1 | 56019 ||| Stepping randomly (stuck).
 56021 | Vaults:1 | 56021 ||| Stepping randomly (stuck).
 56023 | Vaults:1 | 56023 ||| Stepping randomly (stuck).
 56025 | Vaults:1 | 56025 ||| Stepping randomly (stuck).
 56027 | Vaults:1 | 56027 ||| Stepping randomly (stuck).
 56029 | Vaults:1 | 56029 ||| Stepping randomly (stuck).
 56031 | Vaults:1 | 56031 ||| Stepping randomly (stuck).
 56033 | Vaults:1 | 56033 ||| Stepping randomly (stuck).
 56035 | Vaults:1 | 56035 ||| Stepping randomly (stuck).
 56037 | Vaults:1 | 56037 ||| Stepping randomly (stuck).
 56039 | Vaults:1 | 56039 ||| Stepping randomly (stuck).
 56041 | Vaults:1 | 56041 ||| Stepping randomly (stuck).
 56043 | Vaults:1 | 56043 ||| Stepping randomly (stuck).
 56045 | Vaults:1 | 56045 ||| Stepping randomly (stuck).
 56047 | Vaults:1 | 56047 ||| Stepping randomly (stuck).
 56049 | Vaults:1 | 56049 ||| Stepping randomly (stuck).
 56051 | Vaults:1 | 56051 ||| Stepping randomly (stuck).
 56053 | Vaults:1 | 56053 ||| Stepping randomly (stuck).
 56055 | Vaults:1 | 56055 ||| Stepping randomly (stuck).
 56057 | Vaults:1 | 56057 ||| Stepping randomly (stuck).
 56059 | Vaults:1 | 56059 ||| Stepping randomly (stuck).
 56061 | Vaults:1 | 56061 ||| Stepping randomly (stuck).
 56063 | Vaults:1 | 56063 ||| Stepping randomly (stuck).
 56065 | Vaults:1 | 56065 ||| Stepping randomly (stuck).
 56067 | Vaults:1 | 56067 ||| Stepping randomly (stuck).
 56069 | Vaults:1 | 56069 ||| Stepping randomly (stuck).
 56070 | Vaults:1 | Glimpsed the power of Zot.
 56071 | Vaults:1 | 56071 ||| Stepping randomly (stuck).
 56073 | Vaults:1 | 56073 ||| Stepping randomly (stuck).
 56075 | Vaults:1 | 56075 ||| Stepping randomly (stuck).
 56077 | Vaults:1 | 56077 ||| Stepping randomly (stuck).
 56079 | Vaults:1 | 56079 ||| Stepping randomly (stuck).
 56081 | Vaults:1 | 56081 ||| Stepping randomly (stuck).
 56083 | Vaults:1 | 56083 ||| Stepping randomly (stuck).
 56085 | Vaults:1 | 56085 ||| Stepping randomly (stuck).
 56087 | Vaults:1 | 56087 ||| Stepping randomly (stuck).
 56089 | Vaults:1 | 56089 ||| Stepping randomly (stuck).
 56091 | Vaults:1 | 56091 ||| Stepping randomly (stuck).
 56093 | Vaults:1 | 56093 ||| Stepping randomly (stuck).
 56095 | Vaults:1 | 56095 ||| Stepping randomly (stuck).
 56097 | Vaults:1 | 56097 ||| Stepping randomly (stuck).
 56099 | Vaults:1 | 56099 ||| Stepping randomly (stuck).
 56101 | Vaults:1 | 56101 ||| Stepping randomly (stuck).
 56103 | Vaults:1 | 56103 ||| Stepping randomly (stuck).
 56105 | Vaults:1 | 56105 ||| Stepping randomly (stuck).
 56107 | Vaults:1 | 56107 ||| Stepping randomly (stuck).
 56109 | Vaults:1 | 56109 ||| Stepping randomly (stuck).
 56111 | Vaults:1 | 56111 ||| Stepping randomly (stuck).
 56113 | Vaults:1 | 56113 ||| Stepping randomly (stuck).
 56115 | Vaults:1 | 56115 ||| Stepping randomly (stuck).
 56117 | Vaults:1 | 56117 ||| Stepping randomly (stuck).
 56119 | Vaults:1 | 56119 ||| Stepping randomly (stuck).
 56121 | Vaults:1 | 56121 ||| Stepping randomly (stuck).
 56123 | Vaults:1 | 56123 ||| Stepping randomly (stuck).
 56125 | Vaults:1 | 56125 ||| Stepping randomly (stuck).
 56127 | Vaults:1 | 56127 ||| Stepping randomly (stuck).
 56129 | Vaults:1 | 56129 ||| Stepping randomly (stuck).
 56131 | Vaults:1 | 56131 ||| Stepping randomly (stuck).
 56133 | Vaults:1 | 56133 ||| Stepping randomly (stuck).
 56135 | Vaults:1 | 56135 ||| Stepping randomly (stuck).
 56137 | Vaults:1 | 56137 ||| Stepping randomly (stuck).
 56139 | Vaults:1 | 56139 ||| Stepping randomly (stuck).
 56141 | Vaults:1 | 56141 ||| Stepping randomly (stuck).
 56143 | Vaults:1 | 56143 ||| Stepping randomly (stuck).
 56145 | Vaults:1 | 56145 ||| Stepping randomly (stuck).
 56147 | Vaults:1 | 56147 ||| Stepping randomly (stuck).
 56149 | Vaults:1 | 56149 ||| Stepping randomly (stuck).
 56151 | Vaults:1 | 56151 ||| Stepping randomly (stuck).
 56153 | Vaults:1 | 56153 ||| Stepping randomly (stuck).
 56155 | Vaults:1 | 56155 ||| Stepping randomly (stuck).
 56157 | Vaults:1 | 56157 ||| Stepping randomly (stuck).
 56159 | Vaults:1 | 56159 ||| Stepping randomly (stuck).
 56161 | Vaults:1 | 56161 ||| Stepping randomly (stuck).
 56163 | Vaults:1 | 56163 ||| Stepping randomly (stuck).
 56165 | Vaults:1 | 56165 ||| Stepping randomly (stuck).
 56167 | Vaults:1 | 56167 ||| Stepping randomly (stuck).
 56169 | Vaults:1 | 56169 ||| Stepping randomly (stuck).
 56171 | Vaults:1 | 56171 ||| Stepping randomly (stuck).
 56173 | Vaults:1 | 56173 ||| Stepping randomly (stuck).
 56175 | Vaults:1 | 56175 ||| Stepping randomly (stuck).
 56177 | Vaults:1 | 56177 ||| Stepping randomly (stuck).
 56179 | Vaults:1 | 56179 ||| Stepping randomly (stuck).
 56181 | Vaults:1 | 56181 ||| Stepping randomly (stuck).
 56183 | Vaults:1 | 56183 ||| Stepping randomly (stuck).
 56185 | Vaults:1 | 56185 ||| Stepping randomly (stuck).
 56187 | Vaults:1 | 56187 ||| Stepping randomly (stuck).
 56189 | Vaults:1 | 56189 ||| Stepping randomly (stuck).
 56191 | Vaults:1 | 56191 ||| Stepping randomly (stuck).
 56193 | Vaults:1 | 56193 ||| Stepping randomly (stuck).
 56195 | Vaults:1 | 56195 ||| Stepping randomly (stuck).
 56197 | Vaults:1 | 56197 ||| Stepping randomly (stuck).
 56199 | Vaults:1 | 56199 ||| Stepping randomly (stuck).
 56201 | Vaults:1 | 56201 ||| Stepping randomly (stuck).
 56203 | Vaults:1 | 56203 ||| Stepping randomly (stuck).
 56205 | Vaults:1 | 56205 ||| Stepping randomly (stuck).
 56207 | Vaults:1 | 56207 ||| Stepping randomly (stuck).
 56209 | Vaults:1 | 56209 ||| Stepping randomly (stuck).
 56211 | Vaults:1 | 56211 ||| Stepping randomly (stuck).
 56213 | Vaults:1 | 56213 ||| Stepping randomly (stuck).
 56215 | Vaults:1 | 56215 ||| Stepping randomly (stuck).
 56217 | Vaults:1 | 56217 ||| Stepping randomly (stuck).
 56219 | Vaults:1 | 56219 ||| Stepping randomly (stuck).
 56221 | Vaults:1 | 56221 ||| Stepping randomly (stuck).
 56223 | Vaults:1 | 56223 ||| Stepping randomly (stuck).
 56225 | Vaults:1 | 56225 ||| Stepping randomly (stuck).
 56227 | Vaults:1 | 56227 ||| Stepping randomly (stuck).
 56229 | Vaults:1 | 56229 ||| Stepping randomly (stuck).
 56231 | Vaults:1 | 56231 ||| Stepping randomly (stuck).
 56233 | Vaults:1 | 56233 ||| Stepping randomly (stuck).
 56235 | Vaults:1 | 56235 ||| Stepping randomly (stuck).
 56237 | Vaults:1 | 56237 ||| Stepping randomly (stuck).
 56239 | Vaults:1 | 56239 ||| Stepping randomly (stuck).
 56241 | Vaults:1 | 56241 ||| Stepping randomly (stuck).
 56243 | Vaults:1 | 56243 ||| Stepping randomly (stuck).
 56245 | Vaults:1 | 56245 ||| Stepping randomly (stuck).
 56247 | Vaults:1 | 56247 ||| Stepping randomly (stuck).
 56249 | Vaults:1 | 56249 ||| Stepping randomly (stuck).
 56251 | Vaults:1 | 56251 ||| Stepping randomly (stuck).
 56253 | Vaults:1 | 56253 ||| Stepping randomly (stuck).
 56255 | Vaults:1 | 56255 ||| Stepping randomly (stuck).
 56257 | Vaults:1 | 56257 ||| Stepping randomly (stuck).
 56259 | Vaults:1 | 56259 ||| Stepping randomly (stuck).
 56261 | Vaults:1 | 56261 ||| Stepping randomly (stuck).
 56263 | Vaults:1 | 56263 ||| Stepping randomly (stuck).
 56265 | Vaults:1 | 56265 ||| Stepping randomly (stuck).
 56267 | Vaults:1 | 56267 ||| Stepping randomly (stuck).
 56269 | Vaults:1 | 56269 ||| Stepping randomly (stuck).
 56271 | Vaults:1 | 56271 ||| Stepping randomly (stuck).
 56273 | Vaults:1 | 56273 ||| Stepping randomly (stuck).
 56275 | Vaults:1 | 56275 ||| Stepping randomly (stuck).
 56277 | Vaults:1 | 56277 ||| Stepping randomly (stuck).
 56279 | Vaults:1 | 56279 ||| Stepping randomly (stuck).
 56281 | Vaults:1 | 56281 ||| Stepping randomly (stuck).
 56283 | Vaults:1 | 56283 ||| Stepping randomly (stuck).
 56285 | Vaults:1 | 56285 ||| Stepping randomly (stuck).
 56287 | Vaults:1 | 56287 ||| Stepping randomly (stuck).
 56289 | Vaults:1 | 56289 ||| Stepping randomly (stuck).
 56291 | Vaults:1 | 56291 ||| Stepping randomly (stuck).
 56293 | Vaults:1 | 56293 ||| Stepping randomly (stuck).
 56295 | Vaults:1 | 56295 ||| Stepping randomly (stuck).
 56297 | Vaults:1 | 56297 ||| Stepping randomly (stuck).
 56299 | Vaults:1 | 56299 ||| Stepping randomly (stuck).
 56301 | Vaults:1 | 56301 ||| Stepping randomly (stuck).
 56303 | Vaults:1 | 56303 ||| Stepping randomly (stuck).
 56305 | Vaults:1 | 56305 ||| Stepping randomly (stuck).
 56307 | Vaults:1 | 56307 ||| Stepping randomly (stuck).
 56309 | Vaults:1 | 56309 ||| Stepping randomly (stuck).
 56311 | Vaults:1 | 56311 ||| Stepping randomly (stuck).
 56313 | Vaults:1 | 56313 ||| Stepping randomly (stuck).
 56315 | Vaults:1 | 56315 ||| Stepping randomly (stuck).
 56317 | Vaults:1 | 56317 ||| Stepping randomly (stuck).
 56319 | Vaults:1 | 56319 ||| Stepping randomly (stuck).
 56321 | Vaults:1 | 56321 ||| Stepping randomly (stuck).
 56323 | Vaults:1 | 56323 ||| Stepping randomly (stuck).
 56325 | Vaults:1 | 56325 ||| Stepping randomly (stuck).
 56327 | Vaults:1 | 56327 ||| Stepping randomly (stuck).
 56329 | Vaults:1 | 56329 ||| Stepping randomly (stuck).
 56331 | Vaults:1 | 56331 ||| Stepping randomly (stuck).
 56333 | Vaults:1 | 56333 ||| Stepping randomly (stuck).
 56335 | Vaults:1 | 56335 ||| Stepping randomly (stuck).
 56337 | Vaults:1 | 56337 ||| Stepping randomly (stuck).
 56339 | Vaults:1 | 56339 ||| Stepping randomly (stuck).
 56341 | Vaults:1 | 56341 ||| Stepping randomly (stuck).
 56343 | Vaults:1 | 56343 ||| Stepping randomly (stuck).
 56345 | Vaults:1 | 56345 ||| Stepping randomly (stuck).
 56347 | Vaults:1 | 56347 ||| Stepping randomly (stuck).
 56349 | Vaults:1 | 56349 ||| Stepping randomly (stuck).
 56351 | Vaults:1 | 56351 ||| Stepping randomly (stuck).
 56353 | Vaults:1 | 56353 ||| Stepping randomly (stuck).
 56355 | Vaults:1 | 56355 ||| Stepping randomly (stuck).
 56357 | Vaults:1 | 56357 ||| Stepping randomly (stuck).
 56359 | Vaults:1 | 56359 ||| Stepping randomly (stuck).
 56361 | Vaults:1 | 56361 ||| Stepping randomly (stuck).
 56363 | Vaults:1 | 56363 ||| Stepping randomly (stuck).
 56365 | Vaults:1 | 56365 ||| Stepping randomly (stuck).
 56367 | Vaults:1 | 56367 ||| Stepping randomly (stuck).
 56369 | Vaults:1 | 56369 ||| Stepping randomly (stuck).
 56371 | Vaults:1 | 56371 ||| Stepping randomly (stuck).
 56373 | Vaults:1 | 56373 ||| Stepping randomly (stuck).
 56375 | Vaults:1 | 56375 ||| Stepping randomly (stuck).
 56377 | Vaults:1 | 56377 ||| Stepping randomly (stuck).
 56379 | Vaults:1 | 56379 ||| Stepping randomly (stuck).
 56381 | Vaults:1 | 56381 ||| Stepping randomly (stuck).
 56383 | Vaults:1 | 56383 ||| Stepping randomly (stuck).
 56385 | Vaults:1 | 56385 ||| Stepping randomly (stuck).
 56387 | Vaults:1 | 56387 ||| Stepping randomly (stuck).
 56389 | Vaults:1 | 56389 ||| Stepping randomly (stuck).
 56391 | Vaults:1 | 56391 ||| Stepping randomly (stuck).
 56393 | Vaults:1 | 56393 ||| Stepping randomly (stuck).
 56395 | Vaults:1 | 56395 ||| Stepping randomly (stuck).
 56397 | Vaults:1 | 56397 ||| Stepping randomly (stuck).
 56399 | Vaults:1 | 56399 ||| Stepping randomly (stuck).
 56401 | Vaults:1 | 56401 ||| Stepping randomly (stuck).
 56403 | Vaults:1 | 56403 ||| Stepping randomly (stuck).
 56405 | Vaults:1 | 56405 ||| Stepping randomly (stuck).
 56407 | Vaults:1 | 56407 ||| Stepping randomly (stuck).
 56409 | Vaults:1 | 56409 ||| Stepping randomly (stuck).
 56411 | Vaults:1 | 56411 ||| Stepping randomly (stuck).
 56413 | Vaults:1 | 56413 ||| Stepping randomly (stuck).
 56415 | Vaults:1 | 56415 ||| Stepping randomly (stuck).
 56417 | Vaults:1 | 56417 ||| Stepping randomly (stuck).
 56419 | Vaults:1 | 56419 ||| Stepping randomly (stuck).
 56421 | Vaults:1 | 56421 ||| Stepping randomly (stuck).
 56423 | Vaults:1 | 56423 ||| Stepping randomly (stuck).
 56425 | Vaults:1 | 56425 ||| Stepping randomly (stuck).
 56427 | Vaults:1 | 56427 ||| Stepping randomly (stuck).
 56429 | Vaults:1 | 56429 ||| Stepping randomly (stuck).
 56431 | Vaults:1 | 56431 ||| Stepping randomly (stuck).
 56433 | Vaults:1 | 56433 ||| Stepping randomly (stuck).
 56435 | Vaults:1 | 56435 ||| Stepping randomly (stuck).
 56437 | Vaults:1 | 56437 ||| Stepping randomly (stuck).
 56439 | Vaults:1 | 56439 ||| Stepping randomly (stuck).
 56441 | Vaults:1 | 56441 ||| Stepping randomly (stuck).
 56443 | Vaults:1 | 56443 ||| Stepping randomly (stuck).
 56445 | Vaults:1 | 56445 ||| Stepping randomly (stuck).
 56447 | Vaults:1 | 56447 ||| Stepping randomly (stuck).
 56449 | Vaults:1 | 56449 ||| Stepping randomly (stuck).
 56451 | Vaults:1 | 56451 ||| Stepping randomly (stuck).
 56453 | Vaults:1 | 56453 ||| Stepping randomly (stuck).
 56455 | Vaults:1 | 56455 ||| Stepping randomly (stuck).
 56457 | Vaults:1 | 56457 ||| Stepping randomly (stuck).
 56459 | Vaults:1 | 56459 ||| Stepping randomly (stuck).
 56461 | Vaults:1 | 56461 ||| Stepping randomly (stuck).
 56463 | Vaults:1 | 56463 ||| Stepping randomly (stuck).
 56465 | Vaults:1 | 56465 ||| Stepping randomly (stuck).
 56467 | Vaults:1 | 56467 ||| Stepping randomly (stuck).
 56469 | Vaults:1 | 56469 ||| Stepping randomly (stuck).
 56470 | Vaults:1 | Glimpsed the power of Zot.
 56471 | Vaults:1 | 56471 ||| Stepping randomly (stuck).
 56473 | Vaults:1 | 56473 ||| Stepping randomly (stuck).
 56475 | Vaults:1 | 56475 ||| Stepping randomly (stuck).
 56477 | Vaults:1 | 56477 ||| Stepping randomly (stuck).
 56479 | Vaults:1 | 56479 ||| Stepping randomly (stuck).
 56481 | Vaults:1 | 56481 ||| Stepping randomly (stuck).
 56483 | Vaults:1 | 56483 ||| Stepping randomly (stuck).
 56485 | Vaults:1 | 56485 ||| Stepping randomly (stuck).
 56487 | Vaults:1 | 56487 ||| Stepping randomly (stuck).
 56489 | Vaults:1 | 56489 ||| Stepping randomly (stuck).
 56491 | Vaults:1 | 56491 ||| Stepping randomly (stuck).
 56493 | Vaults:1 | 56493 ||| Stepping randomly (stuck).
 56495 | Vaults:1 | 56495 ||| Stepping randomly (stuck).
 56497 | Vaults:1 | 56497 ||| Stepping randomly (stuck).
 56499 | Vaults:1 | 56499 ||| Stepping randomly (stuck).
 56501 | Vaults:1 | 56501 ||| Stepping randomly (stuck).
 56503 | Vaults:1 | 56503 ||| Stepping randomly (stuck).
 56505 | Vaults:1 | 56505 ||| Stepping randomly (stuck).
 56507 | Vaults:1 | 56507 ||| Stepping randomly (stuck).
 56509 | Vaults:1 | 56509 ||| Stepping randomly (stuck).
 56511 | Vaults:1 | 56511 ||| Stepping randomly (stuck).
 56513 | Vaults:1 | 56513 ||| Stepping randomly (stuck).
 56515 | Vaults:1 | 56515 ||| Stepping randomly (stuck).
 56517 | Vaults:1 | 56517 ||| Stepping randomly (stuck).
 56519 | Vaults:1 | 56519 ||| Stepping randomly (stuck).
 56521 | Vaults:1 | 56521 ||| Stepping randomly (stuck).
 56523 | Vaults:1 | 56523 ||| Stepping randomly (stuck).
 56525 | Vaults:1 | 56525 ||| Stepping randomly (stuck).
 56527 | Vaults:1 | 56527 ||| Stepping randomly (stuck).
 56529 | Vaults:1 | 56529 ||| Stepping randomly (stuck).
 56531 | Vaults:1 | 56531 ||| Stepping randomly (stuck).
 56533 | Vaults:1 | 56533 ||| Stepping randomly (stuck).
 56535 | Vaults:1 | 56535 ||| Stepping randomly (stuck).
 56537 | Vaults:1 | 56537 ||| Stepping randomly (stuck).
 56539 | Vaults:1 | 56539 ||| Stepping randomly (stuck).
 56541 | Vaults:1 | 56541 ||| Stepping randomly (stuck).
 56543 | Vaults:1 | 56543 ||| Stepping randomly (stuck).
 56545 | Vaults:1 | 56545 ||| Stepping randomly (stuck).
 56547 | Vaults:1 | 56547 ||| Stepping randomly (stuck).
 56549 | Vaults:1 | 56549 ||| Stepping randomly (stuck).
 56551 | Vaults:1 | 56551 ||| Stepping randomly (stuck).
 56553 | Vaults:1 | 56553 ||| Stepping randomly (stuck).
 56555 | Vaults:1 | 56555 ||| Stepping randomly (stuck).
 56557 | Vaults:1 | 56557 ||| Stepping randomly (stuck).
 56559 | Vaults:1 | 56559 ||| Stepping randomly (stuck).
 56561 | Vaults:1 | 56561 ||| Stepping randomly (stuck).
 56563 | Vaults:1 | 56563 ||| Stepping randomly (stuck).
 56565 | Vaults:1 | 56565 ||| Stepping randomly (stuck).
 56567 | Vaults:1 | 56567 ||| Stepping randomly (stuck).
 56569 | Vaults:1 | 56569 ||| Stepping randomly (stuck).
 56569 | Vaults:1 | Touched by the power of Zot (MHP 1 -> 1)
 56570 | Vaults:1 | Glimpsed the power of Zot.
 56571 | Vaults:1 | 56571 ||| Stepping randomly (stuck).
 56573 | Vaults:1 | 56573 ||| Stepping randomly (stuck).
 56575 | Vaults:1 | 56575 ||| Stepping randomly (stuck).
 56577 | Vaults:1 | 56577 ||| Stepping randomly (stuck).
 56579 | Vaults:1 | 56579 ||| Stepping randomly (stuck).
 56581 | Vaults:1 | 56581 ||| Stepping randomly (stuck).
 56583 | Vaults:1 | 56583 ||| Stepping randomly (stuck).
 56585 | Vaults:1 | 56585 ||| Stepping randomly (stuck).
 56587 | Vaults:1 | 56587 ||| Stepping randomly (stuck).
 56589 | Vaults:1 | 56589 ||| Stepping randomly (stuck).
 56591 | Vaults:1 | 56591 ||| Stepping randomly (stuck).
 56593 | Vaults:1 | 56593 ||| Stepping randomly (stuck).
 56595 | Vaults:1 | 56595 ||| Stepping randomly (stuck).
 56597 | Vaults:1 | 56597 ||| Stepping randomly (stuck).
 56599 | Vaults:1 | 56599 ||| Stepping randomly (stuck).
 56601 | Vaults:1 | 56601 ||| Stepping randomly (stuck).
 56603 | Vaults:1 | 56603 ||| Stepping randomly (stuck).
 56605 | Vaults:1 | 56605 ||| Stepping randomly (stuck).
 56607 | Vaults:1 | 56607 ||| Stepping randomly (stuck).
 56609 | Vaults:1 | 56609 ||| Stepping randomly (stuck).
 56611 | Vaults:1 | 56611 ||| Stepping randomly (stuck).
 56613 | Vaults:1 | 56613 ||| Stepping randomly (stuck).
 56615 | Vaults:1 | 56615 ||| Stepping randomly (stuck).
 56617 | Vaults:1 | 56617 ||| Stepping randomly (stuck).
 56619 | Vaults:1 | 56619 ||| Stepping randomly (stuck).
 56621 | Vaults:1 | 56621 ||| Stepping randomly (stuck).
 56623 | Vaults:1 | 56623 ||| Stepping randomly (stuck).
 56625 | Vaults:1 | 56625 ||| Stepping randomly (stuck).
 56627 | Vaults:1 | 56627 ||| Stepping randomly (stuck).
 56629 | Vaults:1 | 56629 ||| Stepping randomly (stuck).
 56631 | Vaults:1 | 56631 ||| Stepping randomly (stuck).
 56633 | Vaults:1 | 56633 ||| Stepping randomly (stuck).
 56635 | Vaults:1 | 56635 ||| Stepping randomly (stuck).
 56637 | Vaults:1 | 56637 ||| Stepping randomly (stuck).
 56639 | Vaults:1 | 56639 ||| Stepping randomly (stuck).
 56641 | Vaults:1 | 56641 ||| Stepping randomly (stuck).
 56643 | Vaults:1 | 56643 ||| Stepping randomly (stuck).
 56645 | Vaults:1 | 56645 ||| Stepping randomly (stuck).
 56647 | Vaults:1 | 56647 ||| Stepping randomly (stuck).
 56649 | Vaults:1 | 56649 ||| Stepping randomly (stuck).
 56651 | Vaults:1 | 56651 ||| Stepping randomly (stuck).
 56653 | Vaults:1 | 56653 ||| Stepping randomly (stuck).
 56655 | Vaults:1 | 56655 ||| Stepping randomly (stuck).
 56657 | Vaults:1 | 56657 ||| Stepping randomly (stuck).
 56659 | Vaults:1 | 56659 ||| Stepping randomly (stuck).
 56661 | Vaults:1 | 56661 ||| Stepping randomly (stuck).
 56663 | Vaults:1 | 56663 ||| Stepping randomly (stuck).
 56665 | Vaults:1 | 56665 ||| Stepping randomly (stuck).
 56667 | Vaults:1 | 56667 ||| Stepping randomly (stuck).
 56669 | Vaults:1 | 56669 ||| Stepping randomly (stuck).
 56671 | Vaults:1 | 56671 ||| Stepping randomly (stuck).
 56673 | Vaults:1 | 56673 ||| Stepping randomly (stuck).
 56675 | Vaults:1 | 56675 ||| Stepping randomly (stuck).
 56677 | Vaults:1 | 56677 ||| Stepping randomly (stuck).
 56679 | Vaults:1 | 56679 ||| Stepping randomly (stuck).
 56681 | Vaults:1 | 56681 ||| Stepping randomly (stuck).
 56683 | Vaults:1 | 56683 ||| Stepping randomly (stuck).
 56685 | Vaults:1 | 56685 ||| Stepping randomly (stuck).
 56687 | Vaults:1 | 56687 ||| Stepping randomly (stuck).
 56689 | Vaults:1 | 56689 ||| Stepping randomly (stuck).
 56691 | Vaults:1 | 56691 ||| Stepping randomly (stuck).
 56693 | Vaults:1 | 56693 ||| Stepping randomly (stuck).
 56695 | Vaults:1 | 56695 ||| Stepping randomly (stuck).
 56697 | Vaults:1 | 56697 ||| Stepping randomly (stuck).
 56699 | Vaults:1 | 56699 ||| Stepping randomly (stuck).
 56701 | Vaults:1 | 56701 ||| Stepping randomly (stuck).
 56703 | Vaults:1 | 56703 ||| Stepping randomly (stuck).
 56705 | Vaults:1 | 56705 ||| Stepping randomly (stuck).
 56707 | Vaults:1 | 56707 ||| Stepping randomly (stuck).
 56709 | Vaults:1 | 56709 ||| Stepping randomly (stuck).
 56711 | Vaults:1 | 56711 ||| Stepping randomly (stuck).
 56713 | Vaults:1 | 56713 ||| Stepping randomly (stuck).
 56715 | Vaults:1 | 56715 ||| Stepping randomly (stuck).
 56717 | Vaults:1 | 56717 ||| Stepping randomly (stuck).
 56719 | Vaults:1 | 56719 ||| Stepping randomly (stuck).
 56721 | Vaults:1 | 56721 ||| Stepping randomly (stuck).
 56723 | Vaults:1 | 56723 ||| Stepping randomly (stuck).
 56725 | Vaults:1 | 56725 ||| Stepping randomly (stuck).
 56727 | Vaults:1 | 56727 ||| Stepping randomly (stuck).
 56729 | Vaults:1 | 56729 ||| Stepping randomly (stuck).
 56731 | Vaults:1 | 56731 ||| Stepping randomly (stuck).
 56733 | Vaults:1 | 56733 ||| Stepping randomly (stuck).
 56735 | Vaults:1 | 56735 ||| Stepping randomly (stuck).
 56737 | Vaults:1 | 56737 ||| Stepping randomly (stuck).
 56739 | Vaults:1 | 56739 ||| Stepping randomly (stuck).
 56741 | Vaults:1 | 56741 ||| Stepping randomly (stuck).
 56743 | Vaults:1 | 56743 ||| Stepping randomly (stuck).
 56745 | Vaults:1 | 56745 ||| Stepping randomly (stuck).
 56747 | Vaults:1 | 56747 ||| Stepping randomly (stuck).
 56749 | Vaults:1 | 56749 ||| Stepping randomly (stuck).
 56751 | Vaults:1 | 56751 ||| Stepping randomly (stuck).
 56753 | Vaults:1 | 56753 ||| Stepping randomly (stuck).
 56755 | Vaults:1 | 56755 ||| Stepping randomly (stuck).
 56757 | Vaults:1 | 56757 ||| Stepping randomly (stuck).
 56759 | Vaults:1 | 56759 ||| Stepping randomly (stuck).
 56761 | Vaults:1 | 56761 ||| Stepping randomly (stuck).
 56763 | Vaults:1 | 56763 ||| Stepping randomly (stuck).
 56765 | Vaults:1 | 56765 ||| Stepping randomly (stuck).
 56767 | Vaults:1 | 56767 ||| Stepping randomly (stuck).
 56769 | Vaults:1 | 56769 ||| Stepping randomly (stuck).
 56771 | Vaults:1 | 56771 ||| Stepping randomly (stuck).
 56773 | Vaults:1 | 56773 ||| Stepping randomly (stuck).
 56775 | Vaults:1 | 56775 ||| Stepping randomly (stuck).
 56777 | Vaults:1 | 56777 ||| Stepping randomly (stuck).
 56779 | Vaults:1 | 56779 ||| Stepping randomly (stuck).
 56781 | Vaults:1 | 56781 ||| Stepping randomly (stuck).
 56783 | Vaults:1 | 56783 ||| Stepping randomly (stuck).
 56785 | Vaults:1 | 56785 ||| Stepping randomly (stuck).
 56787 | Vaults:1 | 56787 ||| Stepping randomly (stuck).
 56789 | Vaults:1 | 56789 ||| Stepping randomly (stuck).
 56791 | Vaults:1 | 56791 ||| Stepping randomly (stuck).
 56793 | Vaults:1 | 56793 ||| Stepping randomly (stuck).
 56795 | Vaults:1 | 56795 ||| Stepping randomly (stuck).
 56797 | Vaults:1 | 56797 ||| Stepping randomly (stuck).
 56799 | Vaults:1 | 56799 ||| Stepping randomly (stuck).
 56801 | Vaults:1 | 56801 ||| Stepping randomly (stuck).
 56803 | Vaults:1 | 56803 ||| Stepping randomly (stuck).
 56805 | Vaults:1 | 56805 ||| Stepping randomly (stuck).
 56807 | Vaults:1 | 56807 ||| Stepping randomly (stuck).
 56809 | Vaults:1 | 56809 ||| Stepping randomly (stuck).
 56811 | Vaults:1 | 56811 ||| Stepping randomly (stuck).
 56813 | Vaults:1 | 56813 ||| Stepping randomly (stuck).
 56815 | Vaults:1 | 56815 ||| Stepping randomly (stuck).
 56817 | Vaults:1 | 56817 ||| Stepping randomly (stuck).
 56819 | Vaults:1 | 56819 ||| Stepping randomly (stuck).
 56821 | Vaults:1 | 56821 ||| Stepping randomly (stuck).
 56823 | Vaults:1 | 56823 ||| Stepping randomly (stuck).
 56825 | Vaults:1 | 56825 ||| Stepping randomly (stuck).
 56827 | Vaults:1 | 56827 ||| Stepping randomly (stuck).
 56829 | Vaults:1 | 56829 ||| Stepping randomly (stuck).
 56831 | Vaults:1 | 56831 ||| Stepping randomly (stuck).
 56833 | Vaults:1 | 56833 ||| Stepping randomly (stuck).
 56835 | Vaults:1 | 56835 ||| Stepping randomly (stuck).
 56837 | Vaults:1 | 56837 ||| Stepping randomly (stuck).
 56839 | Vaults:1 | 56839 ||| Stepping randomly (stuck).
 56841 | Vaults:1 | 56841 ||| Stepping randomly (stuck).
 56843 | Vaults:1 | 56843 ||| Stepping randomly (stuck).
 56845 | Vaults:1 | 56845 ||| Stepping randomly (stuck).
 56847 | Vaults:1 | 56847 ||| Stepping randomly (stuck).
 56849 | Vaults:1 | 56849 ||| Stepping randomly (stuck).
 56851 | Vaults:1 | 56851 ||| Stepping randomly (stuck).
 56853 | Vaults:1 | 56853 ||| Stepping randomly (stuck).
 56855 | Vaults:1 | 56855 ||| Stepping randomly (stuck).
 56857 | Vaults:1 | 56857 ||| Stepping randomly (stuck).
 56859 | Vaults:1 | 56859 ||| Stepping randomly (stuck).
 56861 | Vaults:1 | 56861 ||| Stepping randomly (stuck).
 56863 | Vaults:1 | 56863 ||| Stepping randomly (stuck).
 56865 | Vaults:1 | 56865 ||| Stepping randomly (stuck).
 56867 | Vaults:1 | 56867 ||| Stepping randomly (stuck).
 56869 | Vaults:1 | 56869 ||| Stepping randomly (stuck).
 56871 | Vaults:1 | 56871 ||| Stepping randomly (stuck).
 56873 | Vaults:1 | 56873 ||| Stepping randomly (stuck).
 56875 | Vaults:1 | 56875 ||| Stepping randomly (stuck).
 56877 | Vaults:1 | 56877 ||| Stepping randomly (stuck).
 56879 | Vaults:1 | 56879 ||| Stepping randomly (stuck).
 56881 | Vaults:1 | 56881 ||| Stepping randomly (stuck).
 56883 | Vaults:1 | 56883 ||| Stepping randomly (stuck).
 56885 | Vaults:1 | 56885 ||| Stepping randomly (stuck).
 56887 | Vaults:1 | 56887 ||| Stepping randomly (stuck).
 56889 | Vaults:1 | 56889 ||| Stepping randomly (stuck).
 56891 | Vaults:1 | 56891 ||| Stepping randomly (stuck).
 56893 | Vaults:1 | 56893 ||| Stepping randomly (stuck).
 56895 | Vaults:1 | 56895 ||| Stepping randomly (stuck).
 56897 | Vaults:1 | 56897 ||| Stepping randomly (stuck).
 56899 | Vaults:1 | 56899 ||| Stepping randomly (stuck).
 56901 | Vaults:1 | 56901 ||| Stepping randomly (stuck).
 56903 | Vaults:1 | 56903 ||| Stepping randomly (stuck).
 56905 | Vaults:1 | 56905 ||| Stepping randomly (stuck).
 56907 | Vaults:1 | 56907 ||| Stepping randomly (stuck).
 56909 | Vaults:1 | 56909 ||| Stepping randomly (stuck).
 56911 | Vaults:1 | 56911 ||| Stepping randomly (stuck).
 56913 | Vaults:1 | 56913 ||| Stepping randomly (stuck).
 56915 | Vaults:1 | 56915 ||| Stepping randomly (stuck).
 56917 | Vaults:1 | 56917 ||| Stepping randomly (stuck).
 56919 | Vaults:1 | 56919 ||| Stepping randomly (stuck).
 56921 | Vaults:1 | 56921 ||| Stepping randomly (stuck).
 56923 | Vaults:1 | 56923 ||| Stepping randomly (stuck).
 56925 | Vaults:1 | 56925 ||| Stepping randomly (stuck).
 56927 | Vaults:1 | 56927 ||| Stepping randomly (stuck).
 56929 | Vaults:1 | 56929 ||| Stepping randomly (stuck).
 56931 | Vaults:1 | 56931 ||| Stepping randomly (stuck).
 56933 | Vaults:1 | 56933 ||| Stepping randomly (stuck).
 56935 | Vaults:1 | 56935 ||| Stepping randomly (stuck).
 56937 | Vaults:1 | 56937 ||| Stepping randomly (stuck).
 56939 | Vaults:1 | 56939 ||| Stepping randomly (stuck).
 56941 | Vaults:1 | 56941 ||| Stepping randomly (stuck).
 56943 | Vaults:1 | 56943 ||| Stepping randomly (stuck).
 56945 | Vaults:1 | 56945 ||| Stepping randomly (stuck).
 56947 | Vaults:1 | 56947 ||| Stepping randomly (stuck).
 56949 | Vaults:1 | 56949 ||| Stepping randomly (stuck).
 56951 | Vaults:1 | 56951 ||| Stepping randomly (stuck).
 56953 | Vaults:1 | 56953 ||| Stepping randomly (stuck).
 56955 | Vaults:1 | 56955 ||| Stepping randomly (stuck).
 56957 | Vaults:1 | 56957 ||| Stepping randomly (stuck).
 56959 | Vaults:1 | 56959 ||| Stepping randomly (stuck).
 56961 | Vaults:1 | 56961 ||| Stepping randomly (stuck).
 56963 | Vaults:1 | 56963 ||| Stepping randomly (stuck).
 56965 | Vaults:1 | 56965 ||| Stepping randomly (stuck).
 56967 | Vaults:1 | 56967 ||| Stepping randomly (stuck).
 56969 | Vaults:1 | 56969 ||| Stepping randomly (stuck).
 56971 | Vaults:1 | 56971 ||| Stepping randomly (stuck).
 56973 | Vaults:1 | 56973 ||| Stepping randomly (stuck).
 56975 | Vaults:1 | 56975 ||| Stepping randomly (stuck).
 56977 | Vaults:1 | 56977 ||| Stepping randomly (stuck).
 56979 | Vaults:1 | 56979 ||| Stepping randomly (stuck).
 56981 | Vaults:1 | 56981 ||| Stepping randomly (stuck).
 56983 | Vaults:1 | 56983 ||| Stepping randomly (stuck).
 56985 | Vaults:1 | 56985 ||| Stepping randomly (stuck).
 56987 | Vaults:1 | 56987 ||| Stepping randomly (stuck).
 56989 | Vaults:1 | 56989 ||| Stepping randomly (stuck).
 56991 | Vaults:1 | 56991 ||| Stepping randomly (stuck).
 56993 | Vaults:1 | 56993 ||| Stepping randomly (stuck).
 56995 | Vaults:1 | 56995 ||| Stepping randomly (stuck).
 56997 | Vaults:1 | 56997 ||| Stepping randomly (stuck).
 56999 | Vaults:1 | 56999 ||| Stepping randomly (stuck).
 57001 | Vaults:1 | 57001 ||| Stepping randomly (stuck).
 57003 | Vaults:1 | 57003 ||| Stepping randomly (stuck).
 57005 | Vaults:1 | 57005 ||| Stepping randomly (stuck).
 57007 | Vaults:1 | 57007 ||| Stepping randomly (stuck).
 57009 | Vaults:1 | 57009 ||| Stepping randomly (stuck).
 57011 | Vaults:1 | 57011 ||| Stepping randomly (stuck).
 57013 | Vaults:1 | 57013 ||| Stepping randomly (stuck).
 57015 | Vaults:1 | 57015 ||| Stepping randomly (stuck).
 57017 | Vaults:1 | 57017 ||| Stepping randomly (stuck).
 57019 | Vaults:1 | 57019 ||| Stepping randomly (stuck).
 57021 | Vaults:1 | 57021 ||| Stepping randomly (stuck).
 57023 | Vaults:1 | 57023 ||| Stepping randomly (stuck).
 57025 | Vaults:1 | 57025 ||| Stepping randomly (stuck).
 57027 | Vaults:1 | 57027 ||| Stepping randomly (stuck).
 57029 | Vaults:1 | 57029 ||| Stepping randomly (stuck).
 57031 | Vaults:1 | 57031 ||| Stepping randomly (stuck).
 57033 | Vaults:1 | 57033 ||| Stepping randomly (stuck).
 57035 | Vaults:1 | 57035 ||| Stepping randomly (stuck).
 57037 | Vaults:1 | 57037 ||| Stepping randomly (stuck).
 57039 | Vaults:1 | 57039 ||| Stepping randomly (stuck).
 57041 | Vaults:1 | 57041 ||| Stepping randomly (stuck).
 57043 | Vaults:1 | 57043 ||| Stepping randomly (stuck).
 57045 | Vaults:1 | 57045 ||| Stepping randomly (stuck).
 57047 | Vaults:1 | 57047 ||| Stepping randomly (stuck).
 57049 | Vaults:1 | 57049 ||| Stepping randomly (stuck).
 57051 | Vaults:1 | 57051 ||| Stepping randomly (stuck).
 57053 | Vaults:1 | 57053 ||| Stepping randomly (stuck).
 57055 | Vaults:1 | 57055 ||| Stepping randomly (stuck).
 57057 | Vaults:1 | 57057 ||| Stepping randomly (stuck).
 57059 | Vaults:1 | 57059 ||| Stepping randomly (stuck).
 57061 | Vaults:1 | 57061 ||| Stepping randomly (stuck).
 57063 | Vaults:1 | 57063 ||| Stepping randomly (stuck).
 57065 | Vaults:1 | 57065 ||| Stepping randomly (stuck).
 57067 | Vaults:1 | 57067 ||| Stepping randomly (stuck).
 57069 | Vaults:1 | 57069 ||| Stepping randomly (stuck).
 57070 | Vaults:1 | Glimpsed the power of Zot.
 57071 | Vaults:1 | 57071 ||| Stepping randomly (stuck).
 57073 | Vaults:1 | 57073 ||| Stepping randomly (stuck).
 57075 | Vaults:1 | 57075 ||| Stepping randomly (stuck).
 57077 | Vaults:1 | 57077 ||| Stepping randomly (stuck).
 57079 | Vaults:1 | 57079 ||| Stepping randomly (stuck).
 57081 | Vaults:1 | 57081 ||| Stepping randomly (stuck).
 57083 | Vaults:1 | 57083 ||| Stepping randomly (stuck).
 57085 | Vaults:1 | 57085 ||| Stepping randomly (stuck).
 57087 | Vaults:1 | 57087 ||| Stepping randomly (stuck).
 57089 | Vaults:1 | 57089 ||| Stepping randomly (stuck).
 57091 | Vaults:1 | 57091 ||| Stepping randomly (stuck).
 57093 | Vaults:1 | 57093 ||| Stepping randomly (stuck).
 57095 | Vaults:1 | 57095 ||| Stepping randomly (stuck).
 57097 | Vaults:1 | 57097 ||| Stepping randomly (stuck).
 57099 | Vaults:1 | 57099 ||| Stepping randomly (stuck).
 57101 | Vaults:1 | 57101 ||| Stepping randomly (stuck).
 57103 | Vaults:1 | 57103 ||| Stepping randomly (stuck).
 57105 | Vaults:1 | 57105 ||| Stepping randomly (stuck).
 57107 | Vaults:1 | 57107 ||| Stepping randomly (stuck).
 57109 | Vaults:1 | 57109 ||| Stepping randomly (stuck).
 57111 | Vaults:1 | 57111 ||| Stepping randomly (stuck).
 57113 | Vaults:1 | 57113 ||| Stepping randomly (stuck).
 57115 | Vaults:1 | 57115 ||| Stepping randomly (stuck).
 57117 | Vaults:1 | 57117 ||| Stepping randomly (stuck).
 57119 | Vaults:1 | 57119 ||| Stepping randomly (stuck).
 57121 | Vaults:1 | 57121 ||| Stepping randomly (stuck).
 57123 | Vaults:1 | 57123 ||| Stepping randomly (stuck).
 57125 | Vaults:1 | 57125 ||| Stepping randomly (stuck).
 57127 | Vaults:1 | 57127 ||| Stepping randomly (stuck).
 57129 | Vaults:1 | 57129 ||| Stepping randomly (stuck).
 57131 | Vaults:1 | 57131 ||| Stepping randomly (stuck).
 57133 | Vaults:1 | 57133 ||| Stepping randomly (stuck).
 57135 | Vaults:1 | 57135 ||| Stepping randomly (stuck).
 57137 | Vaults:1 | 57137 ||| Stepping randomly (stuck).
 57139 | Vaults:1 | 57139 ||| Stepping randomly (stuck).
 57141 | Vaults:1 | 57141 ||| Stepping randomly (stuck).
 57143 | Vaults:1 | 57143 ||| Stepping randomly (stuck).
 57145 | Vaults:1 | 57145 ||| Stepping randomly (stuck).
 57147 | Vaults:1 | 57147 ||| Stepping randomly (stuck).
 57149 | Vaults:1 | 57149 ||| Stepping randomly (stuck).
 57151 | Vaults:1 | 57151 ||| Stepping randomly (stuck).
 57153 | Vaults:1 | 57153 ||| Stepping randomly (stuck).
 57155 | Vaults:1 | 57155 ||| Stepping randomly (stuck).
 57157 | Vaults:1 | 57157 ||| Stepping randomly (stuck).
 57159 | Vaults:1 | 57159 ||| Stepping randomly (stuck).
 57161 | Vaults:1 | 57161 ||| Stepping randomly (stuck).
 57163 | Vaults:1 | 57163 ||| Stepping randomly (stuck).
 57165 | Vaults:1 | 57165 ||| Stepping randomly (stuck).
 57167 | Vaults:1 | 57167 ||| Stepping randomly (stuck).
 57169 | Vaults:1 | 57169 ||| Stepping randomly (stuck).
 57171 | Vaults:1 | 57171 ||| Stepping randomly (stuck).
 57173 | Vaults:1 | 57173 ||| Stepping randomly (stuck).
 57175 | Vaults:1 | 57175 ||| Stepping randomly (stuck).
 57177 | Vaults:1 | 57177 ||| Stepping randomly (stuck).
 57179 | Vaults:1 | 57179 ||| Stepping randomly (stuck).
 57181 | Vaults:1 | 57181 ||| Stepping randomly (stuck).
 57183 | Vaults:1 | 57183 ||| Stepping randomly (stuck).
 57185 | Vaults:1 | 57185 ||| Stepping randomly (stuck).
 57187 | Vaults:1 | 57187 ||| Stepping randomly (stuck).
 57189 | Vaults:1 | 57189 ||| Stepping randomly (stuck).
 57191 | Vaults:1 | 57191 ||| Stepping randomly (stuck).
 57193 | Vaults:1 | 57193 ||| Stepping randomly (stuck).
 57195 | Vaults:1 | 57195 ||| Stepping randomly (stuck).
 57197 | Vaults:1 | 57197 ||| Stepping randomly (stuck).
 57199 | Vaults:1 | 57199 ||| Stepping randomly (stuck).
 57201 | Vaults:1 | 57201 ||| Stepping randomly (stuck).
 57203 | Vaults:1 | 57203 ||| Stepping randomly (stuck).
 57205 | Vaults:1 | 57205 ||| Stepping randomly (stuck).
 57207 | Vaults:1 | 57207 ||| Stepping randomly (stuck).
 57209 | Vaults:1 | 57209 ||| Stepping randomly (stuck).
 57211 | Vaults:1 | 57211 ||| Stepping randomly (stuck).
 57213 | Vaults:1 | 57213 ||| Stepping randomly (stuck).
 57215 | Vaults:1 | 57215 ||| Stepping randomly (stuck).
 57217 | Vaults:1 | 57217 ||| Stepping randomly (stuck).
 57219 | Vaults:1 | 57219 ||| Stepping randomly (stuck).
 57221 | Vaults:1 | 57221 ||| Stepping randomly (stuck).
 57223 | Vaults:1 | 57223 ||| Stepping randomly (stuck).
 57225 | Vaults:1 | 57225 ||| Stepping randomly (stuck).
 57227 | Vaults:1 | 57227 ||| Stepping randomly (stuck).
 57229 | Vaults:1 | 57229 ||| Stepping randomly (stuck).
 57231 | Vaults:1 | 57231 ||| Stepping randomly (stuck).
 57233 | Vaults:1 | 57233 ||| Stepping randomly (stuck).
 57235 | Vaults:1 | 57235 ||| Stepping randomly (stuck).
 57237 | Vaults:1 | 57237 ||| Stepping randomly (stuck).
 57239 | Vaults:1 | 57239 ||| Stepping randomly (stuck).
 57241 | Vaults:1 | 57241 ||| Stepping randomly (stuck).
 57243 | Vaults:1 | 57243 ||| Stepping randomly (stuck).
 57245 | Vaults:1 | 57245 ||| Stepping randomly (stuck).
 57247 | Vaults:1 | 57247 ||| Stepping randomly (stuck).
 57249 | Vaults:1 | 57249 ||| Stepping randomly (stuck).
 57251 | Vaults:1 | 57251 ||| Stepping randomly (stuck).
 57253 | Vaults:1 | 57253 ||| Stepping randomly (stuck).
 57255 | Vaults:1 | 57255 ||| Stepping randomly (stuck).
 57257 | Vaults:1 | 57257 ||| Stepping randomly (stuck).
 57259 | Vaults:1 | 57259 ||| Stepping randomly (stuck).
 57261 | Vaults:1 | 57261 ||| Stepping randomly (stuck).
 57263 | Vaults:1 | 57263 ||| Stepping randomly (stuck).
 57265 | Vaults:1 | 57265 ||| Stepping randomly (stuck).
 57267 | Vaults:1 | 57267 ||| Stepping randomly (stuck).
 57269 | Vaults:1 | 57269 ||| Stepping randomly (stuck).
 57271 | Vaults:1 | 57271 ||| Stepping randomly (stuck).
 57273 | Vaults:1 | 57273 ||| Stepping randomly (stuck).
 57275 | Vaults:1 | 57275 ||| Stepping randomly (stuck).
 57277 | Vaults:1 | 57277 ||| Stepping randomly (stuck).
 57279 | Vaults:1 | 57279 ||| Stepping randomly (stuck).
 57281 | Vaults:1 | 57281 ||| Stepping randomly (stuck).
 57283 | Vaults:1 | 57283 ||| Stepping randomly (stuck).
 57285 | Vaults:1 | 57285 ||| Stepping randomly (stuck).
 57287 | Vaults:1 | 57287 ||| Stepping randomly (stuck).
 57289 | Vaults:1 | 57289 ||| Stepping randomly (stuck).
 57291 | Vaults:1 | 57291 ||| Stepping randomly (stuck).
 57293 | Vaults:1 | 57293 ||| Stepping randomly (stuck).
 57295 | Vaults:1 | 57295 ||| Stepping randomly (stuck).
 57297 | Vaults:1 | 57297 ||| Stepping randomly (stuck).
 57299 | Vaults:1 | 57299 ||| Stepping randomly (stuck).
 57301 | Vaults:1 | 57301 ||| Stepping randomly (stuck).
 57303 | Vaults:1 | 57303 ||| Stepping randomly (stuck).
 57305 | Vaults:1 | 57305 ||| Stepping randomly (stuck).
 57307 | Vaults:1 | 57307 ||| Stepping randomly (stuck).
 57309 | Vaults:1 | 57309 ||| Stepping randomly (stuck).
 57311 | Vaults:1 | 57311 ||| Stepping randomly (stuck).
 57313 | Vaults:1 | 57313 ||| Stepping randomly (stuck).
 57315 | Vaults:1 | 57315 ||| Stepping randomly (stuck).
 57317 | Vaults:1 | 57317 ||| Stepping randomly (stuck).
 57319 | Vaults:1 | 57319 ||| Stepping randomly (stuck).
 57321 | Vaults:1 | 57321 ||| Stepping randomly (stuck).
 57323 | Vaults:1 | 57323 ||| Stepping randomly (stuck).
 57325 | Vaults:1 | 57325 ||| Stepping randomly (stuck).
 57327 | Vaults:1 | 57327 ||| Stepping randomly (stuck).
 57329 | Vaults:1 | 57329 ||| Stepping randomly (stuck).
 57331 | Vaults:1 | 57331 ||| Stepping randomly (stuck).
 57333 | Vaults:1 | 57333 ||| Stepping randomly (stuck).
 57335 | Vaults:1 | 57335 ||| Stepping randomly (stuck).
 57337 | Vaults:1 | 57337 ||| Stepping randomly (stuck).
 57339 | Vaults:1 | 57339 ||| Stepping randomly (stuck).
 57341 | Vaults:1 | 57341 ||| Stepping randomly (stuck).
 57343 | Vaults:1 | 57343 ||| Stepping randomly (stuck).
 57345 | Vaults:1 | 57345 ||| Stepping randomly (stuck).
 57347 | Vaults:1 | 57347 ||| Stepping randomly (stuck).
 57349 | Vaults:1 | 57349 ||| Stepping randomly (stuck).
 57351 | Vaults:1 | 57351 ||| Stepping randomly (stuck).
 57353 | Vaults:1 | 57353 ||| Stepping randomly (stuck).
 57355 | Vaults:1 | 57355 ||| Stepping randomly (stuck).
 57357 | Vaults:1 | 57357 ||| Stepping randomly (stuck).
 57359 | Vaults:1 | 57359 ||| Stepping randomly (stuck).
 57361 | Vaults:1 | 57361 ||| Stepping randomly (stuck).
 57363 | Vaults:1 | 57363 ||| Stepping randomly (stuck).
 57365 | Vaults:1 | 57365 ||| Stepping randomly (stuck).
 57367 | Vaults:1 | 57367 ||| Stepping randomly (stuck).
 57369 | Vaults:1 | 57369 ||| Stepping randomly (stuck).
 57371 | Vaults:1 | 57371 ||| Stepping randomly (stuck).
 57373 | Vaults:1 | 57373 ||| Stepping randomly (stuck).
 57375 | Vaults:1 | 57375 ||| Stepping randomly (stuck).
 57377 | Vaults:1 | 57377 ||| Stepping randomly (stuck).
 57379 | Vaults:1 | 57379 ||| Stepping randomly (stuck).
 57381 | Vaults:1 | 57381 ||| Stepping randomly (stuck).
 57383 | Vaults:1 | 57383 ||| Stepping randomly (stuck).
 57385 | Vaults:1 | 57385 ||| Stepping randomly (stuck).
 57387 | Vaults:1 | 57387 ||| Stepping randomly (stuck).
 57389 | Vaults:1 | 57389 ||| Stepping randomly (stuck).
 57391 | Vaults:1 | 57391 ||| Stepping randomly (stuck).
 57393 | Vaults:1 | 57393 ||| Stepping randomly (stuck).
 57395 | Vaults:1 | 57395 ||| Stepping randomly (stuck).
 57397 | Vaults:1 | 57397 ||| Stepping randomly (stuck).
 57399 | Vaults:1 | 57399 ||| Stepping randomly (stuck).
 57401 | Vaults:1 | 57401 ||| Stepping randomly (stuck).
 57403 | Vaults:1 | 57403 ||| Stepping randomly (stuck).
 57405 | Vaults:1 | 57405 ||| Stepping randomly (stuck).
 57407 | Vaults:1 | 57407 ||| Stepping randomly (stuck).
 57409 | Vaults:1 | 57409 ||| Stepping randomly (stuck).
 57411 | Vaults:1 | 57411 ||| Stepping randomly (stuck).
 57413 | Vaults:1 | 57413 ||| Stepping randomly (stuck).
 57415 | Vaults:1 | 57415 ||| Stepping randomly (stuck).
 57417 | Vaults:1 | 57417 ||| Stepping randomly (stuck).
 57419 | Vaults:1 | 57419 ||| Stepping randomly (stuck).
 57421 | Vaults:1 | 57421 ||| Stepping randomly (stuck).
 57423 | Vaults:1 | 57423 ||| Stepping randomly (stuck).
 57425 | Vaults:1 | 57425 ||| Stepping randomly (stuck).
 57427 | Vaults:1 | 57427 ||| Stepping randomly (stuck).
 57429 | Vaults:1 | 57429 ||| Stepping randomly (stuck).
 57431 | Vaults:1 | 57431 ||| Stepping randomly (stuck).
 57433 | Vaults:1 | 57433 ||| Stepping randomly (stuck).
 57435 | Vaults:1 | 57435 ||| Stepping randomly (stuck).
 57437 | Vaults:1 | 57437 ||| Stepping randomly (stuck).
 57439 | Vaults:1 | 57439 ||| Stepping randomly (stuck).
 57441 | Vaults:1 | 57441 ||| Stepping randomly (stuck).
 57443 | Vaults:1 | 57443 ||| Stepping randomly (stuck).
 57445 | Vaults:1 | 57445 ||| Stepping randomly (stuck).
 57447 | Vaults:1 | 57447 ||| Stepping randomly (stuck).
 57449 | Vaults:1 | 57449 ||| Stepping randomly (stuck).
 57451 | Vaults:1 | 57451 ||| Stepping randomly (stuck).
 57453 | Vaults:1 | 57453 ||| Stepping randomly (stuck).
 57455 | Vaults:1 | 57455 ||| Stepping randomly (stuck).
 57457 | Vaults:1 | 57457 ||| Stepping randomly (stuck).
 57459 | Vaults:1 | 57459 ||| Stepping randomly (stuck).
 57461 | Vaults:1 | 57461 ||| Stepping randomly (stuck).
 57463 | Vaults:1 | 57463 ||| Stepping randomly (stuck).
 57465 | Vaults:1 | 57465 ||| Stepping randomly (stuck).
 57467 | Vaults:1 | 57467 ||| Stepping randomly (stuck).
 57469 | Vaults:1 | 57469 ||| Stepping randomly (stuck).
 57470 | Vaults:1 | Glimpsed the power of Zot.
 57471 | Vaults:1 | 57471 ||| Stepping randomly (stuck).
 57473 | Vaults:1 | 57473 ||| Stepping randomly (stuck).
 57475 | Vaults:1 | 57475 ||| Stepping randomly (stuck).
 57477 | Vaults:1 | 57477 ||| Stepping randomly (stuck).
 57479 | Vaults:1 | 57479 ||| Stepping randomly (stuck).
 57481 | Vaults:1 | 57481 ||| Stepping randomly (stuck).
 57483 | Vaults:1 | 57483 ||| Stepping randomly (stuck).
 57485 | Vaults:1 | 57485 ||| Stepping randomly (stuck).
 57487 | Vaults:1 | 57487 ||| Stepping randomly (stuck).
 57489 | Vaults:1 | 57489 ||| Stepping randomly (stuck).
 57491 | Vaults:1 | 57491 ||| Stepping randomly (stuck).
 57493 | Vaults:1 | 57493 ||| Stepping randomly (stuck).
 57495 | Vaults:1 | 57495 ||| Stepping randomly (stuck).
 57497 | Vaults:1 | 57497 ||| Stepping randomly (stuck).
 57499 | Vaults:1 | 57499 ||| Stepping randomly (stuck).
 57501 | Vaults:1 | 57501 ||| Stepping randomly (stuck).
 57503 | Vaults:1 | 57503 ||| Stepping randomly (stuck).
 57505 | Vaults:1 | 57505 ||| Stepping randomly (stuck).
 57507 | Vaults:1 | 57507 ||| Stepping randomly (stuck).
 57509 | Vaults:1 | 57509 ||| Stepping randomly (stuck).
 57511 | Vaults:1 | 57511 ||| Stepping randomly (stuck).
 57513 | Vaults:1 | 57513 ||| Stepping randomly (stuck).
 57515 | Vaults:1 | 57515 ||| Stepping randomly (stuck).
 57517 | Vaults:1 | 57517 ||| Stepping randomly (stuck).
 57519 | Vaults:1 | 57519 ||| Stepping randomly (stuck).
 57521 | Vaults:1 | 57521 ||| Stepping randomly (stuck).
 57523 | Vaults:1 | 57523 ||| Stepping randomly (stuck).
 57525 | Vaults:1 | 57525 ||| Stepping randomly (stuck).
 57527 | Vaults:1 | 57527 ||| Stepping randomly (stuck).
 57529 | Vaults:1 | 57529 ||| Stepping randomly (stuck).
 57531 | Vaults:1 | 57531 ||| Stepping randomly (stuck).
 57533 | Vaults:1 | 57533 ||| Stepping randomly (stuck).
 57535 | Vaults:1 | 57535 ||| Stepping randomly (stuck).
 57537 | Vaults:1 | 57537 ||| Stepping randomly (stuck).
 57539 | Vaults:1 | 57539 ||| Stepping randomly (stuck).
 57541 | Vaults:1 | 57541 ||| Stepping randomly (stuck).
 57543 | Vaults:1 | 57543 ||| Stepping randomly (stuck).
 57545 | Vaults:1 | 57545 ||| Stepping randomly (stuck).
 57547 | Vaults:1 | 57547 ||| Stepping randomly (stuck).
 57549 | Vaults:1 | 57549 ||| Stepping randomly (stuck).
 57551 | Vaults:1 | 57551 ||| Stepping randomly (stuck).
 57553 | Vaults:1 | 57553 ||| Stepping randomly (stuck).
 57555 | Vaults:1 | 57555 ||| Stepping randomly (stuck).
 57557 | Vaults:1 | 57557 ||| Stepping randomly (stuck).
 57559 | Vaults:1 | 57559 ||| Stepping randomly (stuck).
 57561 | Vaults:1 | 57561 ||| Stepping randomly (stuck).
 57563 | Vaults:1 | 57563 ||| Stepping randomly (stuck).
 57565 | Vaults:1 | 57565 ||| Stepping randomly (stuck).
 57567 | Vaults:1 | 57567 ||| Stepping randomly (stuck).
 57569 | Vaults:1 | 57569 ||| Stepping randomly (stuck).
 57569 | Vaults:1 | Touched by the power of Zot (MHP 1 -> 1)
 57570 | Vaults:1 | Glimpsed the power of Zot.
 57571 | Vaults:1 | 57571 ||| Stepping randomly (stuck).
 57573 | Vaults:1 | 57573 ||| Stepping randomly (stuck).
 57575 | Vaults:1 | 57575 ||| Stepping randomly (stuck).
 57577 | Vaults:1 | 57577 ||| Stepping randomly (stuck).
 57579 | Vaults:1 | 57579 ||| Stepping randomly (stuck).
 57581 | Vaults:1 | 57581 ||| Stepping randomly (stuck).
 57583 | Vaults:1 | 57583 ||| Stepping randomly (stuck).
 57585 | Vaults:1 | 57585 ||| Stepping randomly (stuck).
 57587 | Vaults:1 | 57587 ||| Stepping randomly (stuck).
 57589 | Vaults:1 | 57589 ||| Stepping randomly (stuck).
 57591 | Vaults:1 | 57591 ||| Stepping randomly (stuck).
 57593 | Vaults:1 | 57593 ||| Stepping randomly (stuck).
 57595 | Vaults:1 | 57595 ||| Stepping randomly (stuck).
 57597 | Vaults:1 | 57597 ||| Stepping randomly (stuck).
 57599 | Vaults:1 | 57599 ||| Stepping randomly (stuck).
 57601 | Vaults:1 | 57601 ||| Stepping randomly (stuck).
 57603 | Vaults:1 | 57603 ||| Stepping randomly (stuck).
 57605 | Vaults:1 | 57605 ||| Stepping randomly (stuck).
 57607 | Vaults:1 | 57607 ||| Stepping randomly (stuck).
 57609 | Vaults:1 | 57609 ||| Stepping randomly (stuck).
 57611 | Vaults:1 | 57611 ||| Stepping randomly (stuck).
 57613 | Vaults:1 | 57613 ||| Stepping randomly (stuck).
 57615 | Vaults:1 | 57615 ||| Stepping randomly (stuck).
 57617 | Vaults:1 | 57617 ||| Stepping randomly (stuck).
 57619 | Vaults:1 | 57619 ||| Stepping randomly (stuck).
 57621 | Vaults:1 | 57621 ||| Stepping randomly (stuck).
 57623 | Vaults:1 | 57623 ||| Stepping randomly (stuck).
 57625 | Vaults:1 | 57625 ||| Stepping randomly (stuck).
 57627 | Vaults:1 | 57627 ||| Stepping randomly (stuck).
 57629 | Vaults:1 | 57629 ||| Stepping randomly (stuck).
 57631 | Vaults:1 | 57631 ||| Stepping randomly (stuck).
 57633 | Vaults:1 | 57633 ||| Stepping randomly (stuck).
 57635 | Vaults:1 | 57635 ||| Stepping randomly (stuck).
 57637 | Vaults:1 | 57637 ||| Stepping randomly (stuck).
 57639 | Vaults:1 | 57639 ||| Stepping randomly (stuck).
 57641 | Vaults:1 | 57641 ||| Stepping randomly (stuck).
 57643 | Vaults:1 | 57643 ||| Stepping randomly (stuck).
 57645 | Vaults:1 | 57645 ||| Stepping randomly (stuck).
 57647 | Vaults:1 | 57647 ||| Stepping randomly (stuck).
 57649 | Vaults:1 | 57649 ||| Stepping randomly (stuck).
 57651 | Vaults:1 | 57651 ||| Stepping randomly (stuck).
 57653 | Vaults:1 | 57653 ||| Stepping randomly (stuck).
 57655 | Vaults:1 | 57655 ||| Stepping randomly (stuck).
 57657 | Vaults:1 | 57657 ||| Stepping randomly (stuck).
 57659 | Vaults:1 | 57659 ||| Stepping randomly (stuck).
 57661 | Vaults:1 | 57661 ||| Stepping randomly (stuck).
 57663 | Vaults:1 | 57663 ||| Stepping randomly (stuck).
 57665 | Vaults:1 | 57665 ||| Stepping randomly (stuck).
 57667 | Vaults:1 | 57667 ||| Stepping randomly (stuck).
 57669 | Vaults:1 | 57669 ||| Stepping randomly (stuck).
 57671 | Vaults:1 | 57671 ||| Stepping randomly (stuck).
 57673 | Vaults:1 | 57673 ||| Stepping randomly (stuck).
 57675 | Vaults:1 | 57675 ||| Stepping randomly (stuck).
 57677 | Vaults:1 | 57677 ||| Stepping randomly (stuck).
 57679 | Vaults:1 | 57679 ||| Stepping randomly (stuck).
 57681 | Vaults:1 | 57681 ||| Stepping randomly (stuck).
 57683 | Vaults:1 | 57683 ||| Stepping randomly (stuck).
 57685 | Vaults:1 | 57685 ||| Stepping randomly (stuck).
 57687 | Vaults:1 | 57687 ||| Stepping randomly (stuck).
 57689 | Vaults:1 | 57689 ||| Stepping randomly (stuck).
 57691 | Vaults:1 | 57691 ||| Stepping randomly (stuck).
 57693 | Vaults:1 | 57693 ||| Stepping randomly (stuck).
 57695 | Vaults:1 | 57695 ||| Stepping randomly (stuck).
 57697 | Vaults:1 | 57697 ||| Stepping randomly (stuck).
 57699 | Vaults:1 | 57699 ||| Stepping randomly (stuck).
 57701 | Vaults:1 | 57701 ||| Stepping randomly (stuck).
 57703 | Vaults:1 | 57703 ||| Stepping randomly (stuck).
 57705 | Vaults:1 | 57705 ||| Stepping randomly (stuck).
 57707 | Vaults:1 | 57707 ||| Stepping randomly (stuck).
 57709 | Vaults:1 | 57709 ||| Stepping randomly (stuck).
 57711 | Vaults:1 | 57711 ||| Stepping randomly (stuck).
 57713 | Vaults:1 | 57713 ||| Stepping randomly (stuck).
 57715 | Vaults:1 | 57715 ||| Stepping randomly (stuck).
 57717 | Vaults:1 | 57717 ||| Stepping randomly (stuck).
 57719 | Vaults:1 | 57719 ||| Stepping randomly (stuck).
 57721 | Vaults:1 | 57721 ||| Stepping randomly (stuck).
 57723 | Vaults:1 | 57723 ||| Stepping randomly (stuck).
 57725 | Vaults:1 | 57725 ||| Stepping randomly (stuck).
 57727 | Vaults:1 | 57727 ||| Stepping randomly (stuck).
 57729 | Vaults:1 | 57729 ||| Stepping randomly (stuck).
 57731 | Vaults:1 | 57731 ||| Stepping randomly (stuck).
 57733 | Vaults:1 | 57733 ||| Stepping randomly (stuck).
 57735 | Vaults:1 | 57735 ||| Stepping randomly (stuck).
 57737 | Vaults:1 | 57737 ||| Stepping randomly (stuck).
 57739 | Vaults:1 | 57739 ||| Stepping randomly (stuck).
 57741 | Vaults:1 | 57741 ||| Stepping randomly (stuck).
 57743 | Vaults:1 | 57743 ||| Stepping randomly (stuck).
 57745 | Vaults:1 | 57745 ||| Stepping randomly (stuck).
 57747 | Vaults:1 | 57747 ||| Stepping randomly (stuck).
 57749 | Vaults:1 | 57749 ||| Stepping randomly (stuck).
 57751 | Vaults:1 | 57751 ||| Stepping randomly (stuck).
 57753 | Vaults:1 | 57753 ||| Stepping randomly (stuck).
 57755 | Vaults:1 | 57755 ||| Stepping randomly (stuck).
 57757 | Vaults:1 | 57757 ||| Stepping randomly (stuck).
 57759 | Vaults:1 | 57759 ||| Stepping randomly (stuck).
 57761 | Vaults:1 | 57761 ||| Stepping randomly (stuck).
 57763 | Vaults:1 | 57763 ||| Stepping randomly (stuck).
 57765 | Vaults:1 | 57765 ||| Stepping randomly (stuck).
 57767 | Vaults:1 | 57767 ||| Stepping randomly (stuck).
 57769 | Vaults:1 | 57769 ||| Stepping randomly (stuck).
 57771 | Vaults:1 | 57771 ||| Stepping randomly (stuck).
 57773 | Vaults:1 | 57773 ||| Stepping randomly (stuck).
 57775 | Vaults:1 | 57775 ||| Stepping randomly (stuck).
 57777 | Vaults:1 | 57777 ||| Stepping randomly (stuck).
 57779 | Vaults:1 | 57779 ||| Stepping randomly (stuck).
 57781 | Vaults:1 | 57781 ||| Stepping randomly (stuck).
 57783 | Vaults:1 | 57783 ||| Stepping randomly (stuck).
 57785 | Vaults:1 | 57785 ||| Stepping randomly (stuck).
 57787 | Vaults:1 | 57787 ||| Stepping randomly (stuck).
 57789 | Vaults:1 | 57789 ||| Stepping randomly (stuck).
 57791 | Vaults:1 | 57791 ||| Stepping randomly (stuck).
 57793 | Vaults:1 | 57793 ||| Stepping randomly (stuck).
 57795 | Vaults:1 | 57795 ||| Stepping randomly (stuck).
 57797 | Vaults:1 | 57797 ||| Stepping randomly (stuck).
 57799 | Vaults:1 | 57799 ||| Stepping randomly (stuck).
 57801 | Vaults:1 | 57801 ||| Stepping randomly (stuck).
 57803 | Vaults:1 | 57803 ||| Stepping randomly (stuck).
 57805 | Vaults:1 | 57805 ||| Stepping randomly (stuck).
 57807 | Vaults:1 | 57807 ||| Stepping randomly (stuck).
 57809 | Vaults:1 | 57809 ||| Stepping randomly (stuck).
 57811 | Vaults:1 | 57811 ||| Stepping randomly (stuck).
 57813 | Vaults:1 | 57813 ||| Stepping randomly (stuck).
 57815 | Vaults:1 | 57815 ||| Stepping randomly (stuck).
 57817 | Vaults:1 | 57817 ||| Stepping randomly (stuck).
 57819 | Vaults:1 | 57819 ||| Stepping randomly (stuck).
 57821 | Vaults:1 | 57821 ||| Stepping randomly (stuck).
 57823 | Vaults:1 | 57823 ||| Stepping randomly (stuck).
 57825 | Vaults:1 | 57825 ||| Stepping randomly (stuck).
 57827 | Vaults:1 | 57827 ||| Stepping randomly (stuck).
 57829 | Vaults:1 | 57829 ||| Stepping randomly (stuck).
 57831 | Vaults:1 | 57831 ||| Stepping randomly (stuck).
 57833 | Vaults:1 | 57833 ||| Stepping randomly (stuck).
 57835 | Vaults:1 | 57835 ||| Stepping randomly (stuck).
 57837 | Vaults:1 | 57837 ||| Stepping randomly (stuck).
 57839 | Vaults:1 | 57839 ||| Stepping randomly (stuck).
 57841 | Vaults:1 | 57841 ||| Stepping randomly (stuck).
 57843 | Vaults:1 | 57843 ||| Stepping randomly (stuck).
 57845 | Vaults:1 | 57845 ||| Stepping randomly (stuck).
 57847 | Vaults:1 | 57847 ||| Stepping randomly (stuck).
 57849 | Vaults:1 | 57849 ||| Stepping randomly (stuck).
 57851 | Vaults:1 | 57851 ||| Stepping randomly (stuck).
 57853 | Vaults:1 | 57853 ||| Stepping randomly (stuck).
 57855 | Vaults:1 | 57855 ||| Stepping randomly (stuck).
 57857 | Vaults:1 | 57857 ||| Stepping randomly (stuck).
 57859 | Vaults:1 | 57859 ||| Stepping randomly (stuck).
 57861 | Vaults:1 | 57861 ||| Stepping randomly (stuck).
 57863 | Vaults:1 | 57863 ||| Stepping randomly (stuck).
 57865 | Vaults:1 | 57865 ||| Stepping randomly (stuck).
 57867 | Vaults:1 | 57867 ||| Stepping randomly (stuck).
 57869 | Vaults:1 | 57869 ||| Stepping randomly (stuck).
 57871 | Vaults:1 | 57871 ||| Stepping randomly (stuck).
 57873 | Vaults:1 | 57873 ||| Stepping randomly (stuck).
 57875 | Vaults:1 | 57875 ||| Stepping randomly (stuck).
 57877 | Vaults:1 | 57877 ||| Stepping randomly (stuck).
 57879 | Vaults:1 | 57879 ||| Stepping randomly (stuck).
 57881 | Vaults:1 | 57881 ||| Stepping randomly (stuck).
 57883 | Vaults:1 | 57883 ||| Stepping randomly (stuck).
 57885 | Vaults:1 | 57885 ||| Stepping randomly (stuck).
 57887 | Vaults:1 | 57887 ||| Stepping randomly (stuck).
 57889 | Vaults:1 | 57889 ||| Stepping randomly (stuck).
 57891 | Vaults:1 | 57891 ||| Stepping randomly (stuck).
 57893 | Vaults:1 | 57893 ||| Stepping randomly (stuck).
 57895 | Vaults:1 | 57895 ||| Stepping randomly (stuck).
 57897 | Vaults:1 | 57897 ||| Stepping randomly (stuck).
 57899 | Vaults:1 | 57899 ||| Stepping randomly (stuck).
 57901 | Vaults:1 | 57901 ||| Stepping randomly (stuck).
 57903 | Vaults:1 | 57903 ||| Stepping randomly (stuck).
 57905 | Vaults:1 | 57905 ||| Stepping randomly (stuck).
 57907 | Vaults:1 | 57907 ||| Stepping randomly (stuck).
 57909 | Vaults:1 | 57909 ||| Stepping randomly (stuck).
 57911 | Vaults:1 | 57911 ||| Stepping randomly (stuck).
 57913 | Vaults:1 | 57913 ||| Stepping randomly (stuck).
 57915 | Vaults:1 | 57915 ||| Stepping randomly (stuck).
 57917 | Vaults:1 | 57917 ||| Stepping randomly (stuck).
 57919 | Vaults:1 | 57919 ||| Stepping randomly (stuck).
 57921 | Vaults:1 | 57921 ||| Stepping randomly (stuck).
 57923 | Vaults:1 | 57923 ||| Stepping randomly (stuck).
 57925 | Vaults:1 | 57925 ||| Stepping randomly (stuck).
 57927 | Vaults:1 | 57927 ||| Stepping randomly (stuck).
 57929 | Vaults:1 | 57929 ||| Stepping randomly (stuck).
 57931 | Vaults:1 | 57931 ||| Stepping randomly (stuck).
 57933 | Vaults:1 | 57933 ||| Stepping randomly (stuck).
 57935 | Vaults:1 | 57935 ||| Stepping randomly (stuck).
 57937 | Vaults:1 | 57937 ||| Stepping randomly (stuck).
 57939 | Vaults:1 | 57939 ||| Stepping randomly (stuck).
 57941 | Vaults:1 | 57941 ||| Stepping randomly (stuck).
 57943 | Vaults:1 | 57943 ||| Stepping randomly (stuck).
 57945 | Vaults:1 | 57945 ||| Stepping randomly (stuck).
 57947 | Vaults:1 | 57947 ||| Stepping randomly (stuck).
 57949 | Vaults:1 | 57949 ||| Stepping randomly (stuck).
 57951 | Vaults:1 | 57951 ||| Stepping randomly (stuck).
 57953 | Vaults:1 | 57953 ||| Stepping randomly (stuck).
 57955 | Vaults:1 | 57955 ||| Stepping randomly (stuck).
 57957 | Vaults:1 | 57957 ||| Stepping randomly (stuck).
 57959 | Vaults:1 | 57959 ||| Stepping randomly (stuck).
 57961 | Vaults:1 | 57961 ||| Stepping randomly (stuck).
 57963 | Vaults:1 | 57963 ||| Stepping randomly (stuck).
 57965 | Vaults:1 | 57965 ||| Stepping randomly (stuck).
 57967 | Vaults:1 | 57967 ||| Stepping randomly (stuck).
 57969 | Vaults:1 | 57969 ||| Stepping randomly (stuck).
 57971 | Vaults:1 | 57971 ||| Stepping randomly (stuck).
 57973 | Vaults:1 | 57973 ||| Stepping randomly (stuck).
 57975 | Vaults:1 | 57975 ||| Stepping randomly (stuck).
 57977 | Vaults:1 | 57977 ||| Stepping randomly (stuck).
 57979 | Vaults:1 | 57979 ||| Stepping randomly (stuck).
 57981 | Vaults:1 | 57981 ||| Stepping randomly (stuck).
 57983 | Vaults:1 | 57983 ||| Stepping randomly (stuck).
 57985 | Vaults:1 | 57985 ||| Stepping randomly (stuck).
 57987 | Vaults:1 | 57987 ||| Stepping randomly (stuck).
 57989 | Vaults:1 | 57989 ||| Stepping randomly (stuck).
 57991 | Vaults:1 | 57991 ||| Stepping randomly (stuck).
 57993 | Vaults:1 | 57993 ||| Stepping randomly (stuck).
 57995 | Vaults:1 | 57995 ||| Stepping randomly (stuck).
 57997 | Vaults:1 | 57997 ||| Stepping randomly (stuck).
 57999 | Vaults:1 | 57999 ||| Stepping randomly (stuck).
 58001 | Vaults:1 | 58001 ||| Stepping randomly (stuck).
 58003 | Vaults:1 | 58003 ||| Stepping randomly (stuck).
 58005 | Vaults:1 | 58005 ||| Stepping randomly (stuck).
 58007 | Vaults:1 | 58007 ||| Stepping randomly (stuck).
 58009 | Vaults:1 | 58009 ||| Stepping randomly (stuck).
 58011 | Vaults:1 | 58011 ||| Stepping randomly (stuck).
 58013 | Vaults:1 | 58013 ||| Stepping randomly (stuck).
 58015 | Vaults:1 | 58015 ||| Stepping randomly (stuck).
 58017 | Vaults:1 | 58017 ||| Stepping randomly (stuck).
 58019 | Vaults:1 | 58019 ||| Stepping randomly (stuck).
 58021 | Vaults:1 | 58021 ||| Stepping randomly (stuck).
 58023 | Vaults:1 | 58023 ||| Stepping randomly (stuck).
 58025 | Vaults:1 | 58025 ||| Stepping randomly (stuck).
 58027 | Vaults:1 | 58027 ||| Stepping randomly (stuck).
 58029 | Vaults:1 | 58029 ||| Stepping randomly (stuck).
 58031 | Vaults:1 | 58031 ||| Stepping randomly (stuck).
 58033 | Vaults:1 | 58033 ||| Stepping randomly (stuck).
 58035 | Vaults:1 | 58035 ||| Stepping randomly (stuck).
 58037 | Vaults:1 | 58037 ||| Stepping randomly (stuck).
 58039 | Vaults:1 | 58039 ||| Stepping randomly (stuck).
 58041 | Vaults:1 | 58041 ||| Stepping randomly (stuck).
 58043 | Vaults:1 | 58043 ||| Stepping randomly (stuck).
 58045 | Vaults:1 | 58045 ||| Stepping randomly (stuck).
 58047 | Vaults:1 | 58047 ||| Stepping randomly (stuck).
 58049 | Vaults:1 | 58049 ||| Stepping randomly (stuck).
 58051 | Vaults:1 | 58051 ||| Stepping randomly (stuck).
 58053 | Vaults:1 | 58053 ||| Stepping randomly (stuck).
 58055 | Vaults:1 | 58055 ||| Stepping randomly (stuck).
 58057 | Vaults:1 | 58057 ||| Stepping randomly (stuck).
 58059 | Vaults:1 | 58059 ||| Stepping randomly (stuck).
 58061 | Vaults:1 | 58061 ||| Stepping randomly (stuck).
 58063 | Vaults:1 | 58063 ||| Stepping randomly (stuck).
 58065 | Vaults:1 | 58065 ||| Stepping randomly (stuck).
 58067 | Vaults:1 | 58067 ||| Stepping randomly (stuck).
 58069 | Vaults:1 | 58069 ||| Stepping randomly (stuck).
 58070 | Vaults:1 | Glimpsed the power of Zot.
 58071 | Vaults:1 | 58071 ||| Stepping randomly (stuck).
 58073 | Vaults:1 | 58073 ||| Stepping randomly (stuck).
 58075 | Vaults:1 | 58075 ||| Stepping randomly (stuck).
 58077 | Vaults:1 | 58077 ||| Stepping randomly (stuck).
 58079 | Vaults:1 | 58079 ||| Stepping randomly (stuck).
 58081 | Vaults:1 | 58081 ||| Stepping randomly (stuck).
 58083 | Vaults:1 | 58083 ||| Stepping randomly (stuck).
 58085 | Vaults:1 | 58085 ||| Stepping randomly (stuck).
 58087 | Vaults:1 | 58087 ||| Stepping randomly (stuck).
 58089 | Vaults:1 | 58089 ||| Stepping randomly (stuck).
 58091 | Vaults:1 | 58091 ||| Stepping randomly (stuck).
 58093 | Vaults:1 | 58093 ||| Stepping randomly (stuck).
 58095 | Vaults:1 | 58095 ||| Stepping randomly (stuck).
 58097 | Vaults:1 | 58097 ||| Stepping randomly (stuck).
 58099 | Vaults:1 | 58099 ||| Stepping randomly (stuck).
 58101 | Vaults:1 | 58101 ||| Stepping randomly (stuck).
 58103 | Vaults:1 | 58103 ||| Stepping randomly (stuck).
 58105 | Vaults:1 | 58105 ||| Stepping randomly (stuck).
 58107 | Vaults:1 | 58107 ||| Stepping randomly (stuck).
 58109 | Vaults:1 | 58109 ||| Stepping randomly (stuck).
 58111 | Vaults:1 | 58111 ||| Stepping randomly (stuck).
 58113 | Vaults:1 | 58113 ||| Stepping randomly (stuck).
 58115 | Vaults:1 | 58115 ||| Stepping randomly (stuck).
 58117 | Vaults:1 | 58117 ||| Stepping randomly (stuck).
 58119 | Vaults:1 | 58119 ||| Stepping randomly (stuck).
 58121 | Vaults:1 | 58121 ||| Stepping randomly (stuck).
 58123 | Vaults:1 | 58123 ||| Stepping randomly (stuck).
 58125 | Vaults:1 | 58125 ||| Stepping randomly (stuck).
 58127 | Vaults:1 | 58127 ||| Stepping randomly (stuck).
 58129 | Vaults:1 | 58129 ||| Stepping randomly (stuck).
 58131 | Vaults:1 | 58131 ||| Stepping randomly (stuck).
 58133 | Vaults:1 | 58133 ||| Stepping randomly (stuck).
 58135 | Vaults:1 | 58135 ||| Stepping randomly (stuck).
 58137 | Vaults:1 | 58137 ||| Stepping randomly (stuck).
 58139 | Vaults:1 | 58139 ||| Stepping randomly (stuck).
 58141 | Vaults:1 | 58141 ||| Stepping randomly (stuck).
 58143 | Vaults:1 | 58143 ||| Stepping randomly (stuck).
 58145 | Vaults:1 | 58145 ||| Stepping randomly (stuck).
 58147 | Vaults:1 | 58147 ||| Stepping randomly (stuck).
 58149 | Vaults:1 | 58149 ||| Stepping randomly (stuck).
 58151 | Vaults:1 | 58151 ||| Stepping randomly (stuck).
 58153 | Vaults:1 | 58153 ||| Stepping randomly (stuck).
 58155 | Vaults:1 | 58155 ||| Stepping randomly (stuck).
 58157 | Vaults:1 | 58157 ||| Stepping randomly (stuck).
 58159 | Vaults:1 | 58159 ||| Stepping randomly (stuck).
 58161 | Vaults:1 | 58161 ||| Stepping randomly (stuck).
 58163 | Vaults:1 | 58163 ||| Stepping randomly (stuck).
 58165 | Vaults:1 | 58165 ||| Stepping randomly (stuck).
 58167 | Vaults:1 | 58167 ||| Stepping randomly (stuck).
 58169 | Vaults:1 | 58169 ||| Stepping randomly (stuck).
 58171 | Vaults:1 | 58171 ||| Stepping randomly (stuck).
 58173 | Vaults:1 | 58173 ||| Stepping randomly (stuck).
 58175 | Vaults:1 | 58175 ||| Stepping randomly (stuck).
 58177 | Vaults:1 | 58177 ||| Stepping randomly (stuck).
 58179 | Vaults:1 | 58179 ||| Stepping randomly (stuck).
 58181 | Vaults:1 | 58181 ||| Stepping randomly (stuck).
 58183 | Vaults:1 | 58183 ||| Stepping randomly (stuck).
 58185 | Vaults:1 | 58185 ||| Stepping randomly (stuck).
 58187 | Vaults:1 | 58187 ||| Stepping randomly (stuck).
 58189 | Vaults:1 | 58189 ||| Stepping randomly (stuck).
 58191 | Vaults:1 | 58191 ||| Stepping randomly (stuck).
 58193 | Vaults:1 | 58193 ||| Stepping randomly (stuck).
 58195 | Vaults:1 | 58195 ||| Stepping randomly (stuck).
 58197 | Vaults:1 | 58197 ||| Stepping randomly (stuck).
 58199 | Vaults:1 | 58199 ||| Stepping randomly (stuck).
 58201 | Vaults:1 | 58201 ||| Stepping randomly (stuck).
 58203 | Vaults:1 | 58203 ||| Stepping randomly (stuck).
 58205 | Vaults:1 | 58205 ||| Stepping randomly (stuck).
 58207 | Vaults:1 | 58207 ||| Stepping randomly (stuck).
 58209 | Vaults:1 | 58209 ||| Stepping randomly (stuck).
 58211 | Vaults:1 | 58211 ||| Stepping randomly (stuck).
 58213 | Vaults:1 | 58213 ||| Stepping randomly (stuck).
 58215 | Vaults:1 | 58215 ||| Stepping randomly (stuck).
 58217 | Vaults:1 | 58217 ||| Stepping randomly (stuck).
 58219 | Vaults:1 | 58219 ||| Stepping randomly (stuck).
 58221 | Vaults:1 | 58221 ||| Stepping randomly (stuck).
 58223 | Vaults:1 | 58223 ||| Stepping randomly (stuck).
 58225 | Vaults:1 | 58225 ||| Stepping randomly (stuck).
 58227 | Vaults:1 | 58227 ||| Stepping randomly (stuck).
 58229 | Vaults:1 | 58229 ||| Stepping randomly (stuck).
 58231 | Vaults:1 | 58231 ||| Stepping randomly (stuck).
 58233 | Vaults:1 | 58233 ||| Stepping randomly (stuck).
 58235 | Vaults:1 | 58235 ||| Stepping randomly (stuck).
 58237 | Vaults:1 | 58237 ||| Stepping randomly (stuck).
 58239 | Vaults:1 | 58239 ||| Stepping randomly (stuck).
 58241 | Vaults:1 | 58241 ||| Stepping randomly (stuck).
 58243 | Vaults:1 | 58243 ||| Stepping randomly (stuck).
 58245 | Vaults:1 | 58245 ||| Stepping randomly (stuck).
 58247 | Vaults:1 | 58247 ||| Stepping randomly (stuck).
 58249 | Vaults:1 | 58249 ||| Stepping randomly (stuck).
 58251 | Vaults:1 | 58251 ||| Stepping randomly (stuck).
 58253 | Vaults:1 | 58253 ||| Stepping randomly (stuck).
 58255 | Vaults:1 | 58255 ||| Stepping randomly (stuck).
 58257 | Vaults:1 | 58257 ||| Stepping randomly (stuck).
 58259 | Vaults:1 | 58259 ||| Stepping randomly (stuck).
 58261 | Vaults:1 | 58261 ||| Stepping randomly (stuck).
 58263 | Vaults:1 | 58263 ||| Stepping randomly (stuck).
 58265 | Vaults:1 | 58265 ||| Stepping randomly (stuck).
 58267 | Vaults:1 | 58267 ||| Stepping randomly (stuck).
 58269 | Vaults:1 | 58269 ||| Stepping randomly (stuck).
 58271 | Vaults:1 | 58271 ||| Stepping randomly (stuck).
 58273 | Vaults:1 | 58273 ||| Stepping randomly (stuck).
 58275 | Vaults:1 | 58275 ||| Stepping randomly (stuck).
 58277 | Vaults:1 | 58277 ||| Stepping randomly (stuck).
 58279 | Vaults:1 | 58279 ||| Stepping randomly (stuck).
 58281 | Vaults:1 | 58281 ||| Stepping randomly (stuck).
 58283 | Vaults:1 | 58283 ||| Stepping randomly (stuck).
 58285 | Vaults:1 | 58285 ||| Stepping randomly (stuck).
 58287 | Vaults:1 | 58287 ||| Stepping randomly (stuck).
 58289 | Vaults:1 | 58289 ||| Stepping randomly (stuck).
 58291 | Vaults:1 | 58291 ||| Stepping randomly (stuck).
 58293 | Vaults:1 | 58293 ||| Stepping randomly (stuck).
 58295 | Vaults:1 | 58295 ||| Stepping randomly (stuck).
 58297 | Vaults:1 | 58297 ||| Stepping randomly (stuck).
 58299 | Vaults:1 | 58299 ||| Stepping randomly (stuck).
 58301 | Vaults:1 | 58301 ||| Stepping randomly (stuck).
 58303 | Vaults:1 | 58303 ||| Stepping randomly (stuck).
 58305 | Vaults:1 | 58305 ||| Stepping randomly (stuck).
 58307 | Vaults:1 | 58307 ||| Stepping randomly (stuck).
 58309 | Vaults:1 | 58309 ||| Stepping randomly (stuck).
 58311 | Vaults:1 | 58311 ||| Stepping randomly (stuck).
 58313 | Vaults:1 | 58313 ||| Stepping randomly (stuck).
 58315 | Vaults:1 | 58315 ||| Stepping randomly (stuck).
 58317 | Vaults:1 | 58317 ||| Stepping randomly (stuck).
 58319 | Vaults:1 | 58319 ||| Stepping randomly (stuck).
 58321 | Vaults:1 | 58321 ||| Stepping randomly (stuck).
 58323 | Vaults:1 | 58323 ||| Stepping randomly (stuck).
 58325 | Vaults:1 | 58325 ||| Stepping randomly (stuck).
 58327 | Vaults:1 | 58327 ||| Stepping randomly (stuck).
 58329 | Vaults:1 | 58329 ||| Stepping randomly (stuck).
 58331 | Vaults:1 | 58331 ||| Stepping randomly (stuck).
 58333 | Vaults:1 | 58333 ||| Stepping randomly (stuck).
 58335 | Vaults:1 | 58335 ||| Stepping randomly (stuck).
 58337 | Vaults:1 | 58337 ||| Stepping randomly (stuck).
 58339 | Vaults:1 | 58339 ||| Stepping randomly (stuck).
 58341 | Vaults:1 | 58341 ||| Stepping randomly (stuck).
 58343 | Vaults:1 | 58343 ||| Stepping randomly (stuck).
 58345 | Vaults:1 | 58345 ||| Stepping randomly (stuck).
 58347 | Vaults:1 | 58347 ||| Stepping randomly (stuck).
 58349 | Vaults:1 | 58349 ||| Stepping randomly (stuck).
 58351 | Vaults:1 | 58351 ||| Stepping randomly (stuck).
 58353 | Vaults:1 | 58353 ||| Stepping randomly (stuck).
 58355 | Vaults:1 | 58355 ||| Stepping randomly (stuck).
 58357 | Vaults:1 | 58357 ||| Stepping randomly (stuck).
 58359 | Vaults:1 | 58359 ||| Stepping randomly (stuck).
 58361 | Vaults:1 | 58361 ||| Stepping randomly (stuck).
 58363 | Vaults:1 | 58363 ||| Stepping randomly (stuck).
 58365 | Vaults:1 | 58365 ||| Stepping randomly (stuck).
 58367 | Vaults:1 | 58367 ||| Stepping randomly (stuck).
 58369 | Vaults:1 | 58369 ||| Stepping randomly (stuck).
 58371 | Vaults:1 | 58371 ||| Stepping randomly (stuck).
 58373 | Vaults:1 | 58373 ||| Stepping randomly (stuck).
 58375 | Vaults:1 | 58375 ||| Stepping randomly (stuck).
 58377 | Vaults:1 | 58377 ||| Stepping randomly (stuck).
 58379 | Vaults:1 | 58379 ||| Stepping randomly (stuck).
 58381 | Vaults:1 | 58381 ||| Stepping randomly (stuck).
 58383 | Vaults:1 | 58383 ||| Stepping randomly (stuck).
 58385 | Vaults:1 | 58385 ||| Stepping randomly (stuck).
 58387 | Vaults:1 | 58387 ||| Stepping randomly (stuck).
 58389 | Vaults:1 | 58389 ||| Stepping randomly (stuck).
 58391 | Vaults:1 | 58391 ||| Stepping randomly (stuck).
 58393 | Vaults:1 | 58393 ||| Stepping randomly (stuck).
 58395 | Vaults:1 | 58395 ||| Stepping randomly (stuck).
 58397 | Vaults:1 | 58397 ||| Stepping randomly (stuck).
 58399 | Vaults:1 | 58399 ||| Stepping randomly (stuck).
 58401 | Vaults:1 | 58401 ||| Stepping randomly (stuck).
 58403 | Vaults:1 | 58403 ||| Stepping randomly (stuck).
 58405 | Vaults:1 | 58405 ||| Stepping randomly (stuck).
 58407 | Vaults:1 | 58407 ||| Stepping randomly (stuck).
 58409 | Vaults:1 | 58409 ||| Stepping randomly (stuck).
 58411 | Vaults:1 | 58411 ||| Stepping randomly (stuck).
 58413 | Vaults:1 | 58413 ||| Stepping randomly (stuck).
 58415 | Vaults:1 | 58415 ||| Stepping randomly (stuck).
 58417 | Vaults:1 | 58417 ||| Stepping randomly (stuck).
 58419 | Vaults:1 | 58419 ||| Stepping randomly (stuck).
 58421 | Vaults:1 | 58421 ||| Stepping randomly (stuck).
 58423 | Vaults:1 | 58423 ||| Stepping randomly (stuck).
 58425 | Vaults:1 | 58425 ||| Stepping randomly (stuck).
 58427 | Vaults:1 | 58427 ||| Stepping randomly (stuck).
 58429 | Vaults:1 | 58429 ||| Stepping randomly (stuck).
 58431 | Vaults:1 | 58431 ||| Stepping randomly (stuck).
 58433 | Vaults:1 | 58433 ||| Stepping randomly (stuck).
 58435 | Vaults:1 | 58435 ||| Stepping randomly (stuck).
 58437 | Vaults:1 | 58437 ||| Stepping randomly (stuck).
 58439 | Vaults:1 | 58439 ||| Stepping randomly (stuck).
 58441 | Vaults:1 | 58441 ||| Stepping randomly (stuck).
 58443 | Vaults:1 | 58443 ||| Stepping randomly (stuck).
 58445 | Vaults:1 | 58445 ||| Stepping randomly (stuck).
 58447 | Vaults:1 | 58447 ||| Stepping randomly (stuck).
 58449 | Vaults:1 | 58449 ||| Stepping randomly (stuck).
 58451 | Vaults:1 | 58451 ||| Stepping randomly (stuck).
 58453 | Vaults:1 | 58453 ||| Stepping randomly (stuck).
 58455 | Vaults:1 | 58455 ||| Stepping randomly (stuck).
 58457 | Vaults:1 | 58457 ||| Stepping randomly (stuck).
 58459 | Vaults:1 | 58459 ||| Stepping randomly (stuck).
 58461 | Vaults:1 | 58461 ||| Stepping randomly (stuck).
 58463 | Vaults:1 | 58463 ||| Stepping randomly (stuck).
 58465 | Vaults:1 | 58465 ||| Stepping randomly (stuck).
 58467 | Vaults:1 | 58467 ||| Stepping randomly (stuck).
 58469 | Vaults:1 | 58469 ||| Stepping randomly (stuck).
 58470 | Vaults:1 | Glimpsed the power of Zot.
 58471 | Vaults:1 | 58471 ||| Stepping randomly (stuck).
 58473 | Vaults:1 | 58473 ||| Stepping randomly (stuck).
 58475 | Vaults:1 | 58475 ||| Stepping randomly (stuck).
 58477 | Vaults:1 | 58477 ||| Stepping randomly (stuck).
 58479 | Vaults:1 | 58479 ||| Stepping randomly (stuck).
 58481 | Vaults:1 | 58481 ||| Stepping randomly (stuck).
 58483 | Vaults:1 | 58483 ||| Stepping randomly (stuck).
 58485 | Vaults:1 | 58485 ||| Stepping randomly (stuck).
 58487 | Vaults:1 | 58487 ||| Stepping randomly (stuck).
 58489 | Vaults:1 | 58489 ||| Stepping randomly (stuck).
 58491 | Vaults:1 | 58491 ||| Stepping randomly (stuck).
 58493 | Vaults:1 | 58493 ||| Stepping randomly (stuck).
 58495 | Vaults:1 | 58495 ||| Stepping randomly (stuck).
 58497 | Vaults:1 | 58497 ||| Stepping randomly (stuck).
 58499 | Vaults:1 | 58499 ||| Stepping randomly (stuck).
 58501 | Vaults:1 | 58501 ||| Stepping randomly (stuck).
 58503 | Vaults:1 | 58503 ||| Stepping randomly (stuck).
 58505 | Vaults:1 | 58505 ||| Stepping randomly (stuck).
 58507 | Vaults:1 | 58507 ||| Stepping randomly (stuck).
 58509 | Vaults:1 | 58509 ||| Stepping randomly (stuck).
 58511 | Vaults:1 | 58511 ||| Stepping randomly (stuck).
 58513 | Vaults:1 | 58513 ||| Stepping randomly (stuck).
 58515 | Vaults:1 | 58515 ||| Stepping randomly (stuck).
 58517 | Vaults:1 | 58517 ||| Stepping randomly (stuck).
 58519 | Vaults:1 | 58519 ||| Stepping randomly (stuck).
 58521 | Vaults:1 | 58521 ||| Stepping randomly (stuck).
 58523 | Vaults:1 | 58523 ||| Stepping randomly (stuck).
 58525 | Vaults:1 | 58525 ||| Stepping randomly (stuck).
 58527 | Vaults:1 | 58527 ||| Stepping randomly (stuck).
 58529 | Vaults:1 | 58529 ||| Stepping randomly (stuck).
 58531 | Vaults:1 | 58531 ||| Stepping randomly (stuck).
 58533 | Vaults:1 | 58533 ||| Stepping randomly (stuck).
 58535 | Vaults:1 | 58535 ||| Stepping randomly (stuck).
 58537 | Vaults:1 | 58537 ||| Stepping randomly (stuck).
 58539 | Vaults:1 | 58539 ||| Stepping randomly (stuck).
 58541 | Vaults:1 | 58541 ||| Stepping randomly (stuck).
 58543 | Vaults:1 | 58543 ||| Stepping randomly (stuck).
 58545 | Vaults:1 | 58545 ||| Stepping randomly (stuck).
 58547 | Vaults:1 | 58547 ||| Stepping randomly (stuck).
 58549 | Vaults:1 | 58549 ||| Stepping randomly (stuck).
 58551 | Vaults:1 | 58551 ||| Stepping randomly (stuck).
 58553 | Vaults:1 | 58553 ||| Stepping randomly (stuck).
 58555 | Vaults:1 | 58555 ||| Stepping randomly (stuck).
 58557 | Vaults:1 | 58557 ||| Stepping randomly (stuck).
 58559 | Vaults:1 | 58559 ||| Stepping randomly (stuck).
 58561 | Vaults:1 | 58561 ||| Stepping randomly (stuck).
 58563 | Vaults:1 | 58563 ||| Stepping randomly (stuck).
 58565 | Vaults:1 | 58565 ||| Stepping randomly (stuck).
 58567 | Vaults:1 | 58567 ||| Stepping randomly (stuck).
 58569 | Vaults:1 | 58569 ||| Stepping randomly (stuck).
 58569 | Vaults:1 | Touched by the power of Zot (MHP 1 -> 1)
 58570 | Vaults:1 | Glimpsed the power of Zot.
 58571 | Vaults:1 | 58571 ||| Stepping randomly (stuck).
 58573 | Vaults:1 | 58573 ||| Stepping randomly (stuck).
 58575 | Vaults:1 | 58575 ||| Stepping randomly (stuck).
 58577 | Vaults:1 | 58577 ||| Stepping randomly (stuck).
 58579 | Vaults:1 | 58579 ||| Stepping randomly (stuck).
 58581 | Vaults:1 | 58581 ||| Stepping randomly (stuck).
 58583 | Vaults:1 | 58583 ||| Stepping randomly (stuck).
 58585 | Vaults:1 | 58585 ||| Stepping randomly (stuck).
 58587 | Vaults:1 | 58587 ||| Stepping randomly (stuck).
 58589 | Vaults:1 | 58589 ||| Stepping randomly (stuck).
 58591 | Vaults:1 | 58591 ||| Stepping randomly (stuck).
 58593 | Vaults:1 | 58593 ||| Stepping randomly (stuck).
 58595 | Vaults:1 | 58595 ||| Stepping randomly (stuck).
 58597 | Vaults:1 | 58597 ||| Stepping randomly (stuck).
 58599 | Vaults:1 | 58599 ||| Stepping randomly (stuck).
 58601 | Vaults:1 | 58601 ||| Stepping randomly (stuck).
 58603 | Vaults:1 | 58603 ||| Stepping randomly (stuck).
 58605 | Vaults:1 | 58605 ||| Stepping randomly (stuck).
 58607 | Vaults:1 | 58607 ||| Stepping randomly (stuck).
 58609 | Vaults:1 | 58609 ||| Stepping randomly (stuck).
 58611 | Vaults:1 | 58611 ||| Stepping randomly (stuck).
 58613 | Vaults:1 | 58613 ||| Stepping randomly (stuck).
 58615 | Vaults:1 | 58615 ||| Stepping randomly (stuck).
 58617 | Vaults:1 | 58617 ||| Stepping randomly (stuck).
 58619 | Vaults:1 | 58619 ||| Stepping randomly (stuck).
 58621 | Vaults:1 | 58621 ||| Stepping randomly (stuck).
 58623 | Vaults:1 | 58623 ||| Stepping randomly (stuck).
 58625 | Vaults:1 | 58625 ||| Stepping randomly (stuck).
 58627 | Vaults:1 | 58627 ||| Stepping randomly (stuck).
 58629 | Vaults:1 | 58629 ||| Stepping randomly (stuck).
 58631 | Vaults:1 | 58631 ||| Stepping randomly (stuck).
 58633 | Vaults:1 | 58633 ||| Stepping randomly (stuck).
 58635 | Vaults:1 | 58635 ||| Stepping randomly (stuck).
 58637 | Vaults:1 | 58637 ||| Stepping randomly (stuck).
 58639 | Vaults:1 | 58639 ||| Stepping randomly (stuck).
 58641 | Vaults:1 | 58641 ||| Stepping randomly (stuck).
 58643 | Vaults:1 | 58643 ||| Stepping randomly (stuck).
 58645 | Vaults:1 | 58645 ||| Stepping randomly (stuck).
 58647 | Vaults:1 | 58647 ||| Stepping randomly (stuck).
 58649 | Vaults:1 | 58649 ||| Stepping randomly (stuck).
 58651 | Vaults:1 | 58651 ||| Stepping randomly (stuck).
 58653 | Vaults:1 | 58653 ||| Stepping randomly (stuck).
 58655 | Vaults:1 | 58655 ||| Stepping randomly (stuck).
 58657 | Vaults:1 | 58657 ||| Stepping randomly (stuck).
 58659 | Vaults:1 | 58659 ||| Stepping randomly (stuck).
 58661 | Vaults:1 | 58661 ||| Stepping randomly (stuck).
 58663 | Vaults:1 | 58663 ||| Stepping randomly (stuck).
 58665 | Vaults:1 | 58665 ||| Stepping randomly (stuck).
 58667 | Vaults:1 | 58667 ||| Stepping randomly (stuck).
 58669 | Vaults:1 | 58669 ||| Stepping randomly (stuck).
 58671 | Vaults:1 | 58671 ||| Stepping randomly (stuck).
 58673 | Vaults:1 | 58673 ||| Stepping randomly (stuck).
 58675 | Vaults:1 | 58675 ||| Stepping randomly (stuck).
 58677 | Vaults:1 | 58677 ||| Stepping randomly (stuck).
 58679 | Vaults:1 | 58679 ||| Stepping randomly (stuck).
 58681 | Vaults:1 | 58681 ||| Stepping randomly (stuck).
 58683 | Vaults:1 | 58683 ||| Stepping randomly (stuck).
 58685 | Vaults:1 | 58685 ||| Stepping randomly (stuck).
 58687 | Vaults:1 | 58687 ||| Stepping randomly (stuck).
 58689 | Vaults:1 | 58689 ||| Stepping randomly (stuck).
 58691 | Vaults:1 | 58691 ||| Stepping randomly (stuck).
 58693 | Vaults:1 | 58693 ||| Stepping randomly (stuck).
 58695 | Vaults:1 | 58695 ||| Stepping randomly (stuck).
 58697 | Vaults:1 | 58697 ||| Stepping randomly (stuck).
 58699 | Vaults:1 | 58699 ||| Stepping randomly (stuck).
 58701 | Vaults:1 | 58701 ||| Stepping randomly (stuck).
 58703 | Vaults:1 | 58703 ||| Stepping randomly (stuck).
 58705 | Vaults:1 | 58705 ||| Stepping randomly (stuck).
 58707 | Vaults:1 | 58707 ||| Stepping randomly (stuck).
 58709 | Vaults:1 | 58709 ||| Stepping randomly (stuck).
 58711 | Vaults:1 | 58711 ||| Stepping randomly (stuck).
 58713 | Vaults:1 | 58713 ||| Stepping randomly (stuck).
 58715 | Vaults:1 | 58715 ||| Stepping randomly (stuck).
 58717 | Vaults:1 | 58717 ||| Stepping randomly (stuck).
 58719 | Vaults:1 | 58719 ||| Stepping randomly (stuck).
 58721 | Vaults:1 | 58721 ||| Stepping randomly (stuck).
 58723 | Vaults:1 | 58723 ||| Stepping randomly (stuck).
 58725 | Vaults:1 | 58725 ||| Stepping randomly (stuck).
 58727 | Vaults:1 | 58727 ||| Stepping randomly (stuck).
 58729 | Vaults:1 | 58729 ||| Stepping randomly (stuck).
 58731 | Vaults:1 | 58731 ||| Stepping randomly (stuck).
 58733 | Vaults:1 | 58733 ||| Stepping randomly (stuck).
 58735 | Vaults:1 | 58735 ||| Stepping randomly (stuck).
 58737 | Vaults:1 | 58737 ||| Stepping randomly (stuck).
 58739 | Vaults:1 | 58739 ||| Stepping randomly (stuck).
 58741 | Vaults:1 | 58741 ||| Stepping randomly (stuck).
 58743 | Vaults:1 | 58743 ||| Stepping randomly (stuck).
 58745 | Vaults:1 | 58745 ||| Stepping randomly (stuck).
 58747 | Vaults:1 | 58747 ||| Stepping randomly (stuck).
 58749 | Vaults:1 | 58749 ||| Stepping randomly (stuck).
 58751 | Vaults:1 | 58751 ||| Stepping randomly (stuck).
 58753 | Vaults:1 | 58753 ||| Stepping randomly (stuck).
 58755 | Vaults:1 | 58755 ||| Stepping randomly (stuck).
 58757 | Vaults:1 | 58757 ||| Stepping randomly (stuck).
 58759 | Vaults:1 | 58759 ||| Stepping randomly (stuck).
 58761 | Vaults:1 | 58761 ||| Stepping randomly (stuck).
 58763 | Vaults:1 | 58763 ||| Stepping randomly (stuck).
 58765 | Vaults:1 | 58765 ||| Stepping randomly (stuck).
 58767 | Vaults:1 | 58767 ||| Stepping randomly (stuck).
 58769 | Vaults:1 | 58769 ||| Stepping randomly (stuck).
 58771 | Vaults:1 | 58771 ||| Stepping randomly (stuck).
 58773 | Vaults:1 | 58773 ||| Stepping randomly (stuck).
 58775 | Vaults:1 | 58775 ||| Stepping randomly (stuck).
 58777 | Vaults:1 | 58777 ||| Stepping randomly (stuck).
 58779 | Vaults:1 | 58779 ||| Stepping randomly (stuck).
 58781 | Vaults:1 | 58781 ||| Stepping randomly (stuck).
 58783 | Vaults:1 | 58783 ||| Stepping randomly (stuck).
 58785 | Vaults:1 | 58785 ||| Stepping randomly (stuck).
 58787 | Vaults:1 | 58787 ||| Stepping randomly (stuck).
 58789 | Vaults:1 | 58789 ||| Stepping randomly (stuck).
 58791 | Vaults:1 | 58791 ||| Stepping randomly (stuck).
 58793 | Vaults:1 | 58793 ||| Stepping randomly (stuck).
 58795 | Vaults:1 | 58795 ||| Stepping randomly (stuck).
 58797 | Vaults:1 | 58797 ||| Stepping randomly (stuck).
 58799 | Vaults:1 | 58799 ||| Stepping randomly (stuck).
 58801 | Vaults:1 | 58801 ||| Stepping randomly (stuck).
 58803 | Vaults:1 | 58803 ||| Stepping randomly (stuck).
 58805 | Vaults:1 | 58805 ||| Stepping randomly (stuck).
 58807 | Vaults:1 | 58807 ||| Stepping randomly (stuck).
 58809 | Vaults:1 | 58809 ||| Stepping randomly (stuck).
 58811 | Vaults:1 | 58811 ||| Stepping randomly (stuck).
 58813 | Vaults:1 | 58813 ||| Stepping randomly (stuck).
 58815 | Vaults:1 | 58815 ||| Stepping randomly (stuck).
 58817 | Vaults:1 | 58817 ||| Stepping randomly (stuck).
 58819 | Vaults:1 | 58819 ||| Stepping randomly (stuck).
 58821 | Vaults:1 | 58821 ||| Stepping randomly (stuck).
 58823 | Vaults:1 | 58823 ||| Stepping randomly (stuck).
 58825 | Vaults:1 | 58825 ||| Stepping randomly (stuck).
 58827 | Vaults:1 | 58827 ||| Stepping randomly (stuck).
 58829 | Vaults:1 | 58829 ||| Stepping randomly (stuck).
 58831 | Vaults:1 | 58831 ||| Stepping randomly (stuck).
 58833 | Vaults:1 | 58833 ||| Stepping randomly (stuck).
 58835 | Vaults:1 | 58835 ||| Stepping randomly (stuck).
 58837 | Vaults:1 | 58837 ||| Stepping randomly (stuck).
 58839 | Vaults:1 | 58839 ||| Stepping randomly (stuck).
 58841 | Vaults:1 | 58841 ||| Stepping randomly (stuck).
 58843 | Vaults:1 | 58843 ||| Stepping randomly (stuck).
 58845 | Vaults:1 | 58845 ||| Stepping randomly (stuck).
 58847 | Vaults:1 | 58847 ||| Stepping randomly (stuck).
 58849 | Vaults:1 | 58849 ||| Stepping randomly (stuck).
 58851 | Vaults:1 | 58851 ||| Stepping randomly (stuck).
 58853 | Vaults:1 | 58853 ||| Stepping randomly (stuck).
 58855 | Vaults:1 | 58855 ||| Stepping randomly (stuck).
 58857 | Vaults:1 | 58857 ||| Stepping randomly (stuck).
 58859 | Vaults:1 | 58859 ||| Stepping randomly (stuck).
 58861 | Vaults:1 | 58861 ||| Stepping randomly (stuck).
 58863 | Vaults:1 | 58863 ||| Stepping randomly (stuck).
 58865 | Vaults:1 | 58865 ||| Stepping randomly (stuck).
 58867 | Vaults:1 | 58867 ||| Stepping randomly (stuck).
 58869 | Vaults:1 | 58869 ||| Stepping randomly (stuck).
 58871 | Vaults:1 | 58871 ||| Stepping randomly (stuck).
 58873 | Vaults:1 | 58873 ||| Stepping randomly (stuck).
 58875 | Vaults:1 | 58875 ||| Stepping randomly (stuck).
 58877 | Vaults:1 | 58877 ||| Stepping randomly (stuck).
 58879 | Vaults:1 | 58879 ||| Stepping randomly (stuck).
 58881 | Vaults:1 | 58881 ||| Stepping randomly (stuck).
 58883 | Vaults:1 | 58883 ||| Stepping randomly (stuck).
 58885 | Vaults:1 | 58885 ||| Stepping randomly (stuck).
 58887 | Vaults:1 | 58887 ||| Stepping randomly (stuck).
 58889 | Vaults:1 | 58889 ||| Stepping randomly (stuck).
 58891 | Vaults:1 | 58891 ||| Stepping randomly (stuck).
 58893 | Vaults:1 | 58893 ||| Stepping randomly (stuck).
 58895 | Vaults:1 | 58895 ||| Stepping randomly (stuck).
 58897 | Vaults:1 | 58897 ||| Stepping randomly (stuck).
 58899 | Vaults:1 | 58899 ||| Stepping randomly (stuck).
 58901 | Vaults:1 | 58901 ||| Stepping randomly (stuck).
 58903 | Vaults:1 | 58903 ||| Stepping randomly (stuck).
 58905 | Vaults:1 | 58905 ||| Stepping randomly (stuck).
 58907 | Vaults:1 | 58907 ||| Stepping randomly (stuck).
 58909 | Vaults:1 | 58909 ||| Stepping randomly (stuck).
 58911 | Vaults:1 | 58911 ||| Stepping randomly (stuck).
 58913 | Vaults:1 | 58913 ||| Stepping randomly (stuck).
 58915 | Vaults:1 | 58915 ||| Stepping randomly (stuck).
 58917 | Vaults:1 | 58917 ||| Stepping randomly (stuck).
 58919 | Vaults:1 | 58919 ||| Stepping randomly (stuck).
 58921 | Vaults:1 | 58921 ||| Stepping randomly (stuck).
 58923 | Vaults:1 | 58923 ||| Stepping randomly (stuck).
 58925 | Vaults:1 | 58925 ||| Stepping randomly (stuck).
 58927 | Vaults:1 | 58927 ||| Stepping randomly (stuck).
 58929 | Vaults:1 | 58929 ||| Stepping randomly (stuck).
 58931 | Vaults:1 | 58931 ||| Stepping randomly (stuck).
 58933 | Vaults:1 | 58933 ||| Stepping randomly (stuck).
 58935 | Vaults:1 | 58935 ||| Stepping randomly (stuck).
 58937 | Vaults:1 | 58937 ||| Stepping randomly (stuck).
 58939 | Vaults:1 | 58939 ||| Stepping randomly (stuck).
 58941 | Vaults:1 | 58941 ||| Stepping randomly (stuck).
 58943 | Vaults:1 | 58943 ||| Stepping randomly (stuck).
 58945 | Vaults:1 | 58945 ||| Stepping randomly (stuck).
 58947 | Vaults:1 | 58947 ||| Stepping randomly (stuck).
 58949 | Vaults:1 | 58949 ||| Stepping randomly (stuck).
 58951 | Vaults:1 | 58951 ||| Stepping randomly (stuck).
 58953 | Vaults:1 | 58953 ||| Stepping randomly (stuck).
 58955 | Vaults:1 | 58955 ||| Stepping randomly (stuck).
 58957 | Vaults:1 | 58957 ||| Stepping randomly (stuck).
 58959 | Vaults:1 | 58959 ||| Stepping randomly (stuck).
 58961 | Vaults:1 | 58961 ||| Stepping randomly (stuck).
 58963 | Vaults:1 | 58963 ||| Stepping randomly (stuck).
 58965 | Vaults:1 | 58965 ||| Stepping randomly (stuck).
 58967 | Vaults:1 | 58967 ||| Stepping randomly (stuck).
 58969 | Vaults:1 | 58969 ||| Stepping randomly (stuck).
 58971 | Vaults:1 | 58971 ||| Stepping randomly (stuck).
 58973 | Vaults:1 | 58973 ||| Stepping randomly (stuck).
 58975 | Vaults:1 | 58975 ||| Stepping randomly (stuck).
 58977 | Vaults:1 | 58977 ||| Stepping randomly (stuck).
 58979 | Vaults:1 | 58979 ||| Stepping randomly (stuck).
 58981 | Vaults:1 | 58981 ||| Stepping randomly (stuck).
 58983 | Vaults:1 | 58983 ||| Stepping randomly (stuck).
 58985 | Vaults:1 | 58985 ||| Stepping randomly (stuck).
 58987 | Vaults:1 | 58987 ||| Stepping randomly (stuck).
 58989 | Vaults:1 | 58989 ||| Stepping randomly (stuck).
 58991 | Vaults:1 | 58991 ||| Stepping randomly (stuck).
 58993 | Vaults:1 | 58993 ||| Stepping randomly (stuck).
 58995 | Vaults:1 | 58995 ||| Stepping randomly (stuck).
 58997 | Vaults:1 | 58997 ||| Stepping randomly (stuck).
 58999 | Vaults:1 | 58999 ||| Stepping randomly (stuck).
 59001 | Vaults:1 | 59001 ||| Stepping randomly (stuck).
 59003 | Vaults:1 | 59003 ||| Stepping randomly (stuck).
 59005 | Vaults:1 | 59005 ||| Stepping randomly (stuck).
 59007 | Vaults:1 | 59007 ||| Stepping randomly (stuck).
 59009 | Vaults:1 | 59009 ||| Stepping randomly (stuck).
 59011 | Vaults:1 | 59011 ||| Stepping randomly (stuck).
 59013 | Vaults:1 | 59013 ||| Stepping randomly (stuck).
 59015 | Vaults:1 | 59015 ||| Stepping randomly (stuck).
 59017 | Vaults:1 | 59017 ||| Stepping randomly (stuck).
 59019 | Vaults:1 | 59019 ||| Stepping randomly (stuck).
 59021 | Vaults:1 | 59021 ||| Stepping randomly (stuck).
 59023 | Vaults:1 | 59023 ||| Stepping randomly (stuck).
 59025 | Vaults:1 | 59025 ||| Stepping randomly (stuck).
 59027 | Vaults:1 | 59027 ||| Stepping randomly (stuck).
 59029 | Vaults:1 | 59029 ||| Stepping randomly (stuck).
 59031 | Vaults:1 | 59031 ||| Stepping randomly (stuck).
 59033 | Vaults:1 | 59033 ||| Stepping randomly (stuck).
 59035 | Vaults:1 | 59035 ||| Stepping randomly (stuck).
 59037 | Vaults:1 | 59037 ||| Stepping randomly (stuck).
 59039 | Vaults:1 | 59039 ||| Stepping randomly (stuck).
 59041 | Vaults:1 | 59041 ||| Stepping randomly (stuck).
 59043 | Vaults:1 | 59043 ||| Stepping randomly (stuck).
 59045 | Vaults:1 | 59045 ||| Stepping randomly (stuck).
 59047 | Vaults:1 | 59047 ||| Stepping randomly (stuck).
 59049 | Vaults:1 | 59049 ||| Stepping randomly (stuck).
 59051 | Vaults:1 | 59051 ||| Stepping randomly (stuck).
 59053 | Vaults:1 | 59053 ||| Stepping randomly (stuck).
 59055 | Vaults:1 | 59055 ||| Stepping randomly (stuck).
 59057 | Vaults:1 | 59057 ||| Stepping randomly (stuck).
 59059 | Vaults:1 | 59059 ||| Stepping randomly (stuck).
 59061 | Vaults:1 | 59061 ||| Stepping randomly (stuck).
 59063 | Vaults:1 | 59063 ||| Stepping randomly (stuck).
 59065 | Vaults:1 | 59065 ||| Stepping randomly (stuck).
 59067 | Vaults:1 | 59067 ||| Stepping randomly (stuck).
 59069 | Vaults:1 | 59069 ||| Stepping randomly (stuck).
 59070 | Vaults:1 | Glimpsed the power of Zot.
 59071 | Vaults:1 | 59071 ||| Stepping randomly (stuck).
 59073 | Vaults:1 | 59073 ||| Stepping randomly (stuck).
 59075 | Vaults:1 | 59075 ||| Stepping randomly (stuck).
 59077 | Vaults:1 | 59077 ||| Stepping randomly (stuck).
 59079 | Vaults:1 | 59079 ||| Stepping randomly (stuck).
 59081 | Vaults:1 | 59081 ||| Stepping randomly (stuck).
 59083 | Vaults:1 | 59083 ||| Stepping randomly (stuck).
 59085 | Vaults:1 | 59085 ||| Stepping randomly (stuck).
 59087 | Vaults:1 | 59087 ||| Stepping randomly (stuck).
 59089 | Vaults:1 | 59089 ||| Stepping randomly (stuck).
 59091 | Vaults:1 | 59091 ||| Stepping randomly (stuck).
 59093 | Vaults:1 | 59093 ||| Stepping randomly (stuck).
 59095 | Vaults:1 | 59095 ||| Stepping randomly (stuck).
 59097 | Vaults:1 | 59097 ||| Stepping randomly (stuck).
 59099 | Vaults:1 | 59099 ||| Stepping randomly (stuck).
 59101 | Vaults:1 | 59101 ||| Stepping randomly (stuck).
 59103 | Vaults:1 | 59103 ||| Stepping randomly (stuck).
 59105 | Vaults:1 | 59105 ||| Stepping randomly (stuck).
 59107 | Vaults:1 | 59107 ||| Stepping randomly (stuck).
 59109 | Vaults:1 | 59109 ||| Stepping randomly (stuck).
 59111 | Vaults:1 | 59111 ||| Stepping randomly (stuck).
 59113 | Vaults:1 | 59113 ||| Stepping randomly (stuck).
 59115 | Vaults:1 | 59115 ||| Stepping randomly (stuck).
 59117 | Vaults:1 | 59117 ||| Stepping randomly (stuck).
 59119 | Vaults:1 | 59119 ||| Stepping randomly (stuck).
 59121 | Vaults:1 | 59121 ||| Stepping randomly (stuck).
 59123 | Vaults:1 | 59123 ||| Stepping randomly (stuck).
 59125 | Vaults:1 | 59125 ||| Stepping randomly (stuck).
 59127 | Vaults:1 | 59127 ||| Stepping randomly (stuck).
 59129 | Vaults:1 | 59129 ||| Stepping randomly (stuck).
 59131 | Vaults:1 | 59131 ||| Stepping randomly (stuck).
 59133 | Vaults:1 | 59133 ||| Stepping randomly (stuck).
 59135 | Vaults:1 | 59135 ||| Stepping randomly (stuck).
 59137 | Vaults:1 | 59137 ||| Stepping randomly (stuck).
 59139 | Vaults:1 | 59139 ||| Stepping randomly (stuck).
 59141 | Vaults:1 | 59141 ||| Stepping randomly (stuck).
 59143 | Vaults:1 | 59143 ||| Stepping randomly (stuck).
 59145 | Vaults:1 | 59145 ||| Stepping randomly (stuck).
 59147 | Vaults:1 | 59147 ||| Stepping randomly (stuck).
 59149 | Vaults:1 | 59149 ||| Stepping randomly (stuck).
 59151 | Vaults:1 | 59151 ||| Stepping randomly (stuck).
 59153 | Vaults:1 | 59153 ||| Stepping randomly (stuck).
 59155 | Vaults:1 | 59155 ||| Stepping randomly (stuck).
 59157 | Vaults:1 | 59157 ||| Stepping randomly (stuck).
 59159 | Vaults:1 | 59159 ||| Stepping randomly (stuck).
 59161 | Vaults:1 | 59161 ||| Stepping randomly (stuck).
 59163 | Vaults:1 | 59163 ||| Stepping randomly (stuck).
 59165 | Vaults:1 | 59165 ||| Stepping randomly (stuck).
 59167 | Vaults:1 | 59167 ||| Stepping randomly (stuck).
 59169 | Vaults:1 | 59169 ||| Stepping randomly (stuck).
 59171 | Vaults:1 | 59171 ||| Stepping randomly (stuck).
 59173 | Vaults:1 | 59173 ||| Stepping randomly (stuck).
 59175 | Vaults:1 | 59175 ||| Stepping randomly (stuck).
 59177 | Vaults:1 | 59177 ||| Stepping randomly (stuck).
 59179 | Vaults:1 | 59179 ||| Stepping randomly (stuck).
 59181 | Vaults:1 | 59181 ||| Stepping randomly (stuck).
 59183 | Vaults:1 | 59183 ||| Stepping randomly (stuck).
 59185 | Vaults:1 | 59185 ||| Stepping randomly (stuck).
 59187 | Vaults:1 | 59187 ||| Stepping randomly (stuck).
 59189 | Vaults:1 | 59189 ||| Stepping randomly (stuck).
 59191 | Vaults:1 | 59191 ||| Stepping randomly (stuck).
 59193 | Vaults:1 | 59193 ||| Stepping randomly (stuck).
 59195 | Vaults:1 | 59195 ||| Stepping randomly (stuck).
 59197 | Vaults:1 | 59197 ||| Stepping randomly (stuck).
 59199 | Vaults:1 | 59199 ||| Stepping randomly (stuck).
 59201 | Vaults:1 | 59201 ||| Stepping randomly (stuck).
 59203 | Vaults:1 | 59203 ||| Stepping randomly (stuck).
 59205 | Vaults:1 | 59205 ||| Stepping randomly (stuck).
 59207 | Vaults:1 | 59207 ||| Stepping randomly (stuck).
 59209 | Vaults:1 | 59209 ||| Stepping randomly (stuck).
 59211 | Vaults:1 | 59211 ||| Stepping randomly (stuck).
 59213 | Vaults:1 | 59213 ||| Stepping randomly (stuck).
 59215 | Vaults:1 | 59215 ||| Stepping randomly (stuck).
 59217 | Vaults:1 | 59217 ||| Stepping randomly (stuck).
 59219 | Vaults:1 | 59219 ||| Stepping randomly (stuck).
 59221 | Vaults:1 | 59221 ||| Stepping randomly (stuck).
 59223 | Vaults:1 | 59223 ||| Stepping randomly (stuck).
 59225 | Vaults:1 | 59225 ||| Stepping randomly (stuck).
 59227 | Vaults:1 | 59227 ||| Stepping randomly (stuck).
 59229 | Vaults:1 | 59229 ||| Stepping randomly (stuck).
 59231 | Vaults:1 | 59231 ||| Stepping randomly (stuck).
 59233 | Vaults:1 | 59233 ||| Stepping randomly (stuck).
 59235 | Vaults:1 | 59235 ||| Stepping randomly (stuck).
 59237 | Vaults:1 | 59237 ||| Stepping randomly (stuck).
 59239 | Vaults:1 | 59239 ||| Stepping randomly (stuck).
 59241 | Vaults:1 | 59241 ||| Stepping randomly (stuck).
 59243 | Vaults:1 | 59243 ||| Stepping randomly (stuck).
 59245 | Vaults:1 | 59245 ||| Stepping randomly (stuck).
 59247 | Vaults:1 | 59247 ||| Stepping randomly (stuck).
 59249 | Vaults:1 | 59249 ||| Stepping randomly (stuck).
 59251 | Vaults:1 | 59251 ||| Stepping randomly (stuck).
 59253 | Vaults:1 | 59253 ||| Stepping randomly (stuck).
 59255 | Vaults:1 | 59255 ||| Stepping randomly (stuck).
 59257 | Vaults:1 | 59257 ||| Stepping randomly (stuck).
 59259 | Vaults:1 | 59259 ||| Stepping randomly (stuck).
 59261 | Vaults:1 | 59261 ||| Stepping randomly (stuck).
 59263 | Vaults:1 | 59263 ||| Stepping randomly (stuck).
 59265 | Vaults:1 | 59265 ||| Stepping randomly (stuck).
 59267 | Vaults:1 | 59267 ||| Stepping randomly (stuck).
 59269 | Vaults:1 | 59269 ||| Stepping randomly (stuck).
 59271 | Vaults:1 | 59271 ||| Stepping randomly (stuck).
 59273 | Vaults:1 | 59273 ||| Stepping randomly (stuck).
 59275 | Vaults:1 | 59275 ||| Stepping randomly (stuck).
 59277 | Vaults:1 | 59277 ||| Stepping randomly (stuck).
 59279 | Vaults:1 | 59279 ||| Stepping randomly (stuck).
 59281 | Vaults:1 | 59281 ||| Stepping randomly (stuck).
 59283 | Vaults:1 | 59283 ||| Stepping randomly (stuck).
 59285 | Vaults:1 | 59285 ||| Stepping randomly (stuck).
 59287 | Vaults:1 | 59287 ||| Stepping randomly (stuck).
 59289 | Vaults:1 | 59289 ||| Stepping randomly (stuck).
 59291 | Vaults:1 | 59291 ||| Stepping randomly (stuck).
 59293 | Vaults:1 | 59293 ||| Stepping randomly (stuck).
 59295 | Vaults:1 | 59295 ||| Stepping randomly (stuck).
 59297 | Vaults:1 | 59297 ||| Stepping randomly (stuck).
 59299 | Vaults:1 | 59299 ||| Stepping randomly (stuck).
 59301 | Vaults:1 | 59301 ||| Stepping randomly (stuck).
 59303 | Vaults:1 | 59303 ||| Stepping randomly (stuck).
 59305 | Vaults:1 | 59305 ||| Stepping randomly (stuck).
 59307 | Vaults:1 | 59307 ||| Stepping randomly (stuck).
 59309 | Vaults:1 | 59309 ||| Stepping randomly (stuck).
 59311 | Vaults:1 | 59311 ||| Stepping randomly (stuck).
 59313 | Vaults:1 | 59313 ||| Stepping randomly (stuck).
 59315 | Vaults:1 | 59315 ||| Stepping randomly (stuck).
 59317 | Vaults:1 | 59317 ||| Stepping randomly (stuck).
 59319 | Vaults:1 | 59319 ||| Stepping randomly (stuck).
 59321 | Vaults:1 | 59321 ||| Stepping randomly (stuck).
 59323 | Vaults:1 | 59323 ||| Stepping randomly (stuck).
 59325 | Vaults:1 | 59325 ||| Stepping randomly (stuck).
 59327 | Vaults:1 | 59327 ||| Stepping randomly (stuck).
 59329 | Vaults:1 | 59329 ||| Stepping randomly (stuck).
 59331 | Vaults:1 | 59331 ||| Stepping randomly (stuck).
 59333 | Vaults:1 | 59333 ||| Stepping randomly (stuck).
 59335 | Vaults:1 | 59335 ||| Stepping randomly (stuck).
 59337 | Vaults:1 | 59337 ||| Stepping randomly (stuck).
 59339 | Vaults:1 | 59339 ||| Stepping randomly (stuck).
 59341 | Vaults:1 | 59341 ||| Stepping randomly (stuck).
 59343 | Vaults:1 | 59343 ||| Stepping randomly (stuck).
 59345 | Vaults:1 | 59345 ||| Stepping randomly (stuck).
 59347 | Vaults:1 | 59347 ||| Stepping randomly (stuck).
 59349 | Vaults:1 | 59349 ||| Stepping randomly (stuck).
 59351 | Vaults:1 | 59351 ||| Stepping randomly (stuck).
 59353 | Vaults:1 | 59353 ||| Stepping randomly (stuck).
 59355 | Vaults:1 | 59355 ||| Stepping randomly (stuck).
 59357 | Vaults:1 | 59357 ||| Stepping randomly (stuck).
 59359 | Vaults:1 | 59359 ||| Stepping randomly (stuck).
 59361 | Vaults:1 | 59361 ||| Stepping randomly (stuck).
 59363 | Vaults:1 | 59363 ||| Stepping randomly (stuck).
 59365 | Vaults:1 | 59365 ||| Stepping randomly (stuck).
 59367 | Vaults:1 | 59367 ||| Stepping randomly (stuck).
 59369 | Vaults:1 | 59369 ||| Stepping randomly (stuck).
 59371 | Vaults:1 | 59371 ||| Stepping randomly (stuck).
 59373 | Vaults:1 | 59373 ||| Stepping randomly (stuck).
 59375 | Vaults:1 | 59375 ||| Stepping randomly (stuck).
 59377 | Vaults:1 | 59377 ||| Stepping randomly (stuck).
 59379 | Vaults:1 | 59379 ||| Stepping randomly (stuck).
 59381 | Vaults:1 | 59381 ||| Stepping randomly (stuck).
 59383 | Vaults:1 | 59383 ||| Stepping randomly (stuck).
 59385 | Vaults:1 | 59385 ||| Stepping randomly (stuck).
 59387 | Vaults:1 | 59387 ||| Stepping randomly (stuck).
 59389 | Vaults:1 | 59389 ||| Stepping randomly (stuck).
 59391 | Vaults:1 | 59391 ||| Stepping randomly (stuck).
 59393 | Vaults:1 | 59393 ||| Stepping randomly (stuck).
 59395 | Vaults:1 | 59395 ||| Stepping randomly (stuck).
 59397 | Vaults:1 | 59397 ||| Stepping randomly (stuck).
 59399 | Vaults:1 | 59399 ||| Stepping randomly (stuck).
 59401 | Vaults:1 | 59401 ||| Stepping randomly (stuck).
 59403 | Vaults:1 | 59403 ||| Stepping randomly (stuck).
 59405 | Vaults:1 | 59405 ||| Stepping randomly (stuck).
 59407 | Vaults:1 | 59407 ||| Stepping randomly (stuck).
 59409 | Vaults:1 | 59409 ||| Stepping randomly (stuck).
 59411 | Vaults:1 | 59411 ||| Stepping randomly (stuck).
 59413 | Vaults:1 | 59413 ||| Stepping randomly (stuck).
 59415 | Vaults:1 | 59415 ||| Stepping randomly (stuck).
 59417 | Vaults:1 | 59417 ||| Stepping randomly (stuck).
 59419 | Vaults:1 | 59419 ||| Stepping randomly (stuck).
 59421 | Vaults:1 | 59421 ||| Stepping randomly (stuck).
 59423 | Vaults:1 | 59423 ||| Stepping randomly (stuck).
 59425 | Vaults:1 | 59425 ||| Stepping randomly (stuck).
 59427 | Vaults:1 | 59427 ||| Stepping randomly (stuck).
 59429 | Vaults:1 | 59429 ||| Stepping randomly (stuck).
 59431 | Vaults:1 | 59431 ||| Stepping randomly (stuck).
 59433 | Vaults:1 | 59433 ||| Stepping randomly (stuck).
 59435 | Vaults:1 | 59435 ||| Stepping randomly (stuck).
 59437 | Vaults:1 | 59437 ||| Stepping randomly (stuck).
 59439 | Vaults:1 | 59439 ||| Stepping randomly (stuck).
 59441 | Vaults:1 | 59441 ||| Stepping randomly (stuck).
 59443 | Vaults:1 | 59443 ||| Stepping randomly (stuck).
 59445 | Vaults:1 | 59445 ||| Stepping randomly (stuck).
 59447 | Vaults:1 | 59447 ||| Stepping randomly (stuck).
 59449 | Vaults:1 | 59449 ||| Stepping randomly (stuck).
 59451 | Vaults:1 | 59451 ||| Stepping randomly (stuck).
 59453 | Vaults:1 | 59453 ||| Stepping randomly (stuck).
 59455 | Vaults:1 | 59455 ||| Stepping randomly (stuck).
 59457 | Vaults:1 | 59457 ||| Stepping randomly (stuck).
 59459 | Vaults:1 | 59459 ||| Stepping randomly (stuck).
 59461 | Vaults:1 | 59461 ||| Stepping randomly (stuck).
 59463 | Vaults:1 | 59463 ||| Stepping randomly (stuck).
 59465 | Vaults:1 | 59465 ||| Stepping randomly (stuck).
 59467 | Vaults:1 | 59467 ||| Stepping randomly (stuck).
 59469 | Vaults:1 | 59469 ||| Stepping randomly (stuck).
 59470 | Vaults:1 | Glimpsed the power of Zot.
 59471 | Vaults:1 | 59471 ||| Stepping randomly (stuck).
 59473 | Vaults:1 | 59473 ||| Stepping randomly (stuck).
 59475 | Vaults:1 | 59475 ||| Stepping randomly (stuck).
 59477 | Vaults:1 | 59477 ||| Stepping randomly (stuck).
 59479 | Vaults:1 | 59479 ||| Stepping randomly (stuck).
 59481 | Vaults:1 | 59481 ||| Stepping randomly (stuck).
 59483 | Vaults:1 | 59483 ||| Stepping randomly (stuck).
 59485 | Vaults:1 | 59485 ||| Stepping randomly (stuck).
 59487 | Vaults:1 | 59487 ||| Stepping randomly (stuck).
 59489 | Vaults:1 | 59489 ||| Stepping randomly (stuck).
 59491 | Vaults:1 | 59491 ||| Stepping randomly (stuck).
 59493 | Vaults:1 | 59493 ||| Stepping randomly (stuck).
 59495 | Vaults:1 | 59495 ||| Stepping randomly (stuck).
 59497 | Vaults:1 | 59497 ||| Stepping randomly (stuck).
 59499 | Vaults:1 | 59499 ||| Stepping randomly (stuck).
 59501 | Vaults:1 | 59501 ||| Stepping randomly (stuck).
 59503 | Vaults:1 | 59503 ||| Stepping randomly (stuck).
 59505 | Vaults:1 | 59505 ||| Stepping randomly (stuck).
 59507 | Vaults:1 | 59507 ||| Stepping randomly (stuck).
 59509 | Vaults:1 | 59509 ||| Stepping randomly (stuck).
 59511 | Vaults:1 | 59511 ||| Stepping randomly (stuck).
 59513 | Vaults:1 | 59513 ||| Stepping randomly (stuck).
 59515 | Vaults:1 | 59515 ||| Stepping randomly (stuck).
 59517 | Vaults:1 | 59517 ||| Stepping randomly (stuck).
 59519 | Vaults:1 | 59519 ||| Stepping randomly (stuck).
 59521 | Vaults:1 | 59521 ||| Stepping randomly (stuck).
 59523 | Vaults:1 | 59523 ||| Stepping randomly (stuck).
 59525 | Vaults:1 | 59525 ||| Stepping randomly (stuck).
 59527 | Vaults:1 | 59527 ||| Stepping randomly (stuck).
 59529 | Vaults:1 | 59529 ||| Stepping randomly (stuck).
 59531 | Vaults:1 | 59531 ||| Stepping randomly (stuck).
 59533 | Vaults:1 | 59533 ||| Stepping randomly (stuck).
 59535 | Vaults:1 | 59535 ||| Stepping randomly (stuck).
 59537 | Vaults:1 | 59537 ||| Stepping randomly (stuck).
 59539 | Vaults:1 | 59539 ||| Stepping randomly (stuck).
 59541 | Vaults:1 | 59541 ||| Stepping randomly (stuck).
 59543 | Vaults:1 | 59543 ||| Stepping randomly (stuck).
 59545 | Vaults:1 | 59545 ||| Stepping randomly (stuck).
 59547 | Vaults:1 | 59547 ||| Stepping randomly (stuck).
 59549 | Vaults:1 | 59549 ||| Stepping randomly (stuck).
 59551 | Vaults:1 | 59551 ||| Stepping randomly (stuck).
 59553 | Vaults:1 | 59553 ||| Stepping randomly (stuck).
 59555 | Vaults:1 | 59555 ||| Stepping randomly (stuck).
 59557 | Vaults:1 | 59557 ||| Stepping randomly (stuck).
 59559 | Vaults:1 | 59559 ||| Stepping randomly (stuck).
 59561 | Vaults:1 | 59561 ||| Stepping randomly (stuck).
 59563 | Vaults:1 | 59563 ||| Stepping randomly (stuck).
 59565 | Vaults:1 | 59565 ||| Stepping randomly (stuck).
 59567 | Vaults:1 | 59567 ||| Stepping randomly (stuck).
 59569 | Vaults:1 | 59569 ||| Stepping randomly (stuck).
 59569 | Vaults:1 | Touched by the power of Zot (MHP 1 -> 1)
 59570 | Vaults:1 | Glimpsed the power of Zot.
 59571 | Vaults:1 | 59571 ||| Stepping randomly (stuck).
 59573 | Vaults:1 | 59573 ||| Stepping randomly (stuck).
 59575 | Vaults:1 | 59575 ||| Stepping randomly (stuck).
 59577 | Vaults:1 | 59577 ||| Stepping randomly (stuck).
 59579 | Vaults:1 | 59579 ||| Stepping randomly (stuck).
 59581 | Vaults:1 | 59581 ||| Stepping randomly (stuck).
 59583 | Vaults:1 | 59583 ||| Stepping randomly (stuck).
 59585 | Vaults:1 | 59585 ||| Stepping randomly (stuck).
 59587 | Vaults:1 | 59587 ||| Stepping randomly (stuck).
 59589 | Vaults:1 | 59589 ||| Stepping randomly (stuck).
 59591 | Vaults:1 | 59591 ||| Stepping randomly (stuck).
 59593 | Vaults:1 | 59593 ||| Stepping randomly (stuck).
 59595 | Vaults:1 | 59595 ||| Stepping randomly (stuck).
 59597 | Vaults:1 | 59597 ||| Stepping randomly (stuck).
 59599 | Vaults:1 | 59599 ||| Stepping randomly (stuck).
 59601 | Vaults:1 | 59601 ||| Stepping randomly (stuck).
 59603 | Vaults:1 | 59603 ||| Stepping randomly (stuck).
 59605 | Vaults:1 | 59605 ||| Stepping randomly (stuck).
 59607 | Vaults:1 | 59607 ||| Stepping randomly (stuck).
 59609 | Vaults:1 | 59609 ||| Stepping randomly (stuck).
 59611 | Vaults:1 | 59611 ||| Stepping randomly (stuck).
 59613 | Vaults:1 | 59613 ||| Stepping randomly (stuck).
 59615 | Vaults:1 | 59615 ||| Stepping randomly (stuck).
 59617 | Vaults:1 | 59617 ||| Stepping randomly (stuck).
 59619 | Vaults:1 | 59619 ||| Stepping randomly (stuck).
 59621 | Vaults:1 | 59621 ||| Stepping randomly (stuck).
 59623 | Vaults:1 | 59623 ||| Stepping randomly (stuck).
 59625 | Vaults:1 | 59625 ||| Stepping randomly (stuck).
 59627 | Vaults:1 | 59627 ||| Stepping randomly (stuck).
 59629 | Vaults:1 | 59629 ||| Stepping randomly (stuck).
 59631 | Vaults:1 | 59631 ||| Stepping randomly (stuck).
 59633 | Vaults:1 | 59633 ||| Stepping randomly (stuck).
 59635 | Vaults:1 | 59635 ||| Stepping randomly (stuck).
 59637 | Vaults:1 | 59637 ||| Stepping randomly (stuck).
 59639 | Vaults:1 | 59639 ||| Stepping randomly (stuck).
 59641 | Vaults:1 | 59641 ||| Stepping randomly (stuck).
 59643 | Vaults:1 | 59643 ||| Stepping randomly (stuck).
 59645 | Vaults:1 | 59645 ||| Stepping randomly (stuck).
 59647 | Vaults:1 | 59647 ||| Stepping randomly (stuck).
 59649 | Vaults:1 | 59649 ||| Stepping randomly (stuck).
 59651 | Vaults:1 | 59651 ||| Stepping randomly (stuck).
 59653 | Vaults:1 | 59653 ||| Stepping randomly (stuck).
 59655 | Vaults:1 | 59655 ||| Stepping randomly (stuck).
 59657 | Vaults:1 | 59657 ||| Stepping randomly (stuck).
 59659 | Vaults:1 | 59659 ||| Stepping randomly (stuck).
 59661 | Vaults:1 | 59661 ||| Stepping randomly (stuck).
 59663 | Vaults:1 | 59663 ||| Stepping randomly (stuck).
 59665 | Vaults:1 | 59665 ||| Stepping randomly (stuck).
 59667 | Vaults:1 | 59667 ||| Stepping randomly (stuck).
 59669 | Vaults:1 | 59669 ||| Stepping randomly (stuck).
 59671 | Vaults:1 | 59671 ||| Stepping randomly (stuck).
 59673 | Vaults:1 | 59673 ||| Stepping randomly (stuck).
 59675 | Vaults:1 | 59675 ||| Stepping randomly (stuck).
 59677 | Vaults:1 | 59677 ||| Stepping randomly (stuck).
 59679 | Vaults:1 | 59679 ||| Stepping randomly (stuck).
 59681 | Vaults:1 | 59681 ||| Stepping randomly (stuck).
 59683 | Vaults:1 | 59683 ||| Stepping randomly (stuck).
 59685 | Vaults:1 | 59685 ||| Stepping randomly (stuck).
 59687 | Vaults:1 | 59687 ||| Stepping randomly (stuck).
 59689 | Vaults:1 | 59689 ||| Stepping randomly (stuck).
 59691 | Vaults:1 | 59691 ||| Stepping randomly (stuck).
 59693 | Vaults:1 | 59693 ||| Stepping randomly (stuck).
 59695 | Vaults:1 | 59695 ||| Stepping randomly (stuck).
 59697 | Vaults:1 | 59697 ||| Stepping randomly (stuck).
 59699 | Vaults:1 | 59699 ||| Stepping randomly (stuck).
 59701 | Vaults:1 | 59701 ||| Stepping randomly (stuck).
 59703 | Vaults:1 | 59703 ||| Stepping randomly (stuck).
 59705 | Vaults:1 | 59705 ||| Stepping randomly (stuck).
 59707 | Vaults:1 | 59707 ||| Stepping randomly (stuck).
 59709 | Vaults:1 | 59709 ||| Stepping randomly (stuck).
 59711 | Vaults:1 | 59711 ||| Stepping randomly (stuck).
 59713 | Vaults:1 | 59713 ||| Stepping randomly (stuck).
 59715 | Vaults:1 | 59715 ||| Stepping randomly (stuck).
 59717 | Vaults:1 | 59717 ||| Stepping randomly (stuck).
 59719 | Vaults:1 | 59719 ||| Stepping randomly (stuck).
 59721 | Vaults:1 | 59721 ||| Stepping randomly (stuck).
 59723 | Vaults:1 | 59723 ||| Stepping randomly (stuck).
 59725 | Vaults:1 | 59725 ||| Stepping randomly (stuck).
 59727 | Vaults:1 | 59727 ||| Stepping randomly (stuck).
 59729 | Vaults:1 | 59729 ||| Stepping randomly (stuck).
 59731 | Vaults:1 | 59731 ||| Stepping randomly (stuck).
 59733 | Vaults:1 | 59733 ||| Stepping randomly (stuck).
 59735 | Vaults:1 | 59735 ||| Stepping randomly (stuck).
 59737 | Vaults:1 | 59737 ||| Stepping randomly (stuck).
 59739 | Vaults:1 | 59739 ||| Stepping randomly (stuck).
 59741 | Vaults:1 | 59741 ||| Stepping randomly (stuck).
 59743 | Vaults:1 | 59743 ||| Stepping randomly (stuck).
 59745 | Vaults:1 | 59745 ||| Stepping randomly (stuck).
 59747 | Vaults:1 | 59747 ||| Stepping randomly (stuck).
 59749 | Vaults:1 | 59749 ||| Stepping randomly (stuck).
 59751 | Vaults:1 | 59751 ||| Stepping randomly (stuck).
 59753 | Vaults:1 | 59753 ||| Stepping randomly (stuck).
 59755 | Vaults:1 | 59755 ||| Stepping randomly (stuck).
 59757 | Vaults:1 | 59757 ||| Stepping randomly (stuck).
 59759 | Vaults:1 | 59759 ||| Stepping randomly (stuck).
 59761 | Vaults:1 | 59761 ||| Stepping randomly (stuck).
 59763 | Vaults:1 | 59763 ||| Stepping randomly (stuck).
 59765 | Vaults:1 | 59765 ||| Stepping randomly (stuck).
 59767 | Vaults:1 | 59767 ||| Stepping randomly (stuck).
 59769 | Vaults:1 | 59769 ||| Stepping randomly (stuck).
 59771 | Vaults:1 | 59771 ||| Stepping randomly (stuck).
 59773 | Vaults:1 | 59773 ||| Stepping randomly (stuck).
 59775 | Vaults:1 | 59775 ||| Stepping randomly (stuck).
 59777 | Vaults:1 | 59777 ||| Stepping randomly (stuck).
 59779 | Vaults:1 | 59779 ||| Stepping randomly (stuck).
 59781 | Vaults:1 | 59781 ||| Stepping randomly (stuck).
 59783 | Vaults:1 | 59783 ||| Stepping randomly (stuck).
 59785 | Vaults:1 | 59785 ||| Stepping randomly (stuck).
 59787 | Vaults:1 | 59787 ||| Stepping randomly (stuck).
 59789 | Vaults:1 | 59789 ||| Stepping randomly (stuck).
 59791 | Vaults:1 | 59791 ||| Stepping randomly (stuck).
 59793 | Vaults:1 | 59793 ||| Stepping randomly (stuck).
 59795 | Vaults:1 | 59795 ||| Stepping randomly (stuck).
 59797 | Vaults:1 | 59797 ||| Stepping randomly (stuck).
 59799 | Vaults:1 | 59799 ||| Stepping randomly (stuck).
 59801 | Vaults:1 | 59801 ||| Stepping randomly (stuck).
 59803 | Vaults:1 | 59803 ||| Stepping randomly (stuck).
 59805 | Vaults:1 | 59805 ||| Stepping randomly (stuck).
 59807 | Vaults:1 | 59807 ||| Stepping randomly (stuck).
 59809 | Vaults:1 | 59809 ||| Stepping randomly (stuck).
 59811 | Vaults:1 | 59811 ||| Stepping randomly (stuck).
 59813 | Vaults:1 | 59813 ||| Stepping randomly (stuck).
 59815 | Vaults:1 | 59815 ||| Stepping randomly (stuck).
 59817 | Vaults:1 | 59817 ||| Stepping randomly (stuck).
 59819 | Vaults:1 | 59819 ||| Stepping randomly (stuck).
 59821 | Vaults:1 | 59821 ||| Stepping randomly (stuck).
 59823 | Vaults:1 | 59823 ||| Stepping randomly (stuck).
 59825 | Vaults:1 | 59825 ||| Stepping randomly (stuck).
 59827 | Vaults:1 | 59827 ||| Stepping randomly (stuck).
 59829 | Vaults:1 | 59829 ||| Stepping randomly (stuck).
 59831 | Vaults:1 | 59831 ||| Stepping randomly (stuck).
 59833 | Vaults:1 | 59833 ||| Stepping randomly (stuck).
 59835 | Vaults:1 | 59835 ||| Stepping randomly (stuck).
 59837 | Vaults:1 | 59837 ||| Stepping randomly (stuck).
 59839 | Vaults:1 | 59839 ||| Stepping randomly (stuck).
 59841 | Vaults:1 | 59841 ||| Stepping randomly (stuck).
 59843 | Vaults:1 | 59843 ||| Stepping randomly (stuck).
 59845 | Vaults:1 | 59845 ||| Stepping randomly (stuck).
 59847 | Vaults:1 | 59847 ||| Stepping randomly (stuck).
 59849 | Vaults:1 | 59849 ||| Stepping randomly (stuck).
 59851 | Vaults:1 | 59851 ||| Stepping randomly (stuck).
 59853 | Vaults:1 | 59853 ||| Stepping randomly (stuck).
 59855 | Vaults:1 | 59855 ||| Stepping randomly (stuck).
 59857 | Vaults:1 | 59857 ||| Stepping randomly (stuck).
 59859 | Vaults:1 | 59859 ||| Stepping randomly (stuck).
 59861 | Vaults:1 | 59861 ||| Stepping randomly (stuck).
 59863 | Vaults:1 | 59863 ||| Stepping randomly (stuck).
 59865 | Vaults:1 | 59865 ||| Stepping randomly (stuck).
 59867 | Vaults:1 | 59867 ||| Stepping randomly (stuck).
 59869 | Vaults:1 | 59869 ||| Stepping randomly (stuck).
 59871 | Vaults:1 | 59871 ||| Stepping randomly (stuck).
 59873 | Vaults:1 | 59873 ||| Stepping randomly (stuck).
 59875 | Vaults:1 | 59875 ||| Stepping randomly (stuck).
 59877 | Vaults:1 | 59877 ||| Stepping randomly (stuck).
 59879 | Vaults:1 | 59879 ||| Stepping randomly (stuck).
 59881 | Vaults:1 | 59881 ||| Stepping randomly (stuck).
 59883 | Vaults:1 | 59883 ||| Stepping randomly (stuck).
 59885 | Vaults:1 | 59885 ||| Stepping randomly (stuck).
 59887 | Vaults:1 | 59887 ||| Stepping randomly (stuck).
 59889 | Vaults:1 | 59889 ||| Stepping randomly (stuck).
 59891 | Vaults:1 | 59891 ||| Stepping randomly (stuck).
 59893 | Vaults:1 | 59893 ||| Stepping randomly (stuck).
 59895 | Vaults:1 | 59895 ||| Stepping randomly (stuck).
 59897 | Vaults:1 | 59897 ||| Stepping randomly (stuck).
 59899 | Vaults:1 | 59899 ||| Stepping randomly (stuck).
 59901 | Vaults:1 | 59901 ||| Stepping randomly (stuck).
 59903 | Vaults:1 | 59903 ||| Stepping randomly (stuck).
 59905 | Vaults:1 | 59905 ||| Stepping randomly (stuck).
 59907 | Vaults:1 | 59907 ||| Stepping randomly (stuck).
 59909 | Vaults:1 | 59909 ||| Stepping randomly (stuck).
 59911 | Vaults:1 | 59911 ||| Stepping randomly (stuck).
 59913 | Vaults:1 | 59913 ||| Stepping randomly (stuck).
 59915 | Vaults:1 | 59915 ||| Stepping randomly (stuck).
 59917 | Vaults:1 | 59917 ||| Stepping randomly (stuck).
 59919 | Vaults:1 | 59919 ||| Stepping randomly (stuck).
 59921 | Vaults:1 | 59921 ||| Stepping randomly (stuck).
 59923 | Vaults:1 | 59923 ||| Stepping randomly (stuck).
 59925 | Vaults:1 | 59925 ||| Stepping randomly (stuck).
 59927 | Vaults:1 | 59927 ||| Stepping randomly (stuck).
 59929 | Vaults:1 | 59929 ||| Stepping randomly (stuck).
 59931 | Vaults:1 | 59931 ||| Stepping randomly (stuck).
 59933 | Vaults:1 | 59933 ||| Stepping randomly (stuck).
 59935 | Vaults:1 | 59935 ||| Stepping randomly (stuck).
 59937 | Vaults:1 | 59937 ||| Stepping randomly (stuck).
 59939 | Vaults:1 | 59939 ||| Stepping randomly (stuck).
 59941 | Vaults:1 | 59941 ||| Stepping randomly (stuck).
 59943 | Vaults:1 | 59943 ||| Stepping randomly (stuck).
 59945 | Vaults:1 | 59945 ||| Stepping randomly (stuck).
 59947 | Vaults:1 | 59947 ||| Stepping randomly (stuck).
 59949 | Vaults:1 | 59949 ||| Stepping randomly (stuck).
 59951 | Vaults:1 | 59951 ||| Stepping randomly (stuck).
 59953 | Vaults:1 | 59953 ||| Stepping randomly (stuck).
 59955 | Vaults:1 | 59955 ||| Stepping randomly (stuck).
 59957 | Vaults:1 | 59957 ||| Stepping randomly (stuck).
 59959 | Vaults:1 | 59959 ||| Stepping randomly (stuck).
 59961 | Vaults:1 | 59961 ||| Stepping randomly (stuck).
 59963 | Vaults:1 | 59963 ||| Stepping randomly (stuck).
 59965 | Vaults:1 | 59965 ||| Stepping randomly (stuck).
 59967 | Vaults:1 | 59967 ||| Stepping randomly (stuck).
 59969 | Vaults:1 | 59969 ||| Stepping randomly (stuck).
 59971 | Vaults:1 | 59971 ||| Stepping randomly (stuck).
 59973 | Vaults:1 | 59973 ||| Stepping randomly (stuck).
 59975 | Vaults:1 | 59975 ||| Stepping randomly (stuck).
 59977 | Vaults:1 | 59977 ||| Stepping randomly (stuck).
 59979 | Vaults:1 | 59979 ||| Stepping randomly (stuck).
 59981 | Vaults:1 | 59981 ||| Stepping randomly (stuck).
 59983 | Vaults:1 | 59983 ||| Stepping randomly (stuck).
 59985 | Vaults:1 | 59985 ||| Stepping randomly (stuck).
 59987 | Vaults:1 | 59987 ||| Stepping randomly (stuck).
 59989 | Vaults:1 | 59989 ||| Stepping randomly (stuck).
 59991 | Vaults:1 | 59991 ||| Stepping randomly (stuck).
 59993 | Vaults:1 | 59993 ||| Stepping randomly (stuck).
 59995 | Vaults:1 | 59995 ||| Stepping randomly (stuck).
 59997 | Vaults:1 | 59997 ||| Stepping randomly (stuck).
 59999 | Vaults:1 | 59999 ||| Stepping randomly (stuck).
 60001 | Vaults:1 | 60001 ||| Stepping randomly (stuck).
 60003 | Vaults:1 | 60003 ||| Stepping randomly (stuck).
 60005 | Vaults:1 | 60005 ||| Stepping randomly (stuck).
 60007 | Vaults:1 | 60007 ||| Stepping randomly (stuck).
 60009 | Vaults:1 | 60009 ||| Stepping randomly (stuck).
 60011 | Vaults:1 | 60011 ||| Stepping randomly (stuck).
 60013 | Vaults:1 | 60013 ||| Stepping randomly (stuck).
 60015 | Vaults:1 | 60015 ||| Stepping randomly (stuck).
 60017 | Vaults:1 | 60017 ||| Stepping randomly (stuck).
 60019 | Vaults:1 | 60019 ||| Stepping randomly (stuck).
 60021 | Vaults:1 | 60021 ||| Stepping randomly (stuck).
 60023 | Vaults:1 | 60023 ||| Stepping randomly (stuck).
 60025 | Vaults:1 | 60025 ||| Stepping randomly (stuck).
 60027 | Vaults:1 | 60027 ||| Stepping randomly (stuck).
 60029 | Vaults:1 | 60029 ||| Stepping randomly (stuck).
 60031 | Vaults:1 | 60031 ||| Stepping randomly (stuck).
 60033 | Vaults:1 | 60033 ||| Stepping randomly (stuck).
 60035 | Vaults:1 | 60035 ||| Stepping randomly (stuck).
 60037 | Vaults:1 | 60037 ||| Stepping randomly (stuck).
 60039 | Vaults:1 | 60039 ||| Stepping randomly (stuck).
 60041 | Vaults:1 | 60041 ||| Stepping randomly (stuck).
 60043 | Vaults:1 | 60043 ||| Stepping randomly (stuck).
 60045 | Vaults:1 | 60045 ||| Stepping randomly (stuck).
 60047 | Vaults:1 | 60047 ||| Stepping randomly (stuck).
 60049 | Vaults:1 | 60049 ||| Stepping randomly (stuck).
 60051 | Vaults:1 | 60051 ||| Stepping randomly (stuck).
 60053 | Vaults:1 | 60053 ||| Stepping randomly (stuck).
 60055 | Vaults:1 | 60055 ||| Stepping randomly (stuck).
 60057 | Vaults:1 | 60057 ||| Stepping randomly (stuck).
 60059 | Vaults:1 | 60059 ||| Stepping randomly (stuck).
 60061 | Vaults:1 | 60061 ||| Stepping randomly (stuck).
 60063 | Vaults:1 | 60063 ||| Stepping randomly (stuck).
 60065 | Vaults:1 | 60065 ||| Stepping randomly (stuck).
 60067 | Vaults:1 | 60067 ||| Stepping randomly (stuck).
 60069 | Vaults:1 | 60069 ||| Stepping randomly (stuck).
 60070 | Vaults:1 | Glimpsed the power of Zot.
 60071 | Vaults:1 | 60071 ||| Stepping randomly (stuck).
 60073 | Vaults:1 | 60073 ||| Stepping randomly (stuck).
 60075 | Vaults:1 | 60075 ||| Stepping randomly (stuck).
 60077 | Vaults:1 | 60077 ||| Stepping randomly (stuck).
 60079 | Vaults:1 | 60079 ||| Stepping randomly (stuck).
 60081 | Vaults:1 | 60081 ||| Stepping randomly (stuck).
 60083 | Vaults:1 | 60083 ||| Stepping randomly (stuck).
 60085 | Vaults:1 | 60085 ||| Stepping randomly (stuck).
 60087 | Vaults:1 | 60087 ||| Stepping randomly (stuck).
 60089 | Vaults:1 | 60089 ||| Stepping randomly (stuck).
 60091 | Vaults:1 | 60091 ||| Stepping randomly (stuck).
 60093 | Vaults:1 | 60093 ||| Stepping randomly (stuck).
 60095 | Vaults:1 | 60095 ||| Stepping randomly (stuck).
 60097 | Vaults:1 | 60097 ||| Stepping randomly (stuck).
 60099 | Vaults:1 | 60099 ||| Stepping randomly (stuck).
 60101 | Vaults:1 | 60101 ||| Stepping randomly (stuck).
 60103 | Vaults:1 | 60103 ||| Stepping randomly (stuck).
 60105 | Vaults:1 | 60105 ||| Stepping randomly (stuck).
 60107 | Vaults:1 | 60107 ||| Stepping randomly (stuck).
 60109 | Vaults:1 | 60109 ||| Stepping randomly (stuck).
 60111 | Vaults:1 | 60111 ||| Stepping randomly (stuck).
 60113 | Vaults:1 | 60113 ||| Stepping randomly (stuck).
 60115 | Vaults:1 | 60115 ||| Stepping randomly (stuck).
 60117 | Vaults:1 | 60117 ||| Stepping randomly (stuck).
 60119 | Vaults:1 | 60119 ||| Stepping randomly (stuck).
 60121 | Vaults:1 | 60121 ||| Stepping randomly (stuck).
 60123 | Vaults:1 | 60123 ||| Stepping randomly (stuck).
 60125 | Vaults:1 | 60125 ||| Stepping randomly (stuck).
 60127 | Vaults:1 | 60127 ||| Stepping randomly (stuck).
 60129 | Vaults:1 | 60129 ||| Stepping randomly (stuck).
 60131 | Vaults:1 | 60131 ||| Stepping randomly (stuck).
 60133 | Vaults:1 | 60133 ||| Stepping randomly (stuck).
 60135 | Vaults:1 | 60135 ||| Stepping randomly (stuck).
 60137 | Vaults:1 | 60137 ||| Stepping randomly (stuck).
 60139 | Vaults:1 | 60139 ||| Stepping randomly (stuck).
 60141 | Vaults:1 | 60141 ||| Stepping randomly (stuck).
 60143 | Vaults:1 | 60143 ||| Stepping randomly (stuck).
 60145 | Vaults:1 | 60145 ||| Stepping randomly (stuck).
 60147 | Vaults:1 | 60147 ||| Stepping randomly (stuck).
 60149 | Vaults:1 | 60149 ||| Stepping randomly (stuck).
 60151 | Vaults:1 | 60151 ||| Stepping randomly (stuck).
 60153 | Vaults:1 | 60153 ||| Stepping randomly (stuck).
 60155 | Vaults:1 | 60155 ||| Stepping randomly (stuck).
 60157 | Vaults:1 | 60157 ||| Stepping randomly (stuck).
 60159 | Vaults:1 | 60159 ||| Stepping randomly (stuck).
 60161 | Vaults:1 | 60161 ||| Stepping randomly (stuck).
 60163 | Vaults:1 | 60163 ||| Stepping randomly (stuck).
 60165 | Vaults:1 | 60165 ||| Stepping randomly (stuck).
 60167 | Vaults:1 | 60167 ||| Stepping randomly (stuck).
 60169 | Vaults:1 | 60169 ||| Stepping randomly (stuck).
 60171 | Vaults:1 | 60171 ||| Stepping randomly (stuck).
 60173 | Vaults:1 | 60173 ||| Stepping randomly (stuck).
 60175 | Vaults:1 | 60175 ||| Stepping randomly (stuck).
 60177 | Vaults:1 | 60177 ||| Stepping randomly (stuck).
 60179 | Vaults:1 | 60179 ||| Stepping randomly (stuck).
 60181 | Vaults:1 | 60181 ||| Stepping randomly (stuck).
 60183 | Vaults:1 | 60183 ||| Stepping randomly (stuck).
 60185 | Vaults:1 | 60185 ||| Stepping randomly (stuck).
 60187 | Vaults:1 | 60187 ||| Stepping randomly (stuck).
 60189 | Vaults:1 | 60189 ||| Stepping randomly (stuck).
 60191 | Vaults:1 | 60191 ||| Stepping randomly (stuck).
 60193 | Vaults:1 | 60193 ||| Stepping randomly (stuck).
 60195 | Vaults:1 | 60195 ||| Stepping randomly (stuck).
 60197 | Vaults:1 | 60197 ||| Stepping randomly (stuck).
 60199 | Vaults:1 | 60199 ||| Stepping randomly (stuck).
 60201 | Vaults:1 | 60201 ||| Stepping randomly (stuck).
 60203 | Vaults:1 | 60203 ||| Stepping randomly (stuck).
 60205 | Vaults:1 | 60205 ||| Stepping randomly (stuck).
 60207 | Vaults:1 | 60207 ||| Stepping randomly (stuck).
 60209 | Vaults:1 | 60209 ||| Stepping randomly (stuck).
 60211 | Vaults:1 | 60211 ||| Stepping randomly (stuck).
 60213 | Vaults:1 | 60213 ||| Stepping randomly (stuck).
 60215 | Vaults:1 | 60215 ||| Stepping randomly (stuck).
 60217 | Vaults:1 | 60217 ||| Stepping randomly (stuck).
 60219 | Vaults:1 | 60219 ||| Stepping randomly (stuck).
 60221 | Vaults:1 | 60221 ||| Stepping randomly (stuck).
 60223 | Vaults:1 | 60223 ||| Stepping randomly (stuck).
 60225 | Vaults:1 | 60225 ||| Stepping randomly (stuck).
 60227 | Vaults:1 | 60227 ||| Stepping randomly (stuck).
 60229 | Vaults:1 | 60229 ||| Stepping randomly (stuck).
 60231 | Vaults:1 | 60231 ||| Stepping randomly (stuck).
 60233 | Vaults:1 | 60233 ||| Stepping randomly (stuck).
 60235 | Vaults:1 | 60235 ||| Stepping randomly (stuck).
 60237 | Vaults:1 | 60237 ||| Stepping randomly (stuck).
 60239 | Vaults:1 | 60239 ||| Stepping randomly (stuck).
 60241 | Vaults:1 | 60241 ||| Stepping randomly (stuck).
 60243 | Vaults:1 | 60243 ||| Stepping randomly (stuck).
 60245 | Vaults:1 | 60245 ||| Stepping randomly (stuck).
 60247 | Vaults:1 | 60247 ||| Stepping randomly (stuck).
 60249 | Vaults:1 | 60249 ||| Stepping randomly (stuck).
 60251 | Vaults:1 | 60251 ||| Stepping randomly (stuck).
 60253 | Vaults:1 | 60253 ||| Stepping randomly (stuck).
 60255 | Vaults:1 | 60255 ||| Stepping randomly (stuck).
 60257 | Vaults:1 | 60257 ||| Stepping randomly (stuck).
 60259 | Vaults:1 | 60259 ||| Stepping randomly (stuck).
 60261 | Vaults:1 | 60261 ||| Stepping randomly (stuck).
 60263 | Vaults:1 | 60263 ||| Stepping randomly (stuck).
 60265 | Vaults:1 | 60265 ||| Stepping randomly (stuck).
 60267 | Vaults:1 | 60267 ||| Stepping randomly (stuck).
 60269 | Vaults:1 | 60269 ||| Stepping randomly (stuck).
 60271 | Vaults:1 | 60271 ||| Stepping randomly (stuck).
 60273 | Vaults:1 | 60273 ||| Stepping randomly (stuck).
 60275 | Vaults:1 | 60275 ||| Stepping randomly (stuck).
 60277 | Vaults:1 | 60277 ||| Stepping randomly (stuck).
 60279 | Vaults:1 | 60279 ||| Stepping randomly (stuck).
 60281 | Vaults:1 | 60281 ||| Stepping randomly (stuck).
 60283 | Vaults:1 | 60283 ||| Stepping randomly (stuck).
 60285 | Vaults:1 | 60285 ||| Stepping randomly (stuck).
 60287 | Vaults:1 | 60287 ||| Stepping randomly (stuck).
 60289 | Vaults:1 | 60289 ||| Stepping randomly (stuck).
 60291 | Vaults:1 | 60291 ||| Stepping randomly (stuck).
 60293 | Vaults:1 | 60293 ||| Stepping randomly (stuck).
 60295 | Vaults:1 | 60295 ||| Stepping randomly (stuck).
 60297 | Vaults:1 | 60297 ||| Stepping randomly (stuck).
 60299 | Vaults:1 | 60299 ||| Stepping randomly (stuck).
 60301 | Vaults:1 | 60301 ||| Stepping randomly (stuck).
 60303 | Vaults:1 | 60303 ||| Stepping randomly (stuck).
 60305 | Vaults:1 | 60305 ||| Stepping randomly (stuck).
 60307 | Vaults:1 | 60307 ||| Stepping randomly (stuck).
 60309 | Vaults:1 | 60309 ||| Stepping randomly (stuck).
 60311 | Vaults:1 | 60311 ||| Stepping randomly (stuck).
 60313 | Vaults:1 | 60313 ||| Stepping randomly (stuck).
 60315 | Vaults:1 | 60315 ||| Stepping randomly (stuck).
 60317 | Vaults:1 | 60317 ||| Stepping randomly (stuck).
 60319 | Vaults:1 | 60319 ||| Stepping randomly (stuck).
 60321 | Vaults:1 | 60321 ||| Stepping randomly (stuck).
 60323 | Vaults:1 | 60323 ||| Stepping randomly (stuck).
 60325 | Vaults:1 | 60325 ||| Stepping randomly (stuck).
 60327 | Vaults:1 | 60327 ||| Stepping randomly (stuck).
 60329 | Vaults:1 | 60329 ||| Stepping randomly (stuck).
 60331 | Vaults:1 | 60331 ||| Stepping randomly (stuck).
 60333 | Vaults:1 | 60333 ||| Stepping randomly (stuck).
 60335 | Vaults:1 | 60335 ||| Stepping randomly (stuck).
 60337 | Vaults:1 | 60337 ||| Stepping randomly (stuck).
 60339 | Vaults:1 | 60339 ||| Stepping randomly (stuck).
 60341 | Vaults:1 | 60341 ||| Stepping randomly (stuck).
 60343 | Vaults:1 | 60343 ||| Stepping randomly (stuck).
 60345 | Vaults:1 | 60345 ||| Stepping randomly (stuck).
 60347 | Vaults:1 | 60347 ||| Stepping randomly (stuck).
 60349 | Vaults:1 | 60349 ||| Stepping randomly (stuck).
 60351 | Vaults:1 | 60351 ||| Stepping randomly (stuck).
 60353 | Vaults:1 | 60353 ||| Stepping randomly (stuck).
 60355 | Vaults:1 | 60355 ||| Stepping randomly (stuck).
 60357 | Vaults:1 | 60357 ||| Stepping randomly (stuck).
 60359 | Vaults:1 | 60359 ||| Stepping randomly (stuck).
 60361 | Vaults:1 | 60361 ||| Stepping randomly (stuck).
 60363 | Vaults:1 | 60363 ||| Stepping randomly (stuck).
 60365 | Vaults:1 | 60365 ||| Stepping randomly (stuck).
 60367 | Vaults:1 | 60367 ||| Stepping randomly (stuck).
 60369 | Vaults:1 | 60369 ||| Stepping randomly (stuck).
 60371 | Vaults:1 | 60371 ||| Stepping randomly (stuck).
 60373 | Vaults:1 | 60373 ||| Stepping randomly (stuck).
 60375 | Vaults:1 | 60375 ||| Stepping randomly (stuck).
 60377 | Vaults:1 | 60377 ||| Stepping randomly (stuck).
 60379 | Vaults:1 | 60379 ||| Stepping randomly (stuck).
 60381 | Vaults:1 | 60381 ||| Stepping randomly (stuck).
 60383 | Vaults:1 | 60383 ||| Stepping randomly (stuck).
 60385 | Vaults:1 | 60385 ||| Stepping randomly (stuck).
 60387 | Vaults:1 | 60387 ||| Stepping randomly (stuck).
 60389 | Vaults:1 | 60389 ||| Stepping randomly (stuck).
 60391 | Vaults:1 | 60391 ||| Stepping randomly (stuck).
 60393 | Vaults:1 | 60393 ||| Stepping randomly (stuck).
 60395 | Vaults:1 | 60395 ||| Stepping randomly (stuck).
 60397 | Vaults:1 | 60397 ||| Stepping randomly (stuck).
 60399 | Vaults:1 | 60399 ||| Stepping randomly (stuck).
 60401 | Vaults:1 | 60401 ||| Stepping randomly (stuck).
 60403 | Vaults:1 | 60403 ||| Stepping randomly (stuck).
 60405 | Vaults:1 | 60405 ||| Stepping randomly (stuck).
 60407 | Vaults:1 | 60407 ||| Stepping randomly (stuck).
 60409 | Vaults:1 | 60409 ||| Stepping randomly (stuck).
 60411 | Vaults:1 | 60411 ||| Stepping randomly (stuck).
 60413 | Vaults:1 | 60413 ||| Stepping randomly (stuck).
 60415 | Vaults:1 | 60415 ||| Stepping randomly (stuck).
 60417 | Vaults:1 | 60417 ||| Stepping randomly (stuck).
 60419 | Vaults:1 | 60419 ||| Stepping randomly (stuck).
 60421 | Vaults:1 | 60421 ||| Stepping randomly (stuck).
 60423 | Vaults:1 | 60423 ||| Stepping randomly (stuck).
 60425 | Vaults:1 | 60425 ||| Stepping randomly (stuck).
 60427 | Vaults:1 | 60427 ||| Stepping randomly (stuck).
 60429 | Vaults:1 | 60429 ||| Stepping randomly (stuck).
 60431 | Vaults:1 | 60431 ||| Stepping randomly (stuck).
 60433 | Vaults:1 | 60433 ||| Stepping randomly (stuck).
 60435 | Vaults:1 | 60435 ||| Stepping randomly (stuck).
 60437 | Vaults:1 | 60437 ||| Stepping randomly (stuck).
 60439 | Vaults:1 | 60439 ||| Stepping randomly (stuck).
 60441 | Vaults:1 | 60441 ||| Stepping randomly (stuck).
 60443 | Vaults:1 | 60443 ||| Stepping randomly (stuck).
 60445 | Vaults:1 | 60445 ||| Stepping randomly (stuck).
 60447 | Vaults:1 | 60447 ||| Stepping randomly (stuck).
 60449 | Vaults:1 | 60449 ||| Stepping randomly (stuck).
 60451 | Vaults:1 | 60451 ||| Stepping randomly (stuck).
 60453 | Vaults:1 | 60453 ||| Stepping randomly (stuck).
 60455 | Vaults:1 | 60455 ||| Stepping randomly (stuck).
 60457 | Vaults:1 | 60457 ||| Stepping randomly (stuck).
 60459 | Vaults:1 | 60459 ||| Stepping randomly (stuck).
 60461 | Vaults:1 | 60461 ||| Stepping randomly (stuck).
 60463 | Vaults:1 | 60463 ||| Stepping randomly (stuck).
 60465 | Vaults:1 | 60465 ||| Stepping randomly (stuck).
 60467 | Vaults:1 | 60467 ||| Stepping randomly (stuck).
 60469 | Vaults:1 | 60469 ||| Stepping randomly (stuck).
 60470 | Vaults:1 | Glimpsed the power of Zot.
 60471 | Vaults:1 | 60471 ||| Stepping randomly (stuck).
 60473 | Vaults:1 | 60473 ||| Stepping randomly (stuck).
 60475 | Vaults:1 | 60475 ||| Stepping randomly (stuck).
 60477 | Vaults:1 | 60477 ||| Stepping randomly (stuck).
 60479 | Vaults:1 | 60479 ||| Stepping randomly (stuck).
 60481 | Vaults:1 | 60481 ||| Stepping randomly (stuck).
 60483 | Vaults:1 | 60483 ||| Stepping randomly (stuck).
 60485 | Vaults:1 | 60485 ||| Stepping randomly (stuck).
 60487 | Vaults:1 | 60487 ||| Stepping randomly (stuck).
 60489 | Vaults:1 | 60489 ||| Stepping randomly (stuck).
 60491 | Vaults:1 | 60491 ||| Stepping randomly (stuck).
 60493 | Vaults:1 | 60493 ||| Stepping randomly (stuck).
 60495 | Vaults:1 | 60495 ||| Stepping randomly (stuck).
 60497 | Vaults:1 | 60497 ||| Stepping randomly (stuck).
 60499 | Vaults:1 | 60499 ||| Stepping randomly (stuck).
 60501 | Vaults:1 | 60501 ||| Stepping randomly (stuck).
 60503 | Vaults:1 | 60503 ||| Stepping randomly (stuck).
 60505 | Vaults:1 | 60505 ||| Stepping randomly (stuck).
 60507 | Vaults:1 | 60507 ||| Stepping randomly (stuck).
 60509 | Vaults:1 | 60509 ||| Stepping randomly (stuck).
 60511 | Vaults:1 | 60511 ||| Stepping randomly (stuck).
 60513 | Vaults:1 | 60513 ||| Stepping randomly (stuck).
 60515 | Vaults:1 | 60515 ||| Stepping randomly (stuck).
 60517 | Vaults:1 | 60517 ||| Stepping randomly (stuck).
 60519 | Vaults:1 | 60519 ||| Stepping randomly (stuck).
 60521 | Vaults:1 | 60521 ||| Stepping randomly (stuck).
 60523 | Vaults:1 | 60523 ||| Stepping randomly (stuck).
 60525 | Vaults:1 | 60525 ||| Stepping randomly (stuck).
 60527 | Vaults:1 | 60527 ||| Stepping randomly (stuck).
 60529 | Vaults:1 | 60529 ||| Stepping randomly (stuck).
 60531 | Vaults:1 | 60531 ||| Stepping randomly (stuck).
 60533 | Vaults:1 | 60533 ||| Stepping randomly (stuck).
 60535 | Vaults:1 | 60535 ||| Stepping randomly (stuck).
 60537 | Vaults:1 | 60537 ||| Stepping randomly (stuck).
 60539 | Vaults:1 | 60539 ||| Stepping randomly (stuck).
 60541 | Vaults:1 | 60541 ||| Stepping randomly (stuck).
 60543 | Vaults:1 | 60543 ||| Stepping randomly (stuck).
 60545 | Vaults:1 | 60545 ||| Stepping randomly (stuck).
 60547 | Vaults:1 | 60547 ||| Stepping randomly (stuck).
 60549 | Vaults:1 | 60549 ||| Stepping randomly (stuck).
 60551 | Vaults:1 | 60551 ||| Stepping randomly (stuck).
 60553 | Vaults:1 | 60553 ||| Stepping randomly (stuck).
 60555 | Vaults:1 | 60555 ||| Stepping randomly (stuck).
 60557 | Vaults:1 | 60557 ||| Stepping randomly (stuck).
 60559 | Vaults:1 | 60559 ||| Stepping randomly (stuck).
 60561 | Vaults:1 | 60561 ||| Stepping randomly (stuck).
 60563 | Vaults:1 | 60563 ||| Stepping randomly (stuck).
 60565 | Vaults:1 | 60565 ||| Stepping randomly (stuck).
 60567 | Vaults:1 | 60567 ||| Stepping randomly (stuck).
 60569 | Vaults:1 | 60569 ||| Stepping randomly (stuck).
 60569 | Vaults:1 | Touched by the power of Zot (MHP 1 -> 1)
 60570 | Vaults:1 | Glimpsed the power of Zot.
 60571 | Vaults:1 | 60571 ||| Stepping randomly (stuck).
 60573 | Vaults:1 | 60573 ||| Stepping randomly (stuck).
 60575 | Vaults:1 | 60575 ||| Stepping randomly (stuck).
 60577 | Vaults:1 | 60577 ||| Stepping randomly (stuck).
 60579 | Vaults:1 | 60579 ||| Stepping randomly (stuck).
 60581 | Vaults:1 | 60581 ||| Stepping randomly (stuck).
 60583 | Vaults:1 | 60583 ||| Stepping randomly (stuck).
 60585 | Vaults:1 | 60585 ||| Stepping randomly (stuck).
 60587 | Vaults:1 | 60587 ||| Stepping randomly (stuck).
 60589 | Vaults:1 | 60589 ||| Stepping randomly (stuck).
 60591 | Vaults:1 | 60591 ||| Stepping randomly (stuck).
 60593 | Vaults:1 | 60593 ||| Stepping randomly (stuck).
 60595 | Vaults:1 | 60595 ||| Stepping randomly (stuck).
 60597 | Vaults:1 | 60597 ||| Stepping randomly (stuck).
 60599 | Vaults:1 | 60599 ||| Stepping randomly (stuck).
 60601 | Vaults:1 | 60601 ||| Stepping randomly (stuck).
 60603 | Vaults:1 | 60603 ||| Stepping randomly (stuck).
 60605 | Vaults:1 | 60605 ||| Stepping randomly (stuck).
 60607 | Vaults:1 | 60607 ||| Stepping randomly (stuck).
 60609 | Vaults:1 | 60609 ||| Stepping randomly (stuck).
 60611 | Vaults:1 | 60611 ||| Stepping randomly (stuck).
 60613 | Vaults:1 | 60613 ||| Stepping randomly (stuck).
 60615 | Vaults:1 | 60615 ||| Stepping randomly (stuck).
 60617 | Vaults:1 | 60617 ||| Stepping randomly (stuck).
 60619 | Vaults:1 | 60619 ||| Stepping randomly (stuck).
 60621 | Vaults:1 | 60621 ||| Stepping randomly (stuck).
 60623 | Vaults:1 | 60623 ||| Stepping randomly (stuck).
 60625 | Vaults:1 | 60625 ||| Stepping randomly (stuck).
 60627 | Vaults:1 | 60627 ||| Stepping randomly (stuck).
 60629 | Vaults:1 | 60629 ||| Stepping randomly (stuck).
 60631 | Vaults:1 | 60631 ||| Stepping randomly (stuck).
 60633 | Vaults:1 | 60633 ||| Stepping randomly (stuck).
 60635 | Vaults:1 | 60635 ||| Stepping randomly (stuck).
 60637 | Vaults:1 | 60637 ||| Stepping randomly (stuck).
 60639 | Vaults:1 | 60639 ||| Stepping randomly (stuck).
 60641 | Vaults:1 | 60641 ||| Stepping randomly (stuck).
 60643 | Vaults:1 | 60643 ||| Stepping randomly (stuck).
 60645 | Vaults:1 | 60645 ||| Stepping randomly (stuck).
 60647 | Vaults:1 | 60647 ||| Stepping randomly (stuck).
 60649 | Vaults:1 | 60649 ||| Stepping randomly (stuck).
 60651 | Vaults:1 | 60651 ||| Stepping randomly (stuck).
 60653 | Vaults:1 | 60653 ||| Stepping randomly (stuck).
 60655 | Vaults:1 | 60655 ||| Stepping randomly (stuck).
 60657 | Vaults:1 | 60657 ||| Stepping randomly (stuck).
 60659 | Vaults:1 | 60659 ||| Stepping randomly (stuck).
 60661 | Vaults:1 | 60661 ||| Stepping randomly (stuck).
 60663 | Vaults:1 | 60663 ||| Stepping randomly (stuck).
 60665 | Vaults:1 | 60665 ||| Stepping randomly (stuck).
 60667 | Vaults:1 | 60667 ||| Stepping randomly (stuck).
 60669 | Vaults:1 | 60669 ||| Stepping randomly (stuck).
 60671 | Vaults:1 | 60671 ||| Stepping randomly (stuck).
 60673 | Vaults:1 | 60673 ||| Stepping randomly (stuck).
 60675 | Vaults:1 | 60675 ||| Stepping randomly (stuck).
 60677 | Vaults:1 | 60677 ||| Stepping randomly (stuck).
 60679 | Vaults:1 | 60679 ||| Stepping randomly (stuck).
 60681 | Vaults:1 | 60681 ||| Stepping randomly (stuck).
 60683 | Vaults:1 | 60683 ||| Stepping randomly (stuck).
 60685 | Vaults:1 | 60685 ||| Stepping randomly (stuck).
 60687 | Vaults:1 | 60687 ||| Stepping randomly (stuck).
 60689 | Vaults:1 | 60689 ||| Stepping randomly (stuck).
 60691 | Vaults:1 | 60691 ||| Stepping randomly (stuck).
 60693 | Vaults:1 | 60693 ||| Stepping randomly (stuck).
 60695 | Vaults:1 | 60695 ||| Stepping randomly (stuck).
 60697 | Vaults:1 | 60697 ||| Stepping randomly (stuck).
 60699 | Vaults:1 | 60699 ||| Stepping randomly (stuck).
 60701 | Vaults:1 | 60701 ||| Stepping randomly (stuck).
 60703 | Vaults:1 | 60703 ||| Stepping randomly (stuck).
 60705 | Vaults:1 | 60705 ||| Stepping randomly (stuck).
 60707 | Vaults:1 | 60707 ||| Stepping randomly (stuck).
 60709 | Vaults:1 | 60709 ||| Stepping randomly (stuck).
 60711 | Vaults:1 | 60711 ||| Stepping randomly (stuck).
 60713 | Vaults:1 | 60713 ||| Stepping randomly (stuck).
 60715 | Vaults:1 | 60715 ||| Stepping randomly (stuck).
 60717 | Vaults:1 | 60717 ||| Stepping randomly (stuck).
 60719 | Vaults:1 | 60719 ||| Stepping randomly (stuck).
 60721 | Vaults:1 | 60721 ||| Stepping randomly (stuck).
 60723 | Vaults:1 | 60723 ||| Stepping randomly (stuck).
 60725 | Vaults:1 | 60725 ||| Stepping randomly (stuck).
 60727 | Vaults:1 | 60727 ||| Stepping randomly (stuck).
 60729 | Vaults:1 | 60729 ||| Stepping randomly (stuck).
 60731 | Vaults:1 | 60731 ||| Stepping randomly (stuck).
 60733 | Vaults:1 | 60733 ||| Stepping randomly (stuck).
 60735 | Vaults:1 | 60735 ||| Stepping randomly (stuck).
 60737 | Vaults:1 | 60737 ||| Stepping randomly (stuck).
 60739 | Vaults:1 | 60739 ||| Stepping randomly (stuck).
 60741 | Vaults:1 | 60741 ||| Stepping randomly (stuck).
 60743 | Vaults:1 | 60743 ||| Stepping randomly (stuck).
 60745 | Vaults:1 | 60745 ||| Stepping randomly (stuck).
 60747 | Vaults:1 | 60747 ||| Stepping randomly (stuck).
 60749 | Vaults:1 | 60749 ||| Stepping randomly (stuck).
 60751 | Vaults:1 | 60751 ||| Stepping randomly (stuck).
 60753 | Vaults:1 | 60753 ||| Stepping randomly (stuck).
 60755 | Vaults:1 | 60755 ||| Stepping randomly (stuck).
 60757 | Vaults:1 | 60757 ||| Stepping randomly (stuck).
 60759 | Vaults:1 | 60759 ||| Stepping randomly (stuck).
 60761 | Vaults:1 | 60761 ||| Stepping randomly (stuck).
 60763 | Vaults:1 | 60763 ||| Stepping randomly (stuck).
 60765 | Vaults:1 | 60765 ||| Stepping randomly (stuck).
 60767 | Vaults:1 | 60767 ||| Stepping randomly (stuck).
 60769 | Vaults:1 | 60769 ||| Stepping randomly (stuck).
 60771 | Vaults:1 | 60771 ||| Stepping randomly (stuck).
 60773 | Vaults:1 | 60773 ||| Stepping randomly (stuck).
 60775 | Vaults:1 | 60775 ||| Stepping randomly (stuck).
 60777 | Vaults:1 | 60777 ||| Stepping randomly (stuck).
 60779 | Vaults:1 | 60779 ||| Stepping randomly (stuck).
 60781 | Vaults:1 | 60781 ||| Stepping randomly (stuck).
 60783 | Vaults:1 | 60783 ||| Stepping randomly (stuck).
 60785 | Vaults:1 | 60785 ||| Stepping randomly (stuck).
 60787 | Vaults:1 | 60787 ||| Stepping randomly (stuck).
 60789 | Vaults:1 | 60789 ||| Stepping randomly (stuck).
 60791 | Vaults:1 | 60791 ||| Stepping randomly (stuck).
 60793 | Vaults:1 | 60793 ||| Stepping randomly (stuck).
 60795 | Vaults:1 | 60795 ||| Stepping randomly (stuck).
 60797 | Vaults:1 | 60797 ||| Stepping randomly (stuck).
 60799 | Vaults:1 | 60799 ||| Stepping randomly (stuck).
 60801 | Vaults:1 | 60801 ||| Stepping randomly (stuck).
 60803 | Vaults:1 | 60803 ||| Stepping randomly (stuck).
 60805 | Vaults:1 | 60805 ||| Stepping randomly (stuck).
 60807 | Vaults:1 | 60807 ||| Stepping randomly (stuck).
 60809 | Vaults:1 | 60809 ||| Stepping randomly (stuck).
 60811 | Vaults:1 | 60811 ||| Stepping randomly (stuck).
 60813 | Vaults:1 | 60813 ||| Stepping randomly (stuck).
 60815 | Vaults:1 | 60815 ||| Stepping randomly (stuck).
 60817 | Vaults:1 | 60817 ||| Stepping randomly (stuck).
 60819 | Vaults:1 | 60819 ||| Stepping randomly (stuck).
 60821 | Vaults:1 | 60821 ||| Stepping randomly (stuck).
 60823 | Vaults:1 | 60823 ||| Stepping randomly (stuck).
 60825 | Vaults:1 | 60825 ||| Stepping randomly (stuck).
 60827 | Vaults:1 | 60827 ||| Stepping randomly (stuck).
 60829 | Vaults:1 | 60829 ||| Stepping randomly (stuck).
 60831 | Vaults:1 | 60831 ||| Stepping randomly (stuck).
 60833 | Vaults:1 | 60833 ||| Stepping randomly (stuck).
 60835 | Vaults:1 | 60835 ||| Stepping randomly (stuck).
 60837 | Vaults:1 | 60837 ||| Stepping randomly (stuck).
 60839 | Vaults:1 | 60839 ||| Stepping randomly (stuck).
 60841 | Vaults:1 | 60841 ||| Stepping randomly (stuck).
 60843 | Vaults:1 | 60843 ||| Stepping randomly (stuck).
 60845 | Vaults:1 | 60845 ||| Stepping randomly (stuck).
 60847 | Vaults:1 | 60847 ||| Stepping randomly (stuck).
 60849 | Vaults:1 | 60849 ||| Stepping randomly (stuck).
 60851 | Vaults:1 | 60851 ||| Stepping randomly (stuck).
 60853 | Vaults:1 | 60853 ||| Stepping randomly (stuck).
 60855 | Vaults:1 | 60855 ||| Stepping randomly (stuck).
 60857 | Vaults:1 | 60857 ||| Stepping randomly (stuck).
 60859 | Vaults:1 | 60859 ||| Stepping randomly (stuck).
 60861 | Vaults:1 | 60861 ||| Stepping randomly (stuck).
 60863 | Vaults:1 | 60863 ||| Stepping randomly (stuck).
 60865 | Vaults:1 | 60865 ||| Stepping randomly (stuck).
 60867 | Vaults:1 | 60867 ||| Stepping randomly (stuck).
 60869 | Vaults:1 | 60869 ||| Stepping randomly (stuck).
 60871 | Vaults:1 | 60871 ||| Stepping randomly (stuck).
 60873 | Vaults:1 | 60873 ||| Stepping randomly (stuck).
 60875 | Vaults:1 | 60875 ||| Stepping randomly (stuck).
 60877 | Vaults:1 | 60877 ||| Stepping randomly (stuck).
 60879 | Vaults:1 | 60879 ||| Stepping randomly (stuck).
 60881 | Vaults:1 | 60881 ||| Stepping randomly (stuck).
 60883 | Vaults:1 | 60883 ||| Stepping randomly (stuck).
 60885 | Vaults:1 | 60885 ||| Stepping randomly (stuck).
 60887 | Vaults:1 | 60887 ||| Stepping randomly (stuck).
 60889 | Vaults:1 | 60889 ||| Stepping randomly (stuck).
 60891 | Vaults:1 | 60891 ||| Stepping randomly (stuck).
 60893 | Vaults:1 | 60893 ||| Stepping randomly (stuck).
 60895 | Vaults:1 | 60895 ||| Stepping randomly (stuck).
 60897 | Vaults:1 | 60897 ||| Stepping randomly (stuck).
 60899 | Vaults:1 | 60899 ||| Stepping randomly (stuck).
 60901 | Vaults:1 | 60901 ||| Stepping randomly (stuck).
 60903 | Vaults:1 | 60903 ||| Stepping randomly (stuck).
 60905 | Vaults:1 | 60905 ||| Stepping randomly (stuck).
 60907 | Vaults:1 | 60907 ||| Stepping randomly (stuck).
 60909 | Vaults:1 | 60909 ||| Stepping randomly (stuck).
 60911 | Vaults:1 | 60911 ||| Stepping randomly (stuck).
 60913 | Vaults:1 | 60913 ||| Stepping randomly (stuck).
 60915 | Vaults:1 | 60915 ||| Stepping randomly (stuck).
 60917 | Vaults:1 | 60917 ||| Stepping randomly (stuck).
 60919 | Vaults:1 | 60919 ||| Stepping randomly (stuck).
 60921 | Vaults:1 | 60921 ||| Stepping randomly (stuck).
 60923 | Vaults:1 | 60923 ||| Stepping randomly (stuck).
 60925 | Vaults:1 | 60925 ||| Stepping randomly (stuck).
 60927 | Vaults:1 | 60927 ||| Stepping randomly (stuck).
 60929 | Vaults:1 | 60929 ||| Stepping randomly (stuck).
 60931 | Vaults:1 | 60931 ||| Stepping randomly (stuck).
 60933 | Vaults:1 | 60933 ||| Stepping randomly (stuck).
 60935 | Vaults:1 | 60935 ||| Stepping randomly (stuck).
 60937 | Vaults:1 | 60937 ||| Stepping randomly (stuck).
 60939 | Vaults:1 | 60939 ||| Stepping randomly (stuck).
 60941 | Vaults:1 | 60941 ||| Stepping randomly (stuck).
 60943 | Vaults:1 | 60943 ||| Stepping randomly (stuck).
 60945 | Vaults:1 | 60945 ||| Stepping randomly (stuck).
 60947 | Vaults:1 | 60947 ||| Stepping randomly (stuck).
 60949 | Vaults:1 | 60949 ||| Stepping randomly (stuck).
 60951 | Vaults:1 | 60951 ||| Stepping randomly (stuck).
 60953 | Vaults:1 | 60953 ||| Stepping randomly (stuck).
 60955 | Vaults:1 | 60955 ||| Stepping randomly (stuck).
 60957 | Vaults:1 | 60957 ||| Stepping randomly (stuck).
 60959 | Vaults:1 | 60959 ||| Stepping randomly (stuck).
 60961 | Vaults:1 | 60961 ||| Stepping randomly (stuck).
 60963 | Vaults:1 | 60963 ||| Stepping randomly (stuck).
 60965 | Vaults:1 | 60965 ||| Stepping randomly (stuck).
 60967 | Vaults:1 | 60967 ||| Stepping randomly (stuck).
 60969 | Vaults:1 | 60969 ||| Stepping randomly (stuck).
 60971 | Vaults:1 | 60971 ||| Stepping randomly (stuck).
 60973 | Vaults:1 | 60973 ||| Stepping randomly (stuck).
 60975 | Vaults:1 | 60975 ||| Stepping randomly (stuck).
 60977 | Vaults:1 | 60977 ||| Stepping randomly (stuck).
 60979 | Vaults:1 | 60979 ||| Stepping randomly (stuck).
 60981 | Vaults:1 | 60981 ||| Stepping randomly (stuck).
 60983 | Vaults:1 | 60983 ||| Stepping randomly (stuck).
 60985 | Vaults:1 | 60985 ||| Stepping randomly (stuck).
 60987 | Vaults:1 | 60987 ||| Stepping randomly (stuck).
 60989 | Vaults:1 | 60989 ||| Stepping randomly (stuck).
 60991 | Vaults:1 | 60991 ||| Stepping randomly (stuck).
 60993 | Vaults:1 | 60993 ||| Stepping randomly (stuck).
 60995 | Vaults:1 | 60995 ||| Stepping randomly (stuck).
 60997 | Vaults:1 | 60997 ||| Stepping randomly (stuck).
 60999 | Vaults:1 | 60999 ||| Stepping randomly (stuck).
 61001 | Vaults:1 | 61001 ||| Stepping randomly (stuck).
 61003 | Vaults:1 | 61003 ||| Stepping randomly (stuck).
 61005 | Vaults:1 | 61005 ||| Stepping randomly (stuck).
 61007 | Vaults:1 | 61007 ||| Stepping randomly (stuck).
 61009 | Vaults:1 | 61009 ||| Stepping randomly (stuck).
 61011 | Vaults:1 | 61011 ||| Stepping randomly (stuck).
 61013 | Vaults:1 | 61013 ||| Stepping randomly (stuck).
 61015 | Vaults:1 | 61015 ||| Stepping randomly (stuck).
 61017 | Vaults:1 | 61017 ||| Stepping randomly (stuck).
 61019 | Vaults:1 | 61019 ||| Stepping randomly (stuck).
 61021 | Vaults:1 | 61021 ||| Stepping randomly (stuck).
 61023 | Vaults:1 | 61023 ||| Stepping randomly (stuck).
 61025 | Vaults:1 | 61025 ||| Stepping randomly (stuck).
 61027 | Vaults:1 | 61027 ||| Stepping randomly (stuck).
 61029 | Vaults:1 | 61029 ||| Stepping randomly (stuck).
 61031 | Vaults:1 | 61031 ||| Stepping randomly (stuck).
 61033 | Vaults:1 | 61033 ||| Stepping randomly (stuck).
 61035 | Vaults:1 | 61035 ||| Stepping randomly (stuck).
 61037 | Vaults:1 | 61037 ||| Stepping randomly (stuck).
 61039 | Vaults:1 | 61039 ||| Stepping randomly (stuck).
 61041 | Vaults:1 | 61041 ||| Stepping randomly (stuck).
 61043 | Vaults:1 | 61043 ||| Stepping randomly (stuck).
 61045 | Vaults:1 | 61045 ||| Stepping randomly (stuck).
 61047 | Vaults:1 | 61047 ||| Stepping randomly (stuck).
 61049 | Vaults:1 | 61049 ||| Stepping randomly (stuck).
 61051 | Vaults:1 | 61051 ||| Stepping randomly (stuck).
 61053 | Vaults:1 | 61053 ||| Stepping randomly (stuck).
 61055 | Vaults:1 | 61055 ||| Stepping randomly (stuck).
 61057 | Vaults:1 | 61057 ||| Stepping randomly (stuck).
 61059 | Vaults:1 | 61059 ||| Stepping randomly (stuck).
 61061 | Vaults:1 | 61061 ||| Stepping randomly (stuck).
 61063 | Vaults:1 | 61063 ||| Stepping randomly (stuck).
 61065 | Vaults:1 | 61065 ||| Stepping randomly (stuck).
 61067 | Vaults:1 | 61067 ||| Stepping randomly (stuck).
 61069 | Vaults:1 | 61069 ||| Stepping randomly (stuck).
 61070 | Vaults:1 | Glimpsed the power of Zot.
 61071 | Vaults:1 | 61071 ||| Stepping randomly (stuck).
 61073 | Vaults:1 | 61073 ||| Stepping randomly (stuck).
 61075 | Vaults:1 | 61075 ||| Stepping randomly (stuck).
 61077 | Vaults:1 | 61077 ||| Stepping randomly (stuck).
 61079 | Vaults:1 | 61079 ||| Stepping randomly (stuck).
 61081 | Vaults:1 | 61081 ||| Stepping randomly (stuck).
 61083 | Vaults:1 | 61083 ||| Stepping randomly (stuck).
 61085 | Vaults:1 | 61085 ||| Stepping randomly (stuck).
 61087 | Vaults:1 | 61087 ||| Stepping randomly (stuck).
 61089 | Vaults:1 | 61089 ||| Stepping randomly (stuck).
 61091 | Vaults:1 | 61091 ||| Stepping randomly (stuck).
 61093 | Vaults:1 | 61093 ||| Stepping randomly (stuck).
 61095 | Vaults:1 | 61095 ||| Stepping randomly (stuck).
 61097 | Vaults:1 | 61097 ||| Stepping randomly (stuck).
 61099 | Vaults:1 | 61099 ||| Stepping randomly (stuck).
 61101 | Vaults:1 | 61101 ||| Stepping randomly (stuck).
 61103 | Vaults:1 | 61103 ||| Stepping randomly (stuck).
 61105 | Vaults:1 | 61105 ||| Stepping randomly (stuck).
 61107 | Vaults:1 | 61107 ||| Stepping randomly (stuck).
 61109 | Vaults:1 | 61109 ||| Stepping randomly (stuck).
 61111 | Vaults:1 | 61111 ||| Stepping randomly (stuck).
 61113 | Vaults:1 | 61113 ||| Stepping randomly (stuck).
 61115 | Vaults:1 | 61115 ||| Stepping randomly (stuck).
 61117 | Vaults:1 | 61117 ||| Stepping randomly (stuck).
 61119 | Vaults:1 | 61119 ||| Stepping randomly (stuck).
 61121 | Vaults:1 | 61121 ||| Stepping randomly (stuck).
 61123 | Vaults:1 | 61123 ||| Stepping randomly (stuck).
 61125 | Vaults:1 | 61125 ||| Stepping randomly (stuck).
 61127 | Vaults:1 | 61127 ||| Stepping randomly (stuck).
 61129 | Vaults:1 | 61129 ||| Stepping randomly (stuck).
 61131 | Vaults:1 | 61131 ||| Stepping randomly (stuck).
 61133 | Vaults:1 | 61133 ||| Stepping randomly (stuck).
 61135 | Vaults:1 | 61135 ||| Stepping randomly (stuck).
 61137 | Vaults:1 | 61137 ||| Stepping randomly (stuck).
 61139 | Vaults:1 | 61139 ||| Stepping randomly (stuck).
 61141 | Vaults:1 | 61141 ||| Stepping randomly (stuck).
 61143 | Vaults:1 | 61143 ||| Stepping randomly (stuck).
 61145 | Vaults:1 | 61145 ||| Stepping randomly (stuck).
 61147 | Vaults:1 | 61147 ||| Stepping randomly (stuck).
 61149 | Vaults:1 | 61149 ||| Stepping randomly (stuck).
 61151 | Vaults:1 | 61151 ||| Stepping randomly (stuck).
 61153 | Vaults:1 | 61153 ||| Stepping randomly (stuck).
 61155 | Vaults:1 | 61155 ||| Stepping randomly (stuck).
 61157 | Vaults:1 | 61157 ||| Stepping randomly (stuck).
 61159 | Vaults:1 | 61159 ||| Stepping randomly (stuck).
 61161 | Vaults:1 | 61161 ||| Stepping randomly (stuck).
 61163 | Vaults:1 | 61163 ||| Stepping randomly (stuck).
 61165 | Vaults:1 | 61165 ||| Stepping randomly (stuck).
 61167 | Vaults:1 | 61167 ||| Stepping randomly (stuck).
 61169 | Vaults:1 | 61169 ||| Stepping randomly (stuck).
 61171 | Vaults:1 | 61171 ||| Stepping randomly (stuck).
 61173 | Vaults:1 | 61173 ||| Stepping randomly (stuck).
 61175 | Vaults:1 | 61175 ||| Stepping randomly (stuck).
 61177 | Vaults:1 | 61177 ||| Stepping randomly (stuck).
 61179 | Vaults:1 | 61179 ||| Stepping randomly (stuck).
 61181 | Vaults:1 | 61181 ||| Stepping randomly (stuck).
 61183 | Vaults:1 | 61183 ||| Stepping randomly (stuck).
 61185 | Vaults:1 | 61185 ||| Stepping randomly (stuck).
 61187 | Vaults:1 | 61187 ||| Stepping randomly (stuck).
 61189 | Vaults:1 | 61189 ||| Stepping randomly (stuck).
 61191 | Vaults:1 | 61191 ||| Stepping randomly (stuck).
 61193 | Vaults:1 | 61193 ||| Stepping randomly (stuck).
 61195 | Vaults:1 | 61195 ||| Stepping randomly (stuck).
 61197 | Vaults:1 | 61197 ||| Stepping randomly (stuck).
 61199 | Vaults:1 | 61199 ||| Stepping randomly (stuck).
 61201 | Vaults:1 | 61201 ||| Stepping randomly (stuck).
 61203 | Vaults:1 | 61203 ||| Stepping randomly (stuck).
 61205 | Vaults:1 | 61205 ||| Stepping randomly (stuck).
 61207 | Vaults:1 | 61207 ||| Stepping randomly (stuck).
 61209 | Vaults:1 | 61209 ||| Stepping randomly (stuck).
 61211 | Vaults:1 | 61211 ||| Stepping randomly (stuck).
 61213 | Vaults:1 | 61213 ||| Stepping randomly (stuck).
 61215 | Vaults:1 | 61215 ||| Stepping randomly (stuck).
 61217 | Vaults:1 | 61217 ||| Stepping randomly (stuck).
 61219 | Vaults:1 | 61219 ||| Stepping randomly (stuck).
 61221 | Vaults:1 | 61221 ||| Stepping randomly (stuck).
 61223 | Vaults:1 | 61223 ||| Stepping randomly (stuck).
 61225 | Vaults:1 | 61225 ||| Stepping randomly (stuck).
 61227 | Vaults:1 | 61227 ||| Stepping randomly (stuck).
 61229 | Vaults:1 | 61229 ||| Stepping randomly (stuck).
 61231 | Vaults:1 | 61231 ||| Stepping randomly (stuck).
 61233 | Vaults:1 | 61233 ||| Stepping randomly (stuck).
 61235 | Vaults:1 | 61235 ||| Stepping randomly (stuck).
 61237 | Vaults:1 | 61237 ||| Stepping randomly (stuck).
 61239 | Vaults:1 | 61239 ||| Stepping randomly (stuck).
 61241 | Vaults:1 | 61241 ||| Stepping randomly (stuck).
 61243 | Vaults:1 | 61243 ||| Stepping randomly (stuck).
 61245 | Vaults:1 | 61245 ||| Stepping randomly (stuck).
 61247 | Vaults:1 | 61247 ||| Stepping randomly (stuck).
 61249 | Vaults:1 | 61249 ||| Stepping randomly (stuck).
 61251 | Vaults:1 | 61251 ||| Stepping randomly (stuck).
 61253 | Vaults:1 | 61253 ||| Stepping randomly (stuck).
 61255 | Vaults:1 | 61255 ||| Stepping randomly (stuck).
 61257 | Vaults:1 | 61257 ||| Stepping randomly (stuck).
 61259 | Vaults:1 | 61259 ||| Stepping randomly (stuck).
 61261 | Vaults:1 | 61261 ||| Stepping randomly (stuck).
 61263 | Vaults:1 | 61263 ||| Stepping randomly (stuck).
 61265 | Vaults:1 | 61265 ||| Stepping randomly (stuck).
 61267 | Vaults:1 | 61267 ||| Stepping randomly (stuck).
 61269 | Vaults:1 | 61269 ||| Stepping randomly (stuck).
 61271 | Vaults:1 | 61271 ||| Stepping randomly (stuck).
 61273 | Vaults:1 | 61273 ||| Stepping randomly (stuck).
 61275 | Vaults:1 | 61275 ||| Stepping randomly (stuck).
 61277 | Vaults:1 | 61277 ||| Stepping randomly (stuck).
 61279 | Vaults:1 | 61279 ||| Stepping randomly (stuck).
 61281 | Vaults:1 | 61281 ||| Stepping randomly (stuck).
 61283 | Vaults:1 | 61283 ||| Stepping randomly (stuck).
 61285 | Vaults:1 | 61285 ||| Stepping randomly (stuck).
 61287 | Vaults:1 | 61287 ||| Stepping randomly (stuck).
 61289 | Vaults:1 | 61289 ||| Stepping randomly (stuck).
 61291 | Vaults:1 | 61291 ||| Stepping randomly (stuck).
 61293 | Vaults:1 | 61293 ||| Stepping randomly (stuck).
 61295 | Vaults:1 | 61295 ||| Stepping randomly (stuck).
 61297 | Vaults:1 | 61297 ||| Stepping randomly (stuck).
 61299 | Vaults:1 | 61299 ||| Stepping randomly (stuck).
 61301 | Vaults:1 | 61301 ||| Stepping randomly (stuck).
 61303 | Vaults:1 | 61303 ||| Stepping randomly (stuck).
 61305 | Vaults:1 | 61305 ||| Stepping randomly (stuck).
 61307 | Vaults:1 | 61307 ||| Stepping randomly (stuck).
 61309 | Vaults:1 | 61309 ||| Stepping randomly (stuck).
 61311 | Vaults:1 | 61311 ||| Stepping randomly (stuck).
 61313 | Vaults:1 | 61313 ||| Stepping randomly (stuck).
 61315 | Vaults:1 | 61315 ||| Stepping randomly (stuck).
 61317 | Vaults:1 | 61317 ||| Stepping randomly (stuck).
 61319 | Vaults:1 | 61319 ||| Stepping randomly (stuck).
 61321 | Vaults:1 | 61321 ||| Stepping randomly (stuck).
 61323 | Vaults:1 | 61323 ||| Stepping randomly (stuck).
 61325 | Vaults:1 | 61325 ||| Stepping randomly (stuck).
 61327 | Vaults:1 | 61327 ||| Stepping randomly (stuck).
 61329 | Vaults:1 | 61329 ||| Stepping randomly (stuck).
 61331 | Vaults:1 | 61331 ||| Stepping randomly (stuck).
 61333 | Vaults:1 | 61333 ||| Stepping randomly (stuck).
 61335 | Vaults:1 | 61335 ||| Stepping randomly (stuck).
 61337 | Vaults:1 | 61337 ||| Stepping randomly (stuck).
 61339 | Vaults:1 | 61339 ||| Stepping randomly (stuck).
 61341 | Vaults:1 | 61341 ||| Stepping randomly (stuck).
 61343 | Vaults:1 | 61343 ||| Stepping randomly (stuck).
 61345 | Vaults:1 | 61345 ||| Stepping randomly (stuck).
 61347 | Vaults:1 | 61347 ||| Stepping randomly (stuck).
 61349 | Vaults:1 | 61349 ||| Stepping randomly (stuck).
 61351 | Vaults:1 | 61351 ||| Stepping randomly (stuck).
 61353 | Vaults:1 | 61353 ||| Stepping randomly (stuck).
 61355 | Vaults:1 | 61355 ||| Stepping randomly (stuck).
 61357 | Vaults:1 | 61357 ||| Stepping randomly (stuck).
 61359 | Vaults:1 | 61359 ||| Stepping randomly (stuck).
 61361 | Vaults:1 | 61361 ||| Stepping randomly (stuck).
 61363 | Vaults:1 | 61363 ||| Stepping randomly (stuck).
 61365 | Vaults:1 | 61365 ||| Stepping randomly (stuck).
 61367 | Vaults:1 | 61367 ||| Stepping randomly (stuck).
 61369 | Vaults:1 | 61369 ||| Stepping randomly (stuck).
 61371 | Vaults:1 | 61371 ||| Stepping randomly (stuck).
 61373 | Vaults:1 | 61373 ||| Stepping randomly (stuck).
 61375 | Vaults:1 | 61375 ||| Stepping randomly (stuck).
 61377 | Vaults:1 | 61377 ||| Stepping randomly (stuck).
 61379 | Vaults:1 | 61379 ||| Stepping randomly (stuck).
 61381 | Vaults:1 | 61381 ||| Stepping randomly (stuck).
 61383 | Vaults:1 | 61383 ||| Stepping randomly (stuck).
 61385 | Vaults:1 | 61385 ||| Stepping randomly (stuck).
 61387 | Vaults:1 | 61387 ||| Stepping randomly (stuck).
 61389 | Vaults:1 | 61389 ||| Stepping randomly (stuck).
 61391 | Vaults:1 | 61391 ||| Stepping randomly (stuck).
 61393 | Vaults:1 | 61393 ||| Stepping randomly (stuck).
 61395 | Vaults:1 | 61395 ||| Stepping randomly (stuck).
 61397 | Vaults:1 | 61397 ||| Stepping randomly (stuck).
 61399 | Vaults:1 | 61399 ||| Stepping randomly (stuck).
 61401 | Vaults:1 | 61401 ||| Stepping randomly (stuck).
 61403 | Vaults:1 | 61403 ||| Stepping randomly (stuck).
 61405 | Vaults:1 | 61405 ||| Stepping randomly (stuck).
 61407 | Vaults:1 | 61407 ||| Stepping randomly (stuck).
 61409 | Vaults:1 | 61409 ||| Stepping randomly (stuck).
 61411 | Vaults:1 | 61411 ||| Stepping randomly (stuck).
 61413 | Vaults:1 | 61413 ||| Stepping randomly (stuck).
 61415 | Vaults:1 | 61415 ||| Stepping randomly (stuck).
 61417 | Vaults:1 | 61417 ||| Stepping randomly (stuck).
 61419 | Vaults:1 | 61419 ||| Stepping randomly (stuck).
 61421 | Vaults:1 | 61421 ||| Stepping randomly (stuck).
 61423 | Vaults:1 | 61423 ||| Stepping randomly (stuck).
 61425 | Vaults:1 | 61425 ||| Stepping randomly (stuck).
 61427 | Vaults:1 | 61427 ||| Stepping randomly (stuck).
 61429 | Vaults:1 | 61429 ||| Stepping randomly (stuck).
 61431 | Vaults:1 | 61431 ||| Stepping randomly (stuck).
 61433 | Vaults:1 | 61433 ||| Stepping randomly (stuck).
 61435 | Vaults:1 | 61435 ||| Stepping randomly (stuck).
 61437 | Vaults:1 | 61437 ||| Stepping randomly (stuck).
 61439 | Vaults:1 | 61439 ||| Stepping randomly (stuck).
 61441 | Vaults:1 | 61441 ||| Stepping randomly (stuck).
 61443 | Vaults:1 | 61443 ||| Stepping randomly (stuck).
 61445 | Vaults:1 | 61445 ||| Stepping randomly (stuck).
 61447 | Vaults:1 | 61447 ||| Stepping randomly (stuck).
 61449 | Vaults:1 | 61449 ||| Stepping randomly (stuck).
 61451 | Vaults:1 | 61451 ||| Stepping randomly (stuck).
 61453 | Vaults:1 | 61453 ||| Stepping randomly (stuck).
 61455 | Vaults:1 | 61455 ||| Stepping randomly (stuck).
 61457 | Vaults:1 | 61457 ||| Stepping randomly (stuck).
 61459 | Vaults:1 | 61459 ||| Stepping randomly (stuck).
 61461 | Vaults:1 | 61461 ||| Stepping randomly (stuck).
 61463 | Vaults:1 | 61463 ||| Stepping randomly (stuck).
 61465 | Vaults:1 | 61465 ||| Stepping randomly (stuck).
 61467 | Vaults:1 | 61467 ||| Stepping randomly (stuck).
 61469 | Vaults:1 | 61469 ||| Stepping randomly (stuck).
 61470 | Vaults:1 | Glimpsed the power of Zot.
 61471 | Vaults:1 | 61471 ||| Stepping randomly (stuck).
 61473 | Vaults:1 | 61473 ||| Stepping randomly (stuck).
 61475 | Vaults:1 | 61475 ||| Stepping randomly (stuck).
 61477 | Vaults:1 | 61477 ||| Stepping randomly (stuck).
 61479 | Vaults:1 | 61479 ||| Stepping randomly (stuck).
 61481 | Vaults:1 | 61481 ||| Stepping randomly (stuck).
 61483 | Vaults:1 | 61483 ||| Stepping randomly (stuck).
 61485 | Vaults:1 | 61485 ||| Stepping randomly (stuck).
 61487 | Vaults:1 | 61487 ||| Stepping randomly (stuck).
 61489 | Vaults:1 | 61489 ||| Stepping randomly (stuck).
 61491 | Vaults:1 | 61491 ||| Stepping randomly (stuck).
 61493 | Vaults:1 | 61493 ||| Stepping randomly (stuck).
 61495 | Vaults:1 | 61495 ||| Stepping randomly (stuck).
 61497 | Vaults:1 | 61497 ||| Stepping randomly (stuck).
 61499 | Vaults:1 | 61499 ||| Stepping randomly (stuck).
 61501 | Vaults:1 | 61501 ||| Stepping randomly (stuck).
 61503 | Vaults:1 | 61503 ||| Stepping randomly (stuck).
 61505 | Vaults:1 | 61505 ||| Stepping randomly (stuck).
 61507 | Vaults:1 | 61507 ||| Stepping randomly (stuck).
 61509 | Vaults:1 | 61509 ||| Stepping randomly (stuck).
 61511 | Vaults:1 | 61511 ||| Stepping randomly (stuck).
 61513 | Vaults:1 | 61513 ||| Stepping randomly (stuck).
 61515 | Vaults:1 | 61515 ||| Stepping randomly (stuck).
 61517 | Vaults:1 | 61517 ||| Stepping randomly (stuck).
 61519 | Vaults:1 | 61519 ||| Stepping randomly (stuck).
 61521 | Vaults:1 | 61521 ||| Stepping randomly (stuck).
 61523 | Vaults:1 | 61523 ||| Stepping randomly (stuck).
 61525 | Vaults:1 | 61525 ||| Stepping randomly (stuck).
 61527 | Vaults:1 | 61527 ||| Stepping randomly (stuck).
 61529 | Vaults:1 | 61529 ||| Stepping randomly (stuck).
 61531 | Vaults:1 | 61531 ||| Stepping randomly (stuck).
 61533 | Vaults:1 | 61533 ||| Stepping randomly (stuck).
 61535 | Vaults:1 | 61535 ||| Stepping randomly (stuck).
 61537 | Vaults:1 | 61537 ||| Stepping randomly (stuck).
 61539 | Vaults:1 | 61539 ||| Stepping randomly (stuck).
 61541 | Vaults:1 | 61541 ||| Stepping randomly (stuck).
 61543 | Vaults:1 | 61543 ||| Stepping randomly (stuck).
 61545 | Vaults:1 | 61545 ||| Stepping randomly (stuck).
 61547 | Vaults:1 | 61547 ||| Stepping randomly (stuck).
 61549 | Vaults:1 | 61549 ||| Stepping randomly (stuck).
 61551 | Vaults:1 | 61551 ||| Stepping randomly (stuck).
 61553 | Vaults:1 | 61553 ||| Stepping randomly (stuck).
 61555 | Vaults:1 | 61555 ||| Stepping randomly (stuck).
 61557 | Vaults:1 | 61557 ||| Stepping randomly (stuck).
 61559 | Vaults:1 | 61559 ||| Stepping randomly (stuck).
 61561 | Vaults:1 | 61561 ||| Stepping randomly (stuck).
 61563 | Vaults:1 | 61563 ||| Stepping randomly (stuck).
 61565 | Vaults:1 | 61565 ||| Stepping randomly (stuck).
 61567 | Vaults:1 | 61567 ||| Stepping randomly (stuck).
 61569 | Vaults:1 | 61569 ||| Stepping randomly (stuck).
 61569 | Vaults:1 | Touched by the power of Zot (MHP 1 -> 1)
 61570 | Vaults:1 | Glimpsed the power of Zot.
 61571 | Vaults:1 | 61571 ||| Stepping randomly (stuck).
 61573 | Vaults:1 | 61573 ||| Stepping randomly (stuck).
 61575 | Vaults:1 | 61575 ||| Stepping randomly (stuck).
 61577 | Vaults:1 | 61577 ||| Stepping randomly (stuck).
 61579 | Vaults:1 | 61579 ||| Stepping randomly (stuck).
 61581 | Vaults:1 | 61581 ||| Stepping randomly (stuck).
 61583 | Vaults:1 | 61583 ||| Stepping randomly (stuck).
 61585 | Vaults:1 | 61585 ||| Stepping randomly (stuck).
 61587 | Vaults:1 | 61587 ||| Stepping randomly (stuck).
 61589 | Vaults:1 | 61589 ||| Stepping randomly (stuck).
 61591 | Vaults:1 | 61591 ||| Stepping randomly (stuck).
 61593 | Vaults:1 | 61593 ||| Stepping randomly (stuck).
 61595 | Vaults:1 | 61595 ||| Stepping randomly (stuck).
 61597 | Vaults:1 | 61597 ||| Stepping randomly (stuck).
 61599 | Vaults:1 | 61599 ||| Stepping randomly (stuck).
 61601 | Vaults:1 | 61601 ||| Stepping randomly (stuck).
 61603 | Vaults:1 | 61603 ||| Stepping randomly (stuck).
 61605 | Vaults:1 | 61605 ||| Stepping randomly (stuck).
 61607 | Vaults:1 | 61607 ||| Stepping randomly (stuck).
 61609 | Vaults:1 | 61609 ||| Stepping randomly (stuck).
 61611 | Vaults:1 | 61611 ||| Stepping randomly (stuck).
 61613 | Vaults:1 | 61613 ||| Stepping randomly (stuck).
 61615 | Vaults:1 | 61615 ||| Stepping randomly (stuck).
 61617 | Vaults:1 | 61617 ||| Stepping randomly (stuck).
 61619 | Vaults:1 | 61619 ||| Stepping randomly (stuck).
 61621 | Vaults:1 | 61621 ||| Stepping randomly (stuck).
 61623 | Vaults:1 | 61623 ||| Stepping randomly (stuck).
 61625 | Vaults:1 | 61625 ||| Stepping randomly (stuck).
 61627 | Vaults:1 | 61627 ||| Stepping randomly (stuck).
 61629 | Vaults:1 | 61629 ||| Stepping randomly (stuck).
 61631 | Vaults:1 | 61631 ||| Stepping randomly (stuck).
 61633 | Vaults:1 | 61633 ||| Stepping randomly (stuck).
 61635 | Vaults:1 | 61635 ||| Stepping randomly (stuck).
 61637 | Vaults:1 | 61637 ||| Stepping randomly (stuck).
 61639 | Vaults:1 | 61639 ||| Stepping randomly (stuck).
 61641 | Vaults:1 | 61641 ||| Stepping randomly (stuck).
 61643 | Vaults:1 | 61643 ||| Stepping randomly (stuck).
 61645 | Vaults:1 | 61645 ||| Stepping randomly (stuck).
 61647 | Vaults:1 | 61647 ||| Stepping randomly (stuck).
 61649 | Vaults:1 | 61649 ||| Stepping randomly (stuck).
 61651 | Vaults:1 | 61651 ||| Stepping randomly (stuck).
 61653 | Vaults:1 | 61653 ||| Stepping randomly (stuck).
 61655 | Vaults:1 | 61655 ||| Stepping randomly (stuck).
 61657 | Vaults:1 | 61657 ||| Stepping randomly (stuck).
 61659 | Vaults:1 | 61659 ||| Stepping randomly (stuck).
 61661 | Vaults:1 | 61661 ||| Stepping randomly (stuck).
 61663 | Vaults:1 | 61663 ||| Stepping randomly (stuck).
 61665 | Vaults:1 | 61665 ||| Stepping randomly (stuck).
 61667 | Vaults:1 | 61667 ||| Stepping randomly (stuck).
 61669 | Vaults:1 | 61669 ||| Stepping randomly (stuck).
 61671 | Vaults:1 | 61671 ||| Stepping randomly (stuck).
 61673 | Vaults:1 | 61673 ||| Stepping randomly (stuck).
 61675 | Vaults:1 | 61675 ||| Stepping randomly (stuck).
 61677 | Vaults:1 | 61677 ||| Stepping randomly (stuck).
 61679 | Vaults:1 | 61679 ||| Stepping randomly (stuck).
 61681 | Vaults:1 | 61681 ||| Stepping randomly (stuck).
 61683 | Vaults:1 | 61683 ||| Stepping randomly (stuck).
 61685 | Vaults:1 | 61685 ||| Stepping randomly (stuck).
 61687 | Vaults:1 | 61687 ||| Stepping randomly (stuck).
 61689 | Vaults:1 | 61689 ||| Stepping randomly (stuck).
 61691 | Vaults:1 | 61691 ||| Stepping randomly (stuck).
 61693 | Vaults:1 | 61693 ||| Stepping randomly (stuck).
 61695 | Vaults:1 | 61695 ||| Stepping randomly (stuck).
 61697 | Vaults:1 | 61697 ||| Stepping randomly (stuck).
 61699 | Vaults:1 | 61699 ||| Stepping randomly (stuck).
 61701 | Vaults:1 | 61701 ||| Stepping randomly (stuck).
 61703 | Vaults:1 | 61703 ||| Stepping randomly (stuck).
 61705 | Vaults:1 | 61705 ||| Stepping randomly (stuck).
 61707 | Vaults:1 | 61707 ||| Stepping randomly (stuck).
 61709 | Vaults:1 | 61709 ||| Stepping randomly (stuck).
 61711 | Vaults:1 | 61711 ||| Stepping randomly (stuck).
 61713 | Vaults:1 | 61713 ||| Stepping randomly (stuck).
 61715 | Vaults:1 | 61715 ||| Stepping randomly (stuck).
 61717 | Vaults:1 | 61717 ||| Stepping randomly (stuck).
 61719 | Vaults:1 | 61719 ||| Stepping randomly (stuck).
 61721 | Vaults:1 | 61721 ||| Stepping randomly (stuck).
 61723 | Vaults:1 | 61723 ||| Stepping randomly (stuck).
 61725 | Vaults:1 | 61725 ||| Stepping randomly (stuck).
 61727 | Vaults:1 | 61727 ||| Stepping randomly (stuck).
 61729 | Vaults:1 | 61729 ||| Stepping randomly (stuck).
 61731 | Vaults:1 | 61731 ||| Stepping randomly (stuck).
 61733 | Vaults:1 | 61733 ||| Stepping randomly (stuck).
 61735 | Vaults:1 | 61735 ||| Stepping randomly (stuck).
 61737 | Vaults:1 | 61737 ||| Stepping randomly (stuck).
 61739 | Vaults:1 | 61739 ||| Stepping randomly (stuck).
 61741 | Vaults:1 | 61741 ||| Stepping randomly (stuck).
 61743 | Vaults:1 | 61743 ||| Stepping randomly (stuck).
 61745 | Vaults:1 | 61745 ||| Stepping randomly (stuck).
 61747 | Vaults:1 | 61747 ||| Stepping randomly (stuck).
 61749 | Vaults:1 | 61749 ||| Stepping randomly (stuck).
 61751 | Vaults:1 | 61751 ||| Stepping randomly (stuck).
 61753 | Vaults:1 | 61753 ||| Stepping randomly (stuck).
 61755 | Vaults:1 | 61755 ||| Stepping randomly (stuck).
 61757 | Vaults:1 | 61757 ||| Stepping randomly (stuck).
 61759 | Vaults:1 | 61759 ||| Stepping randomly (stuck).
 61761 | Vaults:1 | 61761 ||| Stepping randomly (stuck).
 61763 | Vaults:1 | 61763 ||| Stepping randomly (stuck).
 61765 | Vaults:1 | 61765 ||| Stepping randomly (stuck).
 61767 | Vaults:1 | 61767 ||| Stepping randomly (stuck).
 61769 | Vaults:1 | 61769 ||| Stepping randomly (stuck).
 61771 | Vaults:1 | 61771 ||| Stepping randomly (stuck).
 61773 | Vaults:1 | 61773 ||| Stepping randomly (stuck).
 61775 | Vaults:1 | 61775 ||| Stepping randomly (stuck).
 61777 | Vaults:1 | 61777 ||| Stepping randomly (stuck).
 61779 | Vaults:1 | 61779 ||| Stepping randomly (stuck).
 61781 | Vaults:1 | 61781 ||| Stepping randomly (stuck).
 61783 | Vaults:1 | 61783 ||| Stepping randomly (stuck).
 61785 | Vaults:1 | 61785 ||| Stepping randomly (stuck).
 61787 | Vaults:1 | 61787 ||| Stepping randomly (stuck).
 61789 | Vaults:1 | 61789 ||| Stepping randomly (stuck).
 61791 | Vaults:1 | 61791 ||| Stepping randomly (stuck).
 61793 | Vaults:1 | 61793 ||| Stepping randomly (stuck).
 61795 | Vaults:1 | 61795 ||| Stepping randomly (stuck).
 61797 | Vaults:1 | 61797 ||| Stepping randomly (stuck).
 61799 | Vaults:1 | 61799 ||| Stepping randomly (stuck).
 61801 | Vaults:1 | 61801 ||| Stepping randomly (stuck).
 61803 | Vaults:1 | 61803 ||| Stepping randomly (stuck).
 61805 | Vaults:1 | 61805 ||| Stepping randomly (stuck).
 61807 | Vaults:1 | 61807 ||| Stepping randomly (stuck).
 61809 | Vaults:1 | 61809 ||| Stepping randomly (stuck).
 61811 | Vaults:1 | 61811 ||| Stepping randomly (stuck).
 61813 | Vaults:1 | 61813 ||| Stepping randomly (stuck).
 61815 | Vaults:1 | 61815 ||| Stepping randomly (stuck).
 61817 | Vaults:1 | 61817 ||| Stepping randomly (stuck).
 61819 | Vaults:1 | 61819 ||| Stepping randomly (stuck).
 61821 | Vaults:1 | 61821 ||| Stepping randomly (stuck).
 61823 | Vaults:1 | 61823 ||| Stepping randomly (stuck).
 61825 | Vaults:1 | 61825 ||| Stepping randomly (stuck).
 61827 | Vaults:1 | 61827 ||| Stepping randomly (stuck).
 61829 | Vaults:1 | 61829 ||| Stepping randomly (stuck).
 61831 | Vaults:1 | 61831 ||| Stepping randomly (stuck).
 61833 | Vaults:1 | 61833 ||| Stepping randomly (stuck).
 61835 | Vaults:1 | 61835 ||| Stepping randomly (stuck).
 61837 | Vaults:1 | 61837 ||| Stepping randomly (stuck).
 61839 | Vaults:1 | 61839 ||| Stepping randomly (stuck).
 61841 | Vaults:1 | 61841 ||| Stepping randomly (stuck).
 61843 | Vaults:1 | 61843 ||| Stepping randomly (stuck).
 61845 | Vaults:1 | 61845 ||| Stepping randomly (stuck).
 61847 | Vaults:1 | 61847 ||| Stepping randomly (stuck).
 61849 | Vaults:1 | 61849 ||| Stepping randomly (stuck).
 61851 | Vaults:1 | 61851 ||| Stepping randomly (stuck).
 61853 | Vaults:1 | 61853 ||| Stepping randomly (stuck).
 61855 | Vaults:1 | 61855 ||| Stepping randomly (stuck).
 61857 | Vaults:1 | 61857 ||| Stepping randomly (stuck).
 61859 | Vaults:1 | 61859 ||| Stepping randomly (stuck).
 61861 | Vaults:1 | 61861 ||| Stepping randomly (stuck).
 61863 | Vaults:1 | 61863 ||| Stepping randomly (stuck).
 61865 | Vaults:1 | 61865 ||| Stepping randomly (stuck).
 61867 | Vaults:1 | 61867 ||| Stepping randomly (stuck).
 61869 | Vaults:1 | 61869 ||| Stepping randomly (stuck).
 61871 | Vaults:1 | 61871 ||| Stepping randomly (stuck).
 61873 | Vaults:1 | 61873 ||| Stepping randomly (stuck).
 61875 | Vaults:1 | 61875 ||| Stepping randomly (stuck).
 61877 | Vaults:1 | 61877 ||| Stepping randomly (stuck).
 61879 | Vaults:1 | 61879 ||| Stepping randomly (stuck).
 61881 | Vaults:1 | 61881 ||| Stepping randomly (stuck).
 61883 | Vaults:1 | 61883 ||| Stepping randomly (stuck).
 61885 | Vaults:1 | 61885 ||| Stepping randomly (stuck).
 61887 | Vaults:1 | 61887 ||| Stepping randomly (stuck).
 61889 | Vaults:1 | 61889 ||| Stepping randomly (stuck).
 61891 | Vaults:1 | 61891 ||| Stepping randomly (stuck).
 61893 | Vaults:1 | 61893 ||| Stepping randomly (stuck).
 61895 | Vaults:1 | 61895 ||| Stepping randomly (stuck).
 61897 | Vaults:1 | 61897 ||| Stepping randomly (stuck).
 61899 | Vaults:1 | 61899 ||| Stepping randomly (stuck).
 61901 | Vaults:1 | 61901 ||| Stepping randomly (stuck).
 61903 | Vaults:1 | 61903 ||| Stepping randomly (stuck).
 61905 | Vaults:1 | 61905 ||| Stepping randomly (stuck).
 61907 | Vaults:1 | 61907 ||| Stepping randomly (stuck).
 61909 | Vaults:1 | 61909 ||| Stepping randomly (stuck).
 61911 | Vaults:1 | 61911 ||| Stepping randomly (stuck).
 61913 | Vaults:1 | 61913 ||| Stepping randomly (stuck).
 61915 | Vaults:1 | 61915 ||| Stepping randomly (stuck).
 61917 | Vaults:1 | 61917 ||| Stepping randomly (stuck).
 61919 | Vaults:1 | 61919 ||| Stepping randomly (stuck).
 61921 | Vaults:1 | 61921 ||| Stepping randomly (stuck).
 61923 | Vaults:1 | 61923 ||| Stepping randomly (stuck).
 61925 | Vaults:1 | 61925 ||| Stepping randomly (stuck).
 61927 | Vaults:1 | 61927 ||| Stepping randomly (stuck).
 61929 | Vaults:1 | 61929 ||| Stepping randomly (stuck).
 61931 | Vaults:1 | 61931 ||| Stepping randomly (stuck).
 61933 | Vaults:1 | 61933 ||| Stepping randomly (stuck).
 61935 | Vaults:1 | 61935 ||| Stepping randomly (stuck).
 61937 | Vaults:1 | 61937 ||| Stepping randomly (stuck).
 61939 | Vaults:1 | 61939 ||| Stepping randomly (stuck).
 61941 | Vaults:1 | 61941 ||| Stepping randomly (stuck).
 61943 | Vaults:1 | 61943 ||| Stepping randomly (stuck).
 61945 | Vaults:1 | 61945 ||| Stepping randomly (stuck).
 61947 | Vaults:1 | 61947 ||| Stepping randomly (stuck).
 61949 | Vaults:1 | 61949 ||| Stepping randomly (stuck).
 61951 | Vaults:1 | 61951 ||| Stepping randomly (stuck).
 61953 | Vaults:1 | 61953 ||| Stepping randomly (stuck).
 61955 | Vaults:1 | 61955 ||| Stepping randomly (stuck).
 61957 | Vaults:1 | 61957 ||| Stepping randomly (stuck).
 61959 | Vaults:1 | 61959 ||| Stepping randomly (stuck).
 61961 | Vaults:1 | 61961 ||| Stepping randomly (stuck).
 61963 | Vaults:1 | 61963 ||| Stepping randomly (stuck).
 61965 | Vaults:1 | 61965 ||| Stepping randomly (stuck).
 61967 | Vaults:1 | 61967 ||| Stepping randomly (stuck).
 61969 | Vaults:1 | 61969 ||| Stepping randomly (stuck).
 61971 | Vaults:1 | 61971 ||| Stepping randomly (stuck).
 61973 | Vaults:1 | 61973 ||| Stepping randomly (stuck).
 61975 | Vaults:1 | 61975 ||| Stepping randomly (stuck).
 61977 | Vaults:1 | 61977 ||| Stepping randomly (stuck).
 61979 | Vaults:1 | 61979 ||| Stepping randomly (stuck).
 61981 | Vaults:1 | 61981 ||| Stepping randomly (stuck).
 61983 | Vaults:1 | 61983 ||| Stepping randomly (stuck).
 61985 | Vaults:1 | 61985 ||| Stepping randomly (stuck).
 61987 | Vaults:1 | 61987 ||| Stepping randomly (stuck).
 61989 | Vaults:1 | 61989 ||| Stepping randomly (stuck).
 61991 | Vaults:1 | 61991 ||| Stepping randomly (stuck).
 61993 | Vaults:1 | 61993 ||| Stepping randomly (stuck).
 61995 | Vaults:1 | 61995 ||| Stepping randomly (stuck).
 61997 | Vaults:1 | 61997 ||| Stepping randomly (stuck).
 61999 | Vaults:1 | 61999 ||| Stepping randomly (stuck).
 62001 | Vaults:1 | 62001 ||| Stepping randomly (stuck).
 62003 | Vaults:1 | 62003 ||| Stepping randomly (stuck).
 62005 | Vaults:1 | 62005 ||| Stepping randomly (stuck).
 62007 | Vaults:1 | 62007 ||| Stepping randomly (stuck).
 62009 | Vaults:1 | 62009 ||| Stepping randomly (stuck).
 62011 | Vaults:1 | 62011 ||| Stepping randomly (stuck).
 62013 | Vaults:1 | 62013 ||| Stepping randomly (stuck).
 62015 | Vaults:1 | 62015 ||| Stepping randomly (stuck).
 62017 | Vaults:1 | 62017 ||| Stepping randomly (stuck).
 62019 | Vaults:1 | 62019 ||| Stepping randomly (stuck).
 62021 | Vaults:1 | 62021 ||| Stepping randomly (stuck).
 62023 | Vaults:1 | 62023 ||| Stepping randomly (stuck).
 62025 | Vaults:1 | 62025 ||| Stepping randomly (stuck).
 62027 | Vaults:1 | 62027 ||| Stepping randomly (stuck).
 62029 | Vaults:1 | 62029 ||| Stepping randomly (stuck).
 62031 | Vaults:1 | 62031 ||| Stepping randomly (stuck).
 62033 | Vaults:1 | 62033 ||| Stepping randomly (stuck).
 62035 | Vaults:1 | 62035 ||| Stepping randomly (stuck).
 62037 | Vaults:1 | 62037 ||| Stepping randomly (stuck).
 62039 | Vaults:1 | 62039 ||| Stepping randomly (stuck).
 62041 | Vaults:1 | 62041 ||| Stepping randomly (stuck).
 62043 | Vaults:1 | 62043 ||| Stepping randomly (stuck).
 62045 | Vaults:1 | 62045 ||| Stepping randomly (stuck).
 62047 | Vaults:1 | 62047 ||| Stepping randomly (stuck).
 62049 | Vaults:1 | 62049 ||| Stepping randomly (stuck).
 62051 | Vaults:1 | 62051 ||| Stepping randomly (stuck).
 62053 | Vaults:1 | 62053 ||| Stepping randomly (stuck).
 62055 | Vaults:1 | 62055 ||| Stepping randomly (stuck).
 62057 | Vaults:1 | 62057 ||| Stepping randomly (stuck).
 62059 | Vaults:1 | 62059 ||| Stepping randomly (stuck).
 62061 | Vaults:1 | 62061 ||| Stepping randomly (stuck).
 62063 | Vaults:1 | 62063 ||| Stepping randomly (stuck).
 62065 | Vaults:1 | 62065 ||| Stepping randomly (stuck).
 62067 | Vaults:1 | 62067 ||| Stepping randomly (stuck).
 62069 | Vaults:1 | 62069 ||| Stepping randomly (stuck).
 62070 | Vaults:1 | Glimpsed the power of Zot.
 62071 | Vaults:1 | 62071 ||| Stepping randomly (stuck).
 62073 | Vaults:1 | 62073 ||| Stepping randomly (stuck).
 62075 | Vaults:1 | 62075 ||| Stepping randomly (stuck).
 62077 | Vaults:1 | 62077 ||| Stepping randomly (stuck).
 62079 | Vaults:1 | 62079 ||| Stepping randomly (stuck).
 62081 | Vaults:1 | 62081 ||| Stepping randomly (stuck).
 62083 | Vaults:1 | 62083 ||| Stepping randomly (stuck).
 62085 | Vaults:1 | 62085 ||| Stepping randomly (stuck).
 62087 | Vaults:1 | 62087 ||| Stepping randomly (stuck).
 62089 | Vaults:1 | 62089 ||| Stepping randomly (stuck).
 62091 | Vaults:1 | 62091 ||| Stepping randomly (stuck).
 62093 | Vaults:1 | 62093 ||| Stepping randomly (stuck).
 62095 | Vaults:1 | 62095 ||| Stepping randomly (stuck).
 62097 | Vaults:1 | 62097 ||| Stepping randomly (stuck).
 62099 | Vaults:1 | 62099 ||| Stepping randomly (stuck).
 62101 | Vaults:1 | 62101 ||| Stepping randomly (stuck).
 62103 | Vaults:1 | 62103 ||| Stepping randomly (stuck).
 62105 | Vaults:1 | 62105 ||| Stepping randomly (stuck).
 62107 | Vaults:1 | 62107 ||| Stepping randomly (stuck).
 62109 | Vaults:1 | 62109 ||| Stepping randomly (stuck).
 62111 | Vaults:1 | 62111 ||| Stepping randomly (stuck).
 62113 | Vaults:1 | 62113 ||| Stepping randomly (stuck).
 62115 | Vaults:1 | 62115 ||| Stepping randomly (stuck).
 62117 | Vaults:1 | 62117 ||| Stepping randomly (stuck).
 62119 | Vaults:1 | 62119 ||| Stepping randomly (stuck).
 62121 | Vaults:1 | 62121 ||| Stepping randomly (stuck).
 62123 | Vaults:1 | 62123 ||| Stepping randomly (stuck).
 62125 | Vaults:1 | 62125 ||| Stepping randomly (stuck).
 62127 | Vaults:1 | 62127 ||| Stepping randomly (stuck).
 62129 | Vaults:1 | 62129 ||| Stepping randomly (stuck).
 62131 | Vaults:1 | 62131 ||| Stepping randomly (stuck).
 62133 | Vaults:1 | 62133 ||| Stepping randomly (stuck).
 62135 | Vaults:1 | 62135 ||| Stepping randomly (stuck).
 62137 | Vaults:1 | 62137 ||| Stepping randomly (stuck).
 62139 | Vaults:1 | 62139 ||| Stepping randomly (stuck).
 62141 | Vaults:1 | 62141 ||| Stepping randomly (stuck).
 62143 | Vaults:1 | 62143 ||| Stepping randomly (stuck).
 62145 | Vaults:1 | 62145 ||| Stepping randomly (stuck).
 62147 | Vaults:1 | 62147 ||| Stepping randomly (stuck).
 62149 | Vaults:1 | 62149 ||| Stepping randomly (stuck).
 62151 | Vaults:1 | 62151 ||| Stepping randomly (stuck).
 62153 | Vaults:1 | 62153 ||| Stepping randomly (stuck).
 62155 | Vaults:1 | 62155 ||| Stepping randomly (stuck).
 62157 | Vaults:1 | 62157 ||| Stepping randomly (stuck).
 62159 | Vaults:1 | 62159 ||| Stepping randomly (stuck).
 62161 | Vaults:1 | 62161 ||| Stepping randomly (stuck).
 62163 | Vaults:1 | 62163 ||| Stepping randomly (stuck).
 62165 | Vaults:1 | 62165 ||| Stepping randomly (stuck).
 62167 | Vaults:1 | 62167 ||| Stepping randomly (stuck).
 62169 | Vaults:1 | 62169 ||| Stepping randomly (stuck).
 62171 | Vaults:1 | 62171 ||| Stepping randomly (stuck).
 62173 | Vaults:1 | 62173 ||| Stepping randomly (stuck).
 62175 | Vaults:1 | 62175 ||| Stepping randomly (stuck).
 62177 | Vaults:1 | 62177 ||| Stepping randomly (stuck).
 62179 | Vaults:1 | 62179 ||| Stepping randomly (stuck).
 62181 | Vaults:1 | 62181 ||| Stepping randomly (stuck).
 62183 | Vaults:1 | 62183 ||| Stepping randomly (stuck).
 62185 | Vaults:1 | 62185 ||| Stepping randomly (stuck).
 62187 | Vaults:1 | 62187 ||| Stepping randomly (stuck).
 62189 | Vaults:1 | 62189 ||| Stepping randomly (stuck).
 62191 | Vaults:1 | 62191 ||| Stepping randomly (stuck).
 62193 | Vaults:1 | 62193 ||| Stepping randomly (stuck).
 62195 | Vaults:1 | 62195 ||| Stepping randomly (stuck).
 62197 | Vaults:1 | 62197 ||| Stepping randomly (stuck).
 62199 | Vaults:1 | 62199 ||| Stepping randomly (stuck).
 62201 | Vaults:1 | 62201 ||| Stepping randomly (stuck).
 62203 | Vaults:1 | 62203 ||| Stepping randomly (stuck).
 62205 | Vaults:1 | 62205 ||| Stepping randomly (stuck).
 62207 | Vaults:1 | 62207 ||| Stepping randomly (stuck).
 62209 | Vaults:1 | 62209 ||| Stepping randomly (stuck).
 62211 | Vaults:1 | 62211 ||| Stepping randomly (stuck).
 62213 | Vaults:1 | 62213 ||| Stepping randomly (stuck).
 62215 | Vaults:1 | 62215 ||| Stepping randomly (stuck).
 62217 | Vaults:1 | 62217 ||| Stepping randomly (stuck).
 62219 | Vaults:1 | 62219 ||| Stepping randomly (stuck).
 62221 | Vaults:1 | 62221 ||| Stepping randomly (stuck).
 62223 | Vaults:1 | 62223 ||| Stepping randomly (stuck).
 62225 | Vaults:1 | 62225 ||| Stepping randomly (stuck).
 62227 | Vaults:1 | 62227 ||| Stepping randomly (stuck).
 62229 | Vaults:1 | 62229 ||| Stepping randomly (stuck).
 62231 | Vaults:1 | 62231 ||| Stepping randomly (stuck).
 62233 | Vaults:1 | 62233 ||| Stepping randomly (stuck).
 62235 | Vaults:1 | 62235 ||| Stepping randomly (stuck).
 62237 | Vaults:1 | 62237 ||| Stepping randomly (stuck).
 62239 | Vaults:1 | 62239 ||| Stepping randomly (stuck).
 62241 | Vaults:1 | 62241 ||| Stepping randomly (stuck).
 62243 | Vaults:1 | 62243 ||| Stepping randomly (stuck).
 62245 | Vaults:1 | 62245 ||| Stepping randomly (stuck).
 62247 | Vaults:1 | 62247 ||| Stepping randomly (stuck).
 62249 | Vaults:1 | 62249 ||| Stepping randomly (stuck).
 62251 | Vaults:1 | 62251 ||| Stepping randomly (stuck).
 62253 | Vaults:1 | 62253 ||| Stepping randomly (stuck).
 62255 | Vaults:1 | 62255 ||| Stepping randomly (stuck).
 62257 | Vaults:1 | 62257 ||| Stepping randomly (stuck).
 62259 | Vaults:1 | 62259 ||| Stepping randomly (stuck).
 62261 | Vaults:1 | 62261 ||| Stepping randomly (stuck).
 62263 | Vaults:1 | 62263 ||| Stepping randomly (stuck).
 62265 | Vaults:1 | 62265 ||| Stepping randomly (stuck).
 62267 | Vaults:1 | 62267 ||| Stepping randomly (stuck).
 62269 | Vaults:1 | 62269 ||| Stepping randomly (stuck).
 62271 | Vaults:1 | 62271 ||| Stepping randomly (stuck).
 62273 | Vaults:1 | 62273 ||| Stepping randomly (stuck).
 62275 | Vaults:1 | 62275 ||| Stepping randomly (stuck).
 62277 | Vaults:1 | 62277 ||| Stepping randomly (stuck).
 62279 | Vaults:1 | 62279 ||| Stepping randomly (stuck).
 62281 | Vaults:1 | 62281 ||| Stepping randomly (stuck).
 62283 | Vaults:1 | 62283 ||| Stepping randomly (stuck).
 62285 | Vaults:1 | 62285 ||| Stepping randomly (stuck).
 62287 | Vaults:1 | 62287 ||| Stepping randomly (stuck).
 62289 | Vaults:1 | 62289 ||| Stepping randomly (stuck).
 62291 | Vaults:1 | 62291 ||| Stepping randomly (stuck).
 62293 | Vaults:1 | 62293 ||| Stepping randomly (stuck).
 62295 | Vaults:1 | 62295 ||| Stepping randomly (stuck).
 62297 | Vaults:1 | 62297 ||| Stepping randomly (stuck).
 62299 | Vaults:1 | 62299 ||| Stepping randomly (stuck).
 62301 | Vaults:1 | 62301 ||| Stepping randomly (stuck).
 62303 | Vaults:1 | 62303 ||| Stepping randomly (stuck).
 62305 | Vaults:1 | 62305 ||| Stepping randomly (stuck).
 62307 | Vaults:1 | 62307 ||| Stepping randomly (stuck).
 62309 | Vaults:1 | 62309 ||| Stepping randomly (stuck).
 62311 | Vaults:1 | 62311 ||| Stepping randomly (stuck).
 62313 | Vaults:1 | 62313 ||| Stepping randomly (stuck).
 62315 | Vaults:1 | 62315 ||| Stepping randomly (stuck).
 62317 | Vaults:1 | 62317 ||| Stepping randomly (stuck).
 62319 | Vaults:1 | 62319 ||| Stepping randomly (stuck).
 62321 | Vaults:1 | 62321 ||| Stepping randomly (stuck).
 62323 | Vaults:1 | 62323 ||| Stepping randomly (stuck).
 62325 | Vaults:1 | 62325 ||| Stepping randomly (stuck).
 62327 | Vaults:1 | 62327 ||| Stepping randomly (stuck).
 62329 | Vaults:1 | 62329 ||| Stepping randomly (stuck).
 62331 | Vaults:1 | 62331 ||| Stepping randomly (stuck).
 62333 | Vaults:1 | 62333 ||| Stepping randomly (stuck).
 62335 | Vaults:1 | 62335 ||| Stepping randomly (stuck).
 62337 | Vaults:1 | 62337 ||| Stepping randomly (stuck).
 62339 | Vaults:1 | 62339 ||| Stepping randomly (stuck).
 62341 | Vaults:1 | 62341 ||| Stepping randomly (stuck).
 62343 | Vaults:1 | 62343 ||| Stepping randomly (stuck).
 62345 | Vaults:1 | 62345 ||| Stepping randomly (stuck).
 62347 | Vaults:1 | 62347 ||| Stepping randomly (stuck).
 62349 | Vaults:1 | 62349 ||| Stepping randomly (stuck).
 62351 | Vaults:1 | 62351 ||| Stepping randomly (stuck).
 62353 | Vaults:1 | 62353 ||| Stepping randomly (stuck).
 62355 | Vaults:1 | 62355 ||| Stepping randomly (stuck).
 62357 | Vaults:1 | 62357 ||| Stepping randomly (stuck).
 62359 | Vaults:1 | 62359 ||| Stepping randomly (stuck).
 62361 | Vaults:1 | 62361 ||| Stepping randomly (stuck).
 62363 | Vaults:1 | 62363 ||| Stepping randomly (stuck).
 62365 | Vaults:1 | 62365 ||| Stepping randomly (stuck).
 62367 | Vaults:1 | 62367 ||| Stepping randomly (stuck).
 62369 | Vaults:1 | 62369 ||| Stepping randomly (stuck).
 62371 | Vaults:1 | 62371 ||| Stepping randomly (stuck).
 62373 | Vaults:1 | 62373 ||| Stepping randomly (stuck).
 62375 | Vaults:1 | 62375 ||| Stepping randomly (stuck).
 62377 | Vaults:1 | 62377 ||| Stepping randomly (stuck).
 62379 | Vaults:1 | 62379 ||| Stepping randomly (stuck).
 62381 | Vaults:1 | 62381 ||| Stepping randomly (stuck).
 62383 | Vaults:1 | 62383 ||| Stepping randomly (stuck).
 62385 | Vaults:1 | 62385 ||| Stepping randomly (stuck).
 62387 | Vaults:1 | 62387 ||| Stepping randomly (stuck).
 62389 | Vaults:1 | 62389 ||| Stepping randomly (stuck).
 62391 | Vaults:1 | 62391 ||| Stepping randomly (stuck).
 62393 | Vaults:1 | 62393 ||| Stepping randomly (stuck).
 62395 | Vaults:1 | 62395 ||| Stepping randomly (stuck).
 62397 | Vaults:1 | 62397 ||| Stepping randomly (stuck).
 62399 | Vaults:1 | 62399 ||| Stepping randomly (stuck).
 62401 | Vaults:1 | 62401 ||| Stepping randomly (stuck).
 62403 | Vaults:1 | 62403 ||| Stepping randomly (stuck).
 62405 | Vaults:1 | 62405 ||| Stepping randomly (stuck).
 62407 | Vaults:1 | 62407 ||| Stepping randomly (stuck).
 62409 | Vaults:1 | 62409 ||| Stepping randomly (stuck).
 62411 | Vaults:1 | 62411 ||| Stepping randomly (stuck).
 62413 | Vaults:1 | 62413 ||| Stepping randomly (stuck).
 62415 | Vaults:1 | 62415 ||| Stepping randomly (stuck).
 62417 | Vaults:1 | 62417 ||| Stepping randomly (stuck).
 62419 | Vaults:1 | 62419 ||| Stepping randomly (stuck).
 62421 | Vaults:1 | 62421 ||| Stepping randomly (stuck).
 62423 | Vaults:1 | 62423 ||| Stepping randomly (stuck).
 62425 | Vaults:1 | 62425 ||| Stepping randomly (stuck).
 62427 | Vaults:1 | 62427 ||| Stepping randomly (stuck).
 62429 | Vaults:1 | 62429 ||| Stepping randomly (stuck).
 62431 | Vaults:1 | 62431 ||| Stepping randomly (stuck).
 62433 | Vaults:1 | 62433 ||| Stepping randomly (stuck).
 62435 | Vaults:1 | 62435 ||| Stepping randomly (stuck).
 62437 | Vaults:1 | 62437 ||| Stepping randomly (stuck).
 62439 | Vaults:1 | 62439 ||| Stepping randomly (stuck).
 62441 | Vaults:1 | 62441 ||| Stepping randomly (stuck).
 62443 | Vaults:1 | 62443 ||| Stepping randomly (stuck).
 62445 | Vaults:1 | 62445 ||| Stepping randomly (stuck).
 62447 | Vaults:1 | 62447 ||| Stepping randomly (stuck).
 62449 | Vaults:1 | 62449 ||| Stepping randomly (stuck).
 62451 | Vaults:1 | 62451 ||| Stepping randomly (stuck).
 62453 | Vaults:1 | 62453 ||| Stepping randomly (stuck).
 62455 | Vaults:1 | 62455 ||| Stepping randomly (stuck).
 62457 | Vaults:1 | 62457 ||| Stepping randomly (stuck).
 62459 | Vaults:1 | 62459 ||| Stepping randomly (stuck).
 62461 | Vaults:1 | 62461 ||| Stepping randomly (stuck).
 62463 | Vaults:1 | 62463 ||| Stepping randomly (stuck).
 62465 | Vaults:1 | 62465 ||| Stepping randomly (stuck).
 62467 | Vaults:1 | 62467 ||| Stepping randomly (stuck).
 62469 | Vaults:1 | 62469 ||| Stepping randomly (stuck).
 62470 | Vaults:1 | Glimpsed the power of Zot.
 62471 | Vaults:1 | 62471 ||| Stepping randomly (stuck).
 62473 | Vaults:1 | 62473 ||| Stepping randomly (stuck).
 62475 | Vaults:1 | 62475 ||| Stepping randomly (stuck).
 62477 | Vaults:1 | 62477 ||| Stepping randomly (stuck).
 62479 | Vaults:1 | 62479 ||| Stepping randomly (stuck).
 62481 | Vaults:1 | 62481 ||| Stepping randomly (stuck).
 62483 | Vaults:1 | 62483 ||| Stepping randomly (stuck).
 62485 | Vaults:1 | 62485 ||| Stepping randomly (stuck).
 62487 | Vaults:1 | 62487 ||| Stepping randomly (stuck).
 62489 | Vaults:1 | 62489 ||| Stepping randomly (stuck).
 62491 | Vaults:1 | 62491 ||| Stepping randomly (stuck).
 62493 | Vaults:1 | 62493 ||| Stepping randomly (stuck).
 62495 | Vaults:1 | 62495 ||| Stepping randomly (stuck).
 62497 | Vaults:1 | 62497 ||| Stepping randomly (stuck).
 62499 | Vaults:1 | 62499 ||| Stepping randomly (stuck).
 62501 | Vaults:1 | 62501 ||| Stepping randomly (stuck).
 62503 | Vaults:1 | 62503 ||| Stepping randomly (stuck).
 62505 | Vaults:1 | 62505 ||| Stepping randomly (stuck).
 62507 | Vaults:1 | 62507 ||| Stepping randomly (stuck).
 62509 | Vaults:1 | 62509 ||| Stepping randomly (stuck).
 62511 | Vaults:1 | 62511 ||| Stepping randomly (stuck).
 62513 | Vaults:1 | 62513 ||| Stepping randomly (stuck).
 62515 | Vaults:1 | 62515 ||| Stepping randomly (stuck).
 62517 | Vaults:1 | 62517 ||| Stepping randomly (stuck).
 62519 | Vaults:1 | 62519 ||| Stepping randomly (stuck).
 62521 | Vaults:1 | 62521 ||| Stepping randomly (stuck).
 62523 | Vaults:1 | 62523 ||| Stepping randomly (stuck).
 62525 | Vaults:1 | 62525 ||| Stepping randomly (stuck).
 62527 | Vaults:1 | 62527 ||| Stepping randomly (stuck).
 62529 | Vaults:1 | 62529 ||| Stepping randomly (stuck).
 62531 | Vaults:1 | 62531 ||| Stepping randomly (stuck).
 62533 | Vaults:1 | 62533 ||| Stepping randomly (stuck).
 62535 | Vaults:1 | 62535 ||| Stepping randomly (stuck).
 62537 | Vaults:1 | 62537 ||| Stepping randomly (stuck).
 62539 | Vaults:1 | 62539 ||| Stepping randomly (stuck).
 62541 | Vaults:1 | 62541 ||| Stepping randomly (stuck).
 62543 | Vaults:1 | 62543 ||| Stepping randomly (stuck).
 62545 | Vaults:1 | 62545 ||| Stepping randomly (stuck).
 62547 | Vaults:1 | 62547 ||| Stepping randomly (stuck).
 62549 | Vaults:1 | 62549 ||| Stepping randomly (stuck).
 62551 | Vaults:1 | 62551 ||| Stepping randomly (stuck).
 62553 | Vaults:1 | 62553 ||| Stepping randomly (stuck).
 62555 | Vaults:1 | 62555 ||| Stepping randomly (stuck).
 62557 | Vaults:1 | 62557 ||| Stepping randomly (stuck).
 62559 | Vaults:1 | 62559 ||| Stepping randomly (stuck).
 62561 | Vaults:1 | 62561 ||| Stepping randomly (stuck).
 62563 | Vaults:1 | 62563 ||| Stepping randomly (stuck).
 62565 | Vaults:1 | 62565 ||| Stepping randomly (stuck).
 62567 | Vaults:1 | 62567 ||| Stepping randomly (stuck).
 62569 | Vaults:1 | 62569 ||| Stepping randomly (stuck).
 62569 | Vaults:1 | Touched by the power of Zot (MHP 1 -> 1)
 62570 | Vaults:1 | Glimpsed the power of Zot.
 62571 | Vaults:1 | 62571 ||| Stepping randomly (stuck).
 62573 | Vaults:1 | 62573 ||| Stepping randomly (stuck).
 62575 | Vaults:1 | 62575 ||| Stepping randomly (stuck).
 62577 | Vaults:1 | 62577 ||| Stepping randomly (stuck).
 62579 | Vaults:1 | 62579 ||| Stepping randomly (stuck).
 62581 | Vaults:1 | 62581 ||| Stepping randomly (stuck).
 62583 | Vaults:1 | 62583 ||| Stepping randomly (stuck).
 62585 | Vaults:1 | 62585 ||| Stepping randomly (stuck).
 62587 | Vaults:1 | 62587 ||| Stepping randomly (stuck).
 62589 | Vaults:1 | 62589 ||| Stepping randomly (stuck).
 62591 | Vaults:1 | 62591 ||| Stepping randomly (stuck).
 62593 | Vaults:1 | 62593 ||| Stepping randomly (stuck).
 62595 | Vaults:1 | 62595 ||| Stepping randomly (stuck).
 62597 | Vaults:1 | 62597 ||| Stepping randomly (stuck).
 62599 | Vaults:1 | 62599 ||| Stepping randomly (stuck).
 62601 | Vaults:1 | 62601 ||| Stepping randomly (stuck).
 62603 | Vaults:1 | 62603 ||| Stepping randomly (stuck).
 62605 | Vaults:1 | 62605 ||| Stepping randomly (stuck).
 62607 | Vaults:1 | 62607 ||| Stepping randomly (stuck).
 62609 | Vaults:1 | 62609 ||| Stepping randomly (stuck).
 62611 | Vaults:1 | 62611 ||| Stepping randomly (stuck).
 62613 | Vaults:1 | 62613 ||| Stepping randomly (stuck).
 62615 | Vaults:1 | 62615 ||| Stepping randomly (stuck).
 62617 | Vaults:1 | 62617 ||| Stepping randomly (stuck).
 62619 | Vaults:1 | 62619 ||| Stepping randomly (stuck).
 62621 | Vaults:1 | 62621 ||| Stepping randomly (stuck).
 62623 | Vaults:1 | 62623 ||| Stepping randomly (stuck).
 62625 | Vaults:1 | 62625 ||| Stepping randomly (stuck).
 62627 | Vaults:1 | 62627 ||| Stepping randomly (stuck).
 62629 | Vaults:1 | 62629 ||| Stepping randomly (stuck).
 62631 | Vaults:1 | 62631 ||| Stepping randomly (stuck).
 62633 | Vaults:1 | 62633 ||| Stepping randomly (stuck).
 62635 | Vaults:1 | 62635 ||| Stepping randomly (stuck).
 62637 | Vaults:1 | 62637 ||| Stepping randomly (stuck).
 62639 | Vaults:1 | 62639 ||| Stepping randomly (stuck).
 62641 | Vaults:1 | 62641 ||| Stepping randomly (stuck).
 62643 | Vaults:1 | 62643 ||| Stepping randomly (stuck).
 62645 | Vaults:1 | 62645 ||| Stepping randomly (stuck).
 62647 | Vaults:1 | 62647 ||| Stepping randomly (stuck).
 62649 | Vaults:1 | 62649 ||| Stepping randomly (stuck).
 62651 | Vaults:1 | 62651 ||| Stepping randomly (stuck).
 62653 | Vaults:1 | 62653 ||| Stepping randomly (stuck).
 62655 | Vaults:1 | 62655 ||| Stepping randomly (stuck).
 62657 | Vaults:1 | 62657 ||| Stepping randomly (stuck).
 62659 | Vaults:1 | 62659 ||| Stepping randomly (stuck).
 62661 | Vaults:1 | 62661 ||| Stepping randomly (stuck).
 62663 | Vaults:1 | 62663 ||| Stepping randomly (stuck).
 62665 | Vaults:1 | 62665 ||| Stepping randomly (stuck).
 62667 | Vaults:1 | 62667 ||| Stepping randomly (stuck).
 62669 | Vaults:1 | 62669 ||| Stepping randomly (stuck).
 62671 | Vaults:1 | 62671 ||| Stepping randomly (stuck).
 62673 | Vaults:1 | 62673 ||| Stepping randomly (stuck).
 62675 | Vaults:1 | 62675 ||| Stepping randomly (stuck).
 62677 | Vaults:1 | 62677 ||| Stepping randomly (stuck).
 62679 | Vaults:1 | 62679 ||| Stepping randomly (stuck).
 62681 | Vaults:1 | 62681 ||| Stepping randomly (stuck).
 62683 | Vaults:1 | 62683 ||| Stepping randomly (stuck).
 62685 | Vaults:1 | 62685 ||| Stepping randomly (stuck).
 62687 | Vaults:1 | 62687 ||| Stepping randomly (stuck).
 62689 | Vaults:1 | 62689 ||| Stepping randomly (stuck).
 62691 | Vaults:1 | 62691 ||| Stepping randomly (stuck).
 62693 | Vaults:1 | 62693 ||| Stepping randomly (stuck).
 62695 | Vaults:1 | 62695 ||| Stepping randomly (stuck).
 62697 | Vaults:1 | 62697 ||| Stepping randomly (stuck).
 62699 | Vaults:1 | 62699 ||| Stepping randomly (stuck).
 62701 | Vaults:1 | 62701 ||| Stepping randomly (stuck).
 62703 | Vaults:1 | 62703 ||| Stepping randomly (stuck).
 62705 | Vaults:1 | 62705 ||| Stepping randomly (stuck).
 62707 | Vaults:1 | 62707 ||| Stepping randomly (stuck).
 62709 | Vaults:1 | 62709 ||| Stepping randomly (stuck).
 62711 | Vaults:1 | 62711 ||| Stepping randomly (stuck).
 62713 | Vaults:1 | 62713 ||| Stepping randomly (stuck).
 62715 | Vaults:1 | 62715 ||| Stepping randomly (stuck).
 62717 | Vaults:1 | 62717 ||| Stepping randomly (stuck).
 62719 | Vaults:1 | 62719 ||| Stepping randomly (stuck).
 62721 | Vaults:1 | 62721 ||| Stepping randomly (stuck).
 62723 | Vaults:1 | 62723 ||| Stepping randomly (stuck).
 62725 | Vaults:1 | 62725 ||| Stepping randomly (stuck).
 62727 | Vaults:1 | 62727 ||| Stepping randomly (stuck).
 62729 | Vaults:1 | 62729 ||| Stepping randomly (stuck).
 62731 | Vaults:1 | 62731 ||| Stepping randomly (stuck).
 62733 | Vaults:1 | 62733 ||| Stepping randomly (stuck).
 62735 | Vaults:1 | 62735 ||| Stepping randomly (stuck).
 62737 | Vaults:1 | 62737 ||| Stepping randomly (stuck).
 62739 | Vaults:1 | 62739 ||| Stepping randomly (stuck).
 62741 | Vaults:1 | 62741 ||| Stepping randomly (stuck).
 62743 | Vaults:1 | 62743 ||| Stepping randomly (stuck).
 62745 | Vaults:1 | 62745 ||| Stepping randomly (stuck).
 62747 | Vaults:1 | 62747 ||| Stepping randomly (stuck).
 62749 | Vaults:1 | 62749 ||| Stepping randomly (stuck).
 62751 | Vaults:1 | 62751 ||| Stepping randomly (stuck).
 62753 | Vaults:1 | 62753 ||| Stepping randomly (stuck).
 62755 | Vaults:1 | 62755 ||| Stepping randomly (stuck).
 62757 | Vaults:1 | 62757 ||| Stepping randomly (stuck).
 62759 | Vaults:1 | 62759 ||| Stepping randomly (stuck).
 62761 | Vaults:1 | 62761 ||| Stepping randomly (stuck).
 62763 | Vaults:1 | 62763 ||| Stepping randomly (stuck).
 62765 | Vaults:1 | 62765 ||| Stepping randomly (stuck).
 62767 | Vaults:1 | 62767 ||| Stepping randomly (stuck).
 62769 | Vaults:1 | 62769 ||| Stepping randomly (stuck).
 62771 | Vaults:1 | 62771 ||| Stepping randomly (stuck).
 62773 | Vaults:1 | 62773 ||| Stepping randomly (stuck).
 62775 | Vaults:1 | 62775 ||| Stepping randomly (stuck).
 62777 | Vaults:1 | 62777 ||| Stepping randomly (stuck).
 62779 | Vaults:1 | 62779 ||| Stepping randomly (stuck).
 62781 | Vaults:1 | 62781 ||| Stepping randomly (stuck).
 62783 | Vaults:1 | 62783 ||| Stepping randomly (stuck).
 62785 | Vaults:1 | 62785 ||| Stepping randomly (stuck).
 62787 | Vaults:1 | 62787 ||| Stepping randomly (stuck).
 62789 | Vaults:1 | 62789 ||| Stepping randomly (stuck).
 62791 | Vaults:1 | 62791 ||| Stepping randomly (stuck).
 62793 | Vaults:1 | 62793 ||| Stepping randomly (stuck).
 62795 | Vaults:1 | 62795 ||| Stepping randomly (stuck).
 62797 | Vaults:1 | 62797 ||| Stepping randomly (stuck).
 62799 | Vaults:1 | 62799 ||| Stepping randomly (stuck).
 62801 | Vaults:1 | 62801 ||| Stepping randomly (stuck).
 62803 | Vaults:1 | 62803 ||| Stepping randomly (stuck).
 62805 | Vaults:1 | 62805 ||| Stepping randomly (stuck).
 62807 | Vaults:1 | 62807 ||| Stepping randomly (stuck).
 62809 | Vaults:1 | 62809 ||| Stepping randomly (stuck).
 62811 | Vaults:1 | 62811 ||| Stepping randomly (stuck).
 62813 | Vaults:1 | 62813 ||| Stepping randomly (stuck).
 62815 | Vaults:1 | 62815 ||| Stepping randomly (stuck).
 62817 | Vaults:1 | 62817 ||| Stepping randomly (stuck).
 62819 | Vaults:1 | 62819 ||| Stepping randomly (stuck).
 62821 | Vaults:1 | 62821 ||| Stepping randomly (stuck).
 62823 | Vaults:1 | 62823 ||| Stepping randomly (stuck).
 62825 | Vaults:1 | 62825 ||| Stepping randomly (stuck).
 62827 | Vaults:1 | 62827 ||| Stepping randomly (stuck).
 62829 | Vaults:1 | 62829 ||| Stepping randomly (stuck).
 62831 | Vaults:1 | 62831 ||| Stepping randomly (stuck).
 62833 | Vaults:1 | 62833 ||| Stepping randomly (stuck).
 62835 | Vaults:1 | 62835 ||| Stepping randomly (stuck).
 62837 | Vaults:1 | 62837 ||| Stepping randomly (stuck).
 62839 | Vaults:1 | 62839 ||| Stepping randomly (stuck).
 62841 | Vaults:1 | 62841 ||| Stepping randomly (stuck).
 62843 | Vaults:1 | 62843 ||| Stepping randomly (stuck).
 62845 | Vaults:1 | 62845 ||| Stepping randomly (stuck).
 62847 | Vaults:1 | 62847 ||| Stepping randomly (stuck).
 62849 | Vaults:1 | 62849 ||| Stepping randomly (stuck).
 62851 | Vaults:1 | 62851 ||| Stepping randomly (stuck).
 62853 | Vaults:1 | 62853 ||| Stepping randomly (stuck).
 62855 | Vaults:1 | 62855 ||| Stepping randomly (stuck).
 62857 | Vaults:1 | 62857 ||| Stepping randomly (stuck).
 62859 | Vaults:1 | 62859 ||| Stepping randomly (stuck).
 62861 | Vaults:1 | 62861 ||| Stepping randomly (stuck).
 62863 | Vaults:1 | 62863 ||| Stepping randomly (stuck).
 62865 | Vaults:1 | 62865 ||| Stepping randomly (stuck).
 62867 | Vaults:1 | 62867 ||| Stepping randomly (stuck).
 62869 | Vaults:1 | 62869 ||| Stepping randomly (stuck).
 62871 | Vaults:1 | 62871 ||| Stepping randomly (stuck).
 62873 | Vaults:1 | 62873 ||| Stepping randomly (stuck).
 62875 | Vaults:1 | 62875 ||| Stepping randomly (stuck).
 62877 | Vaults:1 | 62877 ||| Stepping randomly (stuck).
 62879 | Vaults:1 | 62879 ||| Stepping randomly (stuck).
 62881 | Vaults:1 | 62881 ||| Stepping randomly (stuck).
 62883 | Vaults:1 | 62883 ||| Stepping randomly (stuck).
 62885 | Vaults:1 | 62885 ||| Stepping randomly (stuck).
 62887 | Vaults:1 | 62887 ||| Stepping randomly (stuck).
 62889 | Vaults:1 | 62889 ||| Stepping randomly (stuck).
 62891 | Vaults:1 | 62891 ||| Stepping randomly (stuck).
 62893 | Vaults:1 | 62893 ||| Stepping randomly (stuck).
 62895 | Vaults:1 | 62895 ||| Stepping randomly (stuck).
 62897 | Vaults:1 | 62897 ||| Stepping randomly (stuck).
 62899 | Vaults:1 | 62899 ||| Stepping randomly (stuck).
 62901 | Vaults:1 | 62901 ||| Stepping randomly (stuck).
 62903 | Vaults:1 | 62903 ||| Stepping randomly (stuck).
 62905 | Vaults:1 | 62905 ||| Stepping randomly (stuck).
 62907 | Vaults:1 | 62907 ||| Stepping randomly (stuck).
 62909 | Vaults:1 | 62909 ||| Stepping randomly (stuck).
 62911 | Vaults:1 | 62911 ||| Stepping randomly (stuck).
 62913 | Vaults:1 | 62913 ||| Stepping randomly (stuck).
 62915 | Vaults:1 | 62915 ||| Stepping randomly (stuck).
 62917 | Vaults:1 | 62917 ||| Stepping randomly (stuck).
 62919 | Vaults:1 | 62919 ||| Stepping randomly (stuck).
 62921 | Vaults:1 | 62921 ||| Stepping randomly (stuck).
 62923 | Vaults:1 | 62923 ||| Stepping randomly (stuck).
 62925 | Vaults:1 | 62925 ||| Stepping randomly (stuck).
 62927 | Vaults:1 | 62927 ||| Stepping randomly (stuck).
 62929 | Vaults:1 | 62929 ||| Stepping randomly (stuck).
 62931 | Vaults:1 | 62931 ||| Stepping randomly (stuck).
 62933 | Vaults:1 | 62933 ||| Stepping randomly (stuck).
 62935 | Vaults:1 | 62935 ||| Stepping randomly (stuck).
 62937 | Vaults:1 | 62937 ||| Stepping randomly (stuck).
 62939 | Vaults:1 | 62939 ||| Stepping randomly (stuck).
 62941 | Vaults:1 | 62941 ||| Stepping randomly (stuck).
 62943 | Vaults:1 | 62943 ||| Stepping randomly (stuck).
 62945 | Vaults:1 | 62945 ||| Stepping randomly (stuck).
 62947 | Vaults:1 | 62947 ||| Stepping randomly (stuck).
 62949 | Vaults:1 | 62949 ||| Stepping randomly (stuck).
 62951 | Vaults:1 | 62951 ||| Stepping randomly (stuck).
 62953 | Vaults:1 | 62953 ||| Stepping randomly (stuck).
 62955 | Vaults:1 | 62955 ||| Stepping randomly (stuck).
 62957 | Vaults:1 | 62957 ||| Stepping randomly (stuck).
 62959 | Vaults:1 | 62959 ||| Stepping randomly (stuck).
 62961 | Vaults:1 | 62961 ||| Stepping randomly (stuck).
 62963 | Vaults:1 | 62963 ||| Stepping randomly (stuck).
 62965 | Vaults:1 | 62965 ||| Stepping randomly (stuck).
 62967 | Vaults:1 | 62967 ||| Stepping randomly (stuck).
 62969 | Vaults:1 | 62969 ||| Stepping randomly (stuck).
 62971 | Vaults:1 | 62971 ||| Stepping randomly (stuck).
 62973 | Vaults:1 | 62973 ||| Stepping randomly (stuck).
 62975 | Vaults:1 | 62975 ||| Stepping randomly (stuck).
 62977 | Vaults:1 | 62977 ||| Stepping randomly (stuck).
 62979 | Vaults:1 | 62979 ||| Stepping randomly (stuck).
 62981 | Vaults:1 | 62981 ||| Stepping randomly (stuck).
 62983 | Vaults:1 | 62983 ||| Stepping randomly (stuck).
 62985 | Vaults:1 | 62985 ||| Stepping randomly (stuck).
 62987 | Vaults:1 | 62987 ||| Stepping randomly (stuck).
 62989 | Vaults:1 | 62989 ||| Stepping randomly (stuck).
 62991 | Vaults:1 | 62991 ||| Stepping randomly (stuck).
 62993 | Vaults:1 | 62993 ||| Stepping randomly (stuck).
 62995 | Vaults:1 | 62995 ||| Stepping randomly (stuck).
 62997 | Vaults:1 | 62997 ||| Stepping randomly (stuck).
 62999 | Vaults:1 | 62999 ||| Stepping randomly (stuck).
 63001 | Vaults:1 | 63001 ||| Stepping randomly (stuck).
 63003 | Vaults:1 | 63003 ||| Stepping randomly (stuck).
 63005 | Vaults:1 | 63005 ||| Stepping randomly (stuck).
 63007 | Vaults:1 | 63007 ||| Stepping randomly (stuck).
 63009 | Vaults:1 | 63009 ||| Stepping randomly (stuck).
 63011 | Vaults:1 | 63011 ||| Stepping randomly (stuck).
 63013 | Vaults:1 | 63013 ||| Stepping randomly (stuck).
 63015 | Vaults:1 | 63015 ||| Stepping randomly (stuck).
 63017 | Vaults:1 | 63017 ||| Stepping randomly (stuck).
 63019 | Vaults:1 | 63019 ||| Stepping randomly (stuck).
 63021 | Vaults:1 | 63021 ||| Stepping randomly (stuck).
 63023 | Vaults:1 | 63023 ||| Stepping randomly (stuck).
 63025 | Vaults:1 | 63025 ||| Stepping randomly (stuck).
 63027 | Vaults:1 | 63027 ||| Stepping randomly (stuck).
 63029 | Vaults:1 | 63029 ||| Stepping randomly (stuck).
 63031 | Vaults:1 | 63031 ||| Stepping randomly (stuck).
 63033 | Vaults:1 | 63033 ||| Stepping randomly (stuck).
 63035 | Vaults:1 | 63035 ||| Stepping randomly (stuck).
 63037 | Vaults:1 | 63037 ||| Stepping randomly (stuck).
 63039 | Vaults:1 | 63039 ||| Stepping randomly (stuck).
 63041 | Vaults:1 | 63041 ||| Stepping randomly (stuck).
 63043 | Vaults:1 | 63043 ||| Stepping randomly (stuck).
 63045 | Vaults:1 | 63045 ||| Stepping randomly (stuck).
 63047 | Vaults:1 | 63047 ||| Stepping randomly (stuck).
 63049 | Vaults:1 | 63049 ||| Stepping randomly (stuck).
 63051 | Vaults:1 | 63051 ||| Stepping randomly (stuck).
 63053 | Vaults:1 | 63053 ||| Stepping randomly (stuck).
 63055 | Vaults:1 | 63055 ||| Stepping randomly (stuck).
 63057 | Vaults:1 | 63057 ||| Stepping randomly (stuck).
 63059 | Vaults:1 | 63059 ||| Stepping randomly (stuck).
 63061 | Vaults:1 | 63061 ||| Stepping randomly (stuck).
 63063 | Vaults:1 | 63063 ||| Stepping randomly (stuck).
 63065 | Vaults:1 | 63065 ||| Stepping randomly (stuck).
 63067 | Vaults:1 | 63067 ||| Stepping randomly (stuck).
 63069 | Vaults:1 | 63069 ||| Stepping randomly (stuck).
 63070 | Vaults:1 | Glimpsed the power of Zot.
 63071 | Vaults:1 | 63071 ||| Stepping randomly (stuck).
 63073 | Vaults:1 | 63073 ||| Stepping randomly (stuck).
 63075 | Vaults:1 | 63075 ||| Stepping randomly (stuck).
 63077 | Vaults:1 | 63077 ||| Stepping randomly (stuck).
 63079 | Vaults:1 | 63079 ||| Stepping randomly (stuck).
 63081 | Vaults:1 | 63081 ||| Stepping randomly (stuck).
 63083 | Vaults:1 | 63083 ||| Stepping randomly (stuck).
 63085 | Vaults:1 | 63085 ||| Stepping randomly (stuck).
 63087 | Vaults:1 | 63087 ||| Stepping randomly (stuck).
 63089 | Vaults:1 | 63089 ||| Stepping randomly (stuck).
 63091 | Vaults:1 | 63091 ||| Stepping randomly (stuck).
 63093 | Vaults:1 | 63093 ||| Stepping randomly (stuck).
 63095 | Vaults:1 | 63095 ||| Stepping randomly (stuck).
 63097 | Vaults:1 | 63097 ||| Stepping randomly (stuck).
 63099 | Vaults:1 | 63099 ||| Stepping randomly (stuck).
 63101 | Vaults:1 | 63101 ||| Stepping randomly (stuck).
 63103 | Vaults:1 | 63103 ||| Stepping randomly (stuck).
 63105 | Vaults:1 | 63105 ||| Stepping randomly (stuck).
 63107 | Vaults:1 | 63107 ||| Stepping randomly (stuck).
 63109 | Vaults:1 | 63109 ||| Stepping randomly (stuck).
 63111 | Vaults:1 | 63111 ||| Stepping randomly (stuck).
 63113 | Vaults:1 | 63113 ||| Stepping randomly (stuck).
 63115 | Vaults:1 | 63115 ||| Stepping randomly (stuck).
 63117 | Vaults:1 | 63117 ||| Stepping randomly (stuck).
 63119 | Vaults:1 | 63119 ||| Stepping randomly (stuck).
 63121 | Vaults:1 | 63121 ||| Stepping randomly (stuck).
 63123 | Vaults:1 | 63123 ||| Stepping randomly (stuck).
 63125 | Vaults:1 | 63125 ||| Stepping randomly (stuck).
 63127 | Vaults:1 | 63127 ||| Stepping randomly (stuck).
 63129 | Vaults:1 | 63129 ||| Stepping randomly (stuck).
 63131 | Vaults:1 | 63131 ||| Stepping randomly (stuck).
 63133 | Vaults:1 | 63133 ||| Stepping randomly (stuck).
 63135 | Vaults:1 | 63135 ||| Stepping randomly (stuck).
 63137 | Vaults:1 | 63137 ||| Stepping randomly (stuck).
 63139 | Vaults:1 | 63139 ||| Stepping randomly (stuck).
 63141 | Vaults:1 | 63141 ||| Stepping randomly (stuck).
 63143 | Vaults:1 | 63143 ||| Stepping randomly (stuck).
 63145 | Vaults:1 | 63145 ||| Stepping randomly (stuck).
 63147 | Vaults:1 | 63147 ||| Stepping randomly (stuck).
 63149 | Vaults:1 | 63149 ||| Stepping randomly (stuck).
 63151 | Vaults:1 | 63151 ||| Stepping randomly (stuck).
 63153 | Vaults:1 | 63153 ||| Stepping randomly (stuck).
 63155 | Vaults:1 | 63155 ||| Stepping randomly (stuck).
 63157 | Vaults:1 | 63157 ||| Stepping randomly (stuck).
 63159 | Vaults:1 | 63159 ||| Stepping randomly (stuck).
 63161 | Vaults:1 | 63161 ||| Stepping randomly (stuck).
 63163 | Vaults:1 | 63163 ||| Stepping randomly (stuck).
 63165 | Vaults:1 | 63165 ||| Stepping randomly (stuck).
 63167 | Vaults:1 | 63167 ||| Stepping randomly (stuck).
 63169 | Vaults:1 | 63169 ||| Stepping randomly (stuck).
 63171 | Vaults:1 | 63171 ||| Stepping randomly (stuck).
 63173 | Vaults:1 | 63173 ||| Stepping randomly (stuck).
 63175 | Vaults:1 | 63175 ||| Stepping randomly (stuck).
 63177 | Vaults:1 | 63177 ||| Stepping randomly (stuck).
 63179 | Vaults:1 | 63179 ||| Stepping randomly (stuck).
 63181 | Vaults:1 | 63181 ||| Stepping randomly (stuck).
 63183 | Vaults:1 | 63183 ||| Stepping randomly (stuck).
 63185 | Vaults:1 | 63185 ||| Stepping randomly (stuck).
 63187 | Vaults:1 | 63187 ||| Stepping randomly (stuck).
 63189 | Vaults:1 | 63189 ||| Stepping randomly (stuck).
 63191 | Vaults:1 | 63191 ||| Stepping randomly (stuck).
 63193 | Vaults:1 | 63193 ||| Stepping randomly (stuck).
 63195 | Vaults:1 | 63195 ||| Stepping randomly (stuck).
 63197 | Vaults:1 | 63197 ||| Stepping randomly (stuck).
 63199 | Vaults:1 | 63199 ||| Stepping randomly (stuck).
 63201 | Vaults:1 | 63201 ||| Stepping randomly (stuck).
 63203 | Vaults:1 | 63203 ||| Stepping randomly (stuck).
 63205 | Vaults:1 | 63205 ||| Stepping randomly (stuck).
 63207 | Vaults:1 | 63207 ||| Stepping randomly (stuck).
 63209 | Vaults:1 | 63209 ||| Stepping randomly (stuck).
 63211 | Vaults:1 | 63211 ||| Stepping randomly (stuck).
 63213 | Vaults:1 | 63213 ||| Stepping randomly (stuck).
 63215 | Vaults:1 | 63215 ||| Stepping randomly (stuck).
 63217 | Vaults:1 | 63217 ||| Stepping randomly (stuck).
 63219 | Vaults:1 | 63219 ||| Stepping randomly (stuck).
 63221 | Vaults:1 | 63221 ||| Stepping randomly (stuck).
 63223 | Vaults:1 | 63223 ||| Stepping randomly (stuck).
 63225 | Vaults:1 | 63225 ||| Stepping randomly (stuck).
 63227 | Vaults:1 | 63227 ||| Stepping randomly (stuck).
 63229 | Vaults:1 | 63229 ||| Stepping randomly (stuck).
 63231 | Vaults:1 | 63231 ||| Stepping randomly (stuck).
 63233 | Vaults:1 | 63233 ||| Stepping randomly (stuck).
 63235 | Vaults:1 | 63235 ||| Stepping randomly (stuck).
 63237 | Vaults:1 | 63237 ||| Stepping randomly (stuck).
 63239 | Vaults:1 | 63239 ||| Stepping randomly (stuck).
 63241 | Vaults:1 | 63241 ||| Stepping randomly (stuck).
 63243 | Vaults:1 | 63243 ||| Stepping randomly (stuck).
 63245 | Vaults:1 | 63245 ||| Stepping randomly (stuck).
 63247 | Vaults:1 | 63247 ||| Stepping randomly (stuck).
 63249 | Vaults:1 | 63249 ||| Stepping randomly (stuck).
 63251 | Vaults:1 | 63251 ||| Stepping randomly (stuck).
 63253 | Vaults:1 | 63253 ||| Stepping randomly (stuck).
 63255 | Vaults:1 | 63255 ||| Stepping randomly (stuck).
 63257 | Vaults:1 | 63257 ||| Stepping randomly (stuck).
 63259 | Vaults:1 | 63259 ||| Stepping randomly (stuck).
 63261 | Vaults:1 | 63261 ||| Stepping randomly (stuck).
 63263 | Vaults:1 | 63263 ||| Stepping randomly (stuck).
 63265 | Vaults:1 | 63265 ||| Stepping randomly (stuck).
 63267 | Vaults:1 | 63267 ||| Stepping randomly (stuck).
 63269 | Vaults:1 | 63269 ||| Stepping randomly (stuck).
 63271 | Vaults:1 | 63271 ||| Stepping randomly (stuck).
 63273 | Vaults:1 | 63273 ||| Stepping randomly (stuck).
 63275 | Vaults:1 | 63275 ||| Stepping randomly (stuck).
 63277 | Vaults:1 | 63277 ||| Stepping randomly (stuck).
 63279 | Vaults:1 | 63279 ||| Stepping randomly (stuck).
 63281 | Vaults:1 | 63281 ||| Stepping randomly (stuck).
 63283 | Vaults:1 | 63283 ||| Stepping randomly (stuck).
 63285 | Vaults:1 | 63285 ||| Stepping randomly (stuck).
 63287 | Vaults:1 | 63287 ||| Stepping randomly (stuck).
 63289 | Vaults:1 | 63289 ||| Stepping randomly (stuck).
 63291 | Vaults:1 | 63291 ||| Stepping randomly (stuck).
 63293 | Vaults:1 | 63293 ||| Stepping randomly (stuck).
 63295 | Vaults:1 | 63295 ||| Stepping randomly (stuck).
 63297 | Vaults:1 | 63297 ||| Stepping randomly (stuck).
 63299 | Vaults:1 | 63299 ||| Stepping randomly (stuck).
 63301 | Vaults:1 | 63301 ||| Stepping randomly (stuck).
 63303 | Vaults:1 | 63303 ||| Stepping randomly (stuck).
 63305 | Vaults:1 | 63305 ||| Stepping randomly (stuck).
 63307 | Vaults:1 | 63307 ||| Stepping randomly (stuck).
 63309 | Vaults:1 | 63309 ||| Stepping randomly (stuck).
 63311 | Vaults:1 | 63311 ||| Stepping randomly (stuck).
 63313 | Vaults:1 | 63313 ||| Stepping randomly (stuck).
 63315 | Vaults:1 | 63315 ||| Stepping randomly (stuck).
 63317 | Vaults:1 | 63317 ||| Stepping randomly (stuck).
 63319 | Vaults:1 | 63319 ||| Stepping randomly (stuck).
 63321 | Vaults:1 | 63321 ||| Stepping randomly (stuck).
 63323 | Vaults:1 | 63323 ||| Stepping randomly (stuck).
 63325 | Vaults:1 | 63325 ||| Stepping randomly (stuck).
 63327 | Vaults:1 | 63327 ||| Stepping randomly (stuck).
 63329 | Vaults:1 | 63329 ||| Stepping randomly (stuck).
 63331 | Vaults:1 | 63331 ||| Stepping randomly (stuck).
 63333 | Vaults:1 | 63333 ||| Stepping randomly (stuck).
 63335 | Vaults:1 | 63335 ||| Stepping randomly (stuck).
 63337 | Vaults:1 | 63337 ||| Stepping randomly (stuck).
 63339 | Vaults:1 | 63339 ||| Stepping randomly (stuck).
 63341 | Vaults:1 | 63341 ||| Stepping randomly (stuck).
 63343 | Vaults:1 | 63343 ||| Stepping randomly (stuck).
 63345 | Vaults:1 | 63345 ||| Stepping randomly (stuck).
 63347 | Vaults:1 | 63347 ||| Stepping randomly (stuck).
 63349 | Vaults:1 | 63349 ||| Stepping randomly (stuck).
 63351 | Vaults:1 | 63351 ||| Stepping randomly (stuck).
 63353 | Vaults:1 | 63353 ||| Stepping randomly (stuck).
 63355 | Vaults:1 | 63355 ||| Stepping randomly (stuck).
 63357 | Vaults:1 | 63357 ||| Stepping randomly (stuck).
 63359 | Vaults:1 | 63359 ||| Stepping randomly (stuck).
 63361 | Vaults:1 | 63361 ||| Stepping randomly (stuck).
 63363 | Vaults:1 | 63363 ||| Stepping randomly (stuck).
 63365 | Vaults:1 | 63365 ||| Stepping randomly (stuck).
 63367 | Vaults:1 | 63367 ||| Stepping randomly (stuck).
 63369 | Vaults:1 | 63369 ||| Stepping randomly (stuck).
 63371 | Vaults:1 | 63371 ||| Stepping randomly (stuck).
 63373 | Vaults:1 | 63373 ||| Stepping randomly (stuck).
 63375 | Vaults:1 | 63375 ||| Stepping randomly (stuck).
 63377 | Vaults:1 | 63377 ||| Stepping randomly (stuck).
 63379 | Vaults:1 | 63379 ||| Stepping randomly (stuck).
 63381 | Vaults:1 | 63381 ||| Stepping randomly (stuck).
 63383 | Vaults:1 | 63383 ||| Stepping randomly (stuck).
 63385 | Vaults:1 | 63385 ||| Stepping randomly (stuck).
 63387 | Vaults:1 | 63387 ||| Stepping randomly (stuck).
 63389 | Vaults:1 | 63389 ||| Stepping randomly (stuck).
 63391 | Vaults:1 | 63391 ||| Stepping randomly (stuck).
 63393 | Vaults:1 | 63393 ||| Stepping randomly (stuck).
 63395 | Vaults:1 | 63395 ||| Stepping randomly (stuck).
 63397 | Vaults:1 | 63397 ||| Stepping randomly (stuck).
 63399 | Vaults:1 | 63399 ||| Stepping randomly (stuck).
 63401 | Vaults:1 | 63401 ||| Stepping randomly (stuck).
 63403 | Vaults:1 | 63403 ||| Stepping randomly (stuck).
 63405 | Vaults:1 | 63405 ||| Stepping randomly (stuck).
 63407 | Vaults:1 | 63407 ||| Stepping randomly (stuck).
 63409 | Vaults:1 | 63409 ||| Stepping randomly (stuck).
 63411 | Vaults:1 | 63411 ||| Stepping randomly (stuck).
 63413 | Vaults:1 | 63413 ||| Stepping randomly (stuck).
 63415 | Vaults:1 | 63415 ||| Stepping randomly (stuck).
 63417 | Vaults:1 | 63417 ||| Stepping randomly (stuck).
 63419 | Vaults:1 | 63419 ||| Stepping randomly (stuck).
 63421 | Vaults:1 | 63421 ||| Stepping randomly (stuck).
 63423 | Vaults:1 | 63423 ||| Stepping randomly (stuck).
 63425 | Vaults:1 | 63425 ||| Stepping randomly (stuck).
 63427 | Vaults:1 | 63427 ||| Stepping randomly (stuck).
 63429 | Vaults:1 | 63429 ||| Stepping randomly (stuck).
 63431 | Vaults:1 | 63431 ||| Stepping randomly (stuck).
 63433 | Vaults:1 | 63433 ||| Stepping randomly (stuck).
 63435 | Vaults:1 | 63435 ||| Stepping randomly (stuck).
 63437 | Vaults:1 | 63437 ||| Stepping randomly (stuck).
 63439 | Vaults:1 | 63439 ||| Stepping randomly (stuck).
 63441 | Vaults:1 | 63441 ||| Stepping randomly (stuck).
 63443 | Vaults:1 | 63443 ||| Stepping randomly (stuck).
 63445 | Vaults:1 | 63445 ||| Stepping randomly (stuck).
 63447 | Vaults:1 | 63447 ||| Stepping randomly (stuck).
 63449 | Vaults:1 | 63449 ||| Stepping randomly (stuck).
 63451 | Vaults:1 | 63451 ||| Stepping randomly (stuck).
 63453 | Vaults:1 | 63453 ||| Stepping randomly (stuck).
 63455 | Vaults:1 | 63455 ||| Stepping randomly (stuck).
 63457 | Vaults:1 | 63457 ||| Stepping randomly (stuck).
 63459 | Vaults:1 | 63459 ||| Stepping randomly (stuck).
 63461 | Vaults:1 | 63461 ||| Stepping randomly (stuck).
 63463 | Vaults:1 | 63463 ||| Stepping randomly (stuck).
 63465 | Vaults:1 | 63465 ||| Stepping randomly (stuck).
 63467 | Vaults:1 | 63467 ||| Stepping randomly (stuck).
 63469 | Vaults:1 | 63469 ||| Stepping randomly (stuck).
 63470 | Vaults:1 | Glimpsed the power of Zot.
 63471 | Vaults:1 | 63471 ||| Stepping randomly (stuck).
 63473 | Vaults:1 | 63473 ||| Stepping randomly (stuck).
 63475 | Vaults:1 | 63475 ||| Stepping randomly (stuck).
 63477 | Vaults:1 | 63477 ||| Stepping randomly (stuck).
 63479 | Vaults:1 | 63479 ||| Stepping randomly (stuck).
 63481 | Vaults:1 | 63481 ||| Stepping randomly (stuck).
 63483 | Vaults:1 | 63483 ||| Stepping randomly (stuck).
 63485 | Vaults:1 | 63485 ||| Stepping randomly (stuck).
 63487 | Vaults:1 | 63487 ||| Stepping randomly (stuck).
 63489 | Vaults:1 | 63489 ||| Stepping randomly (stuck).
 63491 | Vaults:1 | 63491 ||| Stepping randomly (stuck).
 63493 | Vaults:1 | 63493 ||| Stepping randomly (stuck).
 63495 | Vaults:1 | 63495 ||| Stepping randomly (stuck).
 63497 | Vaults:1 | 63497 ||| Stepping randomly (stuck).
 63499 | Vaults:1 | 63499 ||| Stepping randomly (stuck).
 63501 | Vaults:1 | 63501 ||| Stepping randomly (stuck).
 63503 | Vaults:1 | 63503 ||| Stepping randomly (stuck).
 63505 | Vaults:1 | 63505 ||| Stepping randomly (stuck).
 63507 | Vaults:1 | 63507 ||| Stepping randomly (stuck).
 63509 | Vaults:1 | 63509 ||| Stepping randomly (stuck).
 63511 | Vaults:1 | 63511 ||| Stepping randomly (stuck).
 63513 | Vaults:1 | 63513 ||| Stepping randomly (stuck).
 63515 | Vaults:1 | 63515 ||| Stepping randomly (stuck).
 63517 | Vaults:1 | 63517 ||| Stepping randomly (stuck).
 63519 | Vaults:1 | 63519 ||| Stepping randomly (stuck).
 63521 | Vaults:1 | 63521 ||| Stepping randomly (stuck).
 63523 | Vaults:1 | 63523 ||| Stepping randomly (stuck).
 63525 | Vaults:1 | 63525 ||| Stepping randomly (stuck).
 63527 | Vaults:1 | 63527 ||| Stepping randomly (stuck).
 63529 | Vaults:1 | 63529 ||| Stepping randomly (stuck).
 63531 | Vaults:1 | 63531 ||| Stepping randomly (stuck).
 63533 | Vaults:1 | 63533 ||| Stepping randomly (stuck).
 63535 | Vaults:1 | 63535 ||| Stepping randomly (stuck).
 63537 | Vaults:1 | 63537 ||| Stepping randomly (stuck).
 63539 | Vaults:1 | 63539 ||| Stepping randomly (stuck).
 63541 | Vaults:1 | 63541 ||| Stepping randomly (stuck).
 63543 | Vaults:1 | 63543 ||| Stepping randomly (stuck).
 63545 | Vaults:1 | 63545 ||| Stepping randomly (stuck).
 63547 | Vaults:1 | 63547 ||| Stepping randomly (stuck).
 63549 | Vaults:1 | 63549 ||| Stepping randomly (stuck).
 63551 | Vaults:1 | 63551 ||| Stepping randomly (stuck).
 63553 | Vaults:1 | 63553 ||| Stepping randomly (stuck).
 63555 | Vaults:1 | 63555 ||| Stepping randomly (stuck).
 63557 | Vaults:1 | 63557 ||| Stepping randomly (stuck).
 63559 | Vaults:1 | 63559 ||| Stepping randomly (stuck).
 63561 | Vaults:1 | 63561 ||| Stepping randomly (stuck).
 63563 | Vaults:1 | 63563 ||| Stepping randomly (stuck).
 63565 | Vaults:1 | 63565 ||| Stepping randomly (stuck).
 63567 | Vaults:1 | 63567 ||| Stepping randomly (stuck).
 63569 | Vaults:1 | 63569 ||| Stepping randomly (stuck).
 63569 | Vaults:1 | Touched by the power of Zot (MHP 1 -> 1)
 63570 | Vaults:1 | Glimpsed the power of Zot.
 63571 | Vaults:1 | 63571 ||| Stepping randomly (stuck).
 63573 | Vaults:1 | 63573 ||| Stepping randomly (stuck).
 63575 | Vaults:1 | 63575 ||| Stepping randomly (stuck).
 63577 | Vaults:1 | 63577 ||| Stepping randomly (stuck).
 63579 | Vaults:1 | 63579 ||| Stepping randomly (stuck).
 63581 | Vaults:1 | 63581 ||| Stepping randomly (stuck).
 63583 | Vaults:1 | 63583 ||| Stepping randomly (stuck).
 63585 | Vaults:1 | 63585 ||| Stepping randomly (stuck).
 63587 | Vaults:1 | 63587 ||| Stepping randomly (stuck).
 63589 | Vaults:1 | 63589 ||| Stepping randomly (stuck).
 63591 | Vaults:1 | 63591 ||| Stepping randomly (stuck).
 63593 | Vaults:1 | 63593 ||| Stepping randomly (stuck).
 63595 | Vaults:1 | 63595 ||| Stepping randomly (stuck).
 63597 | Vaults:1 | 63597 ||| Stepping randomly (stuck).
 63599 | Vaults:1 | 63599 ||| Stepping randomly (stuck).
 63601 | Vaults:1 | 63601 ||| Stepping randomly (stuck).
 63603 | Vaults:1 | 63603 ||| Stepping randomly (stuck).
 63605 | Vaults:1 | 63605 ||| Stepping randomly (stuck).
 63607 | Vaults:1 | 63607 ||| Stepping randomly (stuck).
 63609 | Vaults:1 | 63609 ||| Stepping randomly (stuck).
 63611 | Vaults:1 | 63611 ||| Stepping randomly (stuck).
 63613 | Vaults:1 | 63613 ||| Stepping randomly (stuck).
 63615 | Vaults:1 | 63615 ||| Stepping randomly (stuck).
 63617 | Vaults:1 | 63617 ||| Stepping randomly (stuck).
 63619 | Vaults:1 | 63619 ||| Stepping randomly (stuck).
 63621 | Vaults:1 | 63621 ||| Stepping randomly (stuck).
 63623 | Vaults:1 | 63623 ||| Stepping randomly (stuck).
 63625 | Vaults:1 | 63625 ||| Stepping randomly (stuck).
 63627 | Vaults:1 | 63627 ||| Stepping randomly (stuck).
 63629 | Vaults:1 | 63629 ||| Stepping randomly (stuck).
 63631 | Vaults:1 | 63631 ||| Stepping randomly (stuck).
 63633 | Vaults:1 | 63633 ||| Stepping randomly (stuck).
 63635 | Vaults:1 | 63635 ||| Stepping randomly (stuck).
 63637 | Vaults:1 | 63637 ||| Stepping randomly (stuck).
 63639 | Vaults:1 | 63639 ||| Stepping randomly (stuck).
 63641 | Vaults:1 | 63641 ||| Stepping randomly (stuck).
 63643 | Vaults:1 | 63643 ||| Stepping randomly (stuck).
 63645 | Vaults:1 | 63645 ||| Stepping randomly (stuck).
 63647 | Vaults:1 | 63647 ||| Stepping randomly (stuck).
 63649 | Vaults:1 | 63649 ||| Stepping randomly (stuck).
 63651 | Vaults:1 | 63651 ||| Stepping randomly (stuck).
 63653 | Vaults:1 | 63653 ||| Stepping randomly (stuck).
 63655 | Vaults:1 | 63655 ||| Stepping randomly (stuck).
 63657 | Vaults:1 | 63657 ||| Stepping randomly (stuck).
 63659 | Vaults:1 | 63659 ||| Stepping randomly (stuck).
 63661 | Vaults:1 | 63661 ||| Stepping randomly (stuck).
 63663 | Vaults:1 | 63663 ||| Stepping randomly (stuck).
 63665 | Vaults:1 | 63665 ||| Stepping randomly (stuck).
 63667 | Vaults:1 | 63667 ||| Stepping randomly (stuck).
 63669 | Vaults:1 | 63669 ||| Stepping randomly (stuck).
 63671 | Vaults:1 | 63671 ||| Stepping randomly (stuck).
 63673 | Vaults:1 | 63673 ||| Stepping randomly (stuck).
 63675 | Vaults:1 | 63675 ||| Stepping randomly (stuck).
 63677 | Vaults:1 | 63677 ||| Stepping randomly (stuck).
 63679 | Vaults:1 | 63679 ||| Stepping randomly (stuck).
 63681 | Vaults:1 | 63681 ||| Stepping randomly (stuck).
 63683 | Vaults:1 | 63683 ||| Stepping randomly (stuck).
 63685 | Vaults:1 | 63685 ||| Stepping randomly (stuck).
 63687 | Vaults:1 | 63687 ||| Stepping randomly (stuck).
 63689 | Vaults:1 | 63689 ||| Stepping randomly (stuck).
 63691 | Vaults:1 | 63691 ||| Stepping randomly (stuck).
 63693 | Vaults:1 | 63693 ||| Stepping randomly (stuck).
 63695 | Vaults:1 | 63695 ||| Stepping randomly (stuck).
 63697 | Vaults:1 | 63697 ||| Stepping randomly (stuck).
 63699 | Vaults:1 | 63699 ||| Stepping randomly (stuck).
 63701 | Vaults:1 | 63701 ||| Stepping randomly (stuck).
 63703 | Vaults:1 | 63703 ||| Stepping randomly (stuck).
 63705 | Vaults:1 | 63705 ||| Stepping randomly (stuck).
 63707 | Vaults:1 | 63707 ||| Stepping randomly (stuck).
 63709 | Vaults:1 | 63709 ||| Stepping randomly (stuck).
 63711 | Vaults:1 | 63711 ||| Stepping randomly (stuck).
 63713 | Vaults:1 | 63713 ||| Stepping randomly (stuck).
 63715 | Vaults:1 | 63715 ||| Stepping randomly (stuck).
 63717 | Vaults:1 | 63717 ||| Stepping randomly (stuck).
 63719 | Vaults:1 | 63719 ||| Stepping randomly (stuck).
 63721 | Vaults:1 | 63721 ||| Stepping randomly (stuck).
 63723 | Vaults:1 | 63723 ||| Stepping randomly (stuck).
 63725 | Vaults:1 | 63725 ||| Stepping randomly (stuck).
 63727 | Vaults:1 | 63727 ||| Stepping randomly (stuck).
 63729 | Vaults:1 | 63729 ||| Stepping randomly (stuck).
 63731 | Vaults:1 | 63731 ||| Stepping randomly (stuck).
 63733 | Vaults:1 | 63733 ||| Stepping randomly (stuck).
 63735 | Vaults:1 | 63735 ||| Stepping randomly (stuck).
 63737 | Vaults:1 | 63737 ||| Stepping randomly (stuck).
 63739 | Vaults:1 | 63739 ||| Stepping randomly (stuck).
 63741 | Vaults:1 | 63741 ||| Stepping randomly (stuck).
 63743 | Vaults:1 | 63743 ||| Stepping randomly (stuck).
 63745 | Vaults:1 | 63745 ||| Stepping randomly (stuck).
 63747 | Vaults:1 | 63747 ||| Stepping randomly (stuck).
 63749 | Vaults:1 | 63749 ||| Stepping randomly (stuck).
 63751 | Vaults:1 | 63751 ||| Stepping randomly (stuck).
 63753 | Vaults:1 | 63753 ||| Stepping randomly (stuck).
 63755 | Vaults:1 | 63755 ||| Stepping randomly (stuck).
 63757 | Vaults:1 | 63757 ||| Stepping randomly (stuck).
 63759 | Vaults:1 | 63759 ||| Stepping randomly (stuck).
 63761 | Vaults:1 | 63761 ||| Stepping randomly (stuck).
 63763 | Vaults:1 | 63763 ||| Stepping randomly (stuck).
 63765 | Vaults:1 | 63765 ||| Stepping randomly (stuck).
 63767 | Vaults:1 | 63767 ||| Stepping randomly (stuck).
 63769 | Vaults:1 | 63769 ||| Stepping randomly (stuck).
 63771 | Vaults:1 | 63771 ||| Stepping randomly (stuck).
 63773 | Vaults:1 | 63773 ||| Stepping randomly (stuck).
 63775 | Vaults:1 | 63775 ||| Stepping randomly (stuck).
 63777 | Vaults:1 | 63777 ||| Stepping randomly (stuck).
 63779 | Vaults:1 | 63779 ||| Stepping randomly (stuck).
 63781 | Vaults:1 | 63781 ||| Stepping randomly (stuck).
 63783 | Vaults:1 | 63783 ||| Stepping randomly (stuck).
 63785 | Vaults:1 | 63785 ||| Stepping randomly (stuck).
 63787 | Vaults:1 | 63787 ||| Stepping randomly (stuck).
 63789 | Vaults:1 | 63789 ||| Stepping randomly (stuck).
 63791 | Vaults:1 | 63791 ||| Stepping randomly (stuck).
 63793 | Vaults:1 | 63793 ||| Stepping randomly (stuck).
 63795 | Vaults:1 | 63795 ||| Stepping randomly (stuck).
 63797 | Vaults:1 | 63797 ||| Stepping randomly (stuck).
 63799 | Vaults:1 | 63799 ||| Stepping randomly (stuck).
 63801 | Vaults:1 | 63801 ||| Stepping randomly (stuck).
 63803 | Vaults:1 | 63803 ||| Stepping randomly (stuck).
 63805 | Vaults:1 | 63805 ||| Stepping randomly (stuck).
 63807 | Vaults:1 | 63807 ||| Stepping randomly (stuck).
 63809 | Vaults:1 | 63809 ||| Stepping randomly (stuck).
 63811 | Vaults:1 | 63811 ||| Stepping randomly (stuck).
 63813 | Vaults:1 | 63813 ||| Stepping randomly (stuck).
 63815 | Vaults:1 | 63815 ||| Stepping randomly (stuck).
 63817 | Vaults:1 | 63817 ||| Stepping randomly (stuck).
 63819 | Vaults:1 | 63819 ||| Stepping randomly (stuck).
 63821 | Vaults:1 | 63821 ||| Stepping randomly (stuck).
 63823 | Vaults:1 | 63823 ||| Stepping randomly (stuck).
 63825 | Vaults:1 | 63825 ||| Stepping randomly (stuck).
 63827 | Vaults:1 | 63827 ||| Stepping randomly (stuck).
 63829 | Vaults:1 | 63829 ||| Stepping randomly (stuck).
 63831 | Vaults:1 | 63831 ||| Stepping randomly (stuck).
 63833 | Vaults:1 | 63833 ||| Stepping randomly (stuck).
 63835 | Vaults:1 | 63835 ||| Stepping randomly (stuck).
 63837 | Vaults:1 | 63837 ||| Stepping randomly (stuck).
 63839 | Vaults:1 | 63839 ||| Stepping randomly (stuck).
 63841 | Vaults:1 | 63841 ||| Stepping randomly (stuck).
 63843 | Vaults:1 | 63843 ||| Stepping randomly (stuck).
 63845 | Vaults:1 | 63845 ||| Stepping randomly (stuck).
 63847 | Vaults:1 | 63847 ||| Stepping randomly (stuck).
 63849 | Vaults:1 | 63849 ||| Stepping randomly (stuck).
 63851 | Vaults:1 | 63851 ||| Stepping randomly (stuck).
 63853 | Vaults:1 | 63853 ||| Stepping randomly (stuck).
 63855 | Vaults:1 | 63855 ||| Stepping randomly (stuck).
 63857 | Vaults:1 | 63857 ||| Stepping randomly (stuck).
 63859 | Vaults:1 | 63859 ||| Stepping randomly (stuck).
 63861 | Vaults:1 | 63861 ||| Stepping randomly (stuck).
 63863 | Vaults:1 | 63863 ||| Stepping randomly (stuck).
 63865 | Vaults:1 | 63865 ||| Stepping randomly (stuck).
 63867 | Vaults:1 | 63867 ||| Stepping randomly (stuck).
 63869 | Vaults:1 | 63869 ||| Stepping randomly (stuck).
 63871 | Vaults:1 | 63871 ||| Stepping randomly (stuck).
 63873 | Vaults:1 | 63873 ||| Stepping randomly (stuck).
 63875 | Vaults:1 | 63875 ||| Stepping randomly (stuck).
 63877 | Vaults:1 | 63877 ||| Stepping randomly (stuck).
 63879 | Vaults:1 | 63879 ||| Stepping randomly (stuck).
 63881 | Vaults:1 | 63881 ||| Stepping randomly (stuck).
 63883 | Vaults:1 | 63883 ||| Stepping randomly (stuck).
 63885 | Vaults:1 | 63885 ||| Stepping randomly (stuck).
 63887 | Vaults:1 | 63887 ||| Stepping randomly (stuck).
 63889 | Vaults:1 | 63889 ||| Stepping randomly (stuck).
 63891 | Vaults:1 | 63891 ||| Stepping randomly (stuck).
 63893 | Vaults:1 | 63893 ||| Stepping randomly (stuck).
 63895 | Vaults:1 | 63895 ||| Stepping randomly (stuck).
 63897 | Vaults:1 | 63897 ||| Stepping randomly (stuck).
 63899 | Vaults:1 | 63899 ||| Stepping randomly (stuck).
 63901 | Vaults:1 | 63901 ||| Stepping randomly (stuck).
 63903 | Vaults:1 | 63903 ||| Stepping randomly (stuck).
 63905 | Vaults:1 | 63905 ||| Stepping randomly (stuck).
 63907 | Vaults:1 | 63907 ||| Stepping randomly (stuck).
 63909 | Vaults:1 | 63909 ||| Stepping randomly (stuck).
 63911 | Vaults:1 | 63911 ||| Stepping randomly (stuck).
 63913 | Vaults:1 | 63913 ||| Stepping randomly (stuck).
 63915 | Vaults:1 | 63915 ||| Stepping randomly (stuck).
 63917 | Vaults:1 | 63917 ||| Stepping randomly (stuck).
 63919 | Vaults:1 | 63919 ||| Stepping randomly (stuck).
 63921 | Vaults:1 | 63921 ||| Stepping randomly (stuck).
 63923 | Vaults:1 | 63923 ||| Stepping randomly (stuck).
 63925 | Vaults:1 | 63925 ||| Stepping randomly (stuck).
 63927 | Vaults:1 | 63927 ||| Stepping randomly (stuck).
 63929 | Vaults:1 | 63929 ||| Stepping randomly (stuck).
 63931 | Vaults:1 | 63931 ||| Stepping randomly (stuck).
 63933 | Vaults:1 | 63933 ||| Stepping randomly (stuck).
 63935 | Vaults:1 | 63935 ||| Stepping randomly (stuck).
 63937 | Vaults:1 | 63937 ||| Stepping randomly (stuck).
 63939 | Vaults:1 | 63939 ||| Stepping randomly (stuck).
 63941 | Vaults:1 | 63941 ||| Stepping randomly (stuck).
 63943 | Vaults:1 | 63943 ||| Stepping randomly (stuck).
 63945 | Vaults:1 | 63945 ||| Stepping randomly (stuck).
 63947 | Vaults:1 | 63947 ||| Stepping randomly (stuck).
 63949 | Vaults:1 | 63949 ||| Stepping randomly (stuck).
 63951 | Vaults:1 | 63951 ||| Stepping randomly (stuck).
 63953 | Vaults:1 | 63953 ||| Stepping randomly (stuck).
 63955 | Vaults:1 | 63955 ||| Stepping randomly (stuck).
 63957 | Vaults:1 | 63957 ||| Stepping randomly (stuck).
 63959 | Vaults:1 | 63959 ||| Stepping randomly (stuck).
 63961 | Vaults:1 | 63961 ||| Stepping randomly (stuck).
 63963 | Vaults:1 | 63963 ||| Stepping randomly (stuck).
 63965 | Vaults:1 | 63965 ||| Stepping randomly (stuck).
 63967 | Vaults:1 | 63967 ||| Stepping randomly (stuck).
 63969 | Vaults:1 | 63969 ||| Stepping randomly (stuck).
 63971 | Vaults:1 | 63971 ||| Stepping randomly (stuck).
 63973 | Vaults:1 | 63973 ||| Stepping randomly (stuck).
 63975 | Vaults:1 | 63975 ||| Stepping randomly (stuck).
 63977 | Vaults:1 | 63977 ||| Stepping randomly (stuck).
 63979 | Vaults:1 | 63979 ||| Stepping randomly (stuck).
 63981 | Vaults:1 | 63981 ||| Stepping randomly (stuck).
 63983 | Vaults:1 | 63983 ||| Stepping randomly (stuck).
 63985 | Vaults:1 | 63985 ||| Stepping randomly (stuck).
 63987 | Vaults:1 | 63987 ||| Stepping randomly (stuck).
 63989 | Vaults:1 | 63989 ||| Stepping randomly (stuck).
 63991 | Vaults:1 | 63991 ||| Stepping randomly (stuck).
 63993 | Vaults:1 | 63993 ||| Stepping randomly (stuck).
 63995 | Vaults:1 | 63995 ||| Stepping randomly (stuck).
 63997 | Vaults:1 | 63997 ||| Stepping randomly (stuck).
 63999 | Vaults:1 | 63999 ||| Stepping randomly (stuck).
 64001 | Vaults:1 | 64001 ||| Stepping randomly (stuck).
 64003 | Vaults:1 | 64003 ||| Stepping randomly (stuck).
 64005 | Vaults:1 | 64005 ||| Stepping randomly (stuck).
 64007 | Vaults:1 | 64007 ||| Stepping randomly (stuck).
 64009 | Vaults:1 | 64009 ||| Stepping randomly (stuck).
 64011 | Vaults:1 | 64011 ||| Stepping randomly (stuck).
 64013 | Vaults:1 | 64013 ||| Stepping randomly (stuck).
 64015 | Vaults:1 | 64015 ||| Stepping randomly (stuck).
 64017 | Vaults:1 | 64017 ||| Stepping randomly (stuck).
 64019 | Vaults:1 | 64019 ||| Stepping randomly (stuck).
 64020 | Vaults:1 | 64020 ||| RIP DESOLATION
 64020 | Vaults:1 | 64020 ||| QUITTING!
 64020 | Vaults:1 | Quit the game

Levels and vault maps discovered:
D:1:      lightli_arrival_statue_moat, layout_basic,
          ebering_ecumenical_altar_ruins
D:2:      layout_rooms, basic_altar
D:3:      layout_rooms, nicolae_overflow_hidden_temple, dk_yredelemnul_ordeal,
          gup_sewer_entry_spiral, kennysheep_decorative_pillar, minmay_cupped
D:4:      layout_loops_ring
D:5:      layout_basic, lemuel_doored_altar, gammafunk_temple_overflow_wave,
          gammafunk_ghost_necromancy, nicolae_ossuary_entry_giza, serial_shops,
          nicolae_shop_statue_plus, saegor_snake_ambush
D:6:      layout_rooms, minmay_temple_entry_stoned_glass, serial_glass,
          glass_columns_a, glass_columns_a
D:7:      layout_gridville, serial_shops, shop
D:8:      layout_cave_pools, nicolae_dithmenos_the_darkroom,
          nicolae_shop_national_dungeon_mall, uniq_gastronok
D:9:      layout_cave_pools, david_lair_generic
D:10:     layout_roguey, kennysheep_vampire_church, enter_bailey_2
D:11:     layout_rooms, serial_curves, eino_curves_03, eino_curves_02,
          nicolae_shop_clearance, uniq_grum, uniq_josephine
D:12:     layout_long_grid, zombieorc2_lemuel
D:13:     cheibrodos_wizards_tower, layout_long_grid, gauntlet_entry_generic,
          serial_shops, nicolae_shop_advertising_works
          [nicolae_subvault_shop_adworks], blue_anna_alchemist
D:14:     layout_roguey, grunt_vaults_entry_fortified,
          ashenzari_conservatory_becter
D:15:     grunt_enter_depths_giant_problem, layout_stronghold,
          doesnt_xom_only_xom
Lair:1:   layout_regular_city, gammafunk_ghost_ooze, minmay_holes,
          grunt_megastairs_1, serial_bayou_shore_a, uniq_sonja
Lair:2:   layout_hall_layers, nicolae_spider_entry_non_spiders,
          cheibrodos_lair_reptile_den, uniq_harold, uniq_urug, uniq_amaemon
Lair:3:   layout_roguey, elwin_shoals_entry_stream, beast_lair_carwin_9,
          lemuel_fruit_tree, infiniplex_staircase_pool, uniq_kirke
Lair:4:   layout_regular_city, slime_entry_1, serial_bayou, serial_bayou_pond_d,
          serial_bayou_pond_e, serial_bayou_pond_d, serial_bayou_pond_c
Lair:5:   wormcave, layout_regular_city, hangedman_lair_in_review,
          ebering_ghost_reflecting_pool, wad_woods_road_06
Shoals:1: layout_shoals
Shoals:2: layout_shoals, nicolae_shoals_spectral_cove
Shoals:3: layout_shoals, gammafunk_ghost_grave, nicolae_shoals_wave_tunnel,
          uniq_polyphemus, uniq_roxanne, uniq_mara
Shoals:4: shoals_end_hangedman, layout_shoals, nicolae_shoals_aquamancer_cove,
          uniq_nikola, uniq_bai_suzhen
Spider:1: cheibrodos_spider_deadly_dance
Spider:2: layout_spider_delve, hellmonk_spider_spawner, uniq_jorgrun,
          uniq_azrael
Spider:3: nicolae_spider_mines_2, nicolae_spider_bug_shape
Orc:1:    hellmonk_paralyzer, layout_caves, special_room [special_room_bee]
Orc:2:    st_orc_open, layout_caves, serial_shops,
          nicolae_shop_pleasant_corner_grove, hellmonk_bongcloud_opening,
          lemuel_statue_altar
Vaults:1: portal_desolation_entry_garden, vaults_dpeg_diagonal,
          nicolae_vaults_network_s, v_misc_10, vaults_dpeg_encased_lava,
          nicolae_vaults_little_ls, nicolae_vaults_disjoint_gnomons,
          nicolae_vaults_network_quincunx
          [nicolae_vaults_network_quincunx_subvault,
          nicolae_vaults_network_quincunx_subvault,
          nicolae_vaults_network_quincunx_subvault,
          nicolae_vaults_network_quincunx_subvault,
          nicolae_vaults_network_quincunx_subvault], v_misc_10,
          vaults_dpeg_doors, layout_vaults_omnibox

Skill      XL: |  1  2  3  4  5  6  7  8  9 10 11 12 13 14 15 16 17 18 19 |
---------------+----------------------------------------------------------+-----
Axes           | 2 3 4 5 6 8 9 11 12 14 16 18 | 18.0
Fighting       | 4 5 7 8 9 10 11 12 13 15 16 17 | 17.0
Invocations    | 2 4 5 8 10 | 10.0
Dodging        | 1 2 3 4 5 8 9 |  9.0
Throwing       | 1 2 3 5 6 7 8 |  8.5
Armour         | 4 5 6 7 8 9 10 11 12 13 14 | 14.4
Shields        | 4 5 6 7 8 11 13 14 15 16 | 16.1

Action                     |  1- 3 |  4- 6 |  7- 9 | 10-12 | 13-15 | 16-18 | 19-21 || total
---------------------------+-------+-------+-------+-------+-------+-------+-------++-------
  Melee: War axe           |   128 |   260 |   311 |   396 |  1059 |    93 |       ||  2247
         Demon whip        |       |       |       |     7 |    38 |       |       ||    45
         Hand axe          |       |       |       |       |     7 |       |       ||     7
         Broad axe         |       |       |       |       |       |  1523 |   245 ||  1768
  Throw: Boomerang         |       |     3 |    65 |     8 |    27 |    56 |    13 ||   172
         Javelin           |       |       |    44 |    75 |   246 |   152 |     4 ||   521
 Invoke: Heroism           |       |       |     8 |    20 |    27 |    40 |     4 ||    99
         Finesse           |       |       |       |     1 |     9 |    14 |     1 ||    25
    Use: Scroll            |     1 |     7 |     6 |     7 |    11 |     8 |    13 ||    53
         Potion            |     1 |     2 |     3 |     4 |     3 |     5 |       ||    18
   Stab: Petrified         |       |       |       |       |       |     6 |       ||     6
         Petrifying        |       |       |       |       |       |     3 |       ||     3
 Armour: Scale mail        |    69 |    91 |       |       |       |       |       ||   160
         Chain mail        |       |    56 |   188 |   271 |   507 |   635 |   137 ||  1794
  Dodge: Dodged            |    63 |   113 |   133 |   197 |   333 |   554 |   118 ||  1511
  Block: Buckler           |    30 |    52 |    60 |   183 |   265 |       |       ||   590
         Kite shield       |       |       |       |       |    99 |   921 |   159 ||  1179

Table legend:
 A = Non-vault XP
 B = Vault XP
 C = Vault XP percentage of total XP
 D = Non-vault monster count
 E = Vault monster count
 F = Vault count percentage of total count
                 A         B        C        D         E       F
            +---------+---------+-------+---------+---------+-------
      Total |  226316 |  135891 |  37.5 |     780 |     361 |  31.6
            +---------+---------+-------+---------+---------+-------
        D:1 |      47 |       0 |   0.0 |      26 |       0 |   0.0
        D:2 |      46 |       0 |   0.0 |      20 |       0 |   0.0
        D:3 |     106 |      40 |  27.4 |      23 |      11 |  32.4
        D:4 |     265 |       0 |   0.0 |      16 |       0 |   0.0
        D:5 |     506 |      36 |   6.6 |      13 |       5 |  27.8
        D:6 |     766 |       0 |   0.0 |      15 |       0 |   0.0
        D:7 |    1415 |       0 |   0.0 |      21 |       0 |   0.0
        D:8 |    1859 |    1466 |  44.1 |      18 |       1 |   5.3
        D:9 |    3748 |     989 |  20.9 |      29 |       4 |  12.1
       D:10 |    3216 |     122 |   3.7 |      29 |       8 |  21.6
       D:11 |    3700 |    2142 |  36.7 |      12 |       8 |  40.0
       D:12 |    3500 |     673 |  16.1 |      19 |      36 |  65.5
       D:13 |    8261 |    1691 |  17.0 |      15 |       3 |  16.7
       D:14 |    7625 |    6896 |  47.5 |      19 |      10 |  34.5
       D:15 |   18530 |    1071 |   5.5 |      38 |       1 |   2.6
     Lair:1 |    4205 |    1964 |  31.8 |      18 |       5 |  21.7
     Lair:2 |    7622 |    4234 |  35.7 |      23 |      14 |  37.8
     Lair:3 |    3263 |    3718 |  53.3 |      10 |      11 |  52.4
     Lair:4 |   10200 |     685 |   6.3 |      27 |       2 |   6.9
     Lair:5 |   22416 |   16308 |  42.1 |      59 |      36 |  37.9
   Shoals:1 |    8318 |       0 |   0.0 |      19 |       0 |   0.0
   Shoals:2 |   10463 |    7689 |  42.4 |      24 |      15 |  38.5
   Shoals:3 |    7690 |   12312 |  61.6 |      17 |      14 |  45.2
   Shoals:4 |   13511 |   26189 |  66.0 |      30 |      37 |  55.2
   Spider:1 |   14556 |       0 |   0.0 |      45 |       0 |   0.0
   Spider:2 |    6720 |    7104 |  51.4 |      18 |      11 |  37.9
   Spider:3 |   14397 |    7673 |  34.8 |      36 |      16 |  30.8
      Orc:1 |    6061 |    4222 |  41.1 |      44 |       9 |  17.0
      Orc:2 |    3503 |   14929 |  81.0 |      39 |      37 |  48.7
   Vaults:1 |   27872 |    8831 |  24.1 |      33 |      12 |  26.7
    Abyss:3 |   11929 |       0 |   0.0 |      25 |       0 |   0.0
    Ossuary |       0 |     250 | 100.0 |       0 |      39 | 100.0
   Gauntlet |       0 |    4657 | 100.0 |       0 |      16 | 100.0
            +---------+---------+-------+---------+---------+-------
